 Dungeon Crawl Stone Soup version 0.29.0-4-gdea44cf6ec (webtiles) character file.

Game seed: 13712812392225749595

1695 qw the Grappler (level 8, 1/1 (75) HPs)
             Began as a Troll Cinder Acolyte on Sept 1, 2022.
             Was an Elder of Ignis.
             Tarried too long and was consumed by Zot
             ... on level 7 of the Dungeon.
             The game lasted 01:24:40 (35019 turns).

qw the Grappler (Troll Cinder Acolyte)             Turns: 35019, Time: 01:24:41

HP:   1/1 (75)      AC: 21    Str: 23    XL:     8   Next: 72%
MP:   8/8           EV:  1    Int: 20    God:    Ignis [****..]
Gold: 375           SH:  0    Dex:  5    Spells: 9/9 levels left

rFire   + + .      SeeInvis +     - Unarmed
rCold   + . .      Faith    .   (no shield)
rNeg    . . .      Spirit   +   g - +6 gold dragon scales of Iriunux {rPois rF+ rC+ Str-2 Int+10 SInv}
rPois   +          Reflect  .   (helmet restricted)
rElec   .          Harm     .   (no cloak)
rCorr   .          Rampage  .   (gloves unavailable)
Will    .....                   (boots unavailable)
Stlth   ..........              m - amulet of guardian spirit
HPRegen 0.80/turn               (no ring)
MPRegen 0.11/turn               (no ring)

@: extremely drained, bezotted and risking death
A: large, unfitting armour, claws 3, regeneration 1, shaggy fur 1, tough skin 1
a: Renounce Religion, Fiery Armour, Foxfire Swarm, Rising Flame


You were on level 7 of the Dungeon.
You worshipped Ignis.
Ignis was greatly pleased with you.
You visited 1 branch of the dungeon, and saw 7 of its levels.

You collected 375 gold pieces.


Innate Abilities, Weirdness & Mutations

You are too large for most types of armour.
You have claws for hands.
Your natural rate of healing is unusually fast.
You are covered in fur. (AC +1)
You have tough skin. (AC +1)


   Skills:
 + Level 3.4 Fighting
 - Level 2.5 Throwing
 - Level 3.1 Armour
 - Level 10.0 Unarmed Combat
 - Level 1.0 Spellcasting
 - Level 2.1 Fire Magic


You had 9 spell levels left.
You didn't know any spells.
Your spell library contained the following spells:

 Spells                   Type           Power      Damage    Failure   Level
 Scorch                   Fire           18%        2d5       100%        2

Inventory:

Missiles
 a - a boomerang (quivered)
 l - 2 javelins
Armour
 g - the +6 gold dragon scales of Iriunux (worn) {rPois rF+ rC+ Str-2 Int+10 SInv}
   (You acquired it on level 5 of the Dungeon)

   Str:       It affects your strength (-2).
   Int:       It affects your intelligence (+10).
   rF:        It protects you from fire.
   rC:        It protects you from cold.
   rPois:     It protects you from poison.
   SInv:      It lets you see invisible.
Jewellery
 h - a ring of see invisible
 i - a ring of ice
 m - an amulet of guardian spirit (around neck)
Scrolls
 b - a scroll of identify
 j - a scroll of fear {unknown}
 n - 2 scrolls of teleportation
Potions
 c - 5 potions of curing
 d - a potion of mutation
 e - a potion of might
 f - 2 potions of heal wounds

Dungeon Overview and Level Annotations

Branches:
Dungeon (7/15) Zot: 0! Temple (0/1) D:6 You are so drained that the power of Zot will kill you!

Altars:
Ashenzari
Cheibriados
Kikubaaqudgha
Okawaru
Ru
Sif Muna
Zin
The Shining One

Shops:
D:6 ([


Message History

34945 ||| Stepping ~*~*~tactically~*~*~ (outnumbered).
34947 ||| Stepping ~*~*~tactically~*~*~ (outnumbered).
34949 ||| Stepping ~*~*~tactically~*~*~ (outnumbered).
34951 ||| Stepping ~*~*~tactically~*~*~ (outnumbered).
34953 ||| Stepping ~*~*~tactically~*~*~ (outnumbered).
34955 ||| Stepping ~*~*~tactically~*~*~ (outnumbered).
34957 ||| Stepping ~*~*~tactically~*~*~ (outnumbered).
34959 ||| Stepping ~*~*~tactically~*~*~ (outnumbered).
34961 ||| Stepping ~*~*~tactically~*~*~ (outnumbered).
34963 ||| Stepping ~*~*~tactically~*~*~ (outnumbered).
34965 ||| Stepping ~*~*~tactically~*~*~ (outnumbered).
34967 ||| Stepping ~*~*~tactically~*~*~ (outnumbered).
34969 ||| Stepping ~*~*~tactically~*~*~ (outnumbered).
34971 ||| Stepping ~*~*~tactically~*~*~ (outnumbered).
34973 ||| Stepping ~*~*~tactically~*~*~ (outnumbered).
34975 ||| Stepping ~*~*~tactically~*~*~ (outnumbered).
34977 ||| Stepping ~*~*~tactically~*~*~ (outnumbered).
34979 ||| Stepping ~*~*~tactically~*~*~ (outnumbered).
34981 ||| Stepping ~*~*~tactically~*~*~ (outnumbered).
34983 ||| Stepping ~*~*~tactically~*~*~ (outnumbered).
34985 ||| Stepping ~*~*~tactically~*~*~ (outnumbered).
34987 ||| Stepping ~*~*~tactically~*~*~ (outnumbered).
34989 ||| Stepping ~*~*~tactically~*~*~ (outnumbered).
34991 ||| Stepping ~*~*~tactically~*~*~ (outnumbered).
34993 ||| Stepping ~*~*~tactically~*~*~ (outnumbered).
34995 ||| Stepping ~*~*~tactically~*~*~ (outnumbered).
34997 ||| Stepping ~*~*~tactically~*~*~ (outnumbered).
34999 ||| Stepping ~*~*~tactically~*~*~ (outnumbered).
35001 ||| Stepping ~*~*~tactically~*~*~ (outnumbered).
35003 ||| Stepping ~*~*~tactically~*~*~ (outnumbered).
35005 ||| Stepping ~*~*~tactically~*~*~ (outnumbered).
35007 ||| Stepping ~*~*~tactically~*~*~ (outnumbered).
35009 ||| Stepping ~*~*~tactically~*~*~ (outnumbered).
35011 ||| Stepping ~*~*~tactically~*~*~ (outnumbered).
35013 ||| Stepping ~*~*~tactically~*~*~ (outnumbered).
35015 ||| Stepping ~*~*~tactically~*~*~ (outnumbered).
35017 ||| Stepping ~*~*~tactically~*~*~ (outnumbered).
35019 ||| Stepping ~*~*~tactically~*~*~ (outnumbered).
Zot unmakes you!
You die...

...#.#.## ...#.#..###
~~.~~# ...#.##...#######
g~.~g# ................#
~~.~~# ....<......)....#
.....# ##........#.....#
.....# #.........##....#
.....#
#++####...####..##.(...#
#...#.....@......#
#...#####...#......
##### ###.# ..### #.# .#
#.# # #.# ... ...


There were no monsters in sight!

Vanquished Creatures
  Grinder (D:6)
  A sky beast (D:4)
  An ice beast (D:5)
  An ogre (D:5)
  A centaur (D:7)
  Blork the orc (D:6)
  3 scorpions
  5 wights (D:6)
  3 hounds
  2 jellies
  6 orc priests
  4 iguanas
  3 orc wizards
  7 adders
  A shadow imp (D:6)
  A worm (D:2)
  A dart slug (D:4)
  23 orcs
  2 ball pythons
  5 bats
  6 endoplasms
  5 giant cockroaches
  5 hobgoblins
  2 quokkas
  2 frilled lizards
  6 goblins
  10 kobolds
  7 rats
115 creatures vanquished.

Notes
Turn   | Place    | Note
-------+----------+-------------------------------------------
     0 | D:1      | qw the Troll Cinder Acolyte began the quest for the Orb.
     0 | D:1      | Reached XP level 1. HP: 22/22 MP: 1/1
     0 | D:1      | 0 ||| qw: Version: 0.1-a-97-g2dd2ca4
     0 | D:1      | 0 ||| qw: Game counter: 4896
     0 | D:1      | 0 ||| qw: Always use a shield: true
     0 | D:1      | 0 ||| qw: God list: Okawaru
     0 | D:1      | 0 ||| qw: Allow faded altars: false
     0 | D:1      | 0 ||| qw: Do Orc after D:15 true
     0 | D:1      | 0 ||| qw: Do second Lair branch before Depths: true
     0 | D:1      | 0 ||| qw: Lair rune preference: random
     0 | D:1      | 0 ||| qw: Plans: Normal
     0 | D:1      | 0 ||| PLANNING D:1-11
    28 | D:1      | 28 ||| Stepping ~*~*~tactically~*~*~ (outnumbered).
   151 | D:1      | Reached XP level 2. HP: 29/29 MP: 2/2
   338 | D:1      | Found a faded altar of an unknown god.
   554 | D:1      | 554 ||| Stepping ~*~*~tactically~*~*~ (stealth).
   665 | D:1      | 665 ||| DROPPING ring of wizardry.
   666 | D:1      | 666 ||| UPGRADING to ring of see invisible.
   667 | D:1      | 667 ||| READING scroll labelled WIBLIQ SEERAD.
   668 | D:1      | 668 ||| READING scroll labelled JETSAR SAERECO.
   669 | D:1      | 669 ||| READING 4 scrolls labelled FADAAG KES INN.
   670 | D:1      | 670 ||| DRINKING 2 fuming golden potions.
   671 | D:1      | 671 ||| DRINKING 2 purple potions.
   672 | D:1      | 672 ||| READING 3 scrolls of identify.
   672 | D:1      | 672 ||| IDENTIFYING fuming pink potion
   673 | D:1      | 673 ||| DROPPING potion of lignification.
   706 | D:2      | Reached skill level 4 in Unarmed Combat
   767 | D:2      | Reached XP level 3. HP: 28/36 MP: 3/3
   827 | D:2      | Found an iron altar of Okawaru.
  1140 | D:2      | 1140 ||| Stepping ~*~*~tactically~*~*~ (outnumbered).
  1262 | D:2      | 1262 ||| READING scroll labelled KURIED NEOLU.
  1263 | D:2      | 1263 ||| READING scroll labelled SUHOPI MISSYLANG.
  1264 | D:2      | 1264 ||| READING scroll labelled HASSOG WOTWY.
  1268 | D:2      | 1268 ||| READING 3 scrolls of identify.
  1268 | D:2      | 1268 ||| IDENTIFYING white potion
  1346 | D:3      | Reached XP level 4. HP: 44/44 MP: 4/4
  1435 | D:3      | Found a broken altar of Ashenzari.
  1437 | D:3      | Found a sacrificial altar of Ru.
  1519 | D:3      | Reached skill level 5 in Unarmed Combat
  1538 | D:3      | You fall into a shaft and drop 2 floors!
  1538 | D:5      | Entered Level 5 of the Dungeon
  1697 | D:5      | Noticed an ice beast
  1705 | D:5      | Killed an ice beast
  1706 | D:5      | Reached XP level 5. HP: 31/50 MP: 5/5
  1786 | D:5      | Noticed an ogre
  1790 | D:5      | Killed an ogre
  1791 | D:5      | Reached skill level 6 in Unarmed Combat
  1791 | D:5      | Reached XP level 6. HP: 57/59 MP: 6/6
  1793 | D:5      | 1793 ||| UPGRADING to amulet of guardian spirit.
  1798 | D:5      | 1798 ||| READING scroll labelled ATWANW MOTAV.
  1899 | D:5      | 1899 ||| READING scroll labelled DUSKALE JEXZOV.
  1900 | D:5      | 1900 ||| READING scroll labelled KEF JUATAYDUMM.
  1900 | D:5      | Identified a scroll of acquirement
  1900 | D:5      | 1900 ||| ACQUIRING +6 gold dragon scales of Iriunux {rPois
                  | rF+ rC+ Str-2 Int+10 SInv}
  1900 | D:5      | Acquired the +6 gold dragon scales of Iriunux {rPois rF+
                  | rC+ Str-2 Int+10 SInv}
  1902 | D:5      | 1902 ||| UPGRADING to +6 gold dragon scales of Iriunux
                  | {rPois rF+ rC+ Str-2 Int+10 SInv}.
  1911 | D:5      | 1911 ||| UPGRADING to +0 robe.
  1916 | D:5      | 1916 ||| UPGRADING to +6 gold dragon scales of Iriunux
                  | {rPois rF+ rC+ Str-2 Int+10 SInv}.
  1926 | D:5      | 1926 ||| REMOVING ring of see invisible.
  1927 | D:5      | 1927 ||| DROPPING +0 robe.
  1928 | D:5      | 1928 ||| READING 2 scrolls of identify.
  1928 | D:5      | 1928 ||| IDENTIFYING viscous emerald potion
  1967 | D:4      | 1967 ||| Stepping ~*~*~tactically~*~*~ (hiding).
  1972 | D:4      | 1972 ||| INVOKING Fiery Armour.
  1974 | D:4      | 1974 ||| Stepping ~*~*~tactically~*~*~ (outnumbered).
  1982 | D:4      | Reached skill level 1 in Armour
  2064 | D:4      | 2064 ||| READING 2 scrolls of identify.
  2064 | D:4      | 2064 ||| IDENTIFYING cyan potion
  2065 | D:4      | 2065 ||| DROPPING potion of attraction.
  2089 | D:3      | Found a glowing silver altar of Zin.
  2095 | D:3      | Found a snail-covered altar of Cheibriados.
  2097 | D:3      | Found a glowing golden altar of the Shining One.
  2098 | D:3      | Found a shimmering blue altar of Sif Muna.
  2100 | D:3      | Found an ancient bone altar of Kikubaaqudgha.
  2241 | D:3      | 2241 ||| Stepping ~*~*~tactically~*~*~ (outnumbered).
  2770 | D:4      | Noticed a sky beast
  2783 | D:4      | Killed a sky beast
  2784 | D:4      | Reached XP level 7. HP: 63/66 MP: 7/7
  2861 | D:4      | 2861 ||| INVOKING Fiery Armour.
  2863 | D:4      | 2863 ||| Stepping ~*~*~tactically~*~*~ (outnumbered).
  2868 | D:4      | 2868 ||| Stepping ~*~*~tactically~*~*~ (outnumbered).
  2967 | D:4      | 2967 ||| Stepping ~*~*~tactically~*~*~ (hiding).
  2996 | D:4      | Reached skill level 7 in Unarmed Combat
  3198 | D:5      | 3198 ||| Stepping ~*~*~tactically~*~*~ (stealth).
  3199 | D:5      | 3199 ||| Stepping ~*~*~tactically~*~*~ (stealth).
  3206 | D:5      | 3206 ||| Stepping ~*~*~tactically~*~*~ (stealth).
  3208 | D:5      | 3208 ||| FLEEEEING.
  3209 | D:5      | 3209 ||| FLEEEEING.
  3210 | D:5      | 3210 ||| FLEEEEING.
  3211 | D:5      | 3211 ||| FLEEEEING.
  3212 | D:5      | 3212 ||| FLEEEEING.
  3213 | D:5      | 3213 ||| FLEEEEING.
  3214 | D:5      | 3214 ||| FLEEEEING.
  3215 | D:5      | 3215 ||| FLEEEEING.
  3216 | D:5      | 3216 ||| FLEEEEING.
  3217 | D:5      | 3217 ||| STAIRDANCE
  3237 | D:4      | 3237 ||| READING 2 scrolls of identify.
  3237 | D:4      | 3237 ||| IDENTIFYING fizzy brown potion
  3238 | D:4      | 3238 ||| DROPPING potion of berserk rage.
  3562 | D:5      | 3562 ||| Stepping ~*~*~tactically~*~*~ (stealth).
  3565 | D:5      | 3565 ||| Stepping ~*~*~tactically~*~*~ (stealth).
  3568 | D:5      | 3568 ||| Stepping ~*~*~tactically~*~*~ (hiding).
  3585 | D:5      | 3585 ||| Stepping ~*~*~tactically~*~*~ (outnumbered).
  3661 | D:5      | 3661 ||| DROPPING +6 ring of intelligence.
  3668 | D:5      | 3668 ||| Stepping ~*~*~tactically~*~*~ (stealth).
  3684 | D:5      | 3684 ||| READING 2 scrolls of identify.
  3684 | D:5      | 3684 ||| IDENTIFYING fuming yellow potion
  3685 | D:5      | 3685 ||| DROPPING potion of brilliance.
  3700 | D:6      | Noticed Blork the orc
  3711 | D:6      | Killed Blork the orc
  3712 | D:6      | Reached skill level 8 in Unarmed Combat
  3744 | D:6      | 3744 ||| Stepping ~*~*~tactically~*~*~ (hiding).
  3753 | D:6      | 3753 ||| Stepping ~*~*~tactically~*~*~ (stealth).
  3794 | D:6      | 3794 ||| Stepping ~*~*~tactically~*~*~ (outnumbered).
  3795 | D:6      | 3795 ||| Stepping ~*~*~tactically~*~*~ (outnumbered).
  3796 | D:6      | 3796 ||| Stepping ~*~*~tactically~*~*~ (outnumbered).
  3797 | D:6      | 3797 ||| Stepping ~*~*~tactically~*~*~ (outnumbered).
  3798 | D:6      | 3798 ||| Stepping ~*~*~tactically~*~*~ (outnumbered).
  3799 | D:6      | 3799 ||| Stepping ~*~*~tactically~*~*~ (outnumbered).
  3800 | D:6      | 3800 ||| Stepping ~*~*~tactically~*~*~ (outnumbered).
  3801 | D:6      | 3801 ||| Stepping ~*~*~tactically~*~*~ (outnumbered).
  3802 | D:6      | 3802 ||| Stepping ~*~*~tactically~*~*~ (outnumbered).
  3803 | D:6      | 3803 ||| Stepping ~*~*~tactically~*~*~ (outnumbered).
  3804 | D:6      | 3804 ||| Stepping ~*~*~tactically~*~*~ (outnumbered).
  3805 | D:6      | 3805 ||| INVOKING Fiery Armour.
  3810 | D:6      | Reached skill level 3 in Fighting
  3812 | D:6      | Reached XP level 8. HP: 66/75 MP: 6/8
  3813 | D:6      | Reached skill level 3 in Armour
  3880 | D:6      | 3880 ||| Stepping ~*~*~tactically~*~*~ (hiding).
  3889 | D:6      | 3889 ||| FLEEEEING.
  3917 | D:6      | 3917 ||| DRINKING 6 potions of curing.
  3917 | D:6      | 3917 ||| (to cure confusion)
  4176 | D:6      | Found a staircase to the Ecumenical Temple.
  4207 | D:6      | Noticed Grinder
  4207 | D:6      | Paralysed by Grinder for 5 turns
  4212 | D:6      | 4212 ||| Stepping ~*~*~tactically~*~*~ (hiding).
  4213 | D:6      | 4213 ||| Stepping ~*~*~tactically~*~*~ (hiding).
  4215 | D:6      | 4215 ||| Stepping ~*~*~tactically~*~*~ (hiding).
  4216 | D:6      | 4216 ||| Stepping ~*~*~tactically~*~*~ (hiding).
  4222 | D:6      | Killed Grinder
  4223 | D:6      | Reached skill level 9 in Unarmed Combat
  4244 | D:6      | 4244 ||| Stepping ~*~*~tactically~*~*~ (stealth).
  4253 | D:6      | 4253 ||| Stepping ~*~*~tactically~*~*~ (outnumbered).
  4261 | D:6      | 4261 ||| INVOKING Fiery Armour.
  4540 | D:6      | Found Ujirghi's Antique Armour Emporium.
  4540 | D:6      | Found Racahuha's Weapon Boutique.
  4559 | D:6      | 4559 ||| FLEEEEING.
  4560 | D:6      | 4560 ||| FLEEEEING.
  4561 | D:6      | 4561 ||| FLEEEEING.
  4562 | D:6      | 4562 ||| FLEEEEING.
  4563 | D:6      | 4563 ||| FLEEEEING.
  4564 | D:6      | 4564 ||| FLEEEEING.
  4565 | D:6      | 4565 ||| FLEEEEING.
  4566 | D:6      | 4566 ||| FLEEEEING.
  4567 | D:6      | 4567 ||| FLEEEEING.
  4568 | D:6      | 4568 ||| FLEEEEING.
  4569 | D:6      | 4569 ||| FLEEEEING.
  4570 | D:6      | 4570 ||| FLEEEEING.
  4571 | D:6      | 4571 ||| FLEEEEING.
  4572 | D:6      | 4572 ||| FLEEEEING.
  4573 | D:6      | 4573 ||| FLEEEEING.
  4574 | D:6      | 4574 ||| FLEEEEING.
  4575 | D:6      | 4575 ||| FLEEEEING.
  4917 | D:6      | 4917 ||| DRINKING 2 brown potions.
  4918 | D:6      | 4918 ||| READING 2 scrolls of identify.
  4918 | D:6      | 4918 ||| IDENTIFYING glowing red potion
  4919 | D:6      | 4919 ||| DROPPING potion of flight.
  4920 | D:6      | 4920 ||| DROPPING potion of ambrosia.
  4968 | D:6      | 4968 ||| READING 3 scrolls of teleportation.
  4969 | D:6      | 4969 ||| STAIRDANCE
  5066 | D:7      | Reached skill level 10 in Unarmed Combat
  5117 | D:7      | 5117 ||| Stepping ~*~*~tactically~*~*~ (stealth).
  5120 | D:7      | 5120 ||| Stepping ~*~*~tactically~*~*~ (hiding).
  5237 | D:7      | 5237 ||| Stepping ~*~*~tactically~*~*~ (outnumbered).
  5239 | D:7      | 5239 ||| Stepping ~*~*~tactically~*~*~ (outnumbered).
  5241 | D:7      | 5241 ||| Stepping ~*~*~tactically~*~*~ (outnumbered).
  5243 | D:7      | 5243 ||| Stepping ~*~*~tactically~*~*~ (outnumbered).
  5245 | D:7      | 5245 ||| Stepping ~*~*~tactically~*~*~ (outnumbered).
  5247 | D:7      | 5247 ||| Stepping ~*~*~tactically~*~*~ (outnumbered).
  5249 | D:7      | 5249 ||| Stepping ~*~*~tactically~*~*~ (outnumbered).
  5251 | D:7      | 5251 ||| Stepping ~*~*~tactically~*~*~ (outnumbered).
  5253 | D:7      | 5253 ||| Stepping ~*~*~tactically~*~*~ (outnumbered).
  5255 | D:7      | 5255 ||| Stepping ~*~*~tactically~*~*~ (outnumbered).
  5257 | D:7      | 5257 ||| Stepping ~*~*~tactically~*~*~ (outnumbered).
  5259 | D:7      | 5259 ||| Stepping ~*~*~tactically~*~*~ (outnumbered).
  5261 | D:7      | 5261 ||| Stepping ~*~*~tactically~*~*~ (outnumbered).
  5263 | D:7      | 5263 ||| Stepping ~*~*~tactically~*~*~ (outnumbered).
  5265 | D:7      | 5265 ||| Stepping ~*~*~tactically~*~*~ (outnumbered).
  5267 | D:7      | 5267 ||| Stepping ~*~*~tactically~*~*~ (outnumbered).
  5269 | D:7      | 5269 ||| Stepping ~*~*~tactically~*~*~ (outnumbered).
  5271 | D:7      | 5271 ||| Stepping ~*~*~tactically~*~*~ (outnumbered).
  5273 | D:7      | 5273 ||| Stepping ~*~*~tactically~*~*~ (outnumbered).
  5275 | D:7      | 5275 ||| Stepping ~*~*~tactically~*~*~ (outnumbered).
  5277 | D:7      | 5277 ||| Stepping ~*~*~tactically~*~*~ (outnumbered).
  5279 | D:7      | 5279 ||| Stepping ~*~*~tactically~*~*~ (outnumbered).
  5281 | D:7      | 5281 ||| Stepping ~*~*~tactically~*~*~ (outnumbered).
  5283 | D:7      | 5283 ||| Stepping ~*~*~tactically~*~*~ (outnumbered).
  5285 | D:7      | 5285 ||| Stepping ~*~*~tactically~*~*~ (outnumbered).
  5287 | D:7      | 5287 ||| Stepping ~*~*~tactically~*~*~ (outnumbered).
  5289 | D:7      | 5289 ||| Stepping ~*~*~tactically~*~*~ (outnumbered).
  5291 | D:7      | 5291 ||| Stepping ~*~*~tactically~*~*~ (outnumbered).
  5293 | D:7      | 5293 ||| Stepping ~*~*~tactically~*~*~ (outnumbered).
  5295 | D:7      | 5295 ||| Stepping ~*~*~tactically~*~*~ (outnumbered).
  5297 | D:7      | 5297 ||| Stepping ~*~*~tactically~*~*~ (outnumbered).
  5299 | D:7      | 5299 ||| Stepping ~*~*~tactically~*~*~ (outnumbered).
  5301 | D:7      | 5301 ||| Stepping ~*~*~tactically~*~*~ (outnumbered).
  5303 | D:7      | 5303 ||| Stepping ~*~*~tactically~*~*~ (outnumbered).
  5305 | D:7      | 5305 ||| Stepping ~*~*~tactically~*~*~ (outnumbered).
  5307 | D:7      | 5307 ||| Stepping ~*~*~tactically~*~*~ (outnumbered).
  5309 | D:7      | 5309 ||| Stepping ~*~*~tactically~*~*~ (outnumbered).
  5311 | D:7      | 5311 ||| Stepping ~*~*~tactically~*~*~ (outnumbered).
  5313 | D:7      | 5313 ||| Stepping ~*~*~tactically~*~*~ (outnumbered).
  5315 | D:7      | 5315 ||| Stepping ~*~*~tactically~*~*~ (outnumbered).
  5317 | D:7      | 5317 ||| Stepping ~*~*~tactically~*~*~ (outnumbered).
  5319 | D:7      | 5319 ||| Stepping ~*~*~tactically~*~*~ (outnumbered).
  5321 | D:7      | 5321 ||| Stepping ~*~*~tactically~*~*~ (outnumbered).
  5323 | D:7      | 5323 ||| Stepping ~*~*~tactically~*~*~ (outnumbered).
  5325 | D:7      | 5325 ||| Stepping ~*~*~tactically~*~*~ (outnumbered).
  5327 | D:7      | 5327 ||| Stepping ~*~*~tactically~*~*~ (outnumbered).
  5329 | D:7      | 5329 ||| Stepping ~*~*~tactically~*~*~ (outnumbered).
  5331 | D:7      | 5331 ||| Stepping ~*~*~tactically~*~*~ (outnumbered).
  5333 | D:7      | 5333 ||| Stepping ~*~*~tactically~*~*~ (outnumbered).
  5335 | D:7      | 5335 ||| Stepping ~*~*~tactically~*~*~ (outnumbered).
  5337 | D:7      | 5337 ||| Stepping ~*~*~tactically~*~*~ (outnumbered).
  5339 | D:7      | 5339 ||| Stepping ~*~*~tactically~*~*~ (outnumbered).
  5341 | D:7      | 5341 ||| Stepping ~*~*~tactically~*~*~ (outnumbered).
  5343 | D:7      | 5343 ||| Stepping ~*~*~tactically~*~*~ (outnumbered).
  5345 | D:7      | 5345 ||| Stepping ~*~*~tactically~*~*~ (outnumbered).
  5347 | D:7      | 5347 ||| Stepping ~*~*~tactically~*~*~ (outnumbered).
  5349 | D:7      | 5349 ||| Stepping ~*~*~tactically~*~*~ (outnumbered).
  5351 | D:7      | 5351 ||| Stepping ~*~*~tactically~*~*~ (outnumbered).
  5353 | D:7      | 5353 ||| Stepping ~*~*~tactically~*~*~ (outnumbered).
  5355 | D:7      | 5355 ||| Stepping ~*~*~tactically~*~*~ (outnumbered).
  5357 | D:7      | 5357 ||| Stepping ~*~*~tactically~*~*~ (outnumbered).
  5359 | D:7      | 5359 ||| Stepping ~*~*~tactically~*~*~ (outnumbered).
  5361 | D:7      | 5361 ||| Stepping ~*~*~tactically~*~*~ (outnumbered).
  5363 | D:7      | 5363 ||| Stepping ~*~*~tactically~*~*~ (outnumbered).
  5365 | D:7      | 5365 ||| Stepping ~*~*~tactically~*~*~ (outnumbered).
  5367 | D:7      | 5367 ||| Stepping ~*~*~tactically~*~*~ (outnumbered).
  5369 | D:7      | 5369 ||| Stepping ~*~*~tactically~*~*~ (outnumbered).
  5371 | D:7      | 5371 ||| Stepping ~*~*~tactically~*~*~ (outnumbered).
  5373 | D:7      | 5373 ||| Stepping ~*~*~tactically~*~*~ (outnumbered).
  5375 | D:7      | 5375 ||| Stepping ~*~*~tactically~*~*~ (outnumbered).
  5377 | D:7      | 5377 ||| Stepping ~*~*~tactically~*~*~ (outnumbered).
  5379 | D:7      | 5379 ||| Stepping ~*~*~tactically~*~*~ (outnumbered).
  5381 | D:7      | 5381 ||| Stepping ~*~*~tactically~*~*~ (outnumbered).
  5383 | D:7      | 5383 ||| Stepping ~*~*~tactically~*~*~ (outnumbered).
  5385 | D:7      | 5385 ||| Stepping ~*~*~tactically~*~*~ (outnumbered).
  5387 | D:7      | 5387 ||| Stepping ~*~*~tactically~*~*~ (outnumbered).
  5389 | D:7      | 5389 ||| Stepping ~*~*~tactically~*~*~ (outnumbered).
  5391 | D:7      | 5391 ||| Stepping ~*~*~tactically~*~*~ (outnumbered).
  5393 | D:7      | 5393 ||| Stepping ~*~*~tactically~*~*~ (outnumbered).
  5395 | D:7      | 5395 ||| Stepping ~*~*~tactically~*~*~ (outnumbered).
  5397 | D:7      | 5397 ||| Stepping ~*~*~tactically~*~*~ (outnumbered).
  5399 | D:7      | 5399 ||| Stepping ~*~*~tactically~*~*~ (outnumbered).
  5401 | D:7      | 5401 ||| Stepping ~*~*~tactically~*~*~ (outnumbered).
  5403 | D:7      | 5403 ||| Stepping ~*~*~tactically~*~*~ (outnumbered).
  5405 | D:7      | 5405 ||| Stepping ~*~*~tactically~*~*~ (outnumbered).
  5407 | D:7      | 5407 ||| Stepping ~*~*~tactically~*~*~ (outnumbered).
  5409 | D:7      | 5409 ||| Stepping ~*~*~tactically~*~*~ (outnumbered).
  5411 | D:7      | 5411 ||| Stepping ~*~*~tactically~*~*~ (outnumbered).
  5413 | D:7      | 5413 ||| Stepping ~*~*~tactically~*~*~ (outnumbered).
  5415 | D:7      | 5415 ||| Stepping ~*~*~tactically~*~*~ (outnumbered).
  5417 | D:7      | 5417 ||| Stepping ~*~*~tactically~*~*~ (outnumbered).
  5419 | D:7      | 5419 ||| Stepping ~*~*~tactically~*~*~ (outnumbered).
  5421 | D:7      | 5421 ||| Stepping ~*~*~tactically~*~*~ (outnumbered).
  5423 | D:7      | 5423 ||| Stepping ~*~*~tactically~*~*~ (outnumbered).
  5425 | D:7      | 5425 ||| Stepping ~*~*~tactically~*~*~ (outnumbered).
  5427 | D:7      | 5427 ||| Stepping ~*~*~tactically~*~*~ (outnumbered).
  5429 | D:7      | 5429 ||| Stepping ~*~*~tactically~*~*~ (outnumbered).
  5431 | D:7      | 5431 ||| Stepping ~*~*~tactically~*~*~ (outnumbered).
  5433 | D:7      | 5433 ||| Stepping ~*~*~tactically~*~*~ (outnumbered).
  5435 | D:7      | 5435 ||| Stepping ~*~*~tactically~*~*~ (outnumbered).
  5437 | D:7      | 5437 ||| Stepping ~*~*~tactically~*~*~ (outnumbered).
  5439 | D:7      | 5439 ||| Stepping ~*~*~tactically~*~*~ (outnumbered).
  5441 | D:7      | 5441 ||| Stepping ~*~*~tactically~*~*~ (outnumbered).
  5443 | D:7      | 5443 ||| Stepping ~*~*~tactically~*~*~ (outnumbered).
  5445 | D:7      | 5445 ||| Stepping ~*~*~tactically~*~*~ (outnumbered).
  5447 | D:7      | 5447 ||| Stepping ~*~*~tactically~*~*~ (outnumbered).
  5449 | D:7      | 5449 ||| Stepping ~*~*~tactically~*~*~ (outnumbered).
  5451 | D:7      | 5451 ||| Stepping ~*~*~tactically~*~*~ (outnumbered).
  5453 | D:7      | 5453 ||| Stepping ~*~*~tactically~*~*~ (outnumbered).
  5455 | D:7      | 5455 ||| Stepping ~*~*~tactically~*~*~ (outnumbered).
  5457 | D:7      | 5457 ||| Stepping ~*~*~tactically~*~*~ (outnumbered).
  5459 | D:7      | 5459 ||| Stepping ~*~*~tactically~*~*~ (outnumbered).
  5461 | D:7      | 5461 ||| Stepping ~*~*~tactically~*~*~ (outnumbered).
  5463 | D:7      | 5463 ||| Stepping ~*~*~tactically~*~*~ (outnumbered).
  5465 | D:7      | 5465 ||| Stepping ~*~*~tactically~*~*~ (outnumbered).
  5467 | D:7      | 5467 ||| Stepping ~*~*~tactically~*~*~ (outnumbered).
  5469 | D:7      | 5469 ||| Stepping ~*~*~tactically~*~*~ (outnumbered).
  5471 | D:7      | 5471 ||| Stepping ~*~*~tactically~*~*~ (outnumbered).
  5473 | D:7      | 5473 ||| Stepping ~*~*~tactically~*~*~ (outnumbered).
  5475 | D:7      | 5475 ||| Stepping ~*~*~tactically~*~*~ (outnumbered).
  5477 | D:7      | 5477 ||| Stepping ~*~*~tactically~*~*~ (outnumbered).
  5479 | D:7      | 5479 ||| Stepping ~*~*~tactically~*~*~ (outnumbered).
  5481 | D:7      | 5481 ||| Stepping ~*~*~tactically~*~*~ (outnumbered).
  5483 | D:7      | 5483 ||| Stepping ~*~*~tactically~*~*~ (outnumbered).
  5485 | D:7      | 5485 ||| Stepping ~*~*~tactically~*~*~ (outnumbered).
  5487 | D:7      | 5487 ||| Stepping ~*~*~tactically~*~*~ (outnumbered).
  5489 | D:7      | 5489 ||| Stepping ~*~*~tactically~*~*~ (outnumbered).
  5491 | D:7      | 5491 ||| Stepping ~*~*~tactically~*~*~ (outnumbered).
  5493 | D:7      | 5493 ||| Stepping ~*~*~tactically~*~*~ (outnumbered).
  5495 | D:7      | 5495 ||| Stepping ~*~*~tactically~*~*~ (outnumbered).
  5497 | D:7      | 5497 ||| Stepping ~*~*~tactically~*~*~ (outnumbered).
  5499 | D:7      | 5499 ||| Stepping ~*~*~tactically~*~*~ (outnumbered).
  5501 | D:7      | 5501 ||| Stepping ~*~*~tactically~*~*~ (outnumbered).
  5503 | D:7      | 5503 ||| Stepping ~*~*~tactically~*~*~ (outnumbered).
  5505 | D:7      | 5505 ||| Stepping ~*~*~tactically~*~*~ (outnumbered).
  5507 | D:7      | 5507 ||| Stepping ~*~*~tactically~*~*~ (outnumbered).
  5509 | D:7      | 5509 ||| Stepping ~*~*~tactically~*~*~ (outnumbered).
  5511 | D:7      | 5511 ||| Stepping ~*~*~tactically~*~*~ (outnumbered).
  5513 | D:7      | 5513 ||| Stepping ~*~*~tactically~*~*~ (outnumbered).
  5515 | D:7      | 5515 ||| Stepping ~*~*~tactically~*~*~ (outnumbered).
  5517 | D:7      | 5517 ||| Stepping ~*~*~tactically~*~*~ (outnumbered).
  5519 | D:7      | 5519 ||| Stepping ~*~*~tactically~*~*~ (outnumbered).
  5521 | D:7      | 5521 ||| Stepping ~*~*~tactically~*~*~ (outnumbered).
  5523 | D:7      | 5523 ||| Stepping ~*~*~tactically~*~*~ (outnumbered).
  5525 | D:7      | 5525 ||| Stepping ~*~*~tactically~*~*~ (outnumbered).
  5527 | D:7      | 5527 ||| Stepping ~*~*~tactically~*~*~ (outnumbered).
  5529 | D:7      | 5529 ||| Stepping ~*~*~tactically~*~*~ (outnumbered).
  5531 | D:7      | 5531 ||| Stepping ~*~*~tactically~*~*~ (outnumbered).
  5533 | D:7      | 5533 ||| Stepping ~*~*~tactically~*~*~ (outnumbered).
  5535 | D:7      | 5535 ||| Stepping ~*~*~tactically~*~*~ (outnumbered).
  5537 | D:7      | 5537 ||| Stepping ~*~*~tactically~*~*~ (outnumbered).
  5539 | D:7      | 5539 ||| Stepping ~*~*~tactically~*~*~ (outnumbered).
  5541 | D:7      | 5541 ||| Stepping ~*~*~tactically~*~*~ (outnumbered).
  5543 | D:7      | 5543 ||| Stepping ~*~*~tactically~*~*~ (outnumbered).
  5545 | D:7      | 5545 ||| Stepping ~*~*~tactically~*~*~ (outnumbered).
  5547 | D:7      | 5547 ||| Stepping ~*~*~tactically~*~*~ (outnumbered).
  5549 | D:7      | 5549 ||| Stepping ~*~*~tactically~*~*~ (outnumbered).
  5551 | D:7      | 5551 ||| Stepping ~*~*~tactically~*~*~ (outnumbered).
  5553 | D:7      | 5553 ||| Stepping ~*~*~tactically~*~*~ (outnumbered).
  5555 | D:7      | 5555 ||| Stepping ~*~*~tactically~*~*~ (outnumbered).
  5557 | D:7      | 5557 ||| Stepping ~*~*~tactically~*~*~ (outnumbered).
  5559 | D:7      | 5559 ||| Stepping ~*~*~tactically~*~*~ (outnumbered).
  5561 | D:7      | 5561 ||| Stepping ~*~*~tactically~*~*~ (outnumbered).
  5563 | D:7      | 5563 ||| Stepping ~*~*~tactically~*~*~ (outnumbered).
  5565 | D:7      | 5565 ||| Stepping ~*~*~tactically~*~*~ (outnumbered).
  5567 | D:7      | 5567 ||| Stepping ~*~*~tactically~*~*~ (outnumbered).
  5569 | D:7      | 5569 ||| Stepping ~*~*~tactically~*~*~ (outnumbered).
  5571 | D:7      | 5571 ||| Stepping ~*~*~tactically~*~*~ (outnumbered).
  5573 | D:7      | 5573 ||| Stepping ~*~*~tactically~*~*~ (outnumbered).
  5575 | D:7      | 5575 ||| Stepping ~*~*~tactically~*~*~ (outnumbered).
  5577 | D:7      | 5577 ||| Stepping ~*~*~tactically~*~*~ (outnumbered).
  5579 | D:7      | 5579 ||| Stepping ~*~*~tactically~*~*~ (outnumbered).
  5581 | D:7      | 5581 ||| Stepping ~*~*~tactically~*~*~ (outnumbered).
  5583 | D:7      | 5583 ||| Stepping ~*~*~tactically~*~*~ (outnumbered).
  5585 | D:7      | 5585 ||| Stepping ~*~*~tactically~*~*~ (outnumbered).
  5587 | D:7      | 5587 ||| Stepping ~*~*~tactically~*~*~ (outnumbered).
  5589 | D:7      | 5589 ||| Stepping ~*~*~tactically~*~*~ (outnumbered).
  5591 | D:7      | 5591 ||| Stepping ~*~*~tactically~*~*~ (outnumbered).
  5593 | D:7      | 5593 ||| Stepping ~*~*~tactically~*~*~ (outnumbered).
  5595 | D:7      | 5595 ||| Stepping ~*~*~tactically~*~*~ (outnumbered).
  5597 | D:7      | 5597 ||| Stepping ~*~*~tactically~*~*~ (outnumbered).
  5599 | D:7      | 5599 ||| Stepping ~*~*~tactically~*~*~ (outnumbered).
  5601 | D:7      | 5601 ||| Stepping ~*~*~tactically~*~*~ (outnumbered).
  5603 | D:7      | 5603 ||| Stepping ~*~*~tactically~*~*~ (outnumbered).
  5605 | D:7      | 5605 ||| Stepping ~*~*~tactically~*~*~ (outnumbered).
  5607 | D:7      | 5607 ||| Stepping ~*~*~tactically~*~*~ (outnumbered).
  5609 | D:7      | 5609 ||| Stepping ~*~*~tactically~*~*~ (outnumbered).
  5611 | D:7      | 5611 ||| Stepping ~*~*~tactically~*~*~ (outnumbered).
  5613 | D:7      | 5613 ||| Stepping ~*~*~tactically~*~*~ (outnumbered).
  5615 | D:7      | 5615 ||| Stepping ~*~*~tactically~*~*~ (outnumbered).
  5617 | D:7      | 5617 ||| Stepping ~*~*~tactically~*~*~ (outnumbered).
  5619 | D:7      | 5619 ||| Stepping ~*~*~tactically~*~*~ (outnumbered).
  5621 | D:7      | 5621 ||| Stepping ~*~*~tactically~*~*~ (outnumbered).
  5623 | D:7      | 5623 ||| Stepping ~*~*~tactically~*~*~ (outnumbered).
  5625 | D:7      | 5625 ||| Stepping ~*~*~tactically~*~*~ (outnumbered).
  5627 | D:7      | 5627 ||| Stepping ~*~*~tactically~*~*~ (outnumbered).
  5629 | D:7      | 5629 ||| Stepping ~*~*~tactically~*~*~ (outnumbered).
  5631 | D:7      | 5631 ||| Stepping ~*~*~tactically~*~*~ (outnumbered).
  5633 | D:7      | 5633 ||| Stepping ~*~*~tactically~*~*~ (outnumbered).
  5635 | D:7      | 5635 ||| Stepping ~*~*~tactically~*~*~ (outnumbered).
  5637 | D:7      | 5637 ||| Stepping ~*~*~tactically~*~*~ (outnumbered).
  5639 | D:7      | 5639 ||| Stepping ~*~*~tactically~*~*~ (outnumbered).
  5641 | D:7      | 5641 ||| Stepping ~*~*~tactically~*~*~ (outnumbered).
  5643 | D:7      | 5643 ||| Stepping ~*~*~tactically~*~*~ (outnumbered).
  5645 | D:7      | 5645 ||| Stepping ~*~*~tactically~*~*~ (outnumbered).
  5647 | D:7      | 5647 ||| Stepping ~*~*~tactically~*~*~ (outnumbered).
  5649 | D:7      | 5649 ||| Stepping ~*~*~tactically~*~*~ (outnumbered).
  5651 | D:7      | 5651 ||| Stepping ~*~*~tactically~*~*~ (outnumbered).
  5653 | D:7      | 5653 ||| Stepping ~*~*~tactically~*~*~ (outnumbered).
  5655 | D:7      | 5655 ||| Stepping ~*~*~tactically~*~*~ (outnumbered).
  5657 | D:7      | 5657 ||| Stepping ~*~*~tactically~*~*~ (outnumbered).
  5659 | D:7      | 5659 ||| Stepping ~*~*~tactically~*~*~ (outnumbered).
  5661 | D:7      | 5661 ||| Stepping ~*~*~tactically~*~*~ (outnumbered).
  5663 | D:7      | 5663 ||| Stepping ~*~*~tactically~*~*~ (outnumbered).
  5665 | D:7      | 5665 ||| Stepping ~*~*~tactically~*~*~ (outnumbered).
  5667 | D:7      | 5667 ||| Stepping ~*~*~tactically~*~*~ (outnumbered).
  5669 | D:7      | 5669 ||| Stepping ~*~*~tactically~*~*~ (outnumbered).
  5671 | D:7      | 5671 ||| Stepping ~*~*~tactically~*~*~ (outnumbered).
  5673 | D:7      | 5673 ||| Stepping ~*~*~tactically~*~*~ (outnumbered).
  5675 | D:7      | 5675 ||| Stepping ~*~*~tactically~*~*~ (outnumbered).
  5677 | D:7      | 5677 ||| Stepping ~*~*~tactically~*~*~ (outnumbered).
  5679 | D:7      | 5679 ||| Stepping ~*~*~tactically~*~*~ (outnumbered).
  5681 | D:7      | 5681 ||| Stepping ~*~*~tactically~*~*~ (outnumbered).
  5683 | D:7      | 5683 ||| Stepping ~*~*~tactically~*~*~ (outnumbered).
  5685 | D:7      | 5685 ||| Stepping ~*~*~tactically~*~*~ (outnumbered).
  5687 | D:7      | 5687 ||| Stepping ~*~*~tactically~*~*~ (outnumbered).
  5689 | D:7      | 5689 ||| Stepping ~*~*~tactically~*~*~ (outnumbered).
  5691 | D:7      | 5691 ||| Stepping ~*~*~tactically~*~*~ (outnumbered).
  5693 | D:7      | 5693 ||| Stepping ~*~*~tactically~*~*~ (outnumbered).
  5695 | D:7      | 5695 ||| Stepping ~*~*~tactically~*~*~ (outnumbered).
  5697 | D:7      | 5697 ||| Stepping ~*~*~tactically~*~*~ (outnumbered).
  5699 | D:7      | 5699 ||| Stepping ~*~*~tactically~*~*~ (outnumbered).
  5701 | D:7      | 5701 ||| Stepping ~*~*~tactically~*~*~ (outnumbered).
  5703 | D:7      | 5703 ||| Stepping ~*~*~tactically~*~*~ (outnumbered).
  5705 | D:7      | 5705 ||| Stepping ~*~*~tactically~*~*~ (outnumbered).
  5707 | D:7      | 5707 ||| Stepping ~*~*~tactically~*~*~ (outnumbered).
  5709 | D:7      | 5709 ||| Stepping ~*~*~tactically~*~*~ (outnumbered).
  5711 | D:7      | 5711 ||| Stepping ~*~*~tactically~*~*~ (outnumbered).
  5713 | D:7      | 5713 ||| Stepping ~*~*~tactically~*~*~ (outnumbered).
  5715 | D:7      | 5715 ||| Stepping ~*~*~tactically~*~*~ (outnumbered).
  5717 | D:7      | 5717 ||| Stepping ~*~*~tactically~*~*~ (outnumbered).
  5719 | D:7      | 5719 ||| Stepping ~*~*~tactically~*~*~ (outnumbered).
  5721 | D:7      | 5721 ||| Stepping ~*~*~tactically~*~*~ (outnumbered).
  5723 | D:7      | 5723 ||| Stepping ~*~*~tactically~*~*~ (outnumbered).
  5725 | D:7      | 5725 ||| Stepping ~*~*~tactically~*~*~ (outnumbered).
  5727 | D:7      | 5727 ||| Stepping ~*~*~tactically~*~*~ (outnumbered).
  5729 | D:7      | 5729 ||| Stepping ~*~*~tactically~*~*~ (outnumbered).
  5731 | D:7      | 5731 ||| Stepping ~*~*~tactically~*~*~ (outnumbered).
  5733 | D:7      | 5733 ||| Stepping ~*~*~tactically~*~*~ (outnumbered).
  5735 | D:7      | 5735 ||| Stepping ~*~*~tactically~*~*~ (outnumbered).
  5737 | D:7      | 5737 ||| Stepping ~*~*~tactically~*~*~ (outnumbered).
  5739 | D:7      | 5739 ||| Stepping ~*~*~tactically~*~*~ (outnumbered).
  5741 | D:7      | 5741 ||| Stepping ~*~*~tactically~*~*~ (outnumbered).
  5743 | D:7      | 5743 ||| Stepping ~*~*~tactically~*~*~ (outnumbered).
  5745 | D:7      | 5745 ||| Stepping ~*~*~tactically~*~*~ (outnumbered).
  5747 | D:7      | 5747 ||| Stepping ~*~*~tactically~*~*~ (outnumbered).
  5749 | D:7      | 5749 ||| Stepping ~*~*~tactically~*~*~ (outnumbered).
  5751 | D:7      | 5751 ||| Stepping ~*~*~tactically~*~*~ (outnumbered).
  5753 | D:7      | 5753 ||| Stepping ~*~*~tactically~*~*~ (outnumbered).
  5755 | D:7      | 5755 ||| Stepping ~*~*~tactically~*~*~ (outnumbered).
  5757 | D:7      | 5757 ||| Stepping ~*~*~tactically~*~*~ (outnumbered).
  5759 | D:7      | 5759 ||| Stepping ~*~*~tactically~*~*~ (outnumbered).
  5761 | D:7      | 5761 ||| Stepping ~*~*~tactically~*~*~ (outnumbered).
  5763 | D:7      | 5763 ||| Stepping ~*~*~tactically~*~*~ (outnumbered).
  5765 | D:7      | 5765 ||| Stepping ~*~*~tactically~*~*~ (outnumbered).
  5767 | D:7      | 5767 ||| Stepping ~*~*~tactically~*~*~ (outnumbered).
  5769 | D:7      | 5769 ||| Stepping ~*~*~tactically~*~*~ (outnumbered).
  5771 | D:7      | 5771 ||| Stepping ~*~*~tactically~*~*~ (outnumbered).
  5773 | D:7      | 5773 ||| Stepping ~*~*~tactically~*~*~ (outnumbered).
  5775 | D:7      | 5775 ||| Stepping ~*~*~tactically~*~*~ (outnumbered).
  5777 | D:7      | 5777 ||| Stepping ~*~*~tactically~*~*~ (outnumbered).
  5779 | D:7      | 5779 ||| Stepping ~*~*~tactically~*~*~ (outnumbered).
  5781 | D:7      | 5781 ||| Stepping ~*~*~tactically~*~*~ (outnumbered).
  5783 | D:7      | 5783 ||| Stepping ~*~*~tactically~*~*~ (outnumbered).
  5785 | D:7      | 5785 ||| Stepping ~*~*~tactically~*~*~ (outnumbered).
  5787 | D:7      | 5787 ||| Stepping ~*~*~tactically~*~*~ (outnumbered).
  5789 | D:7      | 5789 ||| Stepping ~*~*~tactically~*~*~ (outnumbered).
  5791 | D:7      | 5791 ||| Stepping ~*~*~tactically~*~*~ (outnumbered).
  5793 | D:7      | 5793 ||| Stepping ~*~*~tactically~*~*~ (outnumbered).
  5795 | D:7      | 5795 ||| Stepping ~*~*~tactically~*~*~ (outnumbered).
  5797 | D:7      | 5797 ||| Stepping ~*~*~tactically~*~*~ (outnumbered).
  5799 | D:7      | 5799 ||| Stepping ~*~*~tactically~*~*~ (outnumbered).
  5801 | D:7      | 5801 ||| Stepping ~*~*~tactically~*~*~ (outnumbered).
  5803 | D:7      | 5803 ||| Stepping ~*~*~tactically~*~*~ (outnumbered).
  5805 | D:7      | 5805 ||| Stepping ~*~*~tactically~*~*~ (outnumbered).
  5807 | D:7      | 5807 ||| Stepping ~*~*~tactically~*~*~ (outnumbered).
  5809 | D:7      | 5809 ||| Stepping ~*~*~tactically~*~*~ (outnumbered).
  5811 | D:7      | 5811 ||| Stepping ~*~*~tactically~*~*~ (outnumbered).
  5813 | D:7      | 5813 ||| Stepping ~*~*~tactically~*~*~ (outnumbered).
  5815 | D:7      | 5815 ||| Stepping ~*~*~tactically~*~*~ (outnumbered).
  5817 | D:7      | 5817 ||| Stepping ~*~*~tactically~*~*~ (outnumbered).
  5819 | D:7      | 5819 ||| Stepping ~*~*~tactically~*~*~ (outnumbered).
  5821 | D:7      | 5821 ||| Stepping ~*~*~tactically~*~*~ (outnumbered).
  5823 | D:7      | 5823 ||| Stepping ~*~*~tactically~*~*~ (outnumbered).
  5825 | D:7      | 5825 ||| Stepping ~*~*~tactically~*~*~ (outnumbered).
  5827 | D:7      | 5827 ||| Stepping ~*~*~tactically~*~*~ (outnumbered).
  5829 | D:7      | 5829 ||| Stepping ~*~*~tactically~*~*~ (outnumbered).
  5831 | D:7      | 5831 ||| Stepping ~*~*~tactically~*~*~ (outnumbered).
  5833 | D:7      | 5833 ||| Stepping ~*~*~tactically~*~*~ (outnumbered).
  5835 | D:7      | 5835 ||| Stepping ~*~*~tactically~*~*~ (outnumbered).
  5837 | D:7      | 5837 ||| Stepping ~*~*~tactically~*~*~ (outnumbered).
  5839 | D:7      | 5839 ||| Stepping ~*~*~tactically~*~*~ (outnumbered).
  5841 | D:7      | 5841 ||| Stepping ~*~*~tactically~*~*~ (outnumbered).
  5843 | D:7      | 5843 ||| Stepping ~*~*~tactically~*~*~ (outnumbered).
  5845 | D:7      | 5845 ||| Stepping ~*~*~tactically~*~*~ (outnumbered).
  5847 | D:7      | 5847 ||| Stepping ~*~*~tactically~*~*~ (outnumbered).
  5849 | D:7      | 5849 ||| Stepping ~*~*~tactically~*~*~ (outnumbered).
  5851 | D:7      | 5851 ||| Stepping ~*~*~tactically~*~*~ (outnumbered).
  5853 | D:7      | 5853 ||| Stepping ~*~*~tactically~*~*~ (outnumbered).
  5855 | D:7      | 5855 ||| Stepping ~*~*~tactically~*~*~ (outnumbered).
  5857 | D:7      | 5857 ||| Stepping ~*~*~tactically~*~*~ (outnumbered).
  5859 | D:7      | 5859 ||| Stepping ~*~*~tactically~*~*~ (outnumbered).
  5861 | D:7      | 5861 ||| Stepping ~*~*~tactically~*~*~ (outnumbered).
  5863 | D:7      | 5863 ||| Stepping ~*~*~tactically~*~*~ (outnumbered).
  5865 | D:7      | 5865 ||| Stepping ~*~*~tactically~*~*~ (outnumbered).
  5867 | D:7      | 5867 ||| Stepping ~*~*~tactically~*~*~ (outnumbered).
  5869 | D:7      | 5869 ||| Stepping ~*~*~tactically~*~*~ (outnumbered).
  5871 | D:7      | 5871 ||| Stepping ~*~*~tactically~*~*~ (outnumbered).
  5873 | D:7      | 5873 ||| Stepping ~*~*~tactically~*~*~ (outnumbered).
  5875 | D:7      | 5875 ||| Stepping ~*~*~tactically~*~*~ (outnumbered).
  5877 | D:7      | 5877 ||| Stepping ~*~*~tactically~*~*~ (outnumbered).
  5879 | D:7      | 5879 ||| Stepping ~*~*~tactically~*~*~ (outnumbered).
  5881 | D:7      | 5881 ||| Stepping ~*~*~tactically~*~*~ (outnumbered).
  5883 | D:7      | 5883 ||| Stepping ~*~*~tactically~*~*~ (outnumbered).
  5885 | D:7      | 5885 ||| Stepping ~*~*~tactically~*~*~ (outnumbered).
  5887 | D:7      | 5887 ||| Stepping ~*~*~tactically~*~*~ (outnumbered).
  5889 | D:7      | 5889 ||| Stepping ~*~*~tactically~*~*~ (outnumbered).
  5891 | D:7      | 5891 ||| Stepping ~*~*~tactically~*~*~ (outnumbered).
  5893 | D:7      | 5893 ||| Stepping ~*~*~tactically~*~*~ (outnumbered).
  5895 | D:7      | 5895 ||| Stepping ~*~*~tactically~*~*~ (outnumbered).
  5897 | D:7      | 5897 ||| Stepping ~*~*~tactically~*~*~ (outnumbered).
  5899 | D:7      | 5899 ||| Stepping ~*~*~tactically~*~*~ (outnumbered).
  5901 | D:7      | 5901 ||| Stepping ~*~*~tactically~*~*~ (outnumbered).
  5903 | D:7      | 5903 ||| Stepping ~*~*~tactically~*~*~ (outnumbered).
  5905 | D:7      | 5905 ||| Stepping ~*~*~tactically~*~*~ (outnumbered).
  5907 | D:7      | 5907 ||| Stepping ~*~*~tactically~*~*~ (outnumbered).
  5909 | D:7      | 5909 ||| Stepping ~*~*~tactically~*~*~ (outnumbered).
  5911 | D:7      | 5911 ||| Stepping ~*~*~tactically~*~*~ (outnumbered).
  5913 | D:7      | 5913 ||| Stepping ~*~*~tactically~*~*~ (outnumbered).
  5915 | D:7      | 5915 ||| Stepping ~*~*~tactically~*~*~ (outnumbered).
  5917 | D:7      | 5917 ||| Stepping ~*~*~tactically~*~*~ (outnumbered).
  5919 | D:7      | 5919 ||| Stepping ~*~*~tactically~*~*~ (outnumbered).
  5921 | D:7      | 5921 ||| Stepping ~*~*~tactically~*~*~ (outnumbered).
  5923 | D:7      | 5923 ||| Stepping ~*~*~tactically~*~*~ (outnumbered).
  5925 | D:7      | 5925 ||| Stepping ~*~*~tactically~*~*~ (outnumbered).
  5927 | D:7      | 5927 ||| Stepping ~*~*~tactically~*~*~ (outnumbered).
  5929 | D:7      | 5929 ||| Stepping ~*~*~tactically~*~*~ (outnumbered).
  5931 | D:7      | 5931 ||| Stepping ~*~*~tactically~*~*~ (outnumbered).
  5933 | D:7      | 5933 ||| Stepping ~*~*~tactically~*~*~ (outnumbered).
  5935 | D:7      | 5935 ||| Stepping ~*~*~tactically~*~*~ (outnumbered).
  5937 | D:7      | 5937 ||| Stepping ~*~*~tactically~*~*~ (outnumbered).
  5939 | D:7      | 5939 ||| Stepping ~*~*~tactically~*~*~ (outnumbered).
  5941 | D:7      | 5941 ||| Stepping ~*~*~tactically~*~*~ (outnumbered).
  5943 | D:7      | 5943 ||| Stepping ~*~*~tactically~*~*~ (outnumbered).
  5945 | D:7      | 5945 ||| Stepping ~*~*~tactically~*~*~ (outnumbered).
  5947 | D:7      | 5947 ||| Stepping ~*~*~tactically~*~*~ (outnumbered).
  5949 | D:7      | 5949 ||| Stepping ~*~*~tactically~*~*~ (outnumbered).
  5951 | D:7      | 5951 ||| Stepping ~*~*~tactically~*~*~ (outnumbered).
  5953 | D:7      | 5953 ||| Stepping ~*~*~tactically~*~*~ (outnumbered).
  5955 | D:7      | 5955 ||| Stepping ~*~*~tactically~*~*~ (outnumbered).
  5957 | D:7      | 5957 ||| Stepping ~*~*~tactically~*~*~ (outnumbered).
  5959 | D:7      | 5959 ||| Stepping ~*~*~tactically~*~*~ (outnumbered).
  5961 | D:7      | 5961 ||| Stepping ~*~*~tactically~*~*~ (outnumbered).
  5963 | D:7      | 5963 ||| Stepping ~*~*~tactically~*~*~ (outnumbered).
  5965 | D:7      | 5965 ||| Stepping ~*~*~tactically~*~*~ (outnumbered).
  5967 | D:7      | 5967 ||| Stepping ~*~*~tactically~*~*~ (outnumbered).
  5969 | D:7      | 5969 ||| Stepping ~*~*~tactically~*~*~ (outnumbered).
  5971 | D:7      | 5971 ||| Stepping ~*~*~tactically~*~*~ (outnumbered).
  5973 | D:7      | 5973 ||| Stepping ~*~*~tactically~*~*~ (outnumbered).
  5975 | D:7      | 5975 ||| Stepping ~*~*~tactically~*~*~ (outnumbered).
  5977 | D:7      | 5977 ||| Stepping ~*~*~tactically~*~*~ (outnumbered).
  5979 | D:7      | 5979 ||| Stepping ~*~*~tactically~*~*~ (outnumbered).
  5981 | D:7      | 5981 ||| Stepping ~*~*~tactically~*~*~ (outnumbered).
  5983 | D:7      | 5983 ||| Stepping ~*~*~tactically~*~*~ (outnumbered).
  5985 | D:7      | 5985 ||| Stepping ~*~*~tactically~*~*~ (outnumbered).
  5987 | D:7      | 5987 ||| Stepping ~*~*~tactically~*~*~ (outnumbered).
  5989 | D:7      | 5989 ||| Stepping ~*~*~tactically~*~*~ (outnumbered).
  5991 | D:7      | 5991 ||| Stepping ~*~*~tactically~*~*~ (outnumbered).
  5993 | D:7      | 5993 ||| Stepping ~*~*~tactically~*~*~ (outnumbered).
  5995 | D:7      | 5995 ||| Stepping ~*~*~tactically~*~*~ (outnumbered).
  5997 | D:7      | 5997 ||| Stepping ~*~*~tactically~*~*~ (outnumbered).
  5999 | D:7      | 5999 ||| Stepping ~*~*~tactically~*~*~ (outnumbered).
  6001 | D:7      | 6001 ||| Stepping ~*~*~tactically~*~*~ (outnumbered).
  6003 | D:7      | 6003 ||| Stepping ~*~*~tactically~*~*~ (outnumbered).
  6005 | D:7      | 6005 ||| Stepping ~*~*~tactically~*~*~ (outnumbered).
  6007 | D:7      | 6007 ||| Stepping ~*~*~tactically~*~*~ (outnumbered).
  6009 | D:7      | 6009 ||| Stepping ~*~*~tactically~*~*~ (outnumbered).
  6011 | D:7      | 6011 ||| Stepping ~*~*~tactically~*~*~ (outnumbered).
  6013 | D:7      | 6013 ||| Stepping ~*~*~tactically~*~*~ (outnumbered).
  6015 | D:7      | 6015 ||| Stepping ~*~*~tactically~*~*~ (outnumbered).
  6017 | D:7      | 6017 ||| Stepping ~*~*~tactically~*~*~ (outnumbered).
  6019 | D:7      | 6019 ||| Stepping ~*~*~tactically~*~*~ (outnumbered).
  6021 | D:7      | 6021 ||| Stepping ~*~*~tactically~*~*~ (outnumbered).
  6023 | D:7      | 6023 ||| Stepping ~*~*~tactically~*~*~ (outnumbered).
  6025 | D:7      | 6025 ||| Stepping ~*~*~tactically~*~*~ (outnumbered).
  6027 | D:7      | 6027 ||| Stepping ~*~*~tactically~*~*~ (outnumbered).
  6029 | D:7      | 6029 ||| Stepping ~*~*~tactically~*~*~ (outnumbered).
  6031 | D:7      | 6031 ||| Stepping ~*~*~tactically~*~*~ (outnumbered).
  6033 | D:7      | 6033 ||| Stepping ~*~*~tactically~*~*~ (outnumbered).
  6035 | D:7      | 6035 ||| Stepping ~*~*~tactically~*~*~ (outnumbered).
  6037 | D:7      | 6037 ||| Stepping ~*~*~tactically~*~*~ (outnumbered).
  6039 | D:7      | 6039 ||| Stepping ~*~*~tactically~*~*~ (outnumbered).
  6041 | D:7      | 6041 ||| Stepping ~*~*~tactically~*~*~ (outnumbered).
  6043 | D:7      | 6043 ||| Stepping ~*~*~tactically~*~*~ (outnumbered).
  6045 | D:7      | 6045 ||| Stepping ~*~*~tactically~*~*~ (outnumbered).
  6047 | D:7      | 6047 ||| Stepping ~*~*~tactically~*~*~ (outnumbered).
  6049 | D:7      | 6049 ||| Stepping ~*~*~tactically~*~*~ (outnumbered).
  6051 | D:7      | 6051 ||| Stepping ~*~*~tactically~*~*~ (outnumbered).
  6053 | D:7      | 6053 ||| Stepping ~*~*~tactically~*~*~ (outnumbered).
  6055 | D:7      | 6055 ||| Stepping ~*~*~tactically~*~*~ (outnumbered).
  6057 | D:7      | 6057 ||| Stepping ~*~*~tactically~*~*~ (outnumbered).
  6059 | D:7      | 6059 ||| Stepping ~*~*~tactically~*~*~ (outnumbered).
  6061 | D:7      | 6061 ||| Stepping ~*~*~tactically~*~*~ (outnumbered).
  6063 | D:7      | 6063 ||| Stepping ~*~*~tactically~*~*~ (outnumbered).
  6065 | D:7      | 6065 ||| Stepping ~*~*~tactically~*~*~ (outnumbered).
  6067 | D:7      | 6067 ||| Stepping ~*~*~tactically~*~*~ (outnumbered).
  6069 | D:7      | 6069 ||| Stepping ~*~*~tactically~*~*~ (outnumbered).
  6071 | D:7      | 6071 ||| Stepping ~*~*~tactically~*~*~ (outnumbered).
  6073 | D:7      | 6073 ||| Stepping ~*~*~tactically~*~*~ (outnumbered).
  6075 | D:7      | 6075 ||| Stepping ~*~*~tactically~*~*~ (outnumbered).
  6077 | D:7      | 6077 ||| Stepping ~*~*~tactically~*~*~ (outnumbered).
  6079 | D:7      | 6079 ||| Stepping ~*~*~tactically~*~*~ (outnumbered).
  6081 | D:7      | 6081 ||| Stepping ~*~*~tactically~*~*~ (outnumbered).
  6083 | D:7      | 6083 ||| Stepping ~*~*~tactically~*~*~ (outnumbered).
  6085 | D:7      | 6085 ||| Stepping ~*~*~tactically~*~*~ (outnumbered).
  6087 | D:7      | 6087 ||| Stepping ~*~*~tactically~*~*~ (outnumbered).
  6089 | D:7      | 6089 ||| Stepping ~*~*~tactically~*~*~ (outnumbered).
  6091 | D:7      | 6091 ||| Stepping ~*~*~tactically~*~*~ (outnumbered).
  6093 | D:7      | 6093 ||| Stepping ~*~*~tactically~*~*~ (outnumbered).
  6095 | D:7      | 6095 ||| Stepping ~*~*~tactically~*~*~ (outnumbered).
  6097 | D:7      | 6097 ||| Stepping ~*~*~tactically~*~*~ (outnumbered).
  6099 | D:7      | 6099 ||| Stepping ~*~*~tactically~*~*~ (outnumbered).
  6101 | D:7      | 6101 ||| Stepping ~*~*~tactically~*~*~ (outnumbered).
  6103 | D:7      | 6103 ||| Stepping ~*~*~tactically~*~*~ (outnumbered).
  6105 | D:7      | 6105 ||| Stepping ~*~*~tactically~*~*~ (outnumbered).
  6107 | D:7      | 6107 ||| Stepping ~*~*~tactically~*~*~ (outnumbered).
  6109 | D:7      | 6109 ||| Stepping ~*~*~tactically~*~*~ (outnumbered).
  6111 | D:7      | 6111 ||| Stepping ~*~*~tactically~*~*~ (outnumbered).
  6113 | D:7      | 6113 ||| Stepping ~*~*~tactically~*~*~ (outnumbered).
  6115 | D:7      | 6115 ||| Stepping ~*~*~tactically~*~*~ (outnumbered).
  6117 | D:7      | 6117 ||| Stepping ~*~*~tactically~*~*~ (outnumbered).
  6119 | D:7      | 6119 ||| Stepping ~*~*~tactically~*~*~ (outnumbered).
  6121 | D:7      | 6121 ||| Stepping ~*~*~tactically~*~*~ (outnumbered).
  6123 | D:7      | 6123 ||| Stepping ~*~*~tactically~*~*~ (outnumbered).
  6125 | D:7      | 6125 ||| Stepping ~*~*~tactically~*~*~ (outnumbered).
  6127 | D:7      | 6127 ||| Stepping ~*~*~tactically~*~*~ (outnumbered).
  6129 | D:7      | 6129 ||| Stepping ~*~*~tactically~*~*~ (outnumbered).
  6131 | D:7      | 6131 ||| Stepping ~*~*~tactically~*~*~ (outnumbered).
  6133 | D:7      | 6133 ||| Stepping ~*~*~tactically~*~*~ (outnumbered).
  6135 | D:7      | 6135 ||| Stepping ~*~*~tactically~*~*~ (outnumbered).
  6137 | D:7      | 6137 ||| Stepping ~*~*~tactically~*~*~ (outnumbered).
  6139 | D:7      | 6139 ||| Stepping ~*~*~tactically~*~*~ (outnumbered).
  6141 | D:7      | 6141 ||| Stepping ~*~*~tactically~*~*~ (outnumbered).
  6143 | D:7      | 6143 ||| Stepping ~*~*~tactically~*~*~ (outnumbered).
  6145 | D:7      | 6145 ||| Stepping ~*~*~tactically~*~*~ (outnumbered).
  6147 | D:7      | 6147 ||| Stepping ~*~*~tactically~*~*~ (outnumbered).
  6149 | D:7      | 6149 ||| Stepping ~*~*~tactically~*~*~ (outnumbered).
  6151 | D:7      | 6151 ||| Stepping ~*~*~tactically~*~*~ (outnumbered).
  6153 | D:7      | 6153 ||| Stepping ~*~*~tactically~*~*~ (outnumbered).
  6155 | D:7      | 6155 ||| Stepping ~*~*~tactically~*~*~ (outnumbered).
  6157 | D:7      | 6157 ||| Stepping ~*~*~tactically~*~*~ (outnumbered).
  6159 | D:7      | 6159 ||| Stepping ~*~*~tactically~*~*~ (outnumbered).
  6161 | D:7      | 6161 ||| Stepping ~*~*~tactically~*~*~ (outnumbered).
  6163 | D:7      | 6163 ||| Stepping ~*~*~tactically~*~*~ (outnumbered).
  6165 | D:7      | 6165 ||| Stepping ~*~*~tactically~*~*~ (outnumbered).
  6167 | D:7      | 6167 ||| Stepping ~*~*~tactically~*~*~ (outnumbered).
  6169 | D:7      | 6169 ||| Stepping ~*~*~tactically~*~*~ (outnumbered).
  6171 | D:7      | 6171 ||| Stepping ~*~*~tactically~*~*~ (outnumbered).
  6173 | D:7      | 6173 ||| Stepping ~*~*~tactically~*~*~ (outnumbered).
  6175 | D:7      | 6175 ||| Stepping ~*~*~tactically~*~*~ (outnumbered).
  6177 | D:7      | 6177 ||| Stepping ~*~*~tactically~*~*~ (outnumbered).
  6179 | D:7      | 6179 ||| Stepping ~*~*~tactically~*~*~ (outnumbered).
  6181 | D:7      | 6181 ||| Stepping ~*~*~tactically~*~*~ (outnumbered).
  6183 | D:7      | 6183 ||| Stepping ~*~*~tactically~*~*~ (outnumbered).
  6185 | D:7      | 6185 ||| Stepping ~*~*~tactically~*~*~ (outnumbered).
  6187 | D:7      | 6187 ||| Stepping ~*~*~tactically~*~*~ (outnumbered).
  6189 | D:7      | 6189 ||| Stepping ~*~*~tactically~*~*~ (outnumbered).
  6191 | D:7      | 6191 ||| Stepping ~*~*~tactically~*~*~ (outnumbered).
  6193 | D:7      | 6193 ||| Stepping ~*~*~tactically~*~*~ (outnumbered).
  6195 | D:7      | 6195 ||| Stepping ~*~*~tactically~*~*~ (outnumbered).
  6197 | D:7      | 6197 ||| Stepping ~*~*~tactically~*~*~ (outnumbered).
  6199 | D:7      | 6199 ||| Stepping ~*~*~tactically~*~*~ (outnumbered).
  6201 | D:7      | 6201 ||| Stepping ~*~*~tactically~*~*~ (outnumbered).
  6203 | D:7      | 6203 ||| Stepping ~*~*~tactically~*~*~ (outnumbered).
  6205 | D:7      | 6205 ||| Stepping ~*~*~tactically~*~*~ (outnumbered).
  6207 | D:7      | 6207 ||| Stepping ~*~*~tactically~*~*~ (outnumbered).
  6209 | D:7      | 6209 ||| Stepping ~*~*~tactically~*~*~ (outnumbered).
  6211 | D:7      | 6211 ||| Stepping ~*~*~tactically~*~*~ (outnumbered).
  6213 | D:7      | 6213 ||| Stepping ~*~*~tactically~*~*~ (outnumbered).
  6215 | D:7      | 6215 ||| Stepping ~*~*~tactically~*~*~ (outnumbered).
  6217 | D:7      | 6217 ||| Stepping ~*~*~tactically~*~*~ (outnumbered).
  6219 | D:7      | 6219 ||| Stepping ~*~*~tactically~*~*~ (outnumbered).
  6221 | D:7      | 6221 ||| Stepping ~*~*~tactically~*~*~ (outnumbered).
  6223 | D:7      | 6223 ||| Stepping ~*~*~tactically~*~*~ (outnumbered).
  6225 | D:7      | 6225 ||| Stepping ~*~*~tactically~*~*~ (outnumbered).
  6227 | D:7      | 6227 ||| Stepping ~*~*~tactically~*~*~ (outnumbered).
  6229 | D:7      | 6229 ||| Stepping ~*~*~tactically~*~*~ (outnumbered).
  6231 | D:7      | 6231 ||| Stepping ~*~*~tactically~*~*~ (outnumbered).
  6233 | D:7      | 6233 ||| Stepping ~*~*~tactically~*~*~ (outnumbered).
  6235 | D:7      | 6235 ||| Stepping ~*~*~tactically~*~*~ (outnumbered).
  6237 | D:7      | 6237 ||| Stepping ~*~*~tactically~*~*~ (outnumbered).
  6239 | D:7      | 6239 ||| Stepping ~*~*~tactically~*~*~ (outnumbered).
  6241 | D:7      | 6241 ||| Stepping ~*~*~tactically~*~*~ (outnumbered).
  6243 | D:7      | 6243 ||| Stepping ~*~*~tactically~*~*~ (outnumbered).
  6245 | D:7      | 6245 ||| Stepping ~*~*~tactically~*~*~ (outnumbered).
  6247 | D:7      | 6247 ||| Stepping ~*~*~tactically~*~*~ (outnumbered).
  6249 | D:7      | 6249 ||| Stepping ~*~*~tactically~*~*~ (outnumbered).
  6251 | D:7      | 6251 ||| Stepping ~*~*~tactically~*~*~ (outnumbered).
  6253 | D:7      | 6253 ||| Stepping ~*~*~tactically~*~*~ (outnumbered).
  6255 | D:7      | 6255 ||| Stepping ~*~*~tactically~*~*~ (outnumbered).
  6257 | D:7      | 6257 ||| Stepping ~*~*~tactically~*~*~ (outnumbered).
  6259 | D:7      | 6259 ||| Stepping ~*~*~tactically~*~*~ (outnumbered).
  6261 | D:7      | 6261 ||| Stepping ~*~*~tactically~*~*~ (outnumbered).
  6263 | D:7      | 6263 ||| Stepping ~*~*~tactically~*~*~ (outnumbered).
  6265 | D:7      | 6265 ||| Stepping ~*~*~tactically~*~*~ (outnumbered).
  6267 | D:7      | 6267 ||| Stepping ~*~*~tactically~*~*~ (outnumbered).
  6269 | D:7      | 6269 ||| Stepping ~*~*~tactically~*~*~ (outnumbered).
  6271 | D:7      | 6271 ||| Stepping ~*~*~tactically~*~*~ (outnumbered).
  6273 | D:7      | 6273 ||| Stepping ~*~*~tactically~*~*~ (outnumbered).
  6275 | D:7      | 6275 ||| Stepping ~*~*~tactically~*~*~ (outnumbered).
  6277 | D:7      | 6277 ||| Stepping ~*~*~tactically~*~*~ (outnumbered).
  6279 | D:7      | 6279 ||| Stepping ~*~*~tactically~*~*~ (outnumbered).
  6281 | D:7      | 6281 ||| Stepping ~*~*~tactically~*~*~ (outnumbered).
  6283 | D:7      | 6283 ||| Stepping ~*~*~tactically~*~*~ (outnumbered).
  6285 | D:7      | 6285 ||| Stepping ~*~*~tactically~*~*~ (outnumbered).
  6287 | D:7      | 6287 ||| Stepping ~*~*~tactically~*~*~ (outnumbered).
  6289 | D:7      | 6289 ||| Stepping ~*~*~tactically~*~*~ (outnumbered).
  6291 | D:7      | 6291 ||| Stepping ~*~*~tactically~*~*~ (outnumbered).
  6293 | D:7      | 6293 ||| Stepping ~*~*~tactically~*~*~ (outnumbered).
  6295 | D:7      | 6295 ||| Stepping ~*~*~tactically~*~*~ (outnumbered).
  6297 | D:7      | 6297 ||| Stepping ~*~*~tactically~*~*~ (outnumbered).
  6299 | D:7      | 6299 ||| Stepping ~*~*~tactically~*~*~ (outnumbered).
  6301 | D:7      | 6301 ||| Stepping ~*~*~tactically~*~*~ (outnumbered).
  6303 | D:7      | 6303 ||| Stepping ~*~*~tactically~*~*~ (outnumbered).
  6305 | D:7      | 6305 ||| Stepping ~*~*~tactically~*~*~ (outnumbered).
  6307 | D:7      | 6307 ||| Stepping ~*~*~tactically~*~*~ (outnumbered).
  6309 | D:7      | 6309 ||| Stepping ~*~*~tactically~*~*~ (outnumbered).
  6311 | D:7      | 6311 ||| Stepping ~*~*~tactically~*~*~ (outnumbered).
  6313 | D:7      | 6313 ||| Stepping ~*~*~tactically~*~*~ (outnumbered).
  6315 | D:7      | 6315 ||| Stepping ~*~*~tactically~*~*~ (outnumbered).
  6317 | D:7      | 6317 ||| Stepping ~*~*~tactically~*~*~ (outnumbered).
  6319 | D:7      | 6319 ||| Stepping ~*~*~tactically~*~*~ (outnumbered).
  6321 | D:7      | 6321 ||| Stepping ~*~*~tactically~*~*~ (outnumbered).
  6323 | D:7      | 6323 ||| Stepping ~*~*~tactically~*~*~ (outnumbered).
  6325 | D:7      | 6325 ||| Stepping ~*~*~tactically~*~*~ (outnumbered).
  6327 | D:7      | 6327 ||| Stepping ~*~*~tactically~*~*~ (outnumbered).
  6329 | D:7      | 6329 ||| Stepping ~*~*~tactically~*~*~ (outnumbered).
  6331 | D:7      | 6331 ||| Stepping ~*~*~tactically~*~*~ (outnumbered).
  6333 | D:7      | 6333 ||| Stepping ~*~*~tactically~*~*~ (outnumbered).
  6335 | D:7      | 6335 ||| Stepping ~*~*~tactically~*~*~ (outnumbered).
  6337 | D:7      | 6337 ||| Stepping ~*~*~tactically~*~*~ (outnumbered).
  6339 | D:7      | 6339 ||| Stepping ~*~*~tactically~*~*~ (outnumbered).
  6341 | D:7      | 6341 ||| Stepping ~*~*~tactically~*~*~ (outnumbered).
  6343 | D:7      | 6343 ||| Stepping ~*~*~tactically~*~*~ (outnumbered).
  6345 | D:7      | 6345 ||| Stepping ~*~*~tactically~*~*~ (outnumbered).
  6347 | D:7      | 6347 ||| Stepping ~*~*~tactically~*~*~ (outnumbered).
  6349 | D:7      | 6349 ||| Stepping ~*~*~tactically~*~*~ (outnumbered).
  6351 | D:7      | 6351 ||| Stepping ~*~*~tactically~*~*~ (outnumbered).
  6353 | D:7      | 6353 ||| Stepping ~*~*~tactically~*~*~ (outnumbered).
  6355 | D:7      | 6355 ||| Stepping ~*~*~tactically~*~*~ (outnumbered).
  6357 | D:7      | 6357 ||| Stepping ~*~*~tactically~*~*~ (outnumbered).
  6359 | D:7      | 6359 ||| Stepping ~*~*~tactically~*~*~ (outnumbered).
  6361 | D:7      | 6361 ||| Stepping ~*~*~tactically~*~*~ (outnumbered).
  6363 | D:7      | 6363 ||| Stepping ~*~*~tactically~*~*~ (outnumbered).
  6365 | D:7      | 6365 ||| Stepping ~*~*~tactically~*~*~ (outnumbered).
  6367 | D:7      | 6367 ||| Stepping ~*~*~tactically~*~*~ (outnumbered).
  6369 | D:7      | 6369 ||| Stepping ~*~*~tactically~*~*~ (outnumbered).
  6371 | D:7      | 6371 ||| Stepping ~*~*~tactically~*~*~ (outnumbered).
  6373 | D:7      | 6373 ||| Stepping ~*~*~tactically~*~*~ (outnumbered).
  6375 | D:7      | 6375 ||| Stepping ~*~*~tactically~*~*~ (outnumbered).
  6377 | D:7      | 6377 ||| Stepping ~*~*~tactically~*~*~ (outnumbered).
  6379 | D:7      | 6379 ||| Stepping ~*~*~tactically~*~*~ (outnumbered).
  6381 | D:7      | 6381 ||| Stepping ~*~*~tactically~*~*~ (outnumbered).
  6383 | D:7      | 6383 ||| Stepping ~*~*~tactically~*~*~ (outnumbered).
  6385 | D:7      | 6385 ||| Stepping ~*~*~tactically~*~*~ (outnumbered).
  6387 | D:7      | 6387 ||| Stepping ~*~*~tactically~*~*~ (outnumbered).
  6389 | D:7      | 6389 ||| Stepping ~*~*~tactically~*~*~ (outnumbered).
  6391 | D:7      | 6391 ||| Stepping ~*~*~tactically~*~*~ (outnumbered).
  6393 | D:7      | 6393 ||| Stepping ~*~*~tactically~*~*~ (outnumbered).
  6395 | D:7      | 6395 ||| Stepping ~*~*~tactically~*~*~ (outnumbered).
  6397 | D:7      | 6397 ||| Stepping ~*~*~tactically~*~*~ (outnumbered).
  6399 | D:7      | 6399 ||| Stepping ~*~*~tactically~*~*~ (outnumbered).
  6401 | D:7      | 6401 ||| Stepping ~*~*~tactically~*~*~ (outnumbered).
  6403 | D:7      | 6403 ||| Stepping ~*~*~tactically~*~*~ (outnumbered).
  6405 | D:7      | 6405 ||| Stepping ~*~*~tactically~*~*~ (outnumbered).
  6407 | D:7      | 6407 ||| Stepping ~*~*~tactically~*~*~ (outnumbered).
  6409 | D:7      | 6409 ||| Stepping ~*~*~tactically~*~*~ (outnumbered).
  6411 | D:7      | 6411 ||| Stepping ~*~*~tactically~*~*~ (outnumbered).
  6413 | D:7      | 6413 ||| Stepping ~*~*~tactically~*~*~ (outnumbered).
  6415 | D:7      | 6415 ||| Stepping ~*~*~tactically~*~*~ (outnumbered).
  6417 | D:7      | 6417 ||| Stepping ~*~*~tactically~*~*~ (outnumbered).
  6419 | D:7      | 6419 ||| Stepping ~*~*~tactically~*~*~ (outnumbered).
  6421 | D:7      | 6421 ||| Stepping ~*~*~tactically~*~*~ (outnumbered).
  6423 | D:7      | 6423 ||| Stepping ~*~*~tactically~*~*~ (outnumbered).
  6425 | D:7      | 6425 ||| Stepping ~*~*~tactically~*~*~ (outnumbered).
  6427 | D:7      | 6427 ||| Stepping ~*~*~tactically~*~*~ (outnumbered).
  6429 | D:7      | 6429 ||| Stepping ~*~*~tactically~*~*~ (outnumbered).
  6431 | D:7      | 6431 ||| Stepping ~*~*~tactically~*~*~ (outnumbered).
  6433 | D:7      | 6433 ||| Stepping ~*~*~tactically~*~*~ (outnumbered).
  6435 | D:7      | 6435 ||| Stepping ~*~*~tactically~*~*~ (outnumbered).
  6437 | D:7      | 6437 ||| Stepping ~*~*~tactically~*~*~ (outnumbered).
  6439 | D:7      | 6439 ||| Stepping ~*~*~tactically~*~*~ (outnumbered).
  6441 | D:7      | 6441 ||| Stepping ~*~*~tactically~*~*~ (outnumbered).
  6443 | D:7      | 6443 ||| Stepping ~*~*~tactically~*~*~ (outnumbered).
  6445 | D:7      | 6445 ||| Stepping ~*~*~tactically~*~*~ (outnumbered).
  6447 | D:7      | 6447 ||| Stepping ~*~*~tactically~*~*~ (outnumbered).
  6449 | D:7      | 6449 ||| Stepping ~*~*~tactically~*~*~ (outnumbered).
  6451 | D:7      | 6451 ||| Stepping ~*~*~tactically~*~*~ (outnumbered).
  6453 | D:7      | 6453 ||| Stepping ~*~*~tactically~*~*~ (outnumbered).
  6455 | D:7      | 6455 ||| Stepping ~*~*~tactically~*~*~ (outnumbered).
  6457 | D:7      | 6457 ||| Stepping ~*~*~tactically~*~*~ (outnumbered).
  6459 | D:7      | 6459 ||| Stepping ~*~*~tactically~*~*~ (outnumbered).
  6461 | D:7      | 6461 ||| Stepping ~*~*~tactically~*~*~ (outnumbered).
  6463 | D:7      | 6463 ||| Stepping ~*~*~tactically~*~*~ (outnumbered).
  6465 | D:7      | 6465 ||| Stepping ~*~*~tactically~*~*~ (outnumbered).
  6467 | D:7      | 6467 ||| Stepping ~*~*~tactically~*~*~ (outnumbered).
  6469 | D:7      | 6469 ||| Stepping ~*~*~tactically~*~*~ (outnumbered).
  6471 | D:7      | 6471 ||| Stepping ~*~*~tactically~*~*~ (outnumbered).
  6473 | D:7      | 6473 ||| Stepping ~*~*~tactically~*~*~ (outnumbered).
  6475 | D:7      | 6475 ||| Stepping ~*~*~tactically~*~*~ (outnumbered).
  6477 | D:7      | 6477 ||| Stepping ~*~*~tactically~*~*~ (outnumbered).
  6479 | D:7      | 6479 ||| Stepping ~*~*~tactically~*~*~ (outnumbered).
  6481 | D:7      | 6481 ||| Stepping ~*~*~tactically~*~*~ (outnumbered).
  6483 | D:7      | 6483 ||| Stepping ~*~*~tactically~*~*~ (outnumbered).
  6485 | D:7      | 6485 ||| Stepping ~*~*~tactically~*~*~ (outnumbered).
  6487 | D:7      | 6487 ||| Stepping ~*~*~tactically~*~*~ (outnumbered).
  6489 | D:7      | 6489 ||| Stepping ~*~*~tactically~*~*~ (outnumbered).
  6491 | D:7      | 6491 ||| Stepping ~*~*~tactically~*~*~ (outnumbered).
  6493 | D:7      | 6493 ||| Stepping ~*~*~tactically~*~*~ (outnumbered).
  6495 | D:7      | 6495 ||| Stepping ~*~*~tactically~*~*~ (outnumbered).
  6497 | D:7      | 6497 ||| Stepping ~*~*~tactically~*~*~ (outnumbered).
  6499 | D:7      | 6499 ||| Stepping ~*~*~tactically~*~*~ (outnumbered).
  6501 | D:7      | 6501 ||| Stepping ~*~*~tactically~*~*~ (outnumbered).
  6503 | D:7      | 6503 ||| Stepping ~*~*~tactically~*~*~ (outnumbered).
  6505 | D:7      | 6505 ||| Stepping ~*~*~tactically~*~*~ (outnumbered).
  6507 | D:7      | 6507 ||| Stepping ~*~*~tactically~*~*~ (outnumbered).
  6509 | D:7      | 6509 ||| Stepping ~*~*~tactically~*~*~ (outnumbered).
  6511 | D:7      | 6511 ||| Stepping ~*~*~tactically~*~*~ (outnumbered).
  6513 | D:7      | 6513 ||| Stepping ~*~*~tactically~*~*~ (outnumbered).
  6515 | D:7      | 6515 ||| Stepping ~*~*~tactically~*~*~ (outnumbered).
  6517 | D:7      | 6517 ||| Stepping ~*~*~tactically~*~*~ (outnumbered).
  6519 | D:7      | 6519 ||| Stepping ~*~*~tactically~*~*~ (outnumbered).
  6521 | D:7      | 6521 ||| Stepping ~*~*~tactically~*~*~ (outnumbered).
  6523 | D:7      | 6523 ||| Stepping ~*~*~tactically~*~*~ (outnumbered).
  6525 | D:7      | 6525 ||| Stepping ~*~*~tactically~*~*~ (outnumbered).
  6527 | D:7      | 6527 ||| Stepping ~*~*~tactically~*~*~ (outnumbered).
  6529 | D:7      | 6529 ||| Stepping ~*~*~tactically~*~*~ (outnumbered).
  6531 | D:7      | 6531 ||| Stepping ~*~*~tactically~*~*~ (outnumbered).
  6533 | D:7      | 6533 ||| Stepping ~*~*~tactically~*~*~ (outnumbered).
  6535 | D:7      | 6535 ||| Stepping ~*~*~tactically~*~*~ (outnumbered).
  6537 | D:7      | 6537 ||| Stepping ~*~*~tactically~*~*~ (outnumbered).
  6539 | D:7      | 6539 ||| Stepping ~*~*~tactically~*~*~ (outnumbered).
  6541 | D:7      | 6541 ||| Stepping ~*~*~tactically~*~*~ (outnumbered).
  6543 | D:7      | 6543 ||| Stepping ~*~*~tactically~*~*~ (outnumbered).
  6545 | D:7      | 6545 ||| Stepping ~*~*~tactically~*~*~ (outnumbered).
  6547 | D:7      | 6547 ||| Stepping ~*~*~tactically~*~*~ (outnumbered).
  6549 | D:7      | 6549 ||| Stepping ~*~*~tactically~*~*~ (outnumbered).
  6551 | D:7      | 6551 ||| Stepping ~*~*~tactically~*~*~ (outnumbered).
  6553 | D:7      | 6553 ||| Stepping ~*~*~tactically~*~*~ (outnumbered).
  6555 | D:7      | 6555 ||| Stepping ~*~*~tactically~*~*~ (outnumbered).
  6557 | D:7      | 6557 ||| Stepping ~*~*~tactically~*~*~ (outnumbered).
  6559 | D:7      | 6559 ||| Stepping ~*~*~tactically~*~*~ (outnumbered).
  6561 | D:7      | 6561 ||| Stepping ~*~*~tactically~*~*~ (outnumbered).
  6563 | D:7      | 6563 ||| Stepping ~*~*~tactically~*~*~ (outnumbered).
  6565 | D:7      | 6565 ||| Stepping ~*~*~tactically~*~*~ (outnumbered).
  6567 | D:7      | 6567 ||| Stepping ~*~*~tactically~*~*~ (outnumbered).
  6569 | D:7      | 6569 ||| Stepping ~*~*~tactically~*~*~ (outnumbered).
  6571 | D:7      | 6571 ||| Stepping ~*~*~tactically~*~*~ (outnumbered).
  6573 | D:7      | 6573 ||| Stepping ~*~*~tactically~*~*~ (outnumbered).
  6575 | D:7      | 6575 ||| Stepping ~*~*~tactically~*~*~ (outnumbered).
  6577 | D:7      | 6577 ||| Stepping ~*~*~tactically~*~*~ (outnumbered).
  6579 | D:7      | 6579 ||| Stepping ~*~*~tactically~*~*~ (outnumbered).
  6581 | D:7      | 6581 ||| Stepping ~*~*~tactically~*~*~ (outnumbered).
  6583 | D:7      | 6583 ||| Stepping ~*~*~tactically~*~*~ (outnumbered).
  6585 | D:7      | 6585 ||| Stepping ~*~*~tactically~*~*~ (outnumbered).
  6587 | D:7      | 6587 ||| Stepping ~*~*~tactically~*~*~ (outnumbered).
  6589 | D:7      | 6589 ||| Stepping ~*~*~tactically~*~*~ (outnumbered).
  6591 | D:7      | 6591 ||| Stepping ~*~*~tactically~*~*~ (outnumbered).
  6593 | D:7      | 6593 ||| Stepping ~*~*~tactically~*~*~ (outnumbered).
  6595 | D:7      | 6595 ||| Stepping ~*~*~tactically~*~*~ (outnumbered).
  6597 | D:7      | 6597 ||| Stepping ~*~*~tactically~*~*~ (outnumbered).
  6599 | D:7      | 6599 ||| Stepping ~*~*~tactically~*~*~ (outnumbered).
  6601 | D:7      | 6601 ||| Stepping ~*~*~tactically~*~*~ (outnumbered).
  6603 | D:7      | 6603 ||| Stepping ~*~*~tactically~*~*~ (outnumbered).
  6605 | D:7      | 6605 ||| Stepping ~*~*~tactically~*~*~ (outnumbered).
  6607 | D:7      | 6607 ||| Stepping ~*~*~tactically~*~*~ (outnumbered).
  6609 | D:7      | 6609 ||| Stepping ~*~*~tactically~*~*~ (outnumbered).
  6611 | D:7      | 6611 ||| Stepping ~*~*~tactically~*~*~ (outnumbered).
  6613 | D:7      | 6613 ||| Stepping ~*~*~tactically~*~*~ (outnumbered).
  6615 | D:7      | 6615 ||| Stepping ~*~*~tactically~*~*~ (outnumbered).
  6617 | D:7      | 6617 ||| Stepping ~*~*~tactically~*~*~ (outnumbered).
  6619 | D:7      | 6619 ||| Stepping ~*~*~tactically~*~*~ (outnumbered).
  6621 | D:7      | 6621 ||| Stepping ~*~*~tactically~*~*~ (outnumbered).
  6623 | D:7      | 6623 ||| Stepping ~*~*~tactically~*~*~ (outnumbered).
  6625 | D:7      | 6625 ||| Stepping ~*~*~tactically~*~*~ (outnumbered).
  6627 | D:7      | 6627 ||| Stepping ~*~*~tactically~*~*~ (outnumbered).
  6629 | D:7      | 6629 ||| Stepping ~*~*~tactically~*~*~ (outnumbered).
  6631 | D:7      | 6631 ||| Stepping ~*~*~tactically~*~*~ (outnumbered).
  6633 | D:7      | 6633 ||| Stepping ~*~*~tactically~*~*~ (outnumbered).
  6635 | D:7      | 6635 ||| Stepping ~*~*~tactically~*~*~ (outnumbered).
  6637 | D:7      | 6637 ||| Stepping ~*~*~tactically~*~*~ (outnumbered).
  6639 | D:7      | 6639 ||| Stepping ~*~*~tactically~*~*~ (outnumbered).
  6641 | D:7      | 6641 ||| Stepping ~*~*~tactically~*~*~ (outnumbered).
  6643 | D:7      | 6643 ||| Stepping ~*~*~tactically~*~*~ (outnumbered).
  6645 | D:7      | 6645 ||| Stepping ~*~*~tactically~*~*~ (outnumbered).
  6647 | D:7      | 6647 ||| Stepping ~*~*~tactically~*~*~ (outnumbered).
  6649 | D:7      | 6649 ||| Stepping ~*~*~tactically~*~*~ (outnumbered).
  6651 | D:7      | 6651 ||| Stepping ~*~*~tactically~*~*~ (outnumbered).
  6653 | D:7      | 6653 ||| Stepping ~*~*~tactically~*~*~ (outnumbered).
  6655 | D:7      | 6655 ||| Stepping ~*~*~tactically~*~*~ (outnumbered).
  6657 | D:7      | 6657 ||| Stepping ~*~*~tactically~*~*~ (outnumbered).
  6659 | D:7      | 6659 ||| Stepping ~*~*~tactically~*~*~ (outnumbered).
  6661 | D:7      | 6661 ||| Stepping ~*~*~tactically~*~*~ (outnumbered).
  6663 | D:7      | 6663 ||| Stepping ~*~*~tactically~*~*~ (outnumbered).
  6665 | D:7      | 6665 ||| Stepping ~*~*~tactically~*~*~ (outnumbered).
  6667 | D:7      | 6667 ||| Stepping ~*~*~tactically~*~*~ (outnumbered).
  6669 | D:7      | 6669 ||| Stepping ~*~*~tactically~*~*~ (outnumbered).
  6671 | D:7      | 6671 ||| Stepping ~*~*~tactically~*~*~ (outnumbered).
  6673 | D:7      | 6673 ||| Stepping ~*~*~tactically~*~*~ (outnumbered).
  6675 | D:7      | 6675 ||| Stepping ~*~*~tactically~*~*~ (outnumbered).
  6677 | D:7      | 6677 ||| Stepping ~*~*~tactically~*~*~ (outnumbered).
  6679 | D:7      | 6679 ||| Stepping ~*~*~tactically~*~*~ (outnumbered).
  6681 | D:7      | 6681 ||| Stepping ~*~*~tactically~*~*~ (outnumbered).
  6683 | D:7      | 6683 ||| Stepping ~*~*~tactically~*~*~ (outnumbered).
  6685 | D:7      | 6685 ||| Stepping ~*~*~tactically~*~*~ (outnumbered).
  6687 | D:7      | 6687 ||| Stepping ~*~*~tactically~*~*~ (outnumbered).
  6689 | D:7      | 6689 ||| Stepping ~*~*~tactically~*~*~ (outnumbered).
  6691 | D:7      | 6691 ||| Stepping ~*~*~tactically~*~*~ (outnumbered).
  6693 | D:7      | 6693 ||| Stepping ~*~*~tactically~*~*~ (outnumbered).
  6695 | D:7      | 6695 ||| Stepping ~*~*~tactically~*~*~ (outnumbered).
  6697 | D:7      | 6697 ||| Stepping ~*~*~tactically~*~*~ (outnumbered).
  6699 | D:7      | 6699 ||| Stepping ~*~*~tactically~*~*~ (outnumbered).
  6701 | D:7      | 6701 ||| Stepping ~*~*~tactically~*~*~ (outnumbered).
  6703 | D:7      | 6703 ||| Stepping ~*~*~tactically~*~*~ (outnumbered).
  6705 | D:7      | 6705 ||| Stepping ~*~*~tactically~*~*~ (outnumbered).
  6707 | D:7      | 6707 ||| Stepping ~*~*~tactically~*~*~ (outnumbered).
  6709 | D:7      | 6709 ||| Stepping ~*~*~tactically~*~*~ (outnumbered).
  6711 | D:7      | 6711 ||| Stepping ~*~*~tactically~*~*~ (outnumbered).
  6713 | D:7      | 6713 ||| Stepping ~*~*~tactically~*~*~ (outnumbered).
  6715 | D:7      | 6715 ||| Stepping ~*~*~tactically~*~*~ (outnumbered).
  6717 | D:7      | 6717 ||| Stepping ~*~*~tactically~*~*~ (outnumbered).
  6719 | D:7      | 6719 ||| Stepping ~*~*~tactically~*~*~ (outnumbered).
  6721 | D:7      | 6721 ||| Stepping ~*~*~tactically~*~*~ (outnumbered).
  6723 | D:7      | 6723 ||| Stepping ~*~*~tactically~*~*~ (outnumbered).
  6725 | D:7      | 6725 ||| Stepping ~*~*~tactically~*~*~ (outnumbered).
  6727 | D:7      | 6727 ||| Stepping ~*~*~tactically~*~*~ (outnumbered).
  6729 | D:7      | 6729 ||| Stepping ~*~*~tactically~*~*~ (outnumbered).
  6731 | D:7      | 6731 ||| Stepping ~*~*~tactically~*~*~ (outnumbered).
  6733 | D:7      | 6733 ||| Stepping ~*~*~tactically~*~*~ (outnumbered).
  6735 | D:7      | 6735 ||| Stepping ~*~*~tactically~*~*~ (outnumbered).
  6737 | D:7      | 6737 ||| Stepping ~*~*~tactically~*~*~ (outnumbered).
  6739 | D:7      | 6739 ||| Stepping ~*~*~tactically~*~*~ (outnumbered).
  6741 | D:7      | 6741 ||| Stepping ~*~*~tactically~*~*~ (outnumbered).
  6743 | D:7      | 6743 ||| Stepping ~*~*~tactically~*~*~ (outnumbered).
  6745 | D:7      | 6745 ||| Stepping ~*~*~tactically~*~*~ (outnumbered).
  6747 | D:7      | 6747 ||| Stepping ~*~*~tactically~*~*~ (outnumbered).
  6749 | D:7      | 6749 ||| Stepping ~*~*~tactically~*~*~ (outnumbered).
  6751 | D:7      | 6751 ||| Stepping ~*~*~tactically~*~*~ (outnumbered).
  6753 | D:7      | 6753 ||| Stepping ~*~*~tactically~*~*~ (outnumbered).
  6755 | D:7      | 6755 ||| Stepping ~*~*~tactically~*~*~ (outnumbered).
  6757 | D:7      | 6757 ||| Stepping ~*~*~tactically~*~*~ (outnumbered).
  6759 | D:7      | 6759 ||| Stepping ~*~*~tactically~*~*~ (outnumbered).
  6761 | D:7      | 6761 ||| Stepping ~*~*~tactically~*~*~ (outnumbered).
  6763 | D:7      | 6763 ||| Stepping ~*~*~tactically~*~*~ (outnumbered).
  6765 | D:7      | 6765 ||| Stepping ~*~*~tactically~*~*~ (outnumbered).
  6767 | D:7      | 6767 ||| Stepping ~*~*~tactically~*~*~ (outnumbered).
  6769 | D:7      | 6769 ||| Stepping ~*~*~tactically~*~*~ (outnumbered).
  6771 | D:7      | 6771 ||| Stepping ~*~*~tactically~*~*~ (outnumbered).
  6773 | D:7      | 6773 ||| Stepping ~*~*~tactically~*~*~ (outnumbered).
  6775 | D:7      | 6775 ||| Stepping ~*~*~tactically~*~*~ (outnumbered).
  6777 | D:7      | 6777 ||| Stepping ~*~*~tactically~*~*~ (outnumbered).
  6779 | D:7      | 6779 ||| Stepping ~*~*~tactically~*~*~ (outnumbered).
  6781 | D:7      | 6781 ||| Stepping ~*~*~tactically~*~*~ (outnumbered).
  6783 | D:7      | 6783 ||| Stepping ~*~*~tactically~*~*~ (outnumbered).
  6785 | D:7      | 6785 ||| Stepping ~*~*~tactically~*~*~ (outnumbered).
  6787 | D:7      | 6787 ||| Stepping ~*~*~tactically~*~*~ (outnumbered).
  6789 | D:7      | 6789 ||| Stepping ~*~*~tactically~*~*~ (outnumbered).
  6791 | D:7      | 6791 ||| Stepping ~*~*~tactically~*~*~ (outnumbered).
  6793 | D:7      | 6793 ||| Stepping ~*~*~tactically~*~*~ (outnumbered).
  6795 | D:7      | 6795 ||| Stepping ~*~*~tactically~*~*~ (outnumbered).
  6797 | D:7      | 6797 ||| Stepping ~*~*~tactically~*~*~ (outnumbered).
  6799 | D:7      | 6799 ||| Stepping ~*~*~tactically~*~*~ (outnumbered).
  6801 | D:7      | 6801 ||| Stepping ~*~*~tactically~*~*~ (outnumbered).
  6803 | D:7      | 6803 ||| Stepping ~*~*~tactically~*~*~ (outnumbered).
  6805 | D:7      | 6805 ||| Stepping ~*~*~tactically~*~*~ (outnumbered).
  6807 | D:7      | 6807 ||| Stepping ~*~*~tactically~*~*~ (outnumbered).
  6809 | D:7      | 6809 ||| Stepping ~*~*~tactically~*~*~ (outnumbered).
  6811 | D:7      | 6811 ||| Stepping ~*~*~tactically~*~*~ (outnumbered).
  6813 | D:7      | 6813 ||| Stepping ~*~*~tactically~*~*~ (outnumbered).
  6815 | D:7      | 6815 ||| Stepping ~*~*~tactically~*~*~ (outnumbered).
  6817 | D:7      | 6817 ||| Stepping ~*~*~tactically~*~*~ (outnumbered).
  6819 | D:7      | 6819 ||| Stepping ~*~*~tactically~*~*~ (outnumbered).
  6821 | D:7      | 6821 ||| Stepping ~*~*~tactically~*~*~ (outnumbered).
  6823 | D:7      | 6823 ||| Stepping ~*~*~tactically~*~*~ (outnumbered).
  6825 | D:7      | 6825 ||| Stepping ~*~*~tactically~*~*~ (outnumbered).
  6827 | D:7      | 6827 ||| Stepping ~*~*~tactically~*~*~ (outnumbered).
  6829 | D:7      | 6829 ||| Stepping ~*~*~tactically~*~*~ (outnumbered).
  6831 | D:7      | 6831 ||| Stepping ~*~*~tactically~*~*~ (outnumbered).
  6833 | D:7      | 6833 ||| Stepping ~*~*~tactically~*~*~ (outnumbered).
  6835 | D:7      | 6835 ||| Stepping ~*~*~tactically~*~*~ (outnumbered).
  6837 | D:7      | 6837 ||| Stepping ~*~*~tactically~*~*~ (outnumbered).
  6839 | D:7      | 6839 ||| Stepping ~*~*~tactically~*~*~ (outnumbered).
  6841 | D:7      | 6841 ||| Stepping ~*~*~tactically~*~*~ (outnumbered).
  6843 | D:7      | 6843 ||| Stepping ~*~*~tactically~*~*~ (outnumbered).
  6845 | D:7      | 6845 ||| Stepping ~*~*~tactically~*~*~ (outnumbered).
  6847 | D:7      | 6847 ||| Stepping ~*~*~tactically~*~*~ (outnumbered).
  6849 | D:7      | 6849 ||| Stepping ~*~*~tactically~*~*~ (outnumbered).
  6851 | D:7      | 6851 ||| Stepping ~*~*~tactically~*~*~ (outnumbered).
  6853 | D:7      | 6853 ||| Stepping ~*~*~tactically~*~*~ (outnumbered).
  6855 | D:7      | 6855 ||| Stepping ~*~*~tactically~*~*~ (outnumbered).
  6857 | D:7      | 6857 ||| Stepping ~*~*~tactically~*~*~ (outnumbered).
  6859 | D:7      | 6859 ||| Stepping ~*~*~tactically~*~*~ (outnumbered).
  6861 | D:7      | 6861 ||| Stepping ~*~*~tactically~*~*~ (outnumbered).
  6863 | D:7      | 6863 ||| Stepping ~*~*~tactically~*~*~ (outnumbered).
  6865 | D:7      | 6865 ||| Stepping ~*~*~tactically~*~*~ (outnumbered).
  6867 | D:7      | 6867 ||| Stepping ~*~*~tactically~*~*~ (outnumbered).
  6869 | D:7      | 6869 ||| Stepping ~*~*~tactically~*~*~ (outnumbered).
  6871 | D:7      | 6871 ||| Stepping ~*~*~tactically~*~*~ (outnumbered).
  6873 | D:7      | 6873 ||| Stepping ~*~*~tactically~*~*~ (outnumbered).
  6875 | D:7      | 6875 ||| Stepping ~*~*~tactically~*~*~ (outnumbered).
  6877 | D:7      | 6877 ||| Stepping ~*~*~tactically~*~*~ (outnumbered).
  6879 | D:7      | 6879 ||| Stepping ~*~*~tactically~*~*~ (outnumbered).
  6881 | D:7      | 6881 ||| Stepping ~*~*~tactically~*~*~ (outnumbered).
  6883 | D:7      | 6883 ||| Stepping ~*~*~tactically~*~*~ (outnumbered).
  6885 | D:7      | 6885 ||| Stepping ~*~*~tactically~*~*~ (outnumbered).
  6887 | D:7      | 6887 ||| Stepping ~*~*~tactically~*~*~ (outnumbered).
  6889 | D:7      | 6889 ||| Stepping ~*~*~tactically~*~*~ (outnumbered).
  6891 | D:7      | 6891 ||| Stepping ~*~*~tactically~*~*~ (outnumbered).
  6893 | D:7      | 6893 ||| Stepping ~*~*~tactically~*~*~ (outnumbered).
  6895 | D:7      | 6895 ||| Stepping ~*~*~tactically~*~*~ (outnumbered).
  6897 | D:7      | 6897 ||| Stepping ~*~*~tactically~*~*~ (outnumbered).
  6899 | D:7      | 6899 ||| Stepping ~*~*~tactically~*~*~ (outnumbered).
  6901 | D:7      | 6901 ||| Stepping ~*~*~tactically~*~*~ (outnumbered).
  6903 | D:7      | 6903 ||| Stepping ~*~*~tactically~*~*~ (outnumbered).
  6905 | D:7      | 6905 ||| Stepping ~*~*~tactically~*~*~ (outnumbered).
  6907 | D:7      | 6907 ||| Stepping ~*~*~tactically~*~*~ (outnumbered).
  6909 | D:7      | 6909 ||| Stepping ~*~*~tactically~*~*~ (outnumbered).
  6911 | D:7      | 6911 ||| Stepping ~*~*~tactically~*~*~ (outnumbered).
  6913 | D:7      | 6913 ||| Stepping ~*~*~tactically~*~*~ (outnumbered).
  6915 | D:7      | 6915 ||| Stepping ~*~*~tactically~*~*~ (outnumbered).
  6917 | D:7      | 6917 ||| Stepping ~*~*~tactically~*~*~ (outnumbered).
  6919 | D:7      | 6919 ||| Stepping ~*~*~tactically~*~*~ (outnumbered).
  6921 | D:7      | 6921 ||| Stepping ~*~*~tactically~*~*~ (outnumbered).
  6923 | D:7      | 6923 ||| Stepping ~*~*~tactically~*~*~ (outnumbered).
  6925 | D:7      | 6925 ||| Stepping ~*~*~tactically~*~*~ (outnumbered).
  6927 | D:7      | 6927 ||| Stepping ~*~*~tactically~*~*~ (outnumbered).
  6929 | D:7      | 6929 ||| Stepping ~*~*~tactically~*~*~ (outnumbered).
  6931 | D:7      | 6931 ||| Stepping ~*~*~tactically~*~*~ (outnumbered).
  6933 | D:7      | 6933 ||| Stepping ~*~*~tactically~*~*~ (outnumbered).
  6935 | D:7      | 6935 ||| Stepping ~*~*~tactically~*~*~ (outnumbered).
  6937 | D:7      | 6937 ||| Stepping ~*~*~tactically~*~*~ (outnumbered).
  6939 | D:7      | 6939 ||| Stepping ~*~*~tactically~*~*~ (outnumbered).
  6941 | D:7      | 6941 ||| Stepping ~*~*~tactically~*~*~ (outnumbered).
  6943 | D:7      | 6943 ||| Stepping ~*~*~tactically~*~*~ (outnumbered).
  6945 | D:7      | 6945 ||| Stepping ~*~*~tactically~*~*~ (outnumbered).
  6947 | D:7      | 6947 ||| Stepping ~*~*~tactically~*~*~ (outnumbered).
  6949 | D:7      | 6949 ||| Stepping ~*~*~tactically~*~*~ (outnumbered).
  6951 | D:7      | 6951 ||| Stepping ~*~*~tactically~*~*~ (outnumbered).
  6953 | D:7      | 6953 ||| Stepping ~*~*~tactically~*~*~ (outnumbered).
  6955 | D:7      | 6955 ||| Stepping ~*~*~tactically~*~*~ (outnumbered).
  6957 | D:7      | 6957 ||| Stepping ~*~*~tactically~*~*~ (outnumbered).
  6959 | D:7      | 6959 ||| Stepping ~*~*~tactically~*~*~ (outnumbered).
  6961 | D:7      | 6961 ||| Stepping ~*~*~tactically~*~*~ (outnumbered).
  6963 | D:7      | 6963 ||| Stepping ~*~*~tactically~*~*~ (outnumbered).
  6965 | D:7      | 6965 ||| Stepping ~*~*~tactically~*~*~ (outnumbered).
  6967 | D:7      | 6967 ||| Stepping ~*~*~tactically~*~*~ (outnumbered).
  6969 | D:7      | 6969 ||| Stepping ~*~*~tactically~*~*~ (outnumbered).
  6971 | D:7      | 6971 ||| Stepping ~*~*~tactically~*~*~ (outnumbered).
  6973 | D:7      | 6973 ||| Stepping ~*~*~tactically~*~*~ (outnumbered).
  6975 | D:7      | 6975 ||| Stepping ~*~*~tactically~*~*~ (outnumbered).
  6977 | D:7      | 6977 ||| Stepping ~*~*~tactically~*~*~ (outnumbered).
  6979 | D:7      | 6979 ||| Stepping ~*~*~tactically~*~*~ (outnumbered).
  6981 | D:7      | 6981 ||| Stepping ~*~*~tactically~*~*~ (outnumbered).
  6983 | D:7      | 6983 ||| Stepping ~*~*~tactically~*~*~ (outnumbered).
  6985 | D:7      | 6985 ||| Stepping ~*~*~tactically~*~*~ (outnumbered).
  6987 | D:7      | 6987 ||| Stepping ~*~*~tactically~*~*~ (outnumbered).
  6989 | D:7      | 6989 ||| Stepping ~*~*~tactically~*~*~ (outnumbered).
  6991 | D:7      | 6991 ||| Stepping ~*~*~tactically~*~*~ (outnumbered).
  6993 | D:7      | 6993 ||| Stepping ~*~*~tactically~*~*~ (outnumbered).
  6995 | D:7      | 6995 ||| Stepping ~*~*~tactically~*~*~ (outnumbered).
  6997 | D:7      | 6997 ||| Stepping ~*~*~tactically~*~*~ (outnumbered).
  6999 | D:7      | 6999 ||| Stepping ~*~*~tactically~*~*~ (outnumbered).
  7001 | D:7      | 7001 ||| Stepping ~*~*~tactically~*~*~ (outnumbered).
  7003 | D:7      | 7003 ||| Stepping ~*~*~tactically~*~*~ (outnumbered).
  7005 | D:7      | 7005 ||| Stepping ~*~*~tactically~*~*~ (outnumbered).
  7007 | D:7      | 7007 ||| Stepping ~*~*~tactically~*~*~ (outnumbered).
  7009 | D:7      | 7009 ||| Stepping ~*~*~tactically~*~*~ (outnumbered).
  7011 | D:7      | 7011 ||| Stepping ~*~*~tactically~*~*~ (outnumbered).
  7013 | D:7      | 7013 ||| Stepping ~*~*~tactically~*~*~ (outnumbered).
  7015 | D:7      | 7015 ||| Stepping ~*~*~tactically~*~*~ (outnumbered).
  7017 | D:7      | 7017 ||| Stepping ~*~*~tactically~*~*~ (outnumbered).
  7019 | D:7      | 7019 ||| Stepping ~*~*~tactically~*~*~ (outnumbered).
  7021 | D:7      | 7021 ||| Stepping ~*~*~tactically~*~*~ (outnumbered).
  7023 | D:7      | 7023 ||| Stepping ~*~*~tactically~*~*~ (outnumbered).
  7025 | D:7      | 7025 ||| Stepping ~*~*~tactically~*~*~ (outnumbered).
  7027 | D:7      | 7027 ||| Stepping ~*~*~tactically~*~*~ (outnumbered).
  7029 | D:7      | 7029 ||| Stepping ~*~*~tactically~*~*~ (outnumbered).
  7031 | D:7      | 7031 ||| Stepping ~*~*~tactically~*~*~ (outnumbered).
  7033 | D:7      | 7033 ||| Stepping ~*~*~tactically~*~*~ (outnumbered).
  7035 | D:7      | 7035 ||| Stepping ~*~*~tactically~*~*~ (outnumbered).
  7037 | D:7      | 7037 ||| Stepping ~*~*~tactically~*~*~ (outnumbered).
  7039 | D:7      | 7039 ||| Stepping ~*~*~tactically~*~*~ (outnumbered).
  7041 | D:7      | 7041 ||| Stepping ~*~*~tactically~*~*~ (outnumbered).
  7043 | D:7      | 7043 ||| Stepping ~*~*~tactically~*~*~ (outnumbered).
  7045 | D:7      | 7045 ||| Stepping ~*~*~tactically~*~*~ (outnumbered).
  7047 | D:7      | 7047 ||| Stepping ~*~*~tactically~*~*~ (outnumbered).
  7049 | D:7      | 7049 ||| Stepping ~*~*~tactically~*~*~ (outnumbered).
  7051 | D:7      | 7051 ||| Stepping ~*~*~tactically~*~*~ (outnumbered).
  7053 | D:7      | 7053 ||| Stepping ~*~*~tactically~*~*~ (outnumbered).
  7055 | D:7      | 7055 ||| Stepping ~*~*~tactically~*~*~ (outnumbered).
  7057 | D:7      | 7057 ||| Stepping ~*~*~tactically~*~*~ (outnumbered).
  7059 | D:7      | 7059 ||| Stepping ~*~*~tactically~*~*~ (outnumbered).
  7061 | D:7      | 7061 ||| Stepping ~*~*~tactically~*~*~ (outnumbered).
  7063 | D:7      | 7063 ||| Stepping ~*~*~tactically~*~*~ (outnumbered).
  7065 | D:7      | 7065 ||| Stepping ~*~*~tactically~*~*~ (outnumbered).
  7067 | D:7      | 7067 ||| Stepping ~*~*~tactically~*~*~ (outnumbered).
  7069 | D:7      | 7069 ||| Stepping ~*~*~tactically~*~*~ (outnumbered).
  7071 | D:7      | 7071 ||| Stepping ~*~*~tactically~*~*~ (outnumbered).
  7073 | D:7      | 7073 ||| Stepping ~*~*~tactically~*~*~ (outnumbered).
  7075 | D:7      | 7075 ||| Stepping ~*~*~tactically~*~*~ (outnumbered).
  7077 | D:7      | 7077 ||| Stepping ~*~*~tactically~*~*~ (outnumbered).
  7079 | D:7      | 7079 ||| Stepping ~*~*~tactically~*~*~ (outnumbered).
  7081 | D:7      | 7081 ||| Stepping ~*~*~tactically~*~*~ (outnumbered).
  7083 | D:7      | 7083 ||| Stepping ~*~*~tactically~*~*~ (outnumbered).
  7085 | D:7      | 7085 ||| Stepping ~*~*~tactically~*~*~ (outnumbered).
  7087 | D:7      | 7087 ||| Stepping ~*~*~tactically~*~*~ (outnumbered).
  7089 | D:7      | 7089 ||| Stepping ~*~*~tactically~*~*~ (outnumbered).
  7091 | D:7      | 7091 ||| Stepping ~*~*~tactically~*~*~ (outnumbered).
  7093 | D:7      | 7093 ||| Stepping ~*~*~tactically~*~*~ (outnumbered).
  7095 | D:7      | 7095 ||| Stepping ~*~*~tactically~*~*~ (outnumbered).
  7097 | D:7      | 7097 ||| Stepping ~*~*~tactically~*~*~ (outnumbered).
  7099 | D:7      | 7099 ||| Stepping ~*~*~tactically~*~*~ (outnumbered).
  7101 | D:7      | 7101 ||| Stepping ~*~*~tactically~*~*~ (outnumbered).
  7103 | D:7      | 7103 ||| Stepping ~*~*~tactically~*~*~ (outnumbered).
  7105 | D:7      | 7105 ||| Stepping ~*~*~tactically~*~*~ (outnumbered).
  7107 | D:7      | 7107 ||| Stepping ~*~*~tactically~*~*~ (outnumbered).
  7109 | D:7      | 7109 ||| Stepping ~*~*~tactically~*~*~ (outnumbered).
  7111 | D:7      | 7111 ||| Stepping ~*~*~tactically~*~*~ (outnumbered).
  7113 | D:7      | 7113 ||| Stepping ~*~*~tactically~*~*~ (outnumbered).
  7115 | D:7      | 7115 ||| Stepping ~*~*~tactically~*~*~ (outnumbered).
  7117 | D:7      | 7117 ||| Stepping ~*~*~tactically~*~*~ (outnumbered).
  7119 | D:7      | 7119 ||| Stepping ~*~*~tactically~*~*~ (outnumbered).
  7121 | D:7      | 7121 ||| Stepping ~*~*~tactically~*~*~ (outnumbered).
  7123 | D:7      | 7123 ||| Stepping ~*~*~tactically~*~*~ (outnumbered).
  7125 | D:7      | 7125 ||| Stepping ~*~*~tactically~*~*~ (outnumbered).
  7127 | D:7      | 7127 ||| Stepping ~*~*~tactically~*~*~ (outnumbered).
  7129 | D:7      | 7129 ||| Stepping ~*~*~tactically~*~*~ (outnumbered).
  7131 | D:7      | 7131 ||| Stepping ~*~*~tactically~*~*~ (outnumbered).
  7133 | D:7      | 7133 ||| Stepping ~*~*~tactically~*~*~ (outnumbered).
  7135 | D:7      | 7135 ||| Stepping ~*~*~tactically~*~*~ (outnumbered).
  7137 | D:7      | 7137 ||| Stepping ~*~*~tactically~*~*~ (outnumbered).
  7139 | D:7      | 7139 ||| Stepping ~*~*~tactically~*~*~ (outnumbered).
  7141 | D:7      | 7141 ||| Stepping ~*~*~tactically~*~*~ (outnumbered).
  7143 | D:7      | 7143 ||| Stepping ~*~*~tactically~*~*~ (outnumbered).
  7145 | D:7      | 7145 ||| Stepping ~*~*~tactically~*~*~ (outnumbered).
  7147 | D:7      | 7147 ||| Stepping ~*~*~tactically~*~*~ (outnumbered).
  7149 | D:7      | 7149 ||| Stepping ~*~*~tactically~*~*~ (outnumbered).
  7151 | D:7      | 7151 ||| Stepping ~*~*~tactically~*~*~ (outnumbered).
  7153 | D:7      | 7153 ||| Stepping ~*~*~tactically~*~*~ (outnumbered).
  7155 | D:7      | 7155 ||| Stepping ~*~*~tactically~*~*~ (outnumbered).
  7157 | D:7      | 7157 ||| Stepping ~*~*~tactically~*~*~ (outnumbered).
  7159 | D:7      | 7159 ||| Stepping ~*~*~tactically~*~*~ (outnumbered).
  7161 | D:7      | 7161 ||| Stepping ~*~*~tactically~*~*~ (outnumbered).
  7163 | D:7      | 7163 ||| Stepping ~*~*~tactically~*~*~ (outnumbered).
  7165 | D:7      | 7165 ||| Stepping ~*~*~tactically~*~*~ (outnumbered).
  7167 | D:7      | 7167 ||| Stepping ~*~*~tactically~*~*~ (outnumbered).
  7169 | D:7      | 7169 ||| Stepping ~*~*~tactically~*~*~ (outnumbered).
  7171 | D:7      | 7171 ||| Stepping ~*~*~tactically~*~*~ (outnumbered).
  7173 | D:7      | 7173 ||| Stepping ~*~*~tactically~*~*~ (outnumbered).
  7175 | D:7      | 7175 ||| Stepping ~*~*~tactically~*~*~ (outnumbered).
  7177 | D:7      | 7177 ||| Stepping ~*~*~tactically~*~*~ (outnumbered).
  7179 | D:7      | 7179 ||| Stepping ~*~*~tactically~*~*~ (outnumbered).
  7181 | D:7      | 7181 ||| Stepping ~*~*~tactically~*~*~ (outnumbered).
  7183 | D:7      | 7183 ||| Stepping ~*~*~tactically~*~*~ (outnumbered).
  7185 | D:7      | 7185 ||| Stepping ~*~*~tactically~*~*~ (outnumbered).
  7187 | D:7      | 7187 ||| Stepping ~*~*~tactically~*~*~ (outnumbered).
  7189 | D:7      | 7189 ||| Stepping ~*~*~tactically~*~*~ (outnumbered).
  7191 | D:7      | 7191 ||| Stepping ~*~*~tactically~*~*~ (outnumbered).
  7193 | D:7      | 7193 ||| Stepping ~*~*~tactically~*~*~ (outnumbered).
  7195 | D:7      | 7195 ||| Stepping ~*~*~tactically~*~*~ (outnumbered).
  7197 | D:7      | 7197 ||| Stepping ~*~*~tactically~*~*~ (outnumbered).
  7199 | D:7      | 7199 ||| Stepping ~*~*~tactically~*~*~ (outnumbered).
  7201 | D:7      | 7201 ||| Stepping ~*~*~tactically~*~*~ (outnumbered).
  7203 | D:7      | 7203 ||| Stepping ~*~*~tactically~*~*~ (outnumbered).
  7205 | D:7      | 7205 ||| Stepping ~*~*~tactically~*~*~ (outnumbered).
  7207 | D:7      | 7207 ||| Stepping ~*~*~tactically~*~*~ (outnumbered).
  7209 | D:7      | 7209 ||| Stepping ~*~*~tactically~*~*~ (outnumbered).
  7211 | D:7      | 7211 ||| Stepping ~*~*~tactically~*~*~ (outnumbered).
  7213 | D:7      | 7213 ||| Stepping ~*~*~tactically~*~*~ (outnumbered).
  7215 | D:7      | 7215 ||| Stepping ~*~*~tactically~*~*~ (outnumbered).
  7217 | D:7      | 7217 ||| Stepping ~*~*~tactically~*~*~ (outnumbered).
  7219 | D:7      | 7219 ||| Stepping ~*~*~tactically~*~*~ (outnumbered).
  7221 | D:7      | 7221 ||| Stepping ~*~*~tactically~*~*~ (outnumbered).
  7223 | D:7      | 7223 ||| Stepping ~*~*~tactically~*~*~ (outnumbered).
  7225 | D:7      | 7225 ||| Stepping ~*~*~tactically~*~*~ (outnumbered).
  7227 | D:7      | 7227 ||| Stepping ~*~*~tactically~*~*~ (outnumbered).
  7229 | D:7      | 7229 ||| Stepping ~*~*~tactically~*~*~ (outnumbered).
  7231 | D:7      | 7231 ||| Stepping ~*~*~tactically~*~*~ (outnumbered).
  7233 | D:7      | 7233 ||| Stepping ~*~*~tactically~*~*~ (outnumbered).
  7235 | D:7      | 7235 ||| Stepping ~*~*~tactically~*~*~ (outnumbered).
  7237 | D:7      | 7237 ||| Stepping ~*~*~tactically~*~*~ (outnumbered).
  7239 | D:7      | 7239 ||| Stepping ~*~*~tactically~*~*~ (outnumbered).
  7241 | D:7      | 7241 ||| Stepping ~*~*~tactically~*~*~ (outnumbered).
  7243 | D:7      | 7243 ||| Stepping ~*~*~tactically~*~*~ (outnumbered).
  7245 | D:7      | 7245 ||| Stepping ~*~*~tactically~*~*~ (outnumbered).
  7247 | D:7      | 7247 ||| Stepping ~*~*~tactically~*~*~ (outnumbered).
  7249 | D:7      | 7249 ||| Stepping ~*~*~tactically~*~*~ (outnumbered).
  7251 | D:7      | 7251 ||| Stepping ~*~*~tactically~*~*~ (outnumbered).
  7253 | D:7      | 7253 ||| Stepping ~*~*~tactically~*~*~ (outnumbered).
  7255 | D:7      | 7255 ||| Stepping ~*~*~tactically~*~*~ (outnumbered).
  7257 | D:7      | 7257 ||| Stepping ~*~*~tactically~*~*~ (outnumbered).
  7259 | D:7      | 7259 ||| Stepping ~*~*~tactically~*~*~ (outnumbered).
  7261 | D:7      | 7261 ||| Stepping ~*~*~tactically~*~*~ (outnumbered).
  7263 | D:7      | 7263 ||| Stepping ~*~*~tactically~*~*~ (outnumbered).
  7265 | D:7      | 7265 ||| Stepping ~*~*~tactically~*~*~ (outnumbered).
  7267 | D:7      | 7267 ||| Stepping ~*~*~tactically~*~*~ (outnumbered).
  7269 | D:7      | 7269 ||| Stepping ~*~*~tactically~*~*~ (outnumbered).
  7271 | D:7      | 7271 ||| Stepping ~*~*~tactically~*~*~ (outnumbered).
  7273 | D:7      | 7273 ||| Stepping ~*~*~tactically~*~*~ (outnumbered).
  7275 | D:7      | 7275 ||| Stepping ~*~*~tactically~*~*~ (outnumbered).
  7277 | D:7      | 7277 ||| Stepping ~*~*~tactically~*~*~ (outnumbered).
  7279 | D:7      | 7279 ||| Stepping ~*~*~tactically~*~*~ (outnumbered).
  7281 | D:7      | 7281 ||| Stepping ~*~*~tactically~*~*~ (outnumbered).
  7283 | D:7      | 7283 ||| Stepping ~*~*~tactically~*~*~ (outnumbered).
  7285 | D:7      | 7285 ||| Stepping ~*~*~tactically~*~*~ (outnumbered).
  7287 | D:7      | 7287 ||| Stepping ~*~*~tactically~*~*~ (outnumbered).
  7289 | D:7      | 7289 ||| Stepping ~*~*~tactically~*~*~ (outnumbered).
  7291 | D:7      | 7291 ||| Stepping ~*~*~tactically~*~*~ (outnumbered).
  7293 | D:7      | 7293 ||| Stepping ~*~*~tactically~*~*~ (outnumbered).
  7295 | D:7      | 7295 ||| Stepping ~*~*~tactically~*~*~ (outnumbered).
  7297 | D:7      | 7297 ||| Stepping ~*~*~tactically~*~*~ (outnumbered).
  7299 | D:7      | 7299 ||| Stepping ~*~*~tactically~*~*~ (outnumbered).
  7301 | D:7      | 7301 ||| Stepping ~*~*~tactically~*~*~ (outnumbered).
  7303 | D:7      | 7303 ||| Stepping ~*~*~tactically~*~*~ (outnumbered).
  7305 | D:7      | 7305 ||| Stepping ~*~*~tactically~*~*~ (outnumbered).
  7307 | D:7      | 7307 ||| Stepping ~*~*~tactically~*~*~ (outnumbered).
  7309 | D:7      | 7309 ||| Stepping ~*~*~tactically~*~*~ (outnumbered).
  7311 | D:7      | 7311 ||| Stepping ~*~*~tactically~*~*~ (outnumbered).
  7313 | D:7      | 7313 ||| Stepping ~*~*~tactically~*~*~ (outnumbered).
  7315 | D:7      | 7315 ||| Stepping ~*~*~tactically~*~*~ (outnumbered).
  7317 | D:7      | 7317 ||| Stepping ~*~*~tactically~*~*~ (outnumbered).
  7319 | D:7      | 7319 ||| Stepping ~*~*~tactically~*~*~ (outnumbered).
  7321 | D:7      | 7321 ||| Stepping ~*~*~tactically~*~*~ (outnumbered).
  7323 | D:7      | 7323 ||| Stepping ~*~*~tactically~*~*~ (outnumbered).
  7325 | D:7      | 7325 ||| Stepping ~*~*~tactically~*~*~ (outnumbered).
  7327 | D:7      | 7327 ||| Stepping ~*~*~tactically~*~*~ (outnumbered).
  7329 | D:7      | 7329 ||| Stepping ~*~*~tactically~*~*~ (outnumbered).
  7331 | D:7      | 7331 ||| Stepping ~*~*~tactically~*~*~ (outnumbered).
  7333 | D:7      | 7333 ||| Stepping ~*~*~tactically~*~*~ (outnumbered).
  7335 | D:7      | 7335 ||| Stepping ~*~*~tactically~*~*~ (outnumbered).
  7337 | D:7      | 7337 ||| Stepping ~*~*~tactically~*~*~ (outnumbered).
  7339 | D:7      | 7339 ||| Stepping ~*~*~tactically~*~*~ (outnumbered).
  7341 | D:7      | 7341 ||| Stepping ~*~*~tactically~*~*~ (outnumbered).
  7343 | D:7      | 7343 ||| Stepping ~*~*~tactically~*~*~ (outnumbered).
  7345 | D:7      | 7345 ||| Stepping ~*~*~tactically~*~*~ (outnumbered).
  7347 | D:7      | 7347 ||| Stepping ~*~*~tactically~*~*~ (outnumbered).
  7349 | D:7      | 7349 ||| Stepping ~*~*~tactically~*~*~ (outnumbered).
  7351 | D:7      | 7351 ||| Stepping ~*~*~tactically~*~*~ (outnumbered).
  7353 | D:7      | 7353 ||| Stepping ~*~*~tactically~*~*~ (outnumbered).
  7355 | D:7      | 7355 ||| Stepping ~*~*~tactically~*~*~ (outnumbered).
  7357 | D:7      | 7357 ||| Stepping ~*~*~tactically~*~*~ (outnumbered).
  7359 | D:7      | 7359 ||| Stepping ~*~*~tactically~*~*~ (outnumbered).
  7361 | D:7      | 7361 ||| Stepping ~*~*~tactically~*~*~ (outnumbered).
  7363 | D:7      | 7363 ||| Stepping ~*~*~tactically~*~*~ (outnumbered).
  7365 | D:7      | 7365 ||| Stepping ~*~*~tactically~*~*~ (outnumbered).
  7367 | D:7      | 7367 ||| Stepping ~*~*~tactically~*~*~ (outnumbered).
  7369 | D:7      | 7369 ||| Stepping ~*~*~tactically~*~*~ (outnumbered).
  7371 | D:7      | 7371 ||| Stepping ~*~*~tactically~*~*~ (outnumbered).
  7373 | D:7      | 7373 ||| Stepping ~*~*~tactically~*~*~ (outnumbered).
  7375 | D:7      | 7375 ||| Stepping ~*~*~tactically~*~*~ (outnumbered).
  7377 | D:7      | 7377 ||| Stepping ~*~*~tactically~*~*~ (outnumbered).
  7379 | D:7      | 7379 ||| Stepping ~*~*~tactically~*~*~ (outnumbered).
  7381 | D:7      | 7381 ||| Stepping ~*~*~tactically~*~*~ (outnumbered).
  7383 | D:7      | 7383 ||| Stepping ~*~*~tactically~*~*~ (outnumbered).
  7385 | D:7      | 7385 ||| Stepping ~*~*~tactically~*~*~ (outnumbered).
  7387 | D:7      | 7387 ||| Stepping ~*~*~tactically~*~*~ (outnumbered).
  7389 | D:7      | 7389 ||| Stepping ~*~*~tactically~*~*~ (outnumbered).
  7391 | D:7      | 7391 ||| Stepping ~*~*~tactically~*~*~ (outnumbered).
  7393 | D:7      | 7393 ||| Stepping ~*~*~tactically~*~*~ (outnumbered).
  7395 | D:7      | 7395 ||| Stepping ~*~*~tactically~*~*~ (outnumbered).
  7397 | D:7      | 7397 ||| Stepping ~*~*~tactically~*~*~ (outnumbered).
  7399 | D:7      | 7399 ||| Stepping ~*~*~tactically~*~*~ (outnumbered).
  7401 | D:7      | 7401 ||| Stepping ~*~*~tactically~*~*~ (outnumbered).
  7403 | D:7      | 7403 ||| Stepping ~*~*~tactically~*~*~ (outnumbered).
  7405 | D:7      | 7405 ||| Stepping ~*~*~tactically~*~*~ (outnumbered).
  7407 | D:7      | 7407 ||| Stepping ~*~*~tactically~*~*~ (outnumbered).
  7409 | D:7      | 7409 ||| Stepping ~*~*~tactically~*~*~ (outnumbered).
  7411 | D:7      | 7411 ||| Stepping ~*~*~tactically~*~*~ (outnumbered).
  7413 | D:7      | 7413 ||| Stepping ~*~*~tactically~*~*~ (outnumbered).
  7415 | D:7      | 7415 ||| Stepping ~*~*~tactically~*~*~ (outnumbered).
  7417 | D:7      | 7417 ||| Stepping ~*~*~tactically~*~*~ (outnumbered).
  7419 | D:7      | 7419 ||| Stepping ~*~*~tactically~*~*~ (outnumbered).
  7421 | D:7      | 7421 ||| Stepping ~*~*~tactically~*~*~ (outnumbered).
  7423 | D:7      | 7423 ||| Stepping ~*~*~tactically~*~*~ (outnumbered).
  7425 | D:7      | 7425 ||| Stepping ~*~*~tactically~*~*~ (outnumbered).
  7427 | D:7      | 7427 ||| Stepping ~*~*~tactically~*~*~ (outnumbered).
  7429 | D:7      | 7429 ||| Stepping ~*~*~tactically~*~*~ (outnumbered).
  7431 | D:7      | 7431 ||| Stepping ~*~*~tactically~*~*~ (outnumbered).
  7433 | D:7      | 7433 ||| Stepping ~*~*~tactically~*~*~ (outnumbered).
  7435 | D:7      | 7435 ||| Stepping ~*~*~tactically~*~*~ (outnumbered).
  7437 | D:7      | 7437 ||| Stepping ~*~*~tactically~*~*~ (outnumbered).
  7439 | D:7      | 7439 ||| Stepping ~*~*~tactically~*~*~ (outnumbered).
  7441 | D:7      | 7441 ||| Stepping ~*~*~tactically~*~*~ (outnumbered).
  7443 | D:7      | 7443 ||| Stepping ~*~*~tactically~*~*~ (outnumbered).
  7445 | D:7      | 7445 ||| Stepping ~*~*~tactically~*~*~ (outnumbered).
  7447 | D:7      | 7447 ||| Stepping ~*~*~tactically~*~*~ (outnumbered).
  7449 | D:7      | 7449 ||| Stepping ~*~*~tactically~*~*~ (outnumbered).
  7451 | D:7      | 7451 ||| Stepping ~*~*~tactically~*~*~ (outnumbered).
  7453 | D:7      | 7453 ||| Stepping ~*~*~tactically~*~*~ (outnumbered).
  7455 | D:7      | 7455 ||| Stepping ~*~*~tactically~*~*~ (outnumbered).
  7457 | D:7      | 7457 ||| Stepping ~*~*~tactically~*~*~ (outnumbered).
  7459 | D:7      | 7459 ||| Stepping ~*~*~tactically~*~*~ (outnumbered).
  7461 | D:7      | 7461 ||| Stepping ~*~*~tactically~*~*~ (outnumbered).
  7463 | D:7      | 7463 ||| Stepping ~*~*~tactically~*~*~ (outnumbered).
  7465 | D:7      | 7465 ||| Stepping ~*~*~tactically~*~*~ (outnumbered).
  7467 | D:7      | 7467 ||| Stepping ~*~*~tactically~*~*~ (outnumbered).
  7469 | D:7      | 7469 ||| Stepping ~*~*~tactically~*~*~ (outnumbered).
  7471 | D:7      | 7471 ||| Stepping ~*~*~tactically~*~*~ (outnumbered).
  7473 | D:7      | 7473 ||| Stepping ~*~*~tactically~*~*~ (outnumbered).
  7475 | D:7      | 7475 ||| Stepping ~*~*~tactically~*~*~ (outnumbered).
  7477 | D:7      | 7477 ||| Stepping ~*~*~tactically~*~*~ (outnumbered).
  7479 | D:7      | 7479 ||| Stepping ~*~*~tactically~*~*~ (outnumbered).
  7481 | D:7      | 7481 ||| Stepping ~*~*~tactically~*~*~ (outnumbered).
  7483 | D:7      | 7483 ||| Stepping ~*~*~tactically~*~*~ (outnumbered).
  7485 | D:7      | 7485 ||| Stepping ~*~*~tactically~*~*~ (outnumbered).
  7487 | D:7      | 7487 ||| Stepping ~*~*~tactically~*~*~ (outnumbered).
  7489 | D:7      | 7489 ||| Stepping ~*~*~tactically~*~*~ (outnumbered).
  7491 | D:7      | 7491 ||| Stepping ~*~*~tactically~*~*~ (outnumbered).
  7493 | D:7      | 7493 ||| Stepping ~*~*~tactically~*~*~ (outnumbered).
  7495 | D:7      | 7495 ||| Stepping ~*~*~tactically~*~*~ (outnumbered).
  7497 | D:7      | 7497 ||| Stepping ~*~*~tactically~*~*~ (outnumbered).
  7499 | D:7      | 7499 ||| Stepping ~*~*~tactically~*~*~ (outnumbered).
  7501 | D:7      | 7501 ||| Stepping ~*~*~tactically~*~*~ (outnumbered).
  7503 | D:7      | 7503 ||| Stepping ~*~*~tactically~*~*~ (outnumbered).
  7505 | D:7      | 7505 ||| Stepping ~*~*~tactically~*~*~ (outnumbered).
  7507 | D:7      | 7507 ||| Stepping ~*~*~tactically~*~*~ (outnumbered).
  7509 | D:7      | 7509 ||| Stepping ~*~*~tactically~*~*~ (outnumbered).
  7511 | D:7      | 7511 ||| Stepping ~*~*~tactically~*~*~ (outnumbered).
  7513 | D:7      | 7513 ||| Stepping ~*~*~tactically~*~*~ (outnumbered).
  7515 | D:7      | 7515 ||| Stepping ~*~*~tactically~*~*~ (outnumbered).
  7517 | D:7      | 7517 ||| Stepping ~*~*~tactically~*~*~ (outnumbered).
  7519 | D:7      | 7519 ||| Stepping ~*~*~tactically~*~*~ (outnumbered).
  7521 | D:7      | 7521 ||| Stepping ~*~*~tactically~*~*~ (outnumbered).
  7523 | D:7      | 7523 ||| Stepping ~*~*~tactically~*~*~ (outnumbered).
  7525 | D:7      | 7525 ||| Stepping ~*~*~tactically~*~*~ (outnumbered).
  7527 | D:7      | 7527 ||| Stepping ~*~*~tactically~*~*~ (outnumbered).
  7529 | D:7      | 7529 ||| Stepping ~*~*~tactically~*~*~ (outnumbered).
  7531 | D:7      | 7531 ||| Stepping ~*~*~tactically~*~*~ (outnumbered).
  7533 | D:7      | 7533 ||| Stepping ~*~*~tactically~*~*~ (outnumbered).
  7535 | D:7      | 7535 ||| Stepping ~*~*~tactically~*~*~ (outnumbered).
  7537 | D:7      | 7537 ||| Stepping ~*~*~tactically~*~*~ (outnumbered).
  7539 | D:7      | 7539 ||| Stepping ~*~*~tactically~*~*~ (outnumbered).
  7541 | D:7      | 7541 ||| Stepping ~*~*~tactically~*~*~ (outnumbered).
  7543 | D:7      | 7543 ||| Stepping ~*~*~tactically~*~*~ (outnumbered).
  7545 | D:7      | 7545 ||| Stepping ~*~*~tactically~*~*~ (outnumbered).
  7547 | D:7      | 7547 ||| Stepping ~*~*~tactically~*~*~ (outnumbered).
  7549 | D:7      | 7549 ||| Stepping ~*~*~tactically~*~*~ (outnumbered).
  7551 | D:7      | 7551 ||| Stepping ~*~*~tactically~*~*~ (outnumbered).
  7553 | D:7      | 7553 ||| Stepping ~*~*~tactically~*~*~ (outnumbered).
  7555 | D:7      | 7555 ||| Stepping ~*~*~tactically~*~*~ (outnumbered).
  7557 | D:7      | 7557 ||| Stepping ~*~*~tactically~*~*~ (outnumbered).
  7559 | D:7      | 7559 ||| Stepping ~*~*~tactically~*~*~ (outnumbered).
  7561 | D:7      | 7561 ||| Stepping ~*~*~tactically~*~*~ (outnumbered).
  7563 | D:7      | 7563 ||| Stepping ~*~*~tactically~*~*~ (outnumbered).
  7565 | D:7      | 7565 ||| Stepping ~*~*~tactically~*~*~ (outnumbered).
  7567 | D:7      | 7567 ||| Stepping ~*~*~tactically~*~*~ (outnumbered).
  7569 | D:7      | 7569 ||| Stepping ~*~*~tactically~*~*~ (outnumbered).
  7571 | D:7      | 7571 ||| Stepping ~*~*~tactically~*~*~ (outnumbered).
  7573 | D:7      | 7573 ||| Stepping ~*~*~tactically~*~*~ (outnumbered).
  7575 | D:7      | 7575 ||| Stepping ~*~*~tactically~*~*~ (outnumbered).
  7577 | D:7      | 7577 ||| Stepping ~*~*~tactically~*~*~ (outnumbered).
  7579 | D:7      | 7579 ||| Stepping ~*~*~tactically~*~*~ (outnumbered).
  7581 | D:7      | 7581 ||| Stepping ~*~*~tactically~*~*~ (outnumbered).
  7583 | D:7      | 7583 ||| Stepping ~*~*~tactically~*~*~ (outnumbered).
  7585 | D:7      | 7585 ||| Stepping ~*~*~tactically~*~*~ (outnumbered).
  7587 | D:7      | 7587 ||| Stepping ~*~*~tactically~*~*~ (outnumbered).
  7589 | D:7      | 7589 ||| Stepping ~*~*~tactically~*~*~ (outnumbered).
  7591 | D:7      | 7591 ||| Stepping ~*~*~tactically~*~*~ (outnumbered).
  7593 | D:7      | 7593 ||| Stepping ~*~*~tactically~*~*~ (outnumbered).
  7595 | D:7      | 7595 ||| Stepping ~*~*~tactically~*~*~ (outnumbered).
  7597 | D:7      | 7597 ||| Stepping ~*~*~tactically~*~*~ (outnumbered).
  7599 | D:7      | 7599 ||| Stepping ~*~*~tactically~*~*~ (outnumbered).
  7601 | D:7      | 7601 ||| Stepping ~*~*~tactically~*~*~ (outnumbered).
  7603 | D:7      | 7603 ||| Stepping ~*~*~tactically~*~*~ (outnumbered).
  7605 | D:7      | 7605 ||| Stepping ~*~*~tactically~*~*~ (outnumbered).
  7607 | D:7      | 7607 ||| Stepping ~*~*~tactically~*~*~ (outnumbered).
  7609 | D:7      | 7609 ||| Stepping ~*~*~tactically~*~*~ (outnumbered).
  7611 | D:7      | 7611 ||| Stepping ~*~*~tactically~*~*~ (outnumbered).
  7613 | D:7      | 7613 ||| Stepping ~*~*~tactically~*~*~ (outnumbered).
  7615 | D:7      | 7615 ||| Stepping ~*~*~tactically~*~*~ (outnumbered).
  7617 | D:7      | 7617 ||| Stepping ~*~*~tactically~*~*~ (outnumbered).
  7619 | D:7      | 7619 ||| Stepping ~*~*~tactically~*~*~ (outnumbered).
  7621 | D:7      | 7621 ||| Stepping ~*~*~tactically~*~*~ (outnumbered).
  7623 | D:7      | 7623 ||| Stepping ~*~*~tactically~*~*~ (outnumbered).
  7625 | D:7      | 7625 ||| Stepping ~*~*~tactically~*~*~ (outnumbered).
  7627 | D:7      | 7627 ||| Stepping ~*~*~tactically~*~*~ (outnumbered).
  7629 | D:7      | 7629 ||| Stepping ~*~*~tactically~*~*~ (outnumbered).
  7631 | D:7      | 7631 ||| Stepping ~*~*~tactically~*~*~ (outnumbered).
  7633 | D:7      | 7633 ||| Stepping ~*~*~tactically~*~*~ (outnumbered).
  7635 | D:7      | 7635 ||| Stepping ~*~*~tactically~*~*~ (outnumbered).
  7637 | D:7      | 7637 ||| Stepping ~*~*~tactically~*~*~ (outnumbered).
  7639 | D:7      | 7639 ||| Stepping ~*~*~tactically~*~*~ (outnumbered).
  7641 | D:7      | 7641 ||| Stepping ~*~*~tactically~*~*~ (outnumbered).
  7643 | D:7      | 7643 ||| Stepping ~*~*~tactically~*~*~ (outnumbered).
  7645 | D:7      | 7645 ||| Stepping ~*~*~tactically~*~*~ (outnumbered).
  7647 | D:7      | 7647 ||| Stepping ~*~*~tactically~*~*~ (outnumbered).
  7649 | D:7      | 7649 ||| Stepping ~*~*~tactically~*~*~ (outnumbered).
  7651 | D:7      | 7651 ||| Stepping ~*~*~tactically~*~*~ (outnumbered).
  7653 | D:7      | 7653 ||| Stepping ~*~*~tactically~*~*~ (outnumbered).
  7655 | D:7      | 7655 ||| Stepping ~*~*~tactically~*~*~ (outnumbered).
  7657 | D:7      | 7657 ||| Stepping ~*~*~tactically~*~*~ (outnumbered).
  7659 | D:7      | 7659 ||| Stepping ~*~*~tactically~*~*~ (outnumbered).
  7661 | D:7      | 7661 ||| Stepping ~*~*~tactically~*~*~ (outnumbered).
  7663 | D:7      | 7663 ||| Stepping ~*~*~tactically~*~*~ (outnumbered).
  7665 | D:7      | 7665 ||| Stepping ~*~*~tactically~*~*~ (outnumbered).
  7667 | D:7      | 7667 ||| Stepping ~*~*~tactically~*~*~ (outnumbered).
  7669 | D:7      | 7669 ||| Stepping ~*~*~tactically~*~*~ (outnumbered).
  7671 | D:7      | 7671 ||| Stepping ~*~*~tactically~*~*~ (outnumbered).
  7673 | D:7      | 7673 ||| Stepping ~*~*~tactically~*~*~ (outnumbered).
  7675 | D:7      | 7675 ||| Stepping ~*~*~tactically~*~*~ (outnumbered).
  7677 | D:7      | 7677 ||| Stepping ~*~*~tactically~*~*~ (outnumbered).
  7679 | D:7      | 7679 ||| Stepping ~*~*~tactically~*~*~ (outnumbered).
  7681 | D:7      | 7681 ||| Stepping ~*~*~tactically~*~*~ (outnumbered).
  7683 | D:7      | 7683 ||| Stepping ~*~*~tactically~*~*~ (outnumbered).
  7685 | D:7      | 7685 ||| Stepping ~*~*~tactically~*~*~ (outnumbered).
  7687 | D:7      | 7687 ||| Stepping ~*~*~tactically~*~*~ (outnumbered).
  7689 | D:7      | 7689 ||| Stepping ~*~*~tactically~*~*~ (outnumbered).
  7691 | D:7      | 7691 ||| Stepping ~*~*~tactically~*~*~ (outnumbered).
  7693 | D:7      | 7693 ||| Stepping ~*~*~tactically~*~*~ (outnumbered).
  7695 | D:7      | 7695 ||| Stepping ~*~*~tactically~*~*~ (outnumbered).
  7697 | D:7      | 7697 ||| Stepping ~*~*~tactically~*~*~ (outnumbered).
  7699 | D:7      | 7699 ||| Stepping ~*~*~tactically~*~*~ (outnumbered).
  7701 | D:7      | 7701 ||| Stepping ~*~*~tactically~*~*~ (outnumbered).
  7703 | D:7      | 7703 ||| Stepping ~*~*~tactically~*~*~ (outnumbered).
  7705 | D:7      | 7705 ||| Stepping ~*~*~tactically~*~*~ (outnumbered).
  7707 | D:7      | 7707 ||| Stepping ~*~*~tactically~*~*~ (outnumbered).
  7709 | D:7      | 7709 ||| Stepping ~*~*~tactically~*~*~ (outnumbered).
  7711 | D:7      | 7711 ||| Stepping ~*~*~tactically~*~*~ (outnumbered).
  7713 | D:7      | 7713 ||| Stepping ~*~*~tactically~*~*~ (outnumbered).
  7715 | D:7      | 7715 ||| Stepping ~*~*~tactically~*~*~ (outnumbered).
  7717 | D:7      | 7717 ||| Stepping ~*~*~tactically~*~*~ (outnumbered).
  7719 | D:7      | 7719 ||| Stepping ~*~*~tactically~*~*~ (outnumbered).
  7721 | D:7      | 7721 ||| Stepping ~*~*~tactically~*~*~ (outnumbered).
  7723 | D:7      | 7723 ||| Stepping ~*~*~tactically~*~*~ (outnumbered).
  7725 | D:7      | 7725 ||| Stepping ~*~*~tactically~*~*~ (outnumbered).
  7727 | D:7      | 7727 ||| Stepping ~*~*~tactically~*~*~ (outnumbered).
  7729 | D:7      | 7729 ||| Stepping ~*~*~tactically~*~*~ (outnumbered).
  7731 | D:7      | 7731 ||| Stepping ~*~*~tactically~*~*~ (outnumbered).
  7733 | D:7      | 7733 ||| Stepping ~*~*~tactically~*~*~ (outnumbered).
  7735 | D:7      | 7735 ||| Stepping ~*~*~tactically~*~*~ (outnumbered).
  7737 | D:7      | 7737 ||| Stepping ~*~*~tactically~*~*~ (outnumbered).
  7739 | D:7      | 7739 ||| Stepping ~*~*~tactically~*~*~ (outnumbered).
  7741 | D:7      | 7741 ||| Stepping ~*~*~tactically~*~*~ (outnumbered).
  7743 | D:7      | 7743 ||| Stepping ~*~*~tactically~*~*~ (outnumbered).
  7745 | D:7      | 7745 ||| Stepping ~*~*~tactically~*~*~ (outnumbered).
  7747 | D:7      | 7747 ||| Stepping ~*~*~tactically~*~*~ (outnumbered).
  7749 | D:7      | 7749 ||| Stepping ~*~*~tactically~*~*~ (outnumbered).
  7751 | D:7      | 7751 ||| Stepping ~*~*~tactically~*~*~ (outnumbered).
  7753 | D:7      | 7753 ||| Stepping ~*~*~tactically~*~*~ (outnumbered).
  7755 | D:7      | 7755 ||| Stepping ~*~*~tactically~*~*~ (outnumbered).
  7757 | D:7      | 7757 ||| Stepping ~*~*~tactically~*~*~ (outnumbered).
  7759 | D:7      | 7759 ||| Stepping ~*~*~tactically~*~*~ (outnumbered).
  7761 | D:7      | 7761 ||| Stepping ~*~*~tactically~*~*~ (outnumbered).
  7763 | D:7      | 7763 ||| Stepping ~*~*~tactically~*~*~ (outnumbered).
  7765 | D:7      | 7765 ||| Stepping ~*~*~tactically~*~*~ (outnumbered).
  7767 | D:7      | 7767 ||| Stepping ~*~*~tactically~*~*~ (outnumbered).
  7769 | D:7      | 7769 ||| Stepping ~*~*~tactically~*~*~ (outnumbered).
  7771 | D:7      | 7771 ||| Stepping ~*~*~tactically~*~*~ (outnumbered).
  7773 | D:7      | 7773 ||| Stepping ~*~*~tactically~*~*~ (outnumbered).
  7775 | D:7      | 7775 ||| Stepping ~*~*~tactically~*~*~ (outnumbered).
  7777 | D:7      | 7777 ||| Stepping ~*~*~tactically~*~*~ (outnumbered).
  7779 | D:7      | 7779 ||| Stepping ~*~*~tactically~*~*~ (outnumbered).
  7781 | D:7      | 7781 ||| Stepping ~*~*~tactically~*~*~ (outnumbered).
  7783 | D:7      | 7783 ||| Stepping ~*~*~tactically~*~*~ (outnumbered).
  7785 | D:7      | 7785 ||| Stepping ~*~*~tactically~*~*~ (outnumbered).
  7787 | D:7      | 7787 ||| Stepping ~*~*~tactically~*~*~ (outnumbered).
  7789 | D:7      | 7789 ||| Stepping ~*~*~tactically~*~*~ (outnumbered).
  7791 | D:7      | 7791 ||| Stepping ~*~*~tactically~*~*~ (outnumbered).
  7793 | D:7      | 7793 ||| Stepping ~*~*~tactically~*~*~ (outnumbered).
  7795 | D:7      | 7795 ||| Stepping ~*~*~tactically~*~*~ (outnumbered).
  7797 | D:7      | 7797 ||| Stepping ~*~*~tactically~*~*~ (outnumbered).
  7799 | D:7      | 7799 ||| Stepping ~*~*~tactically~*~*~ (outnumbered).
  7801 | D:7      | 7801 ||| Stepping ~*~*~tactically~*~*~ (outnumbered).
  7803 | D:7      | 7803 ||| Stepping ~*~*~tactically~*~*~ (outnumbered).
  7805 | D:7      | 7805 ||| Stepping ~*~*~tactically~*~*~ (outnumbered).
  7807 | D:7      | 7807 ||| Stepping ~*~*~tactically~*~*~ (outnumbered).
  7809 | D:7      | 7809 ||| Stepping ~*~*~tactically~*~*~ (outnumbered).
  7811 | D:7      | 7811 ||| Stepping ~*~*~tactically~*~*~ (outnumbered).
  7813 | D:7      | 7813 ||| Stepping ~*~*~tactically~*~*~ (outnumbered).
  7815 | D:7      | 7815 ||| Stepping ~*~*~tactically~*~*~ (outnumbered).
  7817 | D:7      | 7817 ||| Stepping ~*~*~tactically~*~*~ (outnumbered).
  7819 | D:7      | 7819 ||| Stepping ~*~*~tactically~*~*~ (outnumbered).
  7821 | D:7      | 7821 ||| Stepping ~*~*~tactically~*~*~ (outnumbered).
  7823 | D:7      | 7823 ||| Stepping ~*~*~tactically~*~*~ (outnumbered).
  7825 | D:7      | 7825 ||| Stepping ~*~*~tactically~*~*~ (outnumbered).
  7827 | D:7      | 7827 ||| Stepping ~*~*~tactically~*~*~ (outnumbered).
  7829 | D:7      | 7829 ||| Stepping ~*~*~tactically~*~*~ (outnumbered).
  7831 | D:7      | 7831 ||| Stepping ~*~*~tactically~*~*~ (outnumbered).
  7833 | D:7      | 7833 ||| Stepping ~*~*~tactically~*~*~ (outnumbered).
  7835 | D:7      | 7835 ||| Stepping ~*~*~tactically~*~*~ (outnumbered).
  7837 | D:7      | 7837 ||| Stepping ~*~*~tactically~*~*~ (outnumbered).
  7839 | D:7      | 7839 ||| Stepping ~*~*~tactically~*~*~ (outnumbered).
  7841 | D:7      | 7841 ||| Stepping ~*~*~tactically~*~*~ (outnumbered).
  7843 | D:7      | 7843 ||| Stepping ~*~*~tactically~*~*~ (outnumbered).
  7845 | D:7      | 7845 ||| Stepping ~*~*~tactically~*~*~ (outnumbered).
  7847 | D:7      | 7847 ||| Stepping ~*~*~tactically~*~*~ (outnumbered).
  7849 | D:7      | 7849 ||| Stepping ~*~*~tactically~*~*~ (outnumbered).
  7851 | D:7      | 7851 ||| Stepping ~*~*~tactically~*~*~ (outnumbered).
  7853 | D:7      | 7853 ||| Stepping ~*~*~tactically~*~*~ (outnumbered).
  7855 | D:7      | 7855 ||| Stepping ~*~*~tactically~*~*~ (outnumbered).
  7857 | D:7      | 7857 ||| Stepping ~*~*~tactically~*~*~ (outnumbered).
  7859 | D:7      | 7859 ||| Stepping ~*~*~tactically~*~*~ (outnumbered).
  7861 | D:7      | 7861 ||| Stepping ~*~*~tactically~*~*~ (outnumbered).
  7863 | D:7      | 7863 ||| Stepping ~*~*~tactically~*~*~ (outnumbered).
  7865 | D:7      | 7865 ||| Stepping ~*~*~tactically~*~*~ (outnumbered).
  7867 | D:7      | 7867 ||| Stepping ~*~*~tactically~*~*~ (outnumbered).
  7869 | D:7      | 7869 ||| Stepping ~*~*~tactically~*~*~ (outnumbered).
  7871 | D:7      | 7871 ||| Stepping ~*~*~tactically~*~*~ (outnumbered).
  7873 | D:7      | 7873 ||| Stepping ~*~*~tactically~*~*~ (outnumbered).
  7875 | D:7      | 7875 ||| Stepping ~*~*~tactically~*~*~ (outnumbered).
  7877 | D:7      | 7877 ||| Stepping ~*~*~tactically~*~*~ (outnumbered).
  7879 | D:7      | 7879 ||| Stepping ~*~*~tactically~*~*~ (outnumbered).
  7881 | D:7      | 7881 ||| Stepping ~*~*~tactically~*~*~ (outnumbered).
  7883 | D:7      | 7883 ||| Stepping ~*~*~tactically~*~*~ (outnumbered).
  7885 | D:7      | 7885 ||| Stepping ~*~*~tactically~*~*~ (outnumbered).
  7887 | D:7      | 7887 ||| Stepping ~*~*~tactically~*~*~ (outnumbered).
  7889 | D:7      | 7889 ||| Stepping ~*~*~tactically~*~*~ (outnumbered).
  7891 | D:7      | 7891 ||| Stepping ~*~*~tactically~*~*~ (outnumbered).
  7893 | D:7      | 7893 ||| Stepping ~*~*~tactically~*~*~ (outnumbered).
  7895 | D:7      | 7895 ||| Stepping ~*~*~tactically~*~*~ (outnumbered).
  7897 | D:7      | 7897 ||| Stepping ~*~*~tactically~*~*~ (outnumbered).
  7899 | D:7      | 7899 ||| Stepping ~*~*~tactically~*~*~ (outnumbered).
  7901 | D:7      | 7901 ||| Stepping ~*~*~tactically~*~*~ (outnumbered).
  7903 | D:7      | 7903 ||| Stepping ~*~*~tactically~*~*~ (outnumbered).
  7905 | D:7      | 7905 ||| Stepping ~*~*~tactically~*~*~ (outnumbered).
  7907 | D:7      | 7907 ||| Stepping ~*~*~tactically~*~*~ (outnumbered).
  7909 | D:7      | 7909 ||| Stepping ~*~*~tactically~*~*~ (outnumbered).
  7911 | D:7      | 7911 ||| Stepping ~*~*~tactically~*~*~ (outnumbered).
  7913 | D:7      | 7913 ||| Stepping ~*~*~tactically~*~*~ (outnumbered).
  7915 | D:7      | 7915 ||| Stepping ~*~*~tactically~*~*~ (outnumbered).
  7917 | D:7      | 7917 ||| Stepping ~*~*~tactically~*~*~ (outnumbered).
  7919 | D:7      | 7919 ||| Stepping ~*~*~tactically~*~*~ (outnumbered).
  7921 | D:7      | 7921 ||| Stepping ~*~*~tactically~*~*~ (outnumbered).
  7923 | D:7      | 7923 ||| Stepping ~*~*~tactically~*~*~ (outnumbered).
  7925 | D:7      | 7925 ||| Stepping ~*~*~tactically~*~*~ (outnumbered).
  7927 | D:7      | 7927 ||| Stepping ~*~*~tactically~*~*~ (outnumbered).
  7929 | D:7      | 7929 ||| Stepping ~*~*~tactically~*~*~ (outnumbered).
  7931 | D:7      | 7931 ||| Stepping ~*~*~tactically~*~*~ (outnumbered).
  7933 | D:7      | 7933 ||| Stepping ~*~*~tactically~*~*~ (outnumbered).
  7935 | D:7      | 7935 ||| Stepping ~*~*~tactically~*~*~ (outnumbered).
  7937 | D:7      | 7937 ||| Stepping ~*~*~tactically~*~*~ (outnumbered).
  7939 | D:7      | 7939 ||| Stepping ~*~*~tactically~*~*~ (outnumbered).
  7941 | D:7      | 7941 ||| Stepping ~*~*~tactically~*~*~ (outnumbered).
  7943 | D:7      | 7943 ||| Stepping ~*~*~tactically~*~*~ (outnumbered).
  7945 | D:7      | 7945 ||| Stepping ~*~*~tactically~*~*~ (outnumbered).
  7947 | D:7      | 7947 ||| Stepping ~*~*~tactically~*~*~ (outnumbered).
  7949 | D:7      | 7949 ||| Stepping ~*~*~tactically~*~*~ (outnumbered).
  7951 | D:7      | 7951 ||| Stepping ~*~*~tactically~*~*~ (outnumbered).
  7953 | D:7      | 7953 ||| Stepping ~*~*~tactically~*~*~ (outnumbered).
  7955 | D:7      | 7955 ||| Stepping ~*~*~tactically~*~*~ (outnumbered).
  7957 | D:7      | 7957 ||| Stepping ~*~*~tactically~*~*~ (outnumbered).
  7959 | D:7      | 7959 ||| Stepping ~*~*~tactically~*~*~ (outnumbered).
  7961 | D:7      | 7961 ||| Stepping ~*~*~tactically~*~*~ (outnumbered).
  7963 | D:7      | 7963 ||| Stepping ~*~*~tactically~*~*~ (outnumbered).
  7965 | D:7      | 7965 ||| Stepping ~*~*~tactically~*~*~ (outnumbered).
  7967 | D:7      | 7967 ||| Stepping ~*~*~tactically~*~*~ (outnumbered).
  7969 | D:7      | 7969 ||| Stepping ~*~*~tactically~*~*~ (outnumbered).
  7971 | D:7      | 7971 ||| Stepping ~*~*~tactically~*~*~ (outnumbered).
  7973 | D:7      | 7973 ||| Stepping ~*~*~tactically~*~*~ (outnumbered).
  7975 | D:7      | 7975 ||| Stepping ~*~*~tactically~*~*~ (outnumbered).
  7977 | D:7      | 7977 ||| Stepping ~*~*~tactically~*~*~ (outnumbered).
  7979 | D:7      | 7979 ||| Stepping ~*~*~tactically~*~*~ (outnumbered).
  7981 | D:7      | 7981 ||| Stepping ~*~*~tactically~*~*~ (outnumbered).
  7983 | D:7      | 7983 ||| Stepping ~*~*~tactically~*~*~ (outnumbered).
  7985 | D:7      | 7985 ||| Stepping ~*~*~tactically~*~*~ (outnumbered).
  7987 | D:7      | 7987 ||| Stepping ~*~*~tactically~*~*~ (outnumbered).
  7989 | D:7      | 7989 ||| Stepping ~*~*~tactically~*~*~ (outnumbered).
  7991 | D:7      | 7991 ||| Stepping ~*~*~tactically~*~*~ (outnumbered).
  7993 | D:7      | 7993 ||| Stepping ~*~*~tactically~*~*~ (outnumbered).
  7995 | D:7      | 7995 ||| Stepping ~*~*~tactically~*~*~ (outnumbered).
  7997 | D:7      | 7997 ||| Stepping ~*~*~tactically~*~*~ (outnumbered).
  7999 | D:7      | 7999 ||| Stepping ~*~*~tactically~*~*~ (outnumbered).
  8001 | D:7      | 8001 ||| Stepping ~*~*~tactically~*~*~ (outnumbered).
  8003 | D:7      | 8003 ||| Stepping ~*~*~tactically~*~*~ (outnumbered).
  8005 | D:7      | 8005 ||| Stepping ~*~*~tactically~*~*~ (outnumbered).
  8007 | D:7      | 8007 ||| Stepping ~*~*~tactically~*~*~ (outnumbered).
  8009 | D:7      | 8009 ||| Stepping ~*~*~tactically~*~*~ (outnumbered).
  8011 | D:7      | 8011 ||| Stepping ~*~*~tactically~*~*~ (outnumbered).
  8013 | D:7      | 8013 ||| Stepping ~*~*~tactically~*~*~ (outnumbered).
  8015 | D:7      | 8015 ||| Stepping ~*~*~tactically~*~*~ (outnumbered).
  8017 | D:7      | 8017 ||| Stepping ~*~*~tactically~*~*~ (outnumbered).
  8019 | D:7      | 8019 ||| Stepping ~*~*~tactically~*~*~ (outnumbered).
  8021 | D:7      | 8021 ||| Stepping ~*~*~tactically~*~*~ (outnumbered).
  8023 | D:7      | 8023 ||| Stepping ~*~*~tactically~*~*~ (outnumbered).
  8025 | D:7      | 8025 ||| Stepping ~*~*~tactically~*~*~ (outnumbered).
  8027 | D:7      | 8027 ||| Stepping ~*~*~tactically~*~*~ (outnumbered).
  8029 | D:7      | 8029 ||| Stepping ~*~*~tactically~*~*~ (outnumbered).
  8031 | D:7      | 8031 ||| Stepping ~*~*~tactically~*~*~ (outnumbered).
  8033 | D:7      | 8033 ||| Stepping ~*~*~tactically~*~*~ (outnumbered).
  8035 | D:7      | 8035 ||| Stepping ~*~*~tactically~*~*~ (outnumbered).
  8037 | D:7      | 8037 ||| Stepping ~*~*~tactically~*~*~ (outnumbered).
  8039 | D:7      | 8039 ||| Stepping ~*~*~tactically~*~*~ (outnumbered).
  8041 | D:7      | 8041 ||| Stepping ~*~*~tactically~*~*~ (outnumbered).
  8043 | D:7      | 8043 ||| Stepping ~*~*~tactically~*~*~ (outnumbered).
  8045 | D:7      | 8045 ||| Stepping ~*~*~tactically~*~*~ (outnumbered).
  8047 | D:7      | 8047 ||| Stepping ~*~*~tactically~*~*~ (outnumbered).
  8049 | D:7      | 8049 ||| Stepping ~*~*~tactically~*~*~ (outnumbered).
  8051 | D:7      | 8051 ||| Stepping ~*~*~tactically~*~*~ (outnumbered).
  8053 | D:7      | 8053 ||| Stepping ~*~*~tactically~*~*~ (outnumbered).
  8055 | D:7      | 8055 ||| Stepping ~*~*~tactically~*~*~ (outnumbered).
  8057 | D:7      | 8057 ||| Stepping ~*~*~tactically~*~*~ (outnumbered).
  8059 | D:7      | 8059 ||| Stepping ~*~*~tactically~*~*~ (outnumbered).
  8061 | D:7      | 8061 ||| Stepping ~*~*~tactically~*~*~ (outnumbered).
  8063 | D:7      | 8063 ||| Stepping ~*~*~tactically~*~*~ (outnumbered).
  8065 | D:7      | 8065 ||| Stepping ~*~*~tactically~*~*~ (outnumbered).
  8067 | D:7      | 8067 ||| Stepping ~*~*~tactically~*~*~ (outnumbered).
  8069 | D:7      | 8069 ||| Stepping ~*~*~tactically~*~*~ (outnumbered).
  8071 | D:7      | 8071 ||| Stepping ~*~*~tactically~*~*~ (outnumbered).
  8073 | D:7      | 8073 ||| Stepping ~*~*~tactically~*~*~ (outnumbered).
  8075 | D:7      | 8075 ||| Stepping ~*~*~tactically~*~*~ (outnumbered).
  8077 | D:7      | 8077 ||| Stepping ~*~*~tactically~*~*~ (outnumbered).
  8079 | D:7      | 8079 ||| Stepping ~*~*~tactically~*~*~ (outnumbered).
  8081 | D:7      | 8081 ||| Stepping ~*~*~tactically~*~*~ (outnumbered).
  8083 | D:7      | 8083 ||| Stepping ~*~*~tactically~*~*~ (outnumbered).
  8085 | D:7      | 8085 ||| Stepping ~*~*~tactically~*~*~ (outnumbered).
  8087 | D:7      | 8087 ||| Stepping ~*~*~tactically~*~*~ (outnumbered).
  8089 | D:7      | 8089 ||| Stepping ~*~*~tactically~*~*~ (outnumbered).
  8091 | D:7      | 8091 ||| Stepping ~*~*~tactically~*~*~ (outnumbered).
  8093 | D:7      | 8093 ||| Stepping ~*~*~tactically~*~*~ (outnumbered).
  8095 | D:7      | 8095 ||| Stepping ~*~*~tactically~*~*~ (outnumbered).
  8097 | D:7      | 8097 ||| Stepping ~*~*~tactically~*~*~ (outnumbered).
  8099 | D:7      | 8099 ||| Stepping ~*~*~tactically~*~*~ (outnumbered).
  8101 | D:7      | 8101 ||| Stepping ~*~*~tactically~*~*~ (outnumbered).
  8103 | D:7      | 8103 ||| Stepping ~*~*~tactically~*~*~ (outnumbered).
  8105 | D:7      | 8105 ||| Stepping ~*~*~tactically~*~*~ (outnumbered).
  8107 | D:7      | 8107 ||| Stepping ~*~*~tactically~*~*~ (outnumbered).
  8109 | D:7      | 8109 ||| Stepping ~*~*~tactically~*~*~ (outnumbered).
  8111 | D:7      | 8111 ||| Stepping ~*~*~tactically~*~*~ (outnumbered).
  8113 | D:7      | 8113 ||| Stepping ~*~*~tactically~*~*~ (outnumbered).
  8115 | D:7      | 8115 ||| Stepping ~*~*~tactically~*~*~ (outnumbered).
  8117 | D:7      | 8117 ||| Stepping ~*~*~tactically~*~*~ (outnumbered).
  8119 | D:7      | 8119 ||| Stepping ~*~*~tactically~*~*~ (outnumbered).
  8121 | D:7      | 8121 ||| Stepping ~*~*~tactically~*~*~ (outnumbered).
  8123 | D:7      | 8123 ||| Stepping ~*~*~tactically~*~*~ (outnumbered).
  8125 | D:7      | 8125 ||| Stepping ~*~*~tactically~*~*~ (outnumbered).
  8127 | D:7      | 8127 ||| Stepping ~*~*~tactically~*~*~ (outnumbered).
  8129 | D:7      | 8129 ||| Stepping ~*~*~tactically~*~*~ (outnumbered).
  8131 | D:7      | 8131 ||| Stepping ~*~*~tactically~*~*~ (outnumbered).
  8133 | D:7      | 8133 ||| Stepping ~*~*~tactically~*~*~ (outnumbered).
  8135 | D:7      | 8135 ||| Stepping ~*~*~tactically~*~*~ (outnumbered).
  8137 | D:7      | 8137 ||| Stepping ~*~*~tactically~*~*~ (outnumbered).
  8139 | D:7      | 8139 ||| Stepping ~*~*~tactically~*~*~ (outnumbered).
  8141 | D:7      | 8141 ||| Stepping ~*~*~tactically~*~*~ (outnumbered).
  8143 | D:7      | 8143 ||| Stepping ~*~*~tactically~*~*~ (outnumbered).
  8145 | D:7      | 8145 ||| Stepping ~*~*~tactically~*~*~ (outnumbered).
  8147 | D:7      | 8147 ||| Stepping ~*~*~tactically~*~*~ (outnumbered).
  8149 | D:7      | 8149 ||| Stepping ~*~*~tactically~*~*~ (outnumbered).
  8151 | D:7      | 8151 ||| Stepping ~*~*~tactically~*~*~ (outnumbered).
  8153 | D:7      | 8153 ||| Stepping ~*~*~tactically~*~*~ (outnumbered).
  8155 | D:7      | 8155 ||| Stepping ~*~*~tactically~*~*~ (outnumbered).
  8157 | D:7      | 8157 ||| Stepping ~*~*~tactically~*~*~ (outnumbered).
  8159 | D:7      | 8159 ||| Stepping ~*~*~tactically~*~*~ (outnumbered).
  8161 | D:7      | 8161 ||| Stepping ~*~*~tactically~*~*~ (outnumbered).
  8163 | D:7      | 8163 ||| Stepping ~*~*~tactically~*~*~ (outnumbered).
  8165 | D:7      | 8165 ||| Stepping ~*~*~tactically~*~*~ (outnumbered).
  8167 | D:7      | 8167 ||| Stepping ~*~*~tactically~*~*~ (outnumbered).
  8169 | D:7      | 8169 ||| Stepping ~*~*~tactically~*~*~ (outnumbered).
  8171 | D:7      | 8171 ||| Stepping ~*~*~tactically~*~*~ (outnumbered).
  8173 | D:7      | 8173 ||| Stepping ~*~*~tactically~*~*~ (outnumbered).
  8175 | D:7      | 8175 ||| Stepping ~*~*~tactically~*~*~ (outnumbered).
  8177 | D:7      | 8177 ||| Stepping ~*~*~tactically~*~*~ (outnumbered).
  8179 | D:7      | 8179 ||| Stepping ~*~*~tactically~*~*~ (outnumbered).
  8181 | D:7      | 8181 ||| Stepping ~*~*~tactically~*~*~ (outnumbered).
  8183 | D:7      | 8183 ||| Stepping ~*~*~tactically~*~*~ (outnumbered).
  8185 | D:7      | 8185 ||| Stepping ~*~*~tactically~*~*~ (outnumbered).
  8187 | D:7      | 8187 ||| Stepping ~*~*~tactically~*~*~ (outnumbered).
  8189 | D:7      | 8189 ||| Stepping ~*~*~tactically~*~*~ (outnumbered).
  8191 | D:7      | 8191 ||| Stepping ~*~*~tactically~*~*~ (outnumbered).
  8193 | D:7      | 8193 ||| Stepping ~*~*~tactically~*~*~ (outnumbered).
  8195 | D:7      | 8195 ||| Stepping ~*~*~tactically~*~*~ (outnumbered).
  8197 | D:7      | 8197 ||| Stepping ~*~*~tactically~*~*~ (outnumbered).
  8199 | D:7      | 8199 ||| Stepping ~*~*~tactically~*~*~ (outnumbered).
  8201 | D:7      | 8201 ||| Stepping ~*~*~tactically~*~*~ (outnumbered).
  8203 | D:7      | 8203 ||| Stepping ~*~*~tactically~*~*~ (outnumbered).
  8205 | D:7      | 8205 ||| Stepping ~*~*~tactically~*~*~ (outnumbered).
  8207 | D:7      | 8207 ||| Stepping ~*~*~tactically~*~*~ (outnumbered).
  8209 | D:7      | 8209 ||| Stepping ~*~*~tactically~*~*~ (outnumbered).
  8211 | D:7      | 8211 ||| Stepping ~*~*~tactically~*~*~ (outnumbered).
  8213 | D:7      | 8213 ||| Stepping ~*~*~tactically~*~*~ (outnumbered).
  8215 | D:7      | 8215 ||| Stepping ~*~*~tactically~*~*~ (outnumbered).
  8217 | D:7      | 8217 ||| Stepping ~*~*~tactically~*~*~ (outnumbered).
  8219 | D:7      | 8219 ||| Stepping ~*~*~tactically~*~*~ (outnumbered).
  8221 | D:7      | 8221 ||| Stepping ~*~*~tactically~*~*~ (outnumbered).
  8223 | D:7      | 8223 ||| Stepping ~*~*~tactically~*~*~ (outnumbered).
  8225 | D:7      | 8225 ||| Stepping ~*~*~tactically~*~*~ (outnumbered).
  8227 | D:7      | 8227 ||| Stepping ~*~*~tactically~*~*~ (outnumbered).
  8229 | D:7      | 8229 ||| Stepping ~*~*~tactically~*~*~ (outnumbered).
  8231 | D:7      | 8231 ||| Stepping ~*~*~tactically~*~*~ (outnumbered).
  8233 | D:7      | 8233 ||| Stepping ~*~*~tactically~*~*~ (outnumbered).
  8235 | D:7      | 8235 ||| Stepping ~*~*~tactically~*~*~ (outnumbered).
  8237 | D:7      | 8237 ||| Stepping ~*~*~tactically~*~*~ (outnumbered).
  8239 | D:7      | 8239 ||| Stepping ~*~*~tactically~*~*~ (outnumbered).
  8241 | D:7      | 8241 ||| Stepping ~*~*~tactically~*~*~ (outnumbered).
  8243 | D:7      | 8243 ||| Stepping ~*~*~tactically~*~*~ (outnumbered).
  8245 | D:7      | 8245 ||| Stepping ~*~*~tactically~*~*~ (outnumbered).
  8247 | D:7      | 8247 ||| Stepping ~*~*~tactically~*~*~ (outnumbered).
  8249 | D:7      | 8249 ||| Stepping ~*~*~tactically~*~*~ (outnumbered).
  8251 | D:7      | 8251 ||| Stepping ~*~*~tactically~*~*~ (outnumbered).
  8253 | D:7      | 8253 ||| Stepping ~*~*~tactically~*~*~ (outnumbered).
  8255 | D:7      | 8255 ||| Stepping ~*~*~tactically~*~*~ (outnumbered).
  8257 | D:7      | 8257 ||| Stepping ~*~*~tactically~*~*~ (outnumbered).
  8259 | D:7      | 8259 ||| Stepping ~*~*~tactically~*~*~ (outnumbered).
  8261 | D:7      | 8261 ||| Stepping ~*~*~tactically~*~*~ (outnumbered).
  8263 | D:7      | 8263 ||| Stepping ~*~*~tactically~*~*~ (outnumbered).
  8265 | D:7      | 8265 ||| Stepping ~*~*~tactically~*~*~ (outnumbered).
  8267 | D:7      | 8267 ||| Stepping ~*~*~tactically~*~*~ (outnumbered).
  8269 | D:7      | 8269 ||| Stepping ~*~*~tactically~*~*~ (outnumbered).
  8271 | D:7      | 8271 ||| Stepping ~*~*~tactically~*~*~ (outnumbered).
  8273 | D:7      | 8273 ||| Stepping ~*~*~tactically~*~*~ (outnumbered).
  8275 | D:7      | 8275 ||| Stepping ~*~*~tactically~*~*~ (outnumbered).
  8277 | D:7      | 8277 ||| Stepping ~*~*~tactically~*~*~ (outnumbered).
  8279 | D:7      | 8279 ||| Stepping ~*~*~tactically~*~*~ (outnumbered).
  8281 | D:7      | 8281 ||| Stepping ~*~*~tactically~*~*~ (outnumbered).
  8283 | D:7      | 8283 ||| Stepping ~*~*~tactically~*~*~ (outnumbered).
  8285 | D:7      | 8285 ||| Stepping ~*~*~tactically~*~*~ (outnumbered).
  8287 | D:7      | 8287 ||| Stepping ~*~*~tactically~*~*~ (outnumbered).
  8289 | D:7      | 8289 ||| Stepping ~*~*~tactically~*~*~ (outnumbered).
  8291 | D:7      | 8291 ||| Stepping ~*~*~tactically~*~*~ (outnumbered).
  8293 | D:7      | 8293 ||| Stepping ~*~*~tactically~*~*~ (outnumbered).
  8295 | D:7      | 8295 ||| Stepping ~*~*~tactically~*~*~ (outnumbered).
  8297 | D:7      | 8297 ||| Stepping ~*~*~tactically~*~*~ (outnumbered).
  8299 | D:7      | 8299 ||| Stepping ~*~*~tactically~*~*~ (outnumbered).
  8301 | D:7      | 8301 ||| Stepping ~*~*~tactically~*~*~ (outnumbered).
  8303 | D:7      | 8303 ||| Stepping ~*~*~tactically~*~*~ (outnumbered).
  8305 | D:7      | 8305 ||| Stepping ~*~*~tactically~*~*~ (outnumbered).
  8307 | D:7      | 8307 ||| Stepping ~*~*~tactically~*~*~ (outnumbered).
  8309 | D:7      | 8309 ||| Stepping ~*~*~tactically~*~*~ (outnumbered).
  8311 | D:7      | 8311 ||| Stepping ~*~*~tactically~*~*~ (outnumbered).
  8313 | D:7      | 8313 ||| Stepping ~*~*~tactically~*~*~ (outnumbered).
  8315 | D:7      | 8315 ||| Stepping ~*~*~tactically~*~*~ (outnumbered).
  8317 | D:7      | 8317 ||| Stepping ~*~*~tactically~*~*~ (outnumbered).
  8319 | D:7      | 8319 ||| Stepping ~*~*~tactically~*~*~ (outnumbered).
  8321 | D:7      | 8321 ||| Stepping ~*~*~tactically~*~*~ (outnumbered).
  8323 | D:7      | 8323 ||| Stepping ~*~*~tactically~*~*~ (outnumbered).
  8325 | D:7      | 8325 ||| Stepping ~*~*~tactically~*~*~ (outnumbered).
  8327 | D:7      | 8327 ||| Stepping ~*~*~tactically~*~*~ (outnumbered).
  8329 | D:7      | 8329 ||| Stepping ~*~*~tactically~*~*~ (outnumbered).
  8331 | D:7      | 8331 ||| Stepping ~*~*~tactically~*~*~ (outnumbered).
  8333 | D:7      | 8333 ||| Stepping ~*~*~tactically~*~*~ (outnumbered).
  8335 | D:7      | 8335 ||| Stepping ~*~*~tactically~*~*~ (outnumbered).
  8337 | D:7      | 8337 ||| Stepping ~*~*~tactically~*~*~ (outnumbered).
  8339 | D:7      | 8339 ||| Stepping ~*~*~tactically~*~*~ (outnumbered).
  8341 | D:7      | 8341 ||| Stepping ~*~*~tactically~*~*~ (outnumbered).
  8343 | D:7      | 8343 ||| Stepping ~*~*~tactically~*~*~ (outnumbered).
  8345 | D:7      | 8345 ||| Stepping ~*~*~tactically~*~*~ (outnumbered).
  8347 | D:7      | 8347 ||| Stepping ~*~*~tactically~*~*~ (outnumbered).
  8349 | D:7      | 8349 ||| Stepping ~*~*~tactically~*~*~ (outnumbered).
  8351 | D:7      | 8351 ||| Stepping ~*~*~tactically~*~*~ (outnumbered).
  8353 | D:7      | 8353 ||| Stepping ~*~*~tactically~*~*~ (outnumbered).
  8355 | D:7      | 8355 ||| Stepping ~*~*~tactically~*~*~ (outnumbered).
  8357 | D:7      | 8357 ||| Stepping ~*~*~tactically~*~*~ (outnumbered).
  8359 | D:7      | 8359 ||| Stepping ~*~*~tactically~*~*~ (outnumbered).
  8361 | D:7      | 8361 ||| Stepping ~*~*~tactically~*~*~ (outnumbered).
  8363 | D:7      | 8363 ||| Stepping ~*~*~tactically~*~*~ (outnumbered).
  8365 | D:7      | 8365 ||| Stepping ~*~*~tactically~*~*~ (outnumbered).
  8367 | D:7      | 8367 ||| Stepping ~*~*~tactically~*~*~ (outnumbered).
  8369 | D:7      | 8369 ||| Stepping ~*~*~tactically~*~*~ (outnumbered).
  8371 | D:7      | 8371 ||| Stepping ~*~*~tactically~*~*~ (outnumbered).
  8373 | D:7      | 8373 ||| Stepping ~*~*~tactically~*~*~ (outnumbered).
  8375 | D:7      | 8375 ||| Stepping ~*~*~tactically~*~*~ (outnumbered).
  8377 | D:7      | 8377 ||| Stepping ~*~*~tactically~*~*~ (outnumbered).
  8379 | D:7      | 8379 ||| Stepping ~*~*~tactically~*~*~ (outnumbered).
  8381 | D:7      | 8381 ||| Stepping ~*~*~tactically~*~*~ (outnumbered).
  8383 | D:7      | 8383 ||| Stepping ~*~*~tactically~*~*~ (outnumbered).
  8385 | D:7      | 8385 ||| Stepping ~*~*~tactically~*~*~ (outnumbered).
  8387 | D:7      | 8387 ||| Stepping ~*~*~tactically~*~*~ (outnumbered).
  8389 | D:7      | 8389 ||| Stepping ~*~*~tactically~*~*~ (outnumbered).
  8391 | D:7      | 8391 ||| Stepping ~*~*~tactically~*~*~ (outnumbered).
  8393 | D:7      | 8393 ||| Stepping ~*~*~tactically~*~*~ (outnumbered).
  8395 | D:7      | 8395 ||| Stepping ~*~*~tactically~*~*~ (outnumbered).
  8397 | D:7      | 8397 ||| Stepping ~*~*~tactically~*~*~ (outnumbered).
  8399 | D:7      | 8399 ||| Stepping ~*~*~tactically~*~*~ (outnumbered).
  8401 | D:7      | 8401 ||| Stepping ~*~*~tactically~*~*~ (outnumbered).
  8403 | D:7      | 8403 ||| Stepping ~*~*~tactically~*~*~ (outnumbered).
  8405 | D:7      | 8405 ||| Stepping ~*~*~tactically~*~*~ (outnumbered).
  8407 | D:7      | 8407 ||| Stepping ~*~*~tactically~*~*~ (outnumbered).
  8409 | D:7      | 8409 ||| Stepping ~*~*~tactically~*~*~ (outnumbered).
  8411 | D:7      | 8411 ||| Stepping ~*~*~tactically~*~*~ (outnumbered).
  8413 | D:7      | 8413 ||| Stepping ~*~*~tactically~*~*~ (outnumbered).
  8415 | D:7      | 8415 ||| Stepping ~*~*~tactically~*~*~ (outnumbered).
  8417 | D:7      | 8417 ||| Stepping ~*~*~tactically~*~*~ (outnumbered).
  8419 | D:7      | 8419 ||| Stepping ~*~*~tactically~*~*~ (outnumbered).
  8421 | D:7      | 8421 ||| Stepping ~*~*~tactically~*~*~ (outnumbered).
  8423 | D:7      | 8423 ||| Stepping ~*~*~tactically~*~*~ (outnumbered).
  8425 | D:7      | 8425 ||| Stepping ~*~*~tactically~*~*~ (outnumbered).
  8427 | D:7      | 8427 ||| Stepping ~*~*~tactically~*~*~ (outnumbered).
  8429 | D:7      | 8429 ||| Stepping ~*~*~tactically~*~*~ (outnumbered).
  8431 | D:7      | 8431 ||| Stepping ~*~*~tactically~*~*~ (outnumbered).
  8433 | D:7      | 8433 ||| Stepping ~*~*~tactically~*~*~ (outnumbered).
  8435 | D:7      | 8435 ||| Stepping ~*~*~tactically~*~*~ (outnumbered).
  8437 | D:7      | 8437 ||| Stepping ~*~*~tactically~*~*~ (outnumbered).
  8439 | D:7      | 8439 ||| Stepping ~*~*~tactically~*~*~ (outnumbered).
  8441 | D:7      | 8441 ||| Stepping ~*~*~tactically~*~*~ (outnumbered).
  8443 | D:7      | 8443 ||| Stepping ~*~*~tactically~*~*~ (outnumbered).
  8445 | D:7      | 8445 ||| Stepping ~*~*~tactically~*~*~ (outnumbered).
  8447 | D:7      | 8447 ||| Stepping ~*~*~tactically~*~*~ (outnumbered).
  8449 | D:7      | 8449 ||| Stepping ~*~*~tactically~*~*~ (outnumbered).
  8451 | D:7      | 8451 ||| Stepping ~*~*~tactically~*~*~ (outnumbered).
  8453 | D:7      | 8453 ||| Stepping ~*~*~tactically~*~*~ (outnumbered).
  8455 | D:7      | 8455 ||| Stepping ~*~*~tactically~*~*~ (outnumbered).
  8457 | D:7      | 8457 ||| Stepping ~*~*~tactically~*~*~ (outnumbered).
  8459 | D:7      | 8459 ||| Stepping ~*~*~tactically~*~*~ (outnumbered).
  8461 | D:7      | 8461 ||| Stepping ~*~*~tactically~*~*~ (outnumbered).
  8463 | D:7      | 8463 ||| Stepping ~*~*~tactically~*~*~ (outnumbered).
  8465 | D:7      | 8465 ||| Stepping ~*~*~tactically~*~*~ (outnumbered).
  8467 | D:7      | 8467 ||| Stepping ~*~*~tactically~*~*~ (outnumbered).
  8469 | D:7      | 8469 ||| Stepping ~*~*~tactically~*~*~ (outnumbered).
  8471 | D:7      | 8471 ||| Stepping ~*~*~tactically~*~*~ (outnumbered).
  8473 | D:7      | 8473 ||| Stepping ~*~*~tactically~*~*~ (outnumbered).
  8475 | D:7      | 8475 ||| Stepping ~*~*~tactically~*~*~ (outnumbered).
  8477 | D:7      | 8477 ||| Stepping ~*~*~tactically~*~*~ (outnumbered).
  8479 | D:7      | 8479 ||| Stepping ~*~*~tactically~*~*~ (outnumbered).
  8481 | D:7      | 8481 ||| Stepping ~*~*~tactically~*~*~ (outnumbered).
  8483 | D:7      | 8483 ||| Stepping ~*~*~tactically~*~*~ (outnumbered).
  8485 | D:7      | 8485 ||| Stepping ~*~*~tactically~*~*~ (outnumbered).
  8487 | D:7      | 8487 ||| Stepping ~*~*~tactically~*~*~ (outnumbered).
  8489 | D:7      | 8489 ||| Stepping ~*~*~tactically~*~*~ (outnumbered).
  8491 | D:7      | 8491 ||| Stepping ~*~*~tactically~*~*~ (outnumbered).
  8493 | D:7      | 8493 ||| Stepping ~*~*~tactically~*~*~ (outnumbered).
  8495 | D:7      | 8495 ||| Stepping ~*~*~tactically~*~*~ (outnumbered).
  8497 | D:7      | 8497 ||| Stepping ~*~*~tactically~*~*~ (outnumbered).
  8499 | D:7      | 8499 ||| Stepping ~*~*~tactically~*~*~ (outnumbered).
  8501 | D:7      | 8501 ||| Stepping ~*~*~tactically~*~*~ (outnumbered).
  8503 | D:7      | 8503 ||| Stepping ~*~*~tactically~*~*~ (outnumbered).
  8505 | D:7      | 8505 ||| Stepping ~*~*~tactically~*~*~ (outnumbered).
  8507 | D:7      | 8507 ||| Stepping ~*~*~tactically~*~*~ (outnumbered).
  8509 | D:7      | 8509 ||| Stepping ~*~*~tactically~*~*~ (outnumbered).
  8511 | D:7      | 8511 ||| Stepping ~*~*~tactically~*~*~ (outnumbered).
  8513 | D:7      | 8513 ||| Stepping ~*~*~tactically~*~*~ (outnumbered).
  8515 | D:7      | 8515 ||| Stepping ~*~*~tactically~*~*~ (outnumbered).
  8517 | D:7      | 8517 ||| Stepping ~*~*~tactically~*~*~ (outnumbered).
  8519 | D:7      | 8519 ||| Stepping ~*~*~tactically~*~*~ (outnumbered).
  8521 | D:7      | 8521 ||| Stepping ~*~*~tactically~*~*~ (outnumbered).
  8523 | D:7      | 8523 ||| Stepping ~*~*~tactically~*~*~ (outnumbered).
  8525 | D:7      | 8525 ||| Stepping ~*~*~tactically~*~*~ (outnumbered).
  8527 | D:7      | 8527 ||| Stepping ~*~*~tactically~*~*~ (outnumbered).
  8529 | D:7      | 8529 ||| Stepping ~*~*~tactically~*~*~ (outnumbered).
  8531 | D:7      | 8531 ||| Stepping ~*~*~tactically~*~*~ (outnumbered).
  8533 | D:7      | 8533 ||| Stepping ~*~*~tactically~*~*~ (outnumbered).
  8535 | D:7      | 8535 ||| Stepping ~*~*~tactically~*~*~ (outnumbered).
  8537 | D:7      | 8537 ||| Stepping ~*~*~tactically~*~*~ (outnumbered).
  8539 | D:7      | 8539 ||| Stepping ~*~*~tactically~*~*~ (outnumbered).
  8541 | D:7      | 8541 ||| Stepping ~*~*~tactically~*~*~ (outnumbered).
  8543 | D:7      | 8543 ||| Stepping ~*~*~tactically~*~*~ (outnumbered).
  8545 | D:7      | 8545 ||| Stepping ~*~*~tactically~*~*~ (outnumbered).
  8547 | D:7      | 8547 ||| Stepping ~*~*~tactically~*~*~ (outnumbered).
  8549 | D:7      | 8549 ||| Stepping ~*~*~tactically~*~*~ (outnumbered).
  8551 | D:7      | 8551 ||| Stepping ~*~*~tactically~*~*~ (outnumbered).
  8553 | D:7      | 8553 ||| Stepping ~*~*~tactically~*~*~ (outnumbered).
  8555 | D:7      | 8555 ||| Stepping ~*~*~tactically~*~*~ (outnumbered).
  8557 | D:7      | 8557 ||| Stepping ~*~*~tactically~*~*~ (outnumbered).
  8559 | D:7      | 8559 ||| Stepping ~*~*~tactically~*~*~ (outnumbered).
  8561 | D:7      | 8561 ||| Stepping ~*~*~tactically~*~*~ (outnumbered).
  8563 | D:7      | 8563 ||| Stepping ~*~*~tactically~*~*~ (outnumbered).
  8565 | D:7      | 8565 ||| Stepping ~*~*~tactically~*~*~ (outnumbered).
  8567 | D:7      | 8567 ||| Stepping ~*~*~tactically~*~*~ (outnumbered).
  8569 | D:7      | 8569 ||| Stepping ~*~*~tactically~*~*~ (outnumbered).
  8571 | D:7      | 8571 ||| Stepping ~*~*~tactically~*~*~ (outnumbered).
  8573 | D:7      | 8573 ||| Stepping ~*~*~tactically~*~*~ (outnumbered).
  8575 | D:7      | 8575 ||| Stepping ~*~*~tactically~*~*~ (outnumbered).
  8577 | D:7      | 8577 ||| Stepping ~*~*~tactically~*~*~ (outnumbered).
  8579 | D:7      | 8579 ||| Stepping ~*~*~tactically~*~*~ (outnumbered).
  8581 | D:7      | 8581 ||| Stepping ~*~*~tactically~*~*~ (outnumbered).
  8583 | D:7      | 8583 ||| Stepping ~*~*~tactically~*~*~ (outnumbered).
  8585 | D:7      | 8585 ||| Stepping ~*~*~tactically~*~*~ (outnumbered).
  8587 | D:7      | 8587 ||| Stepping ~*~*~tactically~*~*~ (outnumbered).
  8589 | D:7      | 8589 ||| Stepping ~*~*~tactically~*~*~ (outnumbered).
  8591 | D:7      | 8591 ||| Stepping ~*~*~tactically~*~*~ (outnumbered).
  8593 | D:7      | 8593 ||| Stepping ~*~*~tactically~*~*~ (outnumbered).
  8595 | D:7      | 8595 ||| Stepping ~*~*~tactically~*~*~ (outnumbered).
  8597 | D:7      | 8597 ||| Stepping ~*~*~tactically~*~*~ (outnumbered).
  8599 | D:7      | 8599 ||| Stepping ~*~*~tactically~*~*~ (outnumbered).
  8601 | D:7      | 8601 ||| Stepping ~*~*~tactically~*~*~ (outnumbered).
  8603 | D:7      | 8603 ||| Stepping ~*~*~tactically~*~*~ (outnumbered).
  8605 | D:7      | 8605 ||| Stepping ~*~*~tactically~*~*~ (outnumbered).
  8607 | D:7      | 8607 ||| Stepping ~*~*~tactically~*~*~ (outnumbered).
  8609 | D:7      | 8609 ||| Stepping ~*~*~tactically~*~*~ (outnumbered).
  8611 | D:7      | 8611 ||| Stepping ~*~*~tactically~*~*~ (outnumbered).
  8613 | D:7      | 8613 ||| Stepping ~*~*~tactically~*~*~ (outnumbered).
  8615 | D:7      | 8615 ||| Stepping ~*~*~tactically~*~*~ (outnumbered).
  8617 | D:7      | 8617 ||| Stepping ~*~*~tactically~*~*~ (outnumbered).
  8619 | D:7      | 8619 ||| Stepping ~*~*~tactically~*~*~ (outnumbered).
  8621 | D:7      | 8621 ||| Stepping ~*~*~tactically~*~*~ (outnumbered).
  8623 | D:7      | 8623 ||| Stepping ~*~*~tactically~*~*~ (outnumbered).
  8625 | D:7      | 8625 ||| Stepping ~*~*~tactically~*~*~ (outnumbered).
  8627 | D:7      | 8627 ||| Stepping ~*~*~tactically~*~*~ (outnumbered).
  8629 | D:7      | 8629 ||| Stepping ~*~*~tactically~*~*~ (outnumbered).
  8631 | D:7      | 8631 ||| Stepping ~*~*~tactically~*~*~ (outnumbered).
  8633 | D:7      | 8633 ||| Stepping ~*~*~tactically~*~*~ (outnumbered).
  8635 | D:7      | 8635 ||| Stepping ~*~*~tactically~*~*~ (outnumbered).
  8637 | D:7      | 8637 ||| Stepping ~*~*~tactically~*~*~ (outnumbered).
  8639 | D:7      | 8639 ||| Stepping ~*~*~tactically~*~*~ (outnumbered).
  8641 | D:7      | 8641 ||| Stepping ~*~*~tactically~*~*~ (outnumbered).
  8643 | D:7      | 8643 ||| Stepping ~*~*~tactically~*~*~ (outnumbered).
  8645 | D:7      | 8645 ||| Stepping ~*~*~tactically~*~*~ (outnumbered).
  8647 | D:7      | 8647 ||| Stepping ~*~*~tactically~*~*~ (outnumbered).
  8649 | D:7      | 8649 ||| Stepping ~*~*~tactically~*~*~ (outnumbered).
  8651 | D:7      | 8651 ||| Stepping ~*~*~tactically~*~*~ (outnumbered).
  8653 | D:7      | 8653 ||| Stepping ~*~*~tactically~*~*~ (outnumbered).
  8655 | D:7      | 8655 ||| Stepping ~*~*~tactically~*~*~ (outnumbered).
  8657 | D:7      | 8657 ||| Stepping ~*~*~tactically~*~*~ (outnumbered).
  8659 | D:7      | 8659 ||| Stepping ~*~*~tactically~*~*~ (outnumbered).
  8661 | D:7      | 8661 ||| Stepping ~*~*~tactically~*~*~ (outnumbered).
  8663 | D:7      | 8663 ||| Stepping ~*~*~tactically~*~*~ (outnumbered).
  8665 | D:7      | 8665 ||| Stepping ~*~*~tactically~*~*~ (outnumbered).
  8667 | D:7      | 8667 ||| Stepping ~*~*~tactically~*~*~ (outnumbered).
  8669 | D:7      | 8669 ||| Stepping ~*~*~tactically~*~*~ (outnumbered).
  8671 | D:7      | 8671 ||| Stepping ~*~*~tactically~*~*~ (outnumbered).
  8673 | D:7      | 8673 ||| Stepping ~*~*~tactically~*~*~ (outnumbered).
  8675 | D:7      | 8675 ||| Stepping ~*~*~tactically~*~*~ (outnumbered).
  8677 | D:7      | 8677 ||| Stepping ~*~*~tactically~*~*~ (outnumbered).
  8679 | D:7      | 8679 ||| Stepping ~*~*~tactically~*~*~ (outnumbered).
  8681 | D:7      | 8681 ||| Stepping ~*~*~tactically~*~*~ (outnumbered).
  8683 | D:7      | 8683 ||| Stepping ~*~*~tactically~*~*~ (outnumbered).
  8685 | D:7      | 8685 ||| Stepping ~*~*~tactically~*~*~ (outnumbered).
  8687 | D:7      | 8687 ||| Stepping ~*~*~tactically~*~*~ (outnumbered).
  8689 | D:7      | 8689 ||| Stepping ~*~*~tactically~*~*~ (outnumbered).
  8691 | D:7      | 8691 ||| Stepping ~*~*~tactically~*~*~ (outnumbered).
  8693 | D:7      | 8693 ||| Stepping ~*~*~tactically~*~*~ (outnumbered).
  8695 | D:7      | 8695 ||| Stepping ~*~*~tactically~*~*~ (outnumbered).
  8697 | D:7      | 8697 ||| Stepping ~*~*~tactically~*~*~ (outnumbered).
  8699 | D:7      | 8699 ||| Stepping ~*~*~tactically~*~*~ (outnumbered).
  8701 | D:7      | 8701 ||| Stepping ~*~*~tactically~*~*~ (outnumbered).
  8703 | D:7      | 8703 ||| Stepping ~*~*~tactically~*~*~ (outnumbered).
  8705 | D:7      | 8705 ||| Stepping ~*~*~tactically~*~*~ (outnumbered).
  8707 | D:7      | 8707 ||| Stepping ~*~*~tactically~*~*~ (outnumbered).
  8709 | D:7      | 8709 ||| Stepping ~*~*~tactically~*~*~ (outnumbered).
  8711 | D:7      | 8711 ||| Stepping ~*~*~tactically~*~*~ (outnumbered).
  8713 | D:7      | 8713 ||| Stepping ~*~*~tactically~*~*~ (outnumbered).
  8715 | D:7      | 8715 ||| Stepping ~*~*~tactically~*~*~ (outnumbered).
  8717 | D:7      | 8717 ||| Stepping ~*~*~tactically~*~*~ (outnumbered).
  8719 | D:7      | 8719 ||| Stepping ~*~*~tactically~*~*~ (outnumbered).
  8721 | D:7      | 8721 ||| Stepping ~*~*~tactically~*~*~ (outnumbered).
  8723 | D:7      | 8723 ||| Stepping ~*~*~tactically~*~*~ (outnumbered).
  8725 | D:7      | 8725 ||| Stepping ~*~*~tactically~*~*~ (outnumbered).
  8727 | D:7      | 8727 ||| Stepping ~*~*~tactically~*~*~ (outnumbered).
  8729 | D:7      | 8729 ||| Stepping ~*~*~tactically~*~*~ (outnumbered).
  8731 | D:7      | 8731 ||| Stepping ~*~*~tactically~*~*~ (outnumbered).
  8733 | D:7      | 8733 ||| Stepping ~*~*~tactically~*~*~ (outnumbered).
  8735 | D:7      | 8735 ||| Stepping ~*~*~tactically~*~*~ (outnumbered).
  8737 | D:7      | 8737 ||| Stepping ~*~*~tactically~*~*~ (outnumbered).
  8739 | D:7      | 8739 ||| Stepping ~*~*~tactically~*~*~ (outnumbered).
  8741 | D:7      | 8741 ||| Stepping ~*~*~tactically~*~*~ (outnumbered).
  8743 | D:7      | 8743 ||| Stepping ~*~*~tactically~*~*~ (outnumbered).
  8745 | D:7      | 8745 ||| Stepping ~*~*~tactically~*~*~ (outnumbered).
  8747 | D:7      | 8747 ||| Stepping ~*~*~tactically~*~*~ (outnumbered).
  8749 | D:7      | 8749 ||| Stepping ~*~*~tactically~*~*~ (outnumbered).
  8751 | D:7      | 8751 ||| Stepping ~*~*~tactically~*~*~ (outnumbered).
  8753 | D:7      | 8753 ||| Stepping ~*~*~tactically~*~*~ (outnumbered).
  8755 | D:7      | 8755 ||| Stepping ~*~*~tactically~*~*~ (outnumbered).
  8757 | D:7      | 8757 ||| Stepping ~*~*~tactically~*~*~ (outnumbered).
  8759 | D:7      | 8759 ||| Stepping ~*~*~tactically~*~*~ (outnumbered).
  8761 | D:7      | 8761 ||| Stepping ~*~*~tactically~*~*~ (outnumbered).
  8763 | D:7      | 8763 ||| Stepping ~*~*~tactically~*~*~ (outnumbered).
  8765 | D:7      | 8765 ||| Stepping ~*~*~tactically~*~*~ (outnumbered).
  8767 | D:7      | 8767 ||| Stepping ~*~*~tactically~*~*~ (outnumbered).
  8769 | D:7      | 8769 ||| Stepping ~*~*~tactically~*~*~ (outnumbered).
  8771 | D:7      | 8771 ||| Stepping ~*~*~tactically~*~*~ (outnumbered).
  8773 | D:7      | 8773 ||| Stepping ~*~*~tactically~*~*~ (outnumbered).
  8775 | D:7      | 8775 ||| Stepping ~*~*~tactically~*~*~ (outnumbered).
  8777 | D:7      | 8777 ||| Stepping ~*~*~tactically~*~*~ (outnumbered).
  8779 | D:7      | 8779 ||| Stepping ~*~*~tactically~*~*~ (outnumbered).
  8781 | D:7      | 8781 ||| Stepping ~*~*~tactically~*~*~ (outnumbered).
  8783 | D:7      | 8783 ||| Stepping ~*~*~tactically~*~*~ (outnumbered).
  8785 | D:7      | 8785 ||| Stepping ~*~*~tactically~*~*~ (outnumbered).
  8787 | D:7      | 8787 ||| Stepping ~*~*~tactically~*~*~ (outnumbered).
  8789 | D:7      | 8789 ||| Stepping ~*~*~tactically~*~*~ (outnumbered).
  8791 | D:7      | 8791 ||| Stepping ~*~*~tactically~*~*~ (outnumbered).
  8793 | D:7      | 8793 ||| Stepping ~*~*~tactically~*~*~ (outnumbered).
  8795 | D:7      | 8795 ||| Stepping ~*~*~tactically~*~*~ (outnumbered).
  8797 | D:7      | 8797 ||| Stepping ~*~*~tactically~*~*~ (outnumbered).
  8799 | D:7      | 8799 ||| Stepping ~*~*~tactically~*~*~ (outnumbered).
  8801 | D:7      | 8801 ||| Stepping ~*~*~tactically~*~*~ (outnumbered).
  8803 | D:7      | 8803 ||| Stepping ~*~*~tactically~*~*~ (outnumbered).
  8805 | D:7      | 8805 ||| Stepping ~*~*~tactically~*~*~ (outnumbered).
  8807 | D:7      | 8807 ||| Stepping ~*~*~tactically~*~*~ (outnumbered).
  8809 | D:7      | 8809 ||| Stepping ~*~*~tactically~*~*~ (outnumbered).
  8811 | D:7      | 8811 ||| Stepping ~*~*~tactically~*~*~ (outnumbered).
  8813 | D:7      | 8813 ||| Stepping ~*~*~tactically~*~*~ (outnumbered).
  8815 | D:7      | 8815 ||| Stepping ~*~*~tactically~*~*~ (outnumbered).
  8817 | D:7      | 8817 ||| Stepping ~*~*~tactically~*~*~ (outnumbered).
  8819 | D:7      | 8819 ||| Stepping ~*~*~tactically~*~*~ (outnumbered).
  8821 | D:7      | 8821 ||| Stepping ~*~*~tactically~*~*~ (outnumbered).
  8823 | D:7      | 8823 ||| Stepping ~*~*~tactically~*~*~ (outnumbered).
  8825 | D:7      | 8825 ||| Stepping ~*~*~tactically~*~*~ (outnumbered).
  8827 | D:7      | 8827 ||| Stepping ~*~*~tactically~*~*~ (outnumbered).
  8829 | D:7      | 8829 ||| Stepping ~*~*~tactically~*~*~ (outnumbered).
  8831 | D:7      | 8831 ||| Stepping ~*~*~tactically~*~*~ (outnumbered).
  8833 | D:7      | 8833 ||| Stepping ~*~*~tactically~*~*~ (outnumbered).
  8835 | D:7      | 8835 ||| Stepping ~*~*~tactically~*~*~ (outnumbered).
  8837 | D:7      | 8837 ||| Stepping ~*~*~tactically~*~*~ (outnumbered).
  8839 | D:7      | 8839 ||| Stepping ~*~*~tactically~*~*~ (outnumbered).
  8841 | D:7      | 8841 ||| Stepping ~*~*~tactically~*~*~ (outnumbered).
  8843 | D:7      | 8843 ||| Stepping ~*~*~tactically~*~*~ (outnumbered).
  8845 | D:7      | 8845 ||| Stepping ~*~*~tactically~*~*~ (outnumbered).
  8847 | D:7      | 8847 ||| Stepping ~*~*~tactically~*~*~ (outnumbered).
  8849 | D:7      | 8849 ||| Stepping ~*~*~tactically~*~*~ (outnumbered).
  8851 | D:7      | 8851 ||| Stepping ~*~*~tactically~*~*~ (outnumbered).
  8853 | D:7      | 8853 ||| Stepping ~*~*~tactically~*~*~ (outnumbered).
  8855 | D:7      | 8855 ||| Stepping ~*~*~tactically~*~*~ (outnumbered).
  8857 | D:7      | 8857 ||| Stepping ~*~*~tactically~*~*~ (outnumbered).
  8859 | D:7      | 8859 ||| Stepping ~*~*~tactically~*~*~ (outnumbered).
  8861 | D:7      | 8861 ||| Stepping ~*~*~tactically~*~*~ (outnumbered).
  8863 | D:7      | 8863 ||| Stepping ~*~*~tactically~*~*~ (outnumbered).
  8865 | D:7      | 8865 ||| Stepping ~*~*~tactically~*~*~ (outnumbered).
  8867 | D:7      | 8867 ||| Stepping ~*~*~tactically~*~*~ (outnumbered).
  8869 | D:7      | 8869 ||| Stepping ~*~*~tactically~*~*~ (outnumbered).
  8871 | D:7      | 8871 ||| Stepping ~*~*~tactically~*~*~ (outnumbered).
  8873 | D:7      | 8873 ||| Stepping ~*~*~tactically~*~*~ (outnumbered).
  8875 | D:7      | 8875 ||| Stepping ~*~*~tactically~*~*~ (outnumbered).
  8877 | D:7      | 8877 ||| Stepping ~*~*~tactically~*~*~ (outnumbered).
  8879 | D:7      | 8879 ||| Stepping ~*~*~tactically~*~*~ (outnumbered).
  8881 | D:7      | 8881 ||| Stepping ~*~*~tactically~*~*~ (outnumbered).
  8883 | D:7      | 8883 ||| Stepping ~*~*~tactically~*~*~ (outnumbered).
  8885 | D:7      | 8885 ||| Stepping ~*~*~tactically~*~*~ (outnumbered).
  8887 | D:7      | 8887 ||| Stepping ~*~*~tactically~*~*~ (outnumbered).
  8889 | D:7      | 8889 ||| Stepping ~*~*~tactically~*~*~ (outnumbered).
  8891 | D:7      | 8891 ||| Stepping ~*~*~tactically~*~*~ (outnumbered).
  8893 | D:7      | 8893 ||| Stepping ~*~*~tactically~*~*~ (outnumbered).
  8895 | D:7      | 8895 ||| Stepping ~*~*~tactically~*~*~ (outnumbered).
  8897 | D:7      | 8897 ||| Stepping ~*~*~tactically~*~*~ (outnumbered).
  8899 | D:7      | 8899 ||| Stepping ~*~*~tactically~*~*~ (outnumbered).
  8901 | D:7      | 8901 ||| Stepping ~*~*~tactically~*~*~ (outnumbered).
  8903 | D:7      | 8903 ||| Stepping ~*~*~tactically~*~*~ (outnumbered).
  8905 | D:7      | 8905 ||| Stepping ~*~*~tactically~*~*~ (outnumbered).
  8907 | D:7      | 8907 ||| Stepping ~*~*~tactically~*~*~ (outnumbered).
  8909 | D:7      | 8909 ||| Stepping ~*~*~tactically~*~*~ (outnumbered).
  8911 | D:7      | 8911 ||| Stepping ~*~*~tactically~*~*~ (outnumbered).
  8913 | D:7      | 8913 ||| Stepping ~*~*~tactically~*~*~ (outnumbered).
  8915 | D:7      | 8915 ||| Stepping ~*~*~tactically~*~*~ (outnumbered).
  8917 | D:7      | 8917 ||| Stepping ~*~*~tactically~*~*~ (outnumbered).
  8919 | D:7      | 8919 ||| Stepping ~*~*~tactically~*~*~ (outnumbered).
  8921 | D:7      | 8921 ||| Stepping ~*~*~tactically~*~*~ (outnumbered).
  8923 | D:7      | 8923 ||| Stepping ~*~*~tactically~*~*~ (outnumbered).
  8925 | D:7      | 8925 ||| Stepping ~*~*~tactically~*~*~ (outnumbered).
  8927 | D:7      | 8927 ||| Stepping ~*~*~tactically~*~*~ (outnumbered).
  8929 | D:7      | 8929 ||| Stepping ~*~*~tactically~*~*~ (outnumbered).
  8931 | D:7      | 8931 ||| Stepping ~*~*~tactically~*~*~ (outnumbered).
  8933 | D:7      | 8933 ||| Stepping ~*~*~tactically~*~*~ (outnumbered).
  8935 | D:7      | 8935 ||| Stepping ~*~*~tactically~*~*~ (outnumbered).
  8937 | D:7      | 8937 ||| Stepping ~*~*~tactically~*~*~ (outnumbered).
  8939 | D:7      | 8939 ||| Stepping ~*~*~tactically~*~*~ (outnumbered).
  8941 | D:7      | 8941 ||| Stepping ~*~*~tactically~*~*~ (outnumbered).
  8943 | D:7      | 8943 ||| Stepping ~*~*~tactically~*~*~ (outnumbered).
  8945 | D:7      | 8945 ||| Stepping ~*~*~tactically~*~*~ (outnumbered).
  8947 | D:7      | 8947 ||| Stepping ~*~*~tactically~*~*~ (outnumbered).
  8949 | D:7      | 8949 ||| Stepping ~*~*~tactically~*~*~ (outnumbered).
  8951 | D:7      | 8951 ||| Stepping ~*~*~tactically~*~*~ (outnumbered).
  8953 | D:7      | 8953 ||| Stepping ~*~*~tactically~*~*~ (outnumbered).
  8955 | D:7      | 8955 ||| Stepping ~*~*~tactically~*~*~ (outnumbered).
  8957 | D:7      | 8957 ||| Stepping ~*~*~tactically~*~*~ (outnumbered).
  8959 | D:7      | 8959 ||| Stepping ~*~*~tactically~*~*~ (outnumbered).
  8961 | D:7      | 8961 ||| Stepping ~*~*~tactically~*~*~ (outnumbered).
  8963 | D:7      | 8963 ||| Stepping ~*~*~tactically~*~*~ (outnumbered).
  8965 | D:7      | 8965 ||| Stepping ~*~*~tactically~*~*~ (outnumbered).
  8967 | D:7      | 8967 ||| Stepping ~*~*~tactically~*~*~ (outnumbered).
  8969 | D:7      | 8969 ||| Stepping ~*~*~tactically~*~*~ (outnumbered).
  8971 | D:7      | 8971 ||| Stepping ~*~*~tactically~*~*~ (outnumbered).
  8973 | D:7      | 8973 ||| Stepping ~*~*~tactically~*~*~ (outnumbered).
  8975 | D:7      | 8975 ||| Stepping ~*~*~tactically~*~*~ (outnumbered).
  8977 | D:7      | 8977 ||| Stepping ~*~*~tactically~*~*~ (outnumbered).
  8979 | D:7      | 8979 ||| Stepping ~*~*~tactically~*~*~ (outnumbered).
  8981 | D:7      | 8981 ||| Stepping ~*~*~tactically~*~*~ (outnumbered).
  8983 | D:7      | 8983 ||| Stepping ~*~*~tactically~*~*~ (outnumbered).
  8985 | D:7      | 8985 ||| Stepping ~*~*~tactically~*~*~ (outnumbered).
  8987 | D:7      | 8987 ||| Stepping ~*~*~tactically~*~*~ (outnumbered).
  8989 | D:7      | 8989 ||| Stepping ~*~*~tactically~*~*~ (outnumbered).
  8991 | D:7      | 8991 ||| Stepping ~*~*~tactically~*~*~ (outnumbered).
  8993 | D:7      | 8993 ||| Stepping ~*~*~tactically~*~*~ (outnumbered).
  8995 | D:7      | 8995 ||| Stepping ~*~*~tactically~*~*~ (outnumbered).
  8997 | D:7      | 8997 ||| Stepping ~*~*~tactically~*~*~ (outnumbered).
  8999 | D:7      | 8999 ||| Stepping ~*~*~tactically~*~*~ (outnumbered).
  9001 | D:7      | 9001 ||| Stepping ~*~*~tactically~*~*~ (outnumbered).
  9003 | D:7      | 9003 ||| Stepping ~*~*~tactically~*~*~ (outnumbered).
  9005 | D:7      | 9005 ||| Stepping ~*~*~tactically~*~*~ (outnumbered).
  9007 | D:7      | 9007 ||| Stepping ~*~*~tactically~*~*~ (outnumbered).
  9009 | D:7      | 9009 ||| Stepping ~*~*~tactically~*~*~ (outnumbered).
  9011 | D:7      | 9011 ||| Stepping ~*~*~tactically~*~*~ (outnumbered).
  9013 | D:7      | 9013 ||| Stepping ~*~*~tactically~*~*~ (outnumbered).
  9015 | D:7      | 9015 ||| Stepping ~*~*~tactically~*~*~ (outnumbered).
  9017 | D:7      | 9017 ||| Stepping ~*~*~tactically~*~*~ (outnumbered).
  9019 | D:7      | 9019 ||| Stepping ~*~*~tactically~*~*~ (outnumbered).
  9021 | D:7      | 9021 ||| Stepping ~*~*~tactically~*~*~ (outnumbered).
  9023 | D:7      | 9023 ||| Stepping ~*~*~tactically~*~*~ (outnumbered).
  9025 | D:7      | 9025 ||| Stepping ~*~*~tactically~*~*~ (outnumbered).
  9027 | D:7      | 9027 ||| Stepping ~*~*~tactically~*~*~ (outnumbered).
  9029 | D:7      | 9029 ||| Stepping ~*~*~tactically~*~*~ (outnumbered).
  9031 | D:7      | 9031 ||| Stepping ~*~*~tactically~*~*~ (outnumbered).
  9033 | D:7      | 9033 ||| Stepping ~*~*~tactically~*~*~ (outnumbered).
  9035 | D:7      | 9035 ||| Stepping ~*~*~tactically~*~*~ (outnumbered).
  9037 | D:7      | 9037 ||| Stepping ~*~*~tactically~*~*~ (outnumbered).
  9039 | D:7      | 9039 ||| Stepping ~*~*~tactically~*~*~ (outnumbered).
  9041 | D:7      | 9041 ||| Stepping ~*~*~tactically~*~*~ (outnumbered).
  9043 | D:7      | 9043 ||| Stepping ~*~*~tactically~*~*~ (outnumbered).
  9045 | D:7      | 9045 ||| Stepping ~*~*~tactically~*~*~ (outnumbered).
  9047 | D:7      | 9047 ||| Stepping ~*~*~tactically~*~*~ (outnumbered).
  9049 | D:7      | 9049 ||| Stepping ~*~*~tactically~*~*~ (outnumbered).
  9051 | D:7      | 9051 ||| Stepping ~*~*~tactically~*~*~ (outnumbered).
  9053 | D:7      | 9053 ||| Stepping ~*~*~tactically~*~*~ (outnumbered).
  9055 | D:7      | 9055 ||| Stepping ~*~*~tactically~*~*~ (outnumbered).
  9057 | D:7      | 9057 ||| Stepping ~*~*~tactically~*~*~ (outnumbered).
  9059 | D:7      | 9059 ||| Stepping ~*~*~tactically~*~*~ (outnumbered).
  9061 | D:7      | 9061 ||| Stepping ~*~*~tactically~*~*~ (outnumbered).
  9063 | D:7      | 9063 ||| Stepping ~*~*~tactically~*~*~ (outnumbered).
  9065 | D:7      | 9065 ||| Stepping ~*~*~tactically~*~*~ (outnumbered).
  9067 | D:7      | 9067 ||| Stepping ~*~*~tactically~*~*~ (outnumbered).
  9069 | D:7      | 9069 ||| Stepping ~*~*~tactically~*~*~ (outnumbered).
  9071 | D:7      | 9071 ||| Stepping ~*~*~tactically~*~*~ (outnumbered).
  9073 | D:7      | 9073 ||| Stepping ~*~*~tactically~*~*~ (outnumbered).
  9075 | D:7      | 9075 ||| Stepping ~*~*~tactically~*~*~ (outnumbered).
  9077 | D:7      | 9077 ||| Stepping ~*~*~tactically~*~*~ (outnumbered).
  9079 | D:7      | 9079 ||| Stepping ~*~*~tactically~*~*~ (outnumbered).
  9081 | D:7      | 9081 ||| Stepping ~*~*~tactically~*~*~ (outnumbered).
  9083 | D:7      | 9083 ||| Stepping ~*~*~tactically~*~*~ (outnumbered).
  9085 | D:7      | 9085 ||| Stepping ~*~*~tactically~*~*~ (outnumbered).
  9087 | D:7      | 9087 ||| Stepping ~*~*~tactically~*~*~ (outnumbered).
  9089 | D:7      | 9089 ||| Stepping ~*~*~tactically~*~*~ (outnumbered).
  9091 | D:7      | 9091 ||| Stepping ~*~*~tactically~*~*~ (outnumbered).
  9093 | D:7      | 9093 ||| Stepping ~*~*~tactically~*~*~ (outnumbered).
  9095 | D:7      | 9095 ||| Stepping ~*~*~tactically~*~*~ (outnumbered).
  9097 | D:7      | 9097 ||| Stepping ~*~*~tactically~*~*~ (outnumbered).
  9099 | D:7      | 9099 ||| Stepping ~*~*~tactically~*~*~ (outnumbered).
  9101 | D:7      | 9101 ||| Stepping ~*~*~tactically~*~*~ (outnumbered).
  9103 | D:7      | 9103 ||| Stepping ~*~*~tactically~*~*~ (outnumbered).
  9105 | D:7      | 9105 ||| Stepping ~*~*~tactically~*~*~ (outnumbered).
  9107 | D:7      | 9107 ||| Stepping ~*~*~tactically~*~*~ (outnumbered).
  9109 | D:7      | 9109 ||| Stepping ~*~*~tactically~*~*~ (outnumbered).
  9111 | D:7      | 9111 ||| Stepping ~*~*~tactically~*~*~ (outnumbered).
  9113 | D:7      | 9113 ||| Stepping ~*~*~tactically~*~*~ (outnumbered).
  9115 | D:7      | 9115 ||| Stepping ~*~*~tactically~*~*~ (outnumbered).
  9117 | D:7      | 9117 ||| Stepping ~*~*~tactically~*~*~ (outnumbered).
  9119 | D:7      | 9119 ||| Stepping ~*~*~tactically~*~*~ (outnumbered).
  9121 | D:7      | 9121 ||| Stepping ~*~*~tactically~*~*~ (outnumbered).
  9123 | D:7      | 9123 ||| Stepping ~*~*~tactically~*~*~ (outnumbered).
  9125 | D:7      | 9125 ||| Stepping ~*~*~tactically~*~*~ (outnumbered).
  9127 | D:7      | 9127 ||| Stepping ~*~*~tactically~*~*~ (outnumbered).
  9129 | D:7      | 9129 ||| Stepping ~*~*~tactically~*~*~ (outnumbered).
  9131 | D:7      | 9131 ||| Stepping ~*~*~tactically~*~*~ (outnumbered).
  9133 | D:7      | 9133 ||| Stepping ~*~*~tactically~*~*~ (outnumbered).
  9135 | D:7      | 9135 ||| Stepping ~*~*~tactically~*~*~ (outnumbered).
  9137 | D:7      | 9137 ||| Stepping ~*~*~tactically~*~*~ (outnumbered).
  9139 | D:7      | 9139 ||| Stepping ~*~*~tactically~*~*~ (outnumbered).
  9141 | D:7      | 9141 ||| Stepping ~*~*~tactically~*~*~ (outnumbered).
  9143 | D:7      | 9143 ||| Stepping ~*~*~tactically~*~*~ (outnumbered).
  9145 | D:7      | 9145 ||| Stepping ~*~*~tactically~*~*~ (outnumbered).
  9147 | D:7      | 9147 ||| Stepping ~*~*~tactically~*~*~ (outnumbered).
  9149 | D:7      | 9149 ||| Stepping ~*~*~tactically~*~*~ (outnumbered).
  9151 | D:7      | 9151 ||| Stepping ~*~*~tactically~*~*~ (outnumbered).
  9153 | D:7      | 9153 ||| Stepping ~*~*~tactically~*~*~ (outnumbered).
  9155 | D:7      | 9155 ||| Stepping ~*~*~tactically~*~*~ (outnumbered).
  9157 | D:7      | 9157 ||| Stepping ~*~*~tactically~*~*~ (outnumbered).
  9159 | D:7      | 9159 ||| Stepping ~*~*~tactically~*~*~ (outnumbered).
  9161 | D:7      | 9161 ||| Stepping ~*~*~tactically~*~*~ (outnumbered).
  9163 | D:7      | 9163 ||| Stepping ~*~*~tactically~*~*~ (outnumbered).
  9165 | D:7      | 9165 ||| Stepping ~*~*~tactically~*~*~ (outnumbered).
  9167 | D:7      | 9167 ||| Stepping ~*~*~tactically~*~*~ (outnumbered).
  9169 | D:7      | 9169 ||| Stepping ~*~*~tactically~*~*~ (outnumbered).
  9171 | D:7      | 9171 ||| Stepping ~*~*~tactically~*~*~ (outnumbered).
  9173 | D:7      | 9173 ||| Stepping ~*~*~tactically~*~*~ (outnumbered).
  9175 | D:7      | 9175 ||| Stepping ~*~*~tactically~*~*~ (outnumbered).
  9177 | D:7      | 9177 ||| Stepping ~*~*~tactically~*~*~ (outnumbered).
  9179 | D:7      | 9179 ||| Stepping ~*~*~tactically~*~*~ (outnumbered).
  9181 | D:7      | 9181 ||| Stepping ~*~*~tactically~*~*~ (outnumbered).
  9183 | D:7      | 9183 ||| Stepping ~*~*~tactically~*~*~ (outnumbered).
  9185 | D:7      | 9185 ||| Stepping ~*~*~tactically~*~*~ (outnumbered).
  9187 | D:7      | 9187 ||| Stepping ~*~*~tactically~*~*~ (outnumbered).
  9189 | D:7      | 9189 ||| Stepping ~*~*~tactically~*~*~ (outnumbered).
  9191 | D:7      | 9191 ||| Stepping ~*~*~tactically~*~*~ (outnumbered).
  9193 | D:7      | 9193 ||| Stepping ~*~*~tactically~*~*~ (outnumbered).
  9195 | D:7      | 9195 ||| Stepping ~*~*~tactically~*~*~ (outnumbered).
  9197 | D:7      | 9197 ||| Stepping ~*~*~tactically~*~*~ (outnumbered).
  9199 | D:7      | 9199 ||| Stepping ~*~*~tactically~*~*~ (outnumbered).
  9201 | D:7      | 9201 ||| Stepping ~*~*~tactically~*~*~ (outnumbered).
  9203 | D:7      | 9203 ||| Stepping ~*~*~tactically~*~*~ (outnumbered).
  9205 | D:7      | 9205 ||| Stepping ~*~*~tactically~*~*~ (outnumbered).
  9207 | D:7      | 9207 ||| Stepping ~*~*~tactically~*~*~ (outnumbered).
  9209 | D:7      | 9209 ||| Stepping ~*~*~tactically~*~*~ (outnumbered).
  9211 | D:7      | 9211 ||| Stepping ~*~*~tactically~*~*~ (outnumbered).
  9213 | D:7      | 9213 ||| Stepping ~*~*~tactically~*~*~ (outnumbered).
  9215 | D:7      | 9215 ||| Stepping ~*~*~tactically~*~*~ (outnumbered).
  9217 | D:7      | 9217 ||| Stepping ~*~*~tactically~*~*~ (outnumbered).
  9219 | D:7      | 9219 ||| Stepping ~*~*~tactically~*~*~ (outnumbered).
  9221 | D:7      | 9221 ||| Stepping ~*~*~tactically~*~*~ (outnumbered).
  9223 | D:7      | 9223 ||| Stepping ~*~*~tactically~*~*~ (outnumbered).
  9225 | D:7      | 9225 ||| Stepping ~*~*~tactically~*~*~ (outnumbered).
  9227 | D:7      | 9227 ||| Stepping ~*~*~tactically~*~*~ (outnumbered).
  9229 | D:7      | 9229 ||| Stepping ~*~*~tactically~*~*~ (outnumbered).
  9231 | D:7      | 9231 ||| Stepping ~*~*~tactically~*~*~ (outnumbered).
  9233 | D:7      | 9233 ||| Stepping ~*~*~tactically~*~*~ (outnumbered).
  9235 | D:7      | 9235 ||| Stepping ~*~*~tactically~*~*~ (outnumbered).
  9237 | D:7      | 9237 ||| Stepping ~*~*~tactically~*~*~ (outnumbered).
  9239 | D:7      | 9239 ||| Stepping ~*~*~tactically~*~*~ (outnumbered).
  9241 | D:7      | 9241 ||| Stepping ~*~*~tactically~*~*~ (outnumbered).
  9243 | D:7      | 9243 ||| Stepping ~*~*~tactically~*~*~ (outnumbered).
  9245 | D:7      | 9245 ||| Stepping ~*~*~tactically~*~*~ (outnumbered).
  9247 | D:7      | 9247 ||| Stepping ~*~*~tactically~*~*~ (outnumbered).
  9249 | D:7      | 9249 ||| Stepping ~*~*~tactically~*~*~ (outnumbered).
  9251 | D:7      | 9251 ||| Stepping ~*~*~tactically~*~*~ (outnumbered).
  9253 | D:7      | 9253 ||| Stepping ~*~*~tactically~*~*~ (outnumbered).
  9255 | D:7      | 9255 ||| Stepping ~*~*~tactically~*~*~ (outnumbered).
  9257 | D:7      | 9257 ||| Stepping ~*~*~tactically~*~*~ (outnumbered).
  9259 | D:7      | 9259 ||| Stepping ~*~*~tactically~*~*~ (outnumbered).
  9261 | D:7      | 9261 ||| Stepping ~*~*~tactically~*~*~ (outnumbered).
  9263 | D:7      | 9263 ||| Stepping ~*~*~tactically~*~*~ (outnumbered).
  9265 | D:7      | 9265 ||| Stepping ~*~*~tactically~*~*~ (outnumbered).
  9267 | D:7      | 9267 ||| Stepping ~*~*~tactically~*~*~ (outnumbered).
  9269 | D:7      | 9269 ||| Stepping ~*~*~tactically~*~*~ (outnumbered).
  9271 | D:7      | 9271 ||| Stepping ~*~*~tactically~*~*~ (outnumbered).
  9273 | D:7      | 9273 ||| Stepping ~*~*~tactically~*~*~ (outnumbered).
  9275 | D:7      | 9275 ||| Stepping ~*~*~tactically~*~*~ (outnumbered).
  9277 | D:7      | 9277 ||| Stepping ~*~*~tactically~*~*~ (outnumbered).
  9279 | D:7      | 9279 ||| Stepping ~*~*~tactically~*~*~ (outnumbered).
  9281 | D:7      | 9281 ||| Stepping ~*~*~tactically~*~*~ (outnumbered).
  9283 | D:7      | 9283 ||| Stepping ~*~*~tactically~*~*~ (outnumbered).
  9285 | D:7      | 9285 ||| Stepping ~*~*~tactically~*~*~ (outnumbered).
  9287 | D:7      | 9287 ||| Stepping ~*~*~tactically~*~*~ (outnumbered).
  9289 | D:7      | 9289 ||| Stepping ~*~*~tactically~*~*~ (outnumbered).
  9291 | D:7      | 9291 ||| Stepping ~*~*~tactically~*~*~ (outnumbered).
  9293 | D:7      | 9293 ||| Stepping ~*~*~tactically~*~*~ (outnumbered).
  9295 | D:7      | 9295 ||| Stepping ~*~*~tactically~*~*~ (outnumbered).
  9297 | D:7      | 9297 ||| Stepping ~*~*~tactically~*~*~ (outnumbered).
  9299 | D:7      | 9299 ||| Stepping ~*~*~tactically~*~*~ (outnumbered).
  9301 | D:7      | 9301 ||| Stepping ~*~*~tactically~*~*~ (outnumbered).
  9303 | D:7      | 9303 ||| Stepping ~*~*~tactically~*~*~ (outnumbered).
  9305 | D:7      | 9305 ||| Stepping ~*~*~tactically~*~*~ (outnumbered).
  9307 | D:7      | 9307 ||| Stepping ~*~*~tactically~*~*~ (outnumbered).
  9309 | D:7      | 9309 ||| Stepping ~*~*~tactically~*~*~ (outnumbered).
  9311 | D:7      | 9311 ||| Stepping ~*~*~tactically~*~*~ (outnumbered).
  9313 | D:7      | 9313 ||| Stepping ~*~*~tactically~*~*~ (outnumbered).
  9315 | D:7      | 9315 ||| Stepping ~*~*~tactically~*~*~ (outnumbered).
  9317 | D:7      | 9317 ||| Stepping ~*~*~tactically~*~*~ (outnumbered).
  9319 | D:7      | 9319 ||| Stepping ~*~*~tactically~*~*~ (outnumbered).
  9321 | D:7      | 9321 ||| Stepping ~*~*~tactically~*~*~ (outnumbered).
  9323 | D:7      | 9323 ||| Stepping ~*~*~tactically~*~*~ (outnumbered).
  9325 | D:7      | 9325 ||| Stepping ~*~*~tactically~*~*~ (outnumbered).
  9327 | D:7      | 9327 ||| Stepping ~*~*~tactically~*~*~ (outnumbered).
  9329 | D:7      | 9329 ||| Stepping ~*~*~tactically~*~*~ (outnumbered).
  9331 | D:7      | 9331 ||| Stepping ~*~*~tactically~*~*~ (outnumbered).
  9333 | D:7      | 9333 ||| Stepping ~*~*~tactically~*~*~ (outnumbered).
  9335 | D:7      | 9335 ||| Stepping ~*~*~tactically~*~*~ (outnumbered).
  9337 | D:7      | 9337 ||| Stepping ~*~*~tactically~*~*~ (outnumbered).
  9339 | D:7      | 9339 ||| Stepping ~*~*~tactically~*~*~ (outnumbered).
  9341 | D:7      | 9341 ||| Stepping ~*~*~tactically~*~*~ (outnumbered).
  9343 | D:7      | 9343 ||| Stepping ~*~*~tactically~*~*~ (outnumbered).
  9345 | D:7      | 9345 ||| Stepping ~*~*~tactically~*~*~ (outnumbered).
  9347 | D:7      | 9347 ||| Stepping ~*~*~tactically~*~*~ (outnumbered).
  9349 | D:7      | 9349 ||| Stepping ~*~*~tactically~*~*~ (outnumbered).
  9351 | D:7      | 9351 ||| Stepping ~*~*~tactically~*~*~ (outnumbered).
  9353 | D:7      | 9353 ||| Stepping ~*~*~tactically~*~*~ (outnumbered).
  9355 | D:7      | 9355 ||| Stepping ~*~*~tactically~*~*~ (outnumbered).
  9357 | D:7      | 9357 ||| Stepping ~*~*~tactically~*~*~ (outnumbered).
  9359 | D:7      | 9359 ||| Stepping ~*~*~tactically~*~*~ (outnumbered).
  9361 | D:7      | 9361 ||| Stepping ~*~*~tactically~*~*~ (outnumbered).
  9363 | D:7      | 9363 ||| Stepping ~*~*~tactically~*~*~ (outnumbered).
  9365 | D:7      | 9365 ||| Stepping ~*~*~tactically~*~*~ (outnumbered).
  9367 | D:7      | 9367 ||| Stepping ~*~*~tactically~*~*~ (outnumbered).
  9369 | D:7      | 9369 ||| Stepping ~*~*~tactically~*~*~ (outnumbered).
  9371 | D:7      | 9371 ||| Stepping ~*~*~tactically~*~*~ (outnumbered).
  9373 | D:7      | 9373 ||| Stepping ~*~*~tactically~*~*~ (outnumbered).
  9375 | D:7      | 9375 ||| Stepping ~*~*~tactically~*~*~ (outnumbered).
  9377 | D:7      | 9377 ||| Stepping ~*~*~tactically~*~*~ (outnumbered).
  9379 | D:7      | 9379 ||| Stepping ~*~*~tactically~*~*~ (outnumbered).
  9381 | D:7      | 9381 ||| Stepping ~*~*~tactically~*~*~ (outnumbered).
  9383 | D:7      | 9383 ||| Stepping ~*~*~tactically~*~*~ (outnumbered).
  9385 | D:7      | 9385 ||| Stepping ~*~*~tactically~*~*~ (outnumbered).
  9387 | D:7      | 9387 ||| Stepping ~*~*~tactically~*~*~ (outnumbered).
  9389 | D:7      | 9389 ||| Stepping ~*~*~tactically~*~*~ (outnumbered).
  9391 | D:7      | 9391 ||| Stepping ~*~*~tactically~*~*~ (outnumbered).
  9393 | D:7      | 9393 ||| Stepping ~*~*~tactically~*~*~ (outnumbered).
  9395 | D:7      | 9395 ||| Stepping ~*~*~tactically~*~*~ (outnumbered).
  9397 | D:7      | 9397 ||| Stepping ~*~*~tactically~*~*~ (outnumbered).
  9399 | D:7      | 9399 ||| Stepping ~*~*~tactically~*~*~ (outnumbered).
  9401 | D:7      | 9401 ||| Stepping ~*~*~tactically~*~*~ (outnumbered).
  9403 | D:7      | 9403 ||| Stepping ~*~*~tactically~*~*~ (outnumbered).
  9405 | D:7      | 9405 ||| Stepping ~*~*~tactically~*~*~ (outnumbered).
  9407 | D:7      | 9407 ||| Stepping ~*~*~tactically~*~*~ (outnumbered).
  9409 | D:7      | 9409 ||| Stepping ~*~*~tactically~*~*~ (outnumbered).
  9411 | D:7      | 9411 ||| Stepping ~*~*~tactically~*~*~ (outnumbered).
  9413 | D:7      | 9413 ||| Stepping ~*~*~tactically~*~*~ (outnumbered).
  9415 | D:7      | 9415 ||| Stepping ~*~*~tactically~*~*~ (outnumbered).
  9417 | D:7      | 9417 ||| Stepping ~*~*~tactically~*~*~ (outnumbered).
  9419 | D:7      | 9419 ||| Stepping ~*~*~tactically~*~*~ (outnumbered).
  9421 | D:7      | 9421 ||| Stepping ~*~*~tactically~*~*~ (outnumbered).
  9423 | D:7      | 9423 ||| Stepping ~*~*~tactically~*~*~ (outnumbered).
  9425 | D:7      | 9425 ||| Stepping ~*~*~tactically~*~*~ (outnumbered).
  9427 | D:7      | 9427 ||| Stepping ~*~*~tactically~*~*~ (outnumbered).
  9429 | D:7      | 9429 ||| Stepping ~*~*~tactically~*~*~ (outnumbered).
  9431 | D:7      | 9431 ||| Stepping ~*~*~tactically~*~*~ (outnumbered).
  9433 | D:7      | 9433 ||| Stepping ~*~*~tactically~*~*~ (outnumbered).
  9435 | D:7      | 9435 ||| Stepping ~*~*~tactically~*~*~ (outnumbered).
  9437 | D:7      | 9437 ||| Stepping ~*~*~tactically~*~*~ (outnumbered).
  9439 | D:7      | 9439 ||| Stepping ~*~*~tactically~*~*~ (outnumbered).
  9441 | D:7      | 9441 ||| Stepping ~*~*~tactically~*~*~ (outnumbered).
  9443 | D:7      | 9443 ||| Stepping ~*~*~tactically~*~*~ (outnumbered).
  9445 | D:7      | 9445 ||| Stepping ~*~*~tactically~*~*~ (outnumbered).
  9447 | D:7      | 9447 ||| Stepping ~*~*~tactically~*~*~ (outnumbered).
  9449 | D:7      | 9449 ||| Stepping ~*~*~tactically~*~*~ (outnumbered).
  9451 | D:7      | 9451 ||| Stepping ~*~*~tactically~*~*~ (outnumbered).
  9453 | D:7      | 9453 ||| Stepping ~*~*~tactically~*~*~ (outnumbered).
  9455 | D:7      | 9455 ||| Stepping ~*~*~tactically~*~*~ (outnumbered).
  9457 | D:7      | 9457 ||| Stepping ~*~*~tactically~*~*~ (outnumbered).
  9459 | D:7      | 9459 ||| Stepping ~*~*~tactically~*~*~ (outnumbered).
  9461 | D:7      | 9461 ||| Stepping ~*~*~tactically~*~*~ (outnumbered).
  9463 | D:7      | 9463 ||| Stepping ~*~*~tactically~*~*~ (outnumbered).
  9465 | D:7      | 9465 ||| Stepping ~*~*~tactically~*~*~ (outnumbered).
  9467 | D:7      | 9467 ||| Stepping ~*~*~tactically~*~*~ (outnumbered).
  9469 | D:7      | 9469 ||| Stepping ~*~*~tactically~*~*~ (outnumbered).
  9471 | D:7      | 9471 ||| Stepping ~*~*~tactically~*~*~ (outnumbered).
  9473 | D:7      | 9473 ||| Stepping ~*~*~tactically~*~*~ (outnumbered).
  9475 | D:7      | 9475 ||| Stepping ~*~*~tactically~*~*~ (outnumbered).
  9477 | D:7      | 9477 ||| Stepping ~*~*~tactically~*~*~ (outnumbered).
  9479 | D:7      | 9479 ||| Stepping ~*~*~tactically~*~*~ (outnumbered).
  9481 | D:7      | 9481 ||| Stepping ~*~*~tactically~*~*~ (outnumbered).
  9483 | D:7      | 9483 ||| Stepping ~*~*~tactically~*~*~ (outnumbered).
  9485 | D:7      | 9485 ||| Stepping ~*~*~tactically~*~*~ (outnumbered).
  9487 | D:7      | 9487 ||| Stepping ~*~*~tactically~*~*~ (outnumbered).
  9489 | D:7      | 9489 ||| Stepping ~*~*~tactically~*~*~ (outnumbered).
  9491 | D:7      | 9491 ||| Stepping ~*~*~tactically~*~*~ (outnumbered).
  9493 | D:7      | 9493 ||| Stepping ~*~*~tactically~*~*~ (outnumbered).
  9495 | D:7      | 9495 ||| Stepping ~*~*~tactically~*~*~ (outnumbered).
  9497 | D:7      | 9497 ||| Stepping ~*~*~tactically~*~*~ (outnumbered).
  9499 | D:7      | 9499 ||| Stepping ~*~*~tactically~*~*~ (outnumbered).
  9501 | D:7      | 9501 ||| Stepping ~*~*~tactically~*~*~ (outnumbered).
  9503 | D:7      | 9503 ||| Stepping ~*~*~tactically~*~*~ (outnumbered).
  9505 | D:7      | 9505 ||| Stepping ~*~*~tactically~*~*~ (outnumbered).
  9507 | D:7      | 9507 ||| Stepping ~*~*~tactically~*~*~ (outnumbered).
  9509 | D:7      | 9509 ||| Stepping ~*~*~tactically~*~*~ (outnumbered).
  9511 | D:7      | 9511 ||| Stepping ~*~*~tactically~*~*~ (outnumbered).
  9513 | D:7      | 9513 ||| Stepping ~*~*~tactically~*~*~ (outnumbered).
  9515 | D:7      | 9515 ||| Stepping ~*~*~tactically~*~*~ (outnumbered).
  9517 | D:7      | 9517 ||| Stepping ~*~*~tactically~*~*~ (outnumbered).
  9519 | D:7      | 9519 ||| Stepping ~*~*~tactically~*~*~ (outnumbered).
  9521 | D:7      | 9521 ||| Stepping ~*~*~tactically~*~*~ (outnumbered).
  9523 | D:7      | 9523 ||| Stepping ~*~*~tactically~*~*~ (outnumbered).
  9525 | D:7      | 9525 ||| Stepping ~*~*~tactically~*~*~ (outnumbered).
  9527 | D:7      | 9527 ||| Stepping ~*~*~tactically~*~*~ (outnumbered).
  9529 | D:7      | 9529 ||| Stepping ~*~*~tactically~*~*~ (outnumbered).
  9531 | D:7      | 9531 ||| Stepping ~*~*~tactically~*~*~ (outnumbered).
  9533 | D:7      | 9533 ||| Stepping ~*~*~tactically~*~*~ (outnumbered).
  9535 | D:7      | 9535 ||| Stepping ~*~*~tactically~*~*~ (outnumbered).
  9537 | D:7      | 9537 ||| Stepping ~*~*~tactically~*~*~ (outnumbered).
  9539 | D:7      | 9539 ||| Stepping ~*~*~tactically~*~*~ (outnumbered).
  9541 | D:7      | 9541 ||| Stepping ~*~*~tactically~*~*~ (outnumbered).
  9543 | D:7      | 9543 ||| Stepping ~*~*~tactically~*~*~ (outnumbered).
  9545 | D:7      | 9545 ||| Stepping ~*~*~tactically~*~*~ (outnumbered).
  9547 | D:7      | 9547 ||| Stepping ~*~*~tactically~*~*~ (outnumbered).
  9549 | D:7      | 9549 ||| Stepping ~*~*~tactically~*~*~ (outnumbered).
  9551 | D:7      | 9551 ||| Stepping ~*~*~tactically~*~*~ (outnumbered).
  9553 | D:7      | 9553 ||| Stepping ~*~*~tactically~*~*~ (outnumbered).
  9555 | D:7      | 9555 ||| Stepping ~*~*~tactically~*~*~ (outnumbered).
  9557 | D:7      | 9557 ||| Stepping ~*~*~tactically~*~*~ (outnumbered).
  9559 | D:7      | 9559 ||| Stepping ~*~*~tactically~*~*~ (outnumbered).
  9561 | D:7      | 9561 ||| Stepping ~*~*~tactically~*~*~ (outnumbered).
  9563 | D:7      | 9563 ||| Stepping ~*~*~tactically~*~*~ (outnumbered).
  9565 | D:7      | 9565 ||| Stepping ~*~*~tactically~*~*~ (outnumbered).
  9567 | D:7      | 9567 ||| Stepping ~*~*~tactically~*~*~ (outnumbered).
  9569 | D:7      | 9569 ||| Stepping ~*~*~tactically~*~*~ (outnumbered).
  9571 | D:7      | 9571 ||| Stepping ~*~*~tactically~*~*~ (outnumbered).
  9573 | D:7      | 9573 ||| Stepping ~*~*~tactically~*~*~ (outnumbered).
  9575 | D:7      | 9575 ||| Stepping ~*~*~tactically~*~*~ (outnumbered).
  9577 | D:7      | 9577 ||| Stepping ~*~*~tactically~*~*~ (outnumbered).
  9579 | D:7      | 9579 ||| Stepping ~*~*~tactically~*~*~ (outnumbered).
  9581 | D:7      | 9581 ||| Stepping ~*~*~tactically~*~*~ (outnumbered).
  9583 | D:7      | 9583 ||| Stepping ~*~*~tactically~*~*~ (outnumbered).
  9585 | D:7      | 9585 ||| Stepping ~*~*~tactically~*~*~ (outnumbered).
  9587 | D:7      | 9587 ||| Stepping ~*~*~tactically~*~*~ (outnumbered).
  9589 | D:7      | 9589 ||| Stepping ~*~*~tactically~*~*~ (outnumbered).
  9591 | D:7      | 9591 ||| Stepping ~*~*~tactically~*~*~ (outnumbered).
  9593 | D:7      | 9593 ||| Stepping ~*~*~tactically~*~*~ (outnumbered).
  9595 | D:7      | 9595 ||| Stepping ~*~*~tactically~*~*~ (outnumbered).
  9597 | D:7      | 9597 ||| Stepping ~*~*~tactically~*~*~ (outnumbered).
  9599 | D:7      | 9599 ||| Stepping ~*~*~tactically~*~*~ (outnumbered).
  9601 | D:7      | 9601 ||| Stepping ~*~*~tactically~*~*~ (outnumbered).
  9603 | D:7      | 9603 ||| Stepping ~*~*~tactically~*~*~ (outnumbered).
  9605 | D:7      | 9605 ||| Stepping ~*~*~tactically~*~*~ (outnumbered).
  9607 | D:7      | 9607 ||| Stepping ~*~*~tactically~*~*~ (outnumbered).
  9609 | D:7      | 9609 ||| Stepping ~*~*~tactically~*~*~ (outnumbered).
  9611 | D:7      | 9611 ||| Stepping ~*~*~tactically~*~*~ (outnumbered).
  9613 | D:7      | 9613 ||| Stepping ~*~*~tactically~*~*~ (outnumbered).
  9615 | D:7      | 9615 ||| Stepping ~*~*~tactically~*~*~ (outnumbered).
  9617 | D:7      | 9617 ||| Stepping ~*~*~tactically~*~*~ (outnumbered).
  9619 | D:7      | 9619 ||| Stepping ~*~*~tactically~*~*~ (outnumbered).
  9621 | D:7      | 9621 ||| Stepping ~*~*~tactically~*~*~ (outnumbered).
  9623 | D:7      | 9623 ||| Stepping ~*~*~tactically~*~*~ (outnumbered).
  9625 | D:7      | 9625 ||| Stepping ~*~*~tactically~*~*~ (outnumbered).
  9627 | D:7      | 9627 ||| Stepping ~*~*~tactically~*~*~ (outnumbered).
  9629 | D:7      | 9629 ||| Stepping ~*~*~tactically~*~*~ (outnumbered).
  9631 | D:7      | 9631 ||| Stepping ~*~*~tactically~*~*~ (outnumbered).
  9633 | D:7      | 9633 ||| Stepping ~*~*~tactically~*~*~ (outnumbered).
  9635 | D:7      | 9635 ||| Stepping ~*~*~tactically~*~*~ (outnumbered).
  9637 | D:7      | 9637 ||| Stepping ~*~*~tactically~*~*~ (outnumbered).
  9639 | D:7      | 9639 ||| Stepping ~*~*~tactically~*~*~ (outnumbered).
  9641 | D:7      | 9641 ||| Stepping ~*~*~tactically~*~*~ (outnumbered).
  9643 | D:7      | 9643 ||| Stepping ~*~*~tactically~*~*~ (outnumbered).
  9645 | D:7      | 9645 ||| Stepping ~*~*~tactically~*~*~ (outnumbered).
  9647 | D:7      | 9647 ||| Stepping ~*~*~tactically~*~*~ (outnumbered).
  9649 | D:7      | 9649 ||| Stepping ~*~*~tactically~*~*~ (outnumbered).
  9651 | D:7      | 9651 ||| Stepping ~*~*~tactically~*~*~ (outnumbered).
  9653 | D:7      | 9653 ||| Stepping ~*~*~tactically~*~*~ (outnumbered).
  9655 | D:7      | 9655 ||| Stepping ~*~*~tactically~*~*~ (outnumbered).
  9657 | D:7      | 9657 ||| Stepping ~*~*~tactically~*~*~ (outnumbered).
  9659 | D:7      | 9659 ||| Stepping ~*~*~tactically~*~*~ (outnumbered).
  9661 | D:7      | 9661 ||| Stepping ~*~*~tactically~*~*~ (outnumbered).
  9663 | D:7      | 9663 ||| Stepping ~*~*~tactically~*~*~ (outnumbered).
  9665 | D:7      | 9665 ||| Stepping ~*~*~tactically~*~*~ (outnumbered).
  9667 | D:7      | 9667 ||| Stepping ~*~*~tactically~*~*~ (outnumbered).
  9669 | D:7      | 9669 ||| Stepping ~*~*~tactically~*~*~ (outnumbered).
  9671 | D:7      | 9671 ||| Stepping ~*~*~tactically~*~*~ (outnumbered).
  9673 | D:7      | 9673 ||| Stepping ~*~*~tactically~*~*~ (outnumbered).
  9675 | D:7      | 9675 ||| Stepping ~*~*~tactically~*~*~ (outnumbered).
  9677 | D:7      | 9677 ||| Stepping ~*~*~tactically~*~*~ (outnumbered).
  9679 | D:7      | 9679 ||| Stepping ~*~*~tactically~*~*~ (outnumbered).
  9681 | D:7      | 9681 ||| Stepping ~*~*~tactically~*~*~ (outnumbered).
  9683 | D:7      | 9683 ||| Stepping ~*~*~tactically~*~*~ (outnumbered).
  9685 | D:7      | 9685 ||| Stepping ~*~*~tactically~*~*~ (outnumbered).
  9687 | D:7      | 9687 ||| Stepping ~*~*~tactically~*~*~ (outnumbered).
  9689 | D:7      | 9689 ||| Stepping ~*~*~tactically~*~*~ (outnumbered).
  9691 | D:7      | 9691 ||| Stepping ~*~*~tactically~*~*~ (outnumbered).
  9693 | D:7      | 9693 ||| Stepping ~*~*~tactically~*~*~ (outnumbered).
  9695 | D:7      | 9695 ||| Stepping ~*~*~tactically~*~*~ (outnumbered).
  9697 | D:7      | 9697 ||| Stepping ~*~*~tactically~*~*~ (outnumbered).
  9699 | D:7      | 9699 ||| Stepping ~*~*~tactically~*~*~ (outnumbered).
  9701 | D:7      | 9701 ||| Stepping ~*~*~tactically~*~*~ (outnumbered).
  9703 | D:7      | 9703 ||| Stepping ~*~*~tactically~*~*~ (outnumbered).
  9705 | D:7      | 9705 ||| Stepping ~*~*~tactically~*~*~ (outnumbered).
  9707 | D:7      | 9707 ||| Stepping ~*~*~tactically~*~*~ (outnumbered).
  9709 | D:7      | 9709 ||| Stepping ~*~*~tactically~*~*~ (outnumbered).
  9711 | D:7      | 9711 ||| Stepping ~*~*~tactically~*~*~ (outnumbered).
  9713 | D:7      | 9713 ||| Stepping ~*~*~tactically~*~*~ (outnumbered).
  9715 | D:7      | 9715 ||| Stepping ~*~*~tactically~*~*~ (outnumbered).
  9717 | D:7      | 9717 ||| Stepping ~*~*~tactically~*~*~ (outnumbered).
  9719 | D:7      | 9719 ||| Stepping ~*~*~tactically~*~*~ (outnumbered).
  9721 | D:7      | 9721 ||| Stepping ~*~*~tactically~*~*~ (outnumbered).
  9723 | D:7      | 9723 ||| Stepping ~*~*~tactically~*~*~ (outnumbered).
  9725 | D:7      | 9725 ||| Stepping ~*~*~tactically~*~*~ (outnumbered).
  9727 | D:7      | 9727 ||| Stepping ~*~*~tactically~*~*~ (outnumbered).
  9729 | D:7      | 9729 ||| Stepping ~*~*~tactically~*~*~ (outnumbered).
  9731 | D:7      | 9731 ||| Stepping ~*~*~tactically~*~*~ (outnumbered).
  9733 | D:7      | 9733 ||| Stepping ~*~*~tactically~*~*~ (outnumbered).
  9735 | D:7      | 9735 ||| Stepping ~*~*~tactically~*~*~ (outnumbered).
  9737 | D:7      | 9737 ||| Stepping ~*~*~tactically~*~*~ (outnumbered).
  9739 | D:7      | 9739 ||| Stepping ~*~*~tactically~*~*~ (outnumbered).
  9741 | D:7      | 9741 ||| Stepping ~*~*~tactically~*~*~ (outnumbered).
  9743 | D:7      | 9743 ||| Stepping ~*~*~tactically~*~*~ (outnumbered).
  9745 | D:7      | 9745 ||| Stepping ~*~*~tactically~*~*~ (outnumbered).
  9747 | D:7      | 9747 ||| Stepping ~*~*~tactically~*~*~ (outnumbered).
  9749 | D:7      | 9749 ||| Stepping ~*~*~tactically~*~*~ (outnumbered).
  9751 | D:7      | 9751 ||| Stepping ~*~*~tactically~*~*~ (outnumbered).
  9753 | D:7      | 9753 ||| Stepping ~*~*~tactically~*~*~ (outnumbered).
  9755 | D:7      | 9755 ||| Stepping ~*~*~tactically~*~*~ (outnumbered).
  9757 | D:7      | 9757 ||| Stepping ~*~*~tactically~*~*~ (outnumbered).
  9759 | D:7      | 9759 ||| Stepping ~*~*~tactically~*~*~ (outnumbered).
  9761 | D:7      | 9761 ||| Stepping ~*~*~tactically~*~*~ (outnumbered).
  9763 | D:7      | 9763 ||| Stepping ~*~*~tactically~*~*~ (outnumbered).
  9765 | D:7      | 9765 ||| Stepping ~*~*~tactically~*~*~ (outnumbered).
  9767 | D:7      | 9767 ||| Stepping ~*~*~tactically~*~*~ (outnumbered).
  9769 | D:7      | 9769 ||| Stepping ~*~*~tactically~*~*~ (outnumbered).
  9771 | D:7      | 9771 ||| Stepping ~*~*~tactically~*~*~ (outnumbered).
  9773 | D:7      | 9773 ||| Stepping ~*~*~tactically~*~*~ (outnumbered).
  9775 | D:7      | 9775 ||| Stepping ~*~*~tactically~*~*~ (outnumbered).
  9777 | D:7      | 9777 ||| Stepping ~*~*~tactically~*~*~ (outnumbered).
  9779 | D:7      | 9779 ||| Stepping ~*~*~tactically~*~*~ (outnumbered).
  9781 | D:7      | 9781 ||| Stepping ~*~*~tactically~*~*~ (outnumbered).
  9783 | D:7      | 9783 ||| Stepping ~*~*~tactically~*~*~ (outnumbered).
  9785 | D:7      | 9785 ||| Stepping ~*~*~tactically~*~*~ (outnumbered).
  9787 | D:7      | 9787 ||| Stepping ~*~*~tactically~*~*~ (outnumbered).
  9789 | D:7      | 9789 ||| Stepping ~*~*~tactically~*~*~ (outnumbered).
  9791 | D:7      | 9791 ||| Stepping ~*~*~tactically~*~*~ (outnumbered).
  9793 | D:7      | 9793 ||| Stepping ~*~*~tactically~*~*~ (outnumbered).
  9795 | D:7      | 9795 ||| Stepping ~*~*~tactically~*~*~ (outnumbered).
  9797 | D:7      | 9797 ||| Stepping ~*~*~tactically~*~*~ (outnumbered).
  9799 | D:7      | 9799 ||| Stepping ~*~*~tactically~*~*~ (outnumbered).
  9801 | D:7      | 9801 ||| Stepping ~*~*~tactically~*~*~ (outnumbered).
  9803 | D:7      | 9803 ||| Stepping ~*~*~tactically~*~*~ (outnumbered).
  9805 | D:7      | 9805 ||| Stepping ~*~*~tactically~*~*~ (outnumbered).
  9807 | D:7      | 9807 ||| Stepping ~*~*~tactically~*~*~ (outnumbered).
  9809 | D:7      | 9809 ||| Stepping ~*~*~tactically~*~*~ (outnumbered).
  9811 | D:7      | 9811 ||| Stepping ~*~*~tactically~*~*~ (outnumbered).
  9813 | D:7      | 9813 ||| Stepping ~*~*~tactically~*~*~ (outnumbered).
  9815 | D:7      | 9815 ||| Stepping ~*~*~tactically~*~*~ (outnumbered).
  9817 | D:7      | 9817 ||| Stepping ~*~*~tactically~*~*~ (outnumbered).
  9819 | D:7      | 9819 ||| Stepping ~*~*~tactically~*~*~ (outnumbered).
  9821 | D:7      | 9821 ||| Stepping ~*~*~tactically~*~*~ (outnumbered).
  9823 | D:7      | 9823 ||| Stepping ~*~*~tactically~*~*~ (outnumbered).
  9825 | D:7      | 9825 ||| Stepping ~*~*~tactically~*~*~ (outnumbered).
  9827 | D:7      | 9827 ||| Stepping ~*~*~tactically~*~*~ (outnumbered).
  9829 | D:7      | 9829 ||| Stepping ~*~*~tactically~*~*~ (outnumbered).
  9831 | D:7      | 9831 ||| Stepping ~*~*~tactically~*~*~ (outnumbered).
  9833 | D:7      | 9833 ||| Stepping ~*~*~tactically~*~*~ (outnumbered).
  9835 | D:7      | 9835 ||| Stepping ~*~*~tactically~*~*~ (outnumbered).
  9837 | D:7      | 9837 ||| Stepping ~*~*~tactically~*~*~ (outnumbered).
  9839 | D:7      | 9839 ||| Stepping ~*~*~tactically~*~*~ (outnumbered).
  9841 | D:7      | 9841 ||| Stepping ~*~*~tactically~*~*~ (outnumbered).
  9843 | D:7      | 9843 ||| Stepping ~*~*~tactically~*~*~ (outnumbered).
  9845 | D:7      | 9845 ||| Stepping ~*~*~tactically~*~*~ (outnumbered).
  9847 | D:7      | 9847 ||| Stepping ~*~*~tactically~*~*~ (outnumbered).
  9849 | D:7      | 9849 ||| Stepping ~*~*~tactically~*~*~ (outnumbered).
  9851 | D:7      | 9851 ||| Stepping ~*~*~tactically~*~*~ (outnumbered).
  9853 | D:7      | 9853 ||| Stepping ~*~*~tactically~*~*~ (outnumbered).
  9855 | D:7      | 9855 ||| Stepping ~*~*~tactically~*~*~ (outnumbered).
  9857 | D:7      | 9857 ||| Stepping ~*~*~tactically~*~*~ (outnumbered).
  9859 | D:7      | 9859 ||| Stepping ~*~*~tactically~*~*~ (outnumbered).
  9861 | D:7      | 9861 ||| Stepping ~*~*~tactically~*~*~ (outnumbered).
  9863 | D:7      | 9863 ||| Stepping ~*~*~tactically~*~*~ (outnumbered).
  9865 | D:7      | 9865 ||| Stepping ~*~*~tactically~*~*~ (outnumbered).
  9867 | D:7      | 9867 ||| Stepping ~*~*~tactically~*~*~ (outnumbered).
  9869 | D:7      | 9869 ||| Stepping ~*~*~tactically~*~*~ (outnumbered).
  9871 | D:7      | 9871 ||| Stepping ~*~*~tactically~*~*~ (outnumbered).
  9873 | D:7      | 9873 ||| Stepping ~*~*~tactically~*~*~ (outnumbered).
  9875 | D:7      | 9875 ||| Stepping ~*~*~tactically~*~*~ (outnumbered).
  9877 | D:7      | 9877 ||| Stepping ~*~*~tactically~*~*~ (outnumbered).
  9879 | D:7      | 9879 ||| Stepping ~*~*~tactically~*~*~ (outnumbered).
  9881 | D:7      | 9881 ||| Stepping ~*~*~tactically~*~*~ (outnumbered).
  9883 | D:7      | 9883 ||| Stepping ~*~*~tactically~*~*~ (outnumbered).
  9885 | D:7      | 9885 ||| Stepping ~*~*~tactically~*~*~ (outnumbered).
  9887 | D:7      | 9887 ||| Stepping ~*~*~tactically~*~*~ (outnumbered).
  9889 | D:7      | 9889 ||| Stepping ~*~*~tactically~*~*~ (outnumbered).
  9891 | D:7      | 9891 ||| Stepping ~*~*~tactically~*~*~ (outnumbered).
  9893 | D:7      | 9893 ||| Stepping ~*~*~tactically~*~*~ (outnumbered).
  9895 | D:7      | 9895 ||| Stepping ~*~*~tactically~*~*~ (outnumbered).
  9897 | D:7      | 9897 ||| Stepping ~*~*~tactically~*~*~ (outnumbered).
  9899 | D:7      | 9899 ||| Stepping ~*~*~tactically~*~*~ (outnumbered).
  9901 | D:7      | 9901 ||| Stepping ~*~*~tactically~*~*~ (outnumbered).
  9903 | D:7      | 9903 ||| Stepping ~*~*~tactically~*~*~ (outnumbered).
  9905 | D:7      | 9905 ||| Stepping ~*~*~tactically~*~*~ (outnumbered).
  9907 | D:7      | 9907 ||| Stepping ~*~*~tactically~*~*~ (outnumbered).
  9909 | D:7      | 9909 ||| Stepping ~*~*~tactically~*~*~ (outnumbered).
  9911 | D:7      | 9911 ||| Stepping ~*~*~tactically~*~*~ (outnumbered).
  9913 | D:7      | 9913 ||| Stepping ~*~*~tactically~*~*~ (outnumbered).
  9915 | D:7      | 9915 ||| Stepping ~*~*~tactically~*~*~ (outnumbered).
  9917 | D:7      | 9917 ||| Stepping ~*~*~tactically~*~*~ (outnumbered).
  9919 | D:7      | 9919 ||| Stepping ~*~*~tactically~*~*~ (outnumbered).
  9921 | D:7      | 9921 ||| Stepping ~*~*~tactically~*~*~ (outnumbered).
  9923 | D:7      | 9923 ||| Stepping ~*~*~tactically~*~*~ (outnumbered).
  9925 | D:7      | 9925 ||| Stepping ~*~*~tactically~*~*~ (outnumbered).
  9927 | D:7      | 9927 ||| Stepping ~*~*~tactically~*~*~ (outnumbered).
  9929 | D:7      | 9929 ||| Stepping ~*~*~tactically~*~*~ (outnumbered).
  9931 | D:7      | 9931 ||| Stepping ~*~*~tactically~*~*~ (outnumbered).
  9933 | D:7      | 9933 ||| Stepping ~*~*~tactically~*~*~ (outnumbered).
  9935 | D:7      | 9935 ||| Stepping ~*~*~tactically~*~*~ (outnumbered).
  9937 | D:7      | 9937 ||| Stepping ~*~*~tactically~*~*~ (outnumbered).
  9939 | D:7      | 9939 ||| Stepping ~*~*~tactically~*~*~ (outnumbered).
  9941 | D:7      | 9941 ||| Stepping ~*~*~tactically~*~*~ (outnumbered).
  9943 | D:7      | 9943 ||| Stepping ~*~*~tactically~*~*~ (outnumbered).
  9945 | D:7      | 9945 ||| Stepping ~*~*~tactically~*~*~ (outnumbered).
  9947 | D:7      | 9947 ||| Stepping ~*~*~tactically~*~*~ (outnumbered).
  9949 | D:7      | 9949 ||| Stepping ~*~*~tactically~*~*~ (outnumbered).
  9951 | D:7      | 9951 ||| Stepping ~*~*~tactically~*~*~ (outnumbered).
  9953 | D:7      | 9953 ||| Stepping ~*~*~tactically~*~*~ (outnumbered).
  9955 | D:7      | 9955 ||| Stepping ~*~*~tactically~*~*~ (outnumbered).
  9957 | D:7      | 9957 ||| Stepping ~*~*~tactically~*~*~ (outnumbered).
  9959 | D:7      | 9959 ||| Stepping ~*~*~tactically~*~*~ (outnumbered).
  9961 | D:7      | 9961 ||| Stepping ~*~*~tactically~*~*~ (outnumbered).
  9963 | D:7      | 9963 ||| Stepping ~*~*~tactically~*~*~ (outnumbered).
  9965 | D:7      | 9965 ||| Stepping ~*~*~tactically~*~*~ (outnumbered).
  9967 | D:7      | 9967 ||| Stepping ~*~*~tactically~*~*~ (outnumbered).
  9969 | D:7      | 9969 ||| Stepping ~*~*~tactically~*~*~ (outnumbered).
  9971 | D:7      | 9971 ||| Stepping ~*~*~tactically~*~*~ (outnumbered).
  9973 | D:7      | 9973 ||| Stepping ~*~*~tactically~*~*~ (outnumbered).
  9975 | D:7      | 9975 ||| Stepping ~*~*~tactically~*~*~ (outnumbered).
  9977 | D:7      | 9977 ||| Stepping ~*~*~tactically~*~*~ (outnumbered).
  9979 | D:7      | 9979 ||| Stepping ~*~*~tactically~*~*~ (outnumbered).
  9981 | D:7      | 9981 ||| Stepping ~*~*~tactically~*~*~ (outnumbered).
  9983 | D:7      | 9983 ||| Stepping ~*~*~tactically~*~*~ (outnumbered).
  9985 | D:7      | 9985 ||| Stepping ~*~*~tactically~*~*~ (outnumbered).
  9987 | D:7      | 9987 ||| Stepping ~*~*~tactically~*~*~ (outnumbered).
  9989 | D:7      | 9989 ||| Stepping ~*~*~tactically~*~*~ (outnumbered).
  9991 | D:7      | 9991 ||| Stepping ~*~*~tactically~*~*~ (outnumbered).
  9993 | D:7      | 9993 ||| Stepping ~*~*~tactically~*~*~ (outnumbered).
  9995 | D:7      | 9995 ||| Stepping ~*~*~tactically~*~*~ (outnumbered).
  9997 | D:7      | 9997 ||| Stepping ~*~*~tactically~*~*~ (outnumbered).
  9999 | D:7      | 9999 ||| Stepping ~*~*~tactically~*~*~ (outnumbered).
 10001 | D:7      | 10001 ||| Stepping ~*~*~tactically~*~*~ (outnumbered).
 10003 | D:7      | 10003 ||| Stepping ~*~*~tactically~*~*~ (outnumbered).
 10005 | D:7      | 10005 ||| Stepping ~*~*~tactically~*~*~ (outnumbered).
 10007 | D:7      | 10007 ||| Stepping ~*~*~tactically~*~*~ (outnumbered).
 10009 | D:7      | 10009 ||| Stepping ~*~*~tactically~*~*~ (outnumbered).
 10011 | D:7      | 10011 ||| Stepping ~*~*~tactically~*~*~ (outnumbered).
 10013 | D:7      | 10013 ||| Stepping ~*~*~tactically~*~*~ (outnumbered).
 10015 | D:7      | 10015 ||| Stepping ~*~*~tactically~*~*~ (outnumbered).
 10017 | D:7      | 10017 ||| Stepping ~*~*~tactically~*~*~ (outnumbered).
 10019 | D:7      | 10019 ||| Stepping ~*~*~tactically~*~*~ (outnumbered).
 10021 | D:7      | 10021 ||| Stepping ~*~*~tactically~*~*~ (outnumbered).
 10023 | D:7      | 10023 ||| Stepping ~*~*~tactically~*~*~ (outnumbered).
 10025 | D:7      | 10025 ||| Stepping ~*~*~tactically~*~*~ (outnumbered).
 10027 | D:7      | 10027 ||| Stepping ~*~*~tactically~*~*~ (outnumbered).
 10029 | D:7      | 10029 ||| Stepping ~*~*~tactically~*~*~ (outnumbered).
 10031 | D:7      | 10031 ||| Stepping ~*~*~tactically~*~*~ (outnumbered).
 10033 | D:7      | 10033 ||| Stepping ~*~*~tactically~*~*~ (outnumbered).
 10035 | D:7      | 10035 ||| Stepping ~*~*~tactically~*~*~ (outnumbered).
 10037 | D:7      | 10037 ||| Stepping ~*~*~tactically~*~*~ (outnumbered).
 10039 | D:7      | 10039 ||| Stepping ~*~*~tactically~*~*~ (outnumbered).
 10041 | D:7      | 10041 ||| Stepping ~*~*~tactically~*~*~ (outnumbered).
 10043 | D:7      | 10043 ||| Stepping ~*~*~tactically~*~*~ (outnumbered).
 10045 | D:7      | 10045 ||| Stepping ~*~*~tactically~*~*~ (outnumbered).
 10047 | D:7      | 10047 ||| Stepping ~*~*~tactically~*~*~ (outnumbered).
 10049 | D:7      | 10049 ||| Stepping ~*~*~tactically~*~*~ (outnumbered).
 10051 | D:7      | 10051 ||| Stepping ~*~*~tactically~*~*~ (outnumbered).
 10053 | D:7      | 10053 ||| Stepping ~*~*~tactically~*~*~ (outnumbered).
 10055 | D:7      | 10055 ||| Stepping ~*~*~tactically~*~*~ (outnumbered).
 10057 | D:7      | 10057 ||| Stepping ~*~*~tactically~*~*~ (outnumbered).
 10059 | D:7      | 10059 ||| Stepping ~*~*~tactically~*~*~ (outnumbered).
 10061 | D:7      | 10061 ||| Stepping ~*~*~tactically~*~*~ (outnumbered).
 10063 | D:7      | 10063 ||| Stepping ~*~*~tactically~*~*~ (outnumbered).
 10065 | D:7      | 10065 ||| Stepping ~*~*~tactically~*~*~ (outnumbered).
 10067 | D:7      | 10067 ||| Stepping ~*~*~tactically~*~*~ (outnumbered).
 10069 | D:7      | 10069 ||| Stepping ~*~*~tactically~*~*~ (outnumbered).
 10071 | D:7      | 10071 ||| Stepping ~*~*~tactically~*~*~ (outnumbered).
 10073 | D:7      | 10073 ||| Stepping ~*~*~tactically~*~*~ (outnumbered).
 10075 | D:7      | 10075 ||| Stepping ~*~*~tactically~*~*~ (outnumbered).
 10077 | D:7      | 10077 ||| Stepping ~*~*~tactically~*~*~ (outnumbered).
 10079 | D:7      | 10079 ||| Stepping ~*~*~tactically~*~*~ (outnumbered).
 10081 | D:7      | 10081 ||| Stepping ~*~*~tactically~*~*~ (outnumbered).
 10083 | D:7      | 10083 ||| Stepping ~*~*~tactically~*~*~ (outnumbered).
 10085 | D:7      | 10085 ||| Stepping ~*~*~tactically~*~*~ (outnumbered).
 10087 | D:7      | 10087 ||| Stepping ~*~*~tactically~*~*~ (outnumbered).
 10089 | D:7      | 10089 ||| Stepping ~*~*~tactically~*~*~ (outnumbered).
 10091 | D:7      | 10091 ||| Stepping ~*~*~tactically~*~*~ (outnumbered).
 10093 | D:7      | 10093 ||| Stepping ~*~*~tactically~*~*~ (outnumbered).
 10095 | D:7      | 10095 ||| Stepping ~*~*~tactically~*~*~ (outnumbered).
 10097 | D:7      | 10097 ||| Stepping ~*~*~tactically~*~*~ (outnumbered).
 10099 | D:7      | 10099 ||| Stepping ~*~*~tactically~*~*~ (outnumbered).
 10101 | D:7      | 10101 ||| Stepping ~*~*~tactically~*~*~ (outnumbered).
 10103 | D:7      | 10103 ||| Stepping ~*~*~tactically~*~*~ (outnumbered).
 10105 | D:7      | 10105 ||| Stepping ~*~*~tactically~*~*~ (outnumbered).
 10107 | D:7      | 10107 ||| Stepping ~*~*~tactically~*~*~ (outnumbered).
 10109 | D:7      | 10109 ||| Stepping ~*~*~tactically~*~*~ (outnumbered).
 10111 | D:7      | 10111 ||| Stepping ~*~*~tactically~*~*~ (outnumbered).
 10113 | D:7      | 10113 ||| Stepping ~*~*~tactically~*~*~ (outnumbered).
 10115 | D:7      | 10115 ||| Stepping ~*~*~tactically~*~*~ (outnumbered).
 10117 | D:7      | 10117 ||| Stepping ~*~*~tactically~*~*~ (outnumbered).
 10119 | D:7      | 10119 ||| Stepping ~*~*~tactically~*~*~ (outnumbered).
 10121 | D:7      | 10121 ||| Stepping ~*~*~tactically~*~*~ (outnumbered).
 10123 | D:7      | 10123 ||| Stepping ~*~*~tactically~*~*~ (outnumbered).
 10125 | D:7      | 10125 ||| Stepping ~*~*~tactically~*~*~ (outnumbered).
 10127 | D:7      | 10127 ||| Stepping ~*~*~tactically~*~*~ (outnumbered).
 10129 | D:7      | 10129 ||| Stepping ~*~*~tactically~*~*~ (outnumbered).
 10131 | D:7      | 10131 ||| Stepping ~*~*~tactically~*~*~ (outnumbered).
 10133 | D:7      | 10133 ||| Stepping ~*~*~tactically~*~*~ (outnumbered).
 10135 | D:7      | 10135 ||| Stepping ~*~*~tactically~*~*~ (outnumbered).
 10137 | D:7      | 10137 ||| Stepping ~*~*~tactically~*~*~ (outnumbered).
 10139 | D:7      | 10139 ||| Stepping ~*~*~tactically~*~*~ (outnumbered).
 10141 | D:7      | 10141 ||| Stepping ~*~*~tactically~*~*~ (outnumbered).
 10143 | D:7      | 10143 ||| Stepping ~*~*~tactically~*~*~ (outnumbered).
 10145 | D:7      | 10145 ||| Stepping ~*~*~tactically~*~*~ (outnumbered).
 10147 | D:7      | 10147 ||| Stepping ~*~*~tactically~*~*~ (outnumbered).
 10149 | D:7      | 10149 ||| Stepping ~*~*~tactically~*~*~ (outnumbered).
 10151 | D:7      | 10151 ||| Stepping ~*~*~tactically~*~*~ (outnumbered).
 10153 | D:7      | 10153 ||| Stepping ~*~*~tactically~*~*~ (outnumbered).
 10155 | D:7      | 10155 ||| Stepping ~*~*~tactically~*~*~ (outnumbered).
 10157 | D:7      | 10157 ||| Stepping ~*~*~tactically~*~*~ (outnumbered).
 10159 | D:7      | 10159 ||| Stepping ~*~*~tactically~*~*~ (outnumbered).
 10161 | D:7      | 10161 ||| Stepping ~*~*~tactically~*~*~ (outnumbered).
 10163 | D:7      | 10163 ||| Stepping ~*~*~tactically~*~*~ (outnumbered).
 10165 | D:7      | 10165 ||| Stepping ~*~*~tactically~*~*~ (outnumbered).
 10167 | D:7      | 10167 ||| Stepping ~*~*~tactically~*~*~ (outnumbered).
 10169 | D:7      | 10169 ||| Stepping ~*~*~tactically~*~*~ (outnumbered).
 10171 | D:7      | 10171 ||| Stepping ~*~*~tactically~*~*~ (outnumbered).
 10173 | D:7      | 10173 ||| Stepping ~*~*~tactically~*~*~ (outnumbered).
 10175 | D:7      | 10175 ||| Stepping ~*~*~tactically~*~*~ (outnumbered).
 10177 | D:7      | 10177 ||| Stepping ~*~*~tactically~*~*~ (outnumbered).
 10179 | D:7      | 10179 ||| Stepping ~*~*~tactically~*~*~ (outnumbered).
 10181 | D:7      | 10181 ||| Stepping ~*~*~tactically~*~*~ (outnumbered).
 10183 | D:7      | 10183 ||| Stepping ~*~*~tactically~*~*~ (outnumbered).
 10185 | D:7      | 10185 ||| Stepping ~*~*~tactically~*~*~ (outnumbered).
 10187 | D:7      | 10187 ||| Stepping ~*~*~tactically~*~*~ (outnumbered).
 10189 | D:7      | 10189 ||| Stepping ~*~*~tactically~*~*~ (outnumbered).
 10191 | D:7      | 10191 ||| Stepping ~*~*~tactically~*~*~ (outnumbered).
 10193 | D:7      | 10193 ||| Stepping ~*~*~tactically~*~*~ (outnumbered).
 10195 | D:7      | 10195 ||| Stepping ~*~*~tactically~*~*~ (outnumbered).
 10197 | D:7      | 10197 ||| Stepping ~*~*~tactically~*~*~ (outnumbered).
 10199 | D:7      | 10199 ||| Stepping ~*~*~tactically~*~*~ (outnumbered).
 10201 | D:7      | 10201 ||| Stepping ~*~*~tactically~*~*~ (outnumbered).
 10203 | D:7      | 10203 ||| Stepping ~*~*~tactically~*~*~ (outnumbered).
 10205 | D:7      | 10205 ||| Stepping ~*~*~tactically~*~*~ (outnumbered).
 10207 | D:7      | 10207 ||| Stepping ~*~*~tactically~*~*~ (outnumbered).
 10209 | D:7      | 10209 ||| Stepping ~*~*~tactically~*~*~ (outnumbered).
 10211 | D:7      | 10211 ||| Stepping ~*~*~tactically~*~*~ (outnumbered).
 10213 | D:7      | 10213 ||| Stepping ~*~*~tactically~*~*~ (outnumbered).
 10215 | D:7      | 10215 ||| Stepping ~*~*~tactically~*~*~ (outnumbered).
 10217 | D:7      | 10217 ||| Stepping ~*~*~tactically~*~*~ (outnumbered).
 10219 | D:7      | 10219 ||| Stepping ~*~*~tactically~*~*~ (outnumbered).
 10221 | D:7      | 10221 ||| Stepping ~*~*~tactically~*~*~ (outnumbered).
 10223 | D:7      | 10223 ||| Stepping ~*~*~tactically~*~*~ (outnumbered).
 10225 | D:7      | 10225 ||| Stepping ~*~*~tactically~*~*~ (outnumbered).
 10227 | D:7      | 10227 ||| Stepping ~*~*~tactically~*~*~ (outnumbered).
 10229 | D:7      | 10229 ||| Stepping ~*~*~tactically~*~*~ (outnumbered).
 10231 | D:7      | 10231 ||| Stepping ~*~*~tactically~*~*~ (outnumbered).
 10233 | D:7      | 10233 ||| Stepping ~*~*~tactically~*~*~ (outnumbered).
 10235 | D:7      | 10235 ||| Stepping ~*~*~tactically~*~*~ (outnumbered).
 10237 | D:7      | 10237 ||| Stepping ~*~*~tactically~*~*~ (outnumbered).
 10239 | D:7      | 10239 ||| Stepping ~*~*~tactically~*~*~ (outnumbered).
 10241 | D:7      | 10241 ||| Stepping ~*~*~tactically~*~*~ (outnumbered).
 10243 | D:7      | 10243 ||| Stepping ~*~*~tactically~*~*~ (outnumbered).
 10245 | D:7      | 10245 ||| Stepping ~*~*~tactically~*~*~ (outnumbered).
 10247 | D:7      | 10247 ||| Stepping ~*~*~tactically~*~*~ (outnumbered).
 10249 | D:7      | 10249 ||| Stepping ~*~*~tactically~*~*~ (outnumbered).
 10251 | D:7      | 10251 ||| Stepping ~*~*~tactically~*~*~ (outnumbered).
 10253 | D:7      | 10253 ||| Stepping ~*~*~tactically~*~*~ (outnumbered).
 10255 | D:7      | 10255 ||| Stepping ~*~*~tactically~*~*~ (outnumbered).
 10257 | D:7      | 10257 ||| Stepping ~*~*~tactically~*~*~ (outnumbered).
 10259 | D:7      | 10259 ||| Stepping ~*~*~tactically~*~*~ (outnumbered).
 10261 | D:7      | 10261 ||| Stepping ~*~*~tactically~*~*~ (outnumbered).
 10263 | D:7      | 10263 ||| Stepping ~*~*~tactically~*~*~ (outnumbered).
 10265 | D:7      | 10265 ||| Stepping ~*~*~tactically~*~*~ (outnumbered).
 10267 | D:7      | 10267 ||| Stepping ~*~*~tactically~*~*~ (outnumbered).
 10269 | D:7      | 10269 ||| Stepping ~*~*~tactically~*~*~ (outnumbered).
 10271 | D:7      | 10271 ||| Stepping ~*~*~tactically~*~*~ (outnumbered).
 10273 | D:7      | 10273 ||| Stepping ~*~*~tactically~*~*~ (outnumbered).
 10275 | D:7      | 10275 ||| Stepping ~*~*~tactically~*~*~ (outnumbered).
 10277 | D:7      | 10277 ||| Stepping ~*~*~tactically~*~*~ (outnumbered).
 10279 | D:7      | 10279 ||| Stepping ~*~*~tactically~*~*~ (outnumbered).
 10281 | D:7      | 10281 ||| Stepping ~*~*~tactically~*~*~ (outnumbered).
 10283 | D:7      | 10283 ||| Stepping ~*~*~tactically~*~*~ (outnumbered).
 10285 | D:7      | 10285 ||| Stepping ~*~*~tactically~*~*~ (outnumbered).
 10287 | D:7      | 10287 ||| Stepping ~*~*~tactically~*~*~ (outnumbered).
 10289 | D:7      | 10289 ||| Stepping ~*~*~tactically~*~*~ (outnumbered).
 10291 | D:7      | 10291 ||| Stepping ~*~*~tactically~*~*~ (outnumbered).
 10293 | D:7      | 10293 ||| Stepping ~*~*~tactically~*~*~ (outnumbered).
 10295 | D:7      | 10295 ||| Stepping ~*~*~tactically~*~*~ (outnumbered).
 10297 | D:7      | 10297 ||| Stepping ~*~*~tactically~*~*~ (outnumbered).
 10299 | D:7      | 10299 ||| Stepping ~*~*~tactically~*~*~ (outnumbered).
 10301 | D:7      | 10301 ||| Stepping ~*~*~tactically~*~*~ (outnumbered).
 10303 | D:7      | 10303 ||| Stepping ~*~*~tactically~*~*~ (outnumbered).
 10305 | D:7      | 10305 ||| Stepping ~*~*~tactically~*~*~ (outnumbered).
 10307 | D:7      | 10307 ||| Stepping ~*~*~tactically~*~*~ (outnumbered).
 10309 | D:7      | 10309 ||| Stepping ~*~*~tactically~*~*~ (outnumbered).
 10311 | D:7      | 10311 ||| Stepping ~*~*~tactically~*~*~ (outnumbered).
 10313 | D:7      | 10313 ||| Stepping ~*~*~tactically~*~*~ (outnumbered).
 10315 | D:7      | 10315 ||| Stepping ~*~*~tactically~*~*~ (outnumbered).
 10317 | D:7      | 10317 ||| Stepping ~*~*~tactically~*~*~ (outnumbered).
 10319 | D:7      | 10319 ||| Stepping ~*~*~tactically~*~*~ (outnumbered).
 10321 | D:7      | 10321 ||| Stepping ~*~*~tactically~*~*~ (outnumbered).
 10323 | D:7      | 10323 ||| Stepping ~*~*~tactically~*~*~ (outnumbered).
 10325 | D:7      | 10325 ||| Stepping ~*~*~tactically~*~*~ (outnumbered).
 10327 | D:7      | 10327 ||| Stepping ~*~*~tactically~*~*~ (outnumbered).
 10329 | D:7      | 10329 ||| Stepping ~*~*~tactically~*~*~ (outnumbered).
 10331 | D:7      | 10331 ||| Stepping ~*~*~tactically~*~*~ (outnumbered).
 10333 | D:7      | 10333 ||| Stepping ~*~*~tactically~*~*~ (outnumbered).
 10335 | D:7      | 10335 ||| Stepping ~*~*~tactically~*~*~ (outnumbered).
 10337 | D:7      | 10337 ||| Stepping ~*~*~tactically~*~*~ (outnumbered).
 10339 | D:7      | 10339 ||| Stepping ~*~*~tactically~*~*~ (outnumbered).
 10341 | D:7      | 10341 ||| Stepping ~*~*~tactically~*~*~ (outnumbered).
 10343 | D:7      | 10343 ||| Stepping ~*~*~tactically~*~*~ (outnumbered).
 10345 | D:7      | 10345 ||| Stepping ~*~*~tactically~*~*~ (outnumbered).
 10347 | D:7      | 10347 ||| Stepping ~*~*~tactically~*~*~ (outnumbered).
 10349 | D:7      | 10349 ||| Stepping ~*~*~tactically~*~*~ (outnumbered).
 10351 | D:7      | 10351 ||| Stepping ~*~*~tactically~*~*~ (outnumbered).
 10353 | D:7      | 10353 ||| Stepping ~*~*~tactically~*~*~ (outnumbered).
 10355 | D:7      | 10355 ||| Stepping ~*~*~tactically~*~*~ (outnumbered).
 10357 | D:7      | 10357 ||| Stepping ~*~*~tactically~*~*~ (outnumbered).
 10359 | D:7      | 10359 ||| Stepping ~*~*~tactically~*~*~ (outnumbered).
 10361 | D:7      | 10361 ||| Stepping ~*~*~tactically~*~*~ (outnumbered).
 10363 | D:7      | 10363 ||| Stepping ~*~*~tactically~*~*~ (outnumbered).
 10365 | D:7      | 10365 ||| Stepping ~*~*~tactically~*~*~ (outnumbered).
 10367 | D:7      | 10367 ||| Stepping ~*~*~tactically~*~*~ (outnumbered).
 10369 | D:7      | 10369 ||| Stepping ~*~*~tactically~*~*~ (outnumbered).
 10371 | D:7      | 10371 ||| Stepping ~*~*~tactically~*~*~ (outnumbered).
 10373 | D:7      | 10373 ||| Stepping ~*~*~tactically~*~*~ (outnumbered).
 10375 | D:7      | 10375 ||| Stepping ~*~*~tactically~*~*~ (outnumbered).
 10377 | D:7      | 10377 ||| Stepping ~*~*~tactically~*~*~ (outnumbered).
 10379 | D:7      | 10379 ||| Stepping ~*~*~tactically~*~*~ (outnumbered).
 10381 | D:7      | 10381 ||| Stepping ~*~*~tactically~*~*~ (outnumbered).
 10383 | D:7      | 10383 ||| Stepping ~*~*~tactically~*~*~ (outnumbered).
 10385 | D:7      | 10385 ||| Stepping ~*~*~tactically~*~*~ (outnumbered).
 10387 | D:7      | 10387 ||| Stepping ~*~*~tactically~*~*~ (outnumbered).
 10389 | D:7      | 10389 ||| Stepping ~*~*~tactically~*~*~ (outnumbered).
 10391 | D:7      | 10391 ||| Stepping ~*~*~tactically~*~*~ (outnumbered).
 10393 | D:7      | 10393 ||| Stepping ~*~*~tactically~*~*~ (outnumbered).
 10395 | D:7      | 10395 ||| Stepping ~*~*~tactically~*~*~ (outnumbered).
 10397 | D:7      | 10397 ||| Stepping ~*~*~tactically~*~*~ (outnumbered).
 10399 | D:7      | 10399 ||| Stepping ~*~*~tactically~*~*~ (outnumbered).
 10401 | D:7      | 10401 ||| Stepping ~*~*~tactically~*~*~ (outnumbered).
 10403 | D:7      | 10403 ||| Stepping ~*~*~tactically~*~*~ (outnumbered).
 10405 | D:7      | 10405 ||| Stepping ~*~*~tactically~*~*~ (outnumbered).
 10407 | D:7      | 10407 ||| Stepping ~*~*~tactically~*~*~ (outnumbered).
 10409 | D:7      | 10409 ||| Stepping ~*~*~tactically~*~*~ (outnumbered).
 10411 | D:7      | 10411 ||| Stepping ~*~*~tactically~*~*~ (outnumbered).
 10413 | D:7      | 10413 ||| Stepping ~*~*~tactically~*~*~ (outnumbered).
 10415 | D:7      | 10415 ||| Stepping ~*~*~tactically~*~*~ (outnumbered).
 10417 | D:7      | 10417 ||| Stepping ~*~*~tactically~*~*~ (outnumbered).
 10419 | D:7      | 10419 ||| Stepping ~*~*~tactically~*~*~ (outnumbered).
 10421 | D:7      | 10421 ||| Stepping ~*~*~tactically~*~*~ (outnumbered).
 10423 | D:7      | 10423 ||| Stepping ~*~*~tactically~*~*~ (outnumbered).
 10425 | D:7      | 10425 ||| Stepping ~*~*~tactically~*~*~ (outnumbered).
 10427 | D:7      | 10427 ||| Stepping ~*~*~tactically~*~*~ (outnumbered).
 10429 | D:7      | 10429 ||| Stepping ~*~*~tactically~*~*~ (outnumbered).
 10431 | D:7      | 10431 ||| Stepping ~*~*~tactically~*~*~ (outnumbered).
 10433 | D:7      | 10433 ||| Stepping ~*~*~tactically~*~*~ (outnumbered).
 10435 | D:7      | 10435 ||| Stepping ~*~*~tactically~*~*~ (outnumbered).
 10437 | D:7      | 10437 ||| Stepping ~*~*~tactically~*~*~ (outnumbered).
 10439 | D:7      | 10439 ||| Stepping ~*~*~tactically~*~*~ (outnumbered).
 10441 | D:7      | 10441 ||| Stepping ~*~*~tactically~*~*~ (outnumbered).
 10443 | D:7      | 10443 ||| Stepping ~*~*~tactically~*~*~ (outnumbered).
 10445 | D:7      | 10445 ||| Stepping ~*~*~tactically~*~*~ (outnumbered).
 10447 | D:7      | 10447 ||| Stepping ~*~*~tactically~*~*~ (outnumbered).
 10449 | D:7      | 10449 ||| Stepping ~*~*~tactically~*~*~ (outnumbered).
 10451 | D:7      | 10451 ||| Stepping ~*~*~tactically~*~*~ (outnumbered).
 10453 | D:7      | 10453 ||| Stepping ~*~*~tactically~*~*~ (outnumbered).
 10455 | D:7      | 10455 ||| Stepping ~*~*~tactically~*~*~ (outnumbered).
 10457 | D:7      | 10457 ||| Stepping ~*~*~tactically~*~*~ (outnumbered).
 10459 | D:7      | 10459 ||| Stepping ~*~*~tactically~*~*~ (outnumbered).
 10461 | D:7      | 10461 ||| Stepping ~*~*~tactically~*~*~ (outnumbered).
 10463 | D:7      | 10463 ||| Stepping ~*~*~tactically~*~*~ (outnumbered).
 10465 | D:7      | 10465 ||| Stepping ~*~*~tactically~*~*~ (outnumbered).
 10467 | D:7      | 10467 ||| Stepping ~*~*~tactically~*~*~ (outnumbered).
 10469 | D:7      | 10469 ||| Stepping ~*~*~tactically~*~*~ (outnumbered).
 10471 | D:7      | 10471 ||| Stepping ~*~*~tactically~*~*~ (outnumbered).
 10473 | D:7      | 10473 ||| Stepping ~*~*~tactically~*~*~ (outnumbered).
 10475 | D:7      | 10475 ||| Stepping ~*~*~tactically~*~*~ (outnumbered).
 10477 | D:7      | 10477 ||| Stepping ~*~*~tactically~*~*~ (outnumbered).
 10479 | D:7      | 10479 ||| Stepping ~*~*~tactically~*~*~ (outnumbered).
 10481 | D:7      | 10481 ||| Stepping ~*~*~tactically~*~*~ (outnumbered).
 10483 | D:7      | 10483 ||| Stepping ~*~*~tactically~*~*~ (outnumbered).
 10485 | D:7      | 10485 ||| Stepping ~*~*~tactically~*~*~ (outnumbered).
 10487 | D:7      | 10487 ||| Stepping ~*~*~tactically~*~*~ (outnumbered).
 10489 | D:7      | 10489 ||| Stepping ~*~*~tactically~*~*~ (outnumbered).
 10491 | D:7      | 10491 ||| Stepping ~*~*~tactically~*~*~ (outnumbered).
 10493 | D:7      | 10493 ||| Stepping ~*~*~tactically~*~*~ (outnumbered).
 10495 | D:7      | 10495 ||| Stepping ~*~*~tactically~*~*~ (outnumbered).
 10497 | D:7      | 10497 ||| Stepping ~*~*~tactically~*~*~ (outnumbered).
 10499 | D:7      | 10499 ||| Stepping ~*~*~tactically~*~*~ (outnumbered).
 10501 | D:7      | 10501 ||| Stepping ~*~*~tactically~*~*~ (outnumbered).
 10503 | D:7      | 10503 ||| Stepping ~*~*~tactically~*~*~ (outnumbered).
 10505 | D:7      | 10505 ||| Stepping ~*~*~tactically~*~*~ (outnumbered).
 10507 | D:7      | 10507 ||| Stepping ~*~*~tactically~*~*~ (outnumbered).
 10509 | D:7      | 10509 ||| Stepping ~*~*~tactically~*~*~ (outnumbered).
 10511 | D:7      | 10511 ||| Stepping ~*~*~tactically~*~*~ (outnumbered).
 10513 | D:7      | 10513 ||| Stepping ~*~*~tactically~*~*~ (outnumbered).
 10515 | D:7      | 10515 ||| Stepping ~*~*~tactically~*~*~ (outnumbered).
 10517 | D:7      | 10517 ||| Stepping ~*~*~tactically~*~*~ (outnumbered).
 10519 | D:7      | 10519 ||| Stepping ~*~*~tactically~*~*~ (outnumbered).
 10521 | D:7      | 10521 ||| Stepping ~*~*~tactically~*~*~ (outnumbered).
 10523 | D:7      | 10523 ||| Stepping ~*~*~tactically~*~*~ (outnumbered).
 10525 | D:7      | 10525 ||| Stepping ~*~*~tactically~*~*~ (outnumbered).
 10527 | D:7      | 10527 ||| Stepping ~*~*~tactically~*~*~ (outnumbered).
 10529 | D:7      | 10529 ||| Stepping ~*~*~tactically~*~*~ (outnumbered).
 10531 | D:7      | 10531 ||| Stepping ~*~*~tactically~*~*~ (outnumbered).
 10533 | D:7      | 10533 ||| Stepping ~*~*~tactically~*~*~ (outnumbered).
 10535 | D:7      | 10535 ||| Stepping ~*~*~tactically~*~*~ (outnumbered).
 10537 | D:7      | 10537 ||| Stepping ~*~*~tactically~*~*~ (outnumbered).
 10539 | D:7      | 10539 ||| Stepping ~*~*~tactically~*~*~ (outnumbered).
 10541 | D:7      | 10541 ||| Stepping ~*~*~tactically~*~*~ (outnumbered).
 10543 | D:7      | 10543 ||| Stepping ~*~*~tactically~*~*~ (outnumbered).
 10545 | D:7      | 10545 ||| Stepping ~*~*~tactically~*~*~ (outnumbered).
 10547 | D:7      | 10547 ||| Stepping ~*~*~tactically~*~*~ (outnumbered).
 10549 | D:7      | 10549 ||| Stepping ~*~*~tactically~*~*~ (outnumbered).
 10551 | D:7      | 10551 ||| Stepping ~*~*~tactically~*~*~ (outnumbered).
 10553 | D:7      | 10553 ||| Stepping ~*~*~tactically~*~*~ (outnumbered).
 10555 | D:7      | 10555 ||| Stepping ~*~*~tactically~*~*~ (outnumbered).
 10557 | D:7      | 10557 ||| Stepping ~*~*~tactically~*~*~ (outnumbered).
 10559 | D:7      | 10559 ||| Stepping ~*~*~tactically~*~*~ (outnumbered).
 10561 | D:7      | 10561 ||| Stepping ~*~*~tactically~*~*~ (outnumbered).
 10563 | D:7      | 10563 ||| Stepping ~*~*~tactically~*~*~ (outnumbered).
 10565 | D:7      | 10565 ||| Stepping ~*~*~tactically~*~*~ (outnumbered).
 10567 | D:7      | 10567 ||| Stepping ~*~*~tactically~*~*~ (outnumbered).
 10569 | D:7      | 10569 ||| Stepping ~*~*~tactically~*~*~ (outnumbered).
 10571 | D:7      | 10571 ||| Stepping ~*~*~tactically~*~*~ (outnumbered).
 10573 | D:7      | 10573 ||| Stepping ~*~*~tactically~*~*~ (outnumbered).
 10575 | D:7      | 10575 ||| Stepping ~*~*~tactically~*~*~ (outnumbered).
 10577 | D:7      | 10577 ||| Stepping ~*~*~tactically~*~*~ (outnumbered).
 10579 | D:7      | 10579 ||| Stepping ~*~*~tactically~*~*~ (outnumbered).
 10581 | D:7      | 10581 ||| Stepping ~*~*~tactically~*~*~ (outnumbered).
 10583 | D:7      | 10583 ||| Stepping ~*~*~tactically~*~*~ (outnumbered).
 10585 | D:7      | 10585 ||| Stepping ~*~*~tactically~*~*~ (outnumbered).
 10587 | D:7      | 10587 ||| Stepping ~*~*~tactically~*~*~ (outnumbered).
 10589 | D:7      | 10589 ||| Stepping ~*~*~tactically~*~*~ (outnumbered).
 10591 | D:7      | 10591 ||| Stepping ~*~*~tactically~*~*~ (outnumbered).
 10593 | D:7      | 10593 ||| Stepping ~*~*~tactically~*~*~ (outnumbered).
 10595 | D:7      | 10595 ||| Stepping ~*~*~tactically~*~*~ (outnumbered).
 10597 | D:7      | 10597 ||| Stepping ~*~*~tactically~*~*~ (outnumbered).
 10599 | D:7      | 10599 ||| Stepping ~*~*~tactically~*~*~ (outnumbered).
 10601 | D:7      | 10601 ||| Stepping ~*~*~tactically~*~*~ (outnumbered).
 10603 | D:7      | 10603 ||| Stepping ~*~*~tactically~*~*~ (outnumbered).
 10605 | D:7      | 10605 ||| Stepping ~*~*~tactically~*~*~ (outnumbered).
 10607 | D:7      | 10607 ||| Stepping ~*~*~tactically~*~*~ (outnumbered).
 10609 | D:7      | 10609 ||| Stepping ~*~*~tactically~*~*~ (outnumbered).
 10611 | D:7      | 10611 ||| Stepping ~*~*~tactically~*~*~ (outnumbered).
 10613 | D:7      | 10613 ||| Stepping ~*~*~tactically~*~*~ (outnumbered).
 10615 | D:7      | 10615 ||| Stepping ~*~*~tactically~*~*~ (outnumbered).
 10617 | D:7      | 10617 ||| Stepping ~*~*~tactically~*~*~ (outnumbered).
 10619 | D:7      | 10619 ||| Stepping ~*~*~tactically~*~*~ (outnumbered).
 10621 | D:7      | 10621 ||| Stepping ~*~*~tactically~*~*~ (outnumbered).
 10623 | D:7      | 10623 ||| Stepping ~*~*~tactically~*~*~ (outnumbered).
 10625 | D:7      | 10625 ||| Stepping ~*~*~tactically~*~*~ (outnumbered).
 10627 | D:7      | 10627 ||| Stepping ~*~*~tactically~*~*~ (outnumbered).
 10629 | D:7      | 10629 ||| Stepping ~*~*~tactically~*~*~ (outnumbered).
 10631 | D:7      | 10631 ||| Stepping ~*~*~tactically~*~*~ (outnumbered).
 10633 | D:7      | 10633 ||| Stepping ~*~*~tactically~*~*~ (outnumbered).
 10635 | D:7      | 10635 ||| Stepping ~*~*~tactically~*~*~ (outnumbered).
 10637 | D:7      | 10637 ||| Stepping ~*~*~tactically~*~*~ (outnumbered).
 10639 | D:7      | 10639 ||| Stepping ~*~*~tactically~*~*~ (outnumbered).
 10641 | D:7      | 10641 ||| Stepping ~*~*~tactically~*~*~ (outnumbered).
 10643 | D:7      | 10643 ||| Stepping ~*~*~tactically~*~*~ (outnumbered).
 10645 | D:7      | 10645 ||| Stepping ~*~*~tactically~*~*~ (outnumbered).
 10647 | D:7      | 10647 ||| Stepping ~*~*~tactically~*~*~ (outnumbered).
 10649 | D:7      | 10649 ||| Stepping ~*~*~tactically~*~*~ (outnumbered).
 10651 | D:7      | 10651 ||| Stepping ~*~*~tactically~*~*~ (outnumbered).
 10653 | D:7      | 10653 ||| Stepping ~*~*~tactically~*~*~ (outnumbered).
 10655 | D:7      | 10655 ||| Stepping ~*~*~tactically~*~*~ (outnumbered).
 10657 | D:7      | 10657 ||| Stepping ~*~*~tactically~*~*~ (outnumbered).
 10659 | D:7      | 10659 ||| Stepping ~*~*~tactically~*~*~ (outnumbered).
 10661 | D:7      | 10661 ||| Stepping ~*~*~tactically~*~*~ (outnumbered).
 10663 | D:7      | 10663 ||| Stepping ~*~*~tactically~*~*~ (outnumbered).
 10665 | D:7      | 10665 ||| Stepping ~*~*~tactically~*~*~ (outnumbered).
 10667 | D:7      | 10667 ||| Stepping ~*~*~tactically~*~*~ (outnumbered).
 10669 | D:7      | 10669 ||| Stepping ~*~*~tactically~*~*~ (outnumbered).
 10671 | D:7      | 10671 ||| Stepping ~*~*~tactically~*~*~ (outnumbered).
 10673 | D:7      | 10673 ||| Stepping ~*~*~tactically~*~*~ (outnumbered).
 10675 | D:7      | 10675 ||| Stepping ~*~*~tactically~*~*~ (outnumbered).
 10677 | D:7      | 10677 ||| Stepping ~*~*~tactically~*~*~ (outnumbered).
 10679 | D:7      | 10679 ||| Stepping ~*~*~tactically~*~*~ (outnumbered).
 10681 | D:7      | 10681 ||| Stepping ~*~*~tactically~*~*~ (outnumbered).
 10683 | D:7      | 10683 ||| Stepping ~*~*~tactically~*~*~ (outnumbered).
 10685 | D:7      | 10685 ||| Stepping ~*~*~tactically~*~*~ (outnumbered).
 10687 | D:7      | 10687 ||| Stepping ~*~*~tactically~*~*~ (outnumbered).
 10689 | D:7      | 10689 ||| Stepping ~*~*~tactically~*~*~ (outnumbered).
 10691 | D:7      | 10691 ||| Stepping ~*~*~tactically~*~*~ (outnumbered).
 10693 | D:7      | 10693 ||| Stepping ~*~*~tactically~*~*~ (outnumbered).
 10695 | D:7      | 10695 ||| Stepping ~*~*~tactically~*~*~ (outnumbered).
 10697 | D:7      | 10697 ||| Stepping ~*~*~tactically~*~*~ (outnumbered).
 10699 | D:7      | 10699 ||| Stepping ~*~*~tactically~*~*~ (outnumbered).
 10701 | D:7      | 10701 ||| Stepping ~*~*~tactically~*~*~ (outnumbered).
 10703 | D:7      | 10703 ||| Stepping ~*~*~tactically~*~*~ (outnumbered).
 10705 | D:7      | 10705 ||| Stepping ~*~*~tactically~*~*~ (outnumbered).
 10707 | D:7      | 10707 ||| Stepping ~*~*~tactically~*~*~ (outnumbered).
 10709 | D:7      | 10709 ||| Stepping ~*~*~tactically~*~*~ (outnumbered).
 10711 | D:7      | 10711 ||| Stepping ~*~*~tactically~*~*~ (outnumbered).
 10713 | D:7      | 10713 ||| Stepping ~*~*~tactically~*~*~ (outnumbered).
 10715 | D:7      | 10715 ||| Stepping ~*~*~tactically~*~*~ (outnumbered).
 10717 | D:7      | 10717 ||| Stepping ~*~*~tactically~*~*~ (outnumbered).
 10719 | D:7      | 10719 ||| Stepping ~*~*~tactically~*~*~ (outnumbered).
 10721 | D:7      | 10721 ||| Stepping ~*~*~tactically~*~*~ (outnumbered).
 10723 | D:7      | 10723 ||| Stepping ~*~*~tactically~*~*~ (outnumbered).
 10725 | D:7      | 10725 ||| Stepping ~*~*~tactically~*~*~ (outnumbered).
 10727 | D:7      | 10727 ||| Stepping ~*~*~tactically~*~*~ (outnumbered).
 10729 | D:7      | 10729 ||| Stepping ~*~*~tactically~*~*~ (outnumbered).
 10731 | D:7      | 10731 ||| Stepping ~*~*~tactically~*~*~ (outnumbered).
 10733 | D:7      | 10733 ||| Stepping ~*~*~tactically~*~*~ (outnumbered).
 10735 | D:7      | 10735 ||| Stepping ~*~*~tactically~*~*~ (outnumbered).
 10737 | D:7      | 10737 ||| Stepping ~*~*~tactically~*~*~ (outnumbered).
 10739 | D:7      | 10739 ||| Stepping ~*~*~tactically~*~*~ (outnumbered).
 10741 | D:7      | 10741 ||| Stepping ~*~*~tactically~*~*~ (outnumbered).
 10743 | D:7      | 10743 ||| Stepping ~*~*~tactically~*~*~ (outnumbered).
 10745 | D:7      | 10745 ||| Stepping ~*~*~tactically~*~*~ (outnumbered).
 10747 | D:7      | 10747 ||| Stepping ~*~*~tactically~*~*~ (outnumbered).
 10749 | D:7      | 10749 ||| Stepping ~*~*~tactically~*~*~ (outnumbered).
 10751 | D:7      | 10751 ||| Stepping ~*~*~tactically~*~*~ (outnumbered).
 10753 | D:7      | 10753 ||| Stepping ~*~*~tactically~*~*~ (outnumbered).
 10755 | D:7      | 10755 ||| Stepping ~*~*~tactically~*~*~ (outnumbered).
 10757 | D:7      | 10757 ||| Stepping ~*~*~tactically~*~*~ (outnumbered).
 10759 | D:7      | 10759 ||| Stepping ~*~*~tactically~*~*~ (outnumbered).
 10761 | D:7      | 10761 ||| Stepping ~*~*~tactically~*~*~ (outnumbered).
 10763 | D:7      | 10763 ||| Stepping ~*~*~tactically~*~*~ (outnumbered).
 10765 | D:7      | 10765 ||| Stepping ~*~*~tactically~*~*~ (outnumbered).
 10767 | D:7      | 10767 ||| Stepping ~*~*~tactically~*~*~ (outnumbered).
 10769 | D:7      | 10769 ||| Stepping ~*~*~tactically~*~*~ (outnumbered).
 10771 | D:7      | 10771 ||| Stepping ~*~*~tactically~*~*~ (outnumbered).
 10773 | D:7      | 10773 ||| Stepping ~*~*~tactically~*~*~ (outnumbered).
 10775 | D:7      | 10775 ||| Stepping ~*~*~tactically~*~*~ (outnumbered).
 10777 | D:7      | 10777 ||| Stepping ~*~*~tactically~*~*~ (outnumbered).
 10779 | D:7      | 10779 ||| Stepping ~*~*~tactically~*~*~ (outnumbered).
 10781 | D:7      | 10781 ||| Stepping ~*~*~tactically~*~*~ (outnumbered).
 10783 | D:7      | 10783 ||| Stepping ~*~*~tactically~*~*~ (outnumbered).
 10785 | D:7      | 10785 ||| Stepping ~*~*~tactically~*~*~ (outnumbered).
 10787 | D:7      | 10787 ||| Stepping ~*~*~tactically~*~*~ (outnumbered).
 10789 | D:7      | 10789 ||| Stepping ~*~*~tactically~*~*~ (outnumbered).
 10791 | D:7      | 10791 ||| Stepping ~*~*~tactically~*~*~ (outnumbered).
 10793 | D:7      | 10793 ||| Stepping ~*~*~tactically~*~*~ (outnumbered).
 10795 | D:7      | 10795 ||| Stepping ~*~*~tactically~*~*~ (outnumbered).
 10797 | D:7      | 10797 ||| Stepping ~*~*~tactically~*~*~ (outnumbered).
 10799 | D:7      | 10799 ||| Stepping ~*~*~tactically~*~*~ (outnumbered).
 10801 | D:7      | 10801 ||| Stepping ~*~*~tactically~*~*~ (outnumbered).
 10803 | D:7      | 10803 ||| Stepping ~*~*~tactically~*~*~ (outnumbered).
 10805 | D:7      | 10805 ||| Stepping ~*~*~tactically~*~*~ (outnumbered).
 10807 | D:7      | 10807 ||| Stepping ~*~*~tactically~*~*~ (outnumbered).
 10809 | D:7      | 10809 ||| Stepping ~*~*~tactically~*~*~ (outnumbered).
 10811 | D:7      | 10811 ||| Stepping ~*~*~tactically~*~*~ (outnumbered).
 10813 | D:7      | 10813 ||| Stepping ~*~*~tactically~*~*~ (outnumbered).
 10815 | D:7      | 10815 ||| Stepping ~*~*~tactically~*~*~ (outnumbered).
 10817 | D:7      | 10817 ||| Stepping ~*~*~tactically~*~*~ (outnumbered).
 10819 | D:7      | 10819 ||| Stepping ~*~*~tactically~*~*~ (outnumbered).
 10821 | D:7      | 10821 ||| Stepping ~*~*~tactically~*~*~ (outnumbered).
 10823 | D:7      | 10823 ||| Stepping ~*~*~tactically~*~*~ (outnumbered).
 10825 | D:7      | 10825 ||| Stepping ~*~*~tactically~*~*~ (outnumbered).
 10827 | D:7      | 10827 ||| Stepping ~*~*~tactically~*~*~ (outnumbered).
 10829 | D:7      | 10829 ||| Stepping ~*~*~tactically~*~*~ (outnumbered).
 10831 | D:7      | 10831 ||| Stepping ~*~*~tactically~*~*~ (outnumbered).
 10833 | D:7      | 10833 ||| Stepping ~*~*~tactically~*~*~ (outnumbered).
 10835 | D:7      | 10835 ||| Stepping ~*~*~tactically~*~*~ (outnumbered).
 10837 | D:7      | 10837 ||| Stepping ~*~*~tactically~*~*~ (outnumbered).
 10839 | D:7      | 10839 ||| Stepping ~*~*~tactically~*~*~ (outnumbered).
 10841 | D:7      | 10841 ||| Stepping ~*~*~tactically~*~*~ (outnumbered).
 10843 | D:7      | 10843 ||| Stepping ~*~*~tactically~*~*~ (outnumbered).
 10845 | D:7      | 10845 ||| Stepping ~*~*~tactically~*~*~ (outnumbered).
 10847 | D:7      | 10847 ||| Stepping ~*~*~tactically~*~*~ (outnumbered).
 10849 | D:7      | 10849 ||| Stepping ~*~*~tactically~*~*~ (outnumbered).
 10851 | D:7      | 10851 ||| Stepping ~*~*~tactically~*~*~ (outnumbered).
 10853 | D:7      | 10853 ||| Stepping ~*~*~tactically~*~*~ (outnumbered).
 10855 | D:7      | 10855 ||| Stepping ~*~*~tactically~*~*~ (outnumbered).
 10857 | D:7      | 10857 ||| Stepping ~*~*~tactically~*~*~ (outnumbered).
 10859 | D:7      | 10859 ||| Stepping ~*~*~tactically~*~*~ (outnumbered).
 10861 | D:7      | 10861 ||| Stepping ~*~*~tactically~*~*~ (outnumbered).
 10863 | D:7      | 10863 ||| Stepping ~*~*~tactically~*~*~ (outnumbered).
 10865 | D:7      | 10865 ||| Stepping ~*~*~tactically~*~*~ (outnumbered).
 10867 | D:7      | 10867 ||| Stepping ~*~*~tactically~*~*~ (outnumbered).
 10869 | D:7      | 10869 ||| Stepping ~*~*~tactically~*~*~ (outnumbered).
 10871 | D:7      | 10871 ||| Stepping ~*~*~tactically~*~*~ (outnumbered).
 10873 | D:7      | 10873 ||| Stepping ~*~*~tactically~*~*~ (outnumbered).
 10875 | D:7      | 10875 ||| Stepping ~*~*~tactically~*~*~ (outnumbered).
 10877 | D:7      | 10877 ||| Stepping ~*~*~tactically~*~*~ (outnumbered).
 10879 | D:7      | 10879 ||| Stepping ~*~*~tactically~*~*~ (outnumbered).
 10881 | D:7      | 10881 ||| Stepping ~*~*~tactically~*~*~ (outnumbered).
 10883 | D:7      | 10883 ||| Stepping ~*~*~tactically~*~*~ (outnumbered).
 10885 | D:7      | 10885 ||| Stepping ~*~*~tactically~*~*~ (outnumbered).
 10887 | D:7      | 10887 ||| Stepping ~*~*~tactically~*~*~ (outnumbered).
 10889 | D:7      | 10889 ||| Stepping ~*~*~tactically~*~*~ (outnumbered).
 10891 | D:7      | 10891 ||| Stepping ~*~*~tactically~*~*~ (outnumbered).
 10893 | D:7      | 10893 ||| Stepping ~*~*~tactically~*~*~ (outnumbered).
 10895 | D:7      | 10895 ||| Stepping ~*~*~tactically~*~*~ (outnumbered).
 10897 | D:7      | 10897 ||| Stepping ~*~*~tactically~*~*~ (outnumbered).
 10899 | D:7      | 10899 ||| Stepping ~*~*~tactically~*~*~ (outnumbered).
 10901 | D:7      | 10901 ||| Stepping ~*~*~tactically~*~*~ (outnumbered).
 10903 | D:7      | 10903 ||| Stepping ~*~*~tactically~*~*~ (outnumbered).
 10905 | D:7      | 10905 ||| Stepping ~*~*~tactically~*~*~ (outnumbered).
 10907 | D:7      | 10907 ||| Stepping ~*~*~tactically~*~*~ (outnumbered).
 10909 | D:7      | 10909 ||| Stepping ~*~*~tactically~*~*~ (outnumbered).
 10911 | D:7      | 10911 ||| Stepping ~*~*~tactically~*~*~ (outnumbered).
 10913 | D:7      | 10913 ||| Stepping ~*~*~tactically~*~*~ (outnumbered).
 10915 | D:7      | 10915 ||| Stepping ~*~*~tactically~*~*~ (outnumbered).
 10917 | D:7      | 10917 ||| Stepping ~*~*~tactically~*~*~ (outnumbered).
 10919 | D:7      | 10919 ||| Stepping ~*~*~tactically~*~*~ (outnumbered).
 10921 | D:7      | 10921 ||| Stepping ~*~*~tactically~*~*~ (outnumbered).
 10923 | D:7      | 10923 ||| Stepping ~*~*~tactically~*~*~ (outnumbered).
 10925 | D:7      | 10925 ||| Stepping ~*~*~tactically~*~*~ (outnumbered).
 10927 | D:7      | 10927 ||| Stepping ~*~*~tactically~*~*~ (outnumbered).
 10929 | D:7      | 10929 ||| Stepping ~*~*~tactically~*~*~ (outnumbered).
 10931 | D:7      | 10931 ||| Stepping ~*~*~tactically~*~*~ (outnumbered).
 10933 | D:7      | 10933 ||| Stepping ~*~*~tactically~*~*~ (outnumbered).
 10935 | D:7      | 10935 ||| Stepping ~*~*~tactically~*~*~ (outnumbered).
 10937 | D:7      | 10937 ||| Stepping ~*~*~tactically~*~*~ (outnumbered).
 10939 | D:7      | 10939 ||| Stepping ~*~*~tactically~*~*~ (outnumbered).
 10941 | D:7      | 10941 ||| Stepping ~*~*~tactically~*~*~ (outnumbered).
 10943 | D:7      | 10943 ||| Stepping ~*~*~tactically~*~*~ (outnumbered).
 10945 | D:7      | 10945 ||| Stepping ~*~*~tactically~*~*~ (outnumbered).
 10947 | D:7      | 10947 ||| Stepping ~*~*~tactically~*~*~ (outnumbered).
 10949 | D:7      | 10949 ||| Stepping ~*~*~tactically~*~*~ (outnumbered).
 10951 | D:7      | 10951 ||| Stepping ~*~*~tactically~*~*~ (outnumbered).
 10953 | D:7      | 10953 ||| Stepping ~*~*~tactically~*~*~ (outnumbered).
 10955 | D:7      | 10955 ||| Stepping ~*~*~tactically~*~*~ (outnumbered).
 10957 | D:7      | 10957 ||| Stepping ~*~*~tactically~*~*~ (outnumbered).
 10959 | D:7      | 10959 ||| Stepping ~*~*~tactically~*~*~ (outnumbered).
 10961 | D:7      | 10961 ||| Stepping ~*~*~tactically~*~*~ (outnumbered).
 10963 | D:7      | 10963 ||| Stepping ~*~*~tactically~*~*~ (outnumbered).
 10965 | D:7      | 10965 ||| Stepping ~*~*~tactically~*~*~ (outnumbered).
 10967 | D:7      | 10967 ||| Stepping ~*~*~tactically~*~*~ (outnumbered).
 10969 | D:7      | 10969 ||| Stepping ~*~*~tactically~*~*~ (outnumbered).
 10971 | D:7      | 10971 ||| Stepping ~*~*~tactically~*~*~ (outnumbered).
 10973 | D:7      | 10973 ||| Stepping ~*~*~tactically~*~*~ (outnumbered).
 10975 | D:7      | 10975 ||| Stepping ~*~*~tactically~*~*~ (outnumbered).
 10977 | D:7      | 10977 ||| Stepping ~*~*~tactically~*~*~ (outnumbered).
 10979 | D:7      | 10979 ||| Stepping ~*~*~tactically~*~*~ (outnumbered).
 10981 | D:7      | 10981 ||| Stepping ~*~*~tactically~*~*~ (outnumbered).
 10983 | D:7      | 10983 ||| Stepping ~*~*~tactically~*~*~ (outnumbered).
 10985 | D:7      | 10985 ||| Stepping ~*~*~tactically~*~*~ (outnumbered).
 10987 | D:7      | 10987 ||| Stepping ~*~*~tactically~*~*~ (outnumbered).
 10989 | D:7      | 10989 ||| Stepping ~*~*~tactically~*~*~ (outnumbered).
 10991 | D:7      | 10991 ||| Stepping ~*~*~tactically~*~*~ (outnumbered).
 10993 | D:7      | 10993 ||| Stepping ~*~*~tactically~*~*~ (outnumbered).
 10995 | D:7      | 10995 ||| Stepping ~*~*~tactically~*~*~ (outnumbered).
 10997 | D:7      | 10997 ||| Stepping ~*~*~tactically~*~*~ (outnumbered).
 10999 | D:7      | 10999 ||| Stepping ~*~*~tactically~*~*~ (outnumbered).
 11001 | D:7      | 11001 ||| Stepping ~*~*~tactically~*~*~ (outnumbered).
 11003 | D:7      | 11003 ||| Stepping ~*~*~tactically~*~*~ (outnumbered).
 11005 | D:7      | 11005 ||| Stepping ~*~*~tactically~*~*~ (outnumbered).
 11007 | D:7      | 11007 ||| Stepping ~*~*~tactically~*~*~ (outnumbered).
 11009 | D:7      | 11009 ||| Stepping ~*~*~tactically~*~*~ (outnumbered).
 11011 | D:7      | 11011 ||| Stepping ~*~*~tactically~*~*~ (outnumbered).
 11013 | D:7      | 11013 ||| Stepping ~*~*~tactically~*~*~ (outnumbered).
 11015 | D:7      | 11015 ||| Stepping ~*~*~tactically~*~*~ (outnumbered).
 11017 | D:7      | 11017 ||| Stepping ~*~*~tactically~*~*~ (outnumbered).
 11019 | D:7      | 11019 ||| Stepping ~*~*~tactically~*~*~ (outnumbered).
 11021 | D:7      | 11021 ||| Stepping ~*~*~tactically~*~*~ (outnumbered).
 11023 | D:7      | 11023 ||| Stepping ~*~*~tactically~*~*~ (outnumbered).
 11025 | D:7      | 11025 ||| Stepping ~*~*~tactically~*~*~ (outnumbered).
 11027 | D:7      | 11027 ||| Stepping ~*~*~tactically~*~*~ (outnumbered).
 11029 | D:7      | 11029 ||| Stepping ~*~*~tactically~*~*~ (outnumbered).
 11031 | D:7      | 11031 ||| Stepping ~*~*~tactically~*~*~ (outnumbered).
 11033 | D:7      | 11033 ||| Stepping ~*~*~tactically~*~*~ (outnumbered).
 11035 | D:7      | 11035 ||| Stepping ~*~*~tactically~*~*~ (outnumbered).
 11037 | D:7      | 11037 ||| Stepping ~*~*~tactically~*~*~ (outnumbered).
 11039 | D:7      | 11039 ||| Stepping ~*~*~tactically~*~*~ (outnumbered).
 11041 | D:7      | 11041 ||| Stepping ~*~*~tactically~*~*~ (outnumbered).
 11043 | D:7      | 11043 ||| Stepping ~*~*~tactically~*~*~ (outnumbered).
 11045 | D:7      | 11045 ||| Stepping ~*~*~tactically~*~*~ (outnumbered).
 11047 | D:7      | 11047 ||| Stepping ~*~*~tactically~*~*~ (outnumbered).
 11049 | D:7      | 11049 ||| Stepping ~*~*~tactically~*~*~ (outnumbered).
 11051 | D:7      | 11051 ||| Stepping ~*~*~tactically~*~*~ (outnumbered).
 11053 | D:7      | 11053 ||| Stepping ~*~*~tactically~*~*~ (outnumbered).
 11055 | D:7      | 11055 ||| Stepping ~*~*~tactically~*~*~ (outnumbered).
 11057 | D:7      | 11057 ||| Stepping ~*~*~tactically~*~*~ (outnumbered).
 11059 | D:7      | 11059 ||| Stepping ~*~*~tactically~*~*~ (outnumbered).
 11061 | D:7      | 11061 ||| Stepping ~*~*~tactically~*~*~ (outnumbered).
 11063 | D:7      | 11063 ||| Stepping ~*~*~tactically~*~*~ (outnumbered).
 11065 | D:7      | 11065 ||| Stepping ~*~*~tactically~*~*~ (outnumbered).
 11067 | D:7      | 11067 ||| Stepping ~*~*~tactically~*~*~ (outnumbered).
 11069 | D:7      | 11069 ||| Stepping ~*~*~tactically~*~*~ (outnumbered).
 11071 | D:7      | 11071 ||| Stepping ~*~*~tactically~*~*~ (outnumbered).
 11073 | D:7      | 11073 ||| Stepping ~*~*~tactically~*~*~ (outnumbered).
 11075 | D:7      | 11075 ||| Stepping ~*~*~tactically~*~*~ (outnumbered).
 11077 | D:7      | 11077 ||| Stepping ~*~*~tactically~*~*~ (outnumbered).
 11079 | D:7      | 11079 ||| Stepping ~*~*~tactically~*~*~ (outnumbered).
 11081 | D:7      | 11081 ||| Stepping ~*~*~tactically~*~*~ (outnumbered).
 11083 | D:7      | 11083 ||| Stepping ~*~*~tactically~*~*~ (outnumbered).
 11085 | D:7      | 11085 ||| Stepping ~*~*~tactically~*~*~ (outnumbered).
 11087 | D:7      | 11087 ||| Stepping ~*~*~tactically~*~*~ (outnumbered).
 11089 | D:7      | 11089 ||| Stepping ~*~*~tactically~*~*~ (outnumbered).
 11091 | D:7      | 11091 ||| Stepping ~*~*~tactically~*~*~ (outnumbered).
 11093 | D:7      | 11093 ||| Stepping ~*~*~tactically~*~*~ (outnumbered).
 11095 | D:7      | 11095 ||| Stepping ~*~*~tactically~*~*~ (outnumbered).
 11097 | D:7      | 11097 ||| Stepping ~*~*~tactically~*~*~ (outnumbered).
 11099 | D:7      | 11099 ||| Stepping ~*~*~tactically~*~*~ (outnumbered).
 11101 | D:7      | 11101 ||| Stepping ~*~*~tactically~*~*~ (outnumbered).
 11103 | D:7      | 11103 ||| Stepping ~*~*~tactically~*~*~ (outnumbered).
 11105 | D:7      | 11105 ||| Stepping ~*~*~tactically~*~*~ (outnumbered).
 11107 | D:7      | 11107 ||| Stepping ~*~*~tactically~*~*~ (outnumbered).
 11109 | D:7      | 11109 ||| Stepping ~*~*~tactically~*~*~ (outnumbered).
 11111 | D:7      | 11111 ||| Stepping ~*~*~tactically~*~*~ (outnumbered).
 11113 | D:7      | 11113 ||| Stepping ~*~*~tactically~*~*~ (outnumbered).
 11115 | D:7      | 11115 ||| Stepping ~*~*~tactically~*~*~ (outnumbered).
 11117 | D:7      | 11117 ||| Stepping ~*~*~tactically~*~*~ (outnumbered).
 11119 | D:7      | 11119 ||| Stepping ~*~*~tactically~*~*~ (outnumbered).
 11121 | D:7      | 11121 ||| Stepping ~*~*~tactically~*~*~ (outnumbered).
 11123 | D:7      | 11123 ||| Stepping ~*~*~tactically~*~*~ (outnumbered).
 11125 | D:7      | 11125 ||| Stepping ~*~*~tactically~*~*~ (outnumbered).
 11127 | D:7      | 11127 ||| Stepping ~*~*~tactically~*~*~ (outnumbered).
 11129 | D:7      | 11129 ||| Stepping ~*~*~tactically~*~*~ (outnumbered).
 11131 | D:7      | 11131 ||| Stepping ~*~*~tactically~*~*~ (outnumbered).
 11133 | D:7      | 11133 ||| Stepping ~*~*~tactically~*~*~ (outnumbered).
 11135 | D:7      | 11135 ||| Stepping ~*~*~tactically~*~*~ (outnumbered).
 11137 | D:7      | 11137 ||| Stepping ~*~*~tactically~*~*~ (outnumbered).
 11139 | D:7      | 11139 ||| Stepping ~*~*~tactically~*~*~ (outnumbered).
 11141 | D:7      | 11141 ||| Stepping ~*~*~tactically~*~*~ (outnumbered).
 11143 | D:7      | 11143 ||| Stepping ~*~*~tactically~*~*~ (outnumbered).
 11145 | D:7      | 11145 ||| Stepping ~*~*~tactically~*~*~ (outnumbered).
 11147 | D:7      | 11147 ||| Stepping ~*~*~tactically~*~*~ (outnumbered).
 11149 | D:7      | 11149 ||| Stepping ~*~*~tactically~*~*~ (outnumbered).
 11151 | D:7      | 11151 ||| Stepping ~*~*~tactically~*~*~ (outnumbered).
 11153 | D:7      | 11153 ||| Stepping ~*~*~tactically~*~*~ (outnumbered).
 11155 | D:7      | 11155 ||| Stepping ~*~*~tactically~*~*~ (outnumbered).
 11157 | D:7      | 11157 ||| Stepping ~*~*~tactically~*~*~ (outnumbered).
 11159 | D:7      | 11159 ||| Stepping ~*~*~tactically~*~*~ (outnumbered).
 11161 | D:7      | 11161 ||| Stepping ~*~*~tactically~*~*~ (outnumbered).
 11163 | D:7      | 11163 ||| Stepping ~*~*~tactically~*~*~ (outnumbered).
 11165 | D:7      | 11165 ||| Stepping ~*~*~tactically~*~*~ (outnumbered).
 11167 | D:7      | 11167 ||| Stepping ~*~*~tactically~*~*~ (outnumbered).
 11169 | D:7      | 11169 ||| Stepping ~*~*~tactically~*~*~ (outnumbered).
 11171 | D:7      | 11171 ||| Stepping ~*~*~tactically~*~*~ (outnumbered).
 11173 | D:7      | 11173 ||| Stepping ~*~*~tactically~*~*~ (outnumbered).
 11175 | D:7      | 11175 ||| Stepping ~*~*~tactically~*~*~ (outnumbered).
 11177 | D:7      | 11177 ||| Stepping ~*~*~tactically~*~*~ (outnumbered).
 11179 | D:7      | 11179 ||| Stepping ~*~*~tactically~*~*~ (outnumbered).
 11181 | D:7      | 11181 ||| Stepping ~*~*~tactically~*~*~ (outnumbered).
 11183 | D:7      | 11183 ||| Stepping ~*~*~tactically~*~*~ (outnumbered).
 11185 | D:7      | 11185 ||| Stepping ~*~*~tactically~*~*~ (outnumbered).
 11187 | D:7      | 11187 ||| Stepping ~*~*~tactically~*~*~ (outnumbered).
 11189 | D:7      | 11189 ||| Stepping ~*~*~tactically~*~*~ (outnumbered).
 11191 | D:7      | 11191 ||| Stepping ~*~*~tactically~*~*~ (outnumbered).
 11193 | D:7      | 11193 ||| Stepping ~*~*~tactically~*~*~ (outnumbered).
 11195 | D:7      | 11195 ||| Stepping ~*~*~tactically~*~*~ (outnumbered).
 11197 | D:7      | 11197 ||| Stepping ~*~*~tactically~*~*~ (outnumbered).
 11199 | D:7      | 11199 ||| Stepping ~*~*~tactically~*~*~ (outnumbered).
 11201 | D:7      | 11201 ||| Stepping ~*~*~tactically~*~*~ (outnumbered).
 11203 | D:7      | 11203 ||| Stepping ~*~*~tactically~*~*~ (outnumbered).
 11205 | D:7      | 11205 ||| Stepping ~*~*~tactically~*~*~ (outnumbered).
 11207 | D:7      | 11207 ||| Stepping ~*~*~tactically~*~*~ (outnumbered).
 11209 | D:7      | 11209 ||| Stepping ~*~*~tactically~*~*~ (outnumbered).
 11211 | D:7      | 11211 ||| Stepping ~*~*~tactically~*~*~ (outnumbered).
 11213 | D:7      | 11213 ||| Stepping ~*~*~tactically~*~*~ (outnumbered).
 11215 | D:7      | 11215 ||| Stepping ~*~*~tactically~*~*~ (outnumbered).
 11217 | D:7      | 11217 ||| Stepping ~*~*~tactically~*~*~ (outnumbered).
 11219 | D:7      | 11219 ||| Stepping ~*~*~tactically~*~*~ (outnumbered).
 11221 | D:7      | 11221 ||| Stepping ~*~*~tactically~*~*~ (outnumbered).
 11223 | D:7      | 11223 ||| Stepping ~*~*~tactically~*~*~ (outnumbered).
 11225 | D:7      | 11225 ||| Stepping ~*~*~tactically~*~*~ (outnumbered).
 11227 | D:7      | 11227 ||| Stepping ~*~*~tactically~*~*~ (outnumbered).
 11229 | D:7      | 11229 ||| Stepping ~*~*~tactically~*~*~ (outnumbered).
 11231 | D:7      | 11231 ||| Stepping ~*~*~tactically~*~*~ (outnumbered).
 11233 | D:7      | 11233 ||| Stepping ~*~*~tactically~*~*~ (outnumbered).
 11235 | D:7      | 11235 ||| Stepping ~*~*~tactically~*~*~ (outnumbered).
 11237 | D:7      | 11237 ||| Stepping ~*~*~tactically~*~*~ (outnumbered).
 11239 | D:7      | 11239 ||| Stepping ~*~*~tactically~*~*~ (outnumbered).
 11241 | D:7      | 11241 ||| Stepping ~*~*~tactically~*~*~ (outnumbered).
 11243 | D:7      | 11243 ||| Stepping ~*~*~tactically~*~*~ (outnumbered).
 11245 | D:7      | 11245 ||| Stepping ~*~*~tactically~*~*~ (outnumbered).
 11247 | D:7      | 11247 ||| Stepping ~*~*~tactically~*~*~ (outnumbered).
 11249 | D:7      | 11249 ||| Stepping ~*~*~tactically~*~*~ (outnumbered).
 11251 | D:7      | 11251 ||| Stepping ~*~*~tactically~*~*~ (outnumbered).
 11253 | D:7      | 11253 ||| Stepping ~*~*~tactically~*~*~ (outnumbered).
 11255 | D:7      | 11255 ||| Stepping ~*~*~tactically~*~*~ (outnumbered).
 11257 | D:7      | 11257 ||| Stepping ~*~*~tactically~*~*~ (outnumbered).
 11259 | D:7      | 11259 ||| Stepping ~*~*~tactically~*~*~ (outnumbered).
 11261 | D:7      | 11261 ||| Stepping ~*~*~tactically~*~*~ (outnumbered).
 11263 | D:7      | 11263 ||| Stepping ~*~*~tactically~*~*~ (outnumbered).
 11265 | D:7      | 11265 ||| Stepping ~*~*~tactically~*~*~ (outnumbered).
 11267 | D:7      | 11267 ||| Stepping ~*~*~tactically~*~*~ (outnumbered).
 11269 | D:7      | 11269 ||| Stepping ~*~*~tactically~*~*~ (outnumbered).
 11271 | D:7      | 11271 ||| Stepping ~*~*~tactically~*~*~ (outnumbered).
 11273 | D:7      | 11273 ||| Stepping ~*~*~tactically~*~*~ (outnumbered).
 11275 | D:7      | 11275 ||| Stepping ~*~*~tactically~*~*~ (outnumbered).
 11277 | D:7      | 11277 ||| Stepping ~*~*~tactically~*~*~ (outnumbered).
 11279 | D:7      | 11279 ||| Stepping ~*~*~tactically~*~*~ (outnumbered).
 11281 | D:7      | 11281 ||| Stepping ~*~*~tactically~*~*~ (outnumbered).
 11283 | D:7      | 11283 ||| Stepping ~*~*~tactically~*~*~ (outnumbered).
 11285 | D:7      | 11285 ||| Stepping ~*~*~tactically~*~*~ (outnumbered).
 11287 | D:7      | 11287 ||| Stepping ~*~*~tactically~*~*~ (outnumbered).
 11289 | D:7      | 11289 ||| Stepping ~*~*~tactically~*~*~ (outnumbered).
 11291 | D:7      | 11291 ||| Stepping ~*~*~tactically~*~*~ (outnumbered).
 11293 | D:7      | 11293 ||| Stepping ~*~*~tactically~*~*~ (outnumbered).
 11295 | D:7      | 11295 ||| Stepping ~*~*~tactically~*~*~ (outnumbered).
 11297 | D:7      | 11297 ||| Stepping ~*~*~tactically~*~*~ (outnumbered).
 11299 | D:7      | 11299 ||| Stepping ~*~*~tactically~*~*~ (outnumbered).
 11301 | D:7      | 11301 ||| Stepping ~*~*~tactically~*~*~ (outnumbered).
 11303 | D:7      | 11303 ||| Stepping ~*~*~tactically~*~*~ (outnumbered).
 11305 | D:7      | 11305 ||| Stepping ~*~*~tactically~*~*~ (outnumbered).
 11307 | D:7      | 11307 ||| Stepping ~*~*~tactically~*~*~ (outnumbered).
 11309 | D:7      | 11309 ||| Stepping ~*~*~tactically~*~*~ (outnumbered).
 11311 | D:7      | 11311 ||| Stepping ~*~*~tactically~*~*~ (outnumbered).
 11313 | D:7      | 11313 ||| Stepping ~*~*~tactically~*~*~ (outnumbered).
 11315 | D:7      | 11315 ||| Stepping ~*~*~tactically~*~*~ (outnumbered).
 11317 | D:7      | 11317 ||| Stepping ~*~*~tactically~*~*~ (outnumbered).
 11319 | D:7      | 11319 ||| Stepping ~*~*~tactically~*~*~ (outnumbered).
 11321 | D:7      | 11321 ||| Stepping ~*~*~tactically~*~*~ (outnumbered).
 11323 | D:7      | 11323 ||| Stepping ~*~*~tactically~*~*~ (outnumbered).
 11325 | D:7      | 11325 ||| Stepping ~*~*~tactically~*~*~ (outnumbered).
 11327 | D:7      | 11327 ||| Stepping ~*~*~tactically~*~*~ (outnumbered).
 11329 | D:7      | 11329 ||| Stepping ~*~*~tactically~*~*~ (outnumbered).
 11331 | D:7      | 11331 ||| Stepping ~*~*~tactically~*~*~ (outnumbered).
 11333 | D:7      | 11333 ||| Stepping ~*~*~tactically~*~*~ (outnumbered).
 11335 | D:7      | 11335 ||| Stepping ~*~*~tactically~*~*~ (outnumbered).
 11337 | D:7      | 11337 ||| Stepping ~*~*~tactically~*~*~ (outnumbered).
 11339 | D:7      | 11339 ||| Stepping ~*~*~tactically~*~*~ (outnumbered).
 11341 | D:7      | 11341 ||| Stepping ~*~*~tactically~*~*~ (outnumbered).
 11343 | D:7      | 11343 ||| Stepping ~*~*~tactically~*~*~ (outnumbered).
 11345 | D:7      | 11345 ||| Stepping ~*~*~tactically~*~*~ (outnumbered).
 11347 | D:7      | 11347 ||| Stepping ~*~*~tactically~*~*~ (outnumbered).
 11349 | D:7      | 11349 ||| Stepping ~*~*~tactically~*~*~ (outnumbered).
 11351 | D:7      | 11351 ||| Stepping ~*~*~tactically~*~*~ (outnumbered).
 11353 | D:7      | 11353 ||| Stepping ~*~*~tactically~*~*~ (outnumbered).
 11355 | D:7      | 11355 ||| Stepping ~*~*~tactically~*~*~ (outnumbered).
 11357 | D:7      | 11357 ||| Stepping ~*~*~tactically~*~*~ (outnumbered).
 11359 | D:7      | 11359 ||| Stepping ~*~*~tactically~*~*~ (outnumbered).
 11361 | D:7      | 11361 ||| Stepping ~*~*~tactically~*~*~ (outnumbered).
 11363 | D:7      | 11363 ||| Stepping ~*~*~tactically~*~*~ (outnumbered).
 11365 | D:7      | 11365 ||| Stepping ~*~*~tactically~*~*~ (outnumbered).
 11367 | D:7      | 11367 ||| Stepping ~*~*~tactically~*~*~ (outnumbered).
 11369 | D:7      | 11369 ||| Stepping ~*~*~tactically~*~*~ (outnumbered).
 11371 | D:7      | 11371 ||| Stepping ~*~*~tactically~*~*~ (outnumbered).
 11373 | D:7      | 11373 ||| Stepping ~*~*~tactically~*~*~ (outnumbered).
 11375 | D:7      | 11375 ||| Stepping ~*~*~tactically~*~*~ (outnumbered).
 11377 | D:7      | 11377 ||| Stepping ~*~*~tactically~*~*~ (outnumbered).
 11379 | D:7      | 11379 ||| Stepping ~*~*~tactically~*~*~ (outnumbered).
 11381 | D:7      | 11381 ||| Stepping ~*~*~tactically~*~*~ (outnumbered).
 11383 | D:7      | 11383 ||| Stepping ~*~*~tactically~*~*~ (outnumbered).
 11385 | D:7      | 11385 ||| Stepping ~*~*~tactically~*~*~ (outnumbered).
 11387 | D:7      | 11387 ||| Stepping ~*~*~tactically~*~*~ (outnumbered).
 11389 | D:7      | 11389 ||| Stepping ~*~*~tactically~*~*~ (outnumbered).
 11391 | D:7      | 11391 ||| Stepping ~*~*~tactically~*~*~ (outnumbered).
 11393 | D:7      | 11393 ||| Stepping ~*~*~tactically~*~*~ (outnumbered).
 11395 | D:7      | 11395 ||| Stepping ~*~*~tactically~*~*~ (outnumbered).
 11397 | D:7      | 11397 ||| Stepping ~*~*~tactically~*~*~ (outnumbered).
 11399 | D:7      | 11399 ||| Stepping ~*~*~tactically~*~*~ (outnumbered).
 11401 | D:7      | 11401 ||| Stepping ~*~*~tactically~*~*~ (outnumbered).
 11403 | D:7      | 11403 ||| Stepping ~*~*~tactically~*~*~ (outnumbered).
 11405 | D:7      | 11405 ||| Stepping ~*~*~tactically~*~*~ (outnumbered).
 11407 | D:7      | 11407 ||| Stepping ~*~*~tactically~*~*~ (outnumbered).
 11409 | D:7      | 11409 ||| Stepping ~*~*~tactically~*~*~ (outnumbered).
 11411 | D:7      | 11411 ||| Stepping ~*~*~tactically~*~*~ (outnumbered).
 11413 | D:7      | 11413 ||| Stepping ~*~*~tactically~*~*~ (outnumbered).
 11415 | D:7      | 11415 ||| Stepping ~*~*~tactically~*~*~ (outnumbered).
 11417 | D:7      | 11417 ||| Stepping ~*~*~tactically~*~*~ (outnumbered).
 11419 | D:7      | 11419 ||| Stepping ~*~*~tactically~*~*~ (outnumbered).
 11421 | D:7      | 11421 ||| Stepping ~*~*~tactically~*~*~ (outnumbered).
 11423 | D:7      | 11423 ||| Stepping ~*~*~tactically~*~*~ (outnumbered).
 11425 | D:7      | 11425 ||| Stepping ~*~*~tactically~*~*~ (outnumbered).
 11427 | D:7      | 11427 ||| Stepping ~*~*~tactically~*~*~ (outnumbered).
 11429 | D:7      | 11429 ||| Stepping ~*~*~tactically~*~*~ (outnumbered).
 11431 | D:7      | 11431 ||| Stepping ~*~*~tactically~*~*~ (outnumbered).
 11433 | D:7      | 11433 ||| Stepping ~*~*~tactically~*~*~ (outnumbered).
 11435 | D:7      | 11435 ||| Stepping ~*~*~tactically~*~*~ (outnumbered).
 11437 | D:7      | 11437 ||| Stepping ~*~*~tactically~*~*~ (outnumbered).
 11439 | D:7      | 11439 ||| Stepping ~*~*~tactically~*~*~ (outnumbered).
 11441 | D:7      | 11441 ||| Stepping ~*~*~tactically~*~*~ (outnumbered).
 11443 | D:7      | 11443 ||| Stepping ~*~*~tactically~*~*~ (outnumbered).
 11445 | D:7      | 11445 ||| Stepping ~*~*~tactically~*~*~ (outnumbered).
 11447 | D:7      | 11447 ||| Stepping ~*~*~tactically~*~*~ (outnumbered).
 11449 | D:7      | 11449 ||| Stepping ~*~*~tactically~*~*~ (outnumbered).
 11451 | D:7      | 11451 ||| Stepping ~*~*~tactically~*~*~ (outnumbered).
 11453 | D:7      | 11453 ||| Stepping ~*~*~tactically~*~*~ (outnumbered).
 11455 | D:7      | 11455 ||| Stepping ~*~*~tactically~*~*~ (outnumbered).
 11457 | D:7      | 11457 ||| Stepping ~*~*~tactically~*~*~ (outnumbered).
 11459 | D:7      | 11459 ||| Stepping ~*~*~tactically~*~*~ (outnumbered).
 11461 | D:7      | 11461 ||| Stepping ~*~*~tactically~*~*~ (outnumbered).
 11463 | D:7      | 11463 ||| Stepping ~*~*~tactically~*~*~ (outnumbered).
 11465 | D:7      | 11465 ||| Stepping ~*~*~tactically~*~*~ (outnumbered).
 11467 | D:7      | 11467 ||| Stepping ~*~*~tactically~*~*~ (outnumbered).
 11469 | D:7      | 11469 ||| Stepping ~*~*~tactically~*~*~ (outnumbered).
 11471 | D:7      | 11471 ||| Stepping ~*~*~tactically~*~*~ (outnumbered).
 11473 | D:7      | 11473 ||| Stepping ~*~*~tactically~*~*~ (outnumbered).
 11475 | D:7      | 11475 ||| Stepping ~*~*~tactically~*~*~ (outnumbered).
 11477 | D:7      | 11477 ||| Stepping ~*~*~tactically~*~*~ (outnumbered).
 11479 | D:7      | 11479 ||| Stepping ~*~*~tactically~*~*~ (outnumbered).
 11481 | D:7      | 11481 ||| Stepping ~*~*~tactically~*~*~ (outnumbered).
 11483 | D:7      | 11483 ||| Stepping ~*~*~tactically~*~*~ (outnumbered).
 11485 | D:7      | 11485 ||| Stepping ~*~*~tactically~*~*~ (outnumbered).
 11487 | D:7      | 11487 ||| Stepping ~*~*~tactically~*~*~ (outnumbered).
 11489 | D:7      | 11489 ||| Stepping ~*~*~tactically~*~*~ (outnumbered).
 11491 | D:7      | 11491 ||| Stepping ~*~*~tactically~*~*~ (outnumbered).
 11493 | D:7      | 11493 ||| Stepping ~*~*~tactically~*~*~ (outnumbered).
 11495 | D:7      | 11495 ||| Stepping ~*~*~tactically~*~*~ (outnumbered).
 11497 | D:7      | 11497 ||| Stepping ~*~*~tactically~*~*~ (outnumbered).
 11499 | D:7      | 11499 ||| Stepping ~*~*~tactically~*~*~ (outnumbered).
 11501 | D:7      | 11501 ||| Stepping ~*~*~tactically~*~*~ (outnumbered).
 11503 | D:7      | 11503 ||| Stepping ~*~*~tactically~*~*~ (outnumbered).
 11505 | D:7      | 11505 ||| Stepping ~*~*~tactically~*~*~ (outnumbered).
 11507 | D:7      | 11507 ||| Stepping ~*~*~tactically~*~*~ (outnumbered).
 11509 | D:7      | 11509 ||| Stepping ~*~*~tactically~*~*~ (outnumbered).
 11511 | D:7      | 11511 ||| Stepping ~*~*~tactically~*~*~ (outnumbered).
 11513 | D:7      | 11513 ||| Stepping ~*~*~tactically~*~*~ (outnumbered).
 11515 | D:7      | 11515 ||| Stepping ~*~*~tactically~*~*~ (outnumbered).
 11517 | D:7      | 11517 ||| Stepping ~*~*~tactically~*~*~ (outnumbered).
 11519 | D:7      | 11519 ||| Stepping ~*~*~tactically~*~*~ (outnumbered).
 11521 | D:7      | 11521 ||| Stepping ~*~*~tactically~*~*~ (outnumbered).
 11523 | D:7      | 11523 ||| Stepping ~*~*~tactically~*~*~ (outnumbered).
 11525 | D:7      | 11525 ||| Stepping ~*~*~tactically~*~*~ (outnumbered).
 11527 | D:7      | 11527 ||| Stepping ~*~*~tactically~*~*~ (outnumbered).
 11529 | D:7      | 11529 ||| Stepping ~*~*~tactically~*~*~ (outnumbered).
 11531 | D:7      | 11531 ||| Stepping ~*~*~tactically~*~*~ (outnumbered).
 11533 | D:7      | 11533 ||| Stepping ~*~*~tactically~*~*~ (outnumbered).
 11535 | D:7      | 11535 ||| Stepping ~*~*~tactically~*~*~ (outnumbered).
 11537 | D:7      | 11537 ||| Stepping ~*~*~tactically~*~*~ (outnumbered).
 11539 | D:7      | 11539 ||| Stepping ~*~*~tactically~*~*~ (outnumbered).
 11541 | D:7      | 11541 ||| Stepping ~*~*~tactically~*~*~ (outnumbered).
 11543 | D:7      | 11543 ||| Stepping ~*~*~tactically~*~*~ (outnumbered).
 11545 | D:7      | 11545 ||| Stepping ~*~*~tactically~*~*~ (outnumbered).
 11547 | D:7      | 11547 ||| Stepping ~*~*~tactically~*~*~ (outnumbered).
 11549 | D:7      | 11549 ||| Stepping ~*~*~tactically~*~*~ (outnumbered).
 11551 | D:7      | 11551 ||| Stepping ~*~*~tactically~*~*~ (outnumbered).
 11553 | D:7      | 11553 ||| Stepping ~*~*~tactically~*~*~ (outnumbered).
 11555 | D:7      | 11555 ||| Stepping ~*~*~tactically~*~*~ (outnumbered).
 11557 | D:7      | 11557 ||| Stepping ~*~*~tactically~*~*~ (outnumbered).
 11559 | D:7      | 11559 ||| Stepping ~*~*~tactically~*~*~ (outnumbered).
 11561 | D:7      | 11561 ||| Stepping ~*~*~tactically~*~*~ (outnumbered).
 11563 | D:7      | 11563 ||| Stepping ~*~*~tactically~*~*~ (outnumbered).
 11565 | D:7      | 11565 ||| Stepping ~*~*~tactically~*~*~ (outnumbered).
 11567 | D:7      | 11567 ||| Stepping ~*~*~tactically~*~*~ (outnumbered).
 11569 | D:7      | 11569 ||| Stepping ~*~*~tactically~*~*~ (outnumbered).
 11571 | D:7      | 11571 ||| Stepping ~*~*~tactically~*~*~ (outnumbered).
 11573 | D:7      | 11573 ||| Stepping ~*~*~tactically~*~*~ (outnumbered).
 11575 | D:7      | 11575 ||| Stepping ~*~*~tactically~*~*~ (outnumbered).
 11577 | D:7      | 11577 ||| Stepping ~*~*~tactically~*~*~ (outnumbered).
 11579 | D:7      | 11579 ||| Stepping ~*~*~tactically~*~*~ (outnumbered).
 11581 | D:7      | 11581 ||| Stepping ~*~*~tactically~*~*~ (outnumbered).
 11583 | D:7      | 11583 ||| Stepping ~*~*~tactically~*~*~ (outnumbered).
 11585 | D:7      | 11585 ||| Stepping ~*~*~tactically~*~*~ (outnumbered).
 11587 | D:7      | 11587 ||| Stepping ~*~*~tactically~*~*~ (outnumbered).
 11589 | D:7      | 11589 ||| Stepping ~*~*~tactically~*~*~ (outnumbered).
 11591 | D:7      | 11591 ||| Stepping ~*~*~tactically~*~*~ (outnumbered).
 11593 | D:7      | 11593 ||| Stepping ~*~*~tactically~*~*~ (outnumbered).
 11595 | D:7      | 11595 ||| Stepping ~*~*~tactically~*~*~ (outnumbered).
 11597 | D:7      | 11597 ||| Stepping ~*~*~tactically~*~*~ (outnumbered).
 11599 | D:7      | 11599 ||| Stepping ~*~*~tactically~*~*~ (outnumbered).
 11601 | D:7      | 11601 ||| Stepping ~*~*~tactically~*~*~ (outnumbered).
 11603 | D:7      | 11603 ||| Stepping ~*~*~tactically~*~*~ (outnumbered).
 11605 | D:7      | 11605 ||| Stepping ~*~*~tactically~*~*~ (outnumbered).
 11607 | D:7      | 11607 ||| Stepping ~*~*~tactically~*~*~ (outnumbered).
 11609 | D:7      | 11609 ||| Stepping ~*~*~tactically~*~*~ (outnumbered).
 11611 | D:7      | 11611 ||| Stepping ~*~*~tactically~*~*~ (outnumbered).
 11613 | D:7      | 11613 ||| Stepping ~*~*~tactically~*~*~ (outnumbered).
 11615 | D:7      | 11615 ||| Stepping ~*~*~tactically~*~*~ (outnumbered).
 11617 | D:7      | 11617 ||| Stepping ~*~*~tactically~*~*~ (outnumbered).
 11619 | D:7      | 11619 ||| Stepping ~*~*~tactically~*~*~ (outnumbered).
 11621 | D:7      | 11621 ||| Stepping ~*~*~tactically~*~*~ (outnumbered).
 11623 | D:7      | 11623 ||| Stepping ~*~*~tactically~*~*~ (outnumbered).
 11625 | D:7      | 11625 ||| Stepping ~*~*~tactically~*~*~ (outnumbered).
 11627 | D:7      | 11627 ||| Stepping ~*~*~tactically~*~*~ (outnumbered).
 11629 | D:7      | 11629 ||| Stepping ~*~*~tactically~*~*~ (outnumbered).
 11631 | D:7      | 11631 ||| Stepping ~*~*~tactically~*~*~ (outnumbered).
 11633 | D:7      | 11633 ||| Stepping ~*~*~tactically~*~*~ (outnumbered).
 11635 | D:7      | 11635 ||| Stepping ~*~*~tactically~*~*~ (outnumbered).
 11637 | D:7      | 11637 ||| Stepping ~*~*~tactically~*~*~ (outnumbered).
 11639 | D:7      | 11639 ||| Stepping ~*~*~tactically~*~*~ (outnumbered).
 11641 | D:7      | 11641 ||| Stepping ~*~*~tactically~*~*~ (outnumbered).
 11643 | D:7      | 11643 ||| Stepping ~*~*~tactically~*~*~ (outnumbered).
 11645 | D:7      | 11645 ||| Stepping ~*~*~tactically~*~*~ (outnumbered).
 11647 | D:7      | 11647 ||| Stepping ~*~*~tactically~*~*~ (outnumbered).
 11649 | D:7      | 11649 ||| Stepping ~*~*~tactically~*~*~ (outnumbered).
 11651 | D:7      | 11651 ||| Stepping ~*~*~tactically~*~*~ (outnumbered).
 11653 | D:7      | 11653 ||| Stepping ~*~*~tactically~*~*~ (outnumbered).
 11655 | D:7      | 11655 ||| Stepping ~*~*~tactically~*~*~ (outnumbered).
 11657 | D:7      | 11657 ||| Stepping ~*~*~tactically~*~*~ (outnumbered).
 11659 | D:7      | 11659 ||| Stepping ~*~*~tactically~*~*~ (outnumbered).
 11661 | D:7      | 11661 ||| Stepping ~*~*~tactically~*~*~ (outnumbered).
 11663 | D:7      | 11663 ||| Stepping ~*~*~tactically~*~*~ (outnumbered).
 11665 | D:7      | 11665 ||| Stepping ~*~*~tactically~*~*~ (outnumbered).
 11667 | D:7      | 11667 ||| Stepping ~*~*~tactically~*~*~ (outnumbered).
 11669 | D:7      | 11669 ||| Stepping ~*~*~tactically~*~*~ (outnumbered).
 11671 | D:7      | 11671 ||| Stepping ~*~*~tactically~*~*~ (outnumbered).
 11673 | D:7      | 11673 ||| Stepping ~*~*~tactically~*~*~ (outnumbered).
 11675 | D:7      | 11675 ||| Stepping ~*~*~tactically~*~*~ (outnumbered).
 11677 | D:7      | 11677 ||| Stepping ~*~*~tactically~*~*~ (outnumbered).
 11679 | D:7      | 11679 ||| Stepping ~*~*~tactically~*~*~ (outnumbered).
 11681 | D:7      | 11681 ||| Stepping ~*~*~tactically~*~*~ (outnumbered).
 11683 | D:7      | 11683 ||| Stepping ~*~*~tactically~*~*~ (outnumbered).
 11685 | D:7      | 11685 ||| Stepping ~*~*~tactically~*~*~ (outnumbered).
 11687 | D:7      | 11687 ||| Stepping ~*~*~tactically~*~*~ (outnumbered).
 11689 | D:7      | 11689 ||| Stepping ~*~*~tactically~*~*~ (outnumbered).
 11691 | D:7      | 11691 ||| Stepping ~*~*~tactically~*~*~ (outnumbered).
 11693 | D:7      | 11693 ||| Stepping ~*~*~tactically~*~*~ (outnumbered).
 11695 | D:7      | 11695 ||| Stepping ~*~*~tactically~*~*~ (outnumbered).
 11697 | D:7      | 11697 ||| Stepping ~*~*~tactically~*~*~ (outnumbered).
 11699 | D:7      | 11699 ||| Stepping ~*~*~tactically~*~*~ (outnumbered).
 11701 | D:7      | 11701 ||| Stepping ~*~*~tactically~*~*~ (outnumbered).
 11703 | D:7      | 11703 ||| Stepping ~*~*~tactically~*~*~ (outnumbered).
 11705 | D:7      | 11705 ||| Stepping ~*~*~tactically~*~*~ (outnumbered).
 11707 | D:7      | 11707 ||| Stepping ~*~*~tactically~*~*~ (outnumbered).
 11709 | D:7      | 11709 ||| Stepping ~*~*~tactically~*~*~ (outnumbered).
 11711 | D:7      | 11711 ||| Stepping ~*~*~tactically~*~*~ (outnumbered).
 11713 | D:7      | 11713 ||| Stepping ~*~*~tactically~*~*~ (outnumbered).
 11715 | D:7      | 11715 ||| Stepping ~*~*~tactically~*~*~ (outnumbered).
 11717 | D:7      | 11717 ||| Stepping ~*~*~tactically~*~*~ (outnumbered).
 11719 | D:7      | 11719 ||| Stepping ~*~*~tactically~*~*~ (outnumbered).
 11721 | D:7      | 11721 ||| Stepping ~*~*~tactically~*~*~ (outnumbered).
 11723 | D:7      | 11723 ||| Stepping ~*~*~tactically~*~*~ (outnumbered).
 11725 | D:7      | 11725 ||| Stepping ~*~*~tactically~*~*~ (outnumbered).
 11727 | D:7      | 11727 ||| Stepping ~*~*~tactically~*~*~ (outnumbered).
 11729 | D:7      | 11729 ||| Stepping ~*~*~tactically~*~*~ (outnumbered).
 11731 | D:7      | 11731 ||| Stepping ~*~*~tactically~*~*~ (outnumbered).
 11733 | D:7      | 11733 ||| Stepping ~*~*~tactically~*~*~ (outnumbered).
 11735 | D:7      | 11735 ||| Stepping ~*~*~tactically~*~*~ (outnumbered).
 11737 | D:7      | 11737 ||| Stepping ~*~*~tactically~*~*~ (outnumbered).
 11739 | D:7      | 11739 ||| Stepping ~*~*~tactically~*~*~ (outnumbered).
 11741 | D:7      | 11741 ||| Stepping ~*~*~tactically~*~*~ (outnumbered).
 11743 | D:7      | 11743 ||| Stepping ~*~*~tactically~*~*~ (outnumbered).
 11745 | D:7      | 11745 ||| Stepping ~*~*~tactically~*~*~ (outnumbered).
 11747 | D:7      | 11747 ||| Stepping ~*~*~tactically~*~*~ (outnumbered).
 11749 | D:7      | 11749 ||| Stepping ~*~*~tactically~*~*~ (outnumbered).
 11751 | D:7      | 11751 ||| Stepping ~*~*~tactically~*~*~ (outnumbered).
 11753 | D:7      | 11753 ||| Stepping ~*~*~tactically~*~*~ (outnumbered).
 11755 | D:7      | 11755 ||| Stepping ~*~*~tactically~*~*~ (outnumbered).
 11757 | D:7      | 11757 ||| Stepping ~*~*~tactically~*~*~ (outnumbered).
 11759 | D:7      | 11759 ||| Stepping ~*~*~tactically~*~*~ (outnumbered).
 11761 | D:7      | 11761 ||| Stepping ~*~*~tactically~*~*~ (outnumbered).
 11763 | D:7      | 11763 ||| Stepping ~*~*~tactically~*~*~ (outnumbered).
 11765 | D:7      | 11765 ||| Stepping ~*~*~tactically~*~*~ (outnumbered).
 11767 | D:7      | 11767 ||| Stepping ~*~*~tactically~*~*~ (outnumbered).
 11769 | D:7      | 11769 ||| Stepping ~*~*~tactically~*~*~ (outnumbered).
 11771 | D:7      | 11771 ||| Stepping ~*~*~tactically~*~*~ (outnumbered).
 11773 | D:7      | 11773 ||| Stepping ~*~*~tactically~*~*~ (outnumbered).
 11775 | D:7      | 11775 ||| Stepping ~*~*~tactically~*~*~ (outnumbered).
 11777 | D:7      | 11777 ||| Stepping ~*~*~tactically~*~*~ (outnumbered).
 11779 | D:7      | 11779 ||| Stepping ~*~*~tactically~*~*~ (outnumbered).
 11781 | D:7      | 11781 ||| Stepping ~*~*~tactically~*~*~ (outnumbered).
 11783 | D:7      | 11783 ||| Stepping ~*~*~tactically~*~*~ (outnumbered).
 11785 | D:7      | 11785 ||| Stepping ~*~*~tactically~*~*~ (outnumbered).
 11787 | D:7      | 11787 ||| Stepping ~*~*~tactically~*~*~ (outnumbered).
 11789 | D:7      | 11789 ||| Stepping ~*~*~tactically~*~*~ (outnumbered).
 11791 | D:7      | 11791 ||| Stepping ~*~*~tactically~*~*~ (outnumbered).
 11793 | D:7      | 11793 ||| Stepping ~*~*~tactically~*~*~ (outnumbered).
 11795 | D:7      | 11795 ||| Stepping ~*~*~tactically~*~*~ (outnumbered).
 11797 | D:7      | 11797 ||| Stepping ~*~*~tactically~*~*~ (outnumbered).
 11799 | D:7      | 11799 ||| Stepping ~*~*~tactically~*~*~ (outnumbered).
 11801 | D:7      | 11801 ||| Stepping ~*~*~tactically~*~*~ (outnumbered).
 11803 | D:7      | 11803 ||| Stepping ~*~*~tactically~*~*~ (outnumbered).
 11805 | D:7      | 11805 ||| Stepping ~*~*~tactically~*~*~ (outnumbered).
 11807 | D:7      | 11807 ||| Stepping ~*~*~tactically~*~*~ (outnumbered).
 11809 | D:7      | 11809 ||| Stepping ~*~*~tactically~*~*~ (outnumbered).
 11811 | D:7      | 11811 ||| Stepping ~*~*~tactically~*~*~ (outnumbered).
 11813 | D:7      | 11813 ||| Stepping ~*~*~tactically~*~*~ (outnumbered).
 11815 | D:7      | 11815 ||| Stepping ~*~*~tactically~*~*~ (outnumbered).
 11817 | D:7      | 11817 ||| Stepping ~*~*~tactically~*~*~ (outnumbered).
 11819 | D:7      | 11819 ||| Stepping ~*~*~tactically~*~*~ (outnumbered).
 11821 | D:7      | 11821 ||| Stepping ~*~*~tactically~*~*~ (outnumbered).
 11823 | D:7      | 11823 ||| Stepping ~*~*~tactically~*~*~ (outnumbered).
 11825 | D:7      | 11825 ||| Stepping ~*~*~tactically~*~*~ (outnumbered).
 11827 | D:7      | 11827 ||| Stepping ~*~*~tactically~*~*~ (outnumbered).
 11829 | D:7      | 11829 ||| Stepping ~*~*~tactically~*~*~ (outnumbered).
 11831 | D:7      | 11831 ||| Stepping ~*~*~tactically~*~*~ (outnumbered).
 11833 | D:7      | 11833 ||| Stepping ~*~*~tactically~*~*~ (outnumbered).
 11835 | D:7      | 11835 ||| Stepping ~*~*~tactically~*~*~ (outnumbered).
 11837 | D:7      | 11837 ||| Stepping ~*~*~tactically~*~*~ (outnumbered).
 11839 | D:7      | 11839 ||| Stepping ~*~*~tactically~*~*~ (outnumbered).
 11841 | D:7      | 11841 ||| Stepping ~*~*~tactically~*~*~ (outnumbered).
 11843 | D:7      | 11843 ||| Stepping ~*~*~tactically~*~*~ (outnumbered).
 11845 | D:7      | 11845 ||| Stepping ~*~*~tactically~*~*~ (outnumbered).
 11847 | D:7      | 11847 ||| Stepping ~*~*~tactically~*~*~ (outnumbered).
 11849 | D:7      | 11849 ||| Stepping ~*~*~tactically~*~*~ (outnumbered).
 11851 | D:7      | 11851 ||| Stepping ~*~*~tactically~*~*~ (outnumbered).
 11853 | D:7      | 11853 ||| Stepping ~*~*~tactically~*~*~ (outnumbered).
 11855 | D:7      | 11855 ||| Stepping ~*~*~tactically~*~*~ (outnumbered).
 11857 | D:7      | 11857 ||| Stepping ~*~*~tactically~*~*~ (outnumbered).
 11859 | D:7      | 11859 ||| Stepping ~*~*~tactically~*~*~ (outnumbered).
 11861 | D:7      | 11861 ||| Stepping ~*~*~tactically~*~*~ (outnumbered).
 11863 | D:7      | 11863 ||| Stepping ~*~*~tactically~*~*~ (outnumbered).
 11865 | D:7      | 11865 ||| Stepping ~*~*~tactically~*~*~ (outnumbered).
 11867 | D:7      | 11867 ||| Stepping ~*~*~tactically~*~*~ (outnumbered).
 11869 | D:7      | 11869 ||| Stepping ~*~*~tactically~*~*~ (outnumbered).
 11871 | D:7      | 11871 ||| Stepping ~*~*~tactically~*~*~ (outnumbered).
 11873 | D:7      | 11873 ||| Stepping ~*~*~tactically~*~*~ (outnumbered).
 11875 | D:7      | 11875 ||| Stepping ~*~*~tactically~*~*~ (outnumbered).
 11877 | D:7      | 11877 ||| Stepping ~*~*~tactically~*~*~ (outnumbered).
 11879 | D:7      | 11879 ||| Stepping ~*~*~tactically~*~*~ (outnumbered).
 11881 | D:7      | 11881 ||| Stepping ~*~*~tactically~*~*~ (outnumbered).
 11883 | D:7      | 11883 ||| Stepping ~*~*~tactically~*~*~ (outnumbered).
 11885 | D:7      | 11885 ||| Stepping ~*~*~tactically~*~*~ (outnumbered).
 11887 | D:7      | 11887 ||| Stepping ~*~*~tactically~*~*~ (outnumbered).
 11889 | D:7      | 11889 ||| Stepping ~*~*~tactically~*~*~ (outnumbered).
 11891 | D:7      | 11891 ||| Stepping ~*~*~tactically~*~*~ (outnumbered).
 11893 | D:7      | 11893 ||| Stepping ~*~*~tactically~*~*~ (outnumbered).
 11895 | D:7      | 11895 ||| Stepping ~*~*~tactically~*~*~ (outnumbered).
 11897 | D:7      | 11897 ||| Stepping ~*~*~tactically~*~*~ (outnumbered).
 11899 | D:7      | 11899 ||| Stepping ~*~*~tactically~*~*~ (outnumbered).
 11901 | D:7      | 11901 ||| Stepping ~*~*~tactically~*~*~ (outnumbered).
 11903 | D:7      | 11903 ||| Stepping ~*~*~tactically~*~*~ (outnumbered).
 11905 | D:7      | 11905 ||| Stepping ~*~*~tactically~*~*~ (outnumbered).
 11907 | D:7      | 11907 ||| Stepping ~*~*~tactically~*~*~ (outnumbered).
 11909 | D:7      | 11909 ||| Stepping ~*~*~tactically~*~*~ (outnumbered).
 11911 | D:7      | 11911 ||| Stepping ~*~*~tactically~*~*~ (outnumbered).
 11913 | D:7      | 11913 ||| Stepping ~*~*~tactically~*~*~ (outnumbered).
 11915 | D:7      | 11915 ||| Stepping ~*~*~tactically~*~*~ (outnumbered).
 11917 | D:7      | 11917 ||| Stepping ~*~*~tactically~*~*~ (outnumbered).
 11919 | D:7      | 11919 ||| Stepping ~*~*~tactically~*~*~ (outnumbered).
 11921 | D:7      | 11921 ||| Stepping ~*~*~tactically~*~*~ (outnumbered).
 11923 | D:7      | 11923 ||| Stepping ~*~*~tactically~*~*~ (outnumbered).
 11925 | D:7      | 11925 ||| Stepping ~*~*~tactically~*~*~ (outnumbered).
 11927 | D:7      | 11927 ||| Stepping ~*~*~tactically~*~*~ (outnumbered).
 11929 | D:7      | 11929 ||| Stepping ~*~*~tactically~*~*~ (outnumbered).
 11931 | D:7      | 11931 ||| Stepping ~*~*~tactically~*~*~ (outnumbered).
 11933 | D:7      | 11933 ||| Stepping ~*~*~tactically~*~*~ (outnumbered).
 11935 | D:7      | 11935 ||| Stepping ~*~*~tactically~*~*~ (outnumbered).
 11937 | D:7      | 11937 ||| Stepping ~*~*~tactically~*~*~ (outnumbered).
 11939 | D:7      | 11939 ||| Stepping ~*~*~tactically~*~*~ (outnumbered).
 11941 | D:7      | 11941 ||| Stepping ~*~*~tactically~*~*~ (outnumbered).
 11943 | D:7      | 11943 ||| Stepping ~*~*~tactically~*~*~ (outnumbered).
 11945 | D:7      | 11945 ||| Stepping ~*~*~tactically~*~*~ (outnumbered).
 11947 | D:7      | 11947 ||| Stepping ~*~*~tactically~*~*~ (outnumbered).
 11949 | D:7      | 11949 ||| Stepping ~*~*~tactically~*~*~ (outnumbered).
 11951 | D:7      | 11951 ||| Stepping ~*~*~tactically~*~*~ (outnumbered).
 11953 | D:7      | 11953 ||| Stepping ~*~*~tactically~*~*~ (outnumbered).
 11955 | D:7      | 11955 ||| Stepping ~*~*~tactically~*~*~ (outnumbered).
 11957 | D:7      | 11957 ||| Stepping ~*~*~tactically~*~*~ (outnumbered).
 11959 | D:7      | 11959 ||| Stepping ~*~*~tactically~*~*~ (outnumbered).
 11961 | D:7      | 11961 ||| Stepping ~*~*~tactically~*~*~ (outnumbered).
 11963 | D:7      | 11963 ||| Stepping ~*~*~tactically~*~*~ (outnumbered).
 11965 | D:7      | 11965 ||| Stepping ~*~*~tactically~*~*~ (outnumbered).
 11967 | D:7      | 11967 ||| Stepping ~*~*~tactically~*~*~ (outnumbered).
 11969 | D:7      | 11969 ||| Stepping ~*~*~tactically~*~*~ (outnumbered).
 11971 | D:7      | 11971 ||| Stepping ~*~*~tactically~*~*~ (outnumbered).
 11973 | D:7      | 11973 ||| Stepping ~*~*~tactically~*~*~ (outnumbered).
 11975 | D:7      | 11975 ||| Stepping ~*~*~tactically~*~*~ (outnumbered).
 11977 | D:7      | 11977 ||| Stepping ~*~*~tactically~*~*~ (outnumbered).
 11979 | D:7      | 11979 ||| Stepping ~*~*~tactically~*~*~ (outnumbered).
 11981 | D:7      | 11981 ||| Stepping ~*~*~tactically~*~*~ (outnumbered).
 11983 | D:7      | 11983 ||| Stepping ~*~*~tactically~*~*~ (outnumbered).
 11985 | D:7      | 11985 ||| Stepping ~*~*~tactically~*~*~ (outnumbered).
 11987 | D:7      | 11987 ||| Stepping ~*~*~tactically~*~*~ (outnumbered).
 11989 | D:7      | 11989 ||| Stepping ~*~*~tactically~*~*~ (outnumbered).
 11991 | D:7      | 11991 ||| Stepping ~*~*~tactically~*~*~ (outnumbered).
 11993 | D:7      | 11993 ||| Stepping ~*~*~tactically~*~*~ (outnumbered).
 11995 | D:7      | 11995 ||| Stepping ~*~*~tactically~*~*~ (outnumbered).
 11997 | D:7      | 11997 ||| Stepping ~*~*~tactically~*~*~ (outnumbered).
 11999 | D:7      | 11999 ||| Stepping ~*~*~tactically~*~*~ (outnumbered).
 12001 | D:7      | 12001 ||| Stepping ~*~*~tactically~*~*~ (outnumbered).
 12003 | D:7      | 12003 ||| Stepping ~*~*~tactically~*~*~ (outnumbered).
 12005 | D:7      | 12005 ||| Stepping ~*~*~tactically~*~*~ (outnumbered).
 12007 | D:7      | 12007 ||| Stepping ~*~*~tactically~*~*~ (outnumbered).
 12009 | D:7      | 12009 ||| Stepping ~*~*~tactically~*~*~ (outnumbered).
 12011 | D:7      | 12011 ||| Stepping ~*~*~tactically~*~*~ (outnumbered).
 12013 | D:7      | 12013 ||| Stepping ~*~*~tactically~*~*~ (outnumbered).
 12015 | D:7      | 12015 ||| Stepping ~*~*~tactically~*~*~ (outnumbered).
 12017 | D:7      | 12017 ||| Stepping ~*~*~tactically~*~*~ (outnumbered).
 12019 | D:7      | 12019 ||| Stepping ~*~*~tactically~*~*~ (outnumbered).
 12021 | D:7      | 12021 ||| Stepping ~*~*~tactically~*~*~ (outnumbered).
 12023 | D:7      | 12023 ||| Stepping ~*~*~tactically~*~*~ (outnumbered).
 12025 | D:7      | 12025 ||| Stepping ~*~*~tactically~*~*~ (outnumbered).
 12027 | D:7      | 12027 ||| Stepping ~*~*~tactically~*~*~ (outnumbered).
 12029 | D:7      | 12029 ||| Stepping ~*~*~tactically~*~*~ (outnumbered).
 12031 | D:7      | 12031 ||| Stepping ~*~*~tactically~*~*~ (outnumbered).
 12033 | D:7      | 12033 ||| Stepping ~*~*~tactically~*~*~ (outnumbered).
 12035 | D:7      | 12035 ||| Stepping ~*~*~tactically~*~*~ (outnumbered).
 12037 | D:7      | 12037 ||| Stepping ~*~*~tactically~*~*~ (outnumbered).
 12039 | D:7      | 12039 ||| Stepping ~*~*~tactically~*~*~ (outnumbered).
 12041 | D:7      | 12041 ||| Stepping ~*~*~tactically~*~*~ (outnumbered).
 12043 | D:7      | 12043 ||| Stepping ~*~*~tactically~*~*~ (outnumbered).
 12045 | D:7      | 12045 ||| Stepping ~*~*~tactically~*~*~ (outnumbered).
 12047 | D:7      | 12047 ||| Stepping ~*~*~tactically~*~*~ (outnumbered).
 12049 | D:7      | 12049 ||| Stepping ~*~*~tactically~*~*~ (outnumbered).
 12051 | D:7      | 12051 ||| Stepping ~*~*~tactically~*~*~ (outnumbered).
 12053 | D:7      | 12053 ||| Stepping ~*~*~tactically~*~*~ (outnumbered).
 12055 | D:7      | 12055 ||| Stepping ~*~*~tactically~*~*~ (outnumbered).
 12057 | D:7      | 12057 ||| Stepping ~*~*~tactically~*~*~ (outnumbered).
 12059 | D:7      | 12059 ||| Stepping ~*~*~tactically~*~*~ (outnumbered).
 12061 | D:7      | 12061 ||| Stepping ~*~*~tactically~*~*~ (outnumbered).
 12063 | D:7      | 12063 ||| Stepping ~*~*~tactically~*~*~ (outnumbered).
 12065 | D:7      | 12065 ||| Stepping ~*~*~tactically~*~*~ (outnumbered).
 12067 | D:7      | 12067 ||| Stepping ~*~*~tactically~*~*~ (outnumbered).
 12069 | D:7      | 12069 ||| Stepping ~*~*~tactically~*~*~ (outnumbered).
 12071 | D:7      | 12071 ||| Stepping ~*~*~tactically~*~*~ (outnumbered).
 12073 | D:7      | 12073 ||| Stepping ~*~*~tactically~*~*~ (outnumbered).
 12075 | D:7      | 12075 ||| Stepping ~*~*~tactically~*~*~ (outnumbered).
 12077 | D:7      | 12077 ||| Stepping ~*~*~tactically~*~*~ (outnumbered).
 12079 | D:7      | 12079 ||| Stepping ~*~*~tactically~*~*~ (outnumbered).
 12081 | D:7      | 12081 ||| Stepping ~*~*~tactically~*~*~ (outnumbered).
 12083 | D:7      | 12083 ||| Stepping ~*~*~tactically~*~*~ (outnumbered).
 12085 | D:7      | 12085 ||| Stepping ~*~*~tactically~*~*~ (outnumbered).
 12087 | D:7      | 12087 ||| Stepping ~*~*~tactically~*~*~ (outnumbered).
 12089 | D:7      | 12089 ||| Stepping ~*~*~tactically~*~*~ (outnumbered).
 12091 | D:7      | 12091 ||| Stepping ~*~*~tactically~*~*~ (outnumbered).
 12093 | D:7      | 12093 ||| Stepping ~*~*~tactically~*~*~ (outnumbered).
 12095 | D:7      | 12095 ||| Stepping ~*~*~tactically~*~*~ (outnumbered).
 12097 | D:7      | 12097 ||| Stepping ~*~*~tactically~*~*~ (outnumbered).
 12099 | D:7      | 12099 ||| Stepping ~*~*~tactically~*~*~ (outnumbered).
 12101 | D:7      | 12101 ||| Stepping ~*~*~tactically~*~*~ (outnumbered).
 12103 | D:7      | 12103 ||| Stepping ~*~*~tactically~*~*~ (outnumbered).
 12105 | D:7      | 12105 ||| Stepping ~*~*~tactically~*~*~ (outnumbered).
 12107 | D:7      | 12107 ||| Stepping ~*~*~tactically~*~*~ (outnumbered).
 12109 | D:7      | 12109 ||| Stepping ~*~*~tactically~*~*~ (outnumbered).
 12111 | D:7      | 12111 ||| Stepping ~*~*~tactically~*~*~ (outnumbered).
 12113 | D:7      | 12113 ||| Stepping ~*~*~tactically~*~*~ (outnumbered).
 12115 | D:7      | 12115 ||| Stepping ~*~*~tactically~*~*~ (outnumbered).
 12117 | D:7      | 12117 ||| Stepping ~*~*~tactically~*~*~ (outnumbered).
 12119 | D:7      | 12119 ||| Stepping ~*~*~tactically~*~*~ (outnumbered).
 12121 | D:7      | 12121 ||| Stepping ~*~*~tactically~*~*~ (outnumbered).
 12123 | D:7      | 12123 ||| Stepping ~*~*~tactically~*~*~ (outnumbered).
 12125 | D:7      | 12125 ||| Stepping ~*~*~tactically~*~*~ (outnumbered).
 12127 | D:7      | 12127 ||| Stepping ~*~*~tactically~*~*~ (outnumbered).
 12129 | D:7      | 12129 ||| Stepping ~*~*~tactically~*~*~ (outnumbered).
 12131 | D:7      | 12131 ||| Stepping ~*~*~tactically~*~*~ (outnumbered).
 12133 | D:7      | 12133 ||| Stepping ~*~*~tactically~*~*~ (outnumbered).
 12135 | D:7      | 12135 ||| Stepping ~*~*~tactically~*~*~ (outnumbered).
 12137 | D:7      | 12137 ||| Stepping ~*~*~tactically~*~*~ (outnumbered).
 12139 | D:7      | 12139 ||| Stepping ~*~*~tactically~*~*~ (outnumbered).
 12141 | D:7      | 12141 ||| Stepping ~*~*~tactically~*~*~ (outnumbered).
 12143 | D:7      | 12143 ||| Stepping ~*~*~tactically~*~*~ (outnumbered).
 12145 | D:7      | 12145 ||| Stepping ~*~*~tactically~*~*~ (outnumbered).
 12147 | D:7      | 12147 ||| Stepping ~*~*~tactically~*~*~ (outnumbered).
 12149 | D:7      | 12149 ||| Stepping ~*~*~tactically~*~*~ (outnumbered).
 12151 | D:7      | 12151 ||| Stepping ~*~*~tactically~*~*~ (outnumbered).
 12153 | D:7      | 12153 ||| Stepping ~*~*~tactically~*~*~ (outnumbered).
 12155 | D:7      | 12155 ||| Stepping ~*~*~tactically~*~*~ (outnumbered).
 12157 | D:7      | 12157 ||| Stepping ~*~*~tactically~*~*~ (outnumbered).
 12159 | D:7      | 12159 ||| Stepping ~*~*~tactically~*~*~ (outnumbered).
 12161 | D:7      | 12161 ||| Stepping ~*~*~tactically~*~*~ (outnumbered).
 12163 | D:7      | 12163 ||| Stepping ~*~*~tactically~*~*~ (outnumbered).
 12165 | D:7      | 12165 ||| Stepping ~*~*~tactically~*~*~ (outnumbered).
 12167 | D:7      | 12167 ||| Stepping ~*~*~tactically~*~*~ (outnumbered).
 12169 | D:7      | 12169 ||| Stepping ~*~*~tactically~*~*~ (outnumbered).
 12171 | D:7      | 12171 ||| Stepping ~*~*~tactically~*~*~ (outnumbered).
 12173 | D:7      | 12173 ||| Stepping ~*~*~tactically~*~*~ (outnumbered).
 12175 | D:7      | 12175 ||| Stepping ~*~*~tactically~*~*~ (outnumbered).
 12177 | D:7      | 12177 ||| Stepping ~*~*~tactically~*~*~ (outnumbered).
 12179 | D:7      | 12179 ||| Stepping ~*~*~tactically~*~*~ (outnumbered).
 12181 | D:7      | 12181 ||| Stepping ~*~*~tactically~*~*~ (outnumbered).
 12183 | D:7      | 12183 ||| Stepping ~*~*~tactically~*~*~ (outnumbered).
 12185 | D:7      | 12185 ||| Stepping ~*~*~tactically~*~*~ (outnumbered).
 12187 | D:7      | 12187 ||| Stepping ~*~*~tactically~*~*~ (outnumbered).
 12189 | D:7      | 12189 ||| Stepping ~*~*~tactically~*~*~ (outnumbered).
 12191 | D:7      | 12191 ||| Stepping ~*~*~tactically~*~*~ (outnumbered).
 12193 | D:7      | 12193 ||| Stepping ~*~*~tactically~*~*~ (outnumbered).
 12195 | D:7      | 12195 ||| Stepping ~*~*~tactically~*~*~ (outnumbered).
 12197 | D:7      | 12197 ||| Stepping ~*~*~tactically~*~*~ (outnumbered).
 12199 | D:7      | 12199 ||| Stepping ~*~*~tactically~*~*~ (outnumbered).
 12201 | D:7      | 12201 ||| Stepping ~*~*~tactically~*~*~ (outnumbered).
 12203 | D:7      | 12203 ||| Stepping ~*~*~tactically~*~*~ (outnumbered).
 12205 | D:7      | 12205 ||| Stepping ~*~*~tactically~*~*~ (outnumbered).
 12207 | D:7      | 12207 ||| Stepping ~*~*~tactically~*~*~ (outnumbered).
 12209 | D:7      | 12209 ||| Stepping ~*~*~tactically~*~*~ (outnumbered).
 12211 | D:7      | 12211 ||| Stepping ~*~*~tactically~*~*~ (outnumbered).
 12213 | D:7      | 12213 ||| Stepping ~*~*~tactically~*~*~ (outnumbered).
 12215 | D:7      | 12215 ||| Stepping ~*~*~tactically~*~*~ (outnumbered).
 12217 | D:7      | 12217 ||| Stepping ~*~*~tactically~*~*~ (outnumbered).
 12219 | D:7      | 12219 ||| Stepping ~*~*~tactically~*~*~ (outnumbered).
 12221 | D:7      | 12221 ||| Stepping ~*~*~tactically~*~*~ (outnumbered).
 12223 | D:7      | 12223 ||| Stepping ~*~*~tactically~*~*~ (outnumbered).
 12225 | D:7      | 12225 ||| Stepping ~*~*~tactically~*~*~ (outnumbered).
 12227 | D:7      | 12227 ||| Stepping ~*~*~tactically~*~*~ (outnumbered).
 12229 | D:7      | 12229 ||| Stepping ~*~*~tactically~*~*~ (outnumbered).
 12231 | D:7      | 12231 ||| Stepping ~*~*~tactically~*~*~ (outnumbered).
 12233 | D:7      | 12233 ||| Stepping ~*~*~tactically~*~*~ (outnumbered).
 12235 | D:7      | 12235 ||| Stepping ~*~*~tactically~*~*~ (outnumbered).
 12237 | D:7      | 12237 ||| Stepping ~*~*~tactically~*~*~ (outnumbered).
 12239 | D:7      | 12239 ||| Stepping ~*~*~tactically~*~*~ (outnumbered).
 12241 | D:7      | 12241 ||| Stepping ~*~*~tactically~*~*~ (outnumbered).
 12243 | D:7      | 12243 ||| Stepping ~*~*~tactically~*~*~ (outnumbered).
 12245 | D:7      | 12245 ||| Stepping ~*~*~tactically~*~*~ (outnumbered).
 12247 | D:7      | 12247 ||| Stepping ~*~*~tactically~*~*~ (outnumbered).
 12249 | D:7      | 12249 ||| Stepping ~*~*~tactically~*~*~ (outnumbered).
 12251 | D:7      | 12251 ||| Stepping ~*~*~tactically~*~*~ (outnumbered).
 12253 | D:7      | 12253 ||| Stepping ~*~*~tactically~*~*~ (outnumbered).
 12255 | D:7      | 12255 ||| Stepping ~*~*~tactically~*~*~ (outnumbered).
 12257 | D:7      | 12257 ||| Stepping ~*~*~tactically~*~*~ (outnumbered).
 12259 | D:7      | 12259 ||| Stepping ~*~*~tactically~*~*~ (outnumbered).
 12261 | D:7      | 12261 ||| Stepping ~*~*~tactically~*~*~ (outnumbered).
 12263 | D:7      | 12263 ||| Stepping ~*~*~tactically~*~*~ (outnumbered).
 12265 | D:7      | 12265 ||| Stepping ~*~*~tactically~*~*~ (outnumbered).
 12267 | D:7      | 12267 ||| Stepping ~*~*~tactically~*~*~ (outnumbered).
 12269 | D:7      | 12269 ||| Stepping ~*~*~tactically~*~*~ (outnumbered).
 12271 | D:7      | 12271 ||| Stepping ~*~*~tactically~*~*~ (outnumbered).
 12273 | D:7      | 12273 ||| Stepping ~*~*~tactically~*~*~ (outnumbered).
 12275 | D:7      | 12275 ||| Stepping ~*~*~tactically~*~*~ (outnumbered).
 12277 | D:7      | 12277 ||| Stepping ~*~*~tactically~*~*~ (outnumbered).
 12279 | D:7      | 12279 ||| Stepping ~*~*~tactically~*~*~ (outnumbered).
 12281 | D:7      | 12281 ||| Stepping ~*~*~tactically~*~*~ (outnumbered).
 12283 | D:7      | 12283 ||| Stepping ~*~*~tactically~*~*~ (outnumbered).
 12285 | D:7      | 12285 ||| Stepping ~*~*~tactically~*~*~ (outnumbered).
 12287 | D:7      | 12287 ||| Stepping ~*~*~tactically~*~*~ (outnumbered).
 12289 | D:7      | 12289 ||| Stepping ~*~*~tactically~*~*~ (outnumbered).
 12291 | D:7      | 12291 ||| Stepping ~*~*~tactically~*~*~ (outnumbered).
 12293 | D:7      | 12293 ||| Stepping ~*~*~tactically~*~*~ (outnumbered).
 12295 | D:7      | 12295 ||| Stepping ~*~*~tactically~*~*~ (outnumbered).
 12297 | D:7      | 12297 ||| Stepping ~*~*~tactically~*~*~ (outnumbered).
 12299 | D:7      | 12299 ||| Stepping ~*~*~tactically~*~*~ (outnumbered).
 12301 | D:7      | 12301 ||| Stepping ~*~*~tactically~*~*~ (outnumbered).
 12303 | D:7      | 12303 ||| Stepping ~*~*~tactically~*~*~ (outnumbered).
 12305 | D:7      | 12305 ||| Stepping ~*~*~tactically~*~*~ (outnumbered).
 12307 | D:7      | 12307 ||| Stepping ~*~*~tactically~*~*~ (outnumbered).
 12309 | D:7      | 12309 ||| Stepping ~*~*~tactically~*~*~ (outnumbered).
 12311 | D:7      | 12311 ||| Stepping ~*~*~tactically~*~*~ (outnumbered).
 12313 | D:7      | 12313 ||| Stepping ~*~*~tactically~*~*~ (outnumbered).
 12315 | D:7      | 12315 ||| Stepping ~*~*~tactically~*~*~ (outnumbered).
 12317 | D:7      | 12317 ||| Stepping ~*~*~tactically~*~*~ (outnumbered).
 12319 | D:7      | 12319 ||| Stepping ~*~*~tactically~*~*~ (outnumbered).
 12321 | D:7      | 12321 ||| Stepping ~*~*~tactically~*~*~ (outnumbered).
 12323 | D:7      | 12323 ||| Stepping ~*~*~tactically~*~*~ (outnumbered).
 12325 | D:7      | 12325 ||| Stepping ~*~*~tactically~*~*~ (outnumbered).
 12327 | D:7      | 12327 ||| Stepping ~*~*~tactically~*~*~ (outnumbered).
 12329 | D:7      | 12329 ||| Stepping ~*~*~tactically~*~*~ (outnumbered).
 12331 | D:7      | 12331 ||| Stepping ~*~*~tactically~*~*~ (outnumbered).
 12333 | D:7      | 12333 ||| Stepping ~*~*~tactically~*~*~ (outnumbered).
 12335 | D:7      | 12335 ||| Stepping ~*~*~tactically~*~*~ (outnumbered).
 12337 | D:7      | 12337 ||| Stepping ~*~*~tactically~*~*~ (outnumbered).
 12339 | D:7      | 12339 ||| Stepping ~*~*~tactically~*~*~ (outnumbered).
 12341 | D:7      | 12341 ||| Stepping ~*~*~tactically~*~*~ (outnumbered).
 12343 | D:7      | 12343 ||| Stepping ~*~*~tactically~*~*~ (outnumbered).
 12345 | D:7      | 12345 ||| Stepping ~*~*~tactically~*~*~ (outnumbered).
 12347 | D:7      | 12347 ||| Stepping ~*~*~tactically~*~*~ (outnumbered).
 12349 | D:7      | 12349 ||| Stepping ~*~*~tactically~*~*~ (outnumbered).
 12351 | D:7      | 12351 ||| Stepping ~*~*~tactically~*~*~ (outnumbered).
 12353 | D:7      | 12353 ||| Stepping ~*~*~tactically~*~*~ (outnumbered).
 12355 | D:7      | 12355 ||| Stepping ~*~*~tactically~*~*~ (outnumbered).
 12357 | D:7      | 12357 ||| Stepping ~*~*~tactically~*~*~ (outnumbered).
 12359 | D:7      | 12359 ||| Stepping ~*~*~tactically~*~*~ (outnumbered).
 12361 | D:7      | 12361 ||| Stepping ~*~*~tactically~*~*~ (outnumbered).
 12363 | D:7      | 12363 ||| Stepping ~*~*~tactically~*~*~ (outnumbered).
 12365 | D:7      | 12365 ||| Stepping ~*~*~tactically~*~*~ (outnumbered).
 12367 | D:7      | 12367 ||| Stepping ~*~*~tactically~*~*~ (outnumbered).
 12369 | D:7      | 12369 ||| Stepping ~*~*~tactically~*~*~ (outnumbered).
 12371 | D:7      | 12371 ||| Stepping ~*~*~tactically~*~*~ (outnumbered).
 12373 | D:7      | 12373 ||| Stepping ~*~*~tactically~*~*~ (outnumbered).
 12375 | D:7      | 12375 ||| Stepping ~*~*~tactically~*~*~ (outnumbered).
 12377 | D:7      | 12377 ||| Stepping ~*~*~tactically~*~*~ (outnumbered).
 12379 | D:7      | 12379 ||| Stepping ~*~*~tactically~*~*~ (outnumbered).
 12381 | D:7      | 12381 ||| Stepping ~*~*~tactically~*~*~ (outnumbered).
 12383 | D:7      | 12383 ||| Stepping ~*~*~tactically~*~*~ (outnumbered).
 12385 | D:7      | 12385 ||| Stepping ~*~*~tactically~*~*~ (outnumbered).
 12387 | D:7      | 12387 ||| Stepping ~*~*~tactically~*~*~ (outnumbered).
 12389 | D:7      | 12389 ||| Stepping ~*~*~tactically~*~*~ (outnumbered).
 12391 | D:7      | 12391 ||| Stepping ~*~*~tactically~*~*~ (outnumbered).
 12393 | D:7      | 12393 ||| Stepping ~*~*~tactically~*~*~ (outnumbered).
 12395 | D:7      | 12395 ||| Stepping ~*~*~tactically~*~*~ (outnumbered).
 12397 | D:7      | 12397 ||| Stepping ~*~*~tactically~*~*~ (outnumbered).
 12399 | D:7      | 12399 ||| Stepping ~*~*~tactically~*~*~ (outnumbered).
 12401 | D:7      | 12401 ||| Stepping ~*~*~tactically~*~*~ (outnumbered).
 12403 | D:7      | 12403 ||| Stepping ~*~*~tactically~*~*~ (outnumbered).
 12405 | D:7      | 12405 ||| Stepping ~*~*~tactically~*~*~ (outnumbered).
 12407 | D:7      | 12407 ||| Stepping ~*~*~tactically~*~*~ (outnumbered).
 12409 | D:7      | 12409 ||| Stepping ~*~*~tactically~*~*~ (outnumbered).
 12411 | D:7      | 12411 ||| Stepping ~*~*~tactically~*~*~ (outnumbered).
 12413 | D:7      | 12413 ||| Stepping ~*~*~tactically~*~*~ (outnumbered).
 12415 | D:7      | 12415 ||| Stepping ~*~*~tactically~*~*~ (outnumbered).
 12417 | D:7      | 12417 ||| Stepping ~*~*~tactically~*~*~ (outnumbered).
 12419 | D:7      | 12419 ||| Stepping ~*~*~tactically~*~*~ (outnumbered).
 12421 | D:7      | 12421 ||| Stepping ~*~*~tactically~*~*~ (outnumbered).
 12423 | D:7      | 12423 ||| Stepping ~*~*~tactically~*~*~ (outnumbered).
 12425 | D:7      | 12425 ||| Stepping ~*~*~tactically~*~*~ (outnumbered).
 12427 | D:7      | 12427 ||| Stepping ~*~*~tactically~*~*~ (outnumbered).
 12429 | D:7      | 12429 ||| Stepping ~*~*~tactically~*~*~ (outnumbered).
 12431 | D:7      | 12431 ||| Stepping ~*~*~tactically~*~*~ (outnumbered).
 12433 | D:7      | 12433 ||| Stepping ~*~*~tactically~*~*~ (outnumbered).
 12435 | D:7      | 12435 ||| Stepping ~*~*~tactically~*~*~ (outnumbered).
 12437 | D:7      | 12437 ||| Stepping ~*~*~tactically~*~*~ (outnumbered).
 12439 | D:7      | 12439 ||| Stepping ~*~*~tactically~*~*~ (outnumbered).
 12441 | D:7      | 12441 ||| Stepping ~*~*~tactically~*~*~ (outnumbered).
 12443 | D:7      | 12443 ||| Stepping ~*~*~tactically~*~*~ (outnumbered).
 12445 | D:7      | 12445 ||| Stepping ~*~*~tactically~*~*~ (outnumbered).
 12447 | D:7      | 12447 ||| Stepping ~*~*~tactically~*~*~ (outnumbered).
 12449 | D:7      | 12449 ||| Stepping ~*~*~tactically~*~*~ (outnumbered).
 12451 | D:7      | 12451 ||| Stepping ~*~*~tactically~*~*~ (outnumbered).
 12453 | D:7      | 12453 ||| Stepping ~*~*~tactically~*~*~ (outnumbered).
 12455 | D:7      | 12455 ||| Stepping ~*~*~tactically~*~*~ (outnumbered).
 12457 | D:7      | 12457 ||| Stepping ~*~*~tactically~*~*~ (outnumbered).
 12459 | D:7      | 12459 ||| Stepping ~*~*~tactically~*~*~ (outnumbered).
 12461 | D:7      | 12461 ||| Stepping ~*~*~tactically~*~*~ (outnumbered).
 12463 | D:7      | 12463 ||| Stepping ~*~*~tactically~*~*~ (outnumbered).
 12465 | D:7      | 12465 ||| Stepping ~*~*~tactically~*~*~ (outnumbered).
 12467 | D:7      | 12467 ||| Stepping ~*~*~tactically~*~*~ (outnumbered).
 12469 | D:7      | 12469 ||| Stepping ~*~*~tactically~*~*~ (outnumbered).
 12471 | D:7      | 12471 ||| Stepping ~*~*~tactically~*~*~ (outnumbered).
 12473 | D:7      | 12473 ||| Stepping ~*~*~tactically~*~*~ (outnumbered).
 12475 | D:7      | 12475 ||| Stepping ~*~*~tactically~*~*~ (outnumbered).
 12477 | D:7      | 12477 ||| Stepping ~*~*~tactically~*~*~ (outnumbered).
 12479 | D:7      | 12479 ||| Stepping ~*~*~tactically~*~*~ (outnumbered).
 12481 | D:7      | 12481 ||| Stepping ~*~*~tactically~*~*~ (outnumbered).
 12483 | D:7      | 12483 ||| Stepping ~*~*~tactically~*~*~ (outnumbered).
 12485 | D:7      | 12485 ||| Stepping ~*~*~tactically~*~*~ (outnumbered).
 12487 | D:7      | 12487 ||| Stepping ~*~*~tactically~*~*~ (outnumbered).
 12489 | D:7      | 12489 ||| Stepping ~*~*~tactically~*~*~ (outnumbered).
 12491 | D:7      | 12491 ||| Stepping ~*~*~tactically~*~*~ (outnumbered).
 12493 | D:7      | 12493 ||| Stepping ~*~*~tactically~*~*~ (outnumbered).
 12495 | D:7      | 12495 ||| Stepping ~*~*~tactically~*~*~ (outnumbered).
 12497 | D:7      | 12497 ||| Stepping ~*~*~tactically~*~*~ (outnumbered).
 12499 | D:7      | 12499 ||| Stepping ~*~*~tactically~*~*~ (outnumbered).
 12501 | D:7      | 12501 ||| Stepping ~*~*~tactically~*~*~ (outnumbered).
 12503 | D:7      | 12503 ||| Stepping ~*~*~tactically~*~*~ (outnumbered).
 12505 | D:7      | 12505 ||| Stepping ~*~*~tactically~*~*~ (outnumbered).
 12507 | D:7      | 12507 ||| Stepping ~*~*~tactically~*~*~ (outnumbered).
 12509 | D:7      | 12509 ||| Stepping ~*~*~tactically~*~*~ (outnumbered).
 12511 | D:7      | 12511 ||| Stepping ~*~*~tactically~*~*~ (outnumbered).
 12513 | D:7      | 12513 ||| Stepping ~*~*~tactically~*~*~ (outnumbered).
 12515 | D:7      | 12515 ||| Stepping ~*~*~tactically~*~*~ (outnumbered).
 12517 | D:7      | 12517 ||| Stepping ~*~*~tactically~*~*~ (outnumbered).
 12519 | D:7      | 12519 ||| Stepping ~*~*~tactically~*~*~ (outnumbered).
 12521 | D:7      | 12521 ||| Stepping ~*~*~tactically~*~*~ (outnumbered).
 12523 | D:7      | 12523 ||| Stepping ~*~*~tactically~*~*~ (outnumbered).
 12525 | D:7      | 12525 ||| Stepping ~*~*~tactically~*~*~ (outnumbered).
 12527 | D:7      | 12527 ||| Stepping ~*~*~tactically~*~*~ (outnumbered).
 12529 | D:7      | 12529 ||| Stepping ~*~*~tactically~*~*~ (outnumbered).
 12531 | D:7      | 12531 ||| Stepping ~*~*~tactically~*~*~ (outnumbered).
 12533 | D:7      | 12533 ||| Stepping ~*~*~tactically~*~*~ (outnumbered).
 12535 | D:7      | 12535 ||| Stepping ~*~*~tactically~*~*~ (outnumbered).
 12537 | D:7      | 12537 ||| Stepping ~*~*~tactically~*~*~ (outnumbered).
 12539 | D:7      | 12539 ||| Stepping ~*~*~tactically~*~*~ (outnumbered).
 12541 | D:7      | 12541 ||| Stepping ~*~*~tactically~*~*~ (outnumbered).
 12543 | D:7      | 12543 ||| Stepping ~*~*~tactically~*~*~ (outnumbered).
 12545 | D:7      | 12545 ||| Stepping ~*~*~tactically~*~*~ (outnumbered).
 12547 | D:7      | 12547 ||| Stepping ~*~*~tactically~*~*~ (outnumbered).
 12549 | D:7      | 12549 ||| Stepping ~*~*~tactically~*~*~ (outnumbered).
 12551 | D:7      | 12551 ||| Stepping ~*~*~tactically~*~*~ (outnumbered).
 12553 | D:7      | 12553 ||| Stepping ~*~*~tactically~*~*~ (outnumbered).
 12555 | D:7      | 12555 ||| Stepping ~*~*~tactically~*~*~ (outnumbered).
 12557 | D:7      | 12557 ||| Stepping ~*~*~tactically~*~*~ (outnumbered).
 12559 | D:7      | 12559 ||| Stepping ~*~*~tactically~*~*~ (outnumbered).
 12561 | D:7      | 12561 ||| Stepping ~*~*~tactically~*~*~ (outnumbered).
 12563 | D:7      | 12563 ||| Stepping ~*~*~tactically~*~*~ (outnumbered).
 12565 | D:7      | 12565 ||| Stepping ~*~*~tactically~*~*~ (outnumbered).
 12567 | D:7      | 12567 ||| Stepping ~*~*~tactically~*~*~ (outnumbered).
 12569 | D:7      | 12569 ||| Stepping ~*~*~tactically~*~*~ (outnumbered).
 12571 | D:7      | 12571 ||| Stepping ~*~*~tactically~*~*~ (outnumbered).
 12573 | D:7      | 12573 ||| Stepping ~*~*~tactically~*~*~ (outnumbered).
 12575 | D:7      | 12575 ||| Stepping ~*~*~tactically~*~*~ (outnumbered).
 12577 | D:7      | 12577 ||| Stepping ~*~*~tactically~*~*~ (outnumbered).
 12579 | D:7      | 12579 ||| Stepping ~*~*~tactically~*~*~ (outnumbered).
 12581 | D:7      | 12581 ||| Stepping ~*~*~tactically~*~*~ (outnumbered).
 12583 | D:7      | 12583 ||| Stepping ~*~*~tactically~*~*~ (outnumbered).
 12585 | D:7      | 12585 ||| Stepping ~*~*~tactically~*~*~ (outnumbered).
 12587 | D:7      | 12587 ||| Stepping ~*~*~tactically~*~*~ (outnumbered).
 12589 | D:7      | 12589 ||| Stepping ~*~*~tactically~*~*~ (outnumbered).
 12591 | D:7      | 12591 ||| Stepping ~*~*~tactically~*~*~ (outnumbered).
 12593 | D:7      | 12593 ||| Stepping ~*~*~tactically~*~*~ (outnumbered).
 12595 | D:7      | 12595 ||| Stepping ~*~*~tactically~*~*~ (outnumbered).
 12597 | D:7      | 12597 ||| Stepping ~*~*~tactically~*~*~ (outnumbered).
 12599 | D:7      | 12599 ||| Stepping ~*~*~tactically~*~*~ (outnumbered).
 12601 | D:7      | 12601 ||| Stepping ~*~*~tactically~*~*~ (outnumbered).
 12603 | D:7      | 12603 ||| Stepping ~*~*~tactically~*~*~ (outnumbered).
 12605 | D:7      | 12605 ||| Stepping ~*~*~tactically~*~*~ (outnumbered).
 12607 | D:7      | 12607 ||| Stepping ~*~*~tactically~*~*~ (outnumbered).
 12609 | D:7      | 12609 ||| Stepping ~*~*~tactically~*~*~ (outnumbered).
 12611 | D:7      | 12611 ||| Stepping ~*~*~tactically~*~*~ (outnumbered).
 12613 | D:7      | 12613 ||| Stepping ~*~*~tactically~*~*~ (outnumbered).
 12615 | D:7      | 12615 ||| Stepping ~*~*~tactically~*~*~ (outnumbered).
 12617 | D:7      | 12617 ||| Stepping ~*~*~tactically~*~*~ (outnumbered).
 12619 | D:7      | 12619 ||| Stepping ~*~*~tactically~*~*~ (outnumbered).
 12621 | D:7      | 12621 ||| Stepping ~*~*~tactically~*~*~ (outnumbered).
 12623 | D:7      | 12623 ||| Stepping ~*~*~tactically~*~*~ (outnumbered).
 12625 | D:7      | 12625 ||| Stepping ~*~*~tactically~*~*~ (outnumbered).
 12627 | D:7      | 12627 ||| Stepping ~*~*~tactically~*~*~ (outnumbered).
 12629 | D:7      | 12629 ||| Stepping ~*~*~tactically~*~*~ (outnumbered).
 12631 | D:7      | 12631 ||| Stepping ~*~*~tactically~*~*~ (outnumbered).
 12633 | D:7      | 12633 ||| Stepping ~*~*~tactically~*~*~ (outnumbered).
 12635 | D:7      | 12635 ||| Stepping ~*~*~tactically~*~*~ (outnumbered).
 12637 | D:7      | 12637 ||| Stepping ~*~*~tactically~*~*~ (outnumbered).
 12639 | D:7      | 12639 ||| Stepping ~*~*~tactically~*~*~ (outnumbered).
 12641 | D:7      | 12641 ||| Stepping ~*~*~tactically~*~*~ (outnumbered).
 12643 | D:7      | 12643 ||| Stepping ~*~*~tactically~*~*~ (outnumbered).
 12645 | D:7      | 12645 ||| Stepping ~*~*~tactically~*~*~ (outnumbered).
 12647 | D:7      | 12647 ||| Stepping ~*~*~tactically~*~*~ (outnumbered).
 12649 | D:7      | 12649 ||| Stepping ~*~*~tactically~*~*~ (outnumbered).
 12651 | D:7      | 12651 ||| Stepping ~*~*~tactically~*~*~ (outnumbered).
 12653 | D:7      | 12653 ||| Stepping ~*~*~tactically~*~*~ (outnumbered).
 12655 | D:7      | 12655 ||| Stepping ~*~*~tactically~*~*~ (outnumbered).
 12657 | D:7      | 12657 ||| Stepping ~*~*~tactically~*~*~ (outnumbered).
 12659 | D:7      | 12659 ||| Stepping ~*~*~tactically~*~*~ (outnumbered).
 12661 | D:7      | 12661 ||| Stepping ~*~*~tactically~*~*~ (outnumbered).
 12663 | D:7      | 12663 ||| Stepping ~*~*~tactically~*~*~ (outnumbered).
 12665 | D:7      | 12665 ||| Stepping ~*~*~tactically~*~*~ (outnumbered).
 12667 | D:7      | 12667 ||| Stepping ~*~*~tactically~*~*~ (outnumbered).
 12669 | D:7      | 12669 ||| Stepping ~*~*~tactically~*~*~ (outnumbered).
 12671 | D:7      | 12671 ||| Stepping ~*~*~tactically~*~*~ (outnumbered).
 12673 | D:7      | 12673 ||| Stepping ~*~*~tactically~*~*~ (outnumbered).
 12675 | D:7      | 12675 ||| Stepping ~*~*~tactically~*~*~ (outnumbered).
 12677 | D:7      | 12677 ||| Stepping ~*~*~tactically~*~*~ (outnumbered).
 12679 | D:7      | 12679 ||| Stepping ~*~*~tactically~*~*~ (outnumbered).
 12681 | D:7      | 12681 ||| Stepping ~*~*~tactically~*~*~ (outnumbered).
 12683 | D:7      | 12683 ||| Stepping ~*~*~tactically~*~*~ (outnumbered).
 12685 | D:7      | 12685 ||| Stepping ~*~*~tactically~*~*~ (outnumbered).
 12687 | D:7      | 12687 ||| Stepping ~*~*~tactically~*~*~ (outnumbered).
 12689 | D:7      | 12689 ||| Stepping ~*~*~tactically~*~*~ (outnumbered).
 12691 | D:7      | 12691 ||| Stepping ~*~*~tactically~*~*~ (outnumbered).
 12693 | D:7      | 12693 ||| Stepping ~*~*~tactically~*~*~ (outnumbered).
 12695 | D:7      | 12695 ||| Stepping ~*~*~tactically~*~*~ (outnumbered).
 12697 | D:7      | 12697 ||| Stepping ~*~*~tactically~*~*~ (outnumbered).
 12699 | D:7      | 12699 ||| Stepping ~*~*~tactically~*~*~ (outnumbered).
 12701 | D:7      | 12701 ||| Stepping ~*~*~tactically~*~*~ (outnumbered).
 12703 | D:7      | 12703 ||| Stepping ~*~*~tactically~*~*~ (outnumbered).
 12705 | D:7      | 12705 ||| Stepping ~*~*~tactically~*~*~ (outnumbered).
 12707 | D:7      | 12707 ||| Stepping ~*~*~tactically~*~*~ (outnumbered).
 12709 | D:7      | 12709 ||| Stepping ~*~*~tactically~*~*~ (outnumbered).
 12711 | D:7      | 12711 ||| Stepping ~*~*~tactically~*~*~ (outnumbered).
 12713 | D:7      | 12713 ||| Stepping ~*~*~tactically~*~*~ (outnumbered).
 12715 | D:7      | 12715 ||| Stepping ~*~*~tactically~*~*~ (outnumbered).
 12717 | D:7      | 12717 ||| Stepping ~*~*~tactically~*~*~ (outnumbered).
 12719 | D:7      | 12719 ||| Stepping ~*~*~tactically~*~*~ (outnumbered).
 12721 | D:7      | 12721 ||| Stepping ~*~*~tactically~*~*~ (outnumbered).
 12723 | D:7      | 12723 ||| Stepping ~*~*~tactically~*~*~ (outnumbered).
 12725 | D:7      | 12725 ||| Stepping ~*~*~tactically~*~*~ (outnumbered).
 12727 | D:7      | 12727 ||| Stepping ~*~*~tactically~*~*~ (outnumbered).
 12729 | D:7      | 12729 ||| Stepping ~*~*~tactically~*~*~ (outnumbered).
 12731 | D:7      | 12731 ||| Stepping ~*~*~tactically~*~*~ (outnumbered).
 12733 | D:7      | 12733 ||| Stepping ~*~*~tactically~*~*~ (outnumbered).
 12735 | D:7      | 12735 ||| Stepping ~*~*~tactically~*~*~ (outnumbered).
 12737 | D:7      | 12737 ||| Stepping ~*~*~tactically~*~*~ (outnumbered).
 12739 | D:7      | 12739 ||| Stepping ~*~*~tactically~*~*~ (outnumbered).
 12741 | D:7      | 12741 ||| Stepping ~*~*~tactically~*~*~ (outnumbered).
 12743 | D:7      | 12743 ||| Stepping ~*~*~tactically~*~*~ (outnumbered).
 12745 | D:7      | 12745 ||| Stepping ~*~*~tactically~*~*~ (outnumbered).
 12747 | D:7      | 12747 ||| Stepping ~*~*~tactically~*~*~ (outnumbered).
 12749 | D:7      | 12749 ||| Stepping ~*~*~tactically~*~*~ (outnumbered).
 12751 | D:7      | 12751 ||| Stepping ~*~*~tactically~*~*~ (outnumbered).
 12753 | D:7      | 12753 ||| Stepping ~*~*~tactically~*~*~ (outnumbered).
 12755 | D:7      | 12755 ||| Stepping ~*~*~tactically~*~*~ (outnumbered).
 12757 | D:7      | 12757 ||| Stepping ~*~*~tactically~*~*~ (outnumbered).
 12759 | D:7      | 12759 ||| Stepping ~*~*~tactically~*~*~ (outnumbered).
 12761 | D:7      | 12761 ||| Stepping ~*~*~tactically~*~*~ (outnumbered).
 12763 | D:7      | 12763 ||| Stepping ~*~*~tactically~*~*~ (outnumbered).
 12765 | D:7      | 12765 ||| Stepping ~*~*~tactically~*~*~ (outnumbered).
 12767 | D:7      | 12767 ||| Stepping ~*~*~tactically~*~*~ (outnumbered).
 12769 | D:7      | 12769 ||| Stepping ~*~*~tactically~*~*~ (outnumbered).
 12771 | D:7      | 12771 ||| Stepping ~*~*~tactically~*~*~ (outnumbered).
 12773 | D:7      | 12773 ||| Stepping ~*~*~tactically~*~*~ (outnumbered).
 12775 | D:7      | 12775 ||| Stepping ~*~*~tactically~*~*~ (outnumbered).
 12777 | D:7      | 12777 ||| Stepping ~*~*~tactically~*~*~ (outnumbered).
 12779 | D:7      | 12779 ||| Stepping ~*~*~tactically~*~*~ (outnumbered).
 12781 | D:7      | 12781 ||| Stepping ~*~*~tactically~*~*~ (outnumbered).
 12783 | D:7      | 12783 ||| Stepping ~*~*~tactically~*~*~ (outnumbered).
 12785 | D:7      | 12785 ||| Stepping ~*~*~tactically~*~*~ (outnumbered).
 12787 | D:7      | 12787 ||| Stepping ~*~*~tactically~*~*~ (outnumbered).
 12789 | D:7      | 12789 ||| Stepping ~*~*~tactically~*~*~ (outnumbered).
 12791 | D:7      | 12791 ||| Stepping ~*~*~tactically~*~*~ (outnumbered).
 12793 | D:7      | 12793 ||| Stepping ~*~*~tactically~*~*~ (outnumbered).
 12795 | D:7      | 12795 ||| Stepping ~*~*~tactically~*~*~ (outnumbered).
 12797 | D:7      | 12797 ||| Stepping ~*~*~tactically~*~*~ (outnumbered).
 12799 | D:7      | 12799 ||| Stepping ~*~*~tactically~*~*~ (outnumbered).
 12801 | D:7      | 12801 ||| Stepping ~*~*~tactically~*~*~ (outnumbered).
 12803 | D:7      | 12803 ||| Stepping ~*~*~tactically~*~*~ (outnumbered).
 12805 | D:7      | 12805 ||| Stepping ~*~*~tactically~*~*~ (outnumbered).
 12807 | D:7      | 12807 ||| Stepping ~*~*~tactically~*~*~ (outnumbered).
 12809 | D:7      | 12809 ||| Stepping ~*~*~tactically~*~*~ (outnumbered).
 12811 | D:7      | 12811 ||| Stepping ~*~*~tactically~*~*~ (outnumbered).
 12813 | D:7      | 12813 ||| Stepping ~*~*~tactically~*~*~ (outnumbered).
 12815 | D:7      | 12815 ||| Stepping ~*~*~tactically~*~*~ (outnumbered).
 12817 | D:7      | 12817 ||| Stepping ~*~*~tactically~*~*~ (outnumbered).
 12819 | D:7      | 12819 ||| Stepping ~*~*~tactically~*~*~ (outnumbered).
 12821 | D:7      | 12821 ||| Stepping ~*~*~tactically~*~*~ (outnumbered).
 12823 | D:7      | 12823 ||| Stepping ~*~*~tactically~*~*~ (outnumbered).
 12825 | D:7      | 12825 ||| Stepping ~*~*~tactically~*~*~ (outnumbered).
 12827 | D:7      | 12827 ||| Stepping ~*~*~tactically~*~*~ (outnumbered).
 12829 | D:7      | 12829 ||| Stepping ~*~*~tactically~*~*~ (outnumbered).
 12831 | D:7      | 12831 ||| Stepping ~*~*~tactically~*~*~ (outnumbered).
 12833 | D:7      | 12833 ||| Stepping ~*~*~tactically~*~*~ (outnumbered).
 12835 | D:7      | 12835 ||| Stepping ~*~*~tactically~*~*~ (outnumbered).
 12837 | D:7      | 12837 ||| Stepping ~*~*~tactically~*~*~ (outnumbered).
 12839 | D:7      | 12839 ||| Stepping ~*~*~tactically~*~*~ (outnumbered).
 12841 | D:7      | 12841 ||| Stepping ~*~*~tactically~*~*~ (outnumbered).
 12843 | D:7      | 12843 ||| Stepping ~*~*~tactically~*~*~ (outnumbered).
 12845 | D:7      | 12845 ||| Stepping ~*~*~tactically~*~*~ (outnumbered).
 12847 | D:7      | 12847 ||| Stepping ~*~*~tactically~*~*~ (outnumbered).
 12849 | D:7      | 12849 ||| Stepping ~*~*~tactically~*~*~ (outnumbered).
 12851 | D:7      | 12851 ||| Stepping ~*~*~tactically~*~*~ (outnumbered).
 12853 | D:7      | 12853 ||| Stepping ~*~*~tactically~*~*~ (outnumbered).
 12855 | D:7      | 12855 ||| Stepping ~*~*~tactically~*~*~ (outnumbered).
 12857 | D:7      | 12857 ||| Stepping ~*~*~tactically~*~*~ (outnumbered).
 12859 | D:7      | 12859 ||| Stepping ~*~*~tactically~*~*~ (outnumbered).
 12861 | D:7      | 12861 ||| Stepping ~*~*~tactically~*~*~ (outnumbered).
 12863 | D:7      | 12863 ||| Stepping ~*~*~tactically~*~*~ (outnumbered).
 12865 | D:7      | 12865 ||| Stepping ~*~*~tactically~*~*~ (outnumbered).
 12867 | D:7      | 12867 ||| Stepping ~*~*~tactically~*~*~ (outnumbered).
 12869 | D:7      | 12869 ||| Stepping ~*~*~tactically~*~*~ (outnumbered).
 12871 | D:7      | 12871 ||| Stepping ~*~*~tactically~*~*~ (outnumbered).
 12873 | D:7      | 12873 ||| Stepping ~*~*~tactically~*~*~ (outnumbered).
 12875 | D:7      | 12875 ||| Stepping ~*~*~tactically~*~*~ (outnumbered).
 12877 | D:7      | 12877 ||| Stepping ~*~*~tactically~*~*~ (outnumbered).
 12879 | D:7      | 12879 ||| Stepping ~*~*~tactically~*~*~ (outnumbered).
 12881 | D:7      | 12881 ||| Stepping ~*~*~tactically~*~*~ (outnumbered).
 12883 | D:7      | 12883 ||| Stepping ~*~*~tactically~*~*~ (outnumbered).
 12885 | D:7      | 12885 ||| Stepping ~*~*~tactically~*~*~ (outnumbered).
 12887 | D:7      | 12887 ||| Stepping ~*~*~tactically~*~*~ (outnumbered).
 12889 | D:7      | 12889 ||| Stepping ~*~*~tactically~*~*~ (outnumbered).
 12891 | D:7      | 12891 ||| Stepping ~*~*~tactically~*~*~ (outnumbered).
 12893 | D:7      | 12893 ||| Stepping ~*~*~tactically~*~*~ (outnumbered).
 12895 | D:7      | 12895 ||| Stepping ~*~*~tactically~*~*~ (outnumbered).
 12897 | D:7      | 12897 ||| Stepping ~*~*~tactically~*~*~ (outnumbered).
 12899 | D:7      | 12899 ||| Stepping ~*~*~tactically~*~*~ (outnumbered).
 12901 | D:7      | 12901 ||| Stepping ~*~*~tactically~*~*~ (outnumbered).
 12903 | D:7      | 12903 ||| Stepping ~*~*~tactically~*~*~ (outnumbered).
 12905 | D:7      | 12905 ||| Stepping ~*~*~tactically~*~*~ (outnumbered).
 12907 | D:7      | 12907 ||| Stepping ~*~*~tactically~*~*~ (outnumbered).
 12909 | D:7      | 12909 ||| Stepping ~*~*~tactically~*~*~ (outnumbered).
 12911 | D:7      | 12911 ||| Stepping ~*~*~tactically~*~*~ (outnumbered).
 12913 | D:7      | 12913 ||| Stepping ~*~*~tactically~*~*~ (outnumbered).
 12915 | D:7      | 12915 ||| Stepping ~*~*~tactically~*~*~ (outnumbered).
 12917 | D:7      | 12917 ||| Stepping ~*~*~tactically~*~*~ (outnumbered).
 12919 | D:7      | 12919 ||| Stepping ~*~*~tactically~*~*~ (outnumbered).
 12921 | D:7      | 12921 ||| Stepping ~*~*~tactically~*~*~ (outnumbered).
 12923 | D:7      | 12923 ||| Stepping ~*~*~tactically~*~*~ (outnumbered).
 12925 | D:7      | 12925 ||| Stepping ~*~*~tactically~*~*~ (outnumbered).
 12927 | D:7      | 12927 ||| Stepping ~*~*~tactically~*~*~ (outnumbered).
 12929 | D:7      | 12929 ||| Stepping ~*~*~tactically~*~*~ (outnumbered).
 12931 | D:7      | 12931 ||| Stepping ~*~*~tactically~*~*~ (outnumbered).
 12933 | D:7      | 12933 ||| Stepping ~*~*~tactically~*~*~ (outnumbered).
 12935 | D:7      | 12935 ||| Stepping ~*~*~tactically~*~*~ (outnumbered).
 12937 | D:7      | 12937 ||| Stepping ~*~*~tactically~*~*~ (outnumbered).
 12939 | D:7      | 12939 ||| Stepping ~*~*~tactically~*~*~ (outnumbered).
 12941 | D:7      | 12941 ||| Stepping ~*~*~tactically~*~*~ (outnumbered).
 12943 | D:7      | 12943 ||| Stepping ~*~*~tactically~*~*~ (outnumbered).
 12945 | D:7      | 12945 ||| Stepping ~*~*~tactically~*~*~ (outnumbered).
 12947 | D:7      | 12947 ||| Stepping ~*~*~tactically~*~*~ (outnumbered).
 12949 | D:7      | 12949 ||| Stepping ~*~*~tactically~*~*~ (outnumbered).
 12951 | D:7      | 12951 ||| Stepping ~*~*~tactically~*~*~ (outnumbered).
 12953 | D:7      | 12953 ||| Stepping ~*~*~tactically~*~*~ (outnumbered).
 12955 | D:7      | 12955 ||| Stepping ~*~*~tactically~*~*~ (outnumbered).
 12957 | D:7      | 12957 ||| Stepping ~*~*~tactically~*~*~ (outnumbered).
 12959 | D:7      | 12959 ||| Stepping ~*~*~tactically~*~*~ (outnumbered).
 12961 | D:7      | 12961 ||| Stepping ~*~*~tactically~*~*~ (outnumbered).
 12963 | D:7      | 12963 ||| Stepping ~*~*~tactically~*~*~ (outnumbered).
 12965 | D:7      | 12965 ||| Stepping ~*~*~tactically~*~*~ (outnumbered).
 12967 | D:7      | 12967 ||| Stepping ~*~*~tactically~*~*~ (outnumbered).
 12969 | D:7      | 12969 ||| Stepping ~*~*~tactically~*~*~ (outnumbered).
 12971 | D:7      | 12971 ||| Stepping ~*~*~tactically~*~*~ (outnumbered).
 12973 | D:7      | 12973 ||| Stepping ~*~*~tactically~*~*~ (outnumbered).
 12975 | D:7      | 12975 ||| Stepping ~*~*~tactically~*~*~ (outnumbered).
 12977 | D:7      | 12977 ||| Stepping ~*~*~tactically~*~*~ (outnumbered).
 12979 | D:7      | 12979 ||| Stepping ~*~*~tactically~*~*~ (outnumbered).
 12981 | D:7      | 12981 ||| Stepping ~*~*~tactically~*~*~ (outnumbered).
 12983 | D:7      | 12983 ||| Stepping ~*~*~tactically~*~*~ (outnumbered).
 12985 | D:7      | 12985 ||| Stepping ~*~*~tactically~*~*~ (outnumbered).
 12987 | D:7      | 12987 ||| Stepping ~*~*~tactically~*~*~ (outnumbered).
 12989 | D:7      | 12989 ||| Stepping ~*~*~tactically~*~*~ (outnumbered).
 12991 | D:7      | 12991 ||| Stepping ~*~*~tactically~*~*~ (outnumbered).
 12993 | D:7      | 12993 ||| Stepping ~*~*~tactically~*~*~ (outnumbered).
 12995 | D:7      | 12995 ||| Stepping ~*~*~tactically~*~*~ (outnumbered).
 12997 | D:7      | 12997 ||| Stepping ~*~*~tactically~*~*~ (outnumbered).
 12999 | D:7      | 12999 ||| Stepping ~*~*~tactically~*~*~ (outnumbered).
 13001 | D:7      | 13001 ||| Stepping ~*~*~tactically~*~*~ (outnumbered).
 13003 | D:7      | 13003 ||| Stepping ~*~*~tactically~*~*~ (outnumbered).
 13005 | D:7      | 13005 ||| Stepping ~*~*~tactically~*~*~ (outnumbered).
 13007 | D:7      | 13007 ||| Stepping ~*~*~tactically~*~*~ (outnumbered).
 13009 | D:7      | 13009 ||| Stepping ~*~*~tactically~*~*~ (outnumbered).
 13011 | D:7      | 13011 ||| Stepping ~*~*~tactically~*~*~ (outnumbered).
 13013 | D:7      | 13013 ||| Stepping ~*~*~tactically~*~*~ (outnumbered).
 13015 | D:7      | 13015 ||| Stepping ~*~*~tactically~*~*~ (outnumbered).
 13017 | D:7      | 13017 ||| Stepping ~*~*~tactically~*~*~ (outnumbered).
 13019 | D:7      | 13019 ||| Stepping ~*~*~tactically~*~*~ (outnumbered).
 13021 | D:7      | 13021 ||| Stepping ~*~*~tactically~*~*~ (outnumbered).
 13023 | D:7      | 13023 ||| Stepping ~*~*~tactically~*~*~ (outnumbered).
 13025 | D:7      | 13025 ||| Stepping ~*~*~tactically~*~*~ (outnumbered).
 13027 | D:7      | 13027 ||| Stepping ~*~*~tactically~*~*~ (outnumbered).
 13029 | D:7      | 13029 ||| Stepping ~*~*~tactically~*~*~ (outnumbered).
 13031 | D:7      | 13031 ||| Stepping ~*~*~tactically~*~*~ (outnumbered).
 13033 | D:7      | 13033 ||| Stepping ~*~*~tactically~*~*~ (outnumbered).
 13035 | D:7      | 13035 ||| Stepping ~*~*~tactically~*~*~ (outnumbered).
 13037 | D:7      | 13037 ||| Stepping ~*~*~tactically~*~*~ (outnumbered).
 13039 | D:7      | 13039 ||| Stepping ~*~*~tactically~*~*~ (outnumbered).
 13041 | D:7      | 13041 ||| Stepping ~*~*~tactically~*~*~ (outnumbered).
 13043 | D:7      | 13043 ||| Stepping ~*~*~tactically~*~*~ (outnumbered).
 13045 | D:7      | 13045 ||| Stepping ~*~*~tactically~*~*~ (outnumbered).
 13047 | D:7      | 13047 ||| Stepping ~*~*~tactically~*~*~ (outnumbered).
 13049 | D:7      | 13049 ||| Stepping ~*~*~tactically~*~*~ (outnumbered).
 13051 | D:7      | 13051 ||| Stepping ~*~*~tactically~*~*~ (outnumbered).
 13053 | D:7      | 13053 ||| Stepping ~*~*~tactically~*~*~ (outnumbered).
 13055 | D:7      | 13055 ||| Stepping ~*~*~tactically~*~*~ (outnumbered).
 13057 | D:7      | 13057 ||| Stepping ~*~*~tactically~*~*~ (outnumbered).
 13059 | D:7      | 13059 ||| Stepping ~*~*~tactically~*~*~ (outnumbered).
 13061 | D:7      | 13061 ||| Stepping ~*~*~tactically~*~*~ (outnumbered).
 13063 | D:7      | 13063 ||| Stepping ~*~*~tactically~*~*~ (outnumbered).
 13065 | D:7      | 13065 ||| Stepping ~*~*~tactically~*~*~ (outnumbered).
 13067 | D:7      | 13067 ||| Stepping ~*~*~tactically~*~*~ (outnumbered).
 13069 | D:7      | 13069 ||| Stepping ~*~*~tactically~*~*~ (outnumbered).
 13071 | D:7      | 13071 ||| Stepping ~*~*~tactically~*~*~ (outnumbered).
 13073 | D:7      | 13073 ||| Stepping ~*~*~tactically~*~*~ (outnumbered).
 13075 | D:7      | 13075 ||| Stepping ~*~*~tactically~*~*~ (outnumbered).
 13077 | D:7      | 13077 ||| Stepping ~*~*~tactically~*~*~ (outnumbered).
 13079 | D:7      | 13079 ||| Stepping ~*~*~tactically~*~*~ (outnumbered).
 13081 | D:7      | 13081 ||| Stepping ~*~*~tactically~*~*~ (outnumbered).
 13083 | D:7      | 13083 ||| Stepping ~*~*~tactically~*~*~ (outnumbered).
 13085 | D:7      | 13085 ||| Stepping ~*~*~tactically~*~*~ (outnumbered).
 13087 | D:7      | 13087 ||| Stepping ~*~*~tactically~*~*~ (outnumbered).
 13089 | D:7      | 13089 ||| Stepping ~*~*~tactically~*~*~ (outnumbered).
 13091 | D:7      | 13091 ||| Stepping ~*~*~tactically~*~*~ (outnumbered).
 13093 | D:7      | 13093 ||| Stepping ~*~*~tactically~*~*~ (outnumbered).
 13095 | D:7      | 13095 ||| Stepping ~*~*~tactically~*~*~ (outnumbered).
 13097 | D:7      | 13097 ||| Stepping ~*~*~tactically~*~*~ (outnumbered).
 13099 | D:7      | 13099 ||| Stepping ~*~*~tactically~*~*~ (outnumbered).
 13101 | D:7      | 13101 ||| Stepping ~*~*~tactically~*~*~ (outnumbered).
 13103 | D:7      | 13103 ||| Stepping ~*~*~tactically~*~*~ (outnumbered).
 13105 | D:7      | 13105 ||| Stepping ~*~*~tactically~*~*~ (outnumbered).
 13107 | D:7      | 13107 ||| Stepping ~*~*~tactically~*~*~ (outnumbered).
 13109 | D:7      | 13109 ||| Stepping ~*~*~tactically~*~*~ (outnumbered).
 13111 | D:7      | 13111 ||| Stepping ~*~*~tactically~*~*~ (outnumbered).
 13113 | D:7      | 13113 ||| Stepping ~*~*~tactically~*~*~ (outnumbered).
 13115 | D:7      | 13115 ||| Stepping ~*~*~tactically~*~*~ (outnumbered).
 13117 | D:7      | 13117 ||| Stepping ~*~*~tactically~*~*~ (outnumbered).
 13119 | D:7      | 13119 ||| Stepping ~*~*~tactically~*~*~ (outnumbered).
 13121 | D:7      | 13121 ||| Stepping ~*~*~tactically~*~*~ (outnumbered).
 13123 | D:7      | 13123 ||| Stepping ~*~*~tactically~*~*~ (outnumbered).
 13125 | D:7      | 13125 ||| Stepping ~*~*~tactically~*~*~ (outnumbered).
 13127 | D:7      | 13127 ||| Stepping ~*~*~tactically~*~*~ (outnumbered).
 13129 | D:7      | 13129 ||| Stepping ~*~*~tactically~*~*~ (outnumbered).
 13131 | D:7      | 13131 ||| Stepping ~*~*~tactically~*~*~ (outnumbered).
 13133 | D:7      | 13133 ||| Stepping ~*~*~tactically~*~*~ (outnumbered).
 13135 | D:7      | 13135 ||| Stepping ~*~*~tactically~*~*~ (outnumbered).
 13137 | D:7      | 13137 ||| Stepping ~*~*~tactically~*~*~ (outnumbered).
 13139 | D:7      | 13139 ||| Stepping ~*~*~tactically~*~*~ (outnumbered).
 13141 | D:7      | 13141 ||| Stepping ~*~*~tactically~*~*~ (outnumbered).
 13143 | D:7      | 13143 ||| Stepping ~*~*~tactically~*~*~ (outnumbered).
 13145 | D:7      | 13145 ||| Stepping ~*~*~tactically~*~*~ (outnumbered).
 13147 | D:7      | 13147 ||| Stepping ~*~*~tactically~*~*~ (outnumbered).
 13149 | D:7      | 13149 ||| Stepping ~*~*~tactically~*~*~ (outnumbered).
 13151 | D:7      | 13151 ||| Stepping ~*~*~tactically~*~*~ (outnumbered).
 13153 | D:7      | 13153 ||| Stepping ~*~*~tactically~*~*~ (outnumbered).
 13155 | D:7      | 13155 ||| Stepping ~*~*~tactically~*~*~ (outnumbered).
 13157 | D:7      | 13157 ||| Stepping ~*~*~tactically~*~*~ (outnumbered).
 13159 | D:7      | 13159 ||| Stepping ~*~*~tactically~*~*~ (outnumbered).
 13161 | D:7      | 13161 ||| Stepping ~*~*~tactically~*~*~ (outnumbered).
 13163 | D:7      | 13163 ||| Stepping ~*~*~tactically~*~*~ (outnumbered).
 13165 | D:7      | 13165 ||| Stepping ~*~*~tactically~*~*~ (outnumbered).
 13167 | D:7      | 13167 ||| Stepping ~*~*~tactically~*~*~ (outnumbered).
 13169 | D:7      | 13169 ||| Stepping ~*~*~tactically~*~*~ (outnumbered).
 13171 | D:7      | 13171 ||| Stepping ~*~*~tactically~*~*~ (outnumbered).
 13173 | D:7      | 13173 ||| Stepping ~*~*~tactically~*~*~ (outnumbered).
 13175 | D:7      | 13175 ||| Stepping ~*~*~tactically~*~*~ (outnumbered).
 13177 | D:7      | 13177 ||| Stepping ~*~*~tactically~*~*~ (outnumbered).
 13179 | D:7      | 13179 ||| Stepping ~*~*~tactically~*~*~ (outnumbered).
 13181 | D:7      | 13181 ||| Stepping ~*~*~tactically~*~*~ (outnumbered).
 13183 | D:7      | 13183 ||| Stepping ~*~*~tactically~*~*~ (outnumbered).
 13185 | D:7      | 13185 ||| Stepping ~*~*~tactically~*~*~ (outnumbered).
 13187 | D:7      | 13187 ||| Stepping ~*~*~tactically~*~*~ (outnumbered).
 13189 | D:7      | 13189 ||| Stepping ~*~*~tactically~*~*~ (outnumbered).
 13191 | D:7      | 13191 ||| Stepping ~*~*~tactically~*~*~ (outnumbered).
 13193 | D:7      | 13193 ||| Stepping ~*~*~tactically~*~*~ (outnumbered).
 13195 | D:7      | 13195 ||| Stepping ~*~*~tactically~*~*~ (outnumbered).
 13197 | D:7      | 13197 ||| Stepping ~*~*~tactically~*~*~ (outnumbered).
 13199 | D:7      | 13199 ||| Stepping ~*~*~tactically~*~*~ (outnumbered).
 13201 | D:7      | 13201 ||| Stepping ~*~*~tactically~*~*~ (outnumbered).
 13203 | D:7      | 13203 ||| Stepping ~*~*~tactically~*~*~ (outnumbered).
 13205 | D:7      | 13205 ||| Stepping ~*~*~tactically~*~*~ (outnumbered).
 13207 | D:7      | 13207 ||| Stepping ~*~*~tactically~*~*~ (outnumbered).
 13209 | D:7      | 13209 ||| Stepping ~*~*~tactically~*~*~ (outnumbered).
 13211 | D:7      | 13211 ||| Stepping ~*~*~tactically~*~*~ (outnumbered).
 13213 | D:7      | 13213 ||| Stepping ~*~*~tactically~*~*~ (outnumbered).
 13215 | D:7      | 13215 ||| Stepping ~*~*~tactically~*~*~ (outnumbered).
 13217 | D:7      | 13217 ||| Stepping ~*~*~tactically~*~*~ (outnumbered).
 13219 | D:7      | 13219 ||| Stepping ~*~*~tactically~*~*~ (outnumbered).
 13221 | D:7      | 13221 ||| Stepping ~*~*~tactically~*~*~ (outnumbered).
 13223 | D:7      | 13223 ||| Stepping ~*~*~tactically~*~*~ (outnumbered).
 13225 | D:7      | 13225 ||| Stepping ~*~*~tactically~*~*~ (outnumbered).
 13227 | D:7      | 13227 ||| Stepping ~*~*~tactically~*~*~ (outnumbered).
 13229 | D:7      | 13229 ||| Stepping ~*~*~tactically~*~*~ (outnumbered).
 13231 | D:7      | 13231 ||| Stepping ~*~*~tactically~*~*~ (outnumbered).
 13233 | D:7      | 13233 ||| Stepping ~*~*~tactically~*~*~ (outnumbered).
 13235 | D:7      | 13235 ||| Stepping ~*~*~tactically~*~*~ (outnumbered).
 13237 | D:7      | 13237 ||| Stepping ~*~*~tactically~*~*~ (outnumbered).
 13239 | D:7      | 13239 ||| Stepping ~*~*~tactically~*~*~ (outnumbered).
 13241 | D:7      | 13241 ||| Stepping ~*~*~tactically~*~*~ (outnumbered).
 13243 | D:7      | 13243 ||| Stepping ~*~*~tactically~*~*~ (outnumbered).
 13245 | D:7      | 13245 ||| Stepping ~*~*~tactically~*~*~ (outnumbered).
 13247 | D:7      | 13247 ||| Stepping ~*~*~tactically~*~*~ (outnumbered).
 13249 | D:7      | 13249 ||| Stepping ~*~*~tactically~*~*~ (outnumbered).
 13251 | D:7      | 13251 ||| Stepping ~*~*~tactically~*~*~ (outnumbered).
 13253 | D:7      | 13253 ||| Stepping ~*~*~tactically~*~*~ (outnumbered).
 13255 | D:7      | 13255 ||| Stepping ~*~*~tactically~*~*~ (outnumbered).
 13257 | D:7      | 13257 ||| Stepping ~*~*~tactically~*~*~ (outnumbered).
 13259 | D:7      | 13259 ||| Stepping ~*~*~tactically~*~*~ (outnumbered).
 13261 | D:7      | 13261 ||| Stepping ~*~*~tactically~*~*~ (outnumbered).
 13263 | D:7      | 13263 ||| Stepping ~*~*~tactically~*~*~ (outnumbered).
 13265 | D:7      | 13265 ||| Stepping ~*~*~tactically~*~*~ (outnumbered).
 13267 | D:7      | 13267 ||| Stepping ~*~*~tactically~*~*~ (outnumbered).
 13269 | D:7      | 13269 ||| Stepping ~*~*~tactically~*~*~ (outnumbered).
 13271 | D:7      | 13271 ||| Stepping ~*~*~tactically~*~*~ (outnumbered).
 13273 | D:7      | 13273 ||| Stepping ~*~*~tactically~*~*~ (outnumbered).
 13275 | D:7      | 13275 ||| Stepping ~*~*~tactically~*~*~ (outnumbered).
 13277 | D:7      | 13277 ||| Stepping ~*~*~tactically~*~*~ (outnumbered).
 13279 | D:7      | 13279 ||| Stepping ~*~*~tactically~*~*~ (outnumbered).
 13281 | D:7      | 13281 ||| Stepping ~*~*~tactically~*~*~ (outnumbered).
 13283 | D:7      | 13283 ||| Stepping ~*~*~tactically~*~*~ (outnumbered).
 13285 | D:7      | 13285 ||| Stepping ~*~*~tactically~*~*~ (outnumbered).
 13287 | D:7      | 13287 ||| Stepping ~*~*~tactically~*~*~ (outnumbered).
 13289 | D:7      | 13289 ||| Stepping ~*~*~tactically~*~*~ (outnumbered).
 13291 | D:7      | 13291 ||| Stepping ~*~*~tactically~*~*~ (outnumbered).
 13293 | D:7      | 13293 ||| Stepping ~*~*~tactically~*~*~ (outnumbered).
 13295 | D:7      | 13295 ||| Stepping ~*~*~tactically~*~*~ (outnumbered).
 13297 | D:7      | 13297 ||| Stepping ~*~*~tactically~*~*~ (outnumbered).
 13299 | D:7      | 13299 ||| Stepping ~*~*~tactically~*~*~ (outnumbered).
 13301 | D:7      | 13301 ||| Stepping ~*~*~tactically~*~*~ (outnumbered).
 13303 | D:7      | 13303 ||| Stepping ~*~*~tactically~*~*~ (outnumbered).
 13305 | D:7      | 13305 ||| Stepping ~*~*~tactically~*~*~ (outnumbered).
 13307 | D:7      | 13307 ||| Stepping ~*~*~tactically~*~*~ (outnumbered).
 13309 | D:7      | 13309 ||| Stepping ~*~*~tactically~*~*~ (outnumbered).
 13311 | D:7      | 13311 ||| Stepping ~*~*~tactically~*~*~ (outnumbered).
 13313 | D:7      | 13313 ||| Stepping ~*~*~tactically~*~*~ (outnumbered).
 13315 | D:7      | 13315 ||| Stepping ~*~*~tactically~*~*~ (outnumbered).
 13317 | D:7      | 13317 ||| Stepping ~*~*~tactically~*~*~ (outnumbered).
 13319 | D:7      | 13319 ||| Stepping ~*~*~tactically~*~*~ (outnumbered).
 13321 | D:7      | 13321 ||| Stepping ~*~*~tactically~*~*~ (outnumbered).
 13323 | D:7      | 13323 ||| Stepping ~*~*~tactically~*~*~ (outnumbered).
 13325 | D:7      | 13325 ||| Stepping ~*~*~tactically~*~*~ (outnumbered).
 13327 | D:7      | 13327 ||| Stepping ~*~*~tactically~*~*~ (outnumbered).
 13329 | D:7      | 13329 ||| Stepping ~*~*~tactically~*~*~ (outnumbered).
 13331 | D:7      | 13331 ||| Stepping ~*~*~tactically~*~*~ (outnumbered).
 13333 | D:7      | 13333 ||| Stepping ~*~*~tactically~*~*~ (outnumbered).
 13335 | D:7      | 13335 ||| Stepping ~*~*~tactically~*~*~ (outnumbered).
 13337 | D:7      | 13337 ||| Stepping ~*~*~tactically~*~*~ (outnumbered).
 13339 | D:7      | 13339 ||| Stepping ~*~*~tactically~*~*~ (outnumbered).
 13341 | D:7      | 13341 ||| Stepping ~*~*~tactically~*~*~ (outnumbered).
 13343 | D:7      | 13343 ||| Stepping ~*~*~tactically~*~*~ (outnumbered).
 13345 | D:7      | 13345 ||| Stepping ~*~*~tactically~*~*~ (outnumbered).
 13347 | D:7      | 13347 ||| Stepping ~*~*~tactically~*~*~ (outnumbered).
 13349 | D:7      | 13349 ||| Stepping ~*~*~tactically~*~*~ (outnumbered).
 13351 | D:7      | 13351 ||| Stepping ~*~*~tactically~*~*~ (outnumbered).
 13353 | D:7      | 13353 ||| Stepping ~*~*~tactically~*~*~ (outnumbered).
 13355 | D:7      | 13355 ||| Stepping ~*~*~tactically~*~*~ (outnumbered).
 13357 | D:7      | 13357 ||| Stepping ~*~*~tactically~*~*~ (outnumbered).
 13359 | D:7      | 13359 ||| Stepping ~*~*~tactically~*~*~ (outnumbered).
 13361 | D:7      | 13361 ||| Stepping ~*~*~tactically~*~*~ (outnumbered).
 13363 | D:7      | 13363 ||| Stepping ~*~*~tactically~*~*~ (outnumbered).
 13365 | D:7      | 13365 ||| Stepping ~*~*~tactically~*~*~ (outnumbered).
 13367 | D:7      | 13367 ||| Stepping ~*~*~tactically~*~*~ (outnumbered).
 13369 | D:7      | 13369 ||| Stepping ~*~*~tactically~*~*~ (outnumbered).
 13371 | D:7      | 13371 ||| Stepping ~*~*~tactically~*~*~ (outnumbered).
 13373 | D:7      | 13373 ||| Stepping ~*~*~tactically~*~*~ (outnumbered).
 13375 | D:7      | 13375 ||| Stepping ~*~*~tactically~*~*~ (outnumbered).
 13377 | D:7      | 13377 ||| Stepping ~*~*~tactically~*~*~ (outnumbered).
 13379 | D:7      | 13379 ||| Stepping ~*~*~tactically~*~*~ (outnumbered).
 13381 | D:7      | 13381 ||| Stepping ~*~*~tactically~*~*~ (outnumbered).
 13383 | D:7      | 13383 ||| Stepping ~*~*~tactically~*~*~ (outnumbered).
 13385 | D:7      | 13385 ||| Stepping ~*~*~tactically~*~*~ (outnumbered).
 13387 | D:7      | 13387 ||| Stepping ~*~*~tactically~*~*~ (outnumbered).
 13389 | D:7      | 13389 ||| Stepping ~*~*~tactically~*~*~ (outnumbered).
 13391 | D:7      | 13391 ||| Stepping ~*~*~tactically~*~*~ (outnumbered).
 13393 | D:7      | 13393 ||| Stepping ~*~*~tactically~*~*~ (outnumbered).
 13395 | D:7      | 13395 ||| Stepping ~*~*~tactically~*~*~ (outnumbered).
 13397 | D:7      | 13397 ||| Stepping ~*~*~tactically~*~*~ (outnumbered).
 13399 | D:7      | 13399 ||| Stepping ~*~*~tactically~*~*~ (outnumbered).
 13401 | D:7      | 13401 ||| Stepping ~*~*~tactically~*~*~ (outnumbered).
 13403 | D:7      | 13403 ||| Stepping ~*~*~tactically~*~*~ (outnumbered).
 13405 | D:7      | 13405 ||| Stepping ~*~*~tactically~*~*~ (outnumbered).
 13407 | D:7      | 13407 ||| Stepping ~*~*~tactically~*~*~ (outnumbered).
 13409 | D:7      | 13409 ||| Stepping ~*~*~tactically~*~*~ (outnumbered).
 13411 | D:7      | 13411 ||| Stepping ~*~*~tactically~*~*~ (outnumbered).
 13413 | D:7      | 13413 ||| Stepping ~*~*~tactically~*~*~ (outnumbered).
 13415 | D:7      | 13415 ||| Stepping ~*~*~tactically~*~*~ (outnumbered).
 13417 | D:7      | 13417 ||| Stepping ~*~*~tactically~*~*~ (outnumbered).
 13419 | D:7      | 13419 ||| Stepping ~*~*~tactically~*~*~ (outnumbered).
 13421 | D:7      | 13421 ||| Stepping ~*~*~tactically~*~*~ (outnumbered).
 13423 | D:7      | 13423 ||| Stepping ~*~*~tactically~*~*~ (outnumbered).
 13425 | D:7      | 13425 ||| Stepping ~*~*~tactically~*~*~ (outnumbered).
 13427 | D:7      | 13427 ||| Stepping ~*~*~tactically~*~*~ (outnumbered).
 13429 | D:7      | 13429 ||| Stepping ~*~*~tactically~*~*~ (outnumbered).
 13431 | D:7      | 13431 ||| Stepping ~*~*~tactically~*~*~ (outnumbered).
 13433 | D:7      | 13433 ||| Stepping ~*~*~tactically~*~*~ (outnumbered).
 13435 | D:7      | 13435 ||| Stepping ~*~*~tactically~*~*~ (outnumbered).
 13437 | D:7      | 13437 ||| Stepping ~*~*~tactically~*~*~ (outnumbered).
 13439 | D:7      | 13439 ||| Stepping ~*~*~tactically~*~*~ (outnumbered).
 13441 | D:7      | 13441 ||| Stepping ~*~*~tactically~*~*~ (outnumbered).
 13443 | D:7      | 13443 ||| Stepping ~*~*~tactically~*~*~ (outnumbered).
 13445 | D:7      | 13445 ||| Stepping ~*~*~tactically~*~*~ (outnumbered).
 13447 | D:7      | 13447 ||| Stepping ~*~*~tactically~*~*~ (outnumbered).
 13449 | D:7      | 13449 ||| Stepping ~*~*~tactically~*~*~ (outnumbered).
 13451 | D:7      | 13451 ||| Stepping ~*~*~tactically~*~*~ (outnumbered).
 13453 | D:7      | 13453 ||| Stepping ~*~*~tactically~*~*~ (outnumbered).
 13455 | D:7      | 13455 ||| Stepping ~*~*~tactically~*~*~ (outnumbered).
 13457 | D:7      | 13457 ||| Stepping ~*~*~tactically~*~*~ (outnumbered).
 13459 | D:7      | 13459 ||| Stepping ~*~*~tactically~*~*~ (outnumbered).
 13461 | D:7      | 13461 ||| Stepping ~*~*~tactically~*~*~ (outnumbered).
 13463 | D:7      | 13463 ||| Stepping ~*~*~tactically~*~*~ (outnumbered).
 13465 | D:7      | 13465 ||| Stepping ~*~*~tactically~*~*~ (outnumbered).
 13467 | D:7      | 13467 ||| Stepping ~*~*~tactically~*~*~ (outnumbered).
 13469 | D:7      | 13469 ||| Stepping ~*~*~tactically~*~*~ (outnumbered).
 13471 | D:7      | 13471 ||| Stepping ~*~*~tactically~*~*~ (outnumbered).
 13473 | D:7      | 13473 ||| Stepping ~*~*~tactically~*~*~ (outnumbered).
 13475 | D:7      | 13475 ||| Stepping ~*~*~tactically~*~*~ (outnumbered).
 13477 | D:7      | 13477 ||| Stepping ~*~*~tactically~*~*~ (outnumbered).
 13479 | D:7      | 13479 ||| Stepping ~*~*~tactically~*~*~ (outnumbered).
 13481 | D:7      | 13481 ||| Stepping ~*~*~tactically~*~*~ (outnumbered).
 13483 | D:7      | 13483 ||| Stepping ~*~*~tactically~*~*~ (outnumbered).
 13485 | D:7      | 13485 ||| Stepping ~*~*~tactically~*~*~ (outnumbered).
 13487 | D:7      | 13487 ||| Stepping ~*~*~tactically~*~*~ (outnumbered).
 13489 | D:7      | 13489 ||| Stepping ~*~*~tactically~*~*~ (outnumbered).
 13491 | D:7      | 13491 ||| Stepping ~*~*~tactically~*~*~ (outnumbered).
 13493 | D:7      | 13493 ||| Stepping ~*~*~tactically~*~*~ (outnumbered).
 13495 | D:7      | 13495 ||| Stepping ~*~*~tactically~*~*~ (outnumbered).
 13497 | D:7      | 13497 ||| Stepping ~*~*~tactically~*~*~ (outnumbered).
 13499 | D:7      | 13499 ||| Stepping ~*~*~tactically~*~*~ (outnumbered).
 13501 | D:7      | 13501 ||| Stepping ~*~*~tactically~*~*~ (outnumbered).
 13503 | D:7      | 13503 ||| Stepping ~*~*~tactically~*~*~ (outnumbered).
 13505 | D:7      | 13505 ||| Stepping ~*~*~tactically~*~*~ (outnumbered).
 13507 | D:7      | 13507 ||| Stepping ~*~*~tactically~*~*~ (outnumbered).
 13509 | D:7      | 13509 ||| Stepping ~*~*~tactically~*~*~ (outnumbered).
 13511 | D:7      | 13511 ||| Stepping ~*~*~tactically~*~*~ (outnumbered).
 13513 | D:7      | 13513 ||| Stepping ~*~*~tactically~*~*~ (outnumbered).
 13515 | D:7      | 13515 ||| Stepping ~*~*~tactically~*~*~ (outnumbered).
 13517 | D:7      | 13517 ||| Stepping ~*~*~tactically~*~*~ (outnumbered).
 13519 | D:7      | 13519 ||| Stepping ~*~*~tactically~*~*~ (outnumbered).
 13521 | D:7      | 13521 ||| Stepping ~*~*~tactically~*~*~ (outnumbered).
 13523 | D:7      | 13523 ||| Stepping ~*~*~tactically~*~*~ (outnumbered).
 13525 | D:7      | 13525 ||| Stepping ~*~*~tactically~*~*~ (outnumbered).
 13527 | D:7      | 13527 ||| Stepping ~*~*~tactically~*~*~ (outnumbered).
 13529 | D:7      | 13529 ||| Stepping ~*~*~tactically~*~*~ (outnumbered).
 13531 | D:7      | 13531 ||| Stepping ~*~*~tactically~*~*~ (outnumbered).
 13533 | D:7      | 13533 ||| Stepping ~*~*~tactically~*~*~ (outnumbered).
 13535 | D:7      | 13535 ||| Stepping ~*~*~tactically~*~*~ (outnumbered).
 13537 | D:7      | 13537 ||| Stepping ~*~*~tactically~*~*~ (outnumbered).
 13539 | D:7      | 13539 ||| Stepping ~*~*~tactically~*~*~ (outnumbered).
 13541 | D:7      | 13541 ||| Stepping ~*~*~tactically~*~*~ (outnumbered).
 13543 | D:7      | 13543 ||| Stepping ~*~*~tactically~*~*~ (outnumbered).
 13545 | D:7      | 13545 ||| Stepping ~*~*~tactically~*~*~ (outnumbered).
 13547 | D:7      | 13547 ||| Stepping ~*~*~tactically~*~*~ (outnumbered).
 13549 | D:7      | 13549 ||| Stepping ~*~*~tactically~*~*~ (outnumbered).
 13551 | D:7      | 13551 ||| Stepping ~*~*~tactically~*~*~ (outnumbered).
 13553 | D:7      | 13553 ||| Stepping ~*~*~tactically~*~*~ (outnumbered).
 13555 | D:7      | 13555 ||| Stepping ~*~*~tactically~*~*~ (outnumbered).
 13557 | D:7      | 13557 ||| Stepping ~*~*~tactically~*~*~ (outnumbered).
 13559 | D:7      | 13559 ||| Stepping ~*~*~tactically~*~*~ (outnumbered).
 13561 | D:7      | 13561 ||| Stepping ~*~*~tactically~*~*~ (outnumbered).
 13563 | D:7      | 13563 ||| Stepping ~*~*~tactically~*~*~ (outnumbered).
 13565 | D:7      | 13565 ||| Stepping ~*~*~tactically~*~*~ (outnumbered).
 13567 | D:7      | 13567 ||| Stepping ~*~*~tactically~*~*~ (outnumbered).
 13569 | D:7      | 13569 ||| Stepping ~*~*~tactically~*~*~ (outnumbered).
 13571 | D:7      | 13571 ||| Stepping ~*~*~tactically~*~*~ (outnumbered).
 13573 | D:7      | 13573 ||| Stepping ~*~*~tactically~*~*~ (outnumbered).
 13575 | D:7      | 13575 ||| Stepping ~*~*~tactically~*~*~ (outnumbered).
 13577 | D:7      | 13577 ||| Stepping ~*~*~tactically~*~*~ (outnumbered).
 13579 | D:7      | 13579 ||| Stepping ~*~*~tactically~*~*~ (outnumbered).
 13581 | D:7      | 13581 ||| Stepping ~*~*~tactically~*~*~ (outnumbered).
 13583 | D:7      | 13583 ||| Stepping ~*~*~tactically~*~*~ (outnumbered).
 13585 | D:7      | 13585 ||| Stepping ~*~*~tactically~*~*~ (outnumbered).
 13587 | D:7      | 13587 ||| Stepping ~*~*~tactically~*~*~ (outnumbered).
 13589 | D:7      | 13589 ||| Stepping ~*~*~tactically~*~*~ (outnumbered).
 13591 | D:7      | 13591 ||| Stepping ~*~*~tactically~*~*~ (outnumbered).
 13593 | D:7      | 13593 ||| Stepping ~*~*~tactically~*~*~ (outnumbered).
 13595 | D:7      | 13595 ||| Stepping ~*~*~tactically~*~*~ (outnumbered).
 13597 | D:7      | 13597 ||| Stepping ~*~*~tactically~*~*~ (outnumbered).
 13599 | D:7      | 13599 ||| Stepping ~*~*~tactically~*~*~ (outnumbered).
 13601 | D:7      | 13601 ||| Stepping ~*~*~tactically~*~*~ (outnumbered).
 13603 | D:7      | 13603 ||| Stepping ~*~*~tactically~*~*~ (outnumbered).
 13605 | D:7      | 13605 ||| Stepping ~*~*~tactically~*~*~ (outnumbered).
 13607 | D:7      | 13607 ||| Stepping ~*~*~tactically~*~*~ (outnumbered).
 13609 | D:7      | 13609 ||| Stepping ~*~*~tactically~*~*~ (outnumbered).
 13611 | D:7      | 13611 ||| Stepping ~*~*~tactically~*~*~ (outnumbered).
 13613 | D:7      | 13613 ||| Stepping ~*~*~tactically~*~*~ (outnumbered).
 13615 | D:7      | 13615 ||| Stepping ~*~*~tactically~*~*~ (outnumbered).
 13617 | D:7      | 13617 ||| Stepping ~*~*~tactically~*~*~ (outnumbered).
 13619 | D:7      | 13619 ||| Stepping ~*~*~tactically~*~*~ (outnumbered).
 13621 | D:7      | 13621 ||| Stepping ~*~*~tactically~*~*~ (outnumbered).
 13623 | D:7      | 13623 ||| Stepping ~*~*~tactically~*~*~ (outnumbered).
 13625 | D:7      | 13625 ||| Stepping ~*~*~tactically~*~*~ (outnumbered).
 13627 | D:7      | 13627 ||| Stepping ~*~*~tactically~*~*~ (outnumbered).
 13629 | D:7      | 13629 ||| Stepping ~*~*~tactically~*~*~ (outnumbered).
 13631 | D:7      | 13631 ||| Stepping ~*~*~tactically~*~*~ (outnumbered).
 13633 | D:7      | 13633 ||| Stepping ~*~*~tactically~*~*~ (outnumbered).
 13635 | D:7      | 13635 ||| Stepping ~*~*~tactically~*~*~ (outnumbered).
 13637 | D:7      | 13637 ||| Stepping ~*~*~tactically~*~*~ (outnumbered).
 13639 | D:7      | 13639 ||| Stepping ~*~*~tactically~*~*~ (outnumbered).
 13641 | D:7      | 13641 ||| Stepping ~*~*~tactically~*~*~ (outnumbered).
 13643 | D:7      | 13643 ||| Stepping ~*~*~tactically~*~*~ (outnumbered).
 13645 | D:7      | 13645 ||| Stepping ~*~*~tactically~*~*~ (outnumbered).
 13647 | D:7      | 13647 ||| Stepping ~*~*~tactically~*~*~ (outnumbered).
 13649 | D:7      | 13649 ||| Stepping ~*~*~tactically~*~*~ (outnumbered).
 13651 | D:7      | 13651 ||| Stepping ~*~*~tactically~*~*~ (outnumbered).
 13653 | D:7      | 13653 ||| Stepping ~*~*~tactically~*~*~ (outnumbered).
 13655 | D:7      | 13655 ||| Stepping ~*~*~tactically~*~*~ (outnumbered).
 13657 | D:7      | 13657 ||| Stepping ~*~*~tactically~*~*~ (outnumbered).
 13659 | D:7      | 13659 ||| Stepping ~*~*~tactically~*~*~ (outnumbered).
 13661 | D:7      | 13661 ||| Stepping ~*~*~tactically~*~*~ (outnumbered).
 13663 | D:7      | 13663 ||| Stepping ~*~*~tactically~*~*~ (outnumbered).
 13665 | D:7      | 13665 ||| Stepping ~*~*~tactically~*~*~ (outnumbered).
 13667 | D:7      | 13667 ||| Stepping ~*~*~tactically~*~*~ (outnumbered).
 13669 | D:7      | 13669 ||| Stepping ~*~*~tactically~*~*~ (outnumbered).
 13671 | D:7      | 13671 ||| Stepping ~*~*~tactically~*~*~ (outnumbered).
 13673 | D:7      | 13673 ||| Stepping ~*~*~tactically~*~*~ (outnumbered).
 13675 | D:7      | 13675 ||| Stepping ~*~*~tactically~*~*~ (outnumbered).
 13677 | D:7      | 13677 ||| Stepping ~*~*~tactically~*~*~ (outnumbered).
 13679 | D:7      | 13679 ||| Stepping ~*~*~tactically~*~*~ (outnumbered).
 13681 | D:7      | 13681 ||| Stepping ~*~*~tactically~*~*~ (outnumbered).
 13683 | D:7      | 13683 ||| Stepping ~*~*~tactically~*~*~ (outnumbered).
 13685 | D:7      | 13685 ||| Stepping ~*~*~tactically~*~*~ (outnumbered).
 13687 | D:7      | 13687 ||| Stepping ~*~*~tactically~*~*~ (outnumbered).
 13689 | D:7      | 13689 ||| Stepping ~*~*~tactically~*~*~ (outnumbered).
 13691 | D:7      | 13691 ||| Stepping ~*~*~tactically~*~*~ (outnumbered).
 13693 | D:7      | 13693 ||| Stepping ~*~*~tactically~*~*~ (outnumbered).
 13695 | D:7      | 13695 ||| Stepping ~*~*~tactically~*~*~ (outnumbered).
 13697 | D:7      | 13697 ||| Stepping ~*~*~tactically~*~*~ (outnumbered).
 13699 | D:7      | 13699 ||| Stepping ~*~*~tactically~*~*~ (outnumbered).
 13701 | D:7      | 13701 ||| Stepping ~*~*~tactically~*~*~ (outnumbered).
 13703 | D:7      | 13703 ||| Stepping ~*~*~tactically~*~*~ (outnumbered).
 13705 | D:7      | 13705 ||| Stepping ~*~*~tactically~*~*~ (outnumbered).
 13707 | D:7      | 13707 ||| Stepping ~*~*~tactically~*~*~ (outnumbered).
 13709 | D:7      | 13709 ||| Stepping ~*~*~tactically~*~*~ (outnumbered).
 13711 | D:7      | 13711 ||| Stepping ~*~*~tactically~*~*~ (outnumbered).
 13713 | D:7      | 13713 ||| Stepping ~*~*~tactically~*~*~ (outnumbered).
 13715 | D:7      | 13715 ||| Stepping ~*~*~tactically~*~*~ (outnumbered).
 13717 | D:7      | 13717 ||| Stepping ~*~*~tactically~*~*~ (outnumbered).
 13719 | D:7      | 13719 ||| Stepping ~*~*~tactically~*~*~ (outnumbered).
 13721 | D:7      | 13721 ||| Stepping ~*~*~tactically~*~*~ (outnumbered).
 13723 | D:7      | 13723 ||| Stepping ~*~*~tactically~*~*~ (outnumbered).
 13725 | D:7      | 13725 ||| Stepping ~*~*~tactically~*~*~ (outnumbered).
 13727 | D:7      | 13727 ||| Stepping ~*~*~tactically~*~*~ (outnumbered).
 13729 | D:7      | 13729 ||| Stepping ~*~*~tactically~*~*~ (outnumbered).
 13731 | D:7      | 13731 ||| Stepping ~*~*~tactically~*~*~ (outnumbered).
 13733 | D:7      | 13733 ||| Stepping ~*~*~tactically~*~*~ (outnumbered).
 13735 | D:7      | 13735 ||| Stepping ~*~*~tactically~*~*~ (outnumbered).
 13737 | D:7      | 13737 ||| Stepping ~*~*~tactically~*~*~ (outnumbered).
 13739 | D:7      | 13739 ||| Stepping ~*~*~tactically~*~*~ (outnumbered).
 13741 | D:7      | 13741 ||| Stepping ~*~*~tactically~*~*~ (outnumbered).
 13743 | D:7      | 13743 ||| Stepping ~*~*~tactically~*~*~ (outnumbered).
 13745 | D:7      | 13745 ||| Stepping ~*~*~tactically~*~*~ (outnumbered).
 13747 | D:7      | 13747 ||| Stepping ~*~*~tactically~*~*~ (outnumbered).
 13749 | D:7      | 13749 ||| Stepping ~*~*~tactically~*~*~ (outnumbered).
 13751 | D:7      | 13751 ||| Stepping ~*~*~tactically~*~*~ (outnumbered).
 13753 | D:7      | 13753 ||| Stepping ~*~*~tactically~*~*~ (outnumbered).
 13755 | D:7      | 13755 ||| Stepping ~*~*~tactically~*~*~ (outnumbered).
 13757 | D:7      | 13757 ||| Stepping ~*~*~tactically~*~*~ (outnumbered).
 13759 | D:7      | 13759 ||| Stepping ~*~*~tactically~*~*~ (outnumbered).
 13761 | D:7      | 13761 ||| Stepping ~*~*~tactically~*~*~ (outnumbered).
 13763 | D:7      | 13763 ||| Stepping ~*~*~tactically~*~*~ (outnumbered).
 13765 | D:7      | 13765 ||| Stepping ~*~*~tactically~*~*~ (outnumbered).
 13767 | D:7      | 13767 ||| Stepping ~*~*~tactically~*~*~ (outnumbered).
 13769 | D:7      | 13769 ||| Stepping ~*~*~tactically~*~*~ (outnumbered).
 13771 | D:7      | 13771 ||| Stepping ~*~*~tactically~*~*~ (outnumbered).
 13773 | D:7      | 13773 ||| Stepping ~*~*~tactically~*~*~ (outnumbered).
 13775 | D:7      | 13775 ||| Stepping ~*~*~tactically~*~*~ (outnumbered).
 13777 | D:7      | 13777 ||| Stepping ~*~*~tactically~*~*~ (outnumbered).
 13779 | D:7      | 13779 ||| Stepping ~*~*~tactically~*~*~ (outnumbered).
 13781 | D:7      | 13781 ||| Stepping ~*~*~tactically~*~*~ (outnumbered).
 13783 | D:7      | 13783 ||| Stepping ~*~*~tactically~*~*~ (outnumbered).
 13785 | D:7      | 13785 ||| Stepping ~*~*~tactically~*~*~ (outnumbered).
 13787 | D:7      | 13787 ||| Stepping ~*~*~tactically~*~*~ (outnumbered).
 13789 | D:7      | 13789 ||| Stepping ~*~*~tactically~*~*~ (outnumbered).
 13791 | D:7      | 13791 ||| Stepping ~*~*~tactically~*~*~ (outnumbered).
 13793 | D:7      | 13793 ||| Stepping ~*~*~tactically~*~*~ (outnumbered).
 13795 | D:7      | 13795 ||| Stepping ~*~*~tactically~*~*~ (outnumbered).
 13797 | D:7      | 13797 ||| Stepping ~*~*~tactically~*~*~ (outnumbered).
 13799 | D:7      | 13799 ||| Stepping ~*~*~tactically~*~*~ (outnumbered).
 13801 | D:7      | 13801 ||| Stepping ~*~*~tactically~*~*~ (outnumbered).
 13803 | D:7      | 13803 ||| Stepping ~*~*~tactically~*~*~ (outnumbered).
 13805 | D:7      | 13805 ||| Stepping ~*~*~tactically~*~*~ (outnumbered).
 13807 | D:7      | 13807 ||| Stepping ~*~*~tactically~*~*~ (outnumbered).
 13809 | D:7      | 13809 ||| Stepping ~*~*~tactically~*~*~ (outnumbered).
 13811 | D:7      | 13811 ||| Stepping ~*~*~tactically~*~*~ (outnumbered).
 13813 | D:7      | 13813 ||| Stepping ~*~*~tactically~*~*~ (outnumbered).
 13815 | D:7      | 13815 ||| Stepping ~*~*~tactically~*~*~ (outnumbered).
 13817 | D:7      | 13817 ||| Stepping ~*~*~tactically~*~*~ (outnumbered).
 13819 | D:7      | 13819 ||| Stepping ~*~*~tactically~*~*~ (outnumbered).
 13821 | D:7      | 13821 ||| Stepping ~*~*~tactically~*~*~ (outnumbered).
 13823 | D:7      | 13823 ||| Stepping ~*~*~tactically~*~*~ (outnumbered).
 13825 | D:7      | 13825 ||| Stepping ~*~*~tactically~*~*~ (outnumbered).
 13827 | D:7      | 13827 ||| Stepping ~*~*~tactically~*~*~ (outnumbered).
 13829 | D:7      | 13829 ||| Stepping ~*~*~tactically~*~*~ (outnumbered).
 13831 | D:7      | 13831 ||| Stepping ~*~*~tactically~*~*~ (outnumbered).
 13833 | D:7      | 13833 ||| Stepping ~*~*~tactically~*~*~ (outnumbered).
 13835 | D:7      | 13835 ||| Stepping ~*~*~tactically~*~*~ (outnumbered).
 13837 | D:7      | 13837 ||| Stepping ~*~*~tactically~*~*~ (outnumbered).
 13839 | D:7      | 13839 ||| Stepping ~*~*~tactically~*~*~ (outnumbered).
 13841 | D:7      | 13841 ||| Stepping ~*~*~tactically~*~*~ (outnumbered).
 13843 | D:7      | 13843 ||| Stepping ~*~*~tactically~*~*~ (outnumbered).
 13845 | D:7      | 13845 ||| Stepping ~*~*~tactically~*~*~ (outnumbered).
 13847 | D:7      | 13847 ||| Stepping ~*~*~tactically~*~*~ (outnumbered).
 13849 | D:7      | 13849 ||| Stepping ~*~*~tactically~*~*~ (outnumbered).
 13851 | D:7      | 13851 ||| Stepping ~*~*~tactically~*~*~ (outnumbered).
 13853 | D:7      | 13853 ||| Stepping ~*~*~tactically~*~*~ (outnumbered).
 13855 | D:7      | 13855 ||| Stepping ~*~*~tactically~*~*~ (outnumbered).
 13857 | D:7      | 13857 ||| Stepping ~*~*~tactically~*~*~ (outnumbered).
 13859 | D:7      | 13859 ||| Stepping ~*~*~tactically~*~*~ (outnumbered).
 13861 | D:7      | 13861 ||| Stepping ~*~*~tactically~*~*~ (outnumbered).
 13863 | D:7      | 13863 ||| Stepping ~*~*~tactically~*~*~ (outnumbered).
 13865 | D:7      | 13865 ||| Stepping ~*~*~tactically~*~*~ (outnumbered).
 13867 | D:7      | 13867 ||| Stepping ~*~*~tactically~*~*~ (outnumbered).
 13869 | D:7      | 13869 ||| Stepping ~*~*~tactically~*~*~ (outnumbered).
 13871 | D:7      | 13871 ||| Stepping ~*~*~tactically~*~*~ (outnumbered).
 13873 | D:7      | 13873 ||| Stepping ~*~*~tactically~*~*~ (outnumbered).
 13875 | D:7      | 13875 ||| Stepping ~*~*~tactically~*~*~ (outnumbered).
 13877 | D:7      | 13877 ||| Stepping ~*~*~tactically~*~*~ (outnumbered).
 13879 | D:7      | 13879 ||| Stepping ~*~*~tactically~*~*~ (outnumbered).
 13881 | D:7      | 13881 ||| Stepping ~*~*~tactically~*~*~ (outnumbered).
 13883 | D:7      | 13883 ||| Stepping ~*~*~tactically~*~*~ (outnumbered).
 13885 | D:7      | 13885 ||| Stepping ~*~*~tactically~*~*~ (outnumbered).
 13887 | D:7      | 13887 ||| Stepping ~*~*~tactically~*~*~ (outnumbered).
 13889 | D:7      | 13889 ||| Stepping ~*~*~tactically~*~*~ (outnumbered).
 13891 | D:7      | 13891 ||| Stepping ~*~*~tactically~*~*~ (outnumbered).
 13893 | D:7      | 13893 ||| Stepping ~*~*~tactically~*~*~ (outnumbered).
 13895 | D:7      | 13895 ||| Stepping ~*~*~tactically~*~*~ (outnumbered).
 13897 | D:7      | 13897 ||| Stepping ~*~*~tactically~*~*~ (outnumbered).
 13899 | D:7      | 13899 ||| Stepping ~*~*~tactically~*~*~ (outnumbered).
 13901 | D:7      | 13901 ||| Stepping ~*~*~tactically~*~*~ (outnumbered).
 13903 | D:7      | 13903 ||| Stepping ~*~*~tactically~*~*~ (outnumbered).
 13905 | D:7      | 13905 ||| Stepping ~*~*~tactically~*~*~ (outnumbered).
 13907 | D:7      | 13907 ||| Stepping ~*~*~tactically~*~*~ (outnumbered).
 13909 | D:7      | 13909 ||| Stepping ~*~*~tactically~*~*~ (outnumbered).
 13911 | D:7      | 13911 ||| Stepping ~*~*~tactically~*~*~ (outnumbered).
 13913 | D:7      | 13913 ||| Stepping ~*~*~tactically~*~*~ (outnumbered).
 13915 | D:7      | 13915 ||| Stepping ~*~*~tactically~*~*~ (outnumbered).
 13917 | D:7      | 13917 ||| Stepping ~*~*~tactically~*~*~ (outnumbered).
 13919 | D:7      | 13919 ||| Stepping ~*~*~tactically~*~*~ (outnumbered).
 13921 | D:7      | 13921 ||| Stepping ~*~*~tactically~*~*~ (outnumbered).
 13923 | D:7      | 13923 ||| Stepping ~*~*~tactically~*~*~ (outnumbered).
 13925 | D:7      | 13925 ||| Stepping ~*~*~tactically~*~*~ (outnumbered).
 13927 | D:7      | 13927 ||| Stepping ~*~*~tactically~*~*~ (outnumbered).
 13929 | D:7      | 13929 ||| Stepping ~*~*~tactically~*~*~ (outnumbered).
 13931 | D:7      | 13931 ||| Stepping ~*~*~tactically~*~*~ (outnumbered).
 13933 | D:7      | 13933 ||| Stepping ~*~*~tactically~*~*~ (outnumbered).
 13935 | D:7      | 13935 ||| Stepping ~*~*~tactically~*~*~ (outnumbered).
 13937 | D:7      | 13937 ||| Stepping ~*~*~tactically~*~*~ (outnumbered).
 13939 | D:7      | 13939 ||| Stepping ~*~*~tactically~*~*~ (outnumbered).
 13941 | D:7      | 13941 ||| Stepping ~*~*~tactically~*~*~ (outnumbered).
 13943 | D:7      | 13943 ||| Stepping ~*~*~tactically~*~*~ (outnumbered).
 13945 | D:7      | 13945 ||| Stepping ~*~*~tactically~*~*~ (outnumbered).
 13947 | D:7      | 13947 ||| Stepping ~*~*~tactically~*~*~ (outnumbered).
 13949 | D:7      | 13949 ||| Stepping ~*~*~tactically~*~*~ (outnumbered).
 13951 | D:7      | 13951 ||| Stepping ~*~*~tactically~*~*~ (outnumbered).
 13953 | D:7      | 13953 ||| Stepping ~*~*~tactically~*~*~ (outnumbered).
 13955 | D:7      | 13955 ||| Stepping ~*~*~tactically~*~*~ (outnumbered).
 13957 | D:7      | 13957 ||| Stepping ~*~*~tactically~*~*~ (outnumbered).
 13959 | D:7      | 13959 ||| Stepping ~*~*~tactically~*~*~ (outnumbered).
 13961 | D:7      | 13961 ||| Stepping ~*~*~tactically~*~*~ (outnumbered).
 13963 | D:7      | 13963 ||| Stepping ~*~*~tactically~*~*~ (outnumbered).
 13965 | D:7      | 13965 ||| Stepping ~*~*~tactically~*~*~ (outnumbered).
 13967 | D:7      | 13967 ||| Stepping ~*~*~tactically~*~*~ (outnumbered).
 13969 | D:7      | 13969 ||| Stepping ~*~*~tactically~*~*~ (outnumbered).
 13971 | D:7      | 13971 ||| Stepping ~*~*~tactically~*~*~ (outnumbered).
 13973 | D:7      | 13973 ||| Stepping ~*~*~tactically~*~*~ (outnumbered).
 13975 | D:7      | 13975 ||| Stepping ~*~*~tactically~*~*~ (outnumbered).
 13977 | D:7      | 13977 ||| Stepping ~*~*~tactically~*~*~ (outnumbered).
 13979 | D:7      | 13979 ||| Stepping ~*~*~tactically~*~*~ (outnumbered).
 13981 | D:7      | 13981 ||| Stepping ~*~*~tactically~*~*~ (outnumbered).
 13983 | D:7      | 13983 ||| Stepping ~*~*~tactically~*~*~ (outnumbered).
 13985 | D:7      | 13985 ||| Stepping ~*~*~tactically~*~*~ (outnumbered).
 13987 | D:7      | 13987 ||| Stepping ~*~*~tactically~*~*~ (outnumbered).
 13989 | D:7      | 13989 ||| Stepping ~*~*~tactically~*~*~ (outnumbered).
 13991 | D:7      | 13991 ||| Stepping ~*~*~tactically~*~*~ (outnumbered).
 13993 | D:7      | 13993 ||| Stepping ~*~*~tactically~*~*~ (outnumbered).
 13995 | D:7      | 13995 ||| Stepping ~*~*~tactically~*~*~ (outnumbered).
 13997 | D:7      | 13997 ||| Stepping ~*~*~tactically~*~*~ (outnumbered).
 13999 | D:7      | 13999 ||| Stepping ~*~*~tactically~*~*~ (outnumbered).
 14001 | D:7      | 14001 ||| Stepping ~*~*~tactically~*~*~ (outnumbered).
 14003 | D:7      | 14003 ||| Stepping ~*~*~tactically~*~*~ (outnumbered).
 14005 | D:7      | 14005 ||| Stepping ~*~*~tactically~*~*~ (outnumbered).
 14007 | D:7      | 14007 ||| Stepping ~*~*~tactically~*~*~ (outnumbered).
 14009 | D:7      | 14009 ||| Stepping ~*~*~tactically~*~*~ (outnumbered).
 14011 | D:7      | 14011 ||| Stepping ~*~*~tactically~*~*~ (outnumbered).
 14013 | D:7      | 14013 ||| Stepping ~*~*~tactically~*~*~ (outnumbered).
 14015 | D:7      | 14015 ||| Stepping ~*~*~tactically~*~*~ (outnumbered).
 14017 | D:7      | 14017 ||| Stepping ~*~*~tactically~*~*~ (outnumbered).
 14019 | D:7      | 14019 ||| Stepping ~*~*~tactically~*~*~ (outnumbered).
 14021 | D:7      | 14021 ||| Stepping ~*~*~tactically~*~*~ (outnumbered).
 14023 | D:7      | 14023 ||| Stepping ~*~*~tactically~*~*~ (outnumbered).
 14025 | D:7      | 14025 ||| Stepping ~*~*~tactically~*~*~ (outnumbered).
 14027 | D:7      | 14027 ||| Stepping ~*~*~tactically~*~*~ (outnumbered).
 14029 | D:7      | 14029 ||| Stepping ~*~*~tactically~*~*~ (outnumbered).
 14031 | D:7      | 14031 ||| Stepping ~*~*~tactically~*~*~ (outnumbered).
 14033 | D:7      | 14033 ||| Stepping ~*~*~tactically~*~*~ (outnumbered).
 14035 | D:7      | 14035 ||| Stepping ~*~*~tactically~*~*~ (outnumbered).
 14037 | D:7      | 14037 ||| Stepping ~*~*~tactically~*~*~ (outnumbered).
 14039 | D:7      | 14039 ||| Stepping ~*~*~tactically~*~*~ (outnumbered).
 14041 | D:7      | 14041 ||| Stepping ~*~*~tactically~*~*~ (outnumbered).
 14043 | D:7      | 14043 ||| Stepping ~*~*~tactically~*~*~ (outnumbered).
 14045 | D:7      | 14045 ||| Stepping ~*~*~tactically~*~*~ (outnumbered).
 14047 | D:7      | 14047 ||| Stepping ~*~*~tactically~*~*~ (outnumbered).
 14049 | D:7      | 14049 ||| Stepping ~*~*~tactically~*~*~ (outnumbered).
 14051 | D:7      | 14051 ||| Stepping ~*~*~tactically~*~*~ (outnumbered).
 14053 | D:7      | 14053 ||| Stepping ~*~*~tactically~*~*~ (outnumbered).
 14055 | D:7      | 14055 ||| Stepping ~*~*~tactically~*~*~ (outnumbered).
 14057 | D:7      | 14057 ||| Stepping ~*~*~tactically~*~*~ (outnumbered).
 14059 | D:7      | 14059 ||| Stepping ~*~*~tactically~*~*~ (outnumbered).
 14061 | D:7      | 14061 ||| Stepping ~*~*~tactically~*~*~ (outnumbered).
 14063 | D:7      | 14063 ||| Stepping ~*~*~tactically~*~*~ (outnumbered).
 14065 | D:7      | 14065 ||| Stepping ~*~*~tactically~*~*~ (outnumbered).
 14067 | D:7      | 14067 ||| Stepping ~*~*~tactically~*~*~ (outnumbered).
 14069 | D:7      | 14069 ||| Stepping ~*~*~tactically~*~*~ (outnumbered).
 14071 | D:7      | 14071 ||| Stepping ~*~*~tactically~*~*~ (outnumbered).
 14073 | D:7      | 14073 ||| Stepping ~*~*~tactically~*~*~ (outnumbered).
 14075 | D:7      | 14075 ||| Stepping ~*~*~tactically~*~*~ (outnumbered).
 14077 | D:7      | 14077 ||| Stepping ~*~*~tactically~*~*~ (outnumbered).
 14079 | D:7      | 14079 ||| Stepping ~*~*~tactically~*~*~ (outnumbered).
 14081 | D:7      | 14081 ||| Stepping ~*~*~tactically~*~*~ (outnumbered).
 14083 | D:7      | 14083 ||| Stepping ~*~*~tactically~*~*~ (outnumbered).
 14085 | D:7      | 14085 ||| Stepping ~*~*~tactically~*~*~ (outnumbered).
 14087 | D:7      | 14087 ||| Stepping ~*~*~tactically~*~*~ (outnumbered).
 14089 | D:7      | 14089 ||| Stepping ~*~*~tactically~*~*~ (outnumbered).
 14091 | D:7      | 14091 ||| Stepping ~*~*~tactically~*~*~ (outnumbered).
 14093 | D:7      | 14093 ||| Stepping ~*~*~tactically~*~*~ (outnumbered).
 14095 | D:7      | 14095 ||| Stepping ~*~*~tactically~*~*~ (outnumbered).
 14097 | D:7      | 14097 ||| Stepping ~*~*~tactically~*~*~ (outnumbered).
 14099 | D:7      | 14099 ||| Stepping ~*~*~tactically~*~*~ (outnumbered).
 14101 | D:7      | 14101 ||| Stepping ~*~*~tactically~*~*~ (outnumbered).
 14103 | D:7      | 14103 ||| Stepping ~*~*~tactically~*~*~ (outnumbered).
 14105 | D:7      | 14105 ||| Stepping ~*~*~tactically~*~*~ (outnumbered).
 14107 | D:7      | 14107 ||| Stepping ~*~*~tactically~*~*~ (outnumbered).
 14109 | D:7      | 14109 ||| Stepping ~*~*~tactically~*~*~ (outnumbered).
 14111 | D:7      | 14111 ||| Stepping ~*~*~tactically~*~*~ (outnumbered).
 14113 | D:7      | 14113 ||| Stepping ~*~*~tactically~*~*~ (outnumbered).
 14115 | D:7      | 14115 ||| Stepping ~*~*~tactically~*~*~ (outnumbered).
 14117 | D:7      | 14117 ||| Stepping ~*~*~tactically~*~*~ (outnumbered).
 14119 | D:7      | 14119 ||| Stepping ~*~*~tactically~*~*~ (outnumbered).
 14121 | D:7      | 14121 ||| Stepping ~*~*~tactically~*~*~ (outnumbered).
 14123 | D:7      | 14123 ||| Stepping ~*~*~tactically~*~*~ (outnumbered).
 14125 | D:7      | 14125 ||| Stepping ~*~*~tactically~*~*~ (outnumbered).
 14127 | D:7      | 14127 ||| Stepping ~*~*~tactically~*~*~ (outnumbered).
 14129 | D:7      | 14129 ||| Stepping ~*~*~tactically~*~*~ (outnumbered).
 14131 | D:7      | 14131 ||| Stepping ~*~*~tactically~*~*~ (outnumbered).
 14133 | D:7      | 14133 ||| Stepping ~*~*~tactically~*~*~ (outnumbered).
 14135 | D:7      | 14135 ||| Stepping ~*~*~tactically~*~*~ (outnumbered).
 14137 | D:7      | 14137 ||| Stepping ~*~*~tactically~*~*~ (outnumbered).
 14139 | D:7      | 14139 ||| Stepping ~*~*~tactically~*~*~ (outnumbered).
 14141 | D:7      | 14141 ||| Stepping ~*~*~tactically~*~*~ (outnumbered).
 14143 | D:7      | 14143 ||| Stepping ~*~*~tactically~*~*~ (outnumbered).
 14145 | D:7      | 14145 ||| Stepping ~*~*~tactically~*~*~ (outnumbered).
 14147 | D:7      | 14147 ||| Stepping ~*~*~tactically~*~*~ (outnumbered).
 14149 | D:7      | 14149 ||| Stepping ~*~*~tactically~*~*~ (outnumbered).
 14151 | D:7      | 14151 ||| Stepping ~*~*~tactically~*~*~ (outnumbered).
 14153 | D:7      | 14153 ||| Stepping ~*~*~tactically~*~*~ (outnumbered).
 14155 | D:7      | 14155 ||| Stepping ~*~*~tactically~*~*~ (outnumbered).
 14157 | D:7      | 14157 ||| Stepping ~*~*~tactically~*~*~ (outnumbered).
 14159 | D:7      | 14159 ||| Stepping ~*~*~tactically~*~*~ (outnumbered).
 14161 | D:7      | 14161 ||| Stepping ~*~*~tactically~*~*~ (outnumbered).
 14163 | D:7      | 14163 ||| Stepping ~*~*~tactically~*~*~ (outnumbered).
 14165 | D:7      | 14165 ||| Stepping ~*~*~tactically~*~*~ (outnumbered).
 14167 | D:7      | 14167 ||| Stepping ~*~*~tactically~*~*~ (outnumbered).
 14169 | D:7      | 14169 ||| Stepping ~*~*~tactically~*~*~ (outnumbered).
 14171 | D:7      | 14171 ||| Stepping ~*~*~tactically~*~*~ (outnumbered).
 14173 | D:7      | 14173 ||| Stepping ~*~*~tactically~*~*~ (outnumbered).
 14175 | D:7      | 14175 ||| Stepping ~*~*~tactically~*~*~ (outnumbered).
 14177 | D:7      | 14177 ||| Stepping ~*~*~tactically~*~*~ (outnumbered).
 14179 | D:7      | 14179 ||| Stepping ~*~*~tactically~*~*~ (outnumbered).
 14181 | D:7      | 14181 ||| Stepping ~*~*~tactically~*~*~ (outnumbered).
 14183 | D:7      | 14183 ||| Stepping ~*~*~tactically~*~*~ (outnumbered).
 14185 | D:7      | 14185 ||| Stepping ~*~*~tactically~*~*~ (outnumbered).
 14187 | D:7      | 14187 ||| Stepping ~*~*~tactically~*~*~ (outnumbered).
 14189 | D:7      | 14189 ||| Stepping ~*~*~tactically~*~*~ (outnumbered).
 14191 | D:7      | 14191 ||| Stepping ~*~*~tactically~*~*~ (outnumbered).
 14193 | D:7      | 14193 ||| Stepping ~*~*~tactically~*~*~ (outnumbered).
 14195 | D:7      | 14195 ||| Stepping ~*~*~tactically~*~*~ (outnumbered).
 14197 | D:7      | 14197 ||| Stepping ~*~*~tactically~*~*~ (outnumbered).
 14199 | D:7      | 14199 ||| Stepping ~*~*~tactically~*~*~ (outnumbered).
 14201 | D:7      | 14201 ||| Stepping ~*~*~tactically~*~*~ (outnumbered).
 14203 | D:7      | 14203 ||| Stepping ~*~*~tactically~*~*~ (outnumbered).
 14205 | D:7      | 14205 ||| Stepping ~*~*~tactically~*~*~ (outnumbered).
 14207 | D:7      | 14207 ||| Stepping ~*~*~tactically~*~*~ (outnumbered).
 14209 | D:7      | 14209 ||| Stepping ~*~*~tactically~*~*~ (outnumbered).
 14211 | D:7      | 14211 ||| Stepping ~*~*~tactically~*~*~ (outnumbered).
 14213 | D:7      | 14213 ||| Stepping ~*~*~tactically~*~*~ (outnumbered).
 14215 | D:7      | 14215 ||| Stepping ~*~*~tactically~*~*~ (outnumbered).
 14217 | D:7      | 14217 ||| Stepping ~*~*~tactically~*~*~ (outnumbered).
 14219 | D:7      | 14219 ||| Stepping ~*~*~tactically~*~*~ (outnumbered).
 14221 | D:7      | 14221 ||| Stepping ~*~*~tactically~*~*~ (outnumbered).
 14223 | D:7      | 14223 ||| Stepping ~*~*~tactically~*~*~ (outnumbered).
 14225 | D:7      | 14225 ||| Stepping ~*~*~tactically~*~*~ (outnumbered).
 14227 | D:7      | 14227 ||| Stepping ~*~*~tactically~*~*~ (outnumbered).
 14229 | D:7      | 14229 ||| Stepping ~*~*~tactically~*~*~ (outnumbered).
 14231 | D:7      | 14231 ||| Stepping ~*~*~tactically~*~*~ (outnumbered).
 14233 | D:7      | 14233 ||| Stepping ~*~*~tactically~*~*~ (outnumbered).
 14235 | D:7      | 14235 ||| Stepping ~*~*~tactically~*~*~ (outnumbered).
 14237 | D:7      | 14237 ||| Stepping ~*~*~tactically~*~*~ (outnumbered).
 14239 | D:7      | 14239 ||| Stepping ~*~*~tactically~*~*~ (outnumbered).
 14241 | D:7      | 14241 ||| Stepping ~*~*~tactically~*~*~ (outnumbered).
 14243 | D:7      | 14243 ||| Stepping ~*~*~tactically~*~*~ (outnumbered).
 14245 | D:7      | 14245 ||| Stepping ~*~*~tactically~*~*~ (outnumbered).
 14247 | D:7      | 14247 ||| Stepping ~*~*~tactically~*~*~ (outnumbered).
 14249 | D:7      | 14249 ||| Stepping ~*~*~tactically~*~*~ (outnumbered).
 14251 | D:7      | 14251 ||| Stepping ~*~*~tactically~*~*~ (outnumbered).
 14253 | D:7      | 14253 ||| Stepping ~*~*~tactically~*~*~ (outnumbered).
 14255 | D:7      | 14255 ||| Stepping ~*~*~tactically~*~*~ (outnumbered).
 14257 | D:7      | 14257 ||| Stepping ~*~*~tactically~*~*~ (outnumbered).
 14259 | D:7      | 14259 ||| Stepping ~*~*~tactically~*~*~ (outnumbered).
 14261 | D:7      | 14261 ||| Stepping ~*~*~tactically~*~*~ (outnumbered).
 14263 | D:7      | 14263 ||| Stepping ~*~*~tactically~*~*~ (outnumbered).
 14265 | D:7      | 14265 ||| Stepping ~*~*~tactically~*~*~ (outnumbered).
 14267 | D:7      | 14267 ||| Stepping ~*~*~tactically~*~*~ (outnumbered).
 14269 | D:7      | 14269 ||| Stepping ~*~*~tactically~*~*~ (outnumbered).
 14271 | D:7      | 14271 ||| Stepping ~*~*~tactically~*~*~ (outnumbered).
 14273 | D:7      | 14273 ||| Stepping ~*~*~tactically~*~*~ (outnumbered).
 14275 | D:7      | 14275 ||| Stepping ~*~*~tactically~*~*~ (outnumbered).
 14277 | D:7      | 14277 ||| Stepping ~*~*~tactically~*~*~ (outnumbered).
 14279 | D:7      | 14279 ||| Stepping ~*~*~tactically~*~*~ (outnumbered).
 14281 | D:7      | 14281 ||| Stepping ~*~*~tactically~*~*~ (outnumbered).
 14283 | D:7      | 14283 ||| Stepping ~*~*~tactically~*~*~ (outnumbered).
 14285 | D:7      | 14285 ||| Stepping ~*~*~tactically~*~*~ (outnumbered).
 14287 | D:7      | 14287 ||| Stepping ~*~*~tactically~*~*~ (outnumbered).
 14289 | D:7      | 14289 ||| Stepping ~*~*~tactically~*~*~ (outnumbered).
 14291 | D:7      | 14291 ||| Stepping ~*~*~tactically~*~*~ (outnumbered).
 14293 | D:7      | 14293 ||| Stepping ~*~*~tactically~*~*~ (outnumbered).
 14295 | D:7      | 14295 ||| Stepping ~*~*~tactically~*~*~ (outnumbered).
 14297 | D:7      | 14297 ||| Stepping ~*~*~tactically~*~*~ (outnumbered).
 14299 | D:7      | 14299 ||| Stepping ~*~*~tactically~*~*~ (outnumbered).
 14301 | D:7      | 14301 ||| Stepping ~*~*~tactically~*~*~ (outnumbered).
 14303 | D:7      | 14303 ||| Stepping ~*~*~tactically~*~*~ (outnumbered).
 14305 | D:7      | 14305 ||| Stepping ~*~*~tactically~*~*~ (outnumbered).
 14307 | D:7      | 14307 ||| Stepping ~*~*~tactically~*~*~ (outnumbered).
 14309 | D:7      | 14309 ||| Stepping ~*~*~tactically~*~*~ (outnumbered).
 14311 | D:7      | 14311 ||| Stepping ~*~*~tactically~*~*~ (outnumbered).
 14313 | D:7      | 14313 ||| Stepping ~*~*~tactically~*~*~ (outnumbered).
 14315 | D:7      | 14315 ||| Stepping ~*~*~tactically~*~*~ (outnumbered).
 14317 | D:7      | 14317 ||| Stepping ~*~*~tactically~*~*~ (outnumbered).
 14319 | D:7      | 14319 ||| Stepping ~*~*~tactically~*~*~ (outnumbered).
 14321 | D:7      | 14321 ||| Stepping ~*~*~tactically~*~*~ (outnumbered).
 14323 | D:7      | 14323 ||| Stepping ~*~*~tactically~*~*~ (outnumbered).
 14325 | D:7      | 14325 ||| Stepping ~*~*~tactically~*~*~ (outnumbered).
 14327 | D:7      | 14327 ||| Stepping ~*~*~tactically~*~*~ (outnumbered).
 14329 | D:7      | 14329 ||| Stepping ~*~*~tactically~*~*~ (outnumbered).
 14331 | D:7      | 14331 ||| Stepping ~*~*~tactically~*~*~ (outnumbered).
 14333 | D:7      | 14333 ||| Stepping ~*~*~tactically~*~*~ (outnumbered).
 14335 | D:7      | 14335 ||| Stepping ~*~*~tactically~*~*~ (outnumbered).
 14337 | D:7      | 14337 ||| Stepping ~*~*~tactically~*~*~ (outnumbered).
 14339 | D:7      | 14339 ||| Stepping ~*~*~tactically~*~*~ (outnumbered).
 14341 | D:7      | 14341 ||| Stepping ~*~*~tactically~*~*~ (outnumbered).
 14343 | D:7      | 14343 ||| Stepping ~*~*~tactically~*~*~ (outnumbered).
 14345 | D:7      | 14345 ||| Stepping ~*~*~tactically~*~*~ (outnumbered).
 14347 | D:7      | 14347 ||| Stepping ~*~*~tactically~*~*~ (outnumbered).
 14349 | D:7      | 14349 ||| Stepping ~*~*~tactically~*~*~ (outnumbered).
 14351 | D:7      | 14351 ||| Stepping ~*~*~tactically~*~*~ (outnumbered).
 14353 | D:7      | 14353 ||| Stepping ~*~*~tactically~*~*~ (outnumbered).
 14355 | D:7      | 14355 ||| Stepping ~*~*~tactically~*~*~ (outnumbered).
 14357 | D:7      | 14357 ||| Stepping ~*~*~tactically~*~*~ (outnumbered).
 14359 | D:7      | 14359 ||| Stepping ~*~*~tactically~*~*~ (outnumbered).
 14361 | D:7      | 14361 ||| Stepping ~*~*~tactically~*~*~ (outnumbered).
 14363 | D:7      | 14363 ||| Stepping ~*~*~tactically~*~*~ (outnumbered).
 14365 | D:7      | 14365 ||| Stepping ~*~*~tactically~*~*~ (outnumbered).
 14367 | D:7      | 14367 ||| Stepping ~*~*~tactically~*~*~ (outnumbered).
 14369 | D:7      | 14369 ||| Stepping ~*~*~tactically~*~*~ (outnumbered).
 14371 | D:7      | 14371 ||| Stepping ~*~*~tactically~*~*~ (outnumbered).
 14373 | D:7      | 14373 ||| Stepping ~*~*~tactically~*~*~ (outnumbered).
 14375 | D:7      | 14375 ||| Stepping ~*~*~tactically~*~*~ (outnumbered).
 14377 | D:7      | 14377 ||| Stepping ~*~*~tactically~*~*~ (outnumbered).
 14379 | D:7      | 14379 ||| Stepping ~*~*~tactically~*~*~ (outnumbered).
 14381 | D:7      | 14381 ||| Stepping ~*~*~tactically~*~*~ (outnumbered).
 14383 | D:7      | 14383 ||| Stepping ~*~*~tactically~*~*~ (outnumbered).
 14385 | D:7      | 14385 ||| Stepping ~*~*~tactically~*~*~ (outnumbered).
 14387 | D:7      | 14387 ||| Stepping ~*~*~tactically~*~*~ (outnumbered).
 14389 | D:7      | 14389 ||| Stepping ~*~*~tactically~*~*~ (outnumbered).
 14391 | D:7      | 14391 ||| Stepping ~*~*~tactically~*~*~ (outnumbered).
 14393 | D:7      | 14393 ||| Stepping ~*~*~tactically~*~*~ (outnumbered).
 14395 | D:7      | 14395 ||| Stepping ~*~*~tactically~*~*~ (outnumbered).
 14397 | D:7      | 14397 ||| Stepping ~*~*~tactically~*~*~ (outnumbered).
 14399 | D:7      | 14399 ||| Stepping ~*~*~tactically~*~*~ (outnumbered).
 14401 | D:7      | 14401 ||| Stepping ~*~*~tactically~*~*~ (outnumbered).
 14403 | D:7      | 14403 ||| Stepping ~*~*~tactically~*~*~ (outnumbered).
 14405 | D:7      | 14405 ||| Stepping ~*~*~tactically~*~*~ (outnumbered).
 14407 | D:7      | 14407 ||| Stepping ~*~*~tactically~*~*~ (outnumbered).
 14409 | D:7      | 14409 ||| Stepping ~*~*~tactically~*~*~ (outnumbered).
 14411 | D:7      | 14411 ||| Stepping ~*~*~tactically~*~*~ (outnumbered).
 14413 | D:7      | 14413 ||| Stepping ~*~*~tactically~*~*~ (outnumbered).
 14415 | D:7      | 14415 ||| Stepping ~*~*~tactically~*~*~ (outnumbered).
 14417 | D:7      | 14417 ||| Stepping ~*~*~tactically~*~*~ (outnumbered).
 14419 | D:7      | 14419 ||| Stepping ~*~*~tactically~*~*~ (outnumbered).
 14421 | D:7      | 14421 ||| Stepping ~*~*~tactically~*~*~ (outnumbered).
 14423 | D:7      | 14423 ||| Stepping ~*~*~tactically~*~*~ (outnumbered).
 14425 | D:7      | 14425 ||| Stepping ~*~*~tactically~*~*~ (outnumbered).
 14427 | D:7      | 14427 ||| Stepping ~*~*~tactically~*~*~ (outnumbered).
 14429 | D:7      | 14429 ||| Stepping ~*~*~tactically~*~*~ (outnumbered).
 14431 | D:7      | 14431 ||| Stepping ~*~*~tactically~*~*~ (outnumbered).
 14433 | D:7      | 14433 ||| Stepping ~*~*~tactically~*~*~ (outnumbered).
 14435 | D:7      | 14435 ||| Stepping ~*~*~tactically~*~*~ (outnumbered).
 14437 | D:7      | 14437 ||| Stepping ~*~*~tactically~*~*~ (outnumbered).
 14439 | D:7      | 14439 ||| Stepping ~*~*~tactically~*~*~ (outnumbered).
 14441 | D:7      | 14441 ||| Stepping ~*~*~tactically~*~*~ (outnumbered).
 14443 | D:7      | 14443 ||| Stepping ~*~*~tactically~*~*~ (outnumbered).
 14445 | D:7      | 14445 ||| Stepping ~*~*~tactically~*~*~ (outnumbered).
 14447 | D:7      | 14447 ||| Stepping ~*~*~tactically~*~*~ (outnumbered).
 14449 | D:7      | 14449 ||| Stepping ~*~*~tactically~*~*~ (outnumbered).
 14451 | D:7      | 14451 ||| Stepping ~*~*~tactically~*~*~ (outnumbered).
 14453 | D:7      | 14453 ||| Stepping ~*~*~tactically~*~*~ (outnumbered).
 14455 | D:7      | 14455 ||| Stepping ~*~*~tactically~*~*~ (outnumbered).
 14457 | D:7      | 14457 ||| Stepping ~*~*~tactically~*~*~ (outnumbered).
 14459 | D:7      | 14459 ||| Stepping ~*~*~tactically~*~*~ (outnumbered).
 14461 | D:7      | 14461 ||| Stepping ~*~*~tactically~*~*~ (outnumbered).
 14463 | D:7      | 14463 ||| Stepping ~*~*~tactically~*~*~ (outnumbered).
 14465 | D:7      | 14465 ||| Stepping ~*~*~tactically~*~*~ (outnumbered).
 14467 | D:7      | 14467 ||| Stepping ~*~*~tactically~*~*~ (outnumbered).
 14469 | D:7      | 14469 ||| Stepping ~*~*~tactically~*~*~ (outnumbered).
 14471 | D:7      | 14471 ||| Stepping ~*~*~tactically~*~*~ (outnumbered).
 14473 | D:7      | 14473 ||| Stepping ~*~*~tactically~*~*~ (outnumbered).
 14475 | D:7      | 14475 ||| Stepping ~*~*~tactically~*~*~ (outnumbered).
 14477 | D:7      | 14477 ||| Stepping ~*~*~tactically~*~*~ (outnumbered).
 14479 | D:7      | 14479 ||| Stepping ~*~*~tactically~*~*~ (outnumbered).
 14481 | D:7      | 14481 ||| Stepping ~*~*~tactically~*~*~ (outnumbered).
 14483 | D:7      | 14483 ||| Stepping ~*~*~tactically~*~*~ (outnumbered).
 14485 | D:7      | 14485 ||| Stepping ~*~*~tactically~*~*~ (outnumbered).
 14487 | D:7      | 14487 ||| Stepping ~*~*~tactically~*~*~ (outnumbered).
 14489 | D:7      | 14489 ||| Stepping ~*~*~tactically~*~*~ (outnumbered).
 14491 | D:7      | 14491 ||| Stepping ~*~*~tactically~*~*~ (outnumbered).
 14493 | D:7      | 14493 ||| Stepping ~*~*~tactically~*~*~ (outnumbered).
 14495 | D:7      | 14495 ||| Stepping ~*~*~tactically~*~*~ (outnumbered).
 14497 | D:7      | 14497 ||| Stepping ~*~*~tactically~*~*~ (outnumbered).
 14499 | D:7      | 14499 ||| Stepping ~*~*~tactically~*~*~ (outnumbered).
 14501 | D:7      | 14501 ||| Stepping ~*~*~tactically~*~*~ (outnumbered).
 14503 | D:7      | 14503 ||| Stepping ~*~*~tactically~*~*~ (outnumbered).
 14505 | D:7      | 14505 ||| Stepping ~*~*~tactically~*~*~ (outnumbered).
 14507 | D:7      | 14507 ||| Stepping ~*~*~tactically~*~*~ (outnumbered).
 14509 | D:7      | 14509 ||| Stepping ~*~*~tactically~*~*~ (outnumbered).
 14511 | D:7      | 14511 ||| Stepping ~*~*~tactically~*~*~ (outnumbered).
 14513 | D:7      | 14513 ||| Stepping ~*~*~tactically~*~*~ (outnumbered).
 14515 | D:7      | 14515 ||| Stepping ~*~*~tactically~*~*~ (outnumbered).
 14517 | D:7      | 14517 ||| Stepping ~*~*~tactically~*~*~ (outnumbered).
 14519 | D:7      | 14519 ||| Stepping ~*~*~tactically~*~*~ (outnumbered).
 14521 | D:7      | 14521 ||| Stepping ~*~*~tactically~*~*~ (outnumbered).
 14523 | D:7      | 14523 ||| Stepping ~*~*~tactically~*~*~ (outnumbered).
 14525 | D:7      | 14525 ||| Stepping ~*~*~tactically~*~*~ (outnumbered).
 14527 | D:7      | 14527 ||| Stepping ~*~*~tactically~*~*~ (outnumbered).
 14529 | D:7      | 14529 ||| Stepping ~*~*~tactically~*~*~ (outnumbered).
 14531 | D:7      | 14531 ||| Stepping ~*~*~tactically~*~*~ (outnumbered).
 14533 | D:7      | 14533 ||| Stepping ~*~*~tactically~*~*~ (outnumbered).
 14535 | D:7      | 14535 ||| Stepping ~*~*~tactically~*~*~ (outnumbered).
 14537 | D:7      | 14537 ||| Stepping ~*~*~tactically~*~*~ (outnumbered).
 14539 | D:7      | 14539 ||| Stepping ~*~*~tactically~*~*~ (outnumbered).
 14541 | D:7      | 14541 ||| Stepping ~*~*~tactically~*~*~ (outnumbered).
 14543 | D:7      | 14543 ||| Stepping ~*~*~tactically~*~*~ (outnumbered).
 14545 | D:7      | 14545 ||| Stepping ~*~*~tactically~*~*~ (outnumbered).
 14547 | D:7      | 14547 ||| Stepping ~*~*~tactically~*~*~ (outnumbered).
 14549 | D:7      | 14549 ||| Stepping ~*~*~tactically~*~*~ (outnumbered).
 14551 | D:7      | 14551 ||| Stepping ~*~*~tactically~*~*~ (outnumbered).
 14553 | D:7      | 14553 ||| Stepping ~*~*~tactically~*~*~ (outnumbered).
 14555 | D:7      | 14555 ||| Stepping ~*~*~tactically~*~*~ (outnumbered).
 14557 | D:7      | 14557 ||| Stepping ~*~*~tactically~*~*~ (outnumbered).
 14559 | D:7      | 14559 ||| Stepping ~*~*~tactically~*~*~ (outnumbered).
 14561 | D:7      | 14561 ||| Stepping ~*~*~tactically~*~*~ (outnumbered).
 14563 | D:7      | 14563 ||| Stepping ~*~*~tactically~*~*~ (outnumbered).
 14565 | D:7      | 14565 ||| Stepping ~*~*~tactically~*~*~ (outnumbered).
 14567 | D:7      | 14567 ||| Stepping ~*~*~tactically~*~*~ (outnumbered).
 14569 | D:7      | 14569 ||| Stepping ~*~*~tactically~*~*~ (outnumbered).
 14571 | D:7      | 14571 ||| Stepping ~*~*~tactically~*~*~ (outnumbered).
 14573 | D:7      | 14573 ||| Stepping ~*~*~tactically~*~*~ (outnumbered).
 14575 | D:7      | 14575 ||| Stepping ~*~*~tactically~*~*~ (outnumbered).
 14577 | D:7      | 14577 ||| Stepping ~*~*~tactically~*~*~ (outnumbered).
 14579 | D:7      | 14579 ||| Stepping ~*~*~tactically~*~*~ (outnumbered).
 14581 | D:7      | 14581 ||| Stepping ~*~*~tactically~*~*~ (outnumbered).
 14583 | D:7      | 14583 ||| Stepping ~*~*~tactically~*~*~ (outnumbered).
 14585 | D:7      | 14585 ||| Stepping ~*~*~tactically~*~*~ (outnumbered).
 14587 | D:7      | 14587 ||| Stepping ~*~*~tactically~*~*~ (outnumbered).
 14589 | D:7      | 14589 ||| Stepping ~*~*~tactically~*~*~ (outnumbered).
 14591 | D:7      | 14591 ||| Stepping ~*~*~tactically~*~*~ (outnumbered).
 14593 | D:7      | 14593 ||| Stepping ~*~*~tactically~*~*~ (outnumbered).
 14595 | D:7      | 14595 ||| Stepping ~*~*~tactically~*~*~ (outnumbered).
 14597 | D:7      | 14597 ||| Stepping ~*~*~tactically~*~*~ (outnumbered).
 14599 | D:7      | 14599 ||| Stepping ~*~*~tactically~*~*~ (outnumbered).
 14601 | D:7      | 14601 ||| Stepping ~*~*~tactically~*~*~ (outnumbered).
 14603 | D:7      | 14603 ||| Stepping ~*~*~tactically~*~*~ (outnumbered).
 14605 | D:7      | 14605 ||| Stepping ~*~*~tactically~*~*~ (outnumbered).
 14607 | D:7      | 14607 ||| Stepping ~*~*~tactically~*~*~ (outnumbered).
 14609 | D:7      | 14609 ||| Stepping ~*~*~tactically~*~*~ (outnumbered).
 14611 | D:7      | 14611 ||| Stepping ~*~*~tactically~*~*~ (outnumbered).
 14613 | D:7      | 14613 ||| Stepping ~*~*~tactically~*~*~ (outnumbered).
 14615 | D:7      | 14615 ||| Stepping ~*~*~tactically~*~*~ (outnumbered).
 14617 | D:7      | 14617 ||| Stepping ~*~*~tactically~*~*~ (outnumbered).
 14619 | D:7      | 14619 ||| Stepping ~*~*~tactically~*~*~ (outnumbered).
 14621 | D:7      | 14621 ||| Stepping ~*~*~tactically~*~*~ (outnumbered).
 14623 | D:7      | 14623 ||| Stepping ~*~*~tactically~*~*~ (outnumbered).
 14625 | D:7      | 14625 ||| Stepping ~*~*~tactically~*~*~ (outnumbered).
 14627 | D:7      | 14627 ||| Stepping ~*~*~tactically~*~*~ (outnumbered).
 14629 | D:7      | 14629 ||| Stepping ~*~*~tactically~*~*~ (outnumbered).
 14631 | D:7      | 14631 ||| Stepping ~*~*~tactically~*~*~ (outnumbered).
 14633 | D:7      | 14633 ||| Stepping ~*~*~tactically~*~*~ (outnumbered).
 14635 | D:7      | 14635 ||| Stepping ~*~*~tactically~*~*~ (outnumbered).
 14637 | D:7      | 14637 ||| Stepping ~*~*~tactically~*~*~ (outnumbered).
 14639 | D:7      | 14639 ||| Stepping ~*~*~tactically~*~*~ (outnumbered).
 14641 | D:7      | 14641 ||| Stepping ~*~*~tactically~*~*~ (outnumbered).
 14643 | D:7      | 14643 ||| Stepping ~*~*~tactically~*~*~ (outnumbered).
 14645 | D:7      | 14645 ||| Stepping ~*~*~tactically~*~*~ (outnumbered).
 14647 | D:7      | 14647 ||| Stepping ~*~*~tactically~*~*~ (outnumbered).
 14649 | D:7      | 14649 ||| Stepping ~*~*~tactically~*~*~ (outnumbered).
 14651 | D:7      | 14651 ||| Stepping ~*~*~tactically~*~*~ (outnumbered).
 14653 | D:7      | 14653 ||| Stepping ~*~*~tactically~*~*~ (outnumbered).
 14655 | D:7      | 14655 ||| Stepping ~*~*~tactically~*~*~ (outnumbered).
 14657 | D:7      | 14657 ||| Stepping ~*~*~tactically~*~*~ (outnumbered).
 14659 | D:7      | 14659 ||| Stepping ~*~*~tactically~*~*~ (outnumbered).
 14661 | D:7      | 14661 ||| Stepping ~*~*~tactically~*~*~ (outnumbered).
 14663 | D:7      | 14663 ||| Stepping ~*~*~tactically~*~*~ (outnumbered).
 14665 | D:7      | 14665 ||| Stepping ~*~*~tactically~*~*~ (outnumbered).
 14667 | D:7      | 14667 ||| Stepping ~*~*~tactically~*~*~ (outnumbered).
 14669 | D:7      | 14669 ||| Stepping ~*~*~tactically~*~*~ (outnumbered).
 14671 | D:7      | 14671 ||| Stepping ~*~*~tactically~*~*~ (outnumbered).
 14673 | D:7      | 14673 ||| Stepping ~*~*~tactically~*~*~ (outnumbered).
 14675 | D:7      | 14675 ||| Stepping ~*~*~tactically~*~*~ (outnumbered).
 14677 | D:7      | 14677 ||| Stepping ~*~*~tactically~*~*~ (outnumbered).
 14679 | D:7      | 14679 ||| Stepping ~*~*~tactically~*~*~ (outnumbered).
 14681 | D:7      | 14681 ||| Stepping ~*~*~tactically~*~*~ (outnumbered).
 14683 | D:7      | 14683 ||| Stepping ~*~*~tactically~*~*~ (outnumbered).
 14685 | D:7      | 14685 ||| Stepping ~*~*~tactically~*~*~ (outnumbered).
 14687 | D:7      | 14687 ||| Stepping ~*~*~tactically~*~*~ (outnumbered).
 14689 | D:7      | 14689 ||| Stepping ~*~*~tactically~*~*~ (outnumbered).
 14691 | D:7      | 14691 ||| Stepping ~*~*~tactically~*~*~ (outnumbered).
 14693 | D:7      | 14693 ||| Stepping ~*~*~tactically~*~*~ (outnumbered).
 14695 | D:7      | 14695 ||| Stepping ~*~*~tactically~*~*~ (outnumbered).
 14697 | D:7      | 14697 ||| Stepping ~*~*~tactically~*~*~ (outnumbered).
 14699 | D:7      | 14699 ||| Stepping ~*~*~tactically~*~*~ (outnumbered).
 14701 | D:7      | 14701 ||| Stepping ~*~*~tactically~*~*~ (outnumbered).
 14703 | D:7      | 14703 ||| Stepping ~*~*~tactically~*~*~ (outnumbered).
 14705 | D:7      | 14705 ||| Stepping ~*~*~tactically~*~*~ (outnumbered).
 14707 | D:7      | 14707 ||| Stepping ~*~*~tactically~*~*~ (outnumbered).
 14709 | D:7      | 14709 ||| Stepping ~*~*~tactically~*~*~ (outnumbered).
 14711 | D:7      | 14711 ||| Stepping ~*~*~tactically~*~*~ (outnumbered).
 14713 | D:7      | 14713 ||| Stepping ~*~*~tactically~*~*~ (outnumbered).
 14715 | D:7      | 14715 ||| Stepping ~*~*~tactically~*~*~ (outnumbered).
 14717 | D:7      | 14717 ||| Stepping ~*~*~tactically~*~*~ (outnumbered).
 14719 | D:7      | 14719 ||| Stepping ~*~*~tactically~*~*~ (outnumbered).
 14721 | D:7      | 14721 ||| Stepping ~*~*~tactically~*~*~ (outnumbered).
 14723 | D:7      | 14723 ||| Stepping ~*~*~tactically~*~*~ (outnumbered).
 14725 | D:7      | 14725 ||| Stepping ~*~*~tactically~*~*~ (outnumbered).
 14727 | D:7      | 14727 ||| Stepping ~*~*~tactically~*~*~ (outnumbered).
 14729 | D:7      | 14729 ||| Stepping ~*~*~tactically~*~*~ (outnumbered).
 14731 | D:7      | 14731 ||| Stepping ~*~*~tactically~*~*~ (outnumbered).
 14733 | D:7      | 14733 ||| Stepping ~*~*~tactically~*~*~ (outnumbered).
 14735 | D:7      | 14735 ||| Stepping ~*~*~tactically~*~*~ (outnumbered).
 14737 | D:7      | 14737 ||| Stepping ~*~*~tactically~*~*~ (outnumbered).
 14739 | D:7      | 14739 ||| Stepping ~*~*~tactically~*~*~ (outnumbered).
 14741 | D:7      | 14741 ||| Stepping ~*~*~tactically~*~*~ (outnumbered).
 14743 | D:7      | 14743 ||| Stepping ~*~*~tactically~*~*~ (outnumbered).
 14745 | D:7      | 14745 ||| Stepping ~*~*~tactically~*~*~ (outnumbered).
 14747 | D:7      | 14747 ||| Stepping ~*~*~tactically~*~*~ (outnumbered).
 14749 | D:7      | 14749 ||| Stepping ~*~*~tactically~*~*~ (outnumbered).
 14751 | D:7      | 14751 ||| Stepping ~*~*~tactically~*~*~ (outnumbered).
 14753 | D:7      | 14753 ||| Stepping ~*~*~tactically~*~*~ (outnumbered).
 14755 | D:7      | 14755 ||| Stepping ~*~*~tactically~*~*~ (outnumbered).
 14757 | D:7      | 14757 ||| Stepping ~*~*~tactically~*~*~ (outnumbered).
 14759 | D:7      | 14759 ||| Stepping ~*~*~tactically~*~*~ (outnumbered).
 14761 | D:7      | 14761 ||| Stepping ~*~*~tactically~*~*~ (outnumbered).
 14763 | D:7      | 14763 ||| Stepping ~*~*~tactically~*~*~ (outnumbered).
 14765 | D:7      | 14765 ||| Stepping ~*~*~tactically~*~*~ (outnumbered).
 14767 | D:7      | 14767 ||| Stepping ~*~*~tactically~*~*~ (outnumbered).
 14769 | D:7      | 14769 ||| Stepping ~*~*~tactically~*~*~ (outnumbered).
 14771 | D:7      | 14771 ||| Stepping ~*~*~tactically~*~*~ (outnumbered).
 14773 | D:7      | 14773 ||| Stepping ~*~*~tactically~*~*~ (outnumbered).
 14775 | D:7      | 14775 ||| Stepping ~*~*~tactically~*~*~ (outnumbered).
 14777 | D:7      | 14777 ||| Stepping ~*~*~tactically~*~*~ (outnumbered).
 14779 | D:7      | 14779 ||| Stepping ~*~*~tactically~*~*~ (outnumbered).
 14781 | D:7      | 14781 ||| Stepping ~*~*~tactically~*~*~ (outnumbered).
 14783 | D:7      | 14783 ||| Stepping ~*~*~tactically~*~*~ (outnumbered).
 14785 | D:7      | 14785 ||| Stepping ~*~*~tactically~*~*~ (outnumbered).
 14787 | D:7      | 14787 ||| Stepping ~*~*~tactically~*~*~ (outnumbered).
 14789 | D:7      | 14789 ||| Stepping ~*~*~tactically~*~*~ (outnumbered).
 14791 | D:7      | 14791 ||| Stepping ~*~*~tactically~*~*~ (outnumbered).
 14793 | D:7      | 14793 ||| Stepping ~*~*~tactically~*~*~ (outnumbered).
 14795 | D:7      | 14795 ||| Stepping ~*~*~tactically~*~*~ (outnumbered).
 14797 | D:7      | 14797 ||| Stepping ~*~*~tactically~*~*~ (outnumbered).
 14799 | D:7      | 14799 ||| Stepping ~*~*~tactically~*~*~ (outnumbered).
 14801 | D:7      | 14801 ||| Stepping ~*~*~tactically~*~*~ (outnumbered).
 14803 | D:7      | 14803 ||| Stepping ~*~*~tactically~*~*~ (outnumbered).
 14805 | D:7      | 14805 ||| Stepping ~*~*~tactically~*~*~ (outnumbered).
 14807 | D:7      | 14807 ||| Stepping ~*~*~tactically~*~*~ (outnumbered).
 14809 | D:7      | 14809 ||| Stepping ~*~*~tactically~*~*~ (outnumbered).
 14811 | D:7      | 14811 ||| Stepping ~*~*~tactically~*~*~ (outnumbered).
 14813 | D:7      | 14813 ||| Stepping ~*~*~tactically~*~*~ (outnumbered).
 14815 | D:7      | 14815 ||| Stepping ~*~*~tactically~*~*~ (outnumbered).
 14817 | D:7      | 14817 ||| Stepping ~*~*~tactically~*~*~ (outnumbered).
 14819 | D:7      | 14819 ||| Stepping ~*~*~tactically~*~*~ (outnumbered).
 14821 | D:7      | 14821 ||| Stepping ~*~*~tactically~*~*~ (outnumbered).
 14823 | D:7      | 14823 ||| Stepping ~*~*~tactically~*~*~ (outnumbered).
 14825 | D:7      | 14825 ||| Stepping ~*~*~tactically~*~*~ (outnumbered).
 14827 | D:7      | 14827 ||| Stepping ~*~*~tactically~*~*~ (outnumbered).
 14829 | D:7      | 14829 ||| Stepping ~*~*~tactically~*~*~ (outnumbered).
 14831 | D:7      | 14831 ||| Stepping ~*~*~tactically~*~*~ (outnumbered).
 14833 | D:7      | 14833 ||| Stepping ~*~*~tactically~*~*~ (outnumbered).
 14835 | D:7      | 14835 ||| Stepping ~*~*~tactically~*~*~ (outnumbered).
 14837 | D:7      | 14837 ||| Stepping ~*~*~tactically~*~*~ (outnumbered).
 14839 | D:7      | 14839 ||| Stepping ~*~*~tactically~*~*~ (outnumbered).
 14841 | D:7      | 14841 ||| Stepping ~*~*~tactically~*~*~ (outnumbered).
 14843 | D:7      | 14843 ||| Stepping ~*~*~tactically~*~*~ (outnumbered).
 14845 | D:7      | 14845 ||| Stepping ~*~*~tactically~*~*~ (outnumbered).
 14847 | D:7      | 14847 ||| Stepping ~*~*~tactically~*~*~ (outnumbered).
 14849 | D:7      | 14849 ||| Stepping ~*~*~tactically~*~*~ (outnumbered).
 14851 | D:7      | 14851 ||| Stepping ~*~*~tactically~*~*~ (outnumbered).
 14853 | D:7      | 14853 ||| Stepping ~*~*~tactically~*~*~ (outnumbered).
 14855 | D:7      | 14855 ||| Stepping ~*~*~tactically~*~*~ (outnumbered).
 14857 | D:7      | 14857 ||| Stepping ~*~*~tactically~*~*~ (outnumbered).
 14859 | D:7      | 14859 ||| Stepping ~*~*~tactically~*~*~ (outnumbered).
 14861 | D:7      | 14861 ||| Stepping ~*~*~tactically~*~*~ (outnumbered).
 14863 | D:7      | 14863 ||| Stepping ~*~*~tactically~*~*~ (outnumbered).
 14865 | D:7      | 14865 ||| Stepping ~*~*~tactically~*~*~ (outnumbered).
 14867 | D:7      | 14867 ||| Stepping ~*~*~tactically~*~*~ (outnumbered).
 14869 | D:7      | 14869 ||| Stepping ~*~*~tactically~*~*~ (outnumbered).
 14871 | D:7      | 14871 ||| Stepping ~*~*~tactically~*~*~ (outnumbered).
 14873 | D:7      | 14873 ||| Stepping ~*~*~tactically~*~*~ (outnumbered).
 14875 | D:7      | 14875 ||| Stepping ~*~*~tactically~*~*~ (outnumbered).
 14877 | D:7      | 14877 ||| Stepping ~*~*~tactically~*~*~ (outnumbered).
 14879 | D:7      | 14879 ||| Stepping ~*~*~tactically~*~*~ (outnumbered).
 14881 | D:7      | 14881 ||| Stepping ~*~*~tactically~*~*~ (outnumbered).
 14883 | D:7      | 14883 ||| Stepping ~*~*~tactically~*~*~ (outnumbered).
 14885 | D:7      | 14885 ||| Stepping ~*~*~tactically~*~*~ (outnumbered).
 14887 | D:7      | 14887 ||| Stepping ~*~*~tactically~*~*~ (outnumbered).
 14889 | D:7      | 14889 ||| Stepping ~*~*~tactically~*~*~ (outnumbered).
 14891 | D:7      | 14891 ||| Stepping ~*~*~tactically~*~*~ (outnumbered).
 14893 | D:7      | 14893 ||| Stepping ~*~*~tactically~*~*~ (outnumbered).
 14895 | D:7      | 14895 ||| Stepping ~*~*~tactically~*~*~ (outnumbered).
 14897 | D:7      | 14897 ||| Stepping ~*~*~tactically~*~*~ (outnumbered).
 14899 | D:7      | 14899 ||| Stepping ~*~*~tactically~*~*~ (outnumbered).
 14901 | D:7      | 14901 ||| Stepping ~*~*~tactically~*~*~ (outnumbered).
 14903 | D:7      | 14903 ||| Stepping ~*~*~tactically~*~*~ (outnumbered).
 14905 | D:7      | 14905 ||| Stepping ~*~*~tactically~*~*~ (outnumbered).
 14907 | D:7      | 14907 ||| Stepping ~*~*~tactically~*~*~ (outnumbered).
 14909 | D:7      | 14909 ||| Stepping ~*~*~tactically~*~*~ (outnumbered).
 14911 | D:7      | 14911 ||| Stepping ~*~*~tactically~*~*~ (outnumbered).
 14913 | D:7      | 14913 ||| Stepping ~*~*~tactically~*~*~ (outnumbered).
 14915 | D:7      | 14915 ||| Stepping ~*~*~tactically~*~*~ (outnumbered).
 14917 | D:7      | 14917 ||| Stepping ~*~*~tactically~*~*~ (outnumbered).
 14919 | D:7      | 14919 ||| Stepping ~*~*~tactically~*~*~ (outnumbered).
 14921 | D:7      | 14921 ||| Stepping ~*~*~tactically~*~*~ (outnumbered).
 14923 | D:7      | 14923 ||| Stepping ~*~*~tactically~*~*~ (outnumbered).
 14925 | D:7      | 14925 ||| Stepping ~*~*~tactically~*~*~ (outnumbered).
 14927 | D:7      | 14927 ||| Stepping ~*~*~tactically~*~*~ (outnumbered).
 14929 | D:7      | 14929 ||| Stepping ~*~*~tactically~*~*~ (outnumbered).
 14931 | D:7      | 14931 ||| Stepping ~*~*~tactically~*~*~ (outnumbered).
 14933 | D:7      | 14933 ||| Stepping ~*~*~tactically~*~*~ (outnumbered).
 14935 | D:7      | 14935 ||| Stepping ~*~*~tactically~*~*~ (outnumbered).
 14937 | D:7      | 14937 ||| Stepping ~*~*~tactically~*~*~ (outnumbered).
 14939 | D:7      | 14939 ||| Stepping ~*~*~tactically~*~*~ (outnumbered).
 14941 | D:7      | 14941 ||| Stepping ~*~*~tactically~*~*~ (outnumbered).
 14943 | D:7      | 14943 ||| Stepping ~*~*~tactically~*~*~ (outnumbered).
 14945 | D:7      | 14945 ||| Stepping ~*~*~tactically~*~*~ (outnumbered).
 14947 | D:7      | 14947 ||| Stepping ~*~*~tactically~*~*~ (outnumbered).
 14949 | D:7      | 14949 ||| Stepping ~*~*~tactically~*~*~ (outnumbered).
 14951 | D:7      | 14951 ||| Stepping ~*~*~tactically~*~*~ (outnumbered).
 14953 | D:7      | 14953 ||| Stepping ~*~*~tactically~*~*~ (outnumbered).
 14955 | D:7      | 14955 ||| Stepping ~*~*~tactically~*~*~ (outnumbered).
 14957 | D:7      | 14957 ||| Stepping ~*~*~tactically~*~*~ (outnumbered).
 14959 | D:7      | 14959 ||| Stepping ~*~*~tactically~*~*~ (outnumbered).
 14961 | D:7      | 14961 ||| Stepping ~*~*~tactically~*~*~ (outnumbered).
 14963 | D:7      | 14963 ||| Stepping ~*~*~tactically~*~*~ (outnumbered).
 14965 | D:7      | 14965 ||| Stepping ~*~*~tactically~*~*~ (outnumbered).
 14967 | D:7      | 14967 ||| Stepping ~*~*~tactically~*~*~ (outnumbered).
 14969 | D:7      | 14969 ||| Stepping ~*~*~tactically~*~*~ (outnumbered).
 14971 | D:7      | 14971 ||| Stepping ~*~*~tactically~*~*~ (outnumbered).
 14973 | D:7      | 14973 ||| Stepping ~*~*~tactically~*~*~ (outnumbered).
 14975 | D:7      | 14975 ||| Stepping ~*~*~tactically~*~*~ (outnumbered).
 14977 | D:7      | 14977 ||| Stepping ~*~*~tactically~*~*~ (outnumbered).
 14979 | D:7      | 14979 ||| Stepping ~*~*~tactically~*~*~ (outnumbered).
 14981 | D:7      | 14981 ||| Stepping ~*~*~tactically~*~*~ (outnumbered).
 14983 | D:7      | 14983 ||| Stepping ~*~*~tactically~*~*~ (outnumbered).
 14985 | D:7      | 14985 ||| Stepping ~*~*~tactically~*~*~ (outnumbered).
 14987 | D:7      | 14987 ||| Stepping ~*~*~tactically~*~*~ (outnumbered).
 14989 | D:7      | 14989 ||| Stepping ~*~*~tactically~*~*~ (outnumbered).
 14991 | D:7      | 14991 ||| Stepping ~*~*~tactically~*~*~ (outnumbered).
 14993 | D:7      | 14993 ||| Stepping ~*~*~tactically~*~*~ (outnumbered).
 14995 | D:7      | 14995 ||| Stepping ~*~*~tactically~*~*~ (outnumbered).
 14997 | D:7      | 14997 ||| Stepping ~*~*~tactically~*~*~ (outnumbered).
 14999 | D:7      | 14999 ||| Stepping ~*~*~tactically~*~*~ (outnumbered).
 15001 | D:7      | 15001 ||| Stepping ~*~*~tactically~*~*~ (outnumbered).
 15003 | D:7      | 15003 ||| Stepping ~*~*~tactically~*~*~ (outnumbered).
 15005 | D:7      | 15005 ||| Stepping ~*~*~tactically~*~*~ (outnumbered).
 15007 | D:7      | 15007 ||| Stepping ~*~*~tactically~*~*~ (outnumbered).
 15009 | D:7      | 15009 ||| Stepping ~*~*~tactically~*~*~ (outnumbered).
 15011 | D:7      | 15011 ||| Stepping ~*~*~tactically~*~*~ (outnumbered).
 15013 | D:7      | 15013 ||| Stepping ~*~*~tactically~*~*~ (outnumbered).
 15015 | D:7      | 15015 ||| Stepping ~*~*~tactically~*~*~ (outnumbered).
 15017 | D:7      | 15017 ||| Stepping ~*~*~tactically~*~*~ (outnumbered).
 15019 | D:7      | 15019 ||| Stepping ~*~*~tactically~*~*~ (outnumbered).
 15021 | D:7      | 15021 ||| Stepping ~*~*~tactically~*~*~ (outnumbered).
 15023 | D:7      | 15023 ||| Stepping ~*~*~tactically~*~*~ (outnumbered).
 15025 | D:7      | 15025 ||| Stepping ~*~*~tactically~*~*~ (outnumbered).
 15027 | D:7      | 15027 ||| Stepping ~*~*~tactically~*~*~ (outnumbered).
 15029 | D:7      | 15029 ||| Stepping ~*~*~tactically~*~*~ (outnumbered).
 15031 | D:7      | 15031 ||| Stepping ~*~*~tactically~*~*~ (outnumbered).
 15033 | D:7      | 15033 ||| Stepping ~*~*~tactically~*~*~ (outnumbered).
 15035 | D:7      | 15035 ||| Stepping ~*~*~tactically~*~*~ (outnumbered).
 15037 | D:7      | 15037 ||| Stepping ~*~*~tactically~*~*~ (outnumbered).
 15039 | D:7      | 15039 ||| Stepping ~*~*~tactically~*~*~ (outnumbered).
 15041 | D:7      | 15041 ||| Stepping ~*~*~tactically~*~*~ (outnumbered).
 15043 | D:7      | 15043 ||| Stepping ~*~*~tactically~*~*~ (outnumbered).
 15045 | D:7      | 15045 ||| Stepping ~*~*~tactically~*~*~ (outnumbered).
 15047 | D:7      | 15047 ||| Stepping ~*~*~tactically~*~*~ (outnumbered).
 15049 | D:7      | 15049 ||| Stepping ~*~*~tactically~*~*~ (outnumbered).
 15051 | D:7      | 15051 ||| Stepping ~*~*~tactically~*~*~ (outnumbered).
 15053 | D:7      | 15053 ||| Stepping ~*~*~tactically~*~*~ (outnumbered).
 15055 | D:7      | 15055 ||| Stepping ~*~*~tactically~*~*~ (outnumbered).
 15057 | D:7      | 15057 ||| Stepping ~*~*~tactically~*~*~ (outnumbered).
 15059 | D:7      | 15059 ||| Stepping ~*~*~tactically~*~*~ (outnumbered).
 15061 | D:7      | 15061 ||| Stepping ~*~*~tactically~*~*~ (outnumbered).
 15063 | D:7      | 15063 ||| Stepping ~*~*~tactically~*~*~ (outnumbered).
 15065 | D:7      | 15065 ||| Stepping ~*~*~tactically~*~*~ (outnumbered).
 15067 | D:7      | 15067 ||| Stepping ~*~*~tactically~*~*~ (outnumbered).
 15069 | D:7      | 15069 ||| Stepping ~*~*~tactically~*~*~ (outnumbered).
 15071 | D:7      | 15071 ||| Stepping ~*~*~tactically~*~*~ (outnumbered).
 15073 | D:7      | 15073 ||| Stepping ~*~*~tactically~*~*~ (outnumbered).
 15075 | D:7      | 15075 ||| Stepping ~*~*~tactically~*~*~ (outnumbered).
 15077 | D:7      | 15077 ||| Stepping ~*~*~tactically~*~*~ (outnumbered).
 15079 | D:7      | 15079 ||| Stepping ~*~*~tactically~*~*~ (outnumbered).
 15081 | D:7      | 15081 ||| Stepping ~*~*~tactically~*~*~ (outnumbered).
 15083 | D:7      | 15083 ||| Stepping ~*~*~tactically~*~*~ (outnumbered).
 15085 | D:7      | 15085 ||| Stepping ~*~*~tactically~*~*~ (outnumbered).
 15087 | D:7      | 15087 ||| Stepping ~*~*~tactically~*~*~ (outnumbered).
 15089 | D:7      | 15089 ||| Stepping ~*~*~tactically~*~*~ (outnumbered).
 15091 | D:7      | 15091 ||| Stepping ~*~*~tactically~*~*~ (outnumbered).
 15093 | D:7      | 15093 ||| Stepping ~*~*~tactically~*~*~ (outnumbered).
 15095 | D:7      | 15095 ||| Stepping ~*~*~tactically~*~*~ (outnumbered).
 15097 | D:7      | 15097 ||| Stepping ~*~*~tactically~*~*~ (outnumbered).
 15099 | D:7      | 15099 ||| Stepping ~*~*~tactically~*~*~ (outnumbered).
 15101 | D:7      | 15101 ||| Stepping ~*~*~tactically~*~*~ (outnumbered).
 15103 | D:7      | 15103 ||| Stepping ~*~*~tactically~*~*~ (outnumbered).
 15105 | D:7      | 15105 ||| Stepping ~*~*~tactically~*~*~ (outnumbered).
 15107 | D:7      | 15107 ||| Stepping ~*~*~tactically~*~*~ (outnumbered).
 15109 | D:7      | 15109 ||| Stepping ~*~*~tactically~*~*~ (outnumbered).
 15111 | D:7      | 15111 ||| Stepping ~*~*~tactically~*~*~ (outnumbered).
 15113 | D:7      | 15113 ||| Stepping ~*~*~tactically~*~*~ (outnumbered).
 15115 | D:7      | 15115 ||| Stepping ~*~*~tactically~*~*~ (outnumbered).
 15117 | D:7      | 15117 ||| Stepping ~*~*~tactically~*~*~ (outnumbered).
 15119 | D:7      | 15119 ||| Stepping ~*~*~tactically~*~*~ (outnumbered).
 15121 | D:7      | 15121 ||| Stepping ~*~*~tactically~*~*~ (outnumbered).
 15123 | D:7      | 15123 ||| Stepping ~*~*~tactically~*~*~ (outnumbered).
 15125 | D:7      | 15125 ||| Stepping ~*~*~tactically~*~*~ (outnumbered).
 15127 | D:7      | 15127 ||| Stepping ~*~*~tactically~*~*~ (outnumbered).
 15129 | D:7      | 15129 ||| Stepping ~*~*~tactically~*~*~ (outnumbered).
 15131 | D:7      | 15131 ||| Stepping ~*~*~tactically~*~*~ (outnumbered).
 15133 | D:7      | 15133 ||| Stepping ~*~*~tactically~*~*~ (outnumbered).
 15135 | D:7      | 15135 ||| Stepping ~*~*~tactically~*~*~ (outnumbered).
 15137 | D:7      | 15137 ||| Stepping ~*~*~tactically~*~*~ (outnumbered).
 15139 | D:7      | 15139 ||| Stepping ~*~*~tactically~*~*~ (outnumbered).
 15141 | D:7      | 15141 ||| Stepping ~*~*~tactically~*~*~ (outnumbered).
 15143 | D:7      | 15143 ||| Stepping ~*~*~tactically~*~*~ (outnumbered).
 15145 | D:7      | 15145 ||| Stepping ~*~*~tactically~*~*~ (outnumbered).
 15147 | D:7      | 15147 ||| Stepping ~*~*~tactically~*~*~ (outnumbered).
 15149 | D:7      | 15149 ||| Stepping ~*~*~tactically~*~*~ (outnumbered).
 15151 | D:7      | 15151 ||| Stepping ~*~*~tactically~*~*~ (outnumbered).
 15153 | D:7      | 15153 ||| Stepping ~*~*~tactically~*~*~ (outnumbered).
 15155 | D:7      | 15155 ||| Stepping ~*~*~tactically~*~*~ (outnumbered).
 15157 | D:7      | 15157 ||| Stepping ~*~*~tactically~*~*~ (outnumbered).
 15159 | D:7      | 15159 ||| Stepping ~*~*~tactically~*~*~ (outnumbered).
 15161 | D:7      | 15161 ||| Stepping ~*~*~tactically~*~*~ (outnumbered).
 15163 | D:7      | 15163 ||| Stepping ~*~*~tactically~*~*~ (outnumbered).
 15165 | D:7      | 15165 ||| Stepping ~*~*~tactically~*~*~ (outnumbered).
 15167 | D:7      | 15167 ||| Stepping ~*~*~tactically~*~*~ (outnumbered).
 15169 | D:7      | 15169 ||| Stepping ~*~*~tactically~*~*~ (outnumbered).
 15171 | D:7      | 15171 ||| Stepping ~*~*~tactically~*~*~ (outnumbered).
 15173 | D:7      | 15173 ||| Stepping ~*~*~tactically~*~*~ (outnumbered).
 15175 | D:7      | 15175 ||| Stepping ~*~*~tactically~*~*~ (outnumbered).
 15177 | D:7      | 15177 ||| Stepping ~*~*~tactically~*~*~ (outnumbered).
 15179 | D:7      | 15179 ||| Stepping ~*~*~tactically~*~*~ (outnumbered).
 15181 | D:7      | 15181 ||| Stepping ~*~*~tactically~*~*~ (outnumbered).
 15183 | D:7      | 15183 ||| Stepping ~*~*~tactically~*~*~ (outnumbered).
 15185 | D:7      | 15185 ||| Stepping ~*~*~tactically~*~*~ (outnumbered).
 15187 | D:7      | 15187 ||| Stepping ~*~*~tactically~*~*~ (outnumbered).
 15189 | D:7      | 15189 ||| Stepping ~*~*~tactically~*~*~ (outnumbered).
 15191 | D:7      | 15191 ||| Stepping ~*~*~tactically~*~*~ (outnumbered).
 15193 | D:7      | 15193 ||| Stepping ~*~*~tactically~*~*~ (outnumbered).
 15195 | D:7      | 15195 ||| Stepping ~*~*~tactically~*~*~ (outnumbered).
 15197 | D:7      | 15197 ||| Stepping ~*~*~tactically~*~*~ (outnumbered).
 15199 | D:7      | 15199 ||| Stepping ~*~*~tactically~*~*~ (outnumbered).
 15201 | D:7      | 15201 ||| Stepping ~*~*~tactically~*~*~ (outnumbered).
 15203 | D:7      | 15203 ||| Stepping ~*~*~tactically~*~*~ (outnumbered).
 15205 | D:7      | 15205 ||| Stepping ~*~*~tactically~*~*~ (outnumbered).
 15207 | D:7      | 15207 ||| Stepping ~*~*~tactically~*~*~ (outnumbered).
 15209 | D:7      | 15209 ||| Stepping ~*~*~tactically~*~*~ (outnumbered).
 15211 | D:7      | 15211 ||| Stepping ~*~*~tactically~*~*~ (outnumbered).
 15213 | D:7      | 15213 ||| Stepping ~*~*~tactically~*~*~ (outnumbered).
 15215 | D:7      | 15215 ||| Stepping ~*~*~tactically~*~*~ (outnumbered).
 15217 | D:7      | 15217 ||| Stepping ~*~*~tactically~*~*~ (outnumbered).
 15219 | D:7      | 15219 ||| Stepping ~*~*~tactically~*~*~ (outnumbered).
 15221 | D:7      | 15221 ||| Stepping ~*~*~tactically~*~*~ (outnumbered).
 15223 | D:7      | 15223 ||| Stepping ~*~*~tactically~*~*~ (outnumbered).
 15225 | D:7      | 15225 ||| Stepping ~*~*~tactically~*~*~ (outnumbered).
 15227 | D:7      | 15227 ||| Stepping ~*~*~tactically~*~*~ (outnumbered).
 15229 | D:7      | 15229 ||| Stepping ~*~*~tactically~*~*~ (outnumbered).
 15231 | D:7      | 15231 ||| Stepping ~*~*~tactically~*~*~ (outnumbered).
 15233 | D:7      | 15233 ||| Stepping ~*~*~tactically~*~*~ (outnumbered).
 15235 | D:7      | 15235 ||| Stepping ~*~*~tactically~*~*~ (outnumbered).
 15237 | D:7      | 15237 ||| Stepping ~*~*~tactically~*~*~ (outnumbered).
 15239 | D:7      | 15239 ||| Stepping ~*~*~tactically~*~*~ (outnumbered).
 15241 | D:7      | 15241 ||| Stepping ~*~*~tactically~*~*~ (outnumbered).
 15243 | D:7      | 15243 ||| Stepping ~*~*~tactically~*~*~ (outnumbered).
 15245 | D:7      | 15245 ||| Stepping ~*~*~tactically~*~*~ (outnumbered).
 15247 | D:7      | 15247 ||| Stepping ~*~*~tactically~*~*~ (outnumbered).
 15249 | D:7      | 15249 ||| Stepping ~*~*~tactically~*~*~ (outnumbered).
 15251 | D:7      | 15251 ||| Stepping ~*~*~tactically~*~*~ (outnumbered).
 15253 | D:7      | 15253 ||| Stepping ~*~*~tactically~*~*~ (outnumbered).
 15255 | D:7      | 15255 ||| Stepping ~*~*~tactically~*~*~ (outnumbered).
 15257 | D:7      | 15257 ||| Stepping ~*~*~tactically~*~*~ (outnumbered).
 15259 | D:7      | 15259 ||| Stepping ~*~*~tactically~*~*~ (outnumbered).
 15261 | D:7      | 15261 ||| Stepping ~*~*~tactically~*~*~ (outnumbered).
 15263 | D:7      | 15263 ||| Stepping ~*~*~tactically~*~*~ (outnumbered).
 15265 | D:7      | 15265 ||| Stepping ~*~*~tactically~*~*~ (outnumbered).
 15267 | D:7      | 15267 ||| Stepping ~*~*~tactically~*~*~ (outnumbered).
 15269 | D:7      | 15269 ||| Stepping ~*~*~tactically~*~*~ (outnumbered).
 15271 | D:7      | 15271 ||| Stepping ~*~*~tactically~*~*~ (outnumbered).
 15273 | D:7      | 15273 ||| Stepping ~*~*~tactically~*~*~ (outnumbered).
 15275 | D:7      | 15275 ||| Stepping ~*~*~tactically~*~*~ (outnumbered).
 15277 | D:7      | 15277 ||| Stepping ~*~*~tactically~*~*~ (outnumbered).
 15279 | D:7      | 15279 ||| Stepping ~*~*~tactically~*~*~ (outnumbered).
 15281 | D:7      | 15281 ||| Stepping ~*~*~tactically~*~*~ (outnumbered).
 15283 | D:7      | 15283 ||| Stepping ~*~*~tactically~*~*~ (outnumbered).
 15285 | D:7      | 15285 ||| Stepping ~*~*~tactically~*~*~ (outnumbered).
 15287 | D:7      | 15287 ||| Stepping ~*~*~tactically~*~*~ (outnumbered).
 15289 | D:7      | 15289 ||| Stepping ~*~*~tactically~*~*~ (outnumbered).
 15291 | D:7      | 15291 ||| Stepping ~*~*~tactically~*~*~ (outnumbered).
 15293 | D:7      | 15293 ||| Stepping ~*~*~tactically~*~*~ (outnumbered).
 15295 | D:7      | 15295 ||| Stepping ~*~*~tactically~*~*~ (outnumbered).
 15297 | D:7      | 15297 ||| Stepping ~*~*~tactically~*~*~ (outnumbered).
 15299 | D:7      | 15299 ||| Stepping ~*~*~tactically~*~*~ (outnumbered).
 15301 | D:7      | 15301 ||| Stepping ~*~*~tactically~*~*~ (outnumbered).
 15303 | D:7      | 15303 ||| Stepping ~*~*~tactically~*~*~ (outnumbered).
 15305 | D:7      | 15305 ||| Stepping ~*~*~tactically~*~*~ (outnumbered).
 15307 | D:7      | 15307 ||| Stepping ~*~*~tactically~*~*~ (outnumbered).
 15309 | D:7      | 15309 ||| Stepping ~*~*~tactically~*~*~ (outnumbered).
 15311 | D:7      | 15311 ||| Stepping ~*~*~tactically~*~*~ (outnumbered).
 15313 | D:7      | 15313 ||| Stepping ~*~*~tactically~*~*~ (outnumbered).
 15315 | D:7      | 15315 ||| Stepping ~*~*~tactically~*~*~ (outnumbered).
 15317 | D:7      | 15317 ||| Stepping ~*~*~tactically~*~*~ (outnumbered).
 15319 | D:7      | 15319 ||| Stepping ~*~*~tactically~*~*~ (outnumbered).
 15321 | D:7      | 15321 ||| Stepping ~*~*~tactically~*~*~ (outnumbered).
 15323 | D:7      | 15323 ||| Stepping ~*~*~tactically~*~*~ (outnumbered).
 15325 | D:7      | 15325 ||| Stepping ~*~*~tactically~*~*~ (outnumbered).
 15327 | D:7      | 15327 ||| Stepping ~*~*~tactically~*~*~ (outnumbered).
 15329 | D:7      | 15329 ||| Stepping ~*~*~tactically~*~*~ (outnumbered).
 15331 | D:7      | 15331 ||| Stepping ~*~*~tactically~*~*~ (outnumbered).
 15333 | D:7      | 15333 ||| Stepping ~*~*~tactically~*~*~ (outnumbered).
 15335 | D:7      | 15335 ||| Stepping ~*~*~tactically~*~*~ (outnumbered).
 15337 | D:7      | 15337 ||| Stepping ~*~*~tactically~*~*~ (outnumbered).
 15339 | D:7      | 15339 ||| Stepping ~*~*~tactically~*~*~ (outnumbered).
 15341 | D:7      | 15341 ||| Stepping ~*~*~tactically~*~*~ (outnumbered).
 15343 | D:7      | 15343 ||| Stepping ~*~*~tactically~*~*~ (outnumbered).
 15345 | D:7      | 15345 ||| Stepping ~*~*~tactically~*~*~ (outnumbered).
 15347 | D:7      | 15347 ||| Stepping ~*~*~tactically~*~*~ (outnumbered).
 15349 | D:7      | 15349 ||| Stepping ~*~*~tactically~*~*~ (outnumbered).
 15351 | D:7      | 15351 ||| Stepping ~*~*~tactically~*~*~ (outnumbered).
 15353 | D:7      | 15353 ||| Stepping ~*~*~tactically~*~*~ (outnumbered).
 15355 | D:7      | 15355 ||| Stepping ~*~*~tactically~*~*~ (outnumbered).
 15357 | D:7      | 15357 ||| Stepping ~*~*~tactically~*~*~ (outnumbered).
 15359 | D:7      | 15359 ||| Stepping ~*~*~tactically~*~*~ (outnumbered).
 15361 | D:7      | 15361 ||| Stepping ~*~*~tactically~*~*~ (outnumbered).
 15363 | D:7      | 15363 ||| Stepping ~*~*~tactically~*~*~ (outnumbered).
 15365 | D:7      | 15365 ||| Stepping ~*~*~tactically~*~*~ (outnumbered).
 15367 | D:7      | 15367 ||| Stepping ~*~*~tactically~*~*~ (outnumbered).
 15369 | D:7      | 15369 ||| Stepping ~*~*~tactically~*~*~ (outnumbered).
 15371 | D:7      | 15371 ||| Stepping ~*~*~tactically~*~*~ (outnumbered).
 15373 | D:7      | 15373 ||| Stepping ~*~*~tactically~*~*~ (outnumbered).
 15375 | D:7      | 15375 ||| Stepping ~*~*~tactically~*~*~ (outnumbered).
 15377 | D:7      | 15377 ||| Stepping ~*~*~tactically~*~*~ (outnumbered).
 15379 | D:7      | 15379 ||| Stepping ~*~*~tactically~*~*~ (outnumbered).
 15381 | D:7      | 15381 ||| Stepping ~*~*~tactically~*~*~ (outnumbered).
 15383 | D:7      | 15383 ||| Stepping ~*~*~tactically~*~*~ (outnumbered).
 15385 | D:7      | 15385 ||| Stepping ~*~*~tactically~*~*~ (outnumbered).
 15387 | D:7      | 15387 ||| Stepping ~*~*~tactically~*~*~ (outnumbered).
 15389 | D:7      | 15389 ||| Stepping ~*~*~tactically~*~*~ (outnumbered).
 15391 | D:7      | 15391 ||| Stepping ~*~*~tactically~*~*~ (outnumbered).
 15393 | D:7      | 15393 ||| Stepping ~*~*~tactically~*~*~ (outnumbered).
 15395 | D:7      | 15395 ||| Stepping ~*~*~tactically~*~*~ (outnumbered).
 15397 | D:7      | 15397 ||| Stepping ~*~*~tactically~*~*~ (outnumbered).
 15399 | D:7      | 15399 ||| Stepping ~*~*~tactically~*~*~ (outnumbered).
 15401 | D:7      | 15401 ||| Stepping ~*~*~tactically~*~*~ (outnumbered).
 15403 | D:7      | 15403 ||| Stepping ~*~*~tactically~*~*~ (outnumbered).
 15405 | D:7      | 15405 ||| Stepping ~*~*~tactically~*~*~ (outnumbered).
 15407 | D:7      | 15407 ||| Stepping ~*~*~tactically~*~*~ (outnumbered).
 15409 | D:7      | 15409 ||| Stepping ~*~*~tactically~*~*~ (outnumbered).
 15411 | D:7      | 15411 ||| Stepping ~*~*~tactically~*~*~ (outnumbered).
 15413 | D:7      | 15413 ||| Stepping ~*~*~tactically~*~*~ (outnumbered).
 15415 | D:7      | 15415 ||| Stepping ~*~*~tactically~*~*~ (outnumbered).
 15417 | D:7      | 15417 ||| Stepping ~*~*~tactically~*~*~ (outnumbered).
 15419 | D:7      | 15419 ||| Stepping ~*~*~tactically~*~*~ (outnumbered).
 15421 | D:7      | 15421 ||| Stepping ~*~*~tactically~*~*~ (outnumbered).
 15423 | D:7      | 15423 ||| Stepping ~*~*~tactically~*~*~ (outnumbered).
 15425 | D:7      | 15425 ||| Stepping ~*~*~tactically~*~*~ (outnumbered).
 15427 | D:7      | 15427 ||| Stepping ~*~*~tactically~*~*~ (outnumbered).
 15429 | D:7      | 15429 ||| Stepping ~*~*~tactically~*~*~ (outnumbered).
 15431 | D:7      | 15431 ||| Stepping ~*~*~tactically~*~*~ (outnumbered).
 15433 | D:7      | 15433 ||| Stepping ~*~*~tactically~*~*~ (outnumbered).
 15435 | D:7      | 15435 ||| Stepping ~*~*~tactically~*~*~ (outnumbered).
 15437 | D:7      | 15437 ||| Stepping ~*~*~tactically~*~*~ (outnumbered).
 15439 | D:7      | 15439 ||| Stepping ~*~*~tactically~*~*~ (outnumbered).
 15441 | D:7      | 15441 ||| Stepping ~*~*~tactically~*~*~ (outnumbered).
 15443 | D:7      | 15443 ||| Stepping ~*~*~tactically~*~*~ (outnumbered).
 15445 | D:7      | 15445 ||| Stepping ~*~*~tactically~*~*~ (outnumbered).
 15447 | D:7      | 15447 ||| Stepping ~*~*~tactically~*~*~ (outnumbered).
 15449 | D:7      | 15449 ||| Stepping ~*~*~tactically~*~*~ (outnumbered).
 15451 | D:7      | 15451 ||| Stepping ~*~*~tactically~*~*~ (outnumbered).
 15453 | D:7      | 15453 ||| Stepping ~*~*~tactically~*~*~ (outnumbered).
 15455 | D:7      | 15455 ||| Stepping ~*~*~tactically~*~*~ (outnumbered).
 15457 | D:7      | 15457 ||| Stepping ~*~*~tactically~*~*~ (outnumbered).
 15459 | D:7      | 15459 ||| Stepping ~*~*~tactically~*~*~ (outnumbered).
 15461 | D:7      | 15461 ||| Stepping ~*~*~tactically~*~*~ (outnumbered).
 15463 | D:7      | 15463 ||| Stepping ~*~*~tactically~*~*~ (outnumbered).
 15465 | D:7      | 15465 ||| Stepping ~*~*~tactically~*~*~ (outnumbered).
 15467 | D:7      | 15467 ||| Stepping ~*~*~tactically~*~*~ (outnumbered).
 15469 | D:7      | 15469 ||| Stepping ~*~*~tactically~*~*~ (outnumbered).
 15471 | D:7      | 15471 ||| Stepping ~*~*~tactically~*~*~ (outnumbered).
 15473 | D:7      | 15473 ||| Stepping ~*~*~tactically~*~*~ (outnumbered).
 15475 | D:7      | 15475 ||| Stepping ~*~*~tactically~*~*~ (outnumbered).
 15477 | D:7      | 15477 ||| Stepping ~*~*~tactically~*~*~ (outnumbered).
 15479 | D:7      | 15479 ||| Stepping ~*~*~tactically~*~*~ (outnumbered).
 15481 | D:7      | 15481 ||| Stepping ~*~*~tactically~*~*~ (outnumbered).
 15483 | D:7      | 15483 ||| Stepping ~*~*~tactically~*~*~ (outnumbered).
 15485 | D:7      | 15485 ||| Stepping ~*~*~tactically~*~*~ (outnumbered).
 15487 | D:7      | 15487 ||| Stepping ~*~*~tactically~*~*~ (outnumbered).
 15489 | D:7      | 15489 ||| Stepping ~*~*~tactically~*~*~ (outnumbered).
 15491 | D:7      | 15491 ||| Stepping ~*~*~tactically~*~*~ (outnumbered).
 15493 | D:7      | 15493 ||| Stepping ~*~*~tactically~*~*~ (outnumbered).
 15495 | D:7      | 15495 ||| Stepping ~*~*~tactically~*~*~ (outnumbered).
 15497 | D:7      | 15497 ||| Stepping ~*~*~tactically~*~*~ (outnumbered).
 15499 | D:7      | 15499 ||| Stepping ~*~*~tactically~*~*~ (outnumbered).
 15501 | D:7      | 15501 ||| Stepping ~*~*~tactically~*~*~ (outnumbered).
 15503 | D:7      | 15503 ||| Stepping ~*~*~tactically~*~*~ (outnumbered).
 15505 | D:7      | 15505 ||| Stepping ~*~*~tactically~*~*~ (outnumbered).
 15507 | D:7      | 15507 ||| Stepping ~*~*~tactically~*~*~ (outnumbered).
 15509 | D:7      | 15509 ||| Stepping ~*~*~tactically~*~*~ (outnumbered).
 15511 | D:7      | 15511 ||| Stepping ~*~*~tactically~*~*~ (outnumbered).
 15513 | D:7      | 15513 ||| Stepping ~*~*~tactically~*~*~ (outnumbered).
 15515 | D:7      | 15515 ||| Stepping ~*~*~tactically~*~*~ (outnumbered).
 15517 | D:7      | 15517 ||| Stepping ~*~*~tactically~*~*~ (outnumbered).
 15519 | D:7      | 15519 ||| Stepping ~*~*~tactically~*~*~ (outnumbered).
 15521 | D:7      | 15521 ||| Stepping ~*~*~tactically~*~*~ (outnumbered).
 15523 | D:7      | 15523 ||| Stepping ~*~*~tactically~*~*~ (outnumbered).
 15525 | D:7      | 15525 ||| Stepping ~*~*~tactically~*~*~ (outnumbered).
 15527 | D:7      | 15527 ||| Stepping ~*~*~tactically~*~*~ (outnumbered).
 15529 | D:7      | 15529 ||| Stepping ~*~*~tactically~*~*~ (outnumbered).
 15531 | D:7      | 15531 ||| Stepping ~*~*~tactically~*~*~ (outnumbered).
 15533 | D:7      | 15533 ||| Stepping ~*~*~tactically~*~*~ (outnumbered).
 15535 | D:7      | 15535 ||| Stepping ~*~*~tactically~*~*~ (outnumbered).
 15537 | D:7      | 15537 ||| Stepping ~*~*~tactically~*~*~ (outnumbered).
 15539 | D:7      | 15539 ||| Stepping ~*~*~tactically~*~*~ (outnumbered).
 15541 | D:7      | 15541 ||| Stepping ~*~*~tactically~*~*~ (outnumbered).
 15543 | D:7      | 15543 ||| Stepping ~*~*~tactically~*~*~ (outnumbered).
 15545 | D:7      | 15545 ||| Stepping ~*~*~tactically~*~*~ (outnumbered).
 15547 | D:7      | 15547 ||| Stepping ~*~*~tactically~*~*~ (outnumbered).
 15549 | D:7      | 15549 ||| Stepping ~*~*~tactically~*~*~ (outnumbered).
 15551 | D:7      | 15551 ||| Stepping ~*~*~tactically~*~*~ (outnumbered).
 15553 | D:7      | 15553 ||| Stepping ~*~*~tactically~*~*~ (outnumbered).
 15555 | D:7      | 15555 ||| Stepping ~*~*~tactically~*~*~ (outnumbered).
 15557 | D:7      | 15557 ||| Stepping ~*~*~tactically~*~*~ (outnumbered).
 15559 | D:7      | 15559 ||| Stepping ~*~*~tactically~*~*~ (outnumbered).
 15561 | D:7      | 15561 ||| Stepping ~*~*~tactically~*~*~ (outnumbered).
 15563 | D:7      | 15563 ||| Stepping ~*~*~tactically~*~*~ (outnumbered).
 15565 | D:7      | 15565 ||| Stepping ~*~*~tactically~*~*~ (outnumbered).
 15567 | D:7      | 15567 ||| Stepping ~*~*~tactically~*~*~ (outnumbered).
 15569 | D:7      | 15569 ||| Stepping ~*~*~tactically~*~*~ (outnumbered).
 15571 | D:7      | 15571 ||| Stepping ~*~*~tactically~*~*~ (outnumbered).
 15573 | D:7      | 15573 ||| Stepping ~*~*~tactically~*~*~ (outnumbered).
 15575 | D:7      | 15575 ||| Stepping ~*~*~tactically~*~*~ (outnumbered).
 15577 | D:7      | 15577 ||| Stepping ~*~*~tactically~*~*~ (outnumbered).
 15579 | D:7      | 15579 ||| Stepping ~*~*~tactically~*~*~ (outnumbered).
 15581 | D:7      | 15581 ||| Stepping ~*~*~tactically~*~*~ (outnumbered).
 15583 | D:7      | 15583 ||| Stepping ~*~*~tactically~*~*~ (outnumbered).
 15585 | D:7      | 15585 ||| Stepping ~*~*~tactically~*~*~ (outnumbered).
 15587 | D:7      | 15587 ||| Stepping ~*~*~tactically~*~*~ (outnumbered).
 15589 | D:7      | 15589 ||| Stepping ~*~*~tactically~*~*~ (outnumbered).
 15591 | D:7      | 15591 ||| Stepping ~*~*~tactically~*~*~ (outnumbered).
 15593 | D:7      | 15593 ||| Stepping ~*~*~tactically~*~*~ (outnumbered).
 15595 | D:7      | 15595 ||| Stepping ~*~*~tactically~*~*~ (outnumbered).
 15597 | D:7      | 15597 ||| Stepping ~*~*~tactically~*~*~ (outnumbered).
 15599 | D:7      | 15599 ||| Stepping ~*~*~tactically~*~*~ (outnumbered).
 15601 | D:7      | 15601 ||| Stepping ~*~*~tactically~*~*~ (outnumbered).
 15603 | D:7      | 15603 ||| Stepping ~*~*~tactically~*~*~ (outnumbered).
 15605 | D:7      | 15605 ||| Stepping ~*~*~tactically~*~*~ (outnumbered).
 15607 | D:7      | 15607 ||| Stepping ~*~*~tactically~*~*~ (outnumbered).
 15609 | D:7      | 15609 ||| Stepping ~*~*~tactically~*~*~ (outnumbered).
 15611 | D:7      | 15611 ||| Stepping ~*~*~tactically~*~*~ (outnumbered).
 15613 | D:7      | 15613 ||| Stepping ~*~*~tactically~*~*~ (outnumbered).
 15615 | D:7      | 15615 ||| Stepping ~*~*~tactically~*~*~ (outnumbered).
 15617 | D:7      | 15617 ||| Stepping ~*~*~tactically~*~*~ (outnumbered).
 15619 | D:7      | 15619 ||| Stepping ~*~*~tactically~*~*~ (outnumbered).
 15621 | D:7      | 15621 ||| Stepping ~*~*~tactically~*~*~ (outnumbered).
 15623 | D:7      | 15623 ||| Stepping ~*~*~tactically~*~*~ (outnumbered).
 15625 | D:7      | 15625 ||| Stepping ~*~*~tactically~*~*~ (outnumbered).
 15627 | D:7      | 15627 ||| Stepping ~*~*~tactically~*~*~ (outnumbered).
 15629 | D:7      | 15629 ||| Stepping ~*~*~tactically~*~*~ (outnumbered).
 15631 | D:7      | 15631 ||| Stepping ~*~*~tactically~*~*~ (outnumbered).
 15633 | D:7      | 15633 ||| Stepping ~*~*~tactically~*~*~ (outnumbered).
 15635 | D:7      | 15635 ||| Stepping ~*~*~tactically~*~*~ (outnumbered).
 15637 | D:7      | 15637 ||| Stepping ~*~*~tactically~*~*~ (outnumbered).
 15639 | D:7      | 15639 ||| Stepping ~*~*~tactically~*~*~ (outnumbered).
 15641 | D:7      | 15641 ||| Stepping ~*~*~tactically~*~*~ (outnumbered).
 15643 | D:7      | 15643 ||| Stepping ~*~*~tactically~*~*~ (outnumbered).
 15645 | D:7      | 15645 ||| Stepping ~*~*~tactically~*~*~ (outnumbered).
 15647 | D:7      | 15647 ||| Stepping ~*~*~tactically~*~*~ (outnumbered).
 15649 | D:7      | 15649 ||| Stepping ~*~*~tactically~*~*~ (outnumbered).
 15651 | D:7      | 15651 ||| Stepping ~*~*~tactically~*~*~ (outnumbered).
 15653 | D:7      | 15653 ||| Stepping ~*~*~tactically~*~*~ (outnumbered).
 15655 | D:7      | 15655 ||| Stepping ~*~*~tactically~*~*~ (outnumbered).
 15657 | D:7      | 15657 ||| Stepping ~*~*~tactically~*~*~ (outnumbered).
 15659 | D:7      | 15659 ||| Stepping ~*~*~tactically~*~*~ (outnumbered).
 15661 | D:7      | 15661 ||| Stepping ~*~*~tactically~*~*~ (outnumbered).
 15663 | D:7      | 15663 ||| Stepping ~*~*~tactically~*~*~ (outnumbered).
 15665 | D:7      | 15665 ||| Stepping ~*~*~tactically~*~*~ (outnumbered).
 15667 | D:7      | 15667 ||| Stepping ~*~*~tactically~*~*~ (outnumbered).
 15669 | D:7      | 15669 ||| Stepping ~*~*~tactically~*~*~ (outnumbered).
 15671 | D:7      | 15671 ||| Stepping ~*~*~tactically~*~*~ (outnumbered).
 15673 | D:7      | 15673 ||| Stepping ~*~*~tactically~*~*~ (outnumbered).
 15675 | D:7      | 15675 ||| Stepping ~*~*~tactically~*~*~ (outnumbered).
 15677 | D:7      | 15677 ||| Stepping ~*~*~tactically~*~*~ (outnumbered).
 15679 | D:7      | 15679 ||| Stepping ~*~*~tactically~*~*~ (outnumbered).
 15681 | D:7      | 15681 ||| Stepping ~*~*~tactically~*~*~ (outnumbered).
 15683 | D:7      | 15683 ||| Stepping ~*~*~tactically~*~*~ (outnumbered).
 15685 | D:7      | 15685 ||| Stepping ~*~*~tactically~*~*~ (outnumbered).
 15687 | D:7      | 15687 ||| Stepping ~*~*~tactically~*~*~ (outnumbered).
 15689 | D:7      | 15689 ||| Stepping ~*~*~tactically~*~*~ (outnumbered).
 15691 | D:7      | 15691 ||| Stepping ~*~*~tactically~*~*~ (outnumbered).
 15693 | D:7      | 15693 ||| Stepping ~*~*~tactically~*~*~ (outnumbered).
 15695 | D:7      | 15695 ||| Stepping ~*~*~tactically~*~*~ (outnumbered).
 15697 | D:7      | 15697 ||| Stepping ~*~*~tactically~*~*~ (outnumbered).
 15699 | D:7      | 15699 ||| Stepping ~*~*~tactically~*~*~ (outnumbered).
 15701 | D:7      | 15701 ||| Stepping ~*~*~tactically~*~*~ (outnumbered).
 15703 | D:7      | 15703 ||| Stepping ~*~*~tactically~*~*~ (outnumbered).
 15705 | D:7      | 15705 ||| Stepping ~*~*~tactically~*~*~ (outnumbered).
 15707 | D:7      | 15707 ||| Stepping ~*~*~tactically~*~*~ (outnumbered).
 15709 | D:7      | 15709 ||| Stepping ~*~*~tactically~*~*~ (outnumbered).
 15711 | D:7      | 15711 ||| Stepping ~*~*~tactically~*~*~ (outnumbered).
 15713 | D:7      | 15713 ||| Stepping ~*~*~tactically~*~*~ (outnumbered).
 15715 | D:7      | 15715 ||| Stepping ~*~*~tactically~*~*~ (outnumbered).
 15717 | D:7      | 15717 ||| Stepping ~*~*~tactically~*~*~ (outnumbered).
 15719 | D:7      | 15719 ||| Stepping ~*~*~tactically~*~*~ (outnumbered).
 15721 | D:7      | 15721 ||| Stepping ~*~*~tactically~*~*~ (outnumbered).
 15723 | D:7      | 15723 ||| Stepping ~*~*~tactically~*~*~ (outnumbered).
 15725 | D:7      | 15725 ||| Stepping ~*~*~tactically~*~*~ (outnumbered).
 15727 | D:7      | 15727 ||| Stepping ~*~*~tactically~*~*~ (outnumbered).
 15729 | D:7      | 15729 ||| Stepping ~*~*~tactically~*~*~ (outnumbered).
 15731 | D:7      | 15731 ||| Stepping ~*~*~tactically~*~*~ (outnumbered).
 15733 | D:7      | 15733 ||| Stepping ~*~*~tactically~*~*~ (outnumbered).
 15735 | D:7      | 15735 ||| Stepping ~*~*~tactically~*~*~ (outnumbered).
 15737 | D:7      | 15737 ||| Stepping ~*~*~tactically~*~*~ (outnumbered).
 15739 | D:7      | 15739 ||| Stepping ~*~*~tactically~*~*~ (outnumbered).
 15741 | D:7      | 15741 ||| Stepping ~*~*~tactically~*~*~ (outnumbered).
 15743 | D:7      | 15743 ||| Stepping ~*~*~tactically~*~*~ (outnumbered).
 15745 | D:7      | 15745 ||| Stepping ~*~*~tactically~*~*~ (outnumbered).
 15747 | D:7      | 15747 ||| Stepping ~*~*~tactically~*~*~ (outnumbered).
 15749 | D:7      | 15749 ||| Stepping ~*~*~tactically~*~*~ (outnumbered).
 15751 | D:7      | 15751 ||| Stepping ~*~*~tactically~*~*~ (outnumbered).
 15753 | D:7      | 15753 ||| Stepping ~*~*~tactically~*~*~ (outnumbered).
 15755 | D:7      | 15755 ||| Stepping ~*~*~tactically~*~*~ (outnumbered).
 15757 | D:7      | 15757 ||| Stepping ~*~*~tactically~*~*~ (outnumbered).
 15759 | D:7      | 15759 ||| Stepping ~*~*~tactically~*~*~ (outnumbered).
 15761 | D:7      | 15761 ||| Stepping ~*~*~tactically~*~*~ (outnumbered).
 15763 | D:7      | 15763 ||| Stepping ~*~*~tactically~*~*~ (outnumbered).
 15765 | D:7      | 15765 ||| Stepping ~*~*~tactically~*~*~ (outnumbered).
 15767 | D:7      | 15767 ||| Stepping ~*~*~tactically~*~*~ (outnumbered).
 15769 | D:7      | 15769 ||| Stepping ~*~*~tactically~*~*~ (outnumbered).
 15771 | D:7      | 15771 ||| Stepping ~*~*~tactically~*~*~ (outnumbered).
 15773 | D:7      | 15773 ||| Stepping ~*~*~tactically~*~*~ (outnumbered).
 15775 | D:7      | 15775 ||| Stepping ~*~*~tactically~*~*~ (outnumbered).
 15777 | D:7      | 15777 ||| Stepping ~*~*~tactically~*~*~ (outnumbered).
 15779 | D:7      | 15779 ||| Stepping ~*~*~tactically~*~*~ (outnumbered).
 15781 | D:7      | 15781 ||| Stepping ~*~*~tactically~*~*~ (outnumbered).
 15783 | D:7      | 15783 ||| Stepping ~*~*~tactically~*~*~ (outnumbered).
 15785 | D:7      | 15785 ||| Stepping ~*~*~tactically~*~*~ (outnumbered).
 15787 | D:7      | 15787 ||| Stepping ~*~*~tactically~*~*~ (outnumbered).
 15789 | D:7      | 15789 ||| Stepping ~*~*~tactically~*~*~ (outnumbered).
 15791 | D:7      | 15791 ||| Stepping ~*~*~tactically~*~*~ (outnumbered).
 15793 | D:7      | 15793 ||| Stepping ~*~*~tactically~*~*~ (outnumbered).
 15795 | D:7      | 15795 ||| Stepping ~*~*~tactically~*~*~ (outnumbered).
 15797 | D:7      | 15797 ||| Stepping ~*~*~tactically~*~*~ (outnumbered).
 15799 | D:7      | 15799 ||| Stepping ~*~*~tactically~*~*~ (outnumbered).
 15801 | D:7      | 15801 ||| Stepping ~*~*~tactically~*~*~ (outnumbered).
 15803 | D:7      | 15803 ||| Stepping ~*~*~tactically~*~*~ (outnumbered).
 15805 | D:7      | 15805 ||| Stepping ~*~*~tactically~*~*~ (outnumbered).
 15807 | D:7      | 15807 ||| Stepping ~*~*~tactically~*~*~ (outnumbered).
 15809 | D:7      | 15809 ||| Stepping ~*~*~tactically~*~*~ (outnumbered).
 15811 | D:7      | 15811 ||| Stepping ~*~*~tactically~*~*~ (outnumbered).
 15813 | D:7      | 15813 ||| Stepping ~*~*~tactically~*~*~ (outnumbered).
 15815 | D:7      | 15815 ||| Stepping ~*~*~tactically~*~*~ (outnumbered).
 15817 | D:7      | 15817 ||| Stepping ~*~*~tactically~*~*~ (outnumbered).
 15819 | D:7      | 15819 ||| Stepping ~*~*~tactically~*~*~ (outnumbered).
 15821 | D:7      | 15821 ||| Stepping ~*~*~tactically~*~*~ (outnumbered).
 15823 | D:7      | 15823 ||| Stepping ~*~*~tactically~*~*~ (outnumbered).
 15825 | D:7      | 15825 ||| Stepping ~*~*~tactically~*~*~ (outnumbered).
 15827 | D:7      | 15827 ||| Stepping ~*~*~tactically~*~*~ (outnumbered).
 15829 | D:7      | 15829 ||| Stepping ~*~*~tactically~*~*~ (outnumbered).
 15831 | D:7      | 15831 ||| Stepping ~*~*~tactically~*~*~ (outnumbered).
 15833 | D:7      | 15833 ||| Stepping ~*~*~tactically~*~*~ (outnumbered).
 15835 | D:7      | 15835 ||| Stepping ~*~*~tactically~*~*~ (outnumbered).
 15837 | D:7      | 15837 ||| Stepping ~*~*~tactically~*~*~ (outnumbered).
 15839 | D:7      | 15839 ||| Stepping ~*~*~tactically~*~*~ (outnumbered).
 15841 | D:7      | 15841 ||| Stepping ~*~*~tactically~*~*~ (outnumbered).
 15843 | D:7      | 15843 ||| Stepping ~*~*~tactically~*~*~ (outnumbered).
 15845 | D:7      | 15845 ||| Stepping ~*~*~tactically~*~*~ (outnumbered).
 15847 | D:7      | 15847 ||| Stepping ~*~*~tactically~*~*~ (outnumbered).
 15849 | D:7      | 15849 ||| Stepping ~*~*~tactically~*~*~ (outnumbered).
 15851 | D:7      | 15851 ||| Stepping ~*~*~tactically~*~*~ (outnumbered).
 15853 | D:7      | 15853 ||| Stepping ~*~*~tactically~*~*~ (outnumbered).
 15855 | D:7      | 15855 ||| Stepping ~*~*~tactically~*~*~ (outnumbered).
 15857 | D:7      | 15857 ||| Stepping ~*~*~tactically~*~*~ (outnumbered).
 15859 | D:7      | 15859 ||| Stepping ~*~*~tactically~*~*~ (outnumbered).
 15861 | D:7      | 15861 ||| Stepping ~*~*~tactically~*~*~ (outnumbered).
 15863 | D:7      | 15863 ||| Stepping ~*~*~tactically~*~*~ (outnumbered).
 15865 | D:7      | 15865 ||| Stepping ~*~*~tactically~*~*~ (outnumbered).
 15867 | D:7      | 15867 ||| Stepping ~*~*~tactically~*~*~ (outnumbered).
 15869 | D:7      | 15869 ||| Stepping ~*~*~tactically~*~*~ (outnumbered).
 15871 | D:7      | 15871 ||| Stepping ~*~*~tactically~*~*~ (outnumbered).
 15873 | D:7      | 15873 ||| Stepping ~*~*~tactically~*~*~ (outnumbered).
 15875 | D:7      | 15875 ||| Stepping ~*~*~tactically~*~*~ (outnumbered).
 15877 | D:7      | 15877 ||| Stepping ~*~*~tactically~*~*~ (outnumbered).
 15879 | D:7      | 15879 ||| Stepping ~*~*~tactically~*~*~ (outnumbered).
 15881 | D:7      | 15881 ||| Stepping ~*~*~tactically~*~*~ (outnumbered).
 15883 | D:7      | 15883 ||| Stepping ~*~*~tactically~*~*~ (outnumbered).
 15885 | D:7      | 15885 ||| Stepping ~*~*~tactically~*~*~ (outnumbered).
 15887 | D:7      | 15887 ||| Stepping ~*~*~tactically~*~*~ (outnumbered).
 15889 | D:7      | 15889 ||| Stepping ~*~*~tactically~*~*~ (outnumbered).
 15891 | D:7      | 15891 ||| Stepping ~*~*~tactically~*~*~ (outnumbered).
 15893 | D:7      | 15893 ||| Stepping ~*~*~tactically~*~*~ (outnumbered).
 15895 | D:7      | 15895 ||| Stepping ~*~*~tactically~*~*~ (outnumbered).
 15897 | D:7      | 15897 ||| Stepping ~*~*~tactically~*~*~ (outnumbered).
 15899 | D:7      | 15899 ||| Stepping ~*~*~tactically~*~*~ (outnumbered).
 15901 | D:7      | 15901 ||| Stepping ~*~*~tactically~*~*~ (outnumbered).
 15903 | D:7      | 15903 ||| Stepping ~*~*~tactically~*~*~ (outnumbered).
 15905 | D:7      | 15905 ||| Stepping ~*~*~tactically~*~*~ (outnumbered).
 15907 | D:7      | 15907 ||| Stepping ~*~*~tactically~*~*~ (outnumbered).
 15909 | D:7      | 15909 ||| Stepping ~*~*~tactically~*~*~ (outnumbered).
 15911 | D:7      | 15911 ||| Stepping ~*~*~tactically~*~*~ (outnumbered).
 15913 | D:7      | 15913 ||| Stepping ~*~*~tactically~*~*~ (outnumbered).
 15915 | D:7      | 15915 ||| Stepping ~*~*~tactically~*~*~ (outnumbered).
 15917 | D:7      | 15917 ||| Stepping ~*~*~tactically~*~*~ (outnumbered).
 15919 | D:7      | 15919 ||| Stepping ~*~*~tactically~*~*~ (outnumbered).
 15921 | D:7      | 15921 ||| Stepping ~*~*~tactically~*~*~ (outnumbered).
 15923 | D:7      | 15923 ||| Stepping ~*~*~tactically~*~*~ (outnumbered).
 15925 | D:7      | 15925 ||| Stepping ~*~*~tactically~*~*~ (outnumbered).
 15927 | D:7      | 15927 ||| Stepping ~*~*~tactically~*~*~ (outnumbered).
 15929 | D:7      | 15929 ||| Stepping ~*~*~tactically~*~*~ (outnumbered).
 15931 | D:7      | 15931 ||| Stepping ~*~*~tactically~*~*~ (outnumbered).
 15933 | D:7      | 15933 ||| Stepping ~*~*~tactically~*~*~ (outnumbered).
 15935 | D:7      | 15935 ||| Stepping ~*~*~tactically~*~*~ (outnumbered).
 15937 | D:7      | 15937 ||| Stepping ~*~*~tactically~*~*~ (outnumbered).
 15939 | D:7      | 15939 ||| Stepping ~*~*~tactically~*~*~ (outnumbered).
 15941 | D:7      | 15941 ||| Stepping ~*~*~tactically~*~*~ (outnumbered).
 15943 | D:7      | 15943 ||| Stepping ~*~*~tactically~*~*~ (outnumbered).
 15945 | D:7      | 15945 ||| Stepping ~*~*~tactically~*~*~ (outnumbered).
 15947 | D:7      | 15947 ||| Stepping ~*~*~tactically~*~*~ (outnumbered).
 15949 | D:7      | 15949 ||| Stepping ~*~*~tactically~*~*~ (outnumbered).
 15951 | D:7      | 15951 ||| Stepping ~*~*~tactically~*~*~ (outnumbered).
 15953 | D:7      | 15953 ||| Stepping ~*~*~tactically~*~*~ (outnumbered).
 15955 | D:7      | 15955 ||| Stepping ~*~*~tactically~*~*~ (outnumbered).
 15957 | D:7      | 15957 ||| Stepping ~*~*~tactically~*~*~ (outnumbered).
 15959 | D:7      | 15959 ||| Stepping ~*~*~tactically~*~*~ (outnumbered).
 15961 | D:7      | 15961 ||| Stepping ~*~*~tactically~*~*~ (outnumbered).
 15963 | D:7      | 15963 ||| Stepping ~*~*~tactically~*~*~ (outnumbered).
 15965 | D:7      | 15965 ||| Stepping ~*~*~tactically~*~*~ (outnumbered).
 15967 | D:7      | 15967 ||| Stepping ~*~*~tactically~*~*~ (outnumbered).
 15969 | D:7      | 15969 ||| Stepping ~*~*~tactically~*~*~ (outnumbered).
 15971 | D:7      | 15971 ||| Stepping ~*~*~tactically~*~*~ (outnumbered).
 15973 | D:7      | 15973 ||| Stepping ~*~*~tactically~*~*~ (outnumbered).
 15975 | D:7      | 15975 ||| Stepping ~*~*~tactically~*~*~ (outnumbered).
 15977 | D:7      | 15977 ||| Stepping ~*~*~tactically~*~*~ (outnumbered).
 15979 | D:7      | 15979 ||| Stepping ~*~*~tactically~*~*~ (outnumbered).
 15981 | D:7      | 15981 ||| Stepping ~*~*~tactically~*~*~ (outnumbered).
 15983 | D:7      | 15983 ||| Stepping ~*~*~tactically~*~*~ (outnumbered).
 15985 | D:7      | 15985 ||| Stepping ~*~*~tactically~*~*~ (outnumbered).
 15987 | D:7      | 15987 ||| Stepping ~*~*~tactically~*~*~ (outnumbered).
 15989 | D:7      | 15989 ||| Stepping ~*~*~tactically~*~*~ (outnumbered).
 15991 | D:7      | 15991 ||| Stepping ~*~*~tactically~*~*~ (outnumbered).
 15993 | D:7      | 15993 ||| Stepping ~*~*~tactically~*~*~ (outnumbered).
 15995 | D:7      | 15995 ||| Stepping ~*~*~tactically~*~*~ (outnumbered).
 15997 | D:7      | 15997 ||| Stepping ~*~*~tactically~*~*~ (outnumbered).
 15999 | D:7      | 15999 ||| Stepping ~*~*~tactically~*~*~ (outnumbered).
 16001 | D:7      | 16001 ||| Stepping ~*~*~tactically~*~*~ (outnumbered).
 16003 | D:7      | 16003 ||| Stepping ~*~*~tactically~*~*~ (outnumbered).
 16005 | D:7      | 16005 ||| Stepping ~*~*~tactically~*~*~ (outnumbered).
 16007 | D:7      | 16007 ||| Stepping ~*~*~tactically~*~*~ (outnumbered).
 16009 | D:7      | 16009 ||| Stepping ~*~*~tactically~*~*~ (outnumbered).
 16011 | D:7      | 16011 ||| Stepping ~*~*~tactically~*~*~ (outnumbered).
 16013 | D:7      | 16013 ||| Stepping ~*~*~tactically~*~*~ (outnumbered).
 16015 | D:7      | 16015 ||| Stepping ~*~*~tactically~*~*~ (outnumbered).
 16017 | D:7      | 16017 ||| Stepping ~*~*~tactically~*~*~ (outnumbered).
 16019 | D:7      | 16019 ||| Stepping ~*~*~tactically~*~*~ (outnumbered).
 16021 | D:7      | 16021 ||| Stepping ~*~*~tactically~*~*~ (outnumbered).
 16023 | D:7      | 16023 ||| Stepping ~*~*~tactically~*~*~ (outnumbered).
 16025 | D:7      | 16025 ||| Stepping ~*~*~tactically~*~*~ (outnumbered).
 16027 | D:7      | 16027 ||| Stepping ~*~*~tactically~*~*~ (outnumbered).
 16029 | D:7      | 16029 ||| Stepping ~*~*~tactically~*~*~ (outnumbered).
 16031 | D:7      | 16031 ||| Stepping ~*~*~tactically~*~*~ (outnumbered).
 16033 | D:7      | 16033 ||| Stepping ~*~*~tactically~*~*~ (outnumbered).
 16035 | D:7      | 16035 ||| Stepping ~*~*~tactically~*~*~ (outnumbered).
 16037 | D:7      | 16037 ||| Stepping ~*~*~tactically~*~*~ (outnumbered).
 16039 | D:7      | 16039 ||| Stepping ~*~*~tactically~*~*~ (outnumbered).
 16041 | D:7      | 16041 ||| Stepping ~*~*~tactically~*~*~ (outnumbered).
 16043 | D:7      | 16043 ||| Stepping ~*~*~tactically~*~*~ (outnumbered).
 16045 | D:7      | 16045 ||| Stepping ~*~*~tactically~*~*~ (outnumbered).
 16047 | D:7      | 16047 ||| Stepping ~*~*~tactically~*~*~ (outnumbered).
 16049 | D:7      | 16049 ||| Stepping ~*~*~tactically~*~*~ (outnumbered).
 16051 | D:7      | 16051 ||| Stepping ~*~*~tactically~*~*~ (outnumbered).
 16053 | D:7      | 16053 ||| Stepping ~*~*~tactically~*~*~ (outnumbered).
 16055 | D:7      | 16055 ||| Stepping ~*~*~tactically~*~*~ (outnumbered).
 16057 | D:7      | 16057 ||| Stepping ~*~*~tactically~*~*~ (outnumbered).
 16059 | D:7      | 16059 ||| Stepping ~*~*~tactically~*~*~ (outnumbered).
 16061 | D:7      | 16061 ||| Stepping ~*~*~tactically~*~*~ (outnumbered).
 16063 | D:7      | 16063 ||| Stepping ~*~*~tactically~*~*~ (outnumbered).
 16065 | D:7      | 16065 ||| Stepping ~*~*~tactically~*~*~ (outnumbered).
 16067 | D:7      | 16067 ||| Stepping ~*~*~tactically~*~*~ (outnumbered).
 16069 | D:7      | 16069 ||| Stepping ~*~*~tactically~*~*~ (outnumbered).
 16071 | D:7      | 16071 ||| Stepping ~*~*~tactically~*~*~ (outnumbered).
 16073 | D:7      | 16073 ||| Stepping ~*~*~tactically~*~*~ (outnumbered).
 16075 | D:7      | 16075 ||| Stepping ~*~*~tactically~*~*~ (outnumbered).
 16077 | D:7      | 16077 ||| Stepping ~*~*~tactically~*~*~ (outnumbered).
 16079 | D:7      | 16079 ||| Stepping ~*~*~tactically~*~*~ (outnumbered).
 16081 | D:7      | 16081 ||| Stepping ~*~*~tactically~*~*~ (outnumbered).
 16083 | D:7      | 16083 ||| Stepping ~*~*~tactically~*~*~ (outnumbered).
 16085 | D:7      | 16085 ||| Stepping ~*~*~tactically~*~*~ (outnumbered).
 16087 | D:7      | 16087 ||| Stepping ~*~*~tactically~*~*~ (outnumbered).
 16089 | D:7      | 16089 ||| Stepping ~*~*~tactically~*~*~ (outnumbered).
 16091 | D:7      | 16091 ||| Stepping ~*~*~tactically~*~*~ (outnumbered).
 16093 | D:7      | 16093 ||| Stepping ~*~*~tactically~*~*~ (outnumbered).
 16095 | D:7      | 16095 ||| Stepping ~*~*~tactically~*~*~ (outnumbered).
 16097 | D:7      | 16097 ||| Stepping ~*~*~tactically~*~*~ (outnumbered).
 16099 | D:7      | 16099 ||| Stepping ~*~*~tactically~*~*~ (outnumbered).
 16101 | D:7      | 16101 ||| Stepping ~*~*~tactically~*~*~ (outnumbered).
 16103 | D:7      | 16103 ||| Stepping ~*~*~tactically~*~*~ (outnumbered).
 16105 | D:7      | 16105 ||| Stepping ~*~*~tactically~*~*~ (outnumbered).
 16107 | D:7      | 16107 ||| Stepping ~*~*~tactically~*~*~ (outnumbered).
 16109 | D:7      | 16109 ||| Stepping ~*~*~tactically~*~*~ (outnumbered).
 16111 | D:7      | 16111 ||| Stepping ~*~*~tactically~*~*~ (outnumbered).
 16113 | D:7      | 16113 ||| Stepping ~*~*~tactically~*~*~ (outnumbered).
 16115 | D:7      | 16115 ||| Stepping ~*~*~tactically~*~*~ (outnumbered).
 16117 | D:7      | 16117 ||| Stepping ~*~*~tactically~*~*~ (outnumbered).
 16119 | D:7      | 16119 ||| Stepping ~*~*~tactically~*~*~ (outnumbered).
 16121 | D:7      | 16121 ||| Stepping ~*~*~tactically~*~*~ (outnumbered).
 16123 | D:7      | 16123 ||| Stepping ~*~*~tactically~*~*~ (outnumbered).
 16125 | D:7      | 16125 ||| Stepping ~*~*~tactically~*~*~ (outnumbered).
 16127 | D:7      | 16127 ||| Stepping ~*~*~tactically~*~*~ (outnumbered).
 16129 | D:7      | 16129 ||| Stepping ~*~*~tactically~*~*~ (outnumbered).
 16131 | D:7      | 16131 ||| Stepping ~*~*~tactically~*~*~ (outnumbered).
 16133 | D:7      | 16133 ||| Stepping ~*~*~tactically~*~*~ (outnumbered).
 16135 | D:7      | 16135 ||| Stepping ~*~*~tactically~*~*~ (outnumbered).
 16137 | D:7      | 16137 ||| Stepping ~*~*~tactically~*~*~ (outnumbered).
 16139 | D:7      | 16139 ||| Stepping ~*~*~tactically~*~*~ (outnumbered).
 16141 | D:7      | 16141 ||| Stepping ~*~*~tactically~*~*~ (outnumbered).
 16143 | D:7      | 16143 ||| Stepping ~*~*~tactically~*~*~ (outnumbered).
 16145 | D:7      | 16145 ||| Stepping ~*~*~tactically~*~*~ (outnumbered).
 16147 | D:7      | 16147 ||| Stepping ~*~*~tactically~*~*~ (outnumbered).
 16149 | D:7      | 16149 ||| Stepping ~*~*~tactically~*~*~ (outnumbered).
 16151 | D:7      | 16151 ||| Stepping ~*~*~tactically~*~*~ (outnumbered).
 16153 | D:7      | 16153 ||| Stepping ~*~*~tactically~*~*~ (outnumbered).
 16155 | D:7      | 16155 ||| Stepping ~*~*~tactically~*~*~ (outnumbered).
 16157 | D:7      | 16157 ||| Stepping ~*~*~tactically~*~*~ (outnumbered).
 16159 | D:7      | 16159 ||| Stepping ~*~*~tactically~*~*~ (outnumbered).
 16161 | D:7      | 16161 ||| Stepping ~*~*~tactically~*~*~ (outnumbered).
 16163 | D:7      | 16163 ||| Stepping ~*~*~tactically~*~*~ (outnumbered).
 16165 | D:7      | 16165 ||| Stepping ~*~*~tactically~*~*~ (outnumbered).
 16167 | D:7      | 16167 ||| Stepping ~*~*~tactically~*~*~ (outnumbered).
 16169 | D:7      | 16169 ||| Stepping ~*~*~tactically~*~*~ (outnumbered).
 16171 | D:7      | 16171 ||| Stepping ~*~*~tactically~*~*~ (outnumbered).
 16173 | D:7      | 16173 ||| Stepping ~*~*~tactically~*~*~ (outnumbered).
 16175 | D:7      | 16175 ||| Stepping ~*~*~tactically~*~*~ (outnumbered).
 16177 | D:7      | 16177 ||| Stepping ~*~*~tactically~*~*~ (outnumbered).
 16179 | D:7      | 16179 ||| Stepping ~*~*~tactically~*~*~ (outnumbered).
 16181 | D:7      | 16181 ||| Stepping ~*~*~tactically~*~*~ (outnumbered).
 16183 | D:7      | 16183 ||| Stepping ~*~*~tactically~*~*~ (outnumbered).
 16185 | D:7      | 16185 ||| Stepping ~*~*~tactically~*~*~ (outnumbered).
 16187 | D:7      | 16187 ||| Stepping ~*~*~tactically~*~*~ (outnumbered).
 16189 | D:7      | 16189 ||| Stepping ~*~*~tactically~*~*~ (outnumbered).
 16191 | D:7      | 16191 ||| Stepping ~*~*~tactically~*~*~ (outnumbered).
 16193 | D:7      | 16193 ||| Stepping ~*~*~tactically~*~*~ (outnumbered).
 16195 | D:7      | 16195 ||| Stepping ~*~*~tactically~*~*~ (outnumbered).
 16197 | D:7      | 16197 ||| Stepping ~*~*~tactically~*~*~ (outnumbered).
 16199 | D:7      | 16199 ||| Stepping ~*~*~tactically~*~*~ (outnumbered).
 16201 | D:7      | 16201 ||| Stepping ~*~*~tactically~*~*~ (outnumbered).
 16203 | D:7      | 16203 ||| Stepping ~*~*~tactically~*~*~ (outnumbered).
 16205 | D:7      | 16205 ||| Stepping ~*~*~tactically~*~*~ (outnumbered).
 16207 | D:7      | 16207 ||| Stepping ~*~*~tactically~*~*~ (outnumbered).
 16209 | D:7      | 16209 ||| Stepping ~*~*~tactically~*~*~ (outnumbered).
 16211 | D:7      | 16211 ||| Stepping ~*~*~tactically~*~*~ (outnumbered).
 16213 | D:7      | 16213 ||| Stepping ~*~*~tactically~*~*~ (outnumbered).
 16215 | D:7      | 16215 ||| Stepping ~*~*~tactically~*~*~ (outnumbered).
 16217 | D:7      | 16217 ||| Stepping ~*~*~tactically~*~*~ (outnumbered).
 16219 | D:7      | 16219 ||| Stepping ~*~*~tactically~*~*~ (outnumbered).
 16221 | D:7      | 16221 ||| Stepping ~*~*~tactically~*~*~ (outnumbered).
 16223 | D:7      | 16223 ||| Stepping ~*~*~tactically~*~*~ (outnumbered).
 16225 | D:7      | 16225 ||| Stepping ~*~*~tactically~*~*~ (outnumbered).
 16227 | D:7      | 16227 ||| Stepping ~*~*~tactically~*~*~ (outnumbered).
 16229 | D:7      | 16229 ||| Stepping ~*~*~tactically~*~*~ (outnumbered).
 16231 | D:7      | 16231 ||| Stepping ~*~*~tactically~*~*~ (outnumbered).
 16233 | D:7      | 16233 ||| Stepping ~*~*~tactically~*~*~ (outnumbered).
 16235 | D:7      | 16235 ||| Stepping ~*~*~tactically~*~*~ (outnumbered).
 16237 | D:7      | 16237 ||| Stepping ~*~*~tactically~*~*~ (outnumbered).
 16239 | D:7      | 16239 ||| Stepping ~*~*~tactically~*~*~ (outnumbered).
 16241 | D:7      | 16241 ||| Stepping ~*~*~tactically~*~*~ (outnumbered).
 16243 | D:7      | 16243 ||| Stepping ~*~*~tactically~*~*~ (outnumbered).
 16245 | D:7      | 16245 ||| Stepping ~*~*~tactically~*~*~ (outnumbered).
 16247 | D:7      | 16247 ||| Stepping ~*~*~tactically~*~*~ (outnumbered).
 16249 | D:7      | 16249 ||| Stepping ~*~*~tactically~*~*~ (outnumbered).
 16251 | D:7      | 16251 ||| Stepping ~*~*~tactically~*~*~ (outnumbered).
 16253 | D:7      | 16253 ||| Stepping ~*~*~tactically~*~*~ (outnumbered).
 16255 | D:7      | 16255 ||| Stepping ~*~*~tactically~*~*~ (outnumbered).
 16257 | D:7      | 16257 ||| Stepping ~*~*~tactically~*~*~ (outnumbered).
 16259 | D:7      | 16259 ||| Stepping ~*~*~tactically~*~*~ (outnumbered).
 16261 | D:7      | 16261 ||| Stepping ~*~*~tactically~*~*~ (outnumbered).
 16263 | D:7      | 16263 ||| Stepping ~*~*~tactically~*~*~ (outnumbered).
 16265 | D:7      | 16265 ||| Stepping ~*~*~tactically~*~*~ (outnumbered).
 16267 | D:7      | 16267 ||| Stepping ~*~*~tactically~*~*~ (outnumbered).
 16269 | D:7      | 16269 ||| Stepping ~*~*~tactically~*~*~ (outnumbered).
 16271 | D:7      | 16271 ||| Stepping ~*~*~tactically~*~*~ (outnumbered).
 16273 | D:7      | 16273 ||| Stepping ~*~*~tactically~*~*~ (outnumbered).
 16275 | D:7      | 16275 ||| Stepping ~*~*~tactically~*~*~ (outnumbered).
 16277 | D:7      | 16277 ||| Stepping ~*~*~tactically~*~*~ (outnumbered).
 16279 | D:7      | 16279 ||| Stepping ~*~*~tactically~*~*~ (outnumbered).
 16281 | D:7      | 16281 ||| Stepping ~*~*~tactically~*~*~ (outnumbered).
 16283 | D:7      | 16283 ||| Stepping ~*~*~tactically~*~*~ (outnumbered).
 16285 | D:7      | 16285 ||| Stepping ~*~*~tactically~*~*~ (outnumbered).
 16287 | D:7      | 16287 ||| Stepping ~*~*~tactically~*~*~ (outnumbered).
 16289 | D:7      | 16289 ||| Stepping ~*~*~tactically~*~*~ (outnumbered).
 16291 | D:7      | 16291 ||| Stepping ~*~*~tactically~*~*~ (outnumbered).
 16293 | D:7      | 16293 ||| Stepping ~*~*~tactically~*~*~ (outnumbered).
 16295 | D:7      | 16295 ||| Stepping ~*~*~tactically~*~*~ (outnumbered).
 16297 | D:7      | 16297 ||| Stepping ~*~*~tactically~*~*~ (outnumbered).
 16299 | D:7      | 16299 ||| Stepping ~*~*~tactically~*~*~ (outnumbered).
 16301 | D:7      | 16301 ||| Stepping ~*~*~tactically~*~*~ (outnumbered).
 16303 | D:7      | 16303 ||| Stepping ~*~*~tactically~*~*~ (outnumbered).
 16305 | D:7      | 16305 ||| Stepping ~*~*~tactically~*~*~ (outnumbered).
 16307 | D:7      | 16307 ||| Stepping ~*~*~tactically~*~*~ (outnumbered).
 16309 | D:7      | 16309 ||| Stepping ~*~*~tactically~*~*~ (outnumbered).
 16311 | D:7      | 16311 ||| Stepping ~*~*~tactically~*~*~ (outnumbered).
 16313 | D:7      | 16313 ||| Stepping ~*~*~tactically~*~*~ (outnumbered).
 16315 | D:7      | 16315 ||| Stepping ~*~*~tactically~*~*~ (outnumbered).
 16317 | D:7      | 16317 ||| Stepping ~*~*~tactically~*~*~ (outnumbered).
 16319 | D:7      | 16319 ||| Stepping ~*~*~tactically~*~*~ (outnumbered).
 16321 | D:7      | 16321 ||| Stepping ~*~*~tactically~*~*~ (outnumbered).
 16323 | D:7      | 16323 ||| Stepping ~*~*~tactically~*~*~ (outnumbered).
 16325 | D:7      | 16325 ||| Stepping ~*~*~tactically~*~*~ (outnumbered).
 16327 | D:7      | 16327 ||| Stepping ~*~*~tactically~*~*~ (outnumbered).
 16329 | D:7      | 16329 ||| Stepping ~*~*~tactically~*~*~ (outnumbered).
 16331 | D:7      | 16331 ||| Stepping ~*~*~tactically~*~*~ (outnumbered).
 16333 | D:7      | 16333 ||| Stepping ~*~*~tactically~*~*~ (outnumbered).
 16335 | D:7      | 16335 ||| Stepping ~*~*~tactically~*~*~ (outnumbered).
 16337 | D:7      | 16337 ||| Stepping ~*~*~tactically~*~*~ (outnumbered).
 16339 | D:7      | 16339 ||| Stepping ~*~*~tactically~*~*~ (outnumbered).
 16341 | D:7      | 16341 ||| Stepping ~*~*~tactically~*~*~ (outnumbered).
 16343 | D:7      | 16343 ||| Stepping ~*~*~tactically~*~*~ (outnumbered).
 16345 | D:7      | 16345 ||| Stepping ~*~*~tactically~*~*~ (outnumbered).
 16347 | D:7      | 16347 ||| Stepping ~*~*~tactically~*~*~ (outnumbered).
 16349 | D:7      | 16349 ||| Stepping ~*~*~tactically~*~*~ (outnumbered).
 16351 | D:7      | 16351 ||| Stepping ~*~*~tactically~*~*~ (outnumbered).
 16353 | D:7      | 16353 ||| Stepping ~*~*~tactically~*~*~ (outnumbered).
 16355 | D:7      | 16355 ||| Stepping ~*~*~tactically~*~*~ (outnumbered).
 16357 | D:7      | 16357 ||| Stepping ~*~*~tactically~*~*~ (outnumbered).
 16359 | D:7      | 16359 ||| Stepping ~*~*~tactically~*~*~ (outnumbered).
 16361 | D:7      | 16361 ||| Stepping ~*~*~tactically~*~*~ (outnumbered).
 16363 | D:7      | 16363 ||| Stepping ~*~*~tactically~*~*~ (outnumbered).
 16365 | D:7      | 16365 ||| Stepping ~*~*~tactically~*~*~ (outnumbered).
 16367 | D:7      | 16367 ||| Stepping ~*~*~tactically~*~*~ (outnumbered).
 16369 | D:7      | 16369 ||| Stepping ~*~*~tactically~*~*~ (outnumbered).
 16371 | D:7      | 16371 ||| Stepping ~*~*~tactically~*~*~ (outnumbered).
 16373 | D:7      | 16373 ||| Stepping ~*~*~tactically~*~*~ (outnumbered).
 16375 | D:7      | 16375 ||| Stepping ~*~*~tactically~*~*~ (outnumbered).
 16377 | D:7      | 16377 ||| Stepping ~*~*~tactically~*~*~ (outnumbered).
 16379 | D:7      | 16379 ||| Stepping ~*~*~tactically~*~*~ (outnumbered).
 16381 | D:7      | 16381 ||| Stepping ~*~*~tactically~*~*~ (outnumbered).
 16383 | D:7      | 16383 ||| Stepping ~*~*~tactically~*~*~ (outnumbered).
 16385 | D:7      | 16385 ||| Stepping ~*~*~tactically~*~*~ (outnumbered).
 16387 | D:7      | 16387 ||| Stepping ~*~*~tactically~*~*~ (outnumbered).
 16389 | D:7      | 16389 ||| Stepping ~*~*~tactically~*~*~ (outnumbered).
 16391 | D:7      | 16391 ||| Stepping ~*~*~tactically~*~*~ (outnumbered).
 16393 | D:7      | 16393 ||| Stepping ~*~*~tactically~*~*~ (outnumbered).
 16395 | D:7      | 16395 ||| Stepping ~*~*~tactically~*~*~ (outnumbered).
 16397 | D:7      | 16397 ||| Stepping ~*~*~tactically~*~*~ (outnumbered).
 16399 | D:7      | 16399 ||| Stepping ~*~*~tactically~*~*~ (outnumbered).
 16401 | D:7      | 16401 ||| Stepping ~*~*~tactically~*~*~ (outnumbered).
 16403 | D:7      | 16403 ||| Stepping ~*~*~tactically~*~*~ (outnumbered).
 16405 | D:7      | 16405 ||| Stepping ~*~*~tactically~*~*~ (outnumbered).
 16407 | D:7      | 16407 ||| Stepping ~*~*~tactically~*~*~ (outnumbered).
 16409 | D:7      | 16409 ||| Stepping ~*~*~tactically~*~*~ (outnumbered).
 16411 | D:7      | 16411 ||| Stepping ~*~*~tactically~*~*~ (outnumbered).
 16413 | D:7      | 16413 ||| Stepping ~*~*~tactically~*~*~ (outnumbered).
 16415 | D:7      | 16415 ||| Stepping ~*~*~tactically~*~*~ (outnumbered).
 16417 | D:7      | 16417 ||| Stepping ~*~*~tactically~*~*~ (outnumbered).
 16419 | D:7      | 16419 ||| Stepping ~*~*~tactically~*~*~ (outnumbered).
 16421 | D:7      | 16421 ||| Stepping ~*~*~tactically~*~*~ (outnumbered).
 16423 | D:7      | 16423 ||| Stepping ~*~*~tactically~*~*~ (outnumbered).
 16425 | D:7      | 16425 ||| Stepping ~*~*~tactically~*~*~ (outnumbered).
 16427 | D:7      | 16427 ||| Stepping ~*~*~tactically~*~*~ (outnumbered).
 16429 | D:7      | 16429 ||| Stepping ~*~*~tactically~*~*~ (outnumbered).
 16431 | D:7      | 16431 ||| Stepping ~*~*~tactically~*~*~ (outnumbered).
 16433 | D:7      | 16433 ||| Stepping ~*~*~tactically~*~*~ (outnumbered).
 16435 | D:7      | 16435 ||| Stepping ~*~*~tactically~*~*~ (outnumbered).
 16437 | D:7      | 16437 ||| Stepping ~*~*~tactically~*~*~ (outnumbered).
 16439 | D:7      | 16439 ||| Stepping ~*~*~tactically~*~*~ (outnumbered).
 16441 | D:7      | 16441 ||| Stepping ~*~*~tactically~*~*~ (outnumbered).
 16443 | D:7      | 16443 ||| Stepping ~*~*~tactically~*~*~ (outnumbered).
 16445 | D:7      | 16445 ||| Stepping ~*~*~tactically~*~*~ (outnumbered).
 16447 | D:7      | 16447 ||| Stepping ~*~*~tactically~*~*~ (outnumbered).
 16449 | D:7      | 16449 ||| Stepping ~*~*~tactically~*~*~ (outnumbered).
 16451 | D:7      | 16451 ||| Stepping ~*~*~tactically~*~*~ (outnumbered).
 16453 | D:7      | 16453 ||| Stepping ~*~*~tactically~*~*~ (outnumbered).
 16455 | D:7      | 16455 ||| Stepping ~*~*~tactically~*~*~ (outnumbered).
 16457 | D:7      | 16457 ||| Stepping ~*~*~tactically~*~*~ (outnumbered).
 16459 | D:7      | 16459 ||| Stepping ~*~*~tactically~*~*~ (outnumbered).
 16461 | D:7      | 16461 ||| Stepping ~*~*~tactically~*~*~ (outnumbered).
 16463 | D:7      | 16463 ||| Stepping ~*~*~tactically~*~*~ (outnumbered).
 16465 | D:7      | 16465 ||| Stepping ~*~*~tactically~*~*~ (outnumbered).
 16467 | D:7      | 16467 ||| Stepping ~*~*~tactically~*~*~ (outnumbered).
 16469 | D:7      | 16469 ||| Stepping ~*~*~tactically~*~*~ (outnumbered).
 16471 | D:7      | 16471 ||| Stepping ~*~*~tactically~*~*~ (outnumbered).
 16473 | D:7      | 16473 ||| Stepping ~*~*~tactically~*~*~ (outnumbered).
 16475 | D:7      | 16475 ||| Stepping ~*~*~tactically~*~*~ (outnumbered).
 16477 | D:7      | 16477 ||| Stepping ~*~*~tactically~*~*~ (outnumbered).
 16479 | D:7      | 16479 ||| Stepping ~*~*~tactically~*~*~ (outnumbered).
 16481 | D:7      | 16481 ||| Stepping ~*~*~tactically~*~*~ (outnumbered).
 16483 | D:7      | 16483 ||| Stepping ~*~*~tactically~*~*~ (outnumbered).
 16485 | D:7      | 16485 ||| Stepping ~*~*~tactically~*~*~ (outnumbered).
 16487 | D:7      | 16487 ||| Stepping ~*~*~tactically~*~*~ (outnumbered).
 16489 | D:7      | 16489 ||| Stepping ~*~*~tactically~*~*~ (outnumbered).
 16491 | D:7      | 16491 ||| Stepping ~*~*~tactically~*~*~ (outnumbered).
 16493 | D:7      | 16493 ||| Stepping ~*~*~tactically~*~*~ (outnumbered).
 16495 | D:7      | 16495 ||| Stepping ~*~*~tactically~*~*~ (outnumbered).
 16497 | D:7      | 16497 ||| Stepping ~*~*~tactically~*~*~ (outnumbered).
 16499 | D:7      | 16499 ||| Stepping ~*~*~tactically~*~*~ (outnumbered).
 16501 | D:7      | 16501 ||| Stepping ~*~*~tactically~*~*~ (outnumbered).
 16503 | D:7      | 16503 ||| Stepping ~*~*~tactically~*~*~ (outnumbered).
 16505 | D:7      | 16505 ||| Stepping ~*~*~tactically~*~*~ (outnumbered).
 16507 | D:7      | 16507 ||| Stepping ~*~*~tactically~*~*~ (outnumbered).
 16509 | D:7      | 16509 ||| Stepping ~*~*~tactically~*~*~ (outnumbered).
 16511 | D:7      | 16511 ||| Stepping ~*~*~tactically~*~*~ (outnumbered).
 16513 | D:7      | 16513 ||| Stepping ~*~*~tactically~*~*~ (outnumbered).
 16515 | D:7      | 16515 ||| Stepping ~*~*~tactically~*~*~ (outnumbered).
 16517 | D:7      | 16517 ||| Stepping ~*~*~tactically~*~*~ (outnumbered).
 16519 | D:7      | 16519 ||| Stepping ~*~*~tactically~*~*~ (outnumbered).
 16521 | D:7      | 16521 ||| Stepping ~*~*~tactically~*~*~ (outnumbered).
 16523 | D:7      | 16523 ||| Stepping ~*~*~tactically~*~*~ (outnumbered).
 16525 | D:7      | 16525 ||| Stepping ~*~*~tactically~*~*~ (outnumbered).
 16527 | D:7      | 16527 ||| Stepping ~*~*~tactically~*~*~ (outnumbered).
 16529 | D:7      | 16529 ||| Stepping ~*~*~tactically~*~*~ (outnumbered).
 16531 | D:7      | 16531 ||| Stepping ~*~*~tactically~*~*~ (outnumbered).
 16533 | D:7      | 16533 ||| Stepping ~*~*~tactically~*~*~ (outnumbered).
 16535 | D:7      | 16535 ||| Stepping ~*~*~tactically~*~*~ (outnumbered).
 16537 | D:7      | 16537 ||| Stepping ~*~*~tactically~*~*~ (outnumbered).
 16539 | D:7      | 16539 ||| Stepping ~*~*~tactically~*~*~ (outnumbered).
 16541 | D:7      | 16541 ||| Stepping ~*~*~tactically~*~*~ (outnumbered).
 16543 | D:7      | 16543 ||| Stepping ~*~*~tactically~*~*~ (outnumbered).
 16545 | D:7      | 16545 ||| Stepping ~*~*~tactically~*~*~ (outnumbered).
 16547 | D:7      | 16547 ||| Stepping ~*~*~tactically~*~*~ (outnumbered).
 16549 | D:7      | 16549 ||| Stepping ~*~*~tactically~*~*~ (outnumbered).
 16551 | D:7      | 16551 ||| Stepping ~*~*~tactically~*~*~ (outnumbered).
 16553 | D:7      | 16553 ||| Stepping ~*~*~tactically~*~*~ (outnumbered).
 16555 | D:7      | 16555 ||| Stepping ~*~*~tactically~*~*~ (outnumbered).
 16557 | D:7      | 16557 ||| Stepping ~*~*~tactically~*~*~ (outnumbered).
 16559 | D:7      | 16559 ||| Stepping ~*~*~tactically~*~*~ (outnumbered).
 16561 | D:7      | 16561 ||| Stepping ~*~*~tactically~*~*~ (outnumbered).
 16563 | D:7      | 16563 ||| Stepping ~*~*~tactically~*~*~ (outnumbered).
 16565 | D:7      | 16565 ||| Stepping ~*~*~tactically~*~*~ (outnumbered).
 16567 | D:7      | 16567 ||| Stepping ~*~*~tactically~*~*~ (outnumbered).
 16569 | D:7      | 16569 ||| Stepping ~*~*~tactically~*~*~ (outnumbered).
 16571 | D:7      | 16571 ||| Stepping ~*~*~tactically~*~*~ (outnumbered).
 16573 | D:7      | 16573 ||| Stepping ~*~*~tactically~*~*~ (outnumbered).
 16575 | D:7      | 16575 ||| Stepping ~*~*~tactically~*~*~ (outnumbered).
 16577 | D:7      | 16577 ||| Stepping ~*~*~tactically~*~*~ (outnumbered).
 16579 | D:7      | 16579 ||| Stepping ~*~*~tactically~*~*~ (outnumbered).
 16581 | D:7      | 16581 ||| Stepping ~*~*~tactically~*~*~ (outnumbered).
 16583 | D:7      | 16583 ||| Stepping ~*~*~tactically~*~*~ (outnumbered).
 16585 | D:7      | 16585 ||| Stepping ~*~*~tactically~*~*~ (outnumbered).
 16587 | D:7      | 16587 ||| Stepping ~*~*~tactically~*~*~ (outnumbered).
 16589 | D:7      | 16589 ||| Stepping ~*~*~tactically~*~*~ (outnumbered).
 16591 | D:7      | 16591 ||| Stepping ~*~*~tactically~*~*~ (outnumbered).
 16593 | D:7      | 16593 ||| Stepping ~*~*~tactically~*~*~ (outnumbered).
 16595 | D:7      | 16595 ||| Stepping ~*~*~tactically~*~*~ (outnumbered).
 16597 | D:7      | 16597 ||| Stepping ~*~*~tactically~*~*~ (outnumbered).
 16599 | D:7      | 16599 ||| Stepping ~*~*~tactically~*~*~ (outnumbered).
 16601 | D:7      | 16601 ||| Stepping ~*~*~tactically~*~*~ (outnumbered).
 16603 | D:7      | 16603 ||| Stepping ~*~*~tactically~*~*~ (outnumbered).
 16605 | D:7      | 16605 ||| Stepping ~*~*~tactically~*~*~ (outnumbered).
 16607 | D:7      | 16607 ||| Stepping ~*~*~tactically~*~*~ (outnumbered).
 16609 | D:7      | 16609 ||| Stepping ~*~*~tactically~*~*~ (outnumbered).
 16611 | D:7      | 16611 ||| Stepping ~*~*~tactically~*~*~ (outnumbered).
 16613 | D:7      | 16613 ||| Stepping ~*~*~tactically~*~*~ (outnumbered).
 16615 | D:7      | 16615 ||| Stepping ~*~*~tactically~*~*~ (outnumbered).
 16617 | D:7      | 16617 ||| Stepping ~*~*~tactically~*~*~ (outnumbered).
 16619 | D:7      | 16619 ||| Stepping ~*~*~tactically~*~*~ (outnumbered).
 16621 | D:7      | 16621 ||| Stepping ~*~*~tactically~*~*~ (outnumbered).
 16623 | D:7      | 16623 ||| Stepping ~*~*~tactically~*~*~ (outnumbered).
 16625 | D:7      | 16625 ||| Stepping ~*~*~tactically~*~*~ (outnumbered).
 16627 | D:7      | 16627 ||| Stepping ~*~*~tactically~*~*~ (outnumbered).
 16629 | D:7      | 16629 ||| Stepping ~*~*~tactically~*~*~ (outnumbered).
 16631 | D:7      | 16631 ||| Stepping ~*~*~tactically~*~*~ (outnumbered).
 16633 | D:7      | 16633 ||| Stepping ~*~*~tactically~*~*~ (outnumbered).
 16635 | D:7      | 16635 ||| Stepping ~*~*~tactically~*~*~ (outnumbered).
 16637 | D:7      | 16637 ||| Stepping ~*~*~tactically~*~*~ (outnumbered).
 16639 | D:7      | 16639 ||| Stepping ~*~*~tactically~*~*~ (outnumbered).
 16641 | D:7      | 16641 ||| Stepping ~*~*~tactically~*~*~ (outnumbered).
 16643 | D:7      | 16643 ||| Stepping ~*~*~tactically~*~*~ (outnumbered).
 16645 | D:7      | 16645 ||| Stepping ~*~*~tactically~*~*~ (outnumbered).
 16647 | D:7      | 16647 ||| Stepping ~*~*~tactically~*~*~ (outnumbered).
 16649 | D:7      | 16649 ||| Stepping ~*~*~tactically~*~*~ (outnumbered).
 16651 | D:7      | 16651 ||| Stepping ~*~*~tactically~*~*~ (outnumbered).
 16653 | D:7      | 16653 ||| Stepping ~*~*~tactically~*~*~ (outnumbered).
 16655 | D:7      | 16655 ||| Stepping ~*~*~tactically~*~*~ (outnumbered).
 16657 | D:7      | 16657 ||| Stepping ~*~*~tactically~*~*~ (outnumbered).
 16659 | D:7      | 16659 ||| Stepping ~*~*~tactically~*~*~ (outnumbered).
 16661 | D:7      | 16661 ||| Stepping ~*~*~tactically~*~*~ (outnumbered).
 16663 | D:7      | 16663 ||| Stepping ~*~*~tactically~*~*~ (outnumbered).
 16665 | D:7      | 16665 ||| Stepping ~*~*~tactically~*~*~ (outnumbered).
 16667 | D:7      | 16667 ||| Stepping ~*~*~tactically~*~*~ (outnumbered).
 16669 | D:7      | 16669 ||| Stepping ~*~*~tactically~*~*~ (outnumbered).
 16671 | D:7      | 16671 ||| Stepping ~*~*~tactically~*~*~ (outnumbered).
 16673 | D:7      | 16673 ||| Stepping ~*~*~tactically~*~*~ (outnumbered).
 16675 | D:7      | 16675 ||| Stepping ~*~*~tactically~*~*~ (outnumbered).
 16677 | D:7      | 16677 ||| Stepping ~*~*~tactically~*~*~ (outnumbered).
 16679 | D:7      | 16679 ||| Stepping ~*~*~tactically~*~*~ (outnumbered).
 16681 | D:7      | 16681 ||| Stepping ~*~*~tactically~*~*~ (outnumbered).
 16683 | D:7      | 16683 ||| Stepping ~*~*~tactically~*~*~ (outnumbered).
 16685 | D:7      | 16685 ||| Stepping ~*~*~tactically~*~*~ (outnumbered).
 16687 | D:7      | 16687 ||| Stepping ~*~*~tactically~*~*~ (outnumbered).
 16689 | D:7      | 16689 ||| Stepping ~*~*~tactically~*~*~ (outnumbered).
 16691 | D:7      | 16691 ||| Stepping ~*~*~tactically~*~*~ (outnumbered).
 16693 | D:7      | 16693 ||| Stepping ~*~*~tactically~*~*~ (outnumbered).
 16695 | D:7      | 16695 ||| Stepping ~*~*~tactically~*~*~ (outnumbered).
 16697 | D:7      | 16697 ||| Stepping ~*~*~tactically~*~*~ (outnumbered).
 16699 | D:7      | 16699 ||| Stepping ~*~*~tactically~*~*~ (outnumbered).
 16701 | D:7      | 16701 ||| Stepping ~*~*~tactically~*~*~ (outnumbered).
 16703 | D:7      | 16703 ||| Stepping ~*~*~tactically~*~*~ (outnumbered).
 16705 | D:7      | 16705 ||| Stepping ~*~*~tactically~*~*~ (outnumbered).
 16707 | D:7      | 16707 ||| Stepping ~*~*~tactically~*~*~ (outnumbered).
 16709 | D:7      | 16709 ||| Stepping ~*~*~tactically~*~*~ (outnumbered).
 16711 | D:7      | 16711 ||| Stepping ~*~*~tactically~*~*~ (outnumbered).
 16713 | D:7      | 16713 ||| Stepping ~*~*~tactically~*~*~ (outnumbered).
 16715 | D:7      | 16715 ||| Stepping ~*~*~tactically~*~*~ (outnumbered).
 16717 | D:7      | 16717 ||| Stepping ~*~*~tactically~*~*~ (outnumbered).
 16719 | D:7      | 16719 ||| Stepping ~*~*~tactically~*~*~ (outnumbered).
 16721 | D:7      | 16721 ||| Stepping ~*~*~tactically~*~*~ (outnumbered).
 16723 | D:7      | 16723 ||| Stepping ~*~*~tactically~*~*~ (outnumbered).
 16725 | D:7      | 16725 ||| Stepping ~*~*~tactically~*~*~ (outnumbered).
 16727 | D:7      | 16727 ||| Stepping ~*~*~tactically~*~*~ (outnumbered).
 16729 | D:7      | 16729 ||| Stepping ~*~*~tactically~*~*~ (outnumbered).
 16731 | D:7      | 16731 ||| Stepping ~*~*~tactically~*~*~ (outnumbered).
 16733 | D:7      | 16733 ||| Stepping ~*~*~tactically~*~*~ (outnumbered).
 16735 | D:7      | 16735 ||| Stepping ~*~*~tactically~*~*~ (outnumbered).
 16737 | D:7      | 16737 ||| Stepping ~*~*~tactically~*~*~ (outnumbered).
 16739 | D:7      | 16739 ||| Stepping ~*~*~tactically~*~*~ (outnumbered).
 16741 | D:7      | 16741 ||| Stepping ~*~*~tactically~*~*~ (outnumbered).
 16743 | D:7      | 16743 ||| Stepping ~*~*~tactically~*~*~ (outnumbered).
 16745 | D:7      | 16745 ||| Stepping ~*~*~tactically~*~*~ (outnumbered).
 16747 | D:7      | 16747 ||| Stepping ~*~*~tactically~*~*~ (outnumbered).
 16749 | D:7      | 16749 ||| Stepping ~*~*~tactically~*~*~ (outnumbered).
 16751 | D:7      | 16751 ||| Stepping ~*~*~tactically~*~*~ (outnumbered).
 16753 | D:7      | 16753 ||| Stepping ~*~*~tactically~*~*~ (outnumbered).
 16755 | D:7      | 16755 ||| Stepping ~*~*~tactically~*~*~ (outnumbered).
 16757 | D:7      | 16757 ||| Stepping ~*~*~tactically~*~*~ (outnumbered).
 16759 | D:7      | 16759 ||| Stepping ~*~*~tactically~*~*~ (outnumbered).
 16761 | D:7      | 16761 ||| Stepping ~*~*~tactically~*~*~ (outnumbered).
 16763 | D:7      | 16763 ||| Stepping ~*~*~tactically~*~*~ (outnumbered).
 16765 | D:7      | 16765 ||| Stepping ~*~*~tactically~*~*~ (outnumbered).
 16767 | D:7      | 16767 ||| Stepping ~*~*~tactically~*~*~ (outnumbered).
 16769 | D:7      | 16769 ||| Stepping ~*~*~tactically~*~*~ (outnumbered).
 16771 | D:7      | 16771 ||| Stepping ~*~*~tactically~*~*~ (outnumbered).
 16773 | D:7      | 16773 ||| Stepping ~*~*~tactically~*~*~ (outnumbered).
 16775 | D:7      | 16775 ||| Stepping ~*~*~tactically~*~*~ (outnumbered).
 16777 | D:7      | 16777 ||| Stepping ~*~*~tactically~*~*~ (outnumbered).
 16779 | D:7      | 16779 ||| Stepping ~*~*~tactically~*~*~ (outnumbered).
 16781 | D:7      | 16781 ||| Stepping ~*~*~tactically~*~*~ (outnumbered).
 16783 | D:7      | 16783 ||| Stepping ~*~*~tactically~*~*~ (outnumbered).
 16785 | D:7      | 16785 ||| Stepping ~*~*~tactically~*~*~ (outnumbered).
 16787 | D:7      | 16787 ||| Stepping ~*~*~tactically~*~*~ (outnumbered).
 16789 | D:7      | 16789 ||| Stepping ~*~*~tactically~*~*~ (outnumbered).
 16791 | D:7      | 16791 ||| Stepping ~*~*~tactically~*~*~ (outnumbered).
 16793 | D:7      | 16793 ||| Stepping ~*~*~tactically~*~*~ (outnumbered).
 16795 | D:7      | 16795 ||| Stepping ~*~*~tactically~*~*~ (outnumbered).
 16797 | D:7      | 16797 ||| Stepping ~*~*~tactically~*~*~ (outnumbered).
 16799 | D:7      | 16799 ||| Stepping ~*~*~tactically~*~*~ (outnumbered).
 16801 | D:7      | 16801 ||| Stepping ~*~*~tactically~*~*~ (outnumbered).
 16803 | D:7      | 16803 ||| Stepping ~*~*~tactically~*~*~ (outnumbered).
 16805 | D:7      | 16805 ||| Stepping ~*~*~tactically~*~*~ (outnumbered).
 16807 | D:7      | 16807 ||| Stepping ~*~*~tactically~*~*~ (outnumbered).
 16809 | D:7      | 16809 ||| Stepping ~*~*~tactically~*~*~ (outnumbered).
 16811 | D:7      | 16811 ||| Stepping ~*~*~tactically~*~*~ (outnumbered).
 16813 | D:7      | 16813 ||| Stepping ~*~*~tactically~*~*~ (outnumbered).
 16815 | D:7      | 16815 ||| Stepping ~*~*~tactically~*~*~ (outnumbered).
 16817 | D:7      | 16817 ||| Stepping ~*~*~tactically~*~*~ (outnumbered).
 16819 | D:7      | 16819 ||| Stepping ~*~*~tactically~*~*~ (outnumbered).
 16821 | D:7      | 16821 ||| Stepping ~*~*~tactically~*~*~ (outnumbered).
 16823 | D:7      | 16823 ||| Stepping ~*~*~tactically~*~*~ (outnumbered).
 16825 | D:7      | 16825 ||| Stepping ~*~*~tactically~*~*~ (outnumbered).
 16827 | D:7      | 16827 ||| Stepping ~*~*~tactically~*~*~ (outnumbered).
 16829 | D:7      | 16829 ||| Stepping ~*~*~tactically~*~*~ (outnumbered).
 16831 | D:7      | 16831 ||| Stepping ~*~*~tactically~*~*~ (outnumbered).
 16833 | D:7      | 16833 ||| Stepping ~*~*~tactically~*~*~ (outnumbered).
 16835 | D:7      | 16835 ||| Stepping ~*~*~tactically~*~*~ (outnumbered).
 16837 | D:7      | 16837 ||| Stepping ~*~*~tactically~*~*~ (outnumbered).
 16839 | D:7      | 16839 ||| Stepping ~*~*~tactically~*~*~ (outnumbered).
 16841 | D:7      | 16841 ||| Stepping ~*~*~tactically~*~*~ (outnumbered).
 16843 | D:7      | 16843 ||| Stepping ~*~*~tactically~*~*~ (outnumbered).
 16845 | D:7      | 16845 ||| Stepping ~*~*~tactically~*~*~ (outnumbered).
 16847 | D:7      | 16847 ||| Stepping ~*~*~tactically~*~*~ (outnumbered).
 16849 | D:7      | 16849 ||| Stepping ~*~*~tactically~*~*~ (outnumbered).
 16851 | D:7      | 16851 ||| Stepping ~*~*~tactically~*~*~ (outnumbered).
 16853 | D:7      | 16853 ||| Stepping ~*~*~tactically~*~*~ (outnumbered).
 16855 | D:7      | 16855 ||| Stepping ~*~*~tactically~*~*~ (outnumbered).
 16857 | D:7      | 16857 ||| Stepping ~*~*~tactically~*~*~ (outnumbered).
 16859 | D:7      | 16859 ||| Stepping ~*~*~tactically~*~*~ (outnumbered).
 16861 | D:7      | 16861 ||| Stepping ~*~*~tactically~*~*~ (outnumbered).
 16863 | D:7      | 16863 ||| Stepping ~*~*~tactically~*~*~ (outnumbered).
 16865 | D:7      | 16865 ||| Stepping ~*~*~tactically~*~*~ (outnumbered).
 16867 | D:7      | 16867 ||| Stepping ~*~*~tactically~*~*~ (outnumbered).
 16869 | D:7      | 16869 ||| Stepping ~*~*~tactically~*~*~ (outnumbered).
 16871 | D:7      | 16871 ||| Stepping ~*~*~tactically~*~*~ (outnumbered).
 16873 | D:7      | 16873 ||| Stepping ~*~*~tactically~*~*~ (outnumbered).
 16875 | D:7      | 16875 ||| Stepping ~*~*~tactically~*~*~ (outnumbered).
 16877 | D:7      | 16877 ||| Stepping ~*~*~tactically~*~*~ (outnumbered).
 16879 | D:7      | 16879 ||| Stepping ~*~*~tactically~*~*~ (outnumbered).
 16881 | D:7      | 16881 ||| Stepping ~*~*~tactically~*~*~ (outnumbered).
 16883 | D:7      | 16883 ||| Stepping ~*~*~tactically~*~*~ (outnumbered).
 16885 | D:7      | 16885 ||| Stepping ~*~*~tactically~*~*~ (outnumbered).
 16887 | D:7      | 16887 ||| Stepping ~*~*~tactically~*~*~ (outnumbered).
 16889 | D:7      | 16889 ||| Stepping ~*~*~tactically~*~*~ (outnumbered).
 16891 | D:7      | 16891 ||| Stepping ~*~*~tactically~*~*~ (outnumbered).
 16893 | D:7      | 16893 ||| Stepping ~*~*~tactically~*~*~ (outnumbered).
 16895 | D:7      | 16895 ||| Stepping ~*~*~tactically~*~*~ (outnumbered).
 16897 | D:7      | 16897 ||| Stepping ~*~*~tactically~*~*~ (outnumbered).
 16899 | D:7      | 16899 ||| Stepping ~*~*~tactically~*~*~ (outnumbered).
 16901 | D:7      | 16901 ||| Stepping ~*~*~tactically~*~*~ (outnumbered).
 16903 | D:7      | 16903 ||| Stepping ~*~*~tactically~*~*~ (outnumbered).
 16905 | D:7      | 16905 ||| Stepping ~*~*~tactically~*~*~ (outnumbered).
 16907 | D:7      | 16907 ||| Stepping ~*~*~tactically~*~*~ (outnumbered).
 16909 | D:7      | 16909 ||| Stepping ~*~*~tactically~*~*~ (outnumbered).
 16911 | D:7      | 16911 ||| Stepping ~*~*~tactically~*~*~ (outnumbered).
 16913 | D:7      | 16913 ||| Stepping ~*~*~tactically~*~*~ (outnumbered).
 16915 | D:7      | 16915 ||| Stepping ~*~*~tactically~*~*~ (outnumbered).
 16917 | D:7      | 16917 ||| Stepping ~*~*~tactically~*~*~ (outnumbered).
 16919 | D:7      | 16919 ||| Stepping ~*~*~tactically~*~*~ (outnumbered).
 16921 | D:7      | 16921 ||| Stepping ~*~*~tactically~*~*~ (outnumbered).
 16923 | D:7      | 16923 ||| Stepping ~*~*~tactically~*~*~ (outnumbered).
 16925 | D:7      | 16925 ||| Stepping ~*~*~tactically~*~*~ (outnumbered).
 16927 | D:7      | 16927 ||| Stepping ~*~*~tactically~*~*~ (outnumbered).
 16929 | D:7      | 16929 ||| Stepping ~*~*~tactically~*~*~ (outnumbered).
 16931 | D:7      | 16931 ||| Stepping ~*~*~tactically~*~*~ (outnumbered).
 16933 | D:7      | 16933 ||| Stepping ~*~*~tactically~*~*~ (outnumbered).
 16935 | D:7      | 16935 ||| Stepping ~*~*~tactically~*~*~ (outnumbered).
 16937 | D:7      | 16937 ||| Stepping ~*~*~tactically~*~*~ (outnumbered).
 16939 | D:7      | 16939 ||| Stepping ~*~*~tactically~*~*~ (outnumbered).
 16941 | D:7      | 16941 ||| Stepping ~*~*~tactically~*~*~ (outnumbered).
 16943 | D:7      | 16943 ||| Stepping ~*~*~tactically~*~*~ (outnumbered).
 16945 | D:7      | 16945 ||| Stepping ~*~*~tactically~*~*~ (outnumbered).
 16947 | D:7      | 16947 ||| Stepping ~*~*~tactically~*~*~ (outnumbered).
 16949 | D:7      | 16949 ||| Stepping ~*~*~tactically~*~*~ (outnumbered).
 16951 | D:7      | 16951 ||| Stepping ~*~*~tactically~*~*~ (outnumbered).
 16953 | D:7      | 16953 ||| Stepping ~*~*~tactically~*~*~ (outnumbered).
 16955 | D:7      | 16955 ||| Stepping ~*~*~tactically~*~*~ (outnumbered).
 16957 | D:7      | 16957 ||| Stepping ~*~*~tactically~*~*~ (outnumbered).
 16959 | D:7      | 16959 ||| Stepping ~*~*~tactically~*~*~ (outnumbered).
 16961 | D:7      | 16961 ||| Stepping ~*~*~tactically~*~*~ (outnumbered).
 16963 | D:7      | 16963 ||| Stepping ~*~*~tactically~*~*~ (outnumbered).
 16965 | D:7      | 16965 ||| Stepping ~*~*~tactically~*~*~ (outnumbered).
 16967 | D:7      | 16967 ||| Stepping ~*~*~tactically~*~*~ (outnumbered).
 16969 | D:7      | 16969 ||| Stepping ~*~*~tactically~*~*~ (outnumbered).
 16971 | D:7      | 16971 ||| Stepping ~*~*~tactically~*~*~ (outnumbered).
 16973 | D:7      | 16973 ||| Stepping ~*~*~tactically~*~*~ (outnumbered).
 16975 | D:7      | 16975 ||| Stepping ~*~*~tactically~*~*~ (outnumbered).
 16977 | D:7      | 16977 ||| Stepping ~*~*~tactically~*~*~ (outnumbered).
 16979 | D:7      | 16979 ||| Stepping ~*~*~tactically~*~*~ (outnumbered).
 16981 | D:7      | 16981 ||| Stepping ~*~*~tactically~*~*~ (outnumbered).
 16983 | D:7      | 16983 ||| Stepping ~*~*~tactically~*~*~ (outnumbered).
 16985 | D:7      | 16985 ||| Stepping ~*~*~tactically~*~*~ (outnumbered).
 16987 | D:7      | 16987 ||| Stepping ~*~*~tactically~*~*~ (outnumbered).
 16989 | D:7      | 16989 ||| Stepping ~*~*~tactically~*~*~ (outnumbered).
 16991 | D:7      | 16991 ||| Stepping ~*~*~tactically~*~*~ (outnumbered).
 16993 | D:7      | 16993 ||| Stepping ~*~*~tactically~*~*~ (outnumbered).
 16995 | D:7      | 16995 ||| Stepping ~*~*~tactically~*~*~ (outnumbered).
 16997 | D:7      | 16997 ||| Stepping ~*~*~tactically~*~*~ (outnumbered).
 16999 | D:7      | 16999 ||| Stepping ~*~*~tactically~*~*~ (outnumbered).
 17001 | D:7      | 17001 ||| Stepping ~*~*~tactically~*~*~ (outnumbered).
 17003 | D:7      | 17003 ||| Stepping ~*~*~tactically~*~*~ (outnumbered).
 17005 | D:7      | 17005 ||| Stepping ~*~*~tactically~*~*~ (outnumbered).
 17007 | D:7      | 17007 ||| Stepping ~*~*~tactically~*~*~ (outnumbered).
 17009 | D:7      | 17009 ||| Stepping ~*~*~tactically~*~*~ (outnumbered).
 17011 | D:7      | 17011 ||| Stepping ~*~*~tactically~*~*~ (outnumbered).
 17013 | D:7      | 17013 ||| Stepping ~*~*~tactically~*~*~ (outnumbered).
 17015 | D:7      | 17015 ||| Stepping ~*~*~tactically~*~*~ (outnumbered).
 17017 | D:7      | 17017 ||| Stepping ~*~*~tactically~*~*~ (outnumbered).
 17019 | D:7      | 17019 ||| Stepping ~*~*~tactically~*~*~ (outnumbered).
 17021 | D:7      | 17021 ||| Stepping ~*~*~tactically~*~*~ (outnumbered).
 17023 | D:7      | 17023 ||| Stepping ~*~*~tactically~*~*~ (outnumbered).
 17025 | D:7      | 17025 ||| Stepping ~*~*~tactically~*~*~ (outnumbered).
 17027 | D:7      | 17027 ||| Stepping ~*~*~tactically~*~*~ (outnumbered).
 17029 | D:7      | 17029 ||| Stepping ~*~*~tactically~*~*~ (outnumbered).
 17031 | D:7      | 17031 ||| Stepping ~*~*~tactically~*~*~ (outnumbered).
 17033 | D:7      | 17033 ||| Stepping ~*~*~tactically~*~*~ (outnumbered).
 17035 | D:7      | 17035 ||| Stepping ~*~*~tactically~*~*~ (outnumbered).
 17037 | D:7      | 17037 ||| Stepping ~*~*~tactically~*~*~ (outnumbered).
 17039 | D:7      | 17039 ||| Stepping ~*~*~tactically~*~*~ (outnumbered).
 17041 | D:7      | 17041 ||| Stepping ~*~*~tactically~*~*~ (outnumbered).
 17043 | D:7      | 17043 ||| Stepping ~*~*~tactically~*~*~ (outnumbered).
 17045 | D:7      | 17045 ||| Stepping ~*~*~tactically~*~*~ (outnumbered).
 17047 | D:7      | 17047 ||| Stepping ~*~*~tactically~*~*~ (outnumbered).
 17049 | D:7      | 17049 ||| Stepping ~*~*~tactically~*~*~ (outnumbered).
 17051 | D:7      | 17051 ||| Stepping ~*~*~tactically~*~*~ (outnumbered).
 17053 | D:7      | 17053 ||| Stepping ~*~*~tactically~*~*~ (outnumbered).
 17055 | D:7      | 17055 ||| Stepping ~*~*~tactically~*~*~ (outnumbered).
 17057 | D:7      | 17057 ||| Stepping ~*~*~tactically~*~*~ (outnumbered).
 17059 | D:7      | 17059 ||| Stepping ~*~*~tactically~*~*~ (outnumbered).
 17061 | D:7      | 17061 ||| Stepping ~*~*~tactically~*~*~ (outnumbered).
 17063 | D:7      | 17063 ||| Stepping ~*~*~tactically~*~*~ (outnumbered).
 17065 | D:7      | 17065 ||| Stepping ~*~*~tactically~*~*~ (outnumbered).
 17067 | D:7      | 17067 ||| Stepping ~*~*~tactically~*~*~ (outnumbered).
 17069 | D:7      | 17069 ||| Stepping ~*~*~tactically~*~*~ (outnumbered).
 17071 | D:7      | 17071 ||| Stepping ~*~*~tactically~*~*~ (outnumbered).
 17073 | D:7      | 17073 ||| Stepping ~*~*~tactically~*~*~ (outnumbered).
 17075 | D:7      | 17075 ||| Stepping ~*~*~tactically~*~*~ (outnumbered).
 17077 | D:7      | 17077 ||| Stepping ~*~*~tactically~*~*~ (outnumbered).
 17079 | D:7      | 17079 ||| Stepping ~*~*~tactically~*~*~ (outnumbered).
 17081 | D:7      | 17081 ||| Stepping ~*~*~tactically~*~*~ (outnumbered).
 17083 | D:7      | 17083 ||| Stepping ~*~*~tactically~*~*~ (outnumbered).
 17085 | D:7      | 17085 ||| Stepping ~*~*~tactically~*~*~ (outnumbered).
 17087 | D:7      | 17087 ||| Stepping ~*~*~tactically~*~*~ (outnumbered).
 17089 | D:7      | 17089 ||| Stepping ~*~*~tactically~*~*~ (outnumbered).
 17091 | D:7      | 17091 ||| Stepping ~*~*~tactically~*~*~ (outnumbered).
 17093 | D:7      | 17093 ||| Stepping ~*~*~tactically~*~*~ (outnumbered).
 17095 | D:7      | 17095 ||| Stepping ~*~*~tactically~*~*~ (outnumbered).
 17097 | D:7      | 17097 ||| Stepping ~*~*~tactically~*~*~ (outnumbered).
 17099 | D:7      | 17099 ||| Stepping ~*~*~tactically~*~*~ (outnumbered).
 17101 | D:7      | 17101 ||| Stepping ~*~*~tactically~*~*~ (outnumbered).
 17103 | D:7      | 17103 ||| Stepping ~*~*~tactically~*~*~ (outnumbered).
 17105 | D:7      | 17105 ||| Stepping ~*~*~tactically~*~*~ (outnumbered).
 17107 | D:7      | 17107 ||| Stepping ~*~*~tactically~*~*~ (outnumbered).
 17109 | D:7      | 17109 ||| Stepping ~*~*~tactically~*~*~ (outnumbered).
 17111 | D:7      | 17111 ||| Stepping ~*~*~tactically~*~*~ (outnumbered).
 17113 | D:7      | 17113 ||| Stepping ~*~*~tactically~*~*~ (outnumbered).
 17115 | D:7      | 17115 ||| Stepping ~*~*~tactically~*~*~ (outnumbered).
 17117 | D:7      | 17117 ||| Stepping ~*~*~tactically~*~*~ (outnumbered).
 17119 | D:7      | 17119 ||| Stepping ~*~*~tactically~*~*~ (outnumbered).
 17121 | D:7      | 17121 ||| Stepping ~*~*~tactically~*~*~ (outnumbered).
 17123 | D:7      | 17123 ||| Stepping ~*~*~tactically~*~*~ (outnumbered).
 17125 | D:7      | 17125 ||| Stepping ~*~*~tactically~*~*~ (outnumbered).
 17127 | D:7      | 17127 ||| Stepping ~*~*~tactically~*~*~ (outnumbered).
 17129 | D:7      | 17129 ||| Stepping ~*~*~tactically~*~*~ (outnumbered).
 17131 | D:7      | 17131 ||| Stepping ~*~*~tactically~*~*~ (outnumbered).
 17133 | D:7      | 17133 ||| Stepping ~*~*~tactically~*~*~ (outnumbered).
 17135 | D:7      | 17135 ||| Stepping ~*~*~tactically~*~*~ (outnumbered).
 17137 | D:7      | 17137 ||| Stepping ~*~*~tactically~*~*~ (outnumbered).
 17139 | D:7      | 17139 ||| Stepping ~*~*~tactically~*~*~ (outnumbered).
 17141 | D:7      | 17141 ||| Stepping ~*~*~tactically~*~*~ (outnumbered).
 17143 | D:7      | 17143 ||| Stepping ~*~*~tactically~*~*~ (outnumbered).
 17145 | D:7      | 17145 ||| Stepping ~*~*~tactically~*~*~ (outnumbered).
 17147 | D:7      | 17147 ||| Stepping ~*~*~tactically~*~*~ (outnumbered).
 17149 | D:7      | 17149 ||| Stepping ~*~*~tactically~*~*~ (outnumbered).
 17151 | D:7      | 17151 ||| Stepping ~*~*~tactically~*~*~ (outnumbered).
 17153 | D:7      | 17153 ||| Stepping ~*~*~tactically~*~*~ (outnumbered).
 17155 | D:7      | 17155 ||| Stepping ~*~*~tactically~*~*~ (outnumbered).
 17157 | D:7      | 17157 ||| Stepping ~*~*~tactically~*~*~ (outnumbered).
 17159 | D:7      | 17159 ||| Stepping ~*~*~tactically~*~*~ (outnumbered).
 17161 | D:7      | 17161 ||| Stepping ~*~*~tactically~*~*~ (outnumbered).
 17163 | D:7      | 17163 ||| Stepping ~*~*~tactically~*~*~ (outnumbered).
 17165 | D:7      | 17165 ||| Stepping ~*~*~tactically~*~*~ (outnumbered).
 17167 | D:7      | 17167 ||| Stepping ~*~*~tactically~*~*~ (outnumbered).
 17169 | D:7      | 17169 ||| Stepping ~*~*~tactically~*~*~ (outnumbered).
 17171 | D:7      | 17171 ||| Stepping ~*~*~tactically~*~*~ (outnumbered).
 17173 | D:7      | 17173 ||| Stepping ~*~*~tactically~*~*~ (outnumbered).
 17175 | D:7      | 17175 ||| Stepping ~*~*~tactically~*~*~ (outnumbered).
 17177 | D:7      | 17177 ||| Stepping ~*~*~tactically~*~*~ (outnumbered).
 17179 | D:7      | 17179 ||| Stepping ~*~*~tactically~*~*~ (outnumbered).
 17181 | D:7      | 17181 ||| Stepping ~*~*~tactically~*~*~ (outnumbered).
 17183 | D:7      | 17183 ||| Stepping ~*~*~tactically~*~*~ (outnumbered).
 17185 | D:7      | 17185 ||| Stepping ~*~*~tactically~*~*~ (outnumbered).
 17187 | D:7      | 17187 ||| Stepping ~*~*~tactically~*~*~ (outnumbered).
 17189 | D:7      | 17189 ||| Stepping ~*~*~tactically~*~*~ (outnumbered).
 17191 | D:7      | 17191 ||| Stepping ~*~*~tactically~*~*~ (outnumbered).
 17193 | D:7      | 17193 ||| Stepping ~*~*~tactically~*~*~ (outnumbered).
 17195 | D:7      | 17195 ||| Stepping ~*~*~tactically~*~*~ (outnumbered).
 17197 | D:7      | 17197 ||| Stepping ~*~*~tactically~*~*~ (outnumbered).
 17199 | D:7      | 17199 ||| Stepping ~*~*~tactically~*~*~ (outnumbered).
 17201 | D:7      | 17201 ||| Stepping ~*~*~tactically~*~*~ (outnumbered).
 17203 | D:7      | 17203 ||| Stepping ~*~*~tactically~*~*~ (outnumbered).
 17205 | D:7      | 17205 ||| Stepping ~*~*~tactically~*~*~ (outnumbered).
 17207 | D:7      | 17207 ||| Stepping ~*~*~tactically~*~*~ (outnumbered).
 17209 | D:7      | 17209 ||| Stepping ~*~*~tactically~*~*~ (outnumbered).
 17211 | D:7      | 17211 ||| Stepping ~*~*~tactically~*~*~ (outnumbered).
 17213 | D:7      | 17213 ||| Stepping ~*~*~tactically~*~*~ (outnumbered).
 17215 | D:7      | 17215 ||| Stepping ~*~*~tactically~*~*~ (outnumbered).
 17217 | D:7      | 17217 ||| Stepping ~*~*~tactically~*~*~ (outnumbered).
 17219 | D:7      | 17219 ||| Stepping ~*~*~tactically~*~*~ (outnumbered).
 17221 | D:7      | 17221 ||| Stepping ~*~*~tactically~*~*~ (outnumbered).
 17223 | D:7      | 17223 ||| Stepping ~*~*~tactically~*~*~ (outnumbered).
 17225 | D:7      | 17225 ||| Stepping ~*~*~tactically~*~*~ (outnumbered).
 17227 | D:7      | 17227 ||| Stepping ~*~*~tactically~*~*~ (outnumbered).
 17229 | D:7      | 17229 ||| Stepping ~*~*~tactically~*~*~ (outnumbered).
 17231 | D:7      | 17231 ||| Stepping ~*~*~tactically~*~*~ (outnumbered).
 17233 | D:7      | 17233 ||| Stepping ~*~*~tactically~*~*~ (outnumbered).
 17235 | D:7      | 17235 ||| Stepping ~*~*~tactically~*~*~ (outnumbered).
 17237 | D:7      | 17237 ||| Stepping ~*~*~tactically~*~*~ (outnumbered).
 17239 | D:7      | 17239 ||| Stepping ~*~*~tactically~*~*~ (outnumbered).
 17241 | D:7      | 17241 ||| Stepping ~*~*~tactically~*~*~ (outnumbered).
 17243 | D:7      | 17243 ||| Stepping ~*~*~tactically~*~*~ (outnumbered).
 17245 | D:7      | 17245 ||| Stepping ~*~*~tactically~*~*~ (outnumbered).
 17247 | D:7      | 17247 ||| Stepping ~*~*~tactically~*~*~ (outnumbered).
 17249 | D:7      | 17249 ||| Stepping ~*~*~tactically~*~*~ (outnumbered).
 17251 | D:7      | 17251 ||| Stepping ~*~*~tactically~*~*~ (outnumbered).
 17253 | D:7      | 17253 ||| Stepping ~*~*~tactically~*~*~ (outnumbered).
 17255 | D:7      | 17255 ||| Stepping ~*~*~tactically~*~*~ (outnumbered).
 17257 | D:7      | 17257 ||| Stepping ~*~*~tactically~*~*~ (outnumbered).
 17259 | D:7      | 17259 ||| Stepping ~*~*~tactically~*~*~ (outnumbered).
 17261 | D:7      | 17261 ||| Stepping ~*~*~tactically~*~*~ (outnumbered).
 17263 | D:7      | 17263 ||| Stepping ~*~*~tactically~*~*~ (outnumbered).
 17265 | D:7      | 17265 ||| Stepping ~*~*~tactically~*~*~ (outnumbered).
 17267 | D:7      | 17267 ||| Stepping ~*~*~tactically~*~*~ (outnumbered).
 17269 | D:7      | 17269 ||| Stepping ~*~*~tactically~*~*~ (outnumbered).
 17271 | D:7      | 17271 ||| Stepping ~*~*~tactically~*~*~ (outnumbered).
 17273 | D:7      | 17273 ||| Stepping ~*~*~tactically~*~*~ (outnumbered).
 17275 | D:7      | 17275 ||| Stepping ~*~*~tactically~*~*~ (outnumbered).
 17277 | D:7      | 17277 ||| Stepping ~*~*~tactically~*~*~ (outnumbered).
 17279 | D:7      | 17279 ||| Stepping ~*~*~tactically~*~*~ (outnumbered).
 17281 | D:7      | 17281 ||| Stepping ~*~*~tactically~*~*~ (outnumbered).
 17283 | D:7      | 17283 ||| Stepping ~*~*~tactically~*~*~ (outnumbered).
 17285 | D:7      | 17285 ||| Stepping ~*~*~tactically~*~*~ (outnumbered).
 17287 | D:7      | 17287 ||| Stepping ~*~*~tactically~*~*~ (outnumbered).
 17289 | D:7      | 17289 ||| Stepping ~*~*~tactically~*~*~ (outnumbered).
 17291 | D:7      | 17291 ||| Stepping ~*~*~tactically~*~*~ (outnumbered).
 17293 | D:7      | 17293 ||| Stepping ~*~*~tactically~*~*~ (outnumbered).
 17295 | D:7      | 17295 ||| Stepping ~*~*~tactically~*~*~ (outnumbered).
 17297 | D:7      | 17297 ||| Stepping ~*~*~tactically~*~*~ (outnumbered).
 17299 | D:7      | 17299 ||| Stepping ~*~*~tactically~*~*~ (outnumbered).
 17301 | D:7      | 17301 ||| Stepping ~*~*~tactically~*~*~ (outnumbered).
 17303 | D:7      | 17303 ||| Stepping ~*~*~tactically~*~*~ (outnumbered).
 17305 | D:7      | 17305 ||| Stepping ~*~*~tactically~*~*~ (outnumbered).
 17307 | D:7      | 17307 ||| Stepping ~*~*~tactically~*~*~ (outnumbered).
 17309 | D:7      | 17309 ||| Stepping ~*~*~tactically~*~*~ (outnumbered).
 17311 | D:7      | 17311 ||| Stepping ~*~*~tactically~*~*~ (outnumbered).
 17313 | D:7      | 17313 ||| Stepping ~*~*~tactically~*~*~ (outnumbered).
 17315 | D:7      | 17315 ||| Stepping ~*~*~tactically~*~*~ (outnumbered).
 17317 | D:7      | 17317 ||| Stepping ~*~*~tactically~*~*~ (outnumbered).
 17319 | D:7      | 17319 ||| Stepping ~*~*~tactically~*~*~ (outnumbered).
 17321 | D:7      | 17321 ||| Stepping ~*~*~tactically~*~*~ (outnumbered).
 17323 | D:7      | 17323 ||| Stepping ~*~*~tactically~*~*~ (outnumbered).
 17325 | D:7      | 17325 ||| Stepping ~*~*~tactically~*~*~ (outnumbered).
 17327 | D:7      | 17327 ||| Stepping ~*~*~tactically~*~*~ (outnumbered).
 17329 | D:7      | 17329 ||| Stepping ~*~*~tactically~*~*~ (outnumbered).
 17331 | D:7      | 17331 ||| Stepping ~*~*~tactically~*~*~ (outnumbered).
 17333 | D:7      | 17333 ||| Stepping ~*~*~tactically~*~*~ (outnumbered).
 17335 | D:7      | 17335 ||| Stepping ~*~*~tactically~*~*~ (outnumbered).
 17337 | D:7      | 17337 ||| Stepping ~*~*~tactically~*~*~ (outnumbered).
 17339 | D:7      | 17339 ||| Stepping ~*~*~tactically~*~*~ (outnumbered).
 17341 | D:7      | 17341 ||| Stepping ~*~*~tactically~*~*~ (outnumbered).
 17343 | D:7      | 17343 ||| Stepping ~*~*~tactically~*~*~ (outnumbered).
 17345 | D:7      | 17345 ||| Stepping ~*~*~tactically~*~*~ (outnumbered).
 17347 | D:7      | 17347 ||| Stepping ~*~*~tactically~*~*~ (outnumbered).
 17349 | D:7      | 17349 ||| Stepping ~*~*~tactically~*~*~ (outnumbered).
 17351 | D:7      | 17351 ||| Stepping ~*~*~tactically~*~*~ (outnumbered).
 17353 | D:7      | 17353 ||| Stepping ~*~*~tactically~*~*~ (outnumbered).
 17355 | D:7      | 17355 ||| Stepping ~*~*~tactically~*~*~ (outnumbered).
 17357 | D:7      | 17357 ||| Stepping ~*~*~tactically~*~*~ (outnumbered).
 17359 | D:7      | 17359 ||| Stepping ~*~*~tactically~*~*~ (outnumbered).
 17361 | D:7      | 17361 ||| Stepping ~*~*~tactically~*~*~ (outnumbered).
 17363 | D:7      | 17363 ||| Stepping ~*~*~tactically~*~*~ (outnumbered).
 17365 | D:7      | 17365 ||| Stepping ~*~*~tactically~*~*~ (outnumbered).
 17367 | D:7      | 17367 ||| Stepping ~*~*~tactically~*~*~ (outnumbered).
 17369 | D:7      | 17369 ||| Stepping ~*~*~tactically~*~*~ (outnumbered).
 17371 | D:7      | 17371 ||| Stepping ~*~*~tactically~*~*~ (outnumbered).
 17373 | D:7      | 17373 ||| Stepping ~*~*~tactically~*~*~ (outnumbered).
 17375 | D:7      | 17375 ||| Stepping ~*~*~tactically~*~*~ (outnumbered).
 17377 | D:7      | 17377 ||| Stepping ~*~*~tactically~*~*~ (outnumbered).
 17379 | D:7      | 17379 ||| Stepping ~*~*~tactically~*~*~ (outnumbered).
 17381 | D:7      | 17381 ||| Stepping ~*~*~tactically~*~*~ (outnumbered).
 17383 | D:7      | 17383 ||| Stepping ~*~*~tactically~*~*~ (outnumbered).
 17385 | D:7      | 17385 ||| Stepping ~*~*~tactically~*~*~ (outnumbered).
 17387 | D:7      | 17387 ||| Stepping ~*~*~tactically~*~*~ (outnumbered).
 17389 | D:7      | 17389 ||| Stepping ~*~*~tactically~*~*~ (outnumbered).
 17391 | D:7      | 17391 ||| Stepping ~*~*~tactically~*~*~ (outnumbered).
 17393 | D:7      | 17393 ||| Stepping ~*~*~tactically~*~*~ (outnumbered).
 17395 | D:7      | 17395 ||| Stepping ~*~*~tactically~*~*~ (outnumbered).
 17397 | D:7      | 17397 ||| Stepping ~*~*~tactically~*~*~ (outnumbered).
 17399 | D:7      | 17399 ||| Stepping ~*~*~tactically~*~*~ (outnumbered).
 17401 | D:7      | 17401 ||| Stepping ~*~*~tactically~*~*~ (outnumbered).
 17403 | D:7      | 17403 ||| Stepping ~*~*~tactically~*~*~ (outnumbered).
 17405 | D:7      | 17405 ||| Stepping ~*~*~tactically~*~*~ (outnumbered).
 17407 | D:7      | 17407 ||| Stepping ~*~*~tactically~*~*~ (outnumbered).
 17409 | D:7      | 17409 ||| Stepping ~*~*~tactically~*~*~ (outnumbered).
 17411 | D:7      | 17411 ||| Stepping ~*~*~tactically~*~*~ (outnumbered).
 17413 | D:7      | 17413 ||| Stepping ~*~*~tactically~*~*~ (outnumbered).
 17415 | D:7      | 17415 ||| Stepping ~*~*~tactically~*~*~ (outnumbered).
 17417 | D:7      | 17417 ||| Stepping ~*~*~tactically~*~*~ (outnumbered).
 17419 | D:7      | 17419 ||| Stepping ~*~*~tactically~*~*~ (outnumbered).
 17421 | D:7      | 17421 ||| Stepping ~*~*~tactically~*~*~ (outnumbered).
 17423 | D:7      | 17423 ||| Stepping ~*~*~tactically~*~*~ (outnumbered).
 17425 | D:7      | 17425 ||| Stepping ~*~*~tactically~*~*~ (outnumbered).
 17427 | D:7      | 17427 ||| Stepping ~*~*~tactically~*~*~ (outnumbered).
 17429 | D:7      | 17429 ||| Stepping ~*~*~tactically~*~*~ (outnumbered).
 17431 | D:7      | 17431 ||| Stepping ~*~*~tactically~*~*~ (outnumbered).
 17433 | D:7      | 17433 ||| Stepping ~*~*~tactically~*~*~ (outnumbered).
 17435 | D:7      | 17435 ||| Stepping ~*~*~tactically~*~*~ (outnumbered).
 17437 | D:7      | 17437 ||| Stepping ~*~*~tactically~*~*~ (outnumbered).
 17439 | D:7      | 17439 ||| Stepping ~*~*~tactically~*~*~ (outnumbered).
 17441 | D:7      | 17441 ||| Stepping ~*~*~tactically~*~*~ (outnumbered).
 17443 | D:7      | 17443 ||| Stepping ~*~*~tactically~*~*~ (outnumbered).
 17445 | D:7      | 17445 ||| Stepping ~*~*~tactically~*~*~ (outnumbered).
 17447 | D:7      | 17447 ||| Stepping ~*~*~tactically~*~*~ (outnumbered).
 17449 | D:7      | 17449 ||| Stepping ~*~*~tactically~*~*~ (outnumbered).
 17451 | D:7      | 17451 ||| Stepping ~*~*~tactically~*~*~ (outnumbered).
 17453 | D:7      | 17453 ||| Stepping ~*~*~tactically~*~*~ (outnumbered).
 17455 | D:7      | 17455 ||| Stepping ~*~*~tactically~*~*~ (outnumbered).
 17457 | D:7      | 17457 ||| Stepping ~*~*~tactically~*~*~ (outnumbered).
 17459 | D:7      | 17459 ||| Stepping ~*~*~tactically~*~*~ (outnumbered).
 17461 | D:7      | 17461 ||| Stepping ~*~*~tactically~*~*~ (outnumbered).
 17463 | D:7      | 17463 ||| Stepping ~*~*~tactically~*~*~ (outnumbered).
 17465 | D:7      | 17465 ||| Stepping ~*~*~tactically~*~*~ (outnumbered).
 17467 | D:7      | 17467 ||| Stepping ~*~*~tactically~*~*~ (outnumbered).
 17469 | D:7      | 17469 ||| Stepping ~*~*~tactically~*~*~ (outnumbered).
 17471 | D:7      | 17471 ||| Stepping ~*~*~tactically~*~*~ (outnumbered).
 17473 | D:7      | 17473 ||| Stepping ~*~*~tactically~*~*~ (outnumbered).
 17475 | D:7      | 17475 ||| Stepping ~*~*~tactically~*~*~ (outnumbered).
 17477 | D:7      | 17477 ||| Stepping ~*~*~tactically~*~*~ (outnumbered).
 17479 | D:7      | 17479 ||| Stepping ~*~*~tactically~*~*~ (outnumbered).
 17481 | D:7      | 17481 ||| Stepping ~*~*~tactically~*~*~ (outnumbered).
 17483 | D:7      | 17483 ||| Stepping ~*~*~tactically~*~*~ (outnumbered).
 17485 | D:7      | 17485 ||| Stepping ~*~*~tactically~*~*~ (outnumbered).
 17487 | D:7      | 17487 ||| Stepping ~*~*~tactically~*~*~ (outnumbered).
 17489 | D:7      | 17489 ||| Stepping ~*~*~tactically~*~*~ (outnumbered).
 17491 | D:7      | 17491 ||| Stepping ~*~*~tactically~*~*~ (outnumbered).
 17493 | D:7      | 17493 ||| Stepping ~*~*~tactically~*~*~ (outnumbered).
 17495 | D:7      | 17495 ||| Stepping ~*~*~tactically~*~*~ (outnumbered).
 17497 | D:7      | 17497 ||| Stepping ~*~*~tactically~*~*~ (outnumbered).
 17499 | D:7      | 17499 ||| Stepping ~*~*~tactically~*~*~ (outnumbered).
 17501 | D:7      | 17501 ||| Stepping ~*~*~tactically~*~*~ (outnumbered).
 17503 | D:7      | 17503 ||| Stepping ~*~*~tactically~*~*~ (outnumbered).
 17505 | D:7      | 17505 ||| Stepping ~*~*~tactically~*~*~ (outnumbered).
 17507 | D:7      | 17507 ||| Stepping ~*~*~tactically~*~*~ (outnumbered).
 17509 | D:7      | 17509 ||| Stepping ~*~*~tactically~*~*~ (outnumbered).
 17511 | D:7      | 17511 ||| Stepping ~*~*~tactically~*~*~ (outnumbered).
 17513 | D:7      | 17513 ||| Stepping ~*~*~tactically~*~*~ (outnumbered).
 17515 | D:7      | 17515 ||| Stepping ~*~*~tactically~*~*~ (outnumbered).
 17517 | D:7      | 17517 ||| Stepping ~*~*~tactically~*~*~ (outnumbered).
 17519 | D:7      | 17519 ||| Stepping ~*~*~tactically~*~*~ (outnumbered).
 17521 | D:7      | 17521 ||| Stepping ~*~*~tactically~*~*~ (outnumbered).
 17523 | D:7      | 17523 ||| Stepping ~*~*~tactically~*~*~ (outnumbered).
 17525 | D:7      | 17525 ||| Stepping ~*~*~tactically~*~*~ (outnumbered).
 17527 | D:7      | 17527 ||| Stepping ~*~*~tactically~*~*~ (outnumbered).
 17529 | D:7      | 17529 ||| Stepping ~*~*~tactically~*~*~ (outnumbered).
 17531 | D:7      | 17531 ||| Stepping ~*~*~tactically~*~*~ (outnumbered).
 17533 | D:7      | 17533 ||| Stepping ~*~*~tactically~*~*~ (outnumbered).
 17535 | D:7      | 17535 ||| Stepping ~*~*~tactically~*~*~ (outnumbered).
 17537 | D:7      | 17537 ||| Stepping ~*~*~tactically~*~*~ (outnumbered).
 17539 | D:7      | 17539 ||| Stepping ~*~*~tactically~*~*~ (outnumbered).
 17541 | D:7      | 17541 ||| Stepping ~*~*~tactically~*~*~ (outnumbered).
 17543 | D:7      | 17543 ||| Stepping ~*~*~tactically~*~*~ (outnumbered).
 17545 | D:7      | 17545 ||| Stepping ~*~*~tactically~*~*~ (outnumbered).
 17547 | D:7      | 17547 ||| Stepping ~*~*~tactically~*~*~ (outnumbered).
 17549 | D:7      | 17549 ||| Stepping ~*~*~tactically~*~*~ (outnumbered).
 17551 | D:7      | 17551 ||| Stepping ~*~*~tactically~*~*~ (outnumbered).
 17553 | D:7      | 17553 ||| Stepping ~*~*~tactically~*~*~ (outnumbered).
 17555 | D:7      | 17555 ||| Stepping ~*~*~tactically~*~*~ (outnumbered).
 17557 | D:7      | 17557 ||| Stepping ~*~*~tactically~*~*~ (outnumbered).
 17559 | D:7      | 17559 ||| Stepping ~*~*~tactically~*~*~ (outnumbered).
 17561 | D:7      | 17561 ||| Stepping ~*~*~tactically~*~*~ (outnumbered).
 17563 | D:7      | 17563 ||| Stepping ~*~*~tactically~*~*~ (outnumbered).
 17565 | D:7      | 17565 ||| Stepping ~*~*~tactically~*~*~ (outnumbered).
 17567 | D:7      | 17567 ||| Stepping ~*~*~tactically~*~*~ (outnumbered).
 17569 | D:7      | 17569 ||| Stepping ~*~*~tactically~*~*~ (outnumbered).
 17571 | D:7      | 17571 ||| Stepping ~*~*~tactically~*~*~ (outnumbered).
 17573 | D:7      | 17573 ||| Stepping ~*~*~tactically~*~*~ (outnumbered).
 17575 | D:7      | 17575 ||| Stepping ~*~*~tactically~*~*~ (outnumbered).
 17577 | D:7      | 17577 ||| Stepping ~*~*~tactically~*~*~ (outnumbered).
 17579 | D:7      | 17579 ||| Stepping ~*~*~tactically~*~*~ (outnumbered).
 17581 | D:7      | 17581 ||| Stepping ~*~*~tactically~*~*~ (outnumbered).
 17583 | D:7      | 17583 ||| Stepping ~*~*~tactically~*~*~ (outnumbered).
 17585 | D:7      | 17585 ||| Stepping ~*~*~tactically~*~*~ (outnumbered).
 17587 | D:7      | 17587 ||| Stepping ~*~*~tactically~*~*~ (outnumbered).
 17589 | D:7      | 17589 ||| Stepping ~*~*~tactically~*~*~ (outnumbered).
 17591 | D:7      | 17591 ||| Stepping ~*~*~tactically~*~*~ (outnumbered).
 17593 | D:7      | 17593 ||| Stepping ~*~*~tactically~*~*~ (outnumbered).
 17595 | D:7      | 17595 ||| Stepping ~*~*~tactically~*~*~ (outnumbered).
 17597 | D:7      | 17597 ||| Stepping ~*~*~tactically~*~*~ (outnumbered).
 17599 | D:7      | 17599 ||| Stepping ~*~*~tactically~*~*~ (outnumbered).
 17601 | D:7      | 17601 ||| Stepping ~*~*~tactically~*~*~ (outnumbered).
 17603 | D:7      | 17603 ||| Stepping ~*~*~tactically~*~*~ (outnumbered).
 17605 | D:7      | 17605 ||| Stepping ~*~*~tactically~*~*~ (outnumbered).
 17607 | D:7      | 17607 ||| Stepping ~*~*~tactically~*~*~ (outnumbered).
 17609 | D:7      | 17609 ||| Stepping ~*~*~tactically~*~*~ (outnumbered).
 17611 | D:7      | 17611 ||| Stepping ~*~*~tactically~*~*~ (outnumbered).
 17613 | D:7      | 17613 ||| Stepping ~*~*~tactically~*~*~ (outnumbered).
 17615 | D:7      | 17615 ||| Stepping ~*~*~tactically~*~*~ (outnumbered).
 17617 | D:7      | 17617 ||| Stepping ~*~*~tactically~*~*~ (outnumbered).
 17619 | D:7      | 17619 ||| Stepping ~*~*~tactically~*~*~ (outnumbered).
 17621 | D:7      | 17621 ||| Stepping ~*~*~tactically~*~*~ (outnumbered).
 17623 | D:7      | 17623 ||| Stepping ~*~*~tactically~*~*~ (outnumbered).
 17625 | D:7      | 17625 ||| Stepping ~*~*~tactically~*~*~ (outnumbered).
 17627 | D:7      | 17627 ||| Stepping ~*~*~tactically~*~*~ (outnumbered).
 17629 | D:7      | 17629 ||| Stepping ~*~*~tactically~*~*~ (outnumbered).
 17631 | D:7      | 17631 ||| Stepping ~*~*~tactically~*~*~ (outnumbered).
 17633 | D:7      | 17633 ||| Stepping ~*~*~tactically~*~*~ (outnumbered).
 17635 | D:7      | 17635 ||| Stepping ~*~*~tactically~*~*~ (outnumbered).
 17637 | D:7      | 17637 ||| Stepping ~*~*~tactically~*~*~ (outnumbered).
 17639 | D:7      | 17639 ||| Stepping ~*~*~tactically~*~*~ (outnumbered).
 17641 | D:7      | 17641 ||| Stepping ~*~*~tactically~*~*~ (outnumbered).
 17643 | D:7      | 17643 ||| Stepping ~*~*~tactically~*~*~ (outnumbered).
 17645 | D:7      | 17645 ||| Stepping ~*~*~tactically~*~*~ (outnumbered).
 17647 | D:7      | 17647 ||| Stepping ~*~*~tactically~*~*~ (outnumbered).
 17649 | D:7      | 17649 ||| Stepping ~*~*~tactically~*~*~ (outnumbered).
 17651 | D:7      | 17651 ||| Stepping ~*~*~tactically~*~*~ (outnumbered).
 17653 | D:7      | 17653 ||| Stepping ~*~*~tactically~*~*~ (outnumbered).
 17655 | D:7      | 17655 ||| Stepping ~*~*~tactically~*~*~ (outnumbered).
 17657 | D:7      | 17657 ||| Stepping ~*~*~tactically~*~*~ (outnumbered).
 17659 | D:7      | 17659 ||| Stepping ~*~*~tactically~*~*~ (outnumbered).
 17661 | D:7      | 17661 ||| Stepping ~*~*~tactically~*~*~ (outnumbered).
 17663 | D:7      | 17663 ||| Stepping ~*~*~tactically~*~*~ (outnumbered).
 17665 | D:7      | 17665 ||| Stepping ~*~*~tactically~*~*~ (outnumbered).
 17667 | D:7      | 17667 ||| Stepping ~*~*~tactically~*~*~ (outnumbered).
 17669 | D:7      | 17669 ||| Stepping ~*~*~tactically~*~*~ (outnumbered).
 17671 | D:7      | 17671 ||| Stepping ~*~*~tactically~*~*~ (outnumbered).
 17673 | D:7      | 17673 ||| Stepping ~*~*~tactically~*~*~ (outnumbered).
 17675 | D:7      | 17675 ||| Stepping ~*~*~tactically~*~*~ (outnumbered).
 17677 | D:7      | 17677 ||| Stepping ~*~*~tactically~*~*~ (outnumbered).
 17679 | D:7      | 17679 ||| Stepping ~*~*~tactically~*~*~ (outnumbered).
 17681 | D:7      | 17681 ||| Stepping ~*~*~tactically~*~*~ (outnumbered).
 17683 | D:7      | 17683 ||| Stepping ~*~*~tactically~*~*~ (outnumbered).
 17685 | D:7      | 17685 ||| Stepping ~*~*~tactically~*~*~ (outnumbered).
 17687 | D:7      | 17687 ||| Stepping ~*~*~tactically~*~*~ (outnumbered).
 17689 | D:7      | 17689 ||| Stepping ~*~*~tactically~*~*~ (outnumbered).
 17691 | D:7      | 17691 ||| Stepping ~*~*~tactically~*~*~ (outnumbered).
 17693 | D:7      | 17693 ||| Stepping ~*~*~tactically~*~*~ (outnumbered).
 17695 | D:7      | 17695 ||| Stepping ~*~*~tactically~*~*~ (outnumbered).
 17697 | D:7      | 17697 ||| Stepping ~*~*~tactically~*~*~ (outnumbered).
 17699 | D:7      | 17699 ||| Stepping ~*~*~tactically~*~*~ (outnumbered).
 17701 | D:7      | 17701 ||| Stepping ~*~*~tactically~*~*~ (outnumbered).
 17703 | D:7      | 17703 ||| Stepping ~*~*~tactically~*~*~ (outnumbered).
 17705 | D:7      | 17705 ||| Stepping ~*~*~tactically~*~*~ (outnumbered).
 17707 | D:7      | 17707 ||| Stepping ~*~*~tactically~*~*~ (outnumbered).
 17709 | D:7      | 17709 ||| Stepping ~*~*~tactically~*~*~ (outnumbered).
 17711 | D:7      | 17711 ||| Stepping ~*~*~tactically~*~*~ (outnumbered).
 17713 | D:7      | 17713 ||| Stepping ~*~*~tactically~*~*~ (outnumbered).
 17715 | D:7      | 17715 ||| Stepping ~*~*~tactically~*~*~ (outnumbered).
 17717 | D:7      | 17717 ||| Stepping ~*~*~tactically~*~*~ (outnumbered).
 17719 | D:7      | 17719 ||| Stepping ~*~*~tactically~*~*~ (outnumbered).
 17721 | D:7      | 17721 ||| Stepping ~*~*~tactically~*~*~ (outnumbered).
 17723 | D:7      | 17723 ||| Stepping ~*~*~tactically~*~*~ (outnumbered).
 17725 | D:7      | 17725 ||| Stepping ~*~*~tactically~*~*~ (outnumbered).
 17727 | D:7      | 17727 ||| Stepping ~*~*~tactically~*~*~ (outnumbered).
 17729 | D:7      | 17729 ||| Stepping ~*~*~tactically~*~*~ (outnumbered).
 17731 | D:7      | 17731 ||| Stepping ~*~*~tactically~*~*~ (outnumbered).
 17733 | D:7      | 17733 ||| Stepping ~*~*~tactically~*~*~ (outnumbered).
 17735 | D:7      | 17735 ||| Stepping ~*~*~tactically~*~*~ (outnumbered).
 17737 | D:7      | 17737 ||| Stepping ~*~*~tactically~*~*~ (outnumbered).
 17739 | D:7      | 17739 ||| Stepping ~*~*~tactically~*~*~ (outnumbered).
 17741 | D:7      | 17741 ||| Stepping ~*~*~tactically~*~*~ (outnumbered).
 17743 | D:7      | 17743 ||| Stepping ~*~*~tactically~*~*~ (outnumbered).
 17745 | D:7      | 17745 ||| Stepping ~*~*~tactically~*~*~ (outnumbered).
 17747 | D:7      | 17747 ||| Stepping ~*~*~tactically~*~*~ (outnumbered).
 17749 | D:7      | 17749 ||| Stepping ~*~*~tactically~*~*~ (outnumbered).
 17751 | D:7      | 17751 ||| Stepping ~*~*~tactically~*~*~ (outnumbered).
 17753 | D:7      | 17753 ||| Stepping ~*~*~tactically~*~*~ (outnumbered).
 17755 | D:7      | 17755 ||| Stepping ~*~*~tactically~*~*~ (outnumbered).
 17757 | D:7      | 17757 ||| Stepping ~*~*~tactically~*~*~ (outnumbered).
 17759 | D:7      | 17759 ||| Stepping ~*~*~tactically~*~*~ (outnumbered).
 17761 | D:7      | 17761 ||| Stepping ~*~*~tactically~*~*~ (outnumbered).
 17763 | D:7      | 17763 ||| Stepping ~*~*~tactically~*~*~ (outnumbered).
 17765 | D:7      | 17765 ||| Stepping ~*~*~tactically~*~*~ (outnumbered).
 17767 | D:7      | 17767 ||| Stepping ~*~*~tactically~*~*~ (outnumbered).
 17769 | D:7      | 17769 ||| Stepping ~*~*~tactically~*~*~ (outnumbered).
 17771 | D:7      | 17771 ||| Stepping ~*~*~tactically~*~*~ (outnumbered).
 17773 | D:7      | 17773 ||| Stepping ~*~*~tactically~*~*~ (outnumbered).
 17775 | D:7      | 17775 ||| Stepping ~*~*~tactically~*~*~ (outnumbered).
 17777 | D:7      | 17777 ||| Stepping ~*~*~tactically~*~*~ (outnumbered).
 17779 | D:7      | 17779 ||| Stepping ~*~*~tactically~*~*~ (outnumbered).
 17781 | D:7      | 17781 ||| Stepping ~*~*~tactically~*~*~ (outnumbered).
 17783 | D:7      | 17783 ||| Stepping ~*~*~tactically~*~*~ (outnumbered).
 17785 | D:7      | 17785 ||| Stepping ~*~*~tactically~*~*~ (outnumbered).
 17787 | D:7      | 17787 ||| Stepping ~*~*~tactically~*~*~ (outnumbered).
 17789 | D:7      | 17789 ||| Stepping ~*~*~tactically~*~*~ (outnumbered).
 17791 | D:7      | 17791 ||| Stepping ~*~*~tactically~*~*~ (outnumbered).
 17793 | D:7      | 17793 ||| Stepping ~*~*~tactically~*~*~ (outnumbered).
 17795 | D:7      | 17795 ||| Stepping ~*~*~tactically~*~*~ (outnumbered).
 17797 | D:7      | 17797 ||| Stepping ~*~*~tactically~*~*~ (outnumbered).
 17799 | D:7      | 17799 ||| Stepping ~*~*~tactically~*~*~ (outnumbered).
 17801 | D:7      | 17801 ||| Stepping ~*~*~tactically~*~*~ (outnumbered).
 17803 | D:7      | 17803 ||| Stepping ~*~*~tactically~*~*~ (outnumbered).
 17805 | D:7      | 17805 ||| Stepping ~*~*~tactically~*~*~ (outnumbered).
 17807 | D:7      | 17807 ||| Stepping ~*~*~tactically~*~*~ (outnumbered).
 17809 | D:7      | 17809 ||| Stepping ~*~*~tactically~*~*~ (outnumbered).
 17811 | D:7      | 17811 ||| Stepping ~*~*~tactically~*~*~ (outnumbered).
 17813 | D:7      | 17813 ||| Stepping ~*~*~tactically~*~*~ (outnumbered).
 17815 | D:7      | 17815 ||| Stepping ~*~*~tactically~*~*~ (outnumbered).
 17817 | D:7      | 17817 ||| Stepping ~*~*~tactically~*~*~ (outnumbered).
 17819 | D:7      | 17819 ||| Stepping ~*~*~tactically~*~*~ (outnumbered).
 17821 | D:7      | 17821 ||| Stepping ~*~*~tactically~*~*~ (outnumbered).
 17823 | D:7      | 17823 ||| Stepping ~*~*~tactically~*~*~ (outnumbered).
 17825 | D:7      | 17825 ||| Stepping ~*~*~tactically~*~*~ (outnumbered).
 17827 | D:7      | 17827 ||| Stepping ~*~*~tactically~*~*~ (outnumbered).
 17829 | D:7      | 17829 ||| Stepping ~*~*~tactically~*~*~ (outnumbered).
 17831 | D:7      | 17831 ||| Stepping ~*~*~tactically~*~*~ (outnumbered).
 17833 | D:7      | 17833 ||| Stepping ~*~*~tactically~*~*~ (outnumbered).
 17835 | D:7      | 17835 ||| Stepping ~*~*~tactically~*~*~ (outnumbered).
 17837 | D:7      | 17837 ||| Stepping ~*~*~tactically~*~*~ (outnumbered).
 17839 | D:7      | 17839 ||| Stepping ~*~*~tactically~*~*~ (outnumbered).
 17841 | D:7      | 17841 ||| Stepping ~*~*~tactically~*~*~ (outnumbered).
 17843 | D:7      | 17843 ||| Stepping ~*~*~tactically~*~*~ (outnumbered).
 17845 | D:7      | 17845 ||| Stepping ~*~*~tactically~*~*~ (outnumbered).
 17847 | D:7      | 17847 ||| Stepping ~*~*~tactically~*~*~ (outnumbered).
 17849 | D:7      | 17849 ||| Stepping ~*~*~tactically~*~*~ (outnumbered).
 17851 | D:7      | 17851 ||| Stepping ~*~*~tactically~*~*~ (outnumbered).
 17853 | D:7      | 17853 ||| Stepping ~*~*~tactically~*~*~ (outnumbered).
 17855 | D:7      | 17855 ||| Stepping ~*~*~tactically~*~*~ (outnumbered).
 17857 | D:7      | 17857 ||| Stepping ~*~*~tactically~*~*~ (outnumbered).
 17859 | D:7      | 17859 ||| Stepping ~*~*~tactically~*~*~ (outnumbered).
 17861 | D:7      | 17861 ||| Stepping ~*~*~tactically~*~*~ (outnumbered).
 17863 | D:7      | 17863 ||| Stepping ~*~*~tactically~*~*~ (outnumbered).
 17865 | D:7      | 17865 ||| Stepping ~*~*~tactically~*~*~ (outnumbered).
 17867 | D:7      | 17867 ||| Stepping ~*~*~tactically~*~*~ (outnumbered).
 17869 | D:7      | 17869 ||| Stepping ~*~*~tactically~*~*~ (outnumbered).
 17871 | D:7      | 17871 ||| Stepping ~*~*~tactically~*~*~ (outnumbered).
 17873 | D:7      | 17873 ||| Stepping ~*~*~tactically~*~*~ (outnumbered).
 17875 | D:7      | 17875 ||| Stepping ~*~*~tactically~*~*~ (outnumbered).
 17877 | D:7      | 17877 ||| Stepping ~*~*~tactically~*~*~ (outnumbered).
 17879 | D:7      | 17879 ||| Stepping ~*~*~tactically~*~*~ (outnumbered).
 17881 | D:7      | 17881 ||| Stepping ~*~*~tactically~*~*~ (outnumbered).
 17883 | D:7      | 17883 ||| Stepping ~*~*~tactically~*~*~ (outnumbered).
 17885 | D:7      | 17885 ||| Stepping ~*~*~tactically~*~*~ (outnumbered).
 17887 | D:7      | 17887 ||| Stepping ~*~*~tactically~*~*~ (outnumbered).
 17889 | D:7      | 17889 ||| Stepping ~*~*~tactically~*~*~ (outnumbered).
 17891 | D:7      | 17891 ||| Stepping ~*~*~tactically~*~*~ (outnumbered).
 17893 | D:7      | 17893 ||| Stepping ~*~*~tactically~*~*~ (outnumbered).
 17895 | D:7      | 17895 ||| Stepping ~*~*~tactically~*~*~ (outnumbered).
 17897 | D:7      | 17897 ||| Stepping ~*~*~tactically~*~*~ (outnumbered).
 17899 | D:7      | 17899 ||| Stepping ~*~*~tactically~*~*~ (outnumbered).
 17901 | D:7      | 17901 ||| Stepping ~*~*~tactically~*~*~ (outnumbered).
 17903 | D:7      | 17903 ||| Stepping ~*~*~tactically~*~*~ (outnumbered).
 17905 | D:7      | 17905 ||| Stepping ~*~*~tactically~*~*~ (outnumbered).
 17907 | D:7      | 17907 ||| Stepping ~*~*~tactically~*~*~ (outnumbered).
 17909 | D:7      | 17909 ||| Stepping ~*~*~tactically~*~*~ (outnumbered).
 17911 | D:7      | 17911 ||| Stepping ~*~*~tactically~*~*~ (outnumbered).
 17913 | D:7      | 17913 ||| Stepping ~*~*~tactically~*~*~ (outnumbered).
 17915 | D:7      | 17915 ||| Stepping ~*~*~tactically~*~*~ (outnumbered).
 17917 | D:7      | 17917 ||| Stepping ~*~*~tactically~*~*~ (outnumbered).
 17919 | D:7      | 17919 ||| Stepping ~*~*~tactically~*~*~ (outnumbered).
 17921 | D:7      | 17921 ||| Stepping ~*~*~tactically~*~*~ (outnumbered).
 17923 | D:7      | 17923 ||| Stepping ~*~*~tactically~*~*~ (outnumbered).
 17925 | D:7      | 17925 ||| Stepping ~*~*~tactically~*~*~ (outnumbered).
 17927 | D:7      | 17927 ||| Stepping ~*~*~tactically~*~*~ (outnumbered).
 17929 | D:7      | 17929 ||| Stepping ~*~*~tactically~*~*~ (outnumbered).
 17931 | D:7      | 17931 ||| Stepping ~*~*~tactically~*~*~ (outnumbered).
 17933 | D:7      | 17933 ||| Stepping ~*~*~tactically~*~*~ (outnumbered).
 17935 | D:7      | 17935 ||| Stepping ~*~*~tactically~*~*~ (outnumbered).
 17937 | D:7      | 17937 ||| Stepping ~*~*~tactically~*~*~ (outnumbered).
 17939 | D:7      | 17939 ||| Stepping ~*~*~tactically~*~*~ (outnumbered).
 17941 | D:7      | 17941 ||| Stepping ~*~*~tactically~*~*~ (outnumbered).
 17943 | D:7      | 17943 ||| Stepping ~*~*~tactically~*~*~ (outnumbered).
 17945 | D:7      | 17945 ||| Stepping ~*~*~tactically~*~*~ (outnumbered).
 17947 | D:7      | 17947 ||| Stepping ~*~*~tactically~*~*~ (outnumbered).
 17949 | D:7      | 17949 ||| Stepping ~*~*~tactically~*~*~ (outnumbered).
 17951 | D:7      | 17951 ||| Stepping ~*~*~tactically~*~*~ (outnumbered).
 17953 | D:7      | 17953 ||| Stepping ~*~*~tactically~*~*~ (outnumbered).
 17955 | D:7      | 17955 ||| Stepping ~*~*~tactically~*~*~ (outnumbered).
 17957 | D:7      | 17957 ||| Stepping ~*~*~tactically~*~*~ (outnumbered).
 17959 | D:7      | 17959 ||| Stepping ~*~*~tactically~*~*~ (outnumbered).
 17961 | D:7      | 17961 ||| Stepping ~*~*~tactically~*~*~ (outnumbered).
 17963 | D:7      | 17963 ||| Stepping ~*~*~tactically~*~*~ (outnumbered).
 17965 | D:7      | 17965 ||| Stepping ~*~*~tactically~*~*~ (outnumbered).
 17967 | D:7      | 17967 ||| Stepping ~*~*~tactically~*~*~ (outnumbered).
 17969 | D:7      | 17969 ||| Stepping ~*~*~tactically~*~*~ (outnumbered).
 17971 | D:7      | 17971 ||| Stepping ~*~*~tactically~*~*~ (outnumbered).
 17973 | D:7      | 17973 ||| Stepping ~*~*~tactically~*~*~ (outnumbered).
 17975 | D:7      | 17975 ||| Stepping ~*~*~tactically~*~*~ (outnumbered).
 17977 | D:7      | 17977 ||| Stepping ~*~*~tactically~*~*~ (outnumbered).
 17979 | D:7      | 17979 ||| Stepping ~*~*~tactically~*~*~ (outnumbered).
 17981 | D:7      | 17981 ||| Stepping ~*~*~tactically~*~*~ (outnumbered).
 17983 | D:7      | 17983 ||| Stepping ~*~*~tactically~*~*~ (outnumbered).
 17985 | D:7      | 17985 ||| Stepping ~*~*~tactically~*~*~ (outnumbered).
 17987 | D:7      | 17987 ||| Stepping ~*~*~tactically~*~*~ (outnumbered).
 17989 | D:7      | 17989 ||| Stepping ~*~*~tactically~*~*~ (outnumbered).
 17991 | D:7      | 17991 ||| Stepping ~*~*~tactically~*~*~ (outnumbered).
 17993 | D:7      | 17993 ||| Stepping ~*~*~tactically~*~*~ (outnumbered).
 17995 | D:7      | 17995 ||| Stepping ~*~*~tactically~*~*~ (outnumbered).
 17997 | D:7      | 17997 ||| Stepping ~*~*~tactically~*~*~ (outnumbered).
 17999 | D:7      | 17999 ||| Stepping ~*~*~tactically~*~*~ (outnumbered).
 18001 | D:7      | 18001 ||| Stepping ~*~*~tactically~*~*~ (outnumbered).
 18003 | D:7      | 18003 ||| Stepping ~*~*~tactically~*~*~ (outnumbered).
 18005 | D:7      | 18005 ||| Stepping ~*~*~tactically~*~*~ (outnumbered).
 18007 | D:7      | 18007 ||| Stepping ~*~*~tactically~*~*~ (outnumbered).
 18009 | D:7      | 18009 ||| Stepping ~*~*~tactically~*~*~ (outnumbered).
 18011 | D:7      | 18011 ||| Stepping ~*~*~tactically~*~*~ (outnumbered).
 18013 | D:7      | 18013 ||| Stepping ~*~*~tactically~*~*~ (outnumbered).
 18015 | D:7      | 18015 ||| Stepping ~*~*~tactically~*~*~ (outnumbered).
 18017 | D:7      | 18017 ||| Stepping ~*~*~tactically~*~*~ (outnumbered).
 18019 | D:7      | 18019 ||| Stepping ~*~*~tactically~*~*~ (outnumbered).
 18021 | D:7      | 18021 ||| Stepping ~*~*~tactically~*~*~ (outnumbered).
 18023 | D:7      | 18023 ||| Stepping ~*~*~tactically~*~*~ (outnumbered).
 18025 | D:7      | 18025 ||| Stepping ~*~*~tactically~*~*~ (outnumbered).
 18027 | D:7      | 18027 ||| Stepping ~*~*~tactically~*~*~ (outnumbered).
 18029 | D:7      | 18029 ||| Stepping ~*~*~tactically~*~*~ (outnumbered).
 18031 | D:7      | 18031 ||| Stepping ~*~*~tactically~*~*~ (outnumbered).
 18033 | D:7      | 18033 ||| Stepping ~*~*~tactically~*~*~ (outnumbered).
 18035 | D:7      | 18035 ||| Stepping ~*~*~tactically~*~*~ (outnumbered).
 18037 | D:7      | 18037 ||| Stepping ~*~*~tactically~*~*~ (outnumbered).
 18039 | D:7      | 18039 ||| Stepping ~*~*~tactically~*~*~ (outnumbered).
 18041 | D:7      | 18041 ||| Stepping ~*~*~tactically~*~*~ (outnumbered).
 18043 | D:7      | 18043 ||| Stepping ~*~*~tactically~*~*~ (outnumbered).
 18045 | D:7      | 18045 ||| Stepping ~*~*~tactically~*~*~ (outnumbered).
 18047 | D:7      | 18047 ||| Stepping ~*~*~tactically~*~*~ (outnumbered).
 18049 | D:7      | 18049 ||| Stepping ~*~*~tactically~*~*~ (outnumbered).
 18051 | D:7      | 18051 ||| Stepping ~*~*~tactically~*~*~ (outnumbered).
 18053 | D:7      | 18053 ||| Stepping ~*~*~tactically~*~*~ (outnumbered).
 18055 | D:7      | 18055 ||| Stepping ~*~*~tactically~*~*~ (outnumbered).
 18057 | D:7      | 18057 ||| Stepping ~*~*~tactically~*~*~ (outnumbered).
 18059 | D:7      | 18059 ||| Stepping ~*~*~tactically~*~*~ (outnumbered).
 18061 | D:7      | 18061 ||| Stepping ~*~*~tactically~*~*~ (outnumbered).
 18063 | D:7      | 18063 ||| Stepping ~*~*~tactically~*~*~ (outnumbered).
 18065 | D:7      | 18065 ||| Stepping ~*~*~tactically~*~*~ (outnumbered).
 18067 | D:7      | 18067 ||| Stepping ~*~*~tactically~*~*~ (outnumbered).
 18069 | D:7      | 18069 ||| Stepping ~*~*~tactically~*~*~ (outnumbered).
 18071 | D:7      | 18071 ||| Stepping ~*~*~tactically~*~*~ (outnumbered).
 18073 | D:7      | 18073 ||| Stepping ~*~*~tactically~*~*~ (outnumbered).
 18075 | D:7      | 18075 ||| Stepping ~*~*~tactically~*~*~ (outnumbered).
 18077 | D:7      | 18077 ||| Stepping ~*~*~tactically~*~*~ (outnumbered).
 18079 | D:7      | 18079 ||| Stepping ~*~*~tactically~*~*~ (outnumbered).
 18081 | D:7      | 18081 ||| Stepping ~*~*~tactically~*~*~ (outnumbered).
 18083 | D:7      | 18083 ||| Stepping ~*~*~tactically~*~*~ (outnumbered).
 18085 | D:7      | 18085 ||| Stepping ~*~*~tactically~*~*~ (outnumbered).
 18087 | D:7      | 18087 ||| Stepping ~*~*~tactically~*~*~ (outnumbered).
 18089 | D:7      | 18089 ||| Stepping ~*~*~tactically~*~*~ (outnumbered).
 18091 | D:7      | 18091 ||| Stepping ~*~*~tactically~*~*~ (outnumbered).
 18093 | D:7      | 18093 ||| Stepping ~*~*~tactically~*~*~ (outnumbered).
 18095 | D:7      | 18095 ||| Stepping ~*~*~tactically~*~*~ (outnumbered).
 18097 | D:7      | 18097 ||| Stepping ~*~*~tactically~*~*~ (outnumbered).
 18099 | D:7      | 18099 ||| Stepping ~*~*~tactically~*~*~ (outnumbered).
 18101 | D:7      | 18101 ||| Stepping ~*~*~tactically~*~*~ (outnumbered).
 18103 | D:7      | 18103 ||| Stepping ~*~*~tactically~*~*~ (outnumbered).
 18105 | D:7      | 18105 ||| Stepping ~*~*~tactically~*~*~ (outnumbered).
 18107 | D:7      | 18107 ||| Stepping ~*~*~tactically~*~*~ (outnumbered).
 18109 | D:7      | 18109 ||| Stepping ~*~*~tactically~*~*~ (outnumbered).
 18111 | D:7      | 18111 ||| Stepping ~*~*~tactically~*~*~ (outnumbered).
 18113 | D:7      | 18113 ||| Stepping ~*~*~tactically~*~*~ (outnumbered).
 18115 | D:7      | 18115 ||| Stepping ~*~*~tactically~*~*~ (outnumbered).
 18117 | D:7      | 18117 ||| Stepping ~*~*~tactically~*~*~ (outnumbered).
 18119 | D:7      | 18119 ||| Stepping ~*~*~tactically~*~*~ (outnumbered).
 18121 | D:7      | 18121 ||| Stepping ~*~*~tactically~*~*~ (outnumbered).
 18123 | D:7      | 18123 ||| Stepping ~*~*~tactically~*~*~ (outnumbered).
 18125 | D:7      | 18125 ||| Stepping ~*~*~tactically~*~*~ (outnumbered).
 18127 | D:7      | 18127 ||| Stepping ~*~*~tactically~*~*~ (outnumbered).
 18129 | D:7      | 18129 ||| Stepping ~*~*~tactically~*~*~ (outnumbered).
 18131 | D:7      | 18131 ||| Stepping ~*~*~tactically~*~*~ (outnumbered).
 18133 | D:7      | 18133 ||| Stepping ~*~*~tactically~*~*~ (outnumbered).
 18135 | D:7      | 18135 ||| Stepping ~*~*~tactically~*~*~ (outnumbered).
 18137 | D:7      | 18137 ||| Stepping ~*~*~tactically~*~*~ (outnumbered).
 18139 | D:7      | 18139 ||| Stepping ~*~*~tactically~*~*~ (outnumbered).
 18141 | D:7      | 18141 ||| Stepping ~*~*~tactically~*~*~ (outnumbered).
 18143 | D:7      | 18143 ||| Stepping ~*~*~tactically~*~*~ (outnumbered).
 18145 | D:7      | 18145 ||| Stepping ~*~*~tactically~*~*~ (outnumbered).
 18147 | D:7      | 18147 ||| Stepping ~*~*~tactically~*~*~ (outnumbered).
 18149 | D:7      | 18149 ||| Stepping ~*~*~tactically~*~*~ (outnumbered).
 18151 | D:7      | 18151 ||| Stepping ~*~*~tactically~*~*~ (outnumbered).
 18153 | D:7      | 18153 ||| Stepping ~*~*~tactically~*~*~ (outnumbered).
 18155 | D:7      | 18155 ||| Stepping ~*~*~tactically~*~*~ (outnumbered).
 18157 | D:7      | 18157 ||| Stepping ~*~*~tactically~*~*~ (outnumbered).
 18159 | D:7      | 18159 ||| Stepping ~*~*~tactically~*~*~ (outnumbered).
 18161 | D:7      | 18161 ||| Stepping ~*~*~tactically~*~*~ (outnumbered).
 18163 | D:7      | 18163 ||| Stepping ~*~*~tactically~*~*~ (outnumbered).
 18165 | D:7      | 18165 ||| Stepping ~*~*~tactically~*~*~ (outnumbered).
 18167 | D:7      | 18167 ||| Stepping ~*~*~tactically~*~*~ (outnumbered).
 18169 | D:7      | 18169 ||| Stepping ~*~*~tactically~*~*~ (outnumbered).
 18171 | D:7      | 18171 ||| Stepping ~*~*~tactically~*~*~ (outnumbered).
 18173 | D:7      | 18173 ||| Stepping ~*~*~tactically~*~*~ (outnumbered).
 18175 | D:7      | 18175 ||| Stepping ~*~*~tactically~*~*~ (outnumbered).
 18177 | D:7      | 18177 ||| Stepping ~*~*~tactically~*~*~ (outnumbered).
 18179 | D:7      | 18179 ||| Stepping ~*~*~tactically~*~*~ (outnumbered).
 18181 | D:7      | 18181 ||| Stepping ~*~*~tactically~*~*~ (outnumbered).
 18183 | D:7      | 18183 ||| Stepping ~*~*~tactically~*~*~ (outnumbered).
 18185 | D:7      | 18185 ||| Stepping ~*~*~tactically~*~*~ (outnumbered).
 18187 | D:7      | 18187 ||| Stepping ~*~*~tactically~*~*~ (outnumbered).
 18189 | D:7      | 18189 ||| Stepping ~*~*~tactically~*~*~ (outnumbered).
 18191 | D:7      | 18191 ||| Stepping ~*~*~tactically~*~*~ (outnumbered).
 18193 | D:7      | 18193 ||| Stepping ~*~*~tactically~*~*~ (outnumbered).
 18195 | D:7      | 18195 ||| Stepping ~*~*~tactically~*~*~ (outnumbered).
 18197 | D:7      | 18197 ||| Stepping ~*~*~tactically~*~*~ (outnumbered).
 18199 | D:7      | 18199 ||| Stepping ~*~*~tactically~*~*~ (outnumbered).
 18201 | D:7      | 18201 ||| Stepping ~*~*~tactically~*~*~ (outnumbered).
 18203 | D:7      | 18203 ||| Stepping ~*~*~tactically~*~*~ (outnumbered).
 18205 | D:7      | 18205 ||| Stepping ~*~*~tactically~*~*~ (outnumbered).
 18207 | D:7      | 18207 ||| Stepping ~*~*~tactically~*~*~ (outnumbered).
 18209 | D:7      | 18209 ||| Stepping ~*~*~tactically~*~*~ (outnumbered).
 18211 | D:7      | 18211 ||| Stepping ~*~*~tactically~*~*~ (outnumbered).
 18213 | D:7      | 18213 ||| Stepping ~*~*~tactically~*~*~ (outnumbered).
 18215 | D:7      | 18215 ||| Stepping ~*~*~tactically~*~*~ (outnumbered).
 18217 | D:7      | 18217 ||| Stepping ~*~*~tactically~*~*~ (outnumbered).
 18219 | D:7      | 18219 ||| Stepping ~*~*~tactically~*~*~ (outnumbered).
 18221 | D:7      | 18221 ||| Stepping ~*~*~tactically~*~*~ (outnumbered).
 18223 | D:7      | 18223 ||| Stepping ~*~*~tactically~*~*~ (outnumbered).
 18225 | D:7      | 18225 ||| Stepping ~*~*~tactically~*~*~ (outnumbered).
 18227 | D:7      | 18227 ||| Stepping ~*~*~tactically~*~*~ (outnumbered).
 18229 | D:7      | 18229 ||| Stepping ~*~*~tactically~*~*~ (outnumbered).
 18231 | D:7      | 18231 ||| Stepping ~*~*~tactically~*~*~ (outnumbered).
 18233 | D:7      | 18233 ||| Stepping ~*~*~tactically~*~*~ (outnumbered).
 18235 | D:7      | 18235 ||| Stepping ~*~*~tactically~*~*~ (outnumbered).
 18237 | D:7      | 18237 ||| Stepping ~*~*~tactically~*~*~ (outnumbered).
 18239 | D:7      | 18239 ||| Stepping ~*~*~tactically~*~*~ (outnumbered).
 18241 | D:7      | 18241 ||| Stepping ~*~*~tactically~*~*~ (outnumbered).
 18243 | D:7      | 18243 ||| Stepping ~*~*~tactically~*~*~ (outnumbered).
 18245 | D:7      | 18245 ||| Stepping ~*~*~tactically~*~*~ (outnumbered).
 18247 | D:7      | 18247 ||| Stepping ~*~*~tactically~*~*~ (outnumbered).
 18249 | D:7      | 18249 ||| Stepping ~*~*~tactically~*~*~ (outnumbered).
 18251 | D:7      | 18251 ||| Stepping ~*~*~tactically~*~*~ (outnumbered).
 18253 | D:7      | 18253 ||| Stepping ~*~*~tactically~*~*~ (outnumbered).
 18255 | D:7      | 18255 ||| Stepping ~*~*~tactically~*~*~ (outnumbered).
 18257 | D:7      | 18257 ||| Stepping ~*~*~tactically~*~*~ (outnumbered).
 18259 | D:7      | 18259 ||| Stepping ~*~*~tactically~*~*~ (outnumbered).
 18261 | D:7      | 18261 ||| Stepping ~*~*~tactically~*~*~ (outnumbered).
 18263 | D:7      | 18263 ||| Stepping ~*~*~tactically~*~*~ (outnumbered).
 18265 | D:7      | 18265 ||| Stepping ~*~*~tactically~*~*~ (outnumbered).
 18267 | D:7      | 18267 ||| Stepping ~*~*~tactically~*~*~ (outnumbered).
 18269 | D:7      | 18269 ||| Stepping ~*~*~tactically~*~*~ (outnumbered).
 18271 | D:7      | 18271 ||| Stepping ~*~*~tactically~*~*~ (outnumbered).
 18273 | D:7      | 18273 ||| Stepping ~*~*~tactically~*~*~ (outnumbered).
 18275 | D:7      | 18275 ||| Stepping ~*~*~tactically~*~*~ (outnumbered).
 18277 | D:7      | 18277 ||| Stepping ~*~*~tactically~*~*~ (outnumbered).
 18279 | D:7      | 18279 ||| Stepping ~*~*~tactically~*~*~ (outnumbered).
 18281 | D:7      | 18281 ||| Stepping ~*~*~tactically~*~*~ (outnumbered).
 18283 | D:7      | 18283 ||| Stepping ~*~*~tactically~*~*~ (outnumbered).
 18285 | D:7      | 18285 ||| Stepping ~*~*~tactically~*~*~ (outnumbered).
 18287 | D:7      | 18287 ||| Stepping ~*~*~tactically~*~*~ (outnumbered).
 18289 | D:7      | 18289 ||| Stepping ~*~*~tactically~*~*~ (outnumbered).
 18291 | D:7      | 18291 ||| Stepping ~*~*~tactically~*~*~ (outnumbered).
 18293 | D:7      | 18293 ||| Stepping ~*~*~tactically~*~*~ (outnumbered).
 18295 | D:7      | 18295 ||| Stepping ~*~*~tactically~*~*~ (outnumbered).
 18297 | D:7      | 18297 ||| Stepping ~*~*~tactically~*~*~ (outnumbered).
 18299 | D:7      | 18299 ||| Stepping ~*~*~tactically~*~*~ (outnumbered).
 18301 | D:7      | 18301 ||| Stepping ~*~*~tactically~*~*~ (outnumbered).
 18303 | D:7      | 18303 ||| Stepping ~*~*~tactically~*~*~ (outnumbered).
 18305 | D:7      | 18305 ||| Stepping ~*~*~tactically~*~*~ (outnumbered).
 18307 | D:7      | 18307 ||| Stepping ~*~*~tactically~*~*~ (outnumbered).
 18309 | D:7      | 18309 ||| Stepping ~*~*~tactically~*~*~ (outnumbered).
 18311 | D:7      | 18311 ||| Stepping ~*~*~tactically~*~*~ (outnumbered).
 18313 | D:7      | 18313 ||| Stepping ~*~*~tactically~*~*~ (outnumbered).
 18315 | D:7      | 18315 ||| Stepping ~*~*~tactically~*~*~ (outnumbered).
 18317 | D:7      | 18317 ||| Stepping ~*~*~tactically~*~*~ (outnumbered).
 18319 | D:7      | 18319 ||| Stepping ~*~*~tactically~*~*~ (outnumbered).
 18321 | D:7      | 18321 ||| Stepping ~*~*~tactically~*~*~ (outnumbered).
 18323 | D:7      | 18323 ||| Stepping ~*~*~tactically~*~*~ (outnumbered).
 18325 | D:7      | 18325 ||| Stepping ~*~*~tactically~*~*~ (outnumbered).
 18327 | D:7      | 18327 ||| Stepping ~*~*~tactically~*~*~ (outnumbered).
 18329 | D:7      | 18329 ||| Stepping ~*~*~tactically~*~*~ (outnumbered).
 18331 | D:7      | 18331 ||| Stepping ~*~*~tactically~*~*~ (outnumbered).
 18333 | D:7      | 18333 ||| Stepping ~*~*~tactically~*~*~ (outnumbered).
 18335 | D:7      | 18335 ||| Stepping ~*~*~tactically~*~*~ (outnumbered).
 18337 | D:7      | 18337 ||| Stepping ~*~*~tactically~*~*~ (outnumbered).
 18339 | D:7      | 18339 ||| Stepping ~*~*~tactically~*~*~ (outnumbered).
 18341 | D:7      | 18341 ||| Stepping ~*~*~tactically~*~*~ (outnumbered).
 18343 | D:7      | 18343 ||| Stepping ~*~*~tactically~*~*~ (outnumbered).
 18345 | D:7      | 18345 ||| Stepping ~*~*~tactically~*~*~ (outnumbered).
 18347 | D:7      | 18347 ||| Stepping ~*~*~tactically~*~*~ (outnumbered).
 18349 | D:7      | 18349 ||| Stepping ~*~*~tactically~*~*~ (outnumbered).
 18351 | D:7      | 18351 ||| Stepping ~*~*~tactically~*~*~ (outnumbered).
 18353 | D:7      | 18353 ||| Stepping ~*~*~tactically~*~*~ (outnumbered).
 18355 | D:7      | 18355 ||| Stepping ~*~*~tactically~*~*~ (outnumbered).
 18357 | D:7      | 18357 ||| Stepping ~*~*~tactically~*~*~ (outnumbered).
 18359 | D:7      | 18359 ||| Stepping ~*~*~tactically~*~*~ (outnumbered).
 18361 | D:7      | 18361 ||| Stepping ~*~*~tactically~*~*~ (outnumbered).
 18363 | D:7      | 18363 ||| Stepping ~*~*~tactically~*~*~ (outnumbered).
 18365 | D:7      | 18365 ||| Stepping ~*~*~tactically~*~*~ (outnumbered).
 18367 | D:7      | 18367 ||| Stepping ~*~*~tactically~*~*~ (outnumbered).
 18369 | D:7      | 18369 ||| Stepping ~*~*~tactically~*~*~ (outnumbered).
 18371 | D:7      | 18371 ||| Stepping ~*~*~tactically~*~*~ (outnumbered).
 18373 | D:7      | 18373 ||| Stepping ~*~*~tactically~*~*~ (outnumbered).
 18375 | D:7      | 18375 ||| Stepping ~*~*~tactically~*~*~ (outnumbered).
 18377 | D:7      | 18377 ||| Stepping ~*~*~tactically~*~*~ (outnumbered).
 18379 | D:7      | 18379 ||| Stepping ~*~*~tactically~*~*~ (outnumbered).
 18381 | D:7      | 18381 ||| Stepping ~*~*~tactically~*~*~ (outnumbered).
 18383 | D:7      | 18383 ||| Stepping ~*~*~tactically~*~*~ (outnumbered).
 18385 | D:7      | 18385 ||| Stepping ~*~*~tactically~*~*~ (outnumbered).
 18387 | D:7      | 18387 ||| Stepping ~*~*~tactically~*~*~ (outnumbered).
 18389 | D:7      | 18389 ||| Stepping ~*~*~tactically~*~*~ (outnumbered).
 18391 | D:7      | 18391 ||| Stepping ~*~*~tactically~*~*~ (outnumbered).
 18393 | D:7      | 18393 ||| Stepping ~*~*~tactically~*~*~ (outnumbered).
 18395 | D:7      | 18395 ||| Stepping ~*~*~tactically~*~*~ (outnumbered).
 18397 | D:7      | 18397 ||| Stepping ~*~*~tactically~*~*~ (outnumbered).
 18399 | D:7      | 18399 ||| Stepping ~*~*~tactically~*~*~ (outnumbered).
 18401 | D:7      | 18401 ||| Stepping ~*~*~tactically~*~*~ (outnumbered).
 18403 | D:7      | 18403 ||| Stepping ~*~*~tactically~*~*~ (outnumbered).
 18405 | D:7      | 18405 ||| Stepping ~*~*~tactically~*~*~ (outnumbered).
 18407 | D:7      | 18407 ||| Stepping ~*~*~tactically~*~*~ (outnumbered).
 18409 | D:7      | 18409 ||| Stepping ~*~*~tactically~*~*~ (outnumbered).
 18411 | D:7      | 18411 ||| Stepping ~*~*~tactically~*~*~ (outnumbered).
 18413 | D:7      | 18413 ||| Stepping ~*~*~tactically~*~*~ (outnumbered).
 18415 | D:7      | 18415 ||| Stepping ~*~*~tactically~*~*~ (outnumbered).
 18417 | D:7      | 18417 ||| Stepping ~*~*~tactically~*~*~ (outnumbered).
 18419 | D:7      | 18419 ||| Stepping ~*~*~tactically~*~*~ (outnumbered).
 18421 | D:7      | 18421 ||| Stepping ~*~*~tactically~*~*~ (outnumbered).
 18423 | D:7      | 18423 ||| Stepping ~*~*~tactically~*~*~ (outnumbered).
 18425 | D:7      | 18425 ||| Stepping ~*~*~tactically~*~*~ (outnumbered).
 18427 | D:7      | 18427 ||| Stepping ~*~*~tactically~*~*~ (outnumbered).
 18429 | D:7      | 18429 ||| Stepping ~*~*~tactically~*~*~ (outnumbered).
 18431 | D:7      | 18431 ||| Stepping ~*~*~tactically~*~*~ (outnumbered).
 18433 | D:7      | 18433 ||| Stepping ~*~*~tactically~*~*~ (outnumbered).
 18435 | D:7      | 18435 ||| Stepping ~*~*~tactically~*~*~ (outnumbered).
 18437 | D:7      | 18437 ||| Stepping ~*~*~tactically~*~*~ (outnumbered).
 18439 | D:7      | 18439 ||| Stepping ~*~*~tactically~*~*~ (outnumbered).
 18441 | D:7      | 18441 ||| Stepping ~*~*~tactically~*~*~ (outnumbered).
 18443 | D:7      | 18443 ||| Stepping ~*~*~tactically~*~*~ (outnumbered).
 18445 | D:7      | 18445 ||| Stepping ~*~*~tactically~*~*~ (outnumbered).
 18447 | D:7      | 18447 ||| Stepping ~*~*~tactically~*~*~ (outnumbered).
 18449 | D:7      | 18449 ||| Stepping ~*~*~tactically~*~*~ (outnumbered).
 18451 | D:7      | 18451 ||| Stepping ~*~*~tactically~*~*~ (outnumbered).
 18453 | D:7      | 18453 ||| Stepping ~*~*~tactically~*~*~ (outnumbered).
 18455 | D:7      | 18455 ||| Stepping ~*~*~tactically~*~*~ (outnumbered).
 18457 | D:7      | 18457 ||| Stepping ~*~*~tactically~*~*~ (outnumbered).
 18459 | D:7      | 18459 ||| Stepping ~*~*~tactically~*~*~ (outnumbered).
 18461 | D:7      | 18461 ||| Stepping ~*~*~tactically~*~*~ (outnumbered).
 18463 | D:7      | 18463 ||| Stepping ~*~*~tactically~*~*~ (outnumbered).
 18465 | D:7      | 18465 ||| Stepping ~*~*~tactically~*~*~ (outnumbered).
 18467 | D:7      | 18467 ||| Stepping ~*~*~tactically~*~*~ (outnumbered).
 18469 | D:7      | 18469 ||| Stepping ~*~*~tactically~*~*~ (outnumbered).
 18471 | D:7      | 18471 ||| Stepping ~*~*~tactically~*~*~ (outnumbered).
 18473 | D:7      | 18473 ||| Stepping ~*~*~tactically~*~*~ (outnumbered).
 18475 | D:7      | 18475 ||| Stepping ~*~*~tactically~*~*~ (outnumbered).
 18477 | D:7      | 18477 ||| Stepping ~*~*~tactically~*~*~ (outnumbered).
 18479 | D:7      | 18479 ||| Stepping ~*~*~tactically~*~*~ (outnumbered).
 18481 | D:7      | 18481 ||| Stepping ~*~*~tactically~*~*~ (outnumbered).
 18483 | D:7      | 18483 ||| Stepping ~*~*~tactically~*~*~ (outnumbered).
 18485 | D:7      | 18485 ||| Stepping ~*~*~tactically~*~*~ (outnumbered).
 18487 | D:7      | 18487 ||| Stepping ~*~*~tactically~*~*~ (outnumbered).
 18489 | D:7      | 18489 ||| Stepping ~*~*~tactically~*~*~ (outnumbered).
 18491 | D:7      | 18491 ||| Stepping ~*~*~tactically~*~*~ (outnumbered).
 18493 | D:7      | 18493 ||| Stepping ~*~*~tactically~*~*~ (outnumbered).
 18495 | D:7      | 18495 ||| Stepping ~*~*~tactically~*~*~ (outnumbered).
 18497 | D:7      | 18497 ||| Stepping ~*~*~tactically~*~*~ (outnumbered).
 18499 | D:7      | 18499 ||| Stepping ~*~*~tactically~*~*~ (outnumbered).
 18501 | D:7      | 18501 ||| Stepping ~*~*~tactically~*~*~ (outnumbered).
 18503 | D:7      | 18503 ||| Stepping ~*~*~tactically~*~*~ (outnumbered).
 18505 | D:7      | 18505 ||| Stepping ~*~*~tactically~*~*~ (outnumbered).
 18507 | D:7      | 18507 ||| Stepping ~*~*~tactically~*~*~ (outnumbered).
 18509 | D:7      | 18509 ||| Stepping ~*~*~tactically~*~*~ (outnumbered).
 18511 | D:7      | 18511 ||| Stepping ~*~*~tactically~*~*~ (outnumbered).
 18513 | D:7      | 18513 ||| Stepping ~*~*~tactically~*~*~ (outnumbered).
 18515 | D:7      | 18515 ||| Stepping ~*~*~tactically~*~*~ (outnumbered).
 18517 | D:7      | 18517 ||| Stepping ~*~*~tactically~*~*~ (outnumbered).
 18519 | D:7      | 18519 ||| Stepping ~*~*~tactically~*~*~ (outnumbered).
 18521 | D:7      | 18521 ||| Stepping ~*~*~tactically~*~*~ (outnumbered).
 18523 | D:7      | 18523 ||| Stepping ~*~*~tactically~*~*~ (outnumbered).
 18525 | D:7      | 18525 ||| Stepping ~*~*~tactically~*~*~ (outnumbered).
 18527 | D:7      | 18527 ||| Stepping ~*~*~tactically~*~*~ (outnumbered).
 18529 | D:7      | 18529 ||| Stepping ~*~*~tactically~*~*~ (outnumbered).
 18531 | D:7      | 18531 ||| Stepping ~*~*~tactically~*~*~ (outnumbered).
 18533 | D:7      | 18533 ||| Stepping ~*~*~tactically~*~*~ (outnumbered).
 18535 | D:7      | 18535 ||| Stepping ~*~*~tactically~*~*~ (outnumbered).
 18537 | D:7      | 18537 ||| Stepping ~*~*~tactically~*~*~ (outnumbered).
 18539 | D:7      | 18539 ||| Stepping ~*~*~tactically~*~*~ (outnumbered).
 18541 | D:7      | 18541 ||| Stepping ~*~*~tactically~*~*~ (outnumbered).
 18543 | D:7      | 18543 ||| Stepping ~*~*~tactically~*~*~ (outnumbered).
 18545 | D:7      | 18545 ||| Stepping ~*~*~tactically~*~*~ (outnumbered).
 18547 | D:7      | 18547 ||| Stepping ~*~*~tactically~*~*~ (outnumbered).
 18549 | D:7      | 18549 ||| Stepping ~*~*~tactically~*~*~ (outnumbered).
 18551 | D:7      | 18551 ||| Stepping ~*~*~tactically~*~*~ (outnumbered).
 18553 | D:7      | 18553 ||| Stepping ~*~*~tactically~*~*~ (outnumbered).
 18555 | D:7      | 18555 ||| Stepping ~*~*~tactically~*~*~ (outnumbered).
 18557 | D:7      | 18557 ||| Stepping ~*~*~tactically~*~*~ (outnumbered).
 18559 | D:7      | 18559 ||| Stepping ~*~*~tactically~*~*~ (outnumbered).
 18561 | D:7      | 18561 ||| Stepping ~*~*~tactically~*~*~ (outnumbered).
 18563 | D:7      | 18563 ||| Stepping ~*~*~tactically~*~*~ (outnumbered).
 18565 | D:7      | 18565 ||| Stepping ~*~*~tactically~*~*~ (outnumbered).
 18567 | D:7      | 18567 ||| Stepping ~*~*~tactically~*~*~ (outnumbered).
 18569 | D:7      | 18569 ||| Stepping ~*~*~tactically~*~*~ (outnumbered).
 18571 | D:7      | 18571 ||| Stepping ~*~*~tactically~*~*~ (outnumbered).
 18573 | D:7      | 18573 ||| Stepping ~*~*~tactically~*~*~ (outnumbered).
 18575 | D:7      | 18575 ||| Stepping ~*~*~tactically~*~*~ (outnumbered).
 18577 | D:7      | 18577 ||| Stepping ~*~*~tactically~*~*~ (outnumbered).
 18579 | D:7      | 18579 ||| Stepping ~*~*~tactically~*~*~ (outnumbered).
 18581 | D:7      | 18581 ||| Stepping ~*~*~tactically~*~*~ (outnumbered).
 18583 | D:7      | 18583 ||| Stepping ~*~*~tactically~*~*~ (outnumbered).
 18585 | D:7      | 18585 ||| Stepping ~*~*~tactically~*~*~ (outnumbered).
 18587 | D:7      | 18587 ||| Stepping ~*~*~tactically~*~*~ (outnumbered).
 18589 | D:7      | 18589 ||| Stepping ~*~*~tactically~*~*~ (outnumbered).
 18591 | D:7      | 18591 ||| Stepping ~*~*~tactically~*~*~ (outnumbered).
 18593 | D:7      | 18593 ||| Stepping ~*~*~tactically~*~*~ (outnumbered).
 18595 | D:7      | 18595 ||| Stepping ~*~*~tactically~*~*~ (outnumbered).
 18597 | D:7      | 18597 ||| Stepping ~*~*~tactically~*~*~ (outnumbered).
 18599 | D:7      | 18599 ||| Stepping ~*~*~tactically~*~*~ (outnumbered).
 18601 | D:7      | 18601 ||| Stepping ~*~*~tactically~*~*~ (outnumbered).
 18603 | D:7      | 18603 ||| Stepping ~*~*~tactically~*~*~ (outnumbered).
 18605 | D:7      | 18605 ||| Stepping ~*~*~tactically~*~*~ (outnumbered).
 18607 | D:7      | 18607 ||| Stepping ~*~*~tactically~*~*~ (outnumbered).
 18609 | D:7      | 18609 ||| Stepping ~*~*~tactically~*~*~ (outnumbered).
 18611 | D:7      | 18611 ||| Stepping ~*~*~tactically~*~*~ (outnumbered).
 18613 | D:7      | 18613 ||| Stepping ~*~*~tactically~*~*~ (outnumbered).
 18615 | D:7      | 18615 ||| Stepping ~*~*~tactically~*~*~ (outnumbered).
 18617 | D:7      | 18617 ||| Stepping ~*~*~tactically~*~*~ (outnumbered).
 18619 | D:7      | 18619 ||| Stepping ~*~*~tactically~*~*~ (outnumbered).
 18621 | D:7      | 18621 ||| Stepping ~*~*~tactically~*~*~ (outnumbered).
 18623 | D:7      | 18623 ||| Stepping ~*~*~tactically~*~*~ (outnumbered).
 18625 | D:7      | 18625 ||| Stepping ~*~*~tactically~*~*~ (outnumbered).
 18627 | D:7      | 18627 ||| Stepping ~*~*~tactically~*~*~ (outnumbered).
 18629 | D:7      | 18629 ||| Stepping ~*~*~tactically~*~*~ (outnumbered).
 18631 | D:7      | 18631 ||| Stepping ~*~*~tactically~*~*~ (outnumbered).
 18633 | D:7      | 18633 ||| Stepping ~*~*~tactically~*~*~ (outnumbered).
 18635 | D:7      | 18635 ||| Stepping ~*~*~tactically~*~*~ (outnumbered).
 18637 | D:7      | 18637 ||| Stepping ~*~*~tactically~*~*~ (outnumbered).
 18639 | D:7      | 18639 ||| Stepping ~*~*~tactically~*~*~ (outnumbered).
 18641 | D:7      | 18641 ||| Stepping ~*~*~tactically~*~*~ (outnumbered).
 18643 | D:7      | 18643 ||| Stepping ~*~*~tactically~*~*~ (outnumbered).
 18645 | D:7      | 18645 ||| Stepping ~*~*~tactically~*~*~ (outnumbered).
 18647 | D:7      | 18647 ||| Stepping ~*~*~tactically~*~*~ (outnumbered).
 18649 | D:7      | 18649 ||| Stepping ~*~*~tactically~*~*~ (outnumbered).
 18651 | D:7      | 18651 ||| Stepping ~*~*~tactically~*~*~ (outnumbered).
 18653 | D:7      | 18653 ||| Stepping ~*~*~tactically~*~*~ (outnumbered).
 18655 | D:7      | 18655 ||| Stepping ~*~*~tactically~*~*~ (outnumbered).
 18657 | D:7      | 18657 ||| Stepping ~*~*~tactically~*~*~ (outnumbered).
 18659 | D:7      | 18659 ||| Stepping ~*~*~tactically~*~*~ (outnumbered).
 18661 | D:7      | 18661 ||| Stepping ~*~*~tactically~*~*~ (outnumbered).
 18663 | D:7      | 18663 ||| Stepping ~*~*~tactically~*~*~ (outnumbered).
 18665 | D:7      | 18665 ||| Stepping ~*~*~tactically~*~*~ (outnumbered).
 18667 | D:7      | 18667 ||| Stepping ~*~*~tactically~*~*~ (outnumbered).
 18669 | D:7      | 18669 ||| Stepping ~*~*~tactically~*~*~ (outnumbered).
 18671 | D:7      | 18671 ||| Stepping ~*~*~tactically~*~*~ (outnumbered).
 18673 | D:7      | 18673 ||| Stepping ~*~*~tactically~*~*~ (outnumbered).
 18675 | D:7      | 18675 ||| Stepping ~*~*~tactically~*~*~ (outnumbered).
 18677 | D:7      | 18677 ||| Stepping ~*~*~tactically~*~*~ (outnumbered).
 18679 | D:7      | 18679 ||| Stepping ~*~*~tactically~*~*~ (outnumbered).
 18681 | D:7      | 18681 ||| Stepping ~*~*~tactically~*~*~ (outnumbered).
 18683 | D:7      | 18683 ||| Stepping ~*~*~tactically~*~*~ (outnumbered).
 18685 | D:7      | 18685 ||| Stepping ~*~*~tactically~*~*~ (outnumbered).
 18687 | D:7      | 18687 ||| Stepping ~*~*~tactically~*~*~ (outnumbered).
 18689 | D:7      | 18689 ||| Stepping ~*~*~tactically~*~*~ (outnumbered).
 18691 | D:7      | 18691 ||| Stepping ~*~*~tactically~*~*~ (outnumbered).
 18693 | D:7      | 18693 ||| Stepping ~*~*~tactically~*~*~ (outnumbered).
 18695 | D:7      | 18695 ||| Stepping ~*~*~tactically~*~*~ (outnumbered).
 18697 | D:7      | 18697 ||| Stepping ~*~*~tactically~*~*~ (outnumbered).
 18699 | D:7      | 18699 ||| Stepping ~*~*~tactically~*~*~ (outnumbered).
 18701 | D:7      | 18701 ||| Stepping ~*~*~tactically~*~*~ (outnumbered).
 18703 | D:7      | 18703 ||| Stepping ~*~*~tactically~*~*~ (outnumbered).
 18705 | D:7      | 18705 ||| Stepping ~*~*~tactically~*~*~ (outnumbered).
 18707 | D:7      | 18707 ||| Stepping ~*~*~tactically~*~*~ (outnumbered).
 18709 | D:7      | 18709 ||| Stepping ~*~*~tactically~*~*~ (outnumbered).
 18711 | D:7      | 18711 ||| Stepping ~*~*~tactically~*~*~ (outnumbered).
 18713 | D:7      | 18713 ||| Stepping ~*~*~tactically~*~*~ (outnumbered).
 18715 | D:7      | 18715 ||| Stepping ~*~*~tactically~*~*~ (outnumbered).
 18717 | D:7      | 18717 ||| Stepping ~*~*~tactically~*~*~ (outnumbered).
 18719 | D:7      | 18719 ||| Stepping ~*~*~tactically~*~*~ (outnumbered).
 18721 | D:7      | 18721 ||| Stepping ~*~*~tactically~*~*~ (outnumbered).
 18723 | D:7      | 18723 ||| Stepping ~*~*~tactically~*~*~ (outnumbered).
 18725 | D:7      | 18725 ||| Stepping ~*~*~tactically~*~*~ (outnumbered).
 18727 | D:7      | 18727 ||| Stepping ~*~*~tactically~*~*~ (outnumbered).
 18729 | D:7      | 18729 ||| Stepping ~*~*~tactically~*~*~ (outnumbered).
 18731 | D:7      | 18731 ||| Stepping ~*~*~tactically~*~*~ (outnumbered).
 18733 | D:7      | 18733 ||| Stepping ~*~*~tactically~*~*~ (outnumbered).
 18735 | D:7      | 18735 ||| Stepping ~*~*~tactically~*~*~ (outnumbered).
 18737 | D:7      | 18737 ||| Stepping ~*~*~tactically~*~*~ (outnumbered).
 18739 | D:7      | 18739 ||| Stepping ~*~*~tactically~*~*~ (outnumbered).
 18741 | D:7      | 18741 ||| Stepping ~*~*~tactically~*~*~ (outnumbered).
 18743 | D:7      | 18743 ||| Stepping ~*~*~tactically~*~*~ (outnumbered).
 18745 | D:7      | 18745 ||| Stepping ~*~*~tactically~*~*~ (outnumbered).
 18747 | D:7      | 18747 ||| Stepping ~*~*~tactically~*~*~ (outnumbered).
 18749 | D:7      | 18749 ||| Stepping ~*~*~tactically~*~*~ (outnumbered).
 18751 | D:7      | 18751 ||| Stepping ~*~*~tactically~*~*~ (outnumbered).
 18753 | D:7      | 18753 ||| Stepping ~*~*~tactically~*~*~ (outnumbered).
 18755 | D:7      | 18755 ||| Stepping ~*~*~tactically~*~*~ (outnumbered).
 18757 | D:7      | 18757 ||| Stepping ~*~*~tactically~*~*~ (outnumbered).
 18759 | D:7      | 18759 ||| Stepping ~*~*~tactically~*~*~ (outnumbered).
 18761 | D:7      | 18761 ||| Stepping ~*~*~tactically~*~*~ (outnumbered).
 18763 | D:7      | 18763 ||| Stepping ~*~*~tactically~*~*~ (outnumbered).
 18765 | D:7      | 18765 ||| Stepping ~*~*~tactically~*~*~ (outnumbered).
 18767 | D:7      | 18767 ||| Stepping ~*~*~tactically~*~*~ (outnumbered).
 18769 | D:7      | 18769 ||| Stepping ~*~*~tactically~*~*~ (outnumbered).
 18771 | D:7      | 18771 ||| Stepping ~*~*~tactically~*~*~ (outnumbered).
 18773 | D:7      | 18773 ||| Stepping ~*~*~tactically~*~*~ (outnumbered).
 18775 | D:7      | 18775 ||| Stepping ~*~*~tactically~*~*~ (outnumbered).
 18777 | D:7      | 18777 ||| Stepping ~*~*~tactically~*~*~ (outnumbered).
 18779 | D:7      | 18779 ||| Stepping ~*~*~tactically~*~*~ (outnumbered).
 18781 | D:7      | 18781 ||| Stepping ~*~*~tactically~*~*~ (outnumbered).
 18783 | D:7      | 18783 ||| Stepping ~*~*~tactically~*~*~ (outnumbered).
 18785 | D:7      | 18785 ||| Stepping ~*~*~tactically~*~*~ (outnumbered).
 18787 | D:7      | 18787 ||| Stepping ~*~*~tactically~*~*~ (outnumbered).
 18789 | D:7      | 18789 ||| Stepping ~*~*~tactically~*~*~ (outnumbered).
 18791 | D:7      | 18791 ||| Stepping ~*~*~tactically~*~*~ (outnumbered).
 18793 | D:7      | 18793 ||| Stepping ~*~*~tactically~*~*~ (outnumbered).
 18795 | D:7      | 18795 ||| Stepping ~*~*~tactically~*~*~ (outnumbered).
 18797 | D:7      | 18797 ||| Stepping ~*~*~tactically~*~*~ (outnumbered).
 18799 | D:7      | 18799 ||| Stepping ~*~*~tactically~*~*~ (outnumbered).
 18801 | D:7      | 18801 ||| Stepping ~*~*~tactically~*~*~ (outnumbered).
 18803 | D:7      | 18803 ||| Stepping ~*~*~tactically~*~*~ (outnumbered).
 18805 | D:7      | 18805 ||| Stepping ~*~*~tactically~*~*~ (outnumbered).
 18807 | D:7      | 18807 ||| Stepping ~*~*~tactically~*~*~ (outnumbered).
 18809 | D:7      | 18809 ||| Stepping ~*~*~tactically~*~*~ (outnumbered).
 18811 | D:7      | 18811 ||| Stepping ~*~*~tactically~*~*~ (outnumbered).
 18813 | D:7      | 18813 ||| Stepping ~*~*~tactically~*~*~ (outnumbered).
 18815 | D:7      | 18815 ||| Stepping ~*~*~tactically~*~*~ (outnumbered).
 18817 | D:7      | 18817 ||| Stepping ~*~*~tactically~*~*~ (outnumbered).
 18819 | D:7      | 18819 ||| Stepping ~*~*~tactically~*~*~ (outnumbered).
 18821 | D:7      | 18821 ||| Stepping ~*~*~tactically~*~*~ (outnumbered).
 18823 | D:7      | 18823 ||| Stepping ~*~*~tactically~*~*~ (outnumbered).
 18825 | D:7      | 18825 ||| Stepping ~*~*~tactically~*~*~ (outnumbered).
 18827 | D:7      | 18827 ||| Stepping ~*~*~tactically~*~*~ (outnumbered).
 18829 | D:7      | 18829 ||| Stepping ~*~*~tactically~*~*~ (outnumbered).
 18831 | D:7      | 18831 ||| Stepping ~*~*~tactically~*~*~ (outnumbered).
 18833 | D:7      | 18833 ||| Stepping ~*~*~tactically~*~*~ (outnumbered).
 18835 | D:7      | 18835 ||| Stepping ~*~*~tactically~*~*~ (outnumbered).
 18837 | D:7      | 18837 ||| Stepping ~*~*~tactically~*~*~ (outnumbered).
 18839 | D:7      | 18839 ||| Stepping ~*~*~tactically~*~*~ (outnumbered).
 18841 | D:7      | 18841 ||| Stepping ~*~*~tactically~*~*~ (outnumbered).
 18843 | D:7      | 18843 ||| Stepping ~*~*~tactically~*~*~ (outnumbered).
 18845 | D:7      | 18845 ||| Stepping ~*~*~tactically~*~*~ (outnumbered).
 18847 | D:7      | 18847 ||| Stepping ~*~*~tactically~*~*~ (outnumbered).
 18849 | D:7      | 18849 ||| Stepping ~*~*~tactically~*~*~ (outnumbered).
 18851 | D:7      | 18851 ||| Stepping ~*~*~tactically~*~*~ (outnumbered).
 18853 | D:7      | 18853 ||| Stepping ~*~*~tactically~*~*~ (outnumbered).
 18855 | D:7      | 18855 ||| Stepping ~*~*~tactically~*~*~ (outnumbered).
 18857 | D:7      | 18857 ||| Stepping ~*~*~tactically~*~*~ (outnumbered).
 18859 | D:7      | 18859 ||| Stepping ~*~*~tactically~*~*~ (outnumbered).
 18861 | D:7      | 18861 ||| Stepping ~*~*~tactically~*~*~ (outnumbered).
 18863 | D:7      | 18863 ||| Stepping ~*~*~tactically~*~*~ (outnumbered).
 18865 | D:7      | 18865 ||| Stepping ~*~*~tactically~*~*~ (outnumbered).
 18867 | D:7      | 18867 ||| Stepping ~*~*~tactically~*~*~ (outnumbered).
 18869 | D:7      | 18869 ||| Stepping ~*~*~tactically~*~*~ (outnumbered).
 18871 | D:7      | 18871 ||| Stepping ~*~*~tactically~*~*~ (outnumbered).
 18873 | D:7      | 18873 ||| Stepping ~*~*~tactically~*~*~ (outnumbered).
 18875 | D:7      | 18875 ||| Stepping ~*~*~tactically~*~*~ (outnumbered).
 18877 | D:7      | 18877 ||| Stepping ~*~*~tactically~*~*~ (outnumbered).
 18879 | D:7      | 18879 ||| Stepping ~*~*~tactically~*~*~ (outnumbered).
 18881 | D:7      | 18881 ||| Stepping ~*~*~tactically~*~*~ (outnumbered).
 18883 | D:7      | 18883 ||| Stepping ~*~*~tactically~*~*~ (outnumbered).
 18885 | D:7      | 18885 ||| Stepping ~*~*~tactically~*~*~ (outnumbered).
 18887 | D:7      | 18887 ||| Stepping ~*~*~tactically~*~*~ (outnumbered).
 18889 | D:7      | 18889 ||| Stepping ~*~*~tactically~*~*~ (outnumbered).
 18891 | D:7      | 18891 ||| Stepping ~*~*~tactically~*~*~ (outnumbered).
 18893 | D:7      | 18893 ||| Stepping ~*~*~tactically~*~*~ (outnumbered).
 18895 | D:7      | 18895 ||| Stepping ~*~*~tactically~*~*~ (outnumbered).
 18897 | D:7      | 18897 ||| Stepping ~*~*~tactically~*~*~ (outnumbered).
 18899 | D:7      | 18899 ||| Stepping ~*~*~tactically~*~*~ (outnumbered).
 18901 | D:7      | 18901 ||| Stepping ~*~*~tactically~*~*~ (outnumbered).
 18903 | D:7      | 18903 ||| Stepping ~*~*~tactically~*~*~ (outnumbered).
 18905 | D:7      | 18905 ||| Stepping ~*~*~tactically~*~*~ (outnumbered).
 18907 | D:7      | 18907 ||| Stepping ~*~*~tactically~*~*~ (outnumbered).
 18909 | D:7      | 18909 ||| Stepping ~*~*~tactically~*~*~ (outnumbered).
 18911 | D:7      | 18911 ||| Stepping ~*~*~tactically~*~*~ (outnumbered).
 18913 | D:7      | 18913 ||| Stepping ~*~*~tactically~*~*~ (outnumbered).
 18915 | D:7      | 18915 ||| Stepping ~*~*~tactically~*~*~ (outnumbered).
 18917 | D:7      | 18917 ||| Stepping ~*~*~tactically~*~*~ (outnumbered).
 18919 | D:7      | 18919 ||| Stepping ~*~*~tactically~*~*~ (outnumbered).
 18921 | D:7      | 18921 ||| Stepping ~*~*~tactically~*~*~ (outnumbered).
 18923 | D:7      | 18923 ||| Stepping ~*~*~tactically~*~*~ (outnumbered).
 18925 | D:7      | 18925 ||| Stepping ~*~*~tactically~*~*~ (outnumbered).
 18927 | D:7      | 18927 ||| Stepping ~*~*~tactically~*~*~ (outnumbered).
 18929 | D:7      | 18929 ||| Stepping ~*~*~tactically~*~*~ (outnumbered).
 18931 | D:7      | 18931 ||| Stepping ~*~*~tactically~*~*~ (outnumbered).
 18933 | D:7      | 18933 ||| Stepping ~*~*~tactically~*~*~ (outnumbered).
 18935 | D:7      | 18935 ||| Stepping ~*~*~tactically~*~*~ (outnumbered).
 18937 | D:7      | 18937 ||| Stepping ~*~*~tactically~*~*~ (outnumbered).
 18939 | D:7      | 18939 ||| Stepping ~*~*~tactically~*~*~ (outnumbered).
 18941 | D:7      | 18941 ||| Stepping ~*~*~tactically~*~*~ (outnumbered).
 18943 | D:7      | 18943 ||| Stepping ~*~*~tactically~*~*~ (outnumbered).
 18945 | D:7      | 18945 ||| Stepping ~*~*~tactically~*~*~ (outnumbered).
 18947 | D:7      | 18947 ||| Stepping ~*~*~tactically~*~*~ (outnumbered).
 18949 | D:7      | 18949 ||| Stepping ~*~*~tactically~*~*~ (outnumbered).
 18951 | D:7      | 18951 ||| Stepping ~*~*~tactically~*~*~ (outnumbered).
 18953 | D:7      | 18953 ||| Stepping ~*~*~tactically~*~*~ (outnumbered).
 18955 | D:7      | 18955 ||| Stepping ~*~*~tactically~*~*~ (outnumbered).
 18957 | D:7      | 18957 ||| Stepping ~*~*~tactically~*~*~ (outnumbered).
 18959 | D:7      | 18959 ||| Stepping ~*~*~tactically~*~*~ (outnumbered).
 18961 | D:7      | 18961 ||| Stepping ~*~*~tactically~*~*~ (outnumbered).
 18963 | D:7      | 18963 ||| Stepping ~*~*~tactically~*~*~ (outnumbered).
 18965 | D:7      | 18965 ||| Stepping ~*~*~tactically~*~*~ (outnumbered).
 18967 | D:7      | 18967 ||| Stepping ~*~*~tactically~*~*~ (outnumbered).
 18969 | D:7      | 18969 ||| Stepping ~*~*~tactically~*~*~ (outnumbered).
 18971 | D:7      | 18971 ||| Stepping ~*~*~tactically~*~*~ (outnumbered).
 18973 | D:7      | 18973 ||| Stepping ~*~*~tactically~*~*~ (outnumbered).
 18975 | D:7      | 18975 ||| Stepping ~*~*~tactically~*~*~ (outnumbered).
 18977 | D:7      | 18977 ||| Stepping ~*~*~tactically~*~*~ (outnumbered).
 18979 | D:7      | 18979 ||| Stepping ~*~*~tactically~*~*~ (outnumbered).
 18981 | D:7      | 18981 ||| Stepping ~*~*~tactically~*~*~ (outnumbered).
 18983 | D:7      | 18983 ||| Stepping ~*~*~tactically~*~*~ (outnumbered).
 18985 | D:7      | 18985 ||| Stepping ~*~*~tactically~*~*~ (outnumbered).
 18987 | D:7      | 18987 ||| Stepping ~*~*~tactically~*~*~ (outnumbered).
 18989 | D:7      | 18989 ||| Stepping ~*~*~tactically~*~*~ (outnumbered).
 18991 | D:7      | 18991 ||| Stepping ~*~*~tactically~*~*~ (outnumbered).
 18993 | D:7      | 18993 ||| Stepping ~*~*~tactically~*~*~ (outnumbered).
 18995 | D:7      | 18995 ||| Stepping ~*~*~tactically~*~*~ (outnumbered).
 18997 | D:7      | 18997 ||| Stepping ~*~*~tactically~*~*~ (outnumbered).
 18999 | D:7      | 18999 ||| Stepping ~*~*~tactically~*~*~ (outnumbered).
 19001 | D:7      | 19001 ||| Stepping ~*~*~tactically~*~*~ (outnumbered).
 19003 | D:7      | 19003 ||| Stepping ~*~*~tactically~*~*~ (outnumbered).
 19005 | D:7      | 19005 ||| Stepping ~*~*~tactically~*~*~ (outnumbered).
 19007 | D:7      | 19007 ||| Stepping ~*~*~tactically~*~*~ (outnumbered).
 19009 | D:7      | 19009 ||| Stepping ~*~*~tactically~*~*~ (outnumbered).
 19011 | D:7      | 19011 ||| Stepping ~*~*~tactically~*~*~ (outnumbered).
 19013 | D:7      | 19013 ||| Stepping ~*~*~tactically~*~*~ (outnumbered).
 19015 | D:7      | 19015 ||| Stepping ~*~*~tactically~*~*~ (outnumbered).
 19017 | D:7      | 19017 ||| Stepping ~*~*~tactically~*~*~ (outnumbered).
 19019 | D:7      | 19019 ||| Stepping ~*~*~tactically~*~*~ (outnumbered).
 19021 | D:7      | 19021 ||| Stepping ~*~*~tactically~*~*~ (outnumbered).
 19023 | D:7      | 19023 ||| Stepping ~*~*~tactically~*~*~ (outnumbered).
 19025 | D:7      | 19025 ||| Stepping ~*~*~tactically~*~*~ (outnumbered).
 19027 | D:7      | 19027 ||| Stepping ~*~*~tactically~*~*~ (outnumbered).
 19029 | D:7      | 19029 ||| Stepping ~*~*~tactically~*~*~ (outnumbered).
 19031 | D:7      | 19031 ||| Stepping ~*~*~tactically~*~*~ (outnumbered).
 19033 | D:7      | 19033 ||| Stepping ~*~*~tactically~*~*~ (outnumbered).
 19035 | D:7      | 19035 ||| Stepping ~*~*~tactically~*~*~ (outnumbered).
 19037 | D:7      | 19037 ||| Stepping ~*~*~tactically~*~*~ (outnumbered).
 19039 | D:7      | 19039 ||| Stepping ~*~*~tactically~*~*~ (outnumbered).
 19041 | D:7      | 19041 ||| Stepping ~*~*~tactically~*~*~ (outnumbered).
 19043 | D:7      | 19043 ||| Stepping ~*~*~tactically~*~*~ (outnumbered).
 19045 | D:7      | 19045 ||| Stepping ~*~*~tactically~*~*~ (outnumbered).
 19047 | D:7      | 19047 ||| Stepping ~*~*~tactically~*~*~ (outnumbered).
 19049 | D:7      | 19049 ||| Stepping ~*~*~tactically~*~*~ (outnumbered).
 19051 | D:7      | 19051 ||| Stepping ~*~*~tactically~*~*~ (outnumbered).
 19053 | D:7      | 19053 ||| Stepping ~*~*~tactically~*~*~ (outnumbered).
 19055 | D:7      | 19055 ||| Stepping ~*~*~tactically~*~*~ (outnumbered).
 19057 | D:7      | 19057 ||| Stepping ~*~*~tactically~*~*~ (outnumbered).
 19059 | D:7      | 19059 ||| Stepping ~*~*~tactically~*~*~ (outnumbered).
 19061 | D:7      | 19061 ||| Stepping ~*~*~tactically~*~*~ (outnumbered).
 19063 | D:7      | 19063 ||| Stepping ~*~*~tactically~*~*~ (outnumbered).
 19065 | D:7      | 19065 ||| Stepping ~*~*~tactically~*~*~ (outnumbered).
 19067 | D:7      | 19067 ||| Stepping ~*~*~tactically~*~*~ (outnumbered).
 19069 | D:7      | 19069 ||| Stepping ~*~*~tactically~*~*~ (outnumbered).
 19071 | D:7      | 19071 ||| Stepping ~*~*~tactically~*~*~ (outnumbered).
 19073 | D:7      | 19073 ||| Stepping ~*~*~tactically~*~*~ (outnumbered).
 19075 | D:7      | 19075 ||| Stepping ~*~*~tactically~*~*~ (outnumbered).
 19077 | D:7      | 19077 ||| Stepping ~*~*~tactically~*~*~ (outnumbered).
 19079 | D:7      | 19079 ||| Stepping ~*~*~tactically~*~*~ (outnumbered).
 19081 | D:7      | 19081 ||| Stepping ~*~*~tactically~*~*~ (outnumbered).
 19083 | D:7      | 19083 ||| Stepping ~*~*~tactically~*~*~ (outnumbered).
 19085 | D:7      | 19085 ||| Stepping ~*~*~tactically~*~*~ (outnumbered).
 19087 | D:7      | 19087 ||| Stepping ~*~*~tactically~*~*~ (outnumbered).
 19089 | D:7      | 19089 ||| Stepping ~*~*~tactically~*~*~ (outnumbered).
 19091 | D:7      | 19091 ||| Stepping ~*~*~tactically~*~*~ (outnumbered).
 19093 | D:7      | 19093 ||| Stepping ~*~*~tactically~*~*~ (outnumbered).
 19095 | D:7      | 19095 ||| Stepping ~*~*~tactically~*~*~ (outnumbered).
 19097 | D:7      | 19097 ||| Stepping ~*~*~tactically~*~*~ (outnumbered).
 19099 | D:7      | 19099 ||| Stepping ~*~*~tactically~*~*~ (outnumbered).
 19101 | D:7      | 19101 ||| Stepping ~*~*~tactically~*~*~ (outnumbered).
 19103 | D:7      | 19103 ||| Stepping ~*~*~tactically~*~*~ (outnumbered).
 19105 | D:7      | 19105 ||| Stepping ~*~*~tactically~*~*~ (outnumbered).
 19107 | D:7      | 19107 ||| Stepping ~*~*~tactically~*~*~ (outnumbered).
 19109 | D:7      | 19109 ||| Stepping ~*~*~tactically~*~*~ (outnumbered).
 19111 | D:7      | 19111 ||| Stepping ~*~*~tactically~*~*~ (outnumbered).
 19113 | D:7      | 19113 ||| Stepping ~*~*~tactically~*~*~ (outnumbered).
 19115 | D:7      | 19115 ||| Stepping ~*~*~tactically~*~*~ (outnumbered).
 19117 | D:7      | 19117 ||| Stepping ~*~*~tactically~*~*~ (outnumbered).
 19119 | D:7      | 19119 ||| Stepping ~*~*~tactically~*~*~ (outnumbered).
 19121 | D:7      | 19121 ||| Stepping ~*~*~tactically~*~*~ (outnumbered).
 19123 | D:7      | 19123 ||| Stepping ~*~*~tactically~*~*~ (outnumbered).
 19125 | D:7      | 19125 ||| Stepping ~*~*~tactically~*~*~ (outnumbered).
 19127 | D:7      | 19127 ||| Stepping ~*~*~tactically~*~*~ (outnumbered).
 19129 | D:7      | 19129 ||| Stepping ~*~*~tactically~*~*~ (outnumbered).
 19131 | D:7      | 19131 ||| Stepping ~*~*~tactically~*~*~ (outnumbered).
 19133 | D:7      | 19133 ||| Stepping ~*~*~tactically~*~*~ (outnumbered).
 19135 | D:7      | 19135 ||| Stepping ~*~*~tactically~*~*~ (outnumbered).
 19137 | D:7      | 19137 ||| Stepping ~*~*~tactically~*~*~ (outnumbered).
 19139 | D:7      | 19139 ||| Stepping ~*~*~tactically~*~*~ (outnumbered).
 19141 | D:7      | 19141 ||| Stepping ~*~*~tactically~*~*~ (outnumbered).
 19143 | D:7      | 19143 ||| Stepping ~*~*~tactically~*~*~ (outnumbered).
 19145 | D:7      | 19145 ||| Stepping ~*~*~tactically~*~*~ (outnumbered).
 19147 | D:7      | 19147 ||| Stepping ~*~*~tactically~*~*~ (outnumbered).
 19149 | D:7      | 19149 ||| Stepping ~*~*~tactically~*~*~ (outnumbered).
 19151 | D:7      | 19151 ||| Stepping ~*~*~tactically~*~*~ (outnumbered).
 19153 | D:7      | 19153 ||| Stepping ~*~*~tactically~*~*~ (outnumbered).
 19155 | D:7      | 19155 ||| Stepping ~*~*~tactically~*~*~ (outnumbered).
 19157 | D:7      | 19157 ||| Stepping ~*~*~tactically~*~*~ (outnumbered).
 19159 | D:7      | 19159 ||| Stepping ~*~*~tactically~*~*~ (outnumbered).
 19161 | D:7      | 19161 ||| Stepping ~*~*~tactically~*~*~ (outnumbered).
 19163 | D:7      | 19163 ||| Stepping ~*~*~tactically~*~*~ (outnumbered).
 19165 | D:7      | 19165 ||| Stepping ~*~*~tactically~*~*~ (outnumbered).
 19167 | D:7      | 19167 ||| Stepping ~*~*~tactically~*~*~ (outnumbered).
 19169 | D:7      | 19169 ||| Stepping ~*~*~tactically~*~*~ (outnumbered).
 19171 | D:7      | 19171 ||| Stepping ~*~*~tactically~*~*~ (outnumbered).
 19173 | D:7      | 19173 ||| Stepping ~*~*~tactically~*~*~ (outnumbered).
 19175 | D:7      | 19175 ||| Stepping ~*~*~tactically~*~*~ (outnumbered).
 19177 | D:7      | 19177 ||| Stepping ~*~*~tactically~*~*~ (outnumbered).
 19179 | D:7      | 19179 ||| Stepping ~*~*~tactically~*~*~ (outnumbered).
 19181 | D:7      | 19181 ||| Stepping ~*~*~tactically~*~*~ (outnumbered).
 19183 | D:7      | 19183 ||| Stepping ~*~*~tactically~*~*~ (outnumbered).
 19185 | D:7      | 19185 ||| Stepping ~*~*~tactically~*~*~ (outnumbered).
 19187 | D:7      | 19187 ||| Stepping ~*~*~tactically~*~*~ (outnumbered).
 19189 | D:7      | 19189 ||| Stepping ~*~*~tactically~*~*~ (outnumbered).
 19191 | D:7      | 19191 ||| Stepping ~*~*~tactically~*~*~ (outnumbered).
 19193 | D:7      | 19193 ||| Stepping ~*~*~tactically~*~*~ (outnumbered).
 19195 | D:7      | 19195 ||| Stepping ~*~*~tactically~*~*~ (outnumbered).
 19197 | D:7      | 19197 ||| Stepping ~*~*~tactically~*~*~ (outnumbered).
 19199 | D:7      | 19199 ||| Stepping ~*~*~tactically~*~*~ (outnumbered).
 19201 | D:7      | 19201 ||| Stepping ~*~*~tactically~*~*~ (outnumbered).
 19203 | D:7      | 19203 ||| Stepping ~*~*~tactically~*~*~ (outnumbered).
 19205 | D:7      | 19205 ||| Stepping ~*~*~tactically~*~*~ (outnumbered).
 19207 | D:7      | 19207 ||| Stepping ~*~*~tactically~*~*~ (outnumbered).
 19209 | D:7      | 19209 ||| Stepping ~*~*~tactically~*~*~ (outnumbered).
 19211 | D:7      | 19211 ||| Stepping ~*~*~tactically~*~*~ (outnumbered).
 19213 | D:7      | 19213 ||| Stepping ~*~*~tactically~*~*~ (outnumbered).
 19215 | D:7      | 19215 ||| Stepping ~*~*~tactically~*~*~ (outnumbered).
 19217 | D:7      | 19217 ||| Stepping ~*~*~tactically~*~*~ (outnumbered).
 19219 | D:7      | 19219 ||| Stepping ~*~*~tactically~*~*~ (outnumbered).
 19221 | D:7      | 19221 ||| Stepping ~*~*~tactically~*~*~ (outnumbered).
 19223 | D:7      | 19223 ||| Stepping ~*~*~tactically~*~*~ (outnumbered).
 19225 | D:7      | 19225 ||| Stepping ~*~*~tactically~*~*~ (outnumbered).
 19227 | D:7      | 19227 ||| Stepping ~*~*~tactically~*~*~ (outnumbered).
 19229 | D:7      | 19229 ||| Stepping ~*~*~tactically~*~*~ (outnumbered).
 19231 | D:7      | 19231 ||| Stepping ~*~*~tactically~*~*~ (outnumbered).
 19233 | D:7      | 19233 ||| Stepping ~*~*~tactically~*~*~ (outnumbered).
 19235 | D:7      | 19235 ||| Stepping ~*~*~tactically~*~*~ (outnumbered).
 19237 | D:7      | 19237 ||| Stepping ~*~*~tactically~*~*~ (outnumbered).
 19239 | D:7      | 19239 ||| Stepping ~*~*~tactically~*~*~ (outnumbered).
 19241 | D:7      | 19241 ||| Stepping ~*~*~tactically~*~*~ (outnumbered).
 19243 | D:7      | 19243 ||| Stepping ~*~*~tactically~*~*~ (outnumbered).
 19245 | D:7      | 19245 ||| Stepping ~*~*~tactically~*~*~ (outnumbered).
 19247 | D:7      | 19247 ||| Stepping ~*~*~tactically~*~*~ (outnumbered).
 19249 | D:7      | 19249 ||| Stepping ~*~*~tactically~*~*~ (outnumbered).
 19251 | D:7      | 19251 ||| Stepping ~*~*~tactically~*~*~ (outnumbered).
 19253 | D:7      | 19253 ||| Stepping ~*~*~tactically~*~*~ (outnumbered).
 19255 | D:7      | 19255 ||| Stepping ~*~*~tactically~*~*~ (outnumbered).
 19257 | D:7      | 19257 ||| Stepping ~*~*~tactically~*~*~ (outnumbered).
 19259 | D:7      | 19259 ||| Stepping ~*~*~tactically~*~*~ (outnumbered).
 19261 | D:7      | 19261 ||| Stepping ~*~*~tactically~*~*~ (outnumbered).
 19263 | D:7      | 19263 ||| Stepping ~*~*~tactically~*~*~ (outnumbered).
 19265 | D:7      | 19265 ||| Stepping ~*~*~tactically~*~*~ (outnumbered).
 19267 | D:7      | 19267 ||| Stepping ~*~*~tactically~*~*~ (outnumbered).
 19269 | D:7      | 19269 ||| Stepping ~*~*~tactically~*~*~ (outnumbered).
 19271 | D:7      | 19271 ||| Stepping ~*~*~tactically~*~*~ (outnumbered).
 19273 | D:7      | 19273 ||| Stepping ~*~*~tactically~*~*~ (outnumbered).
 19275 | D:7      | 19275 ||| Stepping ~*~*~tactically~*~*~ (outnumbered).
 19277 | D:7      | 19277 ||| Stepping ~*~*~tactically~*~*~ (outnumbered).
 19279 | D:7      | 19279 ||| Stepping ~*~*~tactically~*~*~ (outnumbered).
 19281 | D:7      | 19281 ||| Stepping ~*~*~tactically~*~*~ (outnumbered).
 19283 | D:7      | 19283 ||| Stepping ~*~*~tactically~*~*~ (outnumbered).
 19285 | D:7      | 19285 ||| Stepping ~*~*~tactically~*~*~ (outnumbered).
 19287 | D:7      | 19287 ||| Stepping ~*~*~tactically~*~*~ (outnumbered).
 19289 | D:7      | 19289 ||| Stepping ~*~*~tactically~*~*~ (outnumbered).
 19291 | D:7      | 19291 ||| Stepping ~*~*~tactically~*~*~ (outnumbered).
 19293 | D:7      | 19293 ||| Stepping ~*~*~tactically~*~*~ (outnumbered).
 19295 | D:7      | 19295 ||| Stepping ~*~*~tactically~*~*~ (outnumbered).
 19297 | D:7      | 19297 ||| Stepping ~*~*~tactically~*~*~ (outnumbered).
 19299 | D:7      | 19299 ||| Stepping ~*~*~tactically~*~*~ (outnumbered).
 19301 | D:7      | 19301 ||| Stepping ~*~*~tactically~*~*~ (outnumbered).
 19303 | D:7      | 19303 ||| Stepping ~*~*~tactically~*~*~ (outnumbered).
 19305 | D:7      | 19305 ||| Stepping ~*~*~tactically~*~*~ (outnumbered).
 19307 | D:7      | 19307 ||| Stepping ~*~*~tactically~*~*~ (outnumbered).
 19309 | D:7      | 19309 ||| Stepping ~*~*~tactically~*~*~ (outnumbered).
 19311 | D:7      | 19311 ||| Stepping ~*~*~tactically~*~*~ (outnumbered).
 19313 | D:7      | 19313 ||| Stepping ~*~*~tactically~*~*~ (outnumbered).
 19315 | D:7      | 19315 ||| Stepping ~*~*~tactically~*~*~ (outnumbered).
 19317 | D:7      | 19317 ||| Stepping ~*~*~tactically~*~*~ (outnumbered).
 19319 | D:7      | 19319 ||| Stepping ~*~*~tactically~*~*~ (outnumbered).
 19321 | D:7      | 19321 ||| Stepping ~*~*~tactically~*~*~ (outnumbered).
 19323 | D:7      | 19323 ||| Stepping ~*~*~tactically~*~*~ (outnumbered).
 19325 | D:7      | 19325 ||| Stepping ~*~*~tactically~*~*~ (outnumbered).
 19327 | D:7      | 19327 ||| Stepping ~*~*~tactically~*~*~ (outnumbered).
 19329 | D:7      | 19329 ||| Stepping ~*~*~tactically~*~*~ (outnumbered).
 19331 | D:7      | 19331 ||| Stepping ~*~*~tactically~*~*~ (outnumbered).
 19333 | D:7      | 19333 ||| Stepping ~*~*~tactically~*~*~ (outnumbered).
 19335 | D:7      | 19335 ||| Stepping ~*~*~tactically~*~*~ (outnumbered).
 19337 | D:7      | 19337 ||| Stepping ~*~*~tactically~*~*~ (outnumbered).
 19339 | D:7      | 19339 ||| Stepping ~*~*~tactically~*~*~ (outnumbered).
 19341 | D:7      | 19341 ||| Stepping ~*~*~tactically~*~*~ (outnumbered).
 19343 | D:7      | 19343 ||| Stepping ~*~*~tactically~*~*~ (outnumbered).
 19345 | D:7      | 19345 ||| Stepping ~*~*~tactically~*~*~ (outnumbered).
 19347 | D:7      | 19347 ||| Stepping ~*~*~tactically~*~*~ (outnumbered).
 19349 | D:7      | 19349 ||| Stepping ~*~*~tactically~*~*~ (outnumbered).
 19351 | D:7      | 19351 ||| Stepping ~*~*~tactically~*~*~ (outnumbered).
 19353 | D:7      | 19353 ||| Stepping ~*~*~tactically~*~*~ (outnumbered).
 19355 | D:7      | 19355 ||| Stepping ~*~*~tactically~*~*~ (outnumbered).
 19357 | D:7      | 19357 ||| Stepping ~*~*~tactically~*~*~ (outnumbered).
 19359 | D:7      | 19359 ||| Stepping ~*~*~tactically~*~*~ (outnumbered).
 19361 | D:7      | 19361 ||| Stepping ~*~*~tactically~*~*~ (outnumbered).
 19363 | D:7      | 19363 ||| Stepping ~*~*~tactically~*~*~ (outnumbered).
 19365 | D:7      | 19365 ||| Stepping ~*~*~tactically~*~*~ (outnumbered).
 19367 | D:7      | 19367 ||| Stepping ~*~*~tactically~*~*~ (outnumbered).
 19369 | D:7      | 19369 ||| Stepping ~*~*~tactically~*~*~ (outnumbered).
 19371 | D:7      | 19371 ||| Stepping ~*~*~tactically~*~*~ (outnumbered).
 19373 | D:7      | 19373 ||| Stepping ~*~*~tactically~*~*~ (outnumbered).
 19375 | D:7      | 19375 ||| Stepping ~*~*~tactically~*~*~ (outnumbered).
 19377 | D:7      | 19377 ||| Stepping ~*~*~tactically~*~*~ (outnumbered).
 19379 | D:7      | 19379 ||| Stepping ~*~*~tactically~*~*~ (outnumbered).
 19381 | D:7      | 19381 ||| Stepping ~*~*~tactically~*~*~ (outnumbered).
 19383 | D:7      | 19383 ||| Stepping ~*~*~tactically~*~*~ (outnumbered).
 19385 | D:7      | 19385 ||| Stepping ~*~*~tactically~*~*~ (outnumbered).
 19387 | D:7      | 19387 ||| Stepping ~*~*~tactically~*~*~ (outnumbered).
 19389 | D:7      | 19389 ||| Stepping ~*~*~tactically~*~*~ (outnumbered).
 19391 | D:7      | 19391 ||| Stepping ~*~*~tactically~*~*~ (outnumbered).
 19393 | D:7      | 19393 ||| Stepping ~*~*~tactically~*~*~ (outnumbered).
 19395 | D:7      | 19395 ||| Stepping ~*~*~tactically~*~*~ (outnumbered).
 19397 | D:7      | 19397 ||| Stepping ~*~*~tactically~*~*~ (outnumbered).
 19399 | D:7      | 19399 ||| Stepping ~*~*~tactically~*~*~ (outnumbered).
 19401 | D:7      | 19401 ||| Stepping ~*~*~tactically~*~*~ (outnumbered).
 19403 | D:7      | 19403 ||| Stepping ~*~*~tactically~*~*~ (outnumbered).
 19405 | D:7      | 19405 ||| Stepping ~*~*~tactically~*~*~ (outnumbered).
 19407 | D:7      | 19407 ||| Stepping ~*~*~tactically~*~*~ (outnumbered).
 19409 | D:7      | 19409 ||| Stepping ~*~*~tactically~*~*~ (outnumbered).
 19411 | D:7      | 19411 ||| Stepping ~*~*~tactically~*~*~ (outnumbered).
 19413 | D:7      | 19413 ||| Stepping ~*~*~tactically~*~*~ (outnumbered).
 19415 | D:7      | 19415 ||| Stepping ~*~*~tactically~*~*~ (outnumbered).
 19417 | D:7      | 19417 ||| Stepping ~*~*~tactically~*~*~ (outnumbered).
 19419 | D:7      | 19419 ||| Stepping ~*~*~tactically~*~*~ (outnumbered).
 19421 | D:7      | 19421 ||| Stepping ~*~*~tactically~*~*~ (outnumbered).
 19423 | D:7      | 19423 ||| Stepping ~*~*~tactically~*~*~ (outnumbered).
 19425 | D:7      | 19425 ||| Stepping ~*~*~tactically~*~*~ (outnumbered).
 19427 | D:7      | 19427 ||| Stepping ~*~*~tactically~*~*~ (outnumbered).
 19429 | D:7      | 19429 ||| Stepping ~*~*~tactically~*~*~ (outnumbered).
 19431 | D:7      | 19431 ||| Stepping ~*~*~tactically~*~*~ (outnumbered).
 19433 | D:7      | 19433 ||| Stepping ~*~*~tactically~*~*~ (outnumbered).
 19435 | D:7      | 19435 ||| Stepping ~*~*~tactically~*~*~ (outnumbered).
 19437 | D:7      | 19437 ||| Stepping ~*~*~tactically~*~*~ (outnumbered).
 19439 | D:7      | 19439 ||| Stepping ~*~*~tactically~*~*~ (outnumbered).
 19441 | D:7      | 19441 ||| Stepping ~*~*~tactically~*~*~ (outnumbered).
 19443 | D:7      | 19443 ||| Stepping ~*~*~tactically~*~*~ (outnumbered).
 19445 | D:7      | 19445 ||| Stepping ~*~*~tactically~*~*~ (outnumbered).
 19447 | D:7      | 19447 ||| Stepping ~*~*~tactically~*~*~ (outnumbered).
 19449 | D:7      | 19449 ||| Stepping ~*~*~tactically~*~*~ (outnumbered).
 19451 | D:7      | 19451 ||| Stepping ~*~*~tactically~*~*~ (outnumbered).
 19453 | D:7      | 19453 ||| Stepping ~*~*~tactically~*~*~ (outnumbered).
 19455 | D:7      | 19455 ||| Stepping ~*~*~tactically~*~*~ (outnumbered).
 19457 | D:7      | 19457 ||| Stepping ~*~*~tactically~*~*~ (outnumbered).
 19459 | D:7      | 19459 ||| Stepping ~*~*~tactically~*~*~ (outnumbered).
 19461 | D:7      | 19461 ||| Stepping ~*~*~tactically~*~*~ (outnumbered).
 19463 | D:7      | 19463 ||| Stepping ~*~*~tactically~*~*~ (outnumbered).
 19465 | D:7      | 19465 ||| Stepping ~*~*~tactically~*~*~ (outnumbered).
 19467 | D:7      | 19467 ||| Stepping ~*~*~tactically~*~*~ (outnumbered).
 19469 | D:7      | 19469 ||| Stepping ~*~*~tactically~*~*~ (outnumbered).
 19471 | D:7      | 19471 ||| Stepping ~*~*~tactically~*~*~ (outnumbered).
 19473 | D:7      | 19473 ||| Stepping ~*~*~tactically~*~*~ (outnumbered).
 19475 | D:7      | 19475 ||| Stepping ~*~*~tactically~*~*~ (outnumbered).
 19477 | D:7      | 19477 ||| Stepping ~*~*~tactically~*~*~ (outnumbered).
 19479 | D:7      | 19479 ||| Stepping ~*~*~tactically~*~*~ (outnumbered).
 19481 | D:7      | 19481 ||| Stepping ~*~*~tactically~*~*~ (outnumbered).
 19483 | D:7      | 19483 ||| Stepping ~*~*~tactically~*~*~ (outnumbered).
 19485 | D:7      | 19485 ||| Stepping ~*~*~tactically~*~*~ (outnumbered).
 19487 | D:7      | 19487 ||| Stepping ~*~*~tactically~*~*~ (outnumbered).
 19489 | D:7      | 19489 ||| Stepping ~*~*~tactically~*~*~ (outnumbered).
 19491 | D:7      | 19491 ||| Stepping ~*~*~tactically~*~*~ (outnumbered).
 19493 | D:7      | 19493 ||| Stepping ~*~*~tactically~*~*~ (outnumbered).
 19495 | D:7      | 19495 ||| Stepping ~*~*~tactically~*~*~ (outnumbered).
 19497 | D:7      | 19497 ||| Stepping ~*~*~tactically~*~*~ (outnumbered).
 19499 | D:7      | 19499 ||| Stepping ~*~*~tactically~*~*~ (outnumbered).
 19501 | D:7      | 19501 ||| Stepping ~*~*~tactically~*~*~ (outnumbered).
 19503 | D:7      | 19503 ||| Stepping ~*~*~tactically~*~*~ (outnumbered).
 19505 | D:7      | 19505 ||| Stepping ~*~*~tactically~*~*~ (outnumbered).
 19507 | D:7      | 19507 ||| Stepping ~*~*~tactically~*~*~ (outnumbered).
 19509 | D:7      | 19509 ||| Stepping ~*~*~tactically~*~*~ (outnumbered).
 19511 | D:7      | 19511 ||| Stepping ~*~*~tactically~*~*~ (outnumbered).
 19513 | D:7      | 19513 ||| Stepping ~*~*~tactically~*~*~ (outnumbered).
 19515 | D:7      | 19515 ||| Stepping ~*~*~tactically~*~*~ (outnumbered).
 19517 | D:7      | 19517 ||| Stepping ~*~*~tactically~*~*~ (outnumbered).
 19519 | D:7      | 19519 ||| Stepping ~*~*~tactically~*~*~ (outnumbered).
 19521 | D:7      | 19521 ||| Stepping ~*~*~tactically~*~*~ (outnumbered).
 19523 | D:7      | 19523 ||| Stepping ~*~*~tactically~*~*~ (outnumbered).
 19525 | D:7      | 19525 ||| Stepping ~*~*~tactically~*~*~ (outnumbered).
 19527 | D:7      | 19527 ||| Stepping ~*~*~tactically~*~*~ (outnumbered).
 19529 | D:7      | 19529 ||| Stepping ~*~*~tactically~*~*~ (outnumbered).
 19531 | D:7      | 19531 ||| Stepping ~*~*~tactically~*~*~ (outnumbered).
 19533 | D:7      | 19533 ||| Stepping ~*~*~tactically~*~*~ (outnumbered).
 19535 | D:7      | 19535 ||| Stepping ~*~*~tactically~*~*~ (outnumbered).
 19537 | D:7      | 19537 ||| Stepping ~*~*~tactically~*~*~ (outnumbered).
 19539 | D:7      | 19539 ||| Stepping ~*~*~tactically~*~*~ (outnumbered).
 19541 | D:7      | 19541 ||| Stepping ~*~*~tactically~*~*~ (outnumbered).
 19543 | D:7      | 19543 ||| Stepping ~*~*~tactically~*~*~ (outnumbered).
 19545 | D:7      | 19545 ||| Stepping ~*~*~tactically~*~*~ (outnumbered).
 19547 | D:7      | 19547 ||| Stepping ~*~*~tactically~*~*~ (outnumbered).
 19549 | D:7      | 19549 ||| Stepping ~*~*~tactically~*~*~ (outnumbered).
 19551 | D:7      | 19551 ||| Stepping ~*~*~tactically~*~*~ (outnumbered).
 19553 | D:7      | 19553 ||| Stepping ~*~*~tactically~*~*~ (outnumbered).
 19555 | D:7      | 19555 ||| Stepping ~*~*~tactically~*~*~ (outnumbered).
 19557 | D:7      | 19557 ||| Stepping ~*~*~tactically~*~*~ (outnumbered).
 19559 | D:7      | 19559 ||| Stepping ~*~*~tactically~*~*~ (outnumbered).
 19561 | D:7      | 19561 ||| Stepping ~*~*~tactically~*~*~ (outnumbered).
 19563 | D:7      | 19563 ||| Stepping ~*~*~tactically~*~*~ (outnumbered).
 19565 | D:7      | 19565 ||| Stepping ~*~*~tactically~*~*~ (outnumbered).
 19567 | D:7      | 19567 ||| Stepping ~*~*~tactically~*~*~ (outnumbered).
 19569 | D:7      | 19569 ||| Stepping ~*~*~tactically~*~*~ (outnumbered).
 19571 | D:7      | 19571 ||| Stepping ~*~*~tactically~*~*~ (outnumbered).
 19573 | D:7      | 19573 ||| Stepping ~*~*~tactically~*~*~ (outnumbered).
 19575 | D:7      | 19575 ||| Stepping ~*~*~tactically~*~*~ (outnumbered).
 19577 | D:7      | 19577 ||| Stepping ~*~*~tactically~*~*~ (outnumbered).
 19579 | D:7      | 19579 ||| Stepping ~*~*~tactically~*~*~ (outnumbered).
 19581 | D:7      | 19581 ||| Stepping ~*~*~tactically~*~*~ (outnumbered).
 19583 | D:7      | 19583 ||| Stepping ~*~*~tactically~*~*~ (outnumbered).
 19585 | D:7      | 19585 ||| Stepping ~*~*~tactically~*~*~ (outnumbered).
 19587 | D:7      | 19587 ||| Stepping ~*~*~tactically~*~*~ (outnumbered).
 19589 | D:7      | 19589 ||| Stepping ~*~*~tactically~*~*~ (outnumbered).
 19591 | D:7      | 19591 ||| Stepping ~*~*~tactically~*~*~ (outnumbered).
 19593 | D:7      | 19593 ||| Stepping ~*~*~tactically~*~*~ (outnumbered).
 19595 | D:7      | 19595 ||| Stepping ~*~*~tactically~*~*~ (outnumbered).
 19597 | D:7      | 19597 ||| Stepping ~*~*~tactically~*~*~ (outnumbered).
 19599 | D:7      | 19599 ||| Stepping ~*~*~tactically~*~*~ (outnumbered).
 19601 | D:7      | 19601 ||| Stepping ~*~*~tactically~*~*~ (outnumbered).
 19603 | D:7      | 19603 ||| Stepping ~*~*~tactically~*~*~ (outnumbered).
 19605 | D:7      | 19605 ||| Stepping ~*~*~tactically~*~*~ (outnumbered).
 19607 | D:7      | 19607 ||| Stepping ~*~*~tactically~*~*~ (outnumbered).
 19609 | D:7      | 19609 ||| Stepping ~*~*~tactically~*~*~ (outnumbered).
 19611 | D:7      | 19611 ||| Stepping ~*~*~tactically~*~*~ (outnumbered).
 19613 | D:7      | 19613 ||| Stepping ~*~*~tactically~*~*~ (outnumbered).
 19615 | D:7      | 19615 ||| Stepping ~*~*~tactically~*~*~ (outnumbered).
 19617 | D:7      | 19617 ||| Stepping ~*~*~tactically~*~*~ (outnumbered).
 19619 | D:7      | 19619 ||| Stepping ~*~*~tactically~*~*~ (outnumbered).
 19621 | D:7      | 19621 ||| Stepping ~*~*~tactically~*~*~ (outnumbered).
 19623 | D:7      | 19623 ||| Stepping ~*~*~tactically~*~*~ (outnumbered).
 19625 | D:7      | 19625 ||| Stepping ~*~*~tactically~*~*~ (outnumbered).
 19627 | D:7      | 19627 ||| Stepping ~*~*~tactically~*~*~ (outnumbered).
 19629 | D:7      | 19629 ||| Stepping ~*~*~tactically~*~*~ (outnumbered).
 19631 | D:7      | 19631 ||| Stepping ~*~*~tactically~*~*~ (outnumbered).
 19633 | D:7      | 19633 ||| Stepping ~*~*~tactically~*~*~ (outnumbered).
 19635 | D:7      | 19635 ||| Stepping ~*~*~tactically~*~*~ (outnumbered).
 19637 | D:7      | 19637 ||| Stepping ~*~*~tactically~*~*~ (outnumbered).
 19639 | D:7      | 19639 ||| Stepping ~*~*~tactically~*~*~ (outnumbered).
 19641 | D:7      | 19641 ||| Stepping ~*~*~tactically~*~*~ (outnumbered).
 19643 | D:7      | 19643 ||| Stepping ~*~*~tactically~*~*~ (outnumbered).
 19645 | D:7      | 19645 ||| Stepping ~*~*~tactically~*~*~ (outnumbered).
 19647 | D:7      | 19647 ||| Stepping ~*~*~tactically~*~*~ (outnumbered).
 19649 | D:7      | 19649 ||| Stepping ~*~*~tactically~*~*~ (outnumbered).
 19651 | D:7      | 19651 ||| Stepping ~*~*~tactically~*~*~ (outnumbered).
 19653 | D:7      | 19653 ||| Stepping ~*~*~tactically~*~*~ (outnumbered).
 19655 | D:7      | 19655 ||| Stepping ~*~*~tactically~*~*~ (outnumbered).
 19657 | D:7      | 19657 ||| Stepping ~*~*~tactically~*~*~ (outnumbered).
 19659 | D:7      | 19659 ||| Stepping ~*~*~tactically~*~*~ (outnumbered).
 19661 | D:7      | 19661 ||| Stepping ~*~*~tactically~*~*~ (outnumbered).
 19663 | D:7      | 19663 ||| Stepping ~*~*~tactically~*~*~ (outnumbered).
 19665 | D:7      | 19665 ||| Stepping ~*~*~tactically~*~*~ (outnumbered).
 19667 | D:7      | 19667 ||| Stepping ~*~*~tactically~*~*~ (outnumbered).
 19669 | D:7      | 19669 ||| Stepping ~*~*~tactically~*~*~ (outnumbered).
 19671 | D:7      | 19671 ||| Stepping ~*~*~tactically~*~*~ (outnumbered).
 19673 | D:7      | 19673 ||| Stepping ~*~*~tactically~*~*~ (outnumbered).
 19675 | D:7      | 19675 ||| Stepping ~*~*~tactically~*~*~ (outnumbered).
 19677 | D:7      | 19677 ||| Stepping ~*~*~tactically~*~*~ (outnumbered).
 19679 | D:7      | 19679 ||| Stepping ~*~*~tactically~*~*~ (outnumbered).
 19681 | D:7      | 19681 ||| Stepping ~*~*~tactically~*~*~ (outnumbered).
 19683 | D:7      | 19683 ||| Stepping ~*~*~tactically~*~*~ (outnumbered).
 19685 | D:7      | 19685 ||| Stepping ~*~*~tactically~*~*~ (outnumbered).
 19687 | D:7      | 19687 ||| Stepping ~*~*~tactically~*~*~ (outnumbered).
 19689 | D:7      | 19689 ||| Stepping ~*~*~tactically~*~*~ (outnumbered).
 19691 | D:7      | 19691 ||| Stepping ~*~*~tactically~*~*~ (outnumbered).
 19693 | D:7      | 19693 ||| Stepping ~*~*~tactically~*~*~ (outnumbered).
 19695 | D:7      | 19695 ||| Stepping ~*~*~tactically~*~*~ (outnumbered).
 19697 | D:7      | 19697 ||| Stepping ~*~*~tactically~*~*~ (outnumbered).
 19699 | D:7      | 19699 ||| Stepping ~*~*~tactically~*~*~ (outnumbered).
 19701 | D:7      | 19701 ||| Stepping ~*~*~tactically~*~*~ (outnumbered).
 19703 | D:7      | 19703 ||| Stepping ~*~*~tactically~*~*~ (outnumbered).
 19705 | D:7      | 19705 ||| Stepping ~*~*~tactically~*~*~ (outnumbered).
 19707 | D:7      | 19707 ||| Stepping ~*~*~tactically~*~*~ (outnumbered).
 19709 | D:7      | 19709 ||| Stepping ~*~*~tactically~*~*~ (outnumbered).
 19711 | D:7      | 19711 ||| Stepping ~*~*~tactically~*~*~ (outnumbered).
 19713 | D:7      | 19713 ||| Stepping ~*~*~tactically~*~*~ (outnumbered).
 19715 | D:7      | 19715 ||| Stepping ~*~*~tactically~*~*~ (outnumbered).
 19717 | D:7      | 19717 ||| Stepping ~*~*~tactically~*~*~ (outnumbered).
 19719 | D:7      | 19719 ||| Stepping ~*~*~tactically~*~*~ (outnumbered).
 19721 | D:7      | 19721 ||| Stepping ~*~*~tactically~*~*~ (outnumbered).
 19723 | D:7      | 19723 ||| Stepping ~*~*~tactically~*~*~ (outnumbered).
 19725 | D:7      | 19725 ||| Stepping ~*~*~tactically~*~*~ (outnumbered).
 19727 | D:7      | 19727 ||| Stepping ~*~*~tactically~*~*~ (outnumbered).
 19729 | D:7      | 19729 ||| Stepping ~*~*~tactically~*~*~ (outnumbered).
 19731 | D:7      | 19731 ||| Stepping ~*~*~tactically~*~*~ (outnumbered).
 19733 | D:7      | 19733 ||| Stepping ~*~*~tactically~*~*~ (outnumbered).
 19735 | D:7      | 19735 ||| Stepping ~*~*~tactically~*~*~ (outnumbered).
 19737 | D:7      | 19737 ||| Stepping ~*~*~tactically~*~*~ (outnumbered).
 19739 | D:7      | 19739 ||| Stepping ~*~*~tactically~*~*~ (outnumbered).
 19741 | D:7      | 19741 ||| Stepping ~*~*~tactically~*~*~ (outnumbered).
 19743 | D:7      | 19743 ||| Stepping ~*~*~tactically~*~*~ (outnumbered).
 19745 | D:7      | 19745 ||| Stepping ~*~*~tactically~*~*~ (outnumbered).
 19747 | D:7      | 19747 ||| Stepping ~*~*~tactically~*~*~ (outnumbered).
 19749 | D:7      | 19749 ||| Stepping ~*~*~tactically~*~*~ (outnumbered).
 19751 | D:7      | 19751 ||| Stepping ~*~*~tactically~*~*~ (outnumbered).
 19753 | D:7      | 19753 ||| Stepping ~*~*~tactically~*~*~ (outnumbered).
 19755 | D:7      | 19755 ||| Stepping ~*~*~tactically~*~*~ (outnumbered).
 19757 | D:7      | 19757 ||| Stepping ~*~*~tactically~*~*~ (outnumbered).
 19759 | D:7      | 19759 ||| Stepping ~*~*~tactically~*~*~ (outnumbered).
 19761 | D:7      | 19761 ||| Stepping ~*~*~tactically~*~*~ (outnumbered).
 19763 | D:7      | 19763 ||| Stepping ~*~*~tactically~*~*~ (outnumbered).
 19765 | D:7      | 19765 ||| Stepping ~*~*~tactically~*~*~ (outnumbered).
 19767 | D:7      | 19767 ||| Stepping ~*~*~tactically~*~*~ (outnumbered).
 19769 | D:7      | 19769 ||| Stepping ~*~*~tactically~*~*~ (outnumbered).
 19771 | D:7      | 19771 ||| Stepping ~*~*~tactically~*~*~ (outnumbered).
 19773 | D:7      | 19773 ||| Stepping ~*~*~tactically~*~*~ (outnumbered).
 19775 | D:7      | 19775 ||| Stepping ~*~*~tactically~*~*~ (outnumbered).
 19777 | D:7      | 19777 ||| Stepping ~*~*~tactically~*~*~ (outnumbered).
 19779 | D:7      | 19779 ||| Stepping ~*~*~tactically~*~*~ (outnumbered).
 19781 | D:7      | 19781 ||| Stepping ~*~*~tactically~*~*~ (outnumbered).
 19783 | D:7      | 19783 ||| Stepping ~*~*~tactically~*~*~ (outnumbered).
 19785 | D:7      | 19785 ||| Stepping ~*~*~tactically~*~*~ (outnumbered).
 19787 | D:7      | 19787 ||| Stepping ~*~*~tactically~*~*~ (outnumbered).
 19789 | D:7      | 19789 ||| Stepping ~*~*~tactically~*~*~ (outnumbered).
 19791 | D:7      | 19791 ||| Stepping ~*~*~tactically~*~*~ (outnumbered).
 19793 | D:7      | 19793 ||| Stepping ~*~*~tactically~*~*~ (outnumbered).
 19795 | D:7      | 19795 ||| Stepping ~*~*~tactically~*~*~ (outnumbered).
 19797 | D:7      | 19797 ||| Stepping ~*~*~tactically~*~*~ (outnumbered).
 19799 | D:7      | 19799 ||| Stepping ~*~*~tactically~*~*~ (outnumbered).
 19801 | D:7      | 19801 ||| Stepping ~*~*~tactically~*~*~ (outnumbered).
 19803 | D:7      | 19803 ||| Stepping ~*~*~tactically~*~*~ (outnumbered).
 19805 | D:7      | 19805 ||| Stepping ~*~*~tactically~*~*~ (outnumbered).
 19807 | D:7      | 19807 ||| Stepping ~*~*~tactically~*~*~ (outnumbered).
 19809 | D:7      | 19809 ||| Stepping ~*~*~tactically~*~*~ (outnumbered).
 19811 | D:7      | 19811 ||| Stepping ~*~*~tactically~*~*~ (outnumbered).
 19813 | D:7      | 19813 ||| Stepping ~*~*~tactically~*~*~ (outnumbered).
 19815 | D:7      | 19815 ||| Stepping ~*~*~tactically~*~*~ (outnumbered).
 19817 | D:7      | 19817 ||| Stepping ~*~*~tactically~*~*~ (outnumbered).
 19819 | D:7      | 19819 ||| Stepping ~*~*~tactically~*~*~ (outnumbered).
 19821 | D:7      | 19821 ||| Stepping ~*~*~tactically~*~*~ (outnumbered).
 19823 | D:7      | 19823 ||| Stepping ~*~*~tactically~*~*~ (outnumbered).
 19825 | D:7      | 19825 ||| Stepping ~*~*~tactically~*~*~ (outnumbered).
 19827 | D:7      | 19827 ||| Stepping ~*~*~tactically~*~*~ (outnumbered).
 19829 | D:7      | 19829 ||| Stepping ~*~*~tactically~*~*~ (outnumbered).
 19831 | D:7      | 19831 ||| Stepping ~*~*~tactically~*~*~ (outnumbered).
 19833 | D:7      | 19833 ||| Stepping ~*~*~tactically~*~*~ (outnumbered).
 19835 | D:7      | 19835 ||| Stepping ~*~*~tactically~*~*~ (outnumbered).
 19837 | D:7      | 19837 ||| Stepping ~*~*~tactically~*~*~ (outnumbered).
 19839 | D:7      | 19839 ||| Stepping ~*~*~tactically~*~*~ (outnumbered).
 19841 | D:7      | 19841 ||| Stepping ~*~*~tactically~*~*~ (outnumbered).
 19843 | D:7      | 19843 ||| Stepping ~*~*~tactically~*~*~ (outnumbered).
 19845 | D:7      | 19845 ||| Stepping ~*~*~tactically~*~*~ (outnumbered).
 19847 | D:7      | 19847 ||| Stepping ~*~*~tactically~*~*~ (outnumbered).
 19849 | D:7      | 19849 ||| Stepping ~*~*~tactically~*~*~ (outnumbered).
 19851 | D:7      | 19851 ||| Stepping ~*~*~tactically~*~*~ (outnumbered).
 19853 | D:7      | 19853 ||| Stepping ~*~*~tactically~*~*~ (outnumbered).
 19855 | D:7      | 19855 ||| Stepping ~*~*~tactically~*~*~ (outnumbered).
 19857 | D:7      | 19857 ||| Stepping ~*~*~tactically~*~*~ (outnumbered).
 19859 | D:7      | 19859 ||| Stepping ~*~*~tactically~*~*~ (outnumbered).
 19861 | D:7      | 19861 ||| Stepping ~*~*~tactically~*~*~ (outnumbered).
 19863 | D:7      | 19863 ||| Stepping ~*~*~tactically~*~*~ (outnumbered).
 19865 | D:7      | 19865 ||| Stepping ~*~*~tactically~*~*~ (outnumbered).
 19867 | D:7      | 19867 ||| Stepping ~*~*~tactically~*~*~ (outnumbered).
 19869 | D:7      | 19869 ||| Stepping ~*~*~tactically~*~*~ (outnumbered).
 19871 | D:7      | 19871 ||| Stepping ~*~*~tactically~*~*~ (outnumbered).
 19873 | D:7      | 19873 ||| Stepping ~*~*~tactically~*~*~ (outnumbered).
 19875 | D:7      | 19875 ||| Stepping ~*~*~tactically~*~*~ (outnumbered).
 19877 | D:7      | 19877 ||| Stepping ~*~*~tactically~*~*~ (outnumbered).
 19879 | D:7      | 19879 ||| Stepping ~*~*~tactically~*~*~ (outnumbered).
 19881 | D:7      | 19881 ||| Stepping ~*~*~tactically~*~*~ (outnumbered).
 19883 | D:7      | 19883 ||| Stepping ~*~*~tactically~*~*~ (outnumbered).
 19885 | D:7      | 19885 ||| Stepping ~*~*~tactically~*~*~ (outnumbered).
 19887 | D:7      | 19887 ||| Stepping ~*~*~tactically~*~*~ (outnumbered).
 19889 | D:7      | 19889 ||| Stepping ~*~*~tactically~*~*~ (outnumbered).
 19891 | D:7      | 19891 ||| Stepping ~*~*~tactically~*~*~ (outnumbered).
 19893 | D:7      | 19893 ||| Stepping ~*~*~tactically~*~*~ (outnumbered).
 19895 | D:7      | 19895 ||| Stepping ~*~*~tactically~*~*~ (outnumbered).
 19897 | D:7      | 19897 ||| Stepping ~*~*~tactically~*~*~ (outnumbered).
 19899 | D:7      | 19899 ||| Stepping ~*~*~tactically~*~*~ (outnumbered).
 19901 | D:7      | 19901 ||| Stepping ~*~*~tactically~*~*~ (outnumbered).
 19903 | D:7      | 19903 ||| Stepping ~*~*~tactically~*~*~ (outnumbered).
 19905 | D:7      | 19905 ||| Stepping ~*~*~tactically~*~*~ (outnumbered).
 19907 | D:7      | 19907 ||| Stepping ~*~*~tactically~*~*~ (outnumbered).
 19909 | D:7      | 19909 ||| Stepping ~*~*~tactically~*~*~ (outnumbered).
 19911 | D:7      | 19911 ||| Stepping ~*~*~tactically~*~*~ (outnumbered).
 19913 | D:7      | 19913 ||| Stepping ~*~*~tactically~*~*~ (outnumbered).
 19915 | D:7      | 19915 ||| Stepping ~*~*~tactically~*~*~ (outnumbered).
 19917 | D:7      | 19917 ||| Stepping ~*~*~tactically~*~*~ (outnumbered).
 19919 | D:7      | 19919 ||| Stepping ~*~*~tactically~*~*~ (outnumbered).
 19921 | D:7      | 19921 ||| Stepping ~*~*~tactically~*~*~ (outnumbered).
 19923 | D:7      | 19923 ||| Stepping ~*~*~tactically~*~*~ (outnumbered).
 19925 | D:7      | 19925 ||| Stepping ~*~*~tactically~*~*~ (outnumbered).
 19927 | D:7      | 19927 ||| Stepping ~*~*~tactically~*~*~ (outnumbered).
 19929 | D:7      | 19929 ||| Stepping ~*~*~tactically~*~*~ (outnumbered).
 19931 | D:7      | 19931 ||| Stepping ~*~*~tactically~*~*~ (outnumbered).
 19933 | D:7      | 19933 ||| Stepping ~*~*~tactically~*~*~ (outnumbered).
 19935 | D:7      | 19935 ||| Stepping ~*~*~tactically~*~*~ (outnumbered).
 19937 | D:7      | 19937 ||| Stepping ~*~*~tactically~*~*~ (outnumbered).
 19939 | D:7      | 19939 ||| Stepping ~*~*~tactically~*~*~ (outnumbered).
 19941 | D:7      | 19941 ||| Stepping ~*~*~tactically~*~*~ (outnumbered).
 19943 | D:7      | 19943 ||| Stepping ~*~*~tactically~*~*~ (outnumbered).
 19945 | D:7      | 19945 ||| Stepping ~*~*~tactically~*~*~ (outnumbered).
 19947 | D:7      | 19947 ||| Stepping ~*~*~tactically~*~*~ (outnumbered).
 19949 | D:7      | 19949 ||| Stepping ~*~*~tactically~*~*~ (outnumbered).
 19951 | D:7      | 19951 ||| Stepping ~*~*~tactically~*~*~ (outnumbered).
 19953 | D:7      | 19953 ||| Stepping ~*~*~tactically~*~*~ (outnumbered).
 19955 | D:7      | 19955 ||| Stepping ~*~*~tactically~*~*~ (outnumbered).
 19957 | D:7      | 19957 ||| Stepping ~*~*~tactically~*~*~ (outnumbered).
 19959 | D:7      | 19959 ||| Stepping ~*~*~tactically~*~*~ (outnumbered).
 19961 | D:7      | 19961 ||| Stepping ~*~*~tactically~*~*~ (outnumbered).
 19963 | D:7      | 19963 ||| Stepping ~*~*~tactically~*~*~ (outnumbered).
 19965 | D:7      | 19965 ||| Stepping ~*~*~tactically~*~*~ (outnumbered).
 19967 | D:7      | 19967 ||| Stepping ~*~*~tactically~*~*~ (outnumbered).
 19969 | D:7      | 19969 ||| Stepping ~*~*~tactically~*~*~ (outnumbered).
 19971 | D:7      | 19971 ||| Stepping ~*~*~tactically~*~*~ (outnumbered).
 19973 | D:7      | 19973 ||| Stepping ~*~*~tactically~*~*~ (outnumbered).
 19975 | D:7      | 19975 ||| Stepping ~*~*~tactically~*~*~ (outnumbered).
 19977 | D:7      | 19977 ||| Stepping ~*~*~tactically~*~*~ (outnumbered).
 19979 | D:7      | 19979 ||| Stepping ~*~*~tactically~*~*~ (outnumbered).
 19981 | D:7      | 19981 ||| Stepping ~*~*~tactically~*~*~ (outnumbered).
 19983 | D:7      | 19983 ||| Stepping ~*~*~tactically~*~*~ (outnumbered).
 19985 | D:7      | 19985 ||| Stepping ~*~*~tactically~*~*~ (outnumbered).
 19987 | D:7      | 19987 ||| Stepping ~*~*~tactically~*~*~ (outnumbered).
 19989 | D:7      | 19989 ||| Stepping ~*~*~tactically~*~*~ (outnumbered).
 19991 | D:7      | 19991 ||| Stepping ~*~*~tactically~*~*~ (outnumbered).
 19993 | D:7      | 19993 ||| Stepping ~*~*~tactically~*~*~ (outnumbered).
 19995 | D:7      | 19995 ||| Stepping ~*~*~tactically~*~*~ (outnumbered).
 19997 | D:7      | 19997 ||| Stepping ~*~*~tactically~*~*~ (outnumbered).
 19999 | D:7      | 19999 ||| Stepping ~*~*~tactically~*~*~ (outnumbered).
 20001 | D:7      | 20001 ||| Stepping ~*~*~tactically~*~*~ (outnumbered).
 20003 | D:7      | 20003 ||| Stepping ~*~*~tactically~*~*~ (outnumbered).
 20005 | D:7      | 20005 ||| Stepping ~*~*~tactically~*~*~ (outnumbered).
 20007 | D:7      | 20007 ||| Stepping ~*~*~tactically~*~*~ (outnumbered).
 20009 | D:7      | 20009 ||| Stepping ~*~*~tactically~*~*~ (outnumbered).
 20011 | D:7      | 20011 ||| Stepping ~*~*~tactically~*~*~ (outnumbered).
 20013 | D:7      | 20013 ||| Stepping ~*~*~tactically~*~*~ (outnumbered).
 20015 | D:7      | 20015 ||| Stepping ~*~*~tactically~*~*~ (outnumbered).
 20017 | D:7      | 20017 ||| Stepping ~*~*~tactically~*~*~ (outnumbered).
 20019 | D:7      | 20019 ||| Stepping ~*~*~tactically~*~*~ (outnumbered).
 20021 | D:7      | 20021 ||| Stepping ~*~*~tactically~*~*~ (outnumbered).
 20023 | D:7      | 20023 ||| Stepping ~*~*~tactically~*~*~ (outnumbered).
 20025 | D:7      | 20025 ||| Stepping ~*~*~tactically~*~*~ (outnumbered).
 20027 | D:7      | 20027 ||| Stepping ~*~*~tactically~*~*~ (outnumbered).
 20029 | D:7      | 20029 ||| Stepping ~*~*~tactically~*~*~ (outnumbered).
 20031 | D:7      | 20031 ||| Stepping ~*~*~tactically~*~*~ (outnumbered).
 20033 | D:7      | 20033 ||| Stepping ~*~*~tactically~*~*~ (outnumbered).
 20035 | D:7      | 20035 ||| Stepping ~*~*~tactically~*~*~ (outnumbered).
 20037 | D:7      | 20037 ||| Stepping ~*~*~tactically~*~*~ (outnumbered).
 20039 | D:7      | 20039 ||| Stepping ~*~*~tactically~*~*~ (outnumbered).
 20041 | D:7      | 20041 ||| Stepping ~*~*~tactically~*~*~ (outnumbered).
 20043 | D:7      | 20043 ||| Stepping ~*~*~tactically~*~*~ (outnumbered).
 20045 | D:7      | 20045 ||| Stepping ~*~*~tactically~*~*~ (outnumbered).
 20047 | D:7      | 20047 ||| Stepping ~*~*~tactically~*~*~ (outnumbered).
 20049 | D:7      | 20049 ||| Stepping ~*~*~tactically~*~*~ (outnumbered).
 20051 | D:7      | 20051 ||| Stepping ~*~*~tactically~*~*~ (outnumbered).
 20053 | D:7      | 20053 ||| Stepping ~*~*~tactically~*~*~ (outnumbered).
 20055 | D:7      | 20055 ||| Stepping ~*~*~tactically~*~*~ (outnumbered).
 20057 | D:7      | 20057 ||| Stepping ~*~*~tactically~*~*~ (outnumbered).
 20059 | D:7      | 20059 ||| Stepping ~*~*~tactically~*~*~ (outnumbered).
 20061 | D:7      | 20061 ||| Stepping ~*~*~tactically~*~*~ (outnumbered).
 20063 | D:7      | 20063 ||| Stepping ~*~*~tactically~*~*~ (outnumbered).
 20065 | D:7      | 20065 ||| Stepping ~*~*~tactically~*~*~ (outnumbered).
 20067 | D:7      | 20067 ||| Stepping ~*~*~tactically~*~*~ (outnumbered).
 20069 | D:7      | 20069 ||| Stepping ~*~*~tactically~*~*~ (outnumbered).
 20071 | D:7      | 20071 ||| Stepping ~*~*~tactically~*~*~ (outnumbered).
 20073 | D:7      | 20073 ||| Stepping ~*~*~tactically~*~*~ (outnumbered).
 20075 | D:7      | 20075 ||| Stepping ~*~*~tactically~*~*~ (outnumbered).
 20077 | D:7      | 20077 ||| Stepping ~*~*~tactically~*~*~ (outnumbered).
 20079 | D:7      | 20079 ||| Stepping ~*~*~tactically~*~*~ (outnumbered).
 20081 | D:7      | 20081 ||| Stepping ~*~*~tactically~*~*~ (outnumbered).
 20083 | D:7      | 20083 ||| Stepping ~*~*~tactically~*~*~ (outnumbered).
 20085 | D:7      | 20085 ||| Stepping ~*~*~tactically~*~*~ (outnumbered).
 20087 | D:7      | 20087 ||| Stepping ~*~*~tactically~*~*~ (outnumbered).
 20089 | D:7      | 20089 ||| Stepping ~*~*~tactically~*~*~ (outnumbered).
 20091 | D:7      | 20091 ||| Stepping ~*~*~tactically~*~*~ (outnumbered).
 20093 | D:7      | 20093 ||| Stepping ~*~*~tactically~*~*~ (outnumbered).
 20095 | D:7      | 20095 ||| Stepping ~*~*~tactically~*~*~ (outnumbered).
 20097 | D:7      | 20097 ||| Stepping ~*~*~tactically~*~*~ (outnumbered).
 20099 | D:7      | 20099 ||| Stepping ~*~*~tactically~*~*~ (outnumbered).
 20101 | D:7      | 20101 ||| Stepping ~*~*~tactically~*~*~ (outnumbered).
 20103 | D:7      | 20103 ||| Stepping ~*~*~tactically~*~*~ (outnumbered).
 20105 | D:7      | 20105 ||| Stepping ~*~*~tactically~*~*~ (outnumbered).
 20107 | D:7      | 20107 ||| Stepping ~*~*~tactically~*~*~ (outnumbered).
 20109 | D:7      | 20109 ||| Stepping ~*~*~tactically~*~*~ (outnumbered).
 20111 | D:7      | 20111 ||| Stepping ~*~*~tactically~*~*~ (outnumbered).
 20113 | D:7      | 20113 ||| Stepping ~*~*~tactically~*~*~ (outnumbered).
 20115 | D:7      | 20115 ||| Stepping ~*~*~tactically~*~*~ (outnumbered).
 20117 | D:7      | 20117 ||| Stepping ~*~*~tactically~*~*~ (outnumbered).
 20119 | D:7      | 20119 ||| Stepping ~*~*~tactically~*~*~ (outnumbered).
 20121 | D:7      | 20121 ||| Stepping ~*~*~tactically~*~*~ (outnumbered).
 20123 | D:7      | 20123 ||| Stepping ~*~*~tactically~*~*~ (outnumbered).
 20125 | D:7      | 20125 ||| Stepping ~*~*~tactically~*~*~ (outnumbered).
 20127 | D:7      | 20127 ||| Stepping ~*~*~tactically~*~*~ (outnumbered).
 20129 | D:7      | 20129 ||| Stepping ~*~*~tactically~*~*~ (outnumbered).
 20131 | D:7      | 20131 ||| Stepping ~*~*~tactically~*~*~ (outnumbered).
 20133 | D:7      | 20133 ||| Stepping ~*~*~tactically~*~*~ (outnumbered).
 20135 | D:7      | 20135 ||| Stepping ~*~*~tactically~*~*~ (outnumbered).
 20137 | D:7      | 20137 ||| Stepping ~*~*~tactically~*~*~ (outnumbered).
 20139 | D:7      | 20139 ||| Stepping ~*~*~tactically~*~*~ (outnumbered).
 20141 | D:7      | 20141 ||| Stepping ~*~*~tactically~*~*~ (outnumbered).
 20143 | D:7      | 20143 ||| Stepping ~*~*~tactically~*~*~ (outnumbered).
 20145 | D:7      | 20145 ||| Stepping ~*~*~tactically~*~*~ (outnumbered).
 20147 | D:7      | 20147 ||| Stepping ~*~*~tactically~*~*~ (outnumbered).
 20149 | D:7      | 20149 ||| Stepping ~*~*~tactically~*~*~ (outnumbered).
 20151 | D:7      | 20151 ||| Stepping ~*~*~tactically~*~*~ (outnumbered).
 20153 | D:7      | 20153 ||| Stepping ~*~*~tactically~*~*~ (outnumbered).
 20155 | D:7      | 20155 ||| Stepping ~*~*~tactically~*~*~ (outnumbered).
 20157 | D:7      | 20157 ||| Stepping ~*~*~tactically~*~*~ (outnumbered).
 20159 | D:7      | 20159 ||| Stepping ~*~*~tactically~*~*~ (outnumbered).
 20161 | D:7      | 20161 ||| Stepping ~*~*~tactically~*~*~ (outnumbered).
 20163 | D:7      | 20163 ||| Stepping ~*~*~tactically~*~*~ (outnumbered).
 20165 | D:7      | 20165 ||| Stepping ~*~*~tactically~*~*~ (outnumbered).
 20167 | D:7      | 20167 ||| Stepping ~*~*~tactically~*~*~ (outnumbered).
 20169 | D:7      | 20169 ||| Stepping ~*~*~tactically~*~*~ (outnumbered).
 20171 | D:7      | 20171 ||| Stepping ~*~*~tactically~*~*~ (outnumbered).
 20173 | D:7      | 20173 ||| Stepping ~*~*~tactically~*~*~ (outnumbered).
 20175 | D:7      | 20175 ||| Stepping ~*~*~tactically~*~*~ (outnumbered).
 20177 | D:7      | 20177 ||| Stepping ~*~*~tactically~*~*~ (outnumbered).
 20179 | D:7      | 20179 ||| Stepping ~*~*~tactically~*~*~ (outnumbered).
 20181 | D:7      | 20181 ||| Stepping ~*~*~tactically~*~*~ (outnumbered).
 20183 | D:7      | 20183 ||| Stepping ~*~*~tactically~*~*~ (outnumbered).
 20185 | D:7      | 20185 ||| Stepping ~*~*~tactically~*~*~ (outnumbered).
 20187 | D:7      | 20187 ||| Stepping ~*~*~tactically~*~*~ (outnumbered).
 20189 | D:7      | 20189 ||| Stepping ~*~*~tactically~*~*~ (outnumbered).
 20191 | D:7      | 20191 ||| Stepping ~*~*~tactically~*~*~ (outnumbered).
 20193 | D:7      | 20193 ||| Stepping ~*~*~tactically~*~*~ (outnumbered).
 20195 | D:7      | 20195 ||| Stepping ~*~*~tactically~*~*~ (outnumbered).
 20197 | D:7      | 20197 ||| Stepping ~*~*~tactically~*~*~ (outnumbered).
 20199 | D:7      | 20199 ||| Stepping ~*~*~tactically~*~*~ (outnumbered).
 20201 | D:7      | 20201 ||| Stepping ~*~*~tactically~*~*~ (outnumbered).
 20203 | D:7      | 20203 ||| Stepping ~*~*~tactically~*~*~ (outnumbered).
 20205 | D:7      | 20205 ||| Stepping ~*~*~tactically~*~*~ (outnumbered).
 20207 | D:7      | 20207 ||| Stepping ~*~*~tactically~*~*~ (outnumbered).
 20209 | D:7      | 20209 ||| Stepping ~*~*~tactically~*~*~ (outnumbered).
 20211 | D:7      | 20211 ||| Stepping ~*~*~tactically~*~*~ (outnumbered).
 20213 | D:7      | 20213 ||| Stepping ~*~*~tactically~*~*~ (outnumbered).
 20215 | D:7      | 20215 ||| Stepping ~*~*~tactically~*~*~ (outnumbered).
 20217 | D:7      | 20217 ||| Stepping ~*~*~tactically~*~*~ (outnumbered).
 20219 | D:7      | 20219 ||| Stepping ~*~*~tactically~*~*~ (outnumbered).
 20221 | D:7      | 20221 ||| Stepping ~*~*~tactically~*~*~ (outnumbered).
 20223 | D:7      | 20223 ||| Stepping ~*~*~tactically~*~*~ (outnumbered).
 20225 | D:7      | 20225 ||| Stepping ~*~*~tactically~*~*~ (outnumbered).
 20227 | D:7      | 20227 ||| Stepping ~*~*~tactically~*~*~ (outnumbered).
 20229 | D:7      | 20229 ||| Stepping ~*~*~tactically~*~*~ (outnumbered).
 20231 | D:7      | 20231 ||| Stepping ~*~*~tactically~*~*~ (outnumbered).
 20233 | D:7      | 20233 ||| Stepping ~*~*~tactically~*~*~ (outnumbered).
 20235 | D:7      | 20235 ||| Stepping ~*~*~tactically~*~*~ (outnumbered).
 20237 | D:7      | 20237 ||| Stepping ~*~*~tactically~*~*~ (outnumbered).
 20239 | D:7      | 20239 ||| Stepping ~*~*~tactically~*~*~ (outnumbered).
 20241 | D:7      | 20241 ||| Stepping ~*~*~tactically~*~*~ (outnumbered).
 20243 | D:7      | 20243 ||| Stepping ~*~*~tactically~*~*~ (outnumbered).
 20245 | D:7      | 20245 ||| Stepping ~*~*~tactically~*~*~ (outnumbered).
 20247 | D:7      | 20247 ||| Stepping ~*~*~tactically~*~*~ (outnumbered).
 20249 | D:7      | 20249 ||| Stepping ~*~*~tactically~*~*~ (outnumbered).
 20251 | D:7      | 20251 ||| Stepping ~*~*~tactically~*~*~ (outnumbered).
 20253 | D:7      | 20253 ||| Stepping ~*~*~tactically~*~*~ (outnumbered).
 20255 | D:7      | 20255 ||| Stepping ~*~*~tactically~*~*~ (outnumbered).
 20257 | D:7      | 20257 ||| Stepping ~*~*~tactically~*~*~ (outnumbered).
 20259 | D:7      | 20259 ||| Stepping ~*~*~tactically~*~*~ (outnumbered).
 20261 | D:7      | 20261 ||| Stepping ~*~*~tactically~*~*~ (outnumbered).
 20263 | D:7      | 20263 ||| Stepping ~*~*~tactically~*~*~ (outnumbered).
 20265 | D:7      | 20265 ||| Stepping ~*~*~tactically~*~*~ (outnumbered).
 20267 | D:7      | 20267 ||| Stepping ~*~*~tactically~*~*~ (outnumbered).
 20269 | D:7      | 20269 ||| Stepping ~*~*~tactically~*~*~ (outnumbered).
 20271 | D:7      | 20271 ||| Stepping ~*~*~tactically~*~*~ (outnumbered).
 20273 | D:7      | 20273 ||| Stepping ~*~*~tactically~*~*~ (outnumbered).
 20275 | D:7      | 20275 ||| Stepping ~*~*~tactically~*~*~ (outnumbered).
 20277 | D:7      | 20277 ||| Stepping ~*~*~tactically~*~*~ (outnumbered).
 20279 | D:7      | 20279 ||| Stepping ~*~*~tactically~*~*~ (outnumbered).
 20281 | D:7      | 20281 ||| Stepping ~*~*~tactically~*~*~ (outnumbered).
 20283 | D:7      | 20283 ||| Stepping ~*~*~tactically~*~*~ (outnumbered).
 20285 | D:7      | 20285 ||| Stepping ~*~*~tactically~*~*~ (outnumbered).
 20287 | D:7      | 20287 ||| Stepping ~*~*~tactically~*~*~ (outnumbered).
 20289 | D:7      | 20289 ||| Stepping ~*~*~tactically~*~*~ (outnumbered).
 20291 | D:7      | 20291 ||| Stepping ~*~*~tactically~*~*~ (outnumbered).
 20293 | D:7      | 20293 ||| Stepping ~*~*~tactically~*~*~ (outnumbered).
 20295 | D:7      | 20295 ||| Stepping ~*~*~tactically~*~*~ (outnumbered).
 20297 | D:7      | 20297 ||| Stepping ~*~*~tactically~*~*~ (outnumbered).
 20299 | D:7      | 20299 ||| Stepping ~*~*~tactically~*~*~ (outnumbered).
 20301 | D:7      | 20301 ||| Stepping ~*~*~tactically~*~*~ (outnumbered).
 20303 | D:7      | 20303 ||| Stepping ~*~*~tactically~*~*~ (outnumbered).
 20305 | D:7      | 20305 ||| Stepping ~*~*~tactically~*~*~ (outnumbered).
 20307 | D:7      | 20307 ||| Stepping ~*~*~tactically~*~*~ (outnumbered).
 20309 | D:7      | 20309 ||| Stepping ~*~*~tactically~*~*~ (outnumbered).
 20311 | D:7      | 20311 ||| Stepping ~*~*~tactically~*~*~ (outnumbered).
 20313 | D:7      | 20313 ||| Stepping ~*~*~tactically~*~*~ (outnumbered).
 20315 | D:7      | 20315 ||| Stepping ~*~*~tactically~*~*~ (outnumbered).
 20317 | D:7      | 20317 ||| Stepping ~*~*~tactically~*~*~ (outnumbered).
 20319 | D:7      | 20319 ||| Stepping ~*~*~tactically~*~*~ (outnumbered).
 20321 | D:7      | 20321 ||| Stepping ~*~*~tactically~*~*~ (outnumbered).
 20323 | D:7      | 20323 ||| Stepping ~*~*~tactically~*~*~ (outnumbered).
 20325 | D:7      | 20325 ||| Stepping ~*~*~tactically~*~*~ (outnumbered).
 20327 | D:7      | 20327 ||| Stepping ~*~*~tactically~*~*~ (outnumbered).
 20329 | D:7      | 20329 ||| Stepping ~*~*~tactically~*~*~ (outnumbered).
 20331 | D:7      | 20331 ||| Stepping ~*~*~tactically~*~*~ (outnumbered).
 20333 | D:7      | 20333 ||| Stepping ~*~*~tactically~*~*~ (outnumbered).
 20335 | D:7      | 20335 ||| Stepping ~*~*~tactically~*~*~ (outnumbered).
 20337 | D:7      | 20337 ||| Stepping ~*~*~tactically~*~*~ (outnumbered).
 20339 | D:7      | 20339 ||| Stepping ~*~*~tactically~*~*~ (outnumbered).
 20341 | D:7      | 20341 ||| Stepping ~*~*~tactically~*~*~ (outnumbered).
 20343 | D:7      | 20343 ||| Stepping ~*~*~tactically~*~*~ (outnumbered).
 20345 | D:7      | 20345 ||| Stepping ~*~*~tactically~*~*~ (outnumbered).
 20347 | D:7      | 20347 ||| Stepping ~*~*~tactically~*~*~ (outnumbered).
 20349 | D:7      | 20349 ||| Stepping ~*~*~tactically~*~*~ (outnumbered).
 20351 | D:7      | 20351 ||| Stepping ~*~*~tactically~*~*~ (outnumbered).
 20353 | D:7      | 20353 ||| Stepping ~*~*~tactically~*~*~ (outnumbered).
 20355 | D:7      | 20355 ||| Stepping ~*~*~tactically~*~*~ (outnumbered).
 20357 | D:7      | 20357 ||| Stepping ~*~*~tactically~*~*~ (outnumbered).
 20359 | D:7      | 20359 ||| Stepping ~*~*~tactically~*~*~ (outnumbered).
 20361 | D:7      | 20361 ||| Stepping ~*~*~tactically~*~*~ (outnumbered).
 20363 | D:7      | 20363 ||| Stepping ~*~*~tactically~*~*~ (outnumbered).
 20365 | D:7      | 20365 ||| Stepping ~*~*~tactically~*~*~ (outnumbered).
 20367 | D:7      | 20367 ||| Stepping ~*~*~tactically~*~*~ (outnumbered).
 20369 | D:7      | 20369 ||| Stepping ~*~*~tactically~*~*~ (outnumbered).
 20371 | D:7      | 20371 ||| Stepping ~*~*~tactically~*~*~ (outnumbered).
 20373 | D:7      | 20373 ||| Stepping ~*~*~tactically~*~*~ (outnumbered).
 20375 | D:7      | 20375 ||| Stepping ~*~*~tactically~*~*~ (outnumbered).
 20377 | D:7      | 20377 ||| Stepping ~*~*~tactically~*~*~ (outnumbered).
 20379 | D:7      | 20379 ||| Stepping ~*~*~tactically~*~*~ (outnumbered).
 20381 | D:7      | 20381 ||| Stepping ~*~*~tactically~*~*~ (outnumbered).
 20383 | D:7      | 20383 ||| Stepping ~*~*~tactically~*~*~ (outnumbered).
 20385 | D:7      | 20385 ||| Stepping ~*~*~tactically~*~*~ (outnumbered).
 20387 | D:7      | 20387 ||| Stepping ~*~*~tactically~*~*~ (outnumbered).
 20389 | D:7      | 20389 ||| Stepping ~*~*~tactically~*~*~ (outnumbered).
 20391 | D:7      | 20391 ||| Stepping ~*~*~tactically~*~*~ (outnumbered).
 20393 | D:7      | 20393 ||| Stepping ~*~*~tactically~*~*~ (outnumbered).
 20395 | D:7      | 20395 ||| Stepping ~*~*~tactically~*~*~ (outnumbered).
 20397 | D:7      | 20397 ||| Stepping ~*~*~tactically~*~*~ (outnumbered).
 20399 | D:7      | 20399 ||| Stepping ~*~*~tactically~*~*~ (outnumbered).
 20401 | D:7      | 20401 ||| Stepping ~*~*~tactically~*~*~ (outnumbered).
 20403 | D:7      | 20403 ||| Stepping ~*~*~tactically~*~*~ (outnumbered).
 20405 | D:7      | 20405 ||| Stepping ~*~*~tactically~*~*~ (outnumbered).
 20407 | D:7      | 20407 ||| Stepping ~*~*~tactically~*~*~ (outnumbered).
 20409 | D:7      | 20409 ||| Stepping ~*~*~tactically~*~*~ (outnumbered).
 20411 | D:7      | 20411 ||| Stepping ~*~*~tactically~*~*~ (outnumbered).
 20413 | D:7      | 20413 ||| Stepping ~*~*~tactically~*~*~ (outnumbered).
 20415 | D:7      | 20415 ||| Stepping ~*~*~tactically~*~*~ (outnumbered).
 20417 | D:7      | 20417 ||| Stepping ~*~*~tactically~*~*~ (outnumbered).
 20419 | D:7      | 20419 ||| Stepping ~*~*~tactically~*~*~ (outnumbered).
 20421 | D:7      | 20421 ||| Stepping ~*~*~tactically~*~*~ (outnumbered).
 20423 | D:7      | 20423 ||| Stepping ~*~*~tactically~*~*~ (outnumbered).
 20425 | D:7      | 20425 ||| Stepping ~*~*~tactically~*~*~ (outnumbered).
 20427 | D:7      | 20427 ||| Stepping ~*~*~tactically~*~*~ (outnumbered).
 20429 | D:7      | 20429 ||| Stepping ~*~*~tactically~*~*~ (outnumbered).
 20431 | D:7      | 20431 ||| Stepping ~*~*~tactically~*~*~ (outnumbered).
 20433 | D:7      | 20433 ||| Stepping ~*~*~tactically~*~*~ (outnumbered).
 20435 | D:7      | 20435 ||| Stepping ~*~*~tactically~*~*~ (outnumbered).
 20437 | D:7      | 20437 ||| Stepping ~*~*~tactically~*~*~ (outnumbered).
 20439 | D:7      | 20439 ||| Stepping ~*~*~tactically~*~*~ (outnumbered).
 20441 | D:7      | 20441 ||| Stepping ~*~*~tactically~*~*~ (outnumbered).
 20443 | D:7      | 20443 ||| Stepping ~*~*~tactically~*~*~ (outnumbered).
 20445 | D:7      | 20445 ||| Stepping ~*~*~tactically~*~*~ (outnumbered).
 20447 | D:7      | 20447 ||| Stepping ~*~*~tactically~*~*~ (outnumbered).
 20449 | D:7      | 20449 ||| Stepping ~*~*~tactically~*~*~ (outnumbered).
 20451 | D:7      | 20451 ||| Stepping ~*~*~tactically~*~*~ (outnumbered).
 20453 | D:7      | 20453 ||| Stepping ~*~*~tactically~*~*~ (outnumbered).
 20455 | D:7      | 20455 ||| Stepping ~*~*~tactically~*~*~ (outnumbered).
 20457 | D:7      | 20457 ||| Stepping ~*~*~tactically~*~*~ (outnumbered).
 20459 | D:7      | 20459 ||| Stepping ~*~*~tactically~*~*~ (outnumbered).
 20461 | D:7      | 20461 ||| Stepping ~*~*~tactically~*~*~ (outnumbered).
 20463 | D:7      | 20463 ||| Stepping ~*~*~tactically~*~*~ (outnumbered).
 20465 | D:7      | 20465 ||| Stepping ~*~*~tactically~*~*~ (outnumbered).
 20467 | D:7      | 20467 ||| Stepping ~*~*~tactically~*~*~ (outnumbered).
 20469 | D:7      | 20469 ||| Stepping ~*~*~tactically~*~*~ (outnumbered).
 20471 | D:7      | 20471 ||| Stepping ~*~*~tactically~*~*~ (outnumbered).
 20473 | D:7      | 20473 ||| Stepping ~*~*~tactically~*~*~ (outnumbered).
 20475 | D:7      | 20475 ||| Stepping ~*~*~tactically~*~*~ (outnumbered).
 20477 | D:7      | 20477 ||| Stepping ~*~*~tactically~*~*~ (outnumbered).
 20479 | D:7      | 20479 ||| Stepping ~*~*~tactically~*~*~ (outnumbered).
 20481 | D:7      | 20481 ||| Stepping ~*~*~tactically~*~*~ (outnumbered).
 20483 | D:7      | 20483 ||| Stepping ~*~*~tactically~*~*~ (outnumbered).
 20485 | D:7      | 20485 ||| Stepping ~*~*~tactically~*~*~ (outnumbered).
 20487 | D:7      | 20487 ||| Stepping ~*~*~tactically~*~*~ (outnumbered).
 20489 | D:7      | 20489 ||| Stepping ~*~*~tactically~*~*~ (outnumbered).
 20491 | D:7      | 20491 ||| Stepping ~*~*~tactically~*~*~ (outnumbered).
 20493 | D:7      | 20493 ||| Stepping ~*~*~tactically~*~*~ (outnumbered).
 20495 | D:7      | 20495 ||| Stepping ~*~*~tactically~*~*~ (outnumbered).
 20497 | D:7      | 20497 ||| Stepping ~*~*~tactically~*~*~ (outnumbered).
 20499 | D:7      | 20499 ||| Stepping ~*~*~tactically~*~*~ (outnumbered).
 20501 | D:7      | 20501 ||| Stepping ~*~*~tactically~*~*~ (outnumbered).
 20503 | D:7      | 20503 ||| Stepping ~*~*~tactically~*~*~ (outnumbered).
 20505 | D:7      | 20505 ||| Stepping ~*~*~tactically~*~*~ (outnumbered).
 20507 | D:7      | 20507 ||| Stepping ~*~*~tactically~*~*~ (outnumbered).
 20509 | D:7      | 20509 ||| Stepping ~*~*~tactically~*~*~ (outnumbered).
 20511 | D:7      | 20511 ||| Stepping ~*~*~tactically~*~*~ (outnumbered).
 20513 | D:7      | 20513 ||| Stepping ~*~*~tactically~*~*~ (outnumbered).
 20515 | D:7      | 20515 ||| Stepping ~*~*~tactically~*~*~ (outnumbered).
 20517 | D:7      | 20517 ||| Stepping ~*~*~tactically~*~*~ (outnumbered).
 20519 | D:7      | 20519 ||| Stepping ~*~*~tactically~*~*~ (outnumbered).
 20521 | D:7      | 20521 ||| Stepping ~*~*~tactically~*~*~ (outnumbered).
 20523 | D:7      | 20523 ||| Stepping ~*~*~tactically~*~*~ (outnumbered).
 20525 | D:7      | 20525 ||| Stepping ~*~*~tactically~*~*~ (outnumbered).
 20527 | D:7      | 20527 ||| Stepping ~*~*~tactically~*~*~ (outnumbered).
 20529 | D:7      | 20529 ||| Stepping ~*~*~tactically~*~*~ (outnumbered).
 20531 | D:7      | 20531 ||| Stepping ~*~*~tactically~*~*~ (outnumbered).
 20533 | D:7      | 20533 ||| Stepping ~*~*~tactically~*~*~ (outnumbered).
 20535 | D:7      | 20535 ||| Stepping ~*~*~tactically~*~*~ (outnumbered).
 20537 | D:7      | 20537 ||| Stepping ~*~*~tactically~*~*~ (outnumbered).
 20539 | D:7      | 20539 ||| Stepping ~*~*~tactically~*~*~ (outnumbered).
 20541 | D:7      | 20541 ||| Stepping ~*~*~tactically~*~*~ (outnumbered).
 20543 | D:7      | 20543 ||| Stepping ~*~*~tactically~*~*~ (outnumbered).
 20545 | D:7      | 20545 ||| Stepping ~*~*~tactically~*~*~ (outnumbered).
 20547 | D:7      | 20547 ||| Stepping ~*~*~tactically~*~*~ (outnumbered).
 20549 | D:7      | 20549 ||| Stepping ~*~*~tactically~*~*~ (outnumbered).
 20551 | D:7      | 20551 ||| Stepping ~*~*~tactically~*~*~ (outnumbered).
 20553 | D:7      | 20553 ||| Stepping ~*~*~tactically~*~*~ (outnumbered).
 20555 | D:7      | 20555 ||| Stepping ~*~*~tactically~*~*~ (outnumbered).
 20557 | D:7      | 20557 ||| Stepping ~*~*~tactically~*~*~ (outnumbered).
 20559 | D:7      | 20559 ||| Stepping ~*~*~tactically~*~*~ (outnumbered).
 20561 | D:7      | 20561 ||| Stepping ~*~*~tactically~*~*~ (outnumbered).
 20563 | D:7      | 20563 ||| Stepping ~*~*~tactically~*~*~ (outnumbered).
 20565 | D:7      | 20565 ||| Stepping ~*~*~tactically~*~*~ (outnumbered).
 20567 | D:7      | 20567 ||| Stepping ~*~*~tactically~*~*~ (outnumbered).
 20569 | D:7      | 20569 ||| Stepping ~*~*~tactically~*~*~ (outnumbered).
 20571 | D:7      | 20571 ||| Stepping ~*~*~tactically~*~*~ (outnumbered).
 20573 | D:7      | 20573 ||| Stepping ~*~*~tactically~*~*~ (outnumbered).
 20575 | D:7      | 20575 ||| Stepping ~*~*~tactically~*~*~ (outnumbered).
 20577 | D:7      | 20577 ||| Stepping ~*~*~tactically~*~*~ (outnumbered).
 20579 | D:7      | 20579 ||| Stepping ~*~*~tactically~*~*~ (outnumbered).
 20581 | D:7      | 20581 ||| Stepping ~*~*~tactically~*~*~ (outnumbered).
 20583 | D:7      | 20583 ||| Stepping ~*~*~tactically~*~*~ (outnumbered).
 20585 | D:7      | 20585 ||| Stepping ~*~*~tactically~*~*~ (outnumbered).
 20587 | D:7      | 20587 ||| Stepping ~*~*~tactically~*~*~ (outnumbered).
 20589 | D:7      | 20589 ||| Stepping ~*~*~tactically~*~*~ (outnumbered).
 20591 | D:7      | 20591 ||| Stepping ~*~*~tactically~*~*~ (outnumbered).
 20593 | D:7      | 20593 ||| Stepping ~*~*~tactically~*~*~ (outnumbered).
 20595 | D:7      | 20595 ||| Stepping ~*~*~tactically~*~*~ (outnumbered).
 20597 | D:7      | 20597 ||| Stepping ~*~*~tactically~*~*~ (outnumbered).
 20599 | D:7      | 20599 ||| Stepping ~*~*~tactically~*~*~ (outnumbered).
 20601 | D:7      | 20601 ||| Stepping ~*~*~tactically~*~*~ (outnumbered).
 20603 | D:7      | 20603 ||| Stepping ~*~*~tactically~*~*~ (outnumbered).
 20605 | D:7      | 20605 ||| Stepping ~*~*~tactically~*~*~ (outnumbered).
 20607 | D:7      | 20607 ||| Stepping ~*~*~tactically~*~*~ (outnumbered).
 20609 | D:7      | 20609 ||| Stepping ~*~*~tactically~*~*~ (outnumbered).
 20611 | D:7      | 20611 ||| Stepping ~*~*~tactically~*~*~ (outnumbered).
 20613 | D:7      | 20613 ||| Stepping ~*~*~tactically~*~*~ (outnumbered).
 20615 | D:7      | 20615 ||| Stepping ~*~*~tactically~*~*~ (outnumbered).
 20617 | D:7      | 20617 ||| Stepping ~*~*~tactically~*~*~ (outnumbered).
 20619 | D:7      | 20619 ||| Stepping ~*~*~tactically~*~*~ (outnumbered).
 20621 | D:7      | 20621 ||| Stepping ~*~*~tactically~*~*~ (outnumbered).
 20623 | D:7      | 20623 ||| Stepping ~*~*~tactically~*~*~ (outnumbered).
 20625 | D:7      | 20625 ||| Stepping ~*~*~tactically~*~*~ (outnumbered).
 20627 | D:7      | 20627 ||| Stepping ~*~*~tactically~*~*~ (outnumbered).
 20629 | D:7      | 20629 ||| Stepping ~*~*~tactically~*~*~ (outnumbered).
 20631 | D:7      | 20631 ||| Stepping ~*~*~tactically~*~*~ (outnumbered).
 20633 | D:7      | 20633 ||| Stepping ~*~*~tactically~*~*~ (outnumbered).
 20635 | D:7      | 20635 ||| Stepping ~*~*~tactically~*~*~ (outnumbered).
 20637 | D:7      | 20637 ||| Stepping ~*~*~tactically~*~*~ (outnumbered).
 20639 | D:7      | 20639 ||| Stepping ~*~*~tactically~*~*~ (outnumbered).
 20641 | D:7      | 20641 ||| Stepping ~*~*~tactically~*~*~ (outnumbered).
 20643 | D:7      | 20643 ||| Stepping ~*~*~tactically~*~*~ (outnumbered).
 20645 | D:7      | 20645 ||| Stepping ~*~*~tactically~*~*~ (outnumbered).
 20647 | D:7      | 20647 ||| Stepping ~*~*~tactically~*~*~ (outnumbered).
 20649 | D:7      | 20649 ||| Stepping ~*~*~tactically~*~*~ (outnumbered).
 20651 | D:7      | 20651 ||| Stepping ~*~*~tactically~*~*~ (outnumbered).
 20653 | D:7      | 20653 ||| Stepping ~*~*~tactically~*~*~ (outnumbered).
 20655 | D:7      | 20655 ||| Stepping ~*~*~tactically~*~*~ (outnumbered).
 20657 | D:7      | 20657 ||| Stepping ~*~*~tactically~*~*~ (outnumbered).
 20659 | D:7      | 20659 ||| Stepping ~*~*~tactically~*~*~ (outnumbered).
 20661 | D:7      | 20661 ||| Stepping ~*~*~tactically~*~*~ (outnumbered).
 20663 | D:7      | 20663 ||| Stepping ~*~*~tactically~*~*~ (outnumbered).
 20665 | D:7      | 20665 ||| Stepping ~*~*~tactically~*~*~ (outnumbered).
 20667 | D:7      | 20667 ||| Stepping ~*~*~tactically~*~*~ (outnumbered).
 20669 | D:7      | 20669 ||| Stepping ~*~*~tactically~*~*~ (outnumbered).
 20671 | D:7      | 20671 ||| Stepping ~*~*~tactically~*~*~ (outnumbered).
 20673 | D:7      | 20673 ||| Stepping ~*~*~tactically~*~*~ (outnumbered).
 20675 | D:7      | 20675 ||| Stepping ~*~*~tactically~*~*~ (outnumbered).
 20677 | D:7      | 20677 ||| Stepping ~*~*~tactically~*~*~ (outnumbered).
 20679 | D:7      | 20679 ||| Stepping ~*~*~tactically~*~*~ (outnumbered).
 20681 | D:7      | 20681 ||| Stepping ~*~*~tactically~*~*~ (outnumbered).
 20683 | D:7      | 20683 ||| Stepping ~*~*~tactically~*~*~ (outnumbered).
 20685 | D:7      | 20685 ||| Stepping ~*~*~tactically~*~*~ (outnumbered).
 20687 | D:7      | 20687 ||| Stepping ~*~*~tactically~*~*~ (outnumbered).
 20689 | D:7      | 20689 ||| Stepping ~*~*~tactically~*~*~ (outnumbered).
 20691 | D:7      | 20691 ||| Stepping ~*~*~tactically~*~*~ (outnumbered).
 20693 | D:7      | 20693 ||| Stepping ~*~*~tactically~*~*~ (outnumbered).
 20695 | D:7      | 20695 ||| Stepping ~*~*~tactically~*~*~ (outnumbered).
 20697 | D:7      | 20697 ||| Stepping ~*~*~tactically~*~*~ (outnumbered).
 20699 | D:7      | 20699 ||| Stepping ~*~*~tactically~*~*~ (outnumbered).
 20701 | D:7      | 20701 ||| Stepping ~*~*~tactically~*~*~ (outnumbered).
 20703 | D:7      | 20703 ||| Stepping ~*~*~tactically~*~*~ (outnumbered).
 20705 | D:7      | 20705 ||| Stepping ~*~*~tactically~*~*~ (outnumbered).
 20707 | D:7      | 20707 ||| Stepping ~*~*~tactically~*~*~ (outnumbered).
 20709 | D:7      | 20709 ||| Stepping ~*~*~tactically~*~*~ (outnumbered).
 20711 | D:7      | 20711 ||| Stepping ~*~*~tactically~*~*~ (outnumbered).
 20713 | D:7      | 20713 ||| Stepping ~*~*~tactically~*~*~ (outnumbered).
 20715 | D:7      | 20715 ||| Stepping ~*~*~tactically~*~*~ (outnumbered).
 20717 | D:7      | 20717 ||| Stepping ~*~*~tactically~*~*~ (outnumbered).
 20719 | D:7      | 20719 ||| Stepping ~*~*~tactically~*~*~ (outnumbered).
 20721 | D:7      | 20721 ||| Stepping ~*~*~tactically~*~*~ (outnumbered).
 20723 | D:7      | 20723 ||| Stepping ~*~*~tactically~*~*~ (outnumbered).
 20725 | D:7      | 20725 ||| Stepping ~*~*~tactically~*~*~ (outnumbered).
 20727 | D:7      | 20727 ||| Stepping ~*~*~tactically~*~*~ (outnumbered).
 20729 | D:7      | 20729 ||| Stepping ~*~*~tactically~*~*~ (outnumbered).
 20731 | D:7      | 20731 ||| Stepping ~*~*~tactically~*~*~ (outnumbered).
 20733 | D:7      | 20733 ||| Stepping ~*~*~tactically~*~*~ (outnumbered).
 20735 | D:7      | 20735 ||| Stepping ~*~*~tactically~*~*~ (outnumbered).
 20737 | D:7      | 20737 ||| Stepping ~*~*~tactically~*~*~ (outnumbered).
 20739 | D:7      | 20739 ||| Stepping ~*~*~tactically~*~*~ (outnumbered).
 20741 | D:7      | 20741 ||| Stepping ~*~*~tactically~*~*~ (outnumbered).
 20743 | D:7      | 20743 ||| Stepping ~*~*~tactically~*~*~ (outnumbered).
 20745 | D:7      | 20745 ||| Stepping ~*~*~tactically~*~*~ (outnumbered).
 20747 | D:7      | 20747 ||| Stepping ~*~*~tactically~*~*~ (outnumbered).
 20749 | D:7      | 20749 ||| Stepping ~*~*~tactically~*~*~ (outnumbered).
 20751 | D:7      | 20751 ||| Stepping ~*~*~tactically~*~*~ (outnumbered).
 20753 | D:7      | 20753 ||| Stepping ~*~*~tactically~*~*~ (outnumbered).
 20755 | D:7      | 20755 ||| Stepping ~*~*~tactically~*~*~ (outnumbered).
 20757 | D:7      | 20757 ||| Stepping ~*~*~tactically~*~*~ (outnumbered).
 20759 | D:7      | 20759 ||| Stepping ~*~*~tactically~*~*~ (outnumbered).
 20761 | D:7      | 20761 ||| Stepping ~*~*~tactically~*~*~ (outnumbered).
 20763 | D:7      | 20763 ||| Stepping ~*~*~tactically~*~*~ (outnumbered).
 20765 | D:7      | 20765 ||| Stepping ~*~*~tactically~*~*~ (outnumbered).
 20767 | D:7      | 20767 ||| Stepping ~*~*~tactically~*~*~ (outnumbered).
 20769 | D:7      | 20769 ||| Stepping ~*~*~tactically~*~*~ (outnumbered).
 20771 | D:7      | 20771 ||| Stepping ~*~*~tactically~*~*~ (outnumbered).
 20773 | D:7      | 20773 ||| Stepping ~*~*~tactically~*~*~ (outnumbered).
 20775 | D:7      | 20775 ||| Stepping ~*~*~tactically~*~*~ (outnumbered).
 20777 | D:7      | 20777 ||| Stepping ~*~*~tactically~*~*~ (outnumbered).
 20779 | D:7      | 20779 ||| Stepping ~*~*~tactically~*~*~ (outnumbered).
 20781 | D:7      | 20781 ||| Stepping ~*~*~tactically~*~*~ (outnumbered).
 20783 | D:7      | 20783 ||| Stepping ~*~*~tactically~*~*~ (outnumbered).
 20785 | D:7      | 20785 ||| Stepping ~*~*~tactically~*~*~ (outnumbered).
 20787 | D:7      | 20787 ||| Stepping ~*~*~tactically~*~*~ (outnumbered).
 20789 | D:7      | 20789 ||| Stepping ~*~*~tactically~*~*~ (outnumbered).
 20791 | D:7      | 20791 ||| Stepping ~*~*~tactically~*~*~ (outnumbered).
 20793 | D:7      | 20793 ||| Stepping ~*~*~tactically~*~*~ (outnumbered).
 20795 | D:7      | 20795 ||| Stepping ~*~*~tactically~*~*~ (outnumbered).
 20797 | D:7      | 20797 ||| Stepping ~*~*~tactically~*~*~ (outnumbered).
 20799 | D:7      | 20799 ||| Stepping ~*~*~tactically~*~*~ (outnumbered).
 20801 | D:7      | 20801 ||| Stepping ~*~*~tactically~*~*~ (outnumbered).
 20803 | D:7      | 20803 ||| Stepping ~*~*~tactically~*~*~ (outnumbered).
 20805 | D:7      | 20805 ||| Stepping ~*~*~tactically~*~*~ (outnumbered).
 20807 | D:7      | 20807 ||| Stepping ~*~*~tactically~*~*~ (outnumbered).
 20809 | D:7      | 20809 ||| Stepping ~*~*~tactically~*~*~ (outnumbered).
 20811 | D:7      | 20811 ||| Stepping ~*~*~tactically~*~*~ (outnumbered).
 20813 | D:7      | 20813 ||| Stepping ~*~*~tactically~*~*~ (outnumbered).
 20815 | D:7      | 20815 ||| Stepping ~*~*~tactically~*~*~ (outnumbered).
 20817 | D:7      | 20817 ||| Stepping ~*~*~tactically~*~*~ (outnumbered).
 20819 | D:7      | 20819 ||| Stepping ~*~*~tactically~*~*~ (outnumbered).
 20821 | D:7      | 20821 ||| Stepping ~*~*~tactically~*~*~ (outnumbered).
 20823 | D:7      | 20823 ||| Stepping ~*~*~tactically~*~*~ (outnumbered).
 20825 | D:7      | 20825 ||| Stepping ~*~*~tactically~*~*~ (outnumbered).
 20827 | D:7      | 20827 ||| Stepping ~*~*~tactically~*~*~ (outnumbered).
 20829 | D:7      | 20829 ||| Stepping ~*~*~tactically~*~*~ (outnumbered).
 20831 | D:7      | 20831 ||| Stepping ~*~*~tactically~*~*~ (outnumbered).
 20833 | D:7      | 20833 ||| Stepping ~*~*~tactically~*~*~ (outnumbered).
 20835 | D:7      | 20835 ||| Stepping ~*~*~tactically~*~*~ (outnumbered).
 20837 | D:7      | 20837 ||| Stepping ~*~*~tactically~*~*~ (outnumbered).
 20839 | D:7      | 20839 ||| Stepping ~*~*~tactically~*~*~ (outnumbered).
 20841 | D:7      | 20841 ||| Stepping ~*~*~tactically~*~*~ (outnumbered).
 20843 | D:7      | 20843 ||| Stepping ~*~*~tactically~*~*~ (outnumbered).
 20845 | D:7      | 20845 ||| Stepping ~*~*~tactically~*~*~ (outnumbered).
 20847 | D:7      | 20847 ||| Stepping ~*~*~tactically~*~*~ (outnumbered).
 20849 | D:7      | 20849 ||| Stepping ~*~*~tactically~*~*~ (outnumbered).
 20851 | D:7      | 20851 ||| Stepping ~*~*~tactically~*~*~ (outnumbered).
 20853 | D:7      | 20853 ||| Stepping ~*~*~tactically~*~*~ (outnumbered).
 20855 | D:7      | 20855 ||| Stepping ~*~*~tactically~*~*~ (outnumbered).
 20857 | D:7      | 20857 ||| Stepping ~*~*~tactically~*~*~ (outnumbered).
 20859 | D:7      | 20859 ||| Stepping ~*~*~tactically~*~*~ (outnumbered).
 20861 | D:7      | 20861 ||| Stepping ~*~*~tactically~*~*~ (outnumbered).
 20863 | D:7      | 20863 ||| Stepping ~*~*~tactically~*~*~ (outnumbered).
 20865 | D:7      | 20865 ||| Stepping ~*~*~tactically~*~*~ (outnumbered).
 20867 | D:7      | 20867 ||| Stepping ~*~*~tactically~*~*~ (outnumbered).
 20869 | D:7      | 20869 ||| Stepping ~*~*~tactically~*~*~ (outnumbered).
 20871 | D:7      | 20871 ||| Stepping ~*~*~tactically~*~*~ (outnumbered).
 20873 | D:7      | 20873 ||| Stepping ~*~*~tactically~*~*~ (outnumbered).
 20875 | D:7      | 20875 ||| Stepping ~*~*~tactically~*~*~ (outnumbered).
 20877 | D:7      | 20877 ||| Stepping ~*~*~tactically~*~*~ (outnumbered).
 20879 | D:7      | 20879 ||| Stepping ~*~*~tactically~*~*~ (outnumbered).
 20881 | D:7      | 20881 ||| Stepping ~*~*~tactically~*~*~ (outnumbered).
 20883 | D:7      | 20883 ||| Stepping ~*~*~tactically~*~*~ (outnumbered).
 20885 | D:7      | 20885 ||| Stepping ~*~*~tactically~*~*~ (outnumbered).
 20887 | D:7      | 20887 ||| Stepping ~*~*~tactically~*~*~ (outnumbered).
 20889 | D:7      | 20889 ||| Stepping ~*~*~tactically~*~*~ (outnumbered).
 20891 | D:7      | 20891 ||| Stepping ~*~*~tactically~*~*~ (outnumbered).
 20893 | D:7      | 20893 ||| Stepping ~*~*~tactically~*~*~ (outnumbered).
 20895 | D:7      | 20895 ||| Stepping ~*~*~tactically~*~*~ (outnumbered).
 20897 | D:7      | 20897 ||| Stepping ~*~*~tactically~*~*~ (outnumbered).
 20899 | D:7      | 20899 ||| Stepping ~*~*~tactically~*~*~ (outnumbered).
 20901 | D:7      | 20901 ||| Stepping ~*~*~tactically~*~*~ (outnumbered).
 20903 | D:7      | 20903 ||| Stepping ~*~*~tactically~*~*~ (outnumbered).
 20905 | D:7      | 20905 ||| Stepping ~*~*~tactically~*~*~ (outnumbered).
 20907 | D:7      | 20907 ||| Stepping ~*~*~tactically~*~*~ (outnumbered).
 20909 | D:7      | 20909 ||| Stepping ~*~*~tactically~*~*~ (outnumbered).
 20911 | D:7      | 20911 ||| Stepping ~*~*~tactically~*~*~ (outnumbered).
 20913 | D:7      | 20913 ||| Stepping ~*~*~tactically~*~*~ (outnumbered).
 20915 | D:7      | 20915 ||| Stepping ~*~*~tactically~*~*~ (outnumbered).
 20917 | D:7      | 20917 ||| Stepping ~*~*~tactically~*~*~ (outnumbered).
 20919 | D:7      | 20919 ||| Stepping ~*~*~tactically~*~*~ (outnumbered).
 20921 | D:7      | 20921 ||| Stepping ~*~*~tactically~*~*~ (outnumbered).
 20923 | D:7      | 20923 ||| Stepping ~*~*~tactically~*~*~ (outnumbered).
 20925 | D:7      | 20925 ||| Stepping ~*~*~tactically~*~*~ (outnumbered).
 20927 | D:7      | 20927 ||| Stepping ~*~*~tactically~*~*~ (outnumbered).
 20929 | D:7      | 20929 ||| Stepping ~*~*~tactically~*~*~ (outnumbered).
 20931 | D:7      | 20931 ||| Stepping ~*~*~tactically~*~*~ (outnumbered).
 20933 | D:7      | 20933 ||| Stepping ~*~*~tactically~*~*~ (outnumbered).
 20935 | D:7      | 20935 ||| Stepping ~*~*~tactically~*~*~ (outnumbered).
 20937 | D:7      | 20937 ||| Stepping ~*~*~tactically~*~*~ (outnumbered).
 20939 | D:7      | 20939 ||| Stepping ~*~*~tactically~*~*~ (outnumbered).
 20941 | D:7      | 20941 ||| Stepping ~*~*~tactically~*~*~ (outnumbered).
 20943 | D:7      | 20943 ||| Stepping ~*~*~tactically~*~*~ (outnumbered).
 20945 | D:7      | 20945 ||| Stepping ~*~*~tactically~*~*~ (outnumbered).
 20947 | D:7      | 20947 ||| Stepping ~*~*~tactically~*~*~ (outnumbered).
 20949 | D:7      | 20949 ||| Stepping ~*~*~tactically~*~*~ (outnumbered).
 20951 | D:7      | 20951 ||| Stepping ~*~*~tactically~*~*~ (outnumbered).
 20953 | D:7      | 20953 ||| Stepping ~*~*~tactically~*~*~ (outnumbered).
 20955 | D:7      | 20955 ||| Stepping ~*~*~tactically~*~*~ (outnumbered).
 20957 | D:7      | 20957 ||| Stepping ~*~*~tactically~*~*~ (outnumbered).
 20959 | D:7      | 20959 ||| Stepping ~*~*~tactically~*~*~ (outnumbered).
 20961 | D:7      | 20961 ||| Stepping ~*~*~tactically~*~*~ (outnumbered).
 20963 | D:7      | 20963 ||| Stepping ~*~*~tactically~*~*~ (outnumbered).
 20965 | D:7      | 20965 ||| Stepping ~*~*~tactically~*~*~ (outnumbered).
 20967 | D:7      | 20967 ||| Stepping ~*~*~tactically~*~*~ (outnumbered).
 20969 | D:7      | 20969 ||| Stepping ~*~*~tactically~*~*~ (outnumbered).
 20971 | D:7      | 20971 ||| Stepping ~*~*~tactically~*~*~ (outnumbered).
 20973 | D:7      | 20973 ||| Stepping ~*~*~tactically~*~*~ (outnumbered).
 20975 | D:7      | 20975 ||| Stepping ~*~*~tactically~*~*~ (outnumbered).
 20977 | D:7      | 20977 ||| Stepping ~*~*~tactically~*~*~ (outnumbered).
 20979 | D:7      | 20979 ||| Stepping ~*~*~tactically~*~*~ (outnumbered).
 20981 | D:7      | 20981 ||| Stepping ~*~*~tactically~*~*~ (outnumbered).
 20983 | D:7      | 20983 ||| Stepping ~*~*~tactically~*~*~ (outnumbered).
 20985 | D:7      | 20985 ||| Stepping ~*~*~tactically~*~*~ (outnumbered).
 20987 | D:7      | 20987 ||| Stepping ~*~*~tactically~*~*~ (outnumbered).
 20989 | D:7      | 20989 ||| Stepping ~*~*~tactically~*~*~ (outnumbered).
 20991 | D:7      | 20991 ||| Stepping ~*~*~tactically~*~*~ (outnumbered).
 20993 | D:7      | 20993 ||| Stepping ~*~*~tactically~*~*~ (outnumbered).
 20995 | D:7      | 20995 ||| Stepping ~*~*~tactically~*~*~ (outnumbered).
 20997 | D:7      | 20997 ||| Stepping ~*~*~tactically~*~*~ (outnumbered).
 20999 | D:7      | 20999 ||| Stepping ~*~*~tactically~*~*~ (outnumbered).
 21001 | D:7      | 21001 ||| Stepping ~*~*~tactically~*~*~ (outnumbered).
 21003 | D:7      | 21003 ||| Stepping ~*~*~tactically~*~*~ (outnumbered).
 21005 | D:7      | 21005 ||| Stepping ~*~*~tactically~*~*~ (outnumbered).
 21007 | D:7      | 21007 ||| Stepping ~*~*~tactically~*~*~ (outnumbered).
 21009 | D:7      | 21009 ||| Stepping ~*~*~tactically~*~*~ (outnumbered).
 21011 | D:7      | 21011 ||| Stepping ~*~*~tactically~*~*~ (outnumbered).
 21013 | D:7      | 21013 ||| Stepping ~*~*~tactically~*~*~ (outnumbered).
 21015 | D:7      | 21015 ||| Stepping ~*~*~tactically~*~*~ (outnumbered).
 21017 | D:7      | 21017 ||| Stepping ~*~*~tactically~*~*~ (outnumbered).
 21019 | D:7      | 21019 ||| Stepping ~*~*~tactically~*~*~ (outnumbered).
 21021 | D:7      | 21021 ||| Stepping ~*~*~tactically~*~*~ (outnumbered).
 21023 | D:7      | 21023 ||| Stepping ~*~*~tactically~*~*~ (outnumbered).
 21025 | D:7      | 21025 ||| Stepping ~*~*~tactically~*~*~ (outnumbered).
 21027 | D:7      | 21027 ||| Stepping ~*~*~tactically~*~*~ (outnumbered).
 21029 | D:7      | 21029 ||| Stepping ~*~*~tactically~*~*~ (outnumbered).
 21031 | D:7      | 21031 ||| Stepping ~*~*~tactically~*~*~ (outnumbered).
 21033 | D:7      | 21033 ||| Stepping ~*~*~tactically~*~*~ (outnumbered).
 21035 | D:7      | 21035 ||| Stepping ~*~*~tactically~*~*~ (outnumbered).
 21037 | D:7      | 21037 ||| Stepping ~*~*~tactically~*~*~ (outnumbered).
 21039 | D:7      | 21039 ||| Stepping ~*~*~tactically~*~*~ (outnumbered).
 21041 | D:7      | 21041 ||| Stepping ~*~*~tactically~*~*~ (outnumbered).
 21043 | D:7      | 21043 ||| Stepping ~*~*~tactically~*~*~ (outnumbered).
 21045 | D:7      | 21045 ||| Stepping ~*~*~tactically~*~*~ (outnumbered).
 21047 | D:7      | 21047 ||| Stepping ~*~*~tactically~*~*~ (outnumbered).
 21049 | D:7      | 21049 ||| Stepping ~*~*~tactically~*~*~ (outnumbered).
 21051 | D:7      | 21051 ||| Stepping ~*~*~tactically~*~*~ (outnumbered).
 21053 | D:7      | 21053 ||| Stepping ~*~*~tactically~*~*~ (outnumbered).
 21055 | D:7      | 21055 ||| Stepping ~*~*~tactically~*~*~ (outnumbered).
 21057 | D:7      | 21057 ||| Stepping ~*~*~tactically~*~*~ (outnumbered).
 21059 | D:7      | 21059 ||| Stepping ~*~*~tactically~*~*~ (outnumbered).
 21061 | D:7      | 21061 ||| Stepping ~*~*~tactically~*~*~ (outnumbered).
 21063 | D:7      | 21063 ||| Stepping ~*~*~tactically~*~*~ (outnumbered).
 21065 | D:7      | 21065 ||| Stepping ~*~*~tactically~*~*~ (outnumbered).
 21067 | D:7      | 21067 ||| Stepping ~*~*~tactically~*~*~ (outnumbered).
 21069 | D:7      | 21069 ||| Stepping ~*~*~tactically~*~*~ (outnumbered).
 21071 | D:7      | 21071 ||| Stepping ~*~*~tactically~*~*~ (outnumbered).
 21073 | D:7      | 21073 ||| Stepping ~*~*~tactically~*~*~ (outnumbered).
 21075 | D:7      | 21075 ||| Stepping ~*~*~tactically~*~*~ (outnumbered).
 21077 | D:7      | 21077 ||| Stepping ~*~*~tactically~*~*~ (outnumbered).
 21079 | D:7      | 21079 ||| Stepping ~*~*~tactically~*~*~ (outnumbered).
 21081 | D:7      | 21081 ||| Stepping ~*~*~tactically~*~*~ (outnumbered).
 21083 | D:7      | 21083 ||| Stepping ~*~*~tactically~*~*~ (outnumbered).
 21085 | D:7      | 21085 ||| Stepping ~*~*~tactically~*~*~ (outnumbered).
 21087 | D:7      | 21087 ||| Stepping ~*~*~tactically~*~*~ (outnumbered).
 21089 | D:7      | 21089 ||| Stepping ~*~*~tactically~*~*~ (outnumbered).
 21091 | D:7      | 21091 ||| Stepping ~*~*~tactically~*~*~ (outnumbered).
 21093 | D:7      | 21093 ||| Stepping ~*~*~tactically~*~*~ (outnumbered).
 21095 | D:7      | 21095 ||| Stepping ~*~*~tactically~*~*~ (outnumbered).
 21097 | D:7      | 21097 ||| Stepping ~*~*~tactically~*~*~ (outnumbered).
 21099 | D:7      | 21099 ||| Stepping ~*~*~tactically~*~*~ (outnumbered).
 21101 | D:7      | 21101 ||| Stepping ~*~*~tactically~*~*~ (outnumbered).
 21103 | D:7      | 21103 ||| Stepping ~*~*~tactically~*~*~ (outnumbered).
 21105 | D:7      | 21105 ||| Stepping ~*~*~tactically~*~*~ (outnumbered).
 21107 | D:7      | 21107 ||| Stepping ~*~*~tactically~*~*~ (outnumbered).
 21109 | D:7      | 21109 ||| Stepping ~*~*~tactically~*~*~ (outnumbered).
 21111 | D:7      | 21111 ||| Stepping ~*~*~tactically~*~*~ (outnumbered).
 21113 | D:7      | 21113 ||| Stepping ~*~*~tactically~*~*~ (outnumbered).
 21115 | D:7      | 21115 ||| Stepping ~*~*~tactically~*~*~ (outnumbered).
 21117 | D:7      | 21117 ||| Stepping ~*~*~tactically~*~*~ (outnumbered).
 21119 | D:7      | 21119 ||| Stepping ~*~*~tactically~*~*~ (outnumbered).
 21121 | D:7      | 21121 ||| Stepping ~*~*~tactically~*~*~ (outnumbered).
 21123 | D:7      | 21123 ||| Stepping ~*~*~tactically~*~*~ (outnumbered).
 21125 | D:7      | 21125 ||| Stepping ~*~*~tactically~*~*~ (outnumbered).
 21127 | D:7      | 21127 ||| Stepping ~*~*~tactically~*~*~ (outnumbered).
 21129 | D:7      | 21129 ||| Stepping ~*~*~tactically~*~*~ (outnumbered).
 21131 | D:7      | 21131 ||| Stepping ~*~*~tactically~*~*~ (outnumbered).
 21133 | D:7      | 21133 ||| Stepping ~*~*~tactically~*~*~ (outnumbered).
 21135 | D:7      | 21135 ||| Stepping ~*~*~tactically~*~*~ (outnumbered).
 21137 | D:7      | 21137 ||| Stepping ~*~*~tactically~*~*~ (outnumbered).
 21139 | D:7      | 21139 ||| Stepping ~*~*~tactically~*~*~ (outnumbered).
 21141 | D:7      | 21141 ||| Stepping ~*~*~tactically~*~*~ (outnumbered).
 21143 | D:7      | 21143 ||| Stepping ~*~*~tactically~*~*~ (outnumbered).
 21145 | D:7      | 21145 ||| Stepping ~*~*~tactically~*~*~ (outnumbered).
 21147 | D:7      | 21147 ||| Stepping ~*~*~tactically~*~*~ (outnumbered).
 21149 | D:7      | 21149 ||| Stepping ~*~*~tactically~*~*~ (outnumbered).
 21151 | D:7      | 21151 ||| Stepping ~*~*~tactically~*~*~ (outnumbered).
 21153 | D:7      | 21153 ||| Stepping ~*~*~tactically~*~*~ (outnumbered).
 21155 | D:7      | 21155 ||| Stepping ~*~*~tactically~*~*~ (outnumbered).
 21157 | D:7      | 21157 ||| Stepping ~*~*~tactically~*~*~ (outnumbered).
 21159 | D:7      | 21159 ||| Stepping ~*~*~tactically~*~*~ (outnumbered).
 21161 | D:7      | 21161 ||| Stepping ~*~*~tactically~*~*~ (outnumbered).
 21163 | D:7      | 21163 ||| Stepping ~*~*~tactically~*~*~ (outnumbered).
 21165 | D:7      | 21165 ||| Stepping ~*~*~tactically~*~*~ (outnumbered).
 21167 | D:7      | 21167 ||| Stepping ~*~*~tactically~*~*~ (outnumbered).
 21169 | D:7      | 21169 ||| Stepping ~*~*~tactically~*~*~ (outnumbered).
 21171 | D:7      | 21171 ||| Stepping ~*~*~tactically~*~*~ (outnumbered).
 21173 | D:7      | 21173 ||| Stepping ~*~*~tactically~*~*~ (outnumbered).
 21175 | D:7      | 21175 ||| Stepping ~*~*~tactically~*~*~ (outnumbered).
 21177 | D:7      | 21177 ||| Stepping ~*~*~tactically~*~*~ (outnumbered).
 21179 | D:7      | 21179 ||| Stepping ~*~*~tactically~*~*~ (outnumbered).
 21181 | D:7      | 21181 ||| Stepping ~*~*~tactically~*~*~ (outnumbered).
 21183 | D:7      | 21183 ||| Stepping ~*~*~tactically~*~*~ (outnumbered).
 21185 | D:7      | 21185 ||| Stepping ~*~*~tactically~*~*~ (outnumbered).
 21187 | D:7      | 21187 ||| Stepping ~*~*~tactically~*~*~ (outnumbered).
 21189 | D:7      | 21189 ||| Stepping ~*~*~tactically~*~*~ (outnumbered).
 21191 | D:7      | 21191 ||| Stepping ~*~*~tactically~*~*~ (outnumbered).
 21193 | D:7      | 21193 ||| Stepping ~*~*~tactically~*~*~ (outnumbered).
 21195 | D:7      | 21195 ||| Stepping ~*~*~tactically~*~*~ (outnumbered).
 21197 | D:7      | 21197 ||| Stepping ~*~*~tactically~*~*~ (outnumbered).
 21199 | D:7      | 21199 ||| Stepping ~*~*~tactically~*~*~ (outnumbered).
 21201 | D:7      | 21201 ||| Stepping ~*~*~tactically~*~*~ (outnumbered).
 21203 | D:7      | 21203 ||| Stepping ~*~*~tactically~*~*~ (outnumbered).
 21205 | D:7      | 21205 ||| Stepping ~*~*~tactically~*~*~ (outnumbered).
 21207 | D:7      | 21207 ||| Stepping ~*~*~tactically~*~*~ (outnumbered).
 21209 | D:7      | 21209 ||| Stepping ~*~*~tactically~*~*~ (outnumbered).
 21211 | D:7      | 21211 ||| Stepping ~*~*~tactically~*~*~ (outnumbered).
 21213 | D:7      | 21213 ||| Stepping ~*~*~tactically~*~*~ (outnumbered).
 21215 | D:7      | 21215 ||| Stepping ~*~*~tactically~*~*~ (outnumbered).
 21217 | D:7      | 21217 ||| Stepping ~*~*~tactically~*~*~ (outnumbered).
 21219 | D:7      | 21219 ||| Stepping ~*~*~tactically~*~*~ (outnumbered).
 21221 | D:7      | 21221 ||| Stepping ~*~*~tactically~*~*~ (outnumbered).
 21223 | D:7      | 21223 ||| Stepping ~*~*~tactically~*~*~ (outnumbered).
 21225 | D:7      | 21225 ||| Stepping ~*~*~tactically~*~*~ (outnumbered).
 21227 | D:7      | 21227 ||| Stepping ~*~*~tactically~*~*~ (outnumbered).
 21229 | D:7      | 21229 ||| Stepping ~*~*~tactically~*~*~ (outnumbered).
 21231 | D:7      | 21231 ||| Stepping ~*~*~tactically~*~*~ (outnumbered).
 21233 | D:7      | 21233 ||| Stepping ~*~*~tactically~*~*~ (outnumbered).
 21235 | D:7      | 21235 ||| Stepping ~*~*~tactically~*~*~ (outnumbered).
 21237 | D:7      | 21237 ||| Stepping ~*~*~tactically~*~*~ (outnumbered).
 21239 | D:7      | 21239 ||| Stepping ~*~*~tactically~*~*~ (outnumbered).
 21241 | D:7      | 21241 ||| Stepping ~*~*~tactically~*~*~ (outnumbered).
 21243 | D:7      | 21243 ||| Stepping ~*~*~tactically~*~*~ (outnumbered).
 21245 | D:7      | 21245 ||| Stepping ~*~*~tactically~*~*~ (outnumbered).
 21247 | D:7      | 21247 ||| Stepping ~*~*~tactically~*~*~ (outnumbered).
 21249 | D:7      | 21249 ||| Stepping ~*~*~tactically~*~*~ (outnumbered).
 21251 | D:7      | 21251 ||| Stepping ~*~*~tactically~*~*~ (outnumbered).
 21253 | D:7      | 21253 ||| Stepping ~*~*~tactically~*~*~ (outnumbered).
 21255 | D:7      | 21255 ||| Stepping ~*~*~tactically~*~*~ (outnumbered).
 21257 | D:7      | 21257 ||| Stepping ~*~*~tactically~*~*~ (outnumbered).
 21259 | D:7      | 21259 ||| Stepping ~*~*~tactically~*~*~ (outnumbered).
 21261 | D:7      | 21261 ||| Stepping ~*~*~tactically~*~*~ (outnumbered).
 21263 | D:7      | 21263 ||| Stepping ~*~*~tactically~*~*~ (outnumbered).
 21265 | D:7      | 21265 ||| Stepping ~*~*~tactically~*~*~ (outnumbered).
 21267 | D:7      | 21267 ||| Stepping ~*~*~tactically~*~*~ (outnumbered).
 21269 | D:7      | 21269 ||| Stepping ~*~*~tactically~*~*~ (outnumbered).
 21271 | D:7      | 21271 ||| Stepping ~*~*~tactically~*~*~ (outnumbered).
 21273 | D:7      | 21273 ||| Stepping ~*~*~tactically~*~*~ (outnumbered).
 21275 | D:7      | 21275 ||| Stepping ~*~*~tactically~*~*~ (outnumbered).
 21277 | D:7      | 21277 ||| Stepping ~*~*~tactically~*~*~ (outnumbered).
 21279 | D:7      | 21279 ||| Stepping ~*~*~tactically~*~*~ (outnumbered).
 21281 | D:7      | 21281 ||| Stepping ~*~*~tactically~*~*~ (outnumbered).
 21283 | D:7      | 21283 ||| Stepping ~*~*~tactically~*~*~ (outnumbered).
 21285 | D:7      | 21285 ||| Stepping ~*~*~tactically~*~*~ (outnumbered).
 21287 | D:7      | 21287 ||| Stepping ~*~*~tactically~*~*~ (outnumbered).
 21289 | D:7      | 21289 ||| Stepping ~*~*~tactically~*~*~ (outnumbered).
 21291 | D:7      | 21291 ||| Stepping ~*~*~tactically~*~*~ (outnumbered).
 21293 | D:7      | 21293 ||| Stepping ~*~*~tactically~*~*~ (outnumbered).
 21295 | D:7      | 21295 ||| Stepping ~*~*~tactically~*~*~ (outnumbered).
 21297 | D:7      | 21297 ||| Stepping ~*~*~tactically~*~*~ (outnumbered).
 21299 | D:7      | 21299 ||| Stepping ~*~*~tactically~*~*~ (outnumbered).
 21301 | D:7      | 21301 ||| Stepping ~*~*~tactically~*~*~ (outnumbered).
 21303 | D:7      | 21303 ||| Stepping ~*~*~tactically~*~*~ (outnumbered).
 21305 | D:7      | 21305 ||| Stepping ~*~*~tactically~*~*~ (outnumbered).
 21307 | D:7      | 21307 ||| Stepping ~*~*~tactically~*~*~ (outnumbered).
 21309 | D:7      | 21309 ||| Stepping ~*~*~tactically~*~*~ (outnumbered).
 21311 | D:7      | 21311 ||| Stepping ~*~*~tactically~*~*~ (outnumbered).
 21313 | D:7      | 21313 ||| Stepping ~*~*~tactically~*~*~ (outnumbered).
 21315 | D:7      | 21315 ||| Stepping ~*~*~tactically~*~*~ (outnumbered).
 21317 | D:7      | 21317 ||| Stepping ~*~*~tactically~*~*~ (outnumbered).
 21319 | D:7      | 21319 ||| Stepping ~*~*~tactically~*~*~ (outnumbered).
 21321 | D:7      | 21321 ||| Stepping ~*~*~tactically~*~*~ (outnumbered).
 21323 | D:7      | 21323 ||| Stepping ~*~*~tactically~*~*~ (outnumbered).
 21325 | D:7      | 21325 ||| Stepping ~*~*~tactically~*~*~ (outnumbered).
 21327 | D:7      | 21327 ||| Stepping ~*~*~tactically~*~*~ (outnumbered).
 21329 | D:7      | 21329 ||| Stepping ~*~*~tactically~*~*~ (outnumbered).
 21331 | D:7      | 21331 ||| Stepping ~*~*~tactically~*~*~ (outnumbered).
 21333 | D:7      | 21333 ||| Stepping ~*~*~tactically~*~*~ (outnumbered).
 21335 | D:7      | 21335 ||| Stepping ~*~*~tactically~*~*~ (outnumbered).
 21337 | D:7      | 21337 ||| Stepping ~*~*~tactically~*~*~ (outnumbered).
 21339 | D:7      | 21339 ||| Stepping ~*~*~tactically~*~*~ (outnumbered).
 21341 | D:7      | 21341 ||| Stepping ~*~*~tactically~*~*~ (outnumbered).
 21343 | D:7      | 21343 ||| Stepping ~*~*~tactically~*~*~ (outnumbered).
 21345 | D:7      | 21345 ||| Stepping ~*~*~tactically~*~*~ (outnumbered).
 21347 | D:7      | 21347 ||| Stepping ~*~*~tactically~*~*~ (outnumbered).
 21349 | D:7      | 21349 ||| Stepping ~*~*~tactically~*~*~ (outnumbered).
 21351 | D:7      | 21351 ||| Stepping ~*~*~tactically~*~*~ (outnumbered).
 21353 | D:7      | 21353 ||| Stepping ~*~*~tactically~*~*~ (outnumbered).
 21355 | D:7      | 21355 ||| Stepping ~*~*~tactically~*~*~ (outnumbered).
 21357 | D:7      | 21357 ||| Stepping ~*~*~tactically~*~*~ (outnumbered).
 21359 | D:7      | 21359 ||| Stepping ~*~*~tactically~*~*~ (outnumbered).
 21361 | D:7      | 21361 ||| Stepping ~*~*~tactically~*~*~ (outnumbered).
 21363 | D:7      | 21363 ||| Stepping ~*~*~tactically~*~*~ (outnumbered).
 21365 | D:7      | 21365 ||| Stepping ~*~*~tactically~*~*~ (outnumbered).
 21367 | D:7      | 21367 ||| Stepping ~*~*~tactically~*~*~ (outnumbered).
 21369 | D:7      | 21369 ||| Stepping ~*~*~tactically~*~*~ (outnumbered).
 21371 | D:7      | 21371 ||| Stepping ~*~*~tactically~*~*~ (outnumbered).
 21373 | D:7      | 21373 ||| Stepping ~*~*~tactically~*~*~ (outnumbered).
 21375 | D:7      | 21375 ||| Stepping ~*~*~tactically~*~*~ (outnumbered).
 21377 | D:7      | 21377 ||| Stepping ~*~*~tactically~*~*~ (outnumbered).
 21379 | D:7      | 21379 ||| Stepping ~*~*~tactically~*~*~ (outnumbered).
 21381 | D:7      | 21381 ||| Stepping ~*~*~tactically~*~*~ (outnumbered).
 21383 | D:7      | 21383 ||| Stepping ~*~*~tactically~*~*~ (outnumbered).
 21385 | D:7      | 21385 ||| Stepping ~*~*~tactically~*~*~ (outnumbered).
 21387 | D:7      | 21387 ||| Stepping ~*~*~tactically~*~*~ (outnumbered).
 21389 | D:7      | 21389 ||| Stepping ~*~*~tactically~*~*~ (outnumbered).
 21391 | D:7      | 21391 ||| Stepping ~*~*~tactically~*~*~ (outnumbered).
 21393 | D:7      | 21393 ||| Stepping ~*~*~tactically~*~*~ (outnumbered).
 21395 | D:7      | 21395 ||| Stepping ~*~*~tactically~*~*~ (outnumbered).
 21397 | D:7      | 21397 ||| Stepping ~*~*~tactically~*~*~ (outnumbered).
 21399 | D:7      | 21399 ||| Stepping ~*~*~tactically~*~*~ (outnumbered).
 21401 | D:7      | 21401 ||| Stepping ~*~*~tactically~*~*~ (outnumbered).
 21403 | D:7      | 21403 ||| Stepping ~*~*~tactically~*~*~ (outnumbered).
 21405 | D:7      | 21405 ||| Stepping ~*~*~tactically~*~*~ (outnumbered).
 21407 | D:7      | 21407 ||| Stepping ~*~*~tactically~*~*~ (outnumbered).
 21409 | D:7      | 21409 ||| Stepping ~*~*~tactically~*~*~ (outnumbered).
 21411 | D:7      | 21411 ||| Stepping ~*~*~tactically~*~*~ (outnumbered).
 21413 | D:7      | 21413 ||| Stepping ~*~*~tactically~*~*~ (outnumbered).
 21415 | D:7      | 21415 ||| Stepping ~*~*~tactically~*~*~ (outnumbered).
 21417 | D:7      | 21417 ||| Stepping ~*~*~tactically~*~*~ (outnumbered).
 21419 | D:7      | 21419 ||| Stepping ~*~*~tactically~*~*~ (outnumbered).
 21421 | D:7      | 21421 ||| Stepping ~*~*~tactically~*~*~ (outnumbered).
 21423 | D:7      | 21423 ||| Stepping ~*~*~tactically~*~*~ (outnumbered).
 21425 | D:7      | 21425 ||| Stepping ~*~*~tactically~*~*~ (outnumbered).
 21427 | D:7      | 21427 ||| Stepping ~*~*~tactically~*~*~ (outnumbered).
 21429 | D:7      | 21429 ||| Stepping ~*~*~tactically~*~*~ (outnumbered).
 21431 | D:7      | 21431 ||| Stepping ~*~*~tactically~*~*~ (outnumbered).
 21433 | D:7      | 21433 ||| Stepping ~*~*~tactically~*~*~ (outnumbered).
 21435 | D:7      | 21435 ||| Stepping ~*~*~tactically~*~*~ (outnumbered).
 21437 | D:7      | 21437 ||| Stepping ~*~*~tactically~*~*~ (outnumbered).
 21439 | D:7      | 21439 ||| Stepping ~*~*~tactically~*~*~ (outnumbered).
 21441 | D:7      | 21441 ||| Stepping ~*~*~tactically~*~*~ (outnumbered).
 21443 | D:7      | 21443 ||| Stepping ~*~*~tactically~*~*~ (outnumbered).
 21445 | D:7      | 21445 ||| Stepping ~*~*~tactically~*~*~ (outnumbered).
 21447 | D:7      | 21447 ||| Stepping ~*~*~tactically~*~*~ (outnumbered).
 21449 | D:7      | 21449 ||| Stepping ~*~*~tactically~*~*~ (outnumbered).
 21451 | D:7      | 21451 ||| Stepping ~*~*~tactically~*~*~ (outnumbered).
 21453 | D:7      | 21453 ||| Stepping ~*~*~tactically~*~*~ (outnumbered).
 21455 | D:7      | 21455 ||| Stepping ~*~*~tactically~*~*~ (outnumbered).
 21457 | D:7      | 21457 ||| Stepping ~*~*~tactically~*~*~ (outnumbered).
 21459 | D:7      | 21459 ||| Stepping ~*~*~tactically~*~*~ (outnumbered).
 21461 | D:7      | 21461 ||| Stepping ~*~*~tactically~*~*~ (outnumbered).
 21463 | D:7      | 21463 ||| Stepping ~*~*~tactically~*~*~ (outnumbered).
 21465 | D:7      | 21465 ||| Stepping ~*~*~tactically~*~*~ (outnumbered).
 21467 | D:7      | 21467 ||| Stepping ~*~*~tactically~*~*~ (outnumbered).
 21469 | D:7      | 21469 ||| Stepping ~*~*~tactically~*~*~ (outnumbered).
 21471 | D:7      | 21471 ||| Stepping ~*~*~tactically~*~*~ (outnumbered).
 21473 | D:7      | 21473 ||| Stepping ~*~*~tactically~*~*~ (outnumbered).
 21475 | D:7      | 21475 ||| Stepping ~*~*~tactically~*~*~ (outnumbered).
 21477 | D:7      | 21477 ||| Stepping ~*~*~tactically~*~*~ (outnumbered).
 21479 | D:7      | 21479 ||| Stepping ~*~*~tactically~*~*~ (outnumbered).
 21481 | D:7      | 21481 ||| Stepping ~*~*~tactically~*~*~ (outnumbered).
 21483 | D:7      | 21483 ||| Stepping ~*~*~tactically~*~*~ (outnumbered).
 21485 | D:7      | 21485 ||| Stepping ~*~*~tactically~*~*~ (outnumbered).
 21487 | D:7      | 21487 ||| Stepping ~*~*~tactically~*~*~ (outnumbered).
 21489 | D:7      | 21489 ||| Stepping ~*~*~tactically~*~*~ (outnumbered).
 21491 | D:7      | 21491 ||| Stepping ~*~*~tactically~*~*~ (outnumbered).
 21493 | D:7      | 21493 ||| Stepping ~*~*~tactically~*~*~ (outnumbered).
 21495 | D:7      | 21495 ||| Stepping ~*~*~tactically~*~*~ (outnumbered).
 21497 | D:7      | 21497 ||| Stepping ~*~*~tactically~*~*~ (outnumbered).
 21499 | D:7      | 21499 ||| Stepping ~*~*~tactically~*~*~ (outnumbered).
 21501 | D:7      | 21501 ||| Stepping ~*~*~tactically~*~*~ (outnumbered).
 21503 | D:7      | 21503 ||| Stepping ~*~*~tactically~*~*~ (outnumbered).
 21505 | D:7      | 21505 ||| Stepping ~*~*~tactically~*~*~ (outnumbered).
 21507 | D:7      | 21507 ||| Stepping ~*~*~tactically~*~*~ (outnumbered).
 21509 | D:7      | 21509 ||| Stepping ~*~*~tactically~*~*~ (outnumbered).
 21511 | D:7      | 21511 ||| Stepping ~*~*~tactically~*~*~ (outnumbered).
 21513 | D:7      | 21513 ||| Stepping ~*~*~tactically~*~*~ (outnumbered).
 21515 | D:7      | 21515 ||| Stepping ~*~*~tactically~*~*~ (outnumbered).
 21517 | D:7      | 21517 ||| Stepping ~*~*~tactically~*~*~ (outnumbered).
 21519 | D:7      | 21519 ||| Stepping ~*~*~tactically~*~*~ (outnumbered).
 21521 | D:7      | 21521 ||| Stepping ~*~*~tactically~*~*~ (outnumbered).
 21523 | D:7      | 21523 ||| Stepping ~*~*~tactically~*~*~ (outnumbered).
 21525 | D:7      | 21525 ||| Stepping ~*~*~tactically~*~*~ (outnumbered).
 21527 | D:7      | 21527 ||| Stepping ~*~*~tactically~*~*~ (outnumbered).
 21529 | D:7      | 21529 ||| Stepping ~*~*~tactically~*~*~ (outnumbered).
 21531 | D:7      | 21531 ||| Stepping ~*~*~tactically~*~*~ (outnumbered).
 21533 | D:7      | 21533 ||| Stepping ~*~*~tactically~*~*~ (outnumbered).
 21535 | D:7      | 21535 ||| Stepping ~*~*~tactically~*~*~ (outnumbered).
 21537 | D:7      | 21537 ||| Stepping ~*~*~tactically~*~*~ (outnumbered).
 21539 | D:7      | 21539 ||| Stepping ~*~*~tactically~*~*~ (outnumbered).
 21541 | D:7      | 21541 ||| Stepping ~*~*~tactically~*~*~ (outnumbered).
 21543 | D:7      | 21543 ||| Stepping ~*~*~tactically~*~*~ (outnumbered).
 21545 | D:7      | 21545 ||| Stepping ~*~*~tactically~*~*~ (outnumbered).
 21547 | D:7      | 21547 ||| Stepping ~*~*~tactically~*~*~ (outnumbered).
 21549 | D:7      | 21549 ||| Stepping ~*~*~tactically~*~*~ (outnumbered).
 21551 | D:7      | 21551 ||| Stepping ~*~*~tactically~*~*~ (outnumbered).
 21553 | D:7      | 21553 ||| Stepping ~*~*~tactically~*~*~ (outnumbered).
 21555 | D:7      | 21555 ||| Stepping ~*~*~tactically~*~*~ (outnumbered).
 21557 | D:7      | 21557 ||| Stepping ~*~*~tactically~*~*~ (outnumbered).
 21559 | D:7      | 21559 ||| Stepping ~*~*~tactically~*~*~ (outnumbered).
 21561 | D:7      | 21561 ||| Stepping ~*~*~tactically~*~*~ (outnumbered).
 21563 | D:7      | 21563 ||| Stepping ~*~*~tactically~*~*~ (outnumbered).
 21565 | D:7      | 21565 ||| Stepping ~*~*~tactically~*~*~ (outnumbered).
 21567 | D:7      | 21567 ||| Stepping ~*~*~tactically~*~*~ (outnumbered).
 21569 | D:7      | 21569 ||| Stepping ~*~*~tactically~*~*~ (outnumbered).
 21571 | D:7      | 21571 ||| Stepping ~*~*~tactically~*~*~ (outnumbered).
 21573 | D:7      | 21573 ||| Stepping ~*~*~tactically~*~*~ (outnumbered).
 21575 | D:7      | 21575 ||| Stepping ~*~*~tactically~*~*~ (outnumbered).
 21577 | D:7      | 21577 ||| Stepping ~*~*~tactically~*~*~ (outnumbered).
 21579 | D:7      | 21579 ||| Stepping ~*~*~tactically~*~*~ (outnumbered).
 21581 | D:7      | 21581 ||| Stepping ~*~*~tactically~*~*~ (outnumbered).
 21583 | D:7      | 21583 ||| Stepping ~*~*~tactically~*~*~ (outnumbered).
 21585 | D:7      | 21585 ||| Stepping ~*~*~tactically~*~*~ (outnumbered).
 21587 | D:7      | 21587 ||| Stepping ~*~*~tactically~*~*~ (outnumbered).
 21589 | D:7      | 21589 ||| Stepping ~*~*~tactically~*~*~ (outnumbered).
 21591 | D:7      | 21591 ||| Stepping ~*~*~tactically~*~*~ (outnumbered).
 21593 | D:7      | 21593 ||| Stepping ~*~*~tactically~*~*~ (outnumbered).
 21595 | D:7      | 21595 ||| Stepping ~*~*~tactically~*~*~ (outnumbered).
 21597 | D:7      | 21597 ||| Stepping ~*~*~tactically~*~*~ (outnumbered).
 21599 | D:7      | 21599 ||| Stepping ~*~*~tactically~*~*~ (outnumbered).
 21601 | D:7      | 21601 ||| Stepping ~*~*~tactically~*~*~ (outnumbered).
 21603 | D:7      | 21603 ||| Stepping ~*~*~tactically~*~*~ (outnumbered).
 21605 | D:7      | 21605 ||| Stepping ~*~*~tactically~*~*~ (outnumbered).
 21607 | D:7      | 21607 ||| Stepping ~*~*~tactically~*~*~ (outnumbered).
 21609 | D:7      | 21609 ||| Stepping ~*~*~tactically~*~*~ (outnumbered).
 21611 | D:7      | 21611 ||| Stepping ~*~*~tactically~*~*~ (outnumbered).
 21613 | D:7      | 21613 ||| Stepping ~*~*~tactically~*~*~ (outnumbered).
 21615 | D:7      | 21615 ||| Stepping ~*~*~tactically~*~*~ (outnumbered).
 21617 | D:7      | 21617 ||| Stepping ~*~*~tactically~*~*~ (outnumbered).
 21619 | D:7      | 21619 ||| Stepping ~*~*~tactically~*~*~ (outnumbered).
 21621 | D:7      | 21621 ||| Stepping ~*~*~tactically~*~*~ (outnumbered).
 21623 | D:7      | 21623 ||| Stepping ~*~*~tactically~*~*~ (outnumbered).
 21625 | D:7      | 21625 ||| Stepping ~*~*~tactically~*~*~ (outnumbered).
 21627 | D:7      | 21627 ||| Stepping ~*~*~tactically~*~*~ (outnumbered).
 21629 | D:7      | 21629 ||| Stepping ~*~*~tactically~*~*~ (outnumbered).
 21631 | D:7      | 21631 ||| Stepping ~*~*~tactically~*~*~ (outnumbered).
 21633 | D:7      | 21633 ||| Stepping ~*~*~tactically~*~*~ (outnumbered).
 21635 | D:7      | 21635 ||| Stepping ~*~*~tactically~*~*~ (outnumbered).
 21637 | D:7      | 21637 ||| Stepping ~*~*~tactically~*~*~ (outnumbered).
 21639 | D:7      | 21639 ||| Stepping ~*~*~tactically~*~*~ (outnumbered).
 21641 | D:7      | 21641 ||| Stepping ~*~*~tactically~*~*~ (outnumbered).
 21643 | D:7      | 21643 ||| Stepping ~*~*~tactically~*~*~ (outnumbered).
 21645 | D:7      | 21645 ||| Stepping ~*~*~tactically~*~*~ (outnumbered).
 21647 | D:7      | 21647 ||| Stepping ~*~*~tactically~*~*~ (outnumbered).
 21649 | D:7      | 21649 ||| Stepping ~*~*~tactically~*~*~ (outnumbered).
 21651 | D:7      | 21651 ||| Stepping ~*~*~tactically~*~*~ (outnumbered).
 21653 | D:7      | 21653 ||| Stepping ~*~*~tactically~*~*~ (outnumbered).
 21655 | D:7      | 21655 ||| Stepping ~*~*~tactically~*~*~ (outnumbered).
 21657 | D:7      | 21657 ||| Stepping ~*~*~tactically~*~*~ (outnumbered).
 21659 | D:7      | 21659 ||| Stepping ~*~*~tactically~*~*~ (outnumbered).
 21661 | D:7      | 21661 ||| Stepping ~*~*~tactically~*~*~ (outnumbered).
 21663 | D:7      | 21663 ||| Stepping ~*~*~tactically~*~*~ (outnumbered).
 21665 | D:7      | 21665 ||| Stepping ~*~*~tactically~*~*~ (outnumbered).
 21667 | D:7      | 21667 ||| Stepping ~*~*~tactically~*~*~ (outnumbered).
 21669 | D:7      | 21669 ||| Stepping ~*~*~tactically~*~*~ (outnumbered).
 21671 | D:7      | 21671 ||| Stepping ~*~*~tactically~*~*~ (outnumbered).
 21673 | D:7      | 21673 ||| Stepping ~*~*~tactically~*~*~ (outnumbered).
 21675 | D:7      | 21675 ||| Stepping ~*~*~tactically~*~*~ (outnumbered).
 21677 | D:7      | 21677 ||| Stepping ~*~*~tactically~*~*~ (outnumbered).
 21679 | D:7      | 21679 ||| Stepping ~*~*~tactically~*~*~ (outnumbered).
 21681 | D:7      | 21681 ||| Stepping ~*~*~tactically~*~*~ (outnumbered).
 21683 | D:7      | 21683 ||| Stepping ~*~*~tactically~*~*~ (outnumbered).
 21685 | D:7      | 21685 ||| Stepping ~*~*~tactically~*~*~ (outnumbered).
 21687 | D:7      | 21687 ||| Stepping ~*~*~tactically~*~*~ (outnumbered).
 21689 | D:7      | 21689 ||| Stepping ~*~*~tactically~*~*~ (outnumbered).
 21691 | D:7      | 21691 ||| Stepping ~*~*~tactically~*~*~ (outnumbered).
 21693 | D:7      | 21693 ||| Stepping ~*~*~tactically~*~*~ (outnumbered).
 21695 | D:7      | 21695 ||| Stepping ~*~*~tactically~*~*~ (outnumbered).
 21697 | D:7      | 21697 ||| Stepping ~*~*~tactically~*~*~ (outnumbered).
 21699 | D:7      | 21699 ||| Stepping ~*~*~tactically~*~*~ (outnumbered).
 21701 | D:7      | 21701 ||| Stepping ~*~*~tactically~*~*~ (outnumbered).
 21703 | D:7      | 21703 ||| Stepping ~*~*~tactically~*~*~ (outnumbered).
 21705 | D:7      | 21705 ||| Stepping ~*~*~tactically~*~*~ (outnumbered).
 21707 | D:7      | 21707 ||| Stepping ~*~*~tactically~*~*~ (outnumbered).
 21709 | D:7      | 21709 ||| Stepping ~*~*~tactically~*~*~ (outnumbered).
 21711 | D:7      | 21711 ||| Stepping ~*~*~tactically~*~*~ (outnumbered).
 21713 | D:7      | 21713 ||| Stepping ~*~*~tactically~*~*~ (outnumbered).
 21715 | D:7      | 21715 ||| Stepping ~*~*~tactically~*~*~ (outnumbered).
 21717 | D:7      | 21717 ||| Stepping ~*~*~tactically~*~*~ (outnumbered).
 21719 | D:7      | 21719 ||| Stepping ~*~*~tactically~*~*~ (outnumbered).
 21721 | D:7      | 21721 ||| Stepping ~*~*~tactically~*~*~ (outnumbered).
 21723 | D:7      | 21723 ||| Stepping ~*~*~tactically~*~*~ (outnumbered).
 21725 | D:7      | 21725 ||| Stepping ~*~*~tactically~*~*~ (outnumbered).
 21727 | D:7      | 21727 ||| Stepping ~*~*~tactically~*~*~ (outnumbered).
 21729 | D:7      | 21729 ||| Stepping ~*~*~tactically~*~*~ (outnumbered).
 21731 | D:7      | 21731 ||| Stepping ~*~*~tactically~*~*~ (outnumbered).
 21733 | D:7      | 21733 ||| Stepping ~*~*~tactically~*~*~ (outnumbered).
 21735 | D:7      | 21735 ||| Stepping ~*~*~tactically~*~*~ (outnumbered).
 21737 | D:7      | 21737 ||| Stepping ~*~*~tactically~*~*~ (outnumbered).
 21739 | D:7      | 21739 ||| Stepping ~*~*~tactically~*~*~ (outnumbered).
 21741 | D:7      | 21741 ||| Stepping ~*~*~tactically~*~*~ (outnumbered).
 21743 | D:7      | 21743 ||| Stepping ~*~*~tactically~*~*~ (outnumbered).
 21745 | D:7      | 21745 ||| Stepping ~*~*~tactically~*~*~ (outnumbered).
 21747 | D:7      | 21747 ||| Stepping ~*~*~tactically~*~*~ (outnumbered).
 21749 | D:7      | 21749 ||| Stepping ~*~*~tactically~*~*~ (outnumbered).
 21751 | D:7      | 21751 ||| Stepping ~*~*~tactically~*~*~ (outnumbered).
 21753 | D:7      | 21753 ||| Stepping ~*~*~tactically~*~*~ (outnumbered).
 21755 | D:7      | 21755 ||| Stepping ~*~*~tactically~*~*~ (outnumbered).
 21757 | D:7      | 21757 ||| Stepping ~*~*~tactically~*~*~ (outnumbered).
 21759 | D:7      | 21759 ||| Stepping ~*~*~tactically~*~*~ (outnumbered).
 21761 | D:7      | 21761 ||| Stepping ~*~*~tactically~*~*~ (outnumbered).
 21763 | D:7      | 21763 ||| Stepping ~*~*~tactically~*~*~ (outnumbered).
 21765 | D:7      | 21765 ||| Stepping ~*~*~tactically~*~*~ (outnumbered).
 21767 | D:7      | 21767 ||| Stepping ~*~*~tactically~*~*~ (outnumbered).
 21769 | D:7      | 21769 ||| Stepping ~*~*~tactically~*~*~ (outnumbered).
 21771 | D:7      | 21771 ||| Stepping ~*~*~tactically~*~*~ (outnumbered).
 21773 | D:7      | 21773 ||| Stepping ~*~*~tactically~*~*~ (outnumbered).
 21775 | D:7      | 21775 ||| Stepping ~*~*~tactically~*~*~ (outnumbered).
 21777 | D:7      | 21777 ||| Stepping ~*~*~tactically~*~*~ (outnumbered).
 21779 | D:7      | 21779 ||| Stepping ~*~*~tactically~*~*~ (outnumbered).
 21781 | D:7      | 21781 ||| Stepping ~*~*~tactically~*~*~ (outnumbered).
 21783 | D:7      | 21783 ||| Stepping ~*~*~tactically~*~*~ (outnumbered).
 21785 | D:7      | 21785 ||| Stepping ~*~*~tactically~*~*~ (outnumbered).
 21787 | D:7      | 21787 ||| Stepping ~*~*~tactically~*~*~ (outnumbered).
 21789 | D:7      | 21789 ||| Stepping ~*~*~tactically~*~*~ (outnumbered).
 21791 | D:7      | 21791 ||| Stepping ~*~*~tactically~*~*~ (outnumbered).
 21793 | D:7      | 21793 ||| Stepping ~*~*~tactically~*~*~ (outnumbered).
 21795 | D:7      | 21795 ||| Stepping ~*~*~tactically~*~*~ (outnumbered).
 21797 | D:7      | 21797 ||| Stepping ~*~*~tactically~*~*~ (outnumbered).
 21799 | D:7      | 21799 ||| Stepping ~*~*~tactically~*~*~ (outnumbered).
 21801 | D:7      | 21801 ||| Stepping ~*~*~tactically~*~*~ (outnumbered).
 21803 | D:7      | 21803 ||| Stepping ~*~*~tactically~*~*~ (outnumbered).
 21805 | D:7      | 21805 ||| Stepping ~*~*~tactically~*~*~ (outnumbered).
 21807 | D:7      | 21807 ||| Stepping ~*~*~tactically~*~*~ (outnumbered).
 21809 | D:7      | 21809 ||| Stepping ~*~*~tactically~*~*~ (outnumbered).
 21811 | D:7      | 21811 ||| Stepping ~*~*~tactically~*~*~ (outnumbered).
 21813 | D:7      | 21813 ||| Stepping ~*~*~tactically~*~*~ (outnumbered).
 21815 | D:7      | 21815 ||| Stepping ~*~*~tactically~*~*~ (outnumbered).
 21817 | D:7      | 21817 ||| Stepping ~*~*~tactically~*~*~ (outnumbered).
 21819 | D:7      | 21819 ||| Stepping ~*~*~tactically~*~*~ (outnumbered).
 21821 | D:7      | 21821 ||| Stepping ~*~*~tactically~*~*~ (outnumbered).
 21823 | D:7      | 21823 ||| Stepping ~*~*~tactically~*~*~ (outnumbered).
 21825 | D:7      | 21825 ||| Stepping ~*~*~tactically~*~*~ (outnumbered).
 21827 | D:7      | 21827 ||| Stepping ~*~*~tactically~*~*~ (outnumbered).
 21829 | D:7      | 21829 ||| Stepping ~*~*~tactically~*~*~ (outnumbered).
 21831 | D:7      | 21831 ||| Stepping ~*~*~tactically~*~*~ (outnumbered).
 21833 | D:7      | 21833 ||| Stepping ~*~*~tactically~*~*~ (outnumbered).
 21835 | D:7      | 21835 ||| Stepping ~*~*~tactically~*~*~ (outnumbered).
 21837 | D:7      | 21837 ||| Stepping ~*~*~tactically~*~*~ (outnumbered).
 21839 | D:7      | 21839 ||| Stepping ~*~*~tactically~*~*~ (outnumbered).
 21841 | D:7      | 21841 ||| Stepping ~*~*~tactically~*~*~ (outnumbered).
 21843 | D:7      | 21843 ||| Stepping ~*~*~tactically~*~*~ (outnumbered).
 21845 | D:7      | 21845 ||| Stepping ~*~*~tactically~*~*~ (outnumbered).
 21847 | D:7      | 21847 ||| Stepping ~*~*~tactically~*~*~ (outnumbered).
 21849 | D:7      | 21849 ||| Stepping ~*~*~tactically~*~*~ (outnumbered).
 21851 | D:7      | 21851 ||| Stepping ~*~*~tactically~*~*~ (outnumbered).
 21853 | D:7      | 21853 ||| Stepping ~*~*~tactically~*~*~ (outnumbered).
 21855 | D:7      | 21855 ||| Stepping ~*~*~tactically~*~*~ (outnumbered).
 21857 | D:7      | 21857 ||| Stepping ~*~*~tactically~*~*~ (outnumbered).
 21859 | D:7      | 21859 ||| Stepping ~*~*~tactically~*~*~ (outnumbered).
 21861 | D:7      | 21861 ||| Stepping ~*~*~tactically~*~*~ (outnumbered).
 21863 | D:7      | 21863 ||| Stepping ~*~*~tactically~*~*~ (outnumbered).
 21865 | D:7      | 21865 ||| Stepping ~*~*~tactically~*~*~ (outnumbered).
 21867 | D:7      | 21867 ||| Stepping ~*~*~tactically~*~*~ (outnumbered).
 21869 | D:7      | 21869 ||| Stepping ~*~*~tactically~*~*~ (outnumbered).
 21871 | D:7      | 21871 ||| Stepping ~*~*~tactically~*~*~ (outnumbered).
 21873 | D:7      | 21873 ||| Stepping ~*~*~tactically~*~*~ (outnumbered).
 21875 | D:7      | 21875 ||| Stepping ~*~*~tactically~*~*~ (outnumbered).
 21877 | D:7      | 21877 ||| Stepping ~*~*~tactically~*~*~ (outnumbered).
 21879 | D:7      | 21879 ||| Stepping ~*~*~tactically~*~*~ (outnumbered).
 21881 | D:7      | 21881 ||| Stepping ~*~*~tactically~*~*~ (outnumbered).
 21883 | D:7      | 21883 ||| Stepping ~*~*~tactically~*~*~ (outnumbered).
 21885 | D:7      | 21885 ||| Stepping ~*~*~tactically~*~*~ (outnumbered).
 21887 | D:7      | 21887 ||| Stepping ~*~*~tactically~*~*~ (outnumbered).
 21889 | D:7      | 21889 ||| Stepping ~*~*~tactically~*~*~ (outnumbered).
 21891 | D:7      | 21891 ||| Stepping ~*~*~tactically~*~*~ (outnumbered).
 21893 | D:7      | 21893 ||| Stepping ~*~*~tactically~*~*~ (outnumbered).
 21895 | D:7      | 21895 ||| Stepping ~*~*~tactically~*~*~ (outnumbered).
 21897 | D:7      | 21897 ||| Stepping ~*~*~tactically~*~*~ (outnumbered).
 21899 | D:7      | 21899 ||| Stepping ~*~*~tactically~*~*~ (outnumbered).
 21901 | D:7      | 21901 ||| Stepping ~*~*~tactically~*~*~ (outnumbered).
 21903 | D:7      | 21903 ||| Stepping ~*~*~tactically~*~*~ (outnumbered).
 21905 | D:7      | 21905 ||| Stepping ~*~*~tactically~*~*~ (outnumbered).
 21907 | D:7      | 21907 ||| Stepping ~*~*~tactically~*~*~ (outnumbered).
 21909 | D:7      | 21909 ||| Stepping ~*~*~tactically~*~*~ (outnumbered).
 21911 | D:7      | 21911 ||| Stepping ~*~*~tactically~*~*~ (outnumbered).
 21913 | D:7      | 21913 ||| Stepping ~*~*~tactically~*~*~ (outnumbered).
 21915 | D:7      | 21915 ||| Stepping ~*~*~tactically~*~*~ (outnumbered).
 21917 | D:7      | 21917 ||| Stepping ~*~*~tactically~*~*~ (outnumbered).
 21919 | D:7      | 21919 ||| Stepping ~*~*~tactically~*~*~ (outnumbered).
 21921 | D:7      | 21921 ||| Stepping ~*~*~tactically~*~*~ (outnumbered).
 21923 | D:7      | 21923 ||| Stepping ~*~*~tactically~*~*~ (outnumbered).
 21925 | D:7      | 21925 ||| Stepping ~*~*~tactically~*~*~ (outnumbered).
 21927 | D:7      | 21927 ||| Stepping ~*~*~tactically~*~*~ (outnumbered).
 21929 | D:7      | 21929 ||| Stepping ~*~*~tactically~*~*~ (outnumbered).
 21931 | D:7      | 21931 ||| Stepping ~*~*~tactically~*~*~ (outnumbered).
 21933 | D:7      | 21933 ||| Stepping ~*~*~tactically~*~*~ (outnumbered).
 21935 | D:7      | 21935 ||| Stepping ~*~*~tactically~*~*~ (outnumbered).
 21937 | D:7      | 21937 ||| Stepping ~*~*~tactically~*~*~ (outnumbered).
 21939 | D:7      | 21939 ||| Stepping ~*~*~tactically~*~*~ (outnumbered).
 21941 | D:7      | 21941 ||| Stepping ~*~*~tactically~*~*~ (outnumbered).
 21943 | D:7      | 21943 ||| Stepping ~*~*~tactically~*~*~ (outnumbered).
 21945 | D:7      | 21945 ||| Stepping ~*~*~tactically~*~*~ (outnumbered).
 21947 | D:7      | 21947 ||| Stepping ~*~*~tactically~*~*~ (outnumbered).
 21949 | D:7      | 21949 ||| Stepping ~*~*~tactically~*~*~ (outnumbered).
 21951 | D:7      | 21951 ||| Stepping ~*~*~tactically~*~*~ (outnumbered).
 21953 | D:7      | 21953 ||| Stepping ~*~*~tactically~*~*~ (outnumbered).
 21955 | D:7      | 21955 ||| Stepping ~*~*~tactically~*~*~ (outnumbered).
 21957 | D:7      | 21957 ||| Stepping ~*~*~tactically~*~*~ (outnumbered).
 21959 | D:7      | 21959 ||| Stepping ~*~*~tactically~*~*~ (outnumbered).
 21961 | D:7      | 21961 ||| Stepping ~*~*~tactically~*~*~ (outnumbered).
 21963 | D:7      | 21963 ||| Stepping ~*~*~tactically~*~*~ (outnumbered).
 21965 | D:7      | 21965 ||| Stepping ~*~*~tactically~*~*~ (outnumbered).
 21967 | D:7      | 21967 ||| Stepping ~*~*~tactically~*~*~ (outnumbered).
 21969 | D:7      | 21969 ||| Stepping ~*~*~tactically~*~*~ (outnumbered).
 21971 | D:7      | 21971 ||| Stepping ~*~*~tactically~*~*~ (outnumbered).
 21973 | D:7      | 21973 ||| Stepping ~*~*~tactically~*~*~ (outnumbered).
 21975 | D:7      | 21975 ||| Stepping ~*~*~tactically~*~*~ (outnumbered).
 21977 | D:7      | 21977 ||| Stepping ~*~*~tactically~*~*~ (outnumbered).
 21979 | D:7      | 21979 ||| Stepping ~*~*~tactically~*~*~ (outnumbered).
 21981 | D:7      | 21981 ||| Stepping ~*~*~tactically~*~*~ (outnumbered).
 21983 | D:7      | 21983 ||| Stepping ~*~*~tactically~*~*~ (outnumbered).
 21985 | D:7      | 21985 ||| Stepping ~*~*~tactically~*~*~ (outnumbered).
 21987 | D:7      | 21987 ||| Stepping ~*~*~tactically~*~*~ (outnumbered).
 21989 | D:7      | 21989 ||| Stepping ~*~*~tactically~*~*~ (outnumbered).
 21991 | D:7      | 21991 ||| Stepping ~*~*~tactically~*~*~ (outnumbered).
 21993 | D:7      | 21993 ||| Stepping ~*~*~tactically~*~*~ (outnumbered).
 21995 | D:7      | 21995 ||| Stepping ~*~*~tactically~*~*~ (outnumbered).
 21997 | D:7      | 21997 ||| Stepping ~*~*~tactically~*~*~ (outnumbered).
 21999 | D:7      | 21999 ||| Stepping ~*~*~tactically~*~*~ (outnumbered).
 22001 | D:7      | 22001 ||| Stepping ~*~*~tactically~*~*~ (outnumbered).
 22003 | D:7      | 22003 ||| Stepping ~*~*~tactically~*~*~ (outnumbered).
 22005 | D:7      | 22005 ||| Stepping ~*~*~tactically~*~*~ (outnumbered).
 22007 | D:7      | 22007 ||| Stepping ~*~*~tactically~*~*~ (outnumbered).
 22009 | D:7      | 22009 ||| Stepping ~*~*~tactically~*~*~ (outnumbered).
 22011 | D:7      | 22011 ||| Stepping ~*~*~tactically~*~*~ (outnumbered).
 22013 | D:7      | 22013 ||| Stepping ~*~*~tactically~*~*~ (outnumbered).
 22015 | D:7      | 22015 ||| Stepping ~*~*~tactically~*~*~ (outnumbered).
 22017 | D:7      | 22017 ||| Stepping ~*~*~tactically~*~*~ (outnumbered).
 22019 | D:7      | 22019 ||| Stepping ~*~*~tactically~*~*~ (outnumbered).
 22021 | D:7      | 22021 ||| Stepping ~*~*~tactically~*~*~ (outnumbered).
 22023 | D:7      | 22023 ||| Stepping ~*~*~tactically~*~*~ (outnumbered).
 22025 | D:7      | 22025 ||| Stepping ~*~*~tactically~*~*~ (outnumbered).
 22027 | D:7      | 22027 ||| Stepping ~*~*~tactically~*~*~ (outnumbered).
 22029 | D:7      | 22029 ||| Stepping ~*~*~tactically~*~*~ (outnumbered).
 22031 | D:7      | 22031 ||| Stepping ~*~*~tactically~*~*~ (outnumbered).
 22033 | D:7      | 22033 ||| Stepping ~*~*~tactically~*~*~ (outnumbered).
 22035 | D:7      | 22035 ||| Stepping ~*~*~tactically~*~*~ (outnumbered).
 22037 | D:7      | 22037 ||| Stepping ~*~*~tactically~*~*~ (outnumbered).
 22039 | D:7      | 22039 ||| Stepping ~*~*~tactically~*~*~ (outnumbered).
 22041 | D:7      | 22041 ||| Stepping ~*~*~tactically~*~*~ (outnumbered).
 22043 | D:7      | 22043 ||| Stepping ~*~*~tactically~*~*~ (outnumbered).
 22045 | D:7      | 22045 ||| Stepping ~*~*~tactically~*~*~ (outnumbered).
 22047 | D:7      | 22047 ||| Stepping ~*~*~tactically~*~*~ (outnumbered).
 22049 | D:7      | 22049 ||| Stepping ~*~*~tactically~*~*~ (outnumbered).
 22051 | D:7      | 22051 ||| Stepping ~*~*~tactically~*~*~ (outnumbered).
 22053 | D:7      | 22053 ||| Stepping ~*~*~tactically~*~*~ (outnumbered).
 22055 | D:7      | 22055 ||| Stepping ~*~*~tactically~*~*~ (outnumbered).
 22057 | D:7      | 22057 ||| Stepping ~*~*~tactically~*~*~ (outnumbered).
 22059 | D:7      | 22059 ||| Stepping ~*~*~tactically~*~*~ (outnumbered).
 22061 | D:7      | 22061 ||| Stepping ~*~*~tactically~*~*~ (outnumbered).
 22063 | D:7      | 22063 ||| Stepping ~*~*~tactically~*~*~ (outnumbered).
 22065 | D:7      | 22065 ||| Stepping ~*~*~tactically~*~*~ (outnumbered).
 22067 | D:7      | 22067 ||| Stepping ~*~*~tactically~*~*~ (outnumbered).
 22069 | D:7      | 22069 ||| Stepping ~*~*~tactically~*~*~ (outnumbered).
 22071 | D:7      | 22071 ||| Stepping ~*~*~tactically~*~*~ (outnumbered).
 22073 | D:7      | 22073 ||| Stepping ~*~*~tactically~*~*~ (outnumbered).
 22075 | D:7      | 22075 ||| Stepping ~*~*~tactically~*~*~ (outnumbered).
 22077 | D:7      | 22077 ||| Stepping ~*~*~tactically~*~*~ (outnumbered).
 22079 | D:7      | 22079 ||| Stepping ~*~*~tactically~*~*~ (outnumbered).
 22081 | D:7      | 22081 ||| Stepping ~*~*~tactically~*~*~ (outnumbered).
 22083 | D:7      | 22083 ||| Stepping ~*~*~tactically~*~*~ (outnumbered).
 22085 | D:7      | 22085 ||| Stepping ~*~*~tactically~*~*~ (outnumbered).
 22087 | D:7      | 22087 ||| Stepping ~*~*~tactically~*~*~ (outnumbered).
 22089 | D:7      | 22089 ||| Stepping ~*~*~tactically~*~*~ (outnumbered).
 22091 | D:7      | 22091 ||| Stepping ~*~*~tactically~*~*~ (outnumbered).
 22093 | D:7      | 22093 ||| Stepping ~*~*~tactically~*~*~ (outnumbered).
 22095 | D:7      | 22095 ||| Stepping ~*~*~tactically~*~*~ (outnumbered).
 22097 | D:7      | 22097 ||| Stepping ~*~*~tactically~*~*~ (outnumbered).
 22099 | D:7      | 22099 ||| Stepping ~*~*~tactically~*~*~ (outnumbered).
 22101 | D:7      | 22101 ||| Stepping ~*~*~tactically~*~*~ (outnumbered).
 22103 | D:7      | 22103 ||| Stepping ~*~*~tactically~*~*~ (outnumbered).
 22105 | D:7      | 22105 ||| Stepping ~*~*~tactically~*~*~ (outnumbered).
 22107 | D:7      | 22107 ||| Stepping ~*~*~tactically~*~*~ (outnumbered).
 22109 | D:7      | 22109 ||| Stepping ~*~*~tactically~*~*~ (outnumbered).
 22111 | D:7      | 22111 ||| Stepping ~*~*~tactically~*~*~ (outnumbered).
 22113 | D:7      | 22113 ||| Stepping ~*~*~tactically~*~*~ (outnumbered).
 22115 | D:7      | 22115 ||| Stepping ~*~*~tactically~*~*~ (outnumbered).
 22117 | D:7      | 22117 ||| Stepping ~*~*~tactically~*~*~ (outnumbered).
 22119 | D:7      | 22119 ||| Stepping ~*~*~tactically~*~*~ (outnumbered).
 22121 | D:7      | 22121 ||| Stepping ~*~*~tactically~*~*~ (outnumbered).
 22123 | D:7      | 22123 ||| Stepping ~*~*~tactically~*~*~ (outnumbered).
 22125 | D:7      | 22125 ||| Stepping ~*~*~tactically~*~*~ (outnumbered).
 22127 | D:7      | 22127 ||| Stepping ~*~*~tactically~*~*~ (outnumbered).
 22129 | D:7      | 22129 ||| Stepping ~*~*~tactically~*~*~ (outnumbered).
 22131 | D:7      | 22131 ||| Stepping ~*~*~tactically~*~*~ (outnumbered).
 22133 | D:7      | 22133 ||| Stepping ~*~*~tactically~*~*~ (outnumbered).
 22135 | D:7      | 22135 ||| Stepping ~*~*~tactically~*~*~ (outnumbered).
 22137 | D:7      | 22137 ||| Stepping ~*~*~tactically~*~*~ (outnumbered).
 22139 | D:7      | 22139 ||| Stepping ~*~*~tactically~*~*~ (outnumbered).
 22141 | D:7      | 22141 ||| Stepping ~*~*~tactically~*~*~ (outnumbered).
 22143 | D:7      | 22143 ||| Stepping ~*~*~tactically~*~*~ (outnumbered).
 22145 | D:7      | 22145 ||| Stepping ~*~*~tactically~*~*~ (outnumbered).
 22147 | D:7      | 22147 ||| Stepping ~*~*~tactically~*~*~ (outnumbered).
 22149 | D:7      | 22149 ||| Stepping ~*~*~tactically~*~*~ (outnumbered).
 22151 | D:7      | 22151 ||| Stepping ~*~*~tactically~*~*~ (outnumbered).
 22153 | D:7      | 22153 ||| Stepping ~*~*~tactically~*~*~ (outnumbered).
 22155 | D:7      | 22155 ||| Stepping ~*~*~tactically~*~*~ (outnumbered).
 22157 | D:7      | 22157 ||| Stepping ~*~*~tactically~*~*~ (outnumbered).
 22159 | D:7      | 22159 ||| Stepping ~*~*~tactically~*~*~ (outnumbered).
 22161 | D:7      | 22161 ||| Stepping ~*~*~tactically~*~*~ (outnumbered).
 22163 | D:7      | 22163 ||| Stepping ~*~*~tactically~*~*~ (outnumbered).
 22165 | D:7      | 22165 ||| Stepping ~*~*~tactically~*~*~ (outnumbered).
 22167 | D:7      | 22167 ||| Stepping ~*~*~tactically~*~*~ (outnumbered).
 22169 | D:7      | 22169 ||| Stepping ~*~*~tactically~*~*~ (outnumbered).
 22171 | D:7      | 22171 ||| Stepping ~*~*~tactically~*~*~ (outnumbered).
 22173 | D:7      | 22173 ||| Stepping ~*~*~tactically~*~*~ (outnumbered).
 22175 | D:7      | 22175 ||| Stepping ~*~*~tactically~*~*~ (outnumbered).
 22177 | D:7      | 22177 ||| Stepping ~*~*~tactically~*~*~ (outnumbered).
 22179 | D:7      | 22179 ||| Stepping ~*~*~tactically~*~*~ (outnumbered).
 22181 | D:7      | 22181 ||| Stepping ~*~*~tactically~*~*~ (outnumbered).
 22183 | D:7      | 22183 ||| Stepping ~*~*~tactically~*~*~ (outnumbered).
 22185 | D:7      | 22185 ||| Stepping ~*~*~tactically~*~*~ (outnumbered).
 22187 | D:7      | 22187 ||| Stepping ~*~*~tactically~*~*~ (outnumbered).
 22189 | D:7      | 22189 ||| Stepping ~*~*~tactically~*~*~ (outnumbered).
 22191 | D:7      | 22191 ||| Stepping ~*~*~tactically~*~*~ (outnumbered).
 22193 | D:7      | 22193 ||| Stepping ~*~*~tactically~*~*~ (outnumbered).
 22195 | D:7      | 22195 ||| Stepping ~*~*~tactically~*~*~ (outnumbered).
 22197 | D:7      | 22197 ||| Stepping ~*~*~tactically~*~*~ (outnumbered).
 22199 | D:7      | 22199 ||| Stepping ~*~*~tactically~*~*~ (outnumbered).
 22201 | D:7      | 22201 ||| Stepping ~*~*~tactically~*~*~ (outnumbered).
 22203 | D:7      | 22203 ||| Stepping ~*~*~tactically~*~*~ (outnumbered).
 22205 | D:7      | 22205 ||| Stepping ~*~*~tactically~*~*~ (outnumbered).
 22207 | D:7      | 22207 ||| Stepping ~*~*~tactically~*~*~ (outnumbered).
 22209 | D:7      | 22209 ||| Stepping ~*~*~tactically~*~*~ (outnumbered).
 22211 | D:7      | 22211 ||| Stepping ~*~*~tactically~*~*~ (outnumbered).
 22213 | D:7      | 22213 ||| Stepping ~*~*~tactically~*~*~ (outnumbered).
 22215 | D:7      | 22215 ||| Stepping ~*~*~tactically~*~*~ (outnumbered).
 22217 | D:7      | 22217 ||| Stepping ~*~*~tactically~*~*~ (outnumbered).
 22219 | D:7      | 22219 ||| Stepping ~*~*~tactically~*~*~ (outnumbered).
 22221 | D:7      | 22221 ||| Stepping ~*~*~tactically~*~*~ (outnumbered).
 22223 | D:7      | 22223 ||| Stepping ~*~*~tactically~*~*~ (outnumbered).
 22225 | D:7      | 22225 ||| Stepping ~*~*~tactically~*~*~ (outnumbered).
 22227 | D:7      | 22227 ||| Stepping ~*~*~tactically~*~*~ (outnumbered).
 22229 | D:7      | 22229 ||| Stepping ~*~*~tactically~*~*~ (outnumbered).
 22231 | D:7      | 22231 ||| Stepping ~*~*~tactically~*~*~ (outnumbered).
 22233 | D:7      | 22233 ||| Stepping ~*~*~tactically~*~*~ (outnumbered).
 22235 | D:7      | 22235 ||| Stepping ~*~*~tactically~*~*~ (outnumbered).
 22237 | D:7      | 22237 ||| Stepping ~*~*~tactically~*~*~ (outnumbered).
 22239 | D:7      | 22239 ||| Stepping ~*~*~tactically~*~*~ (outnumbered).
 22241 | D:7      | 22241 ||| Stepping ~*~*~tactically~*~*~ (outnumbered).
 22243 | D:7      | 22243 ||| Stepping ~*~*~tactically~*~*~ (outnumbered).
 22245 | D:7      | 22245 ||| Stepping ~*~*~tactically~*~*~ (outnumbered).
 22247 | D:7      | 22247 ||| Stepping ~*~*~tactically~*~*~ (outnumbered).
 22249 | D:7      | 22249 ||| Stepping ~*~*~tactically~*~*~ (outnumbered).
 22251 | D:7      | 22251 ||| Stepping ~*~*~tactically~*~*~ (outnumbered).
 22253 | D:7      | 22253 ||| Stepping ~*~*~tactically~*~*~ (outnumbered).
 22255 | D:7      | 22255 ||| Stepping ~*~*~tactically~*~*~ (outnumbered).
 22257 | D:7      | 22257 ||| Stepping ~*~*~tactically~*~*~ (outnumbered).
 22259 | D:7      | 22259 ||| Stepping ~*~*~tactically~*~*~ (outnumbered).
 22261 | D:7      | 22261 ||| Stepping ~*~*~tactically~*~*~ (outnumbered).
 22263 | D:7      | 22263 ||| Stepping ~*~*~tactically~*~*~ (outnumbered).
 22265 | D:7      | 22265 ||| Stepping ~*~*~tactically~*~*~ (outnumbered).
 22267 | D:7      | 22267 ||| Stepping ~*~*~tactically~*~*~ (outnumbered).
 22269 | D:7      | 22269 ||| Stepping ~*~*~tactically~*~*~ (outnumbered).
 22271 | D:7      | 22271 ||| Stepping ~*~*~tactically~*~*~ (outnumbered).
 22273 | D:7      | 22273 ||| Stepping ~*~*~tactically~*~*~ (outnumbered).
 22275 | D:7      | 22275 ||| Stepping ~*~*~tactically~*~*~ (outnumbered).
 22277 | D:7      | 22277 ||| Stepping ~*~*~tactically~*~*~ (outnumbered).
 22279 | D:7      | 22279 ||| Stepping ~*~*~tactically~*~*~ (outnumbered).
 22281 | D:7      | 22281 ||| Stepping ~*~*~tactically~*~*~ (outnumbered).
 22283 | D:7      | 22283 ||| Stepping ~*~*~tactically~*~*~ (outnumbered).
 22285 | D:7      | 22285 ||| Stepping ~*~*~tactically~*~*~ (outnumbered).
 22287 | D:7      | 22287 ||| Stepping ~*~*~tactically~*~*~ (outnumbered).
 22289 | D:7      | 22289 ||| Stepping ~*~*~tactically~*~*~ (outnumbered).
 22291 | D:7      | 22291 ||| Stepping ~*~*~tactically~*~*~ (outnumbered).
 22293 | D:7      | 22293 ||| Stepping ~*~*~tactically~*~*~ (outnumbered).
 22295 | D:7      | 22295 ||| Stepping ~*~*~tactically~*~*~ (outnumbered).
 22297 | D:7      | 22297 ||| Stepping ~*~*~tactically~*~*~ (outnumbered).
 22299 | D:7      | 22299 ||| Stepping ~*~*~tactically~*~*~ (outnumbered).
 22301 | D:7      | 22301 ||| Stepping ~*~*~tactically~*~*~ (outnumbered).
 22303 | D:7      | 22303 ||| Stepping ~*~*~tactically~*~*~ (outnumbered).
 22305 | D:7      | 22305 ||| Stepping ~*~*~tactically~*~*~ (outnumbered).
 22307 | D:7      | 22307 ||| Stepping ~*~*~tactically~*~*~ (outnumbered).
 22309 | D:7      | 22309 ||| Stepping ~*~*~tactically~*~*~ (outnumbered).
 22311 | D:7      | 22311 ||| Stepping ~*~*~tactically~*~*~ (outnumbered).
 22313 | D:7      | 22313 ||| Stepping ~*~*~tactically~*~*~ (outnumbered).
 22315 | D:7      | 22315 ||| Stepping ~*~*~tactically~*~*~ (outnumbered).
 22317 | D:7      | 22317 ||| Stepping ~*~*~tactically~*~*~ (outnumbered).
 22319 | D:7      | 22319 ||| Stepping ~*~*~tactically~*~*~ (outnumbered).
 22321 | D:7      | 22321 ||| Stepping ~*~*~tactically~*~*~ (outnumbered).
 22323 | D:7      | 22323 ||| Stepping ~*~*~tactically~*~*~ (outnumbered).
 22325 | D:7      | 22325 ||| Stepping ~*~*~tactically~*~*~ (outnumbered).
 22327 | D:7      | 22327 ||| Stepping ~*~*~tactically~*~*~ (outnumbered).
 22329 | D:7      | 22329 ||| Stepping ~*~*~tactically~*~*~ (outnumbered).
 22331 | D:7      | 22331 ||| Stepping ~*~*~tactically~*~*~ (outnumbered).
 22333 | D:7      | 22333 ||| Stepping ~*~*~tactically~*~*~ (outnumbered).
 22335 | D:7      | 22335 ||| Stepping ~*~*~tactically~*~*~ (outnumbered).
 22337 | D:7      | 22337 ||| Stepping ~*~*~tactically~*~*~ (outnumbered).
 22339 | D:7      | 22339 ||| Stepping ~*~*~tactically~*~*~ (outnumbered).
 22341 | D:7      | 22341 ||| Stepping ~*~*~tactically~*~*~ (outnumbered).
 22343 | D:7      | 22343 ||| Stepping ~*~*~tactically~*~*~ (outnumbered).
 22345 | D:7      | 22345 ||| Stepping ~*~*~tactically~*~*~ (outnumbered).
 22347 | D:7      | 22347 ||| Stepping ~*~*~tactically~*~*~ (outnumbered).
 22349 | D:7      | 22349 ||| Stepping ~*~*~tactically~*~*~ (outnumbered).
 22351 | D:7      | 22351 ||| Stepping ~*~*~tactically~*~*~ (outnumbered).
 22353 | D:7      | 22353 ||| Stepping ~*~*~tactically~*~*~ (outnumbered).
 22355 | D:7      | 22355 ||| Stepping ~*~*~tactically~*~*~ (outnumbered).
 22357 | D:7      | 22357 ||| Stepping ~*~*~tactically~*~*~ (outnumbered).
 22359 | D:7      | 22359 ||| Stepping ~*~*~tactically~*~*~ (outnumbered).
 22361 | D:7      | 22361 ||| Stepping ~*~*~tactically~*~*~ (outnumbered).
 22363 | D:7      | 22363 ||| Stepping ~*~*~tactically~*~*~ (outnumbered).
 22365 | D:7      | 22365 ||| Stepping ~*~*~tactically~*~*~ (outnumbered).
 22367 | D:7      | 22367 ||| Stepping ~*~*~tactically~*~*~ (outnumbered).
 22369 | D:7      | 22369 ||| Stepping ~*~*~tactically~*~*~ (outnumbered).
 22371 | D:7      | 22371 ||| Stepping ~*~*~tactically~*~*~ (outnumbered).
 22373 | D:7      | 22373 ||| Stepping ~*~*~tactically~*~*~ (outnumbered).
 22375 | D:7      | 22375 ||| Stepping ~*~*~tactically~*~*~ (outnumbered).
 22377 | D:7      | 22377 ||| Stepping ~*~*~tactically~*~*~ (outnumbered).
 22379 | D:7      | 22379 ||| Stepping ~*~*~tactically~*~*~ (outnumbered).
 22381 | D:7      | 22381 ||| Stepping ~*~*~tactically~*~*~ (outnumbered).
 22383 | D:7      | 22383 ||| Stepping ~*~*~tactically~*~*~ (outnumbered).
 22385 | D:7      | 22385 ||| Stepping ~*~*~tactically~*~*~ (outnumbered).
 22387 | D:7      | 22387 ||| Stepping ~*~*~tactically~*~*~ (outnumbered).
 22389 | D:7      | 22389 ||| Stepping ~*~*~tactically~*~*~ (outnumbered).
 22391 | D:7      | 22391 ||| Stepping ~*~*~tactically~*~*~ (outnumbered).
 22393 | D:7      | 22393 ||| Stepping ~*~*~tactically~*~*~ (outnumbered).
 22395 | D:7      | 22395 ||| Stepping ~*~*~tactically~*~*~ (outnumbered).
 22397 | D:7      | 22397 ||| Stepping ~*~*~tactically~*~*~ (outnumbered).
 22399 | D:7      | 22399 ||| Stepping ~*~*~tactically~*~*~ (outnumbered).
 22401 | D:7      | 22401 ||| Stepping ~*~*~tactically~*~*~ (outnumbered).
 22403 | D:7      | 22403 ||| Stepping ~*~*~tactically~*~*~ (outnumbered).
 22405 | D:7      | 22405 ||| Stepping ~*~*~tactically~*~*~ (outnumbered).
 22407 | D:7      | 22407 ||| Stepping ~*~*~tactically~*~*~ (outnumbered).
 22409 | D:7      | 22409 ||| Stepping ~*~*~tactically~*~*~ (outnumbered).
 22411 | D:7      | 22411 ||| Stepping ~*~*~tactically~*~*~ (outnumbered).
 22413 | D:7      | 22413 ||| Stepping ~*~*~tactically~*~*~ (outnumbered).
 22415 | D:7      | 22415 ||| Stepping ~*~*~tactically~*~*~ (outnumbered).
 22417 | D:7      | 22417 ||| Stepping ~*~*~tactically~*~*~ (outnumbered).
 22419 | D:7      | 22419 ||| Stepping ~*~*~tactically~*~*~ (outnumbered).
 22421 | D:7      | 22421 ||| Stepping ~*~*~tactically~*~*~ (outnumbered).
 22423 | D:7      | 22423 ||| Stepping ~*~*~tactically~*~*~ (outnumbered).
 22425 | D:7      | 22425 ||| Stepping ~*~*~tactically~*~*~ (outnumbered).
 22427 | D:7      | 22427 ||| Stepping ~*~*~tactically~*~*~ (outnumbered).
 22429 | D:7      | 22429 ||| Stepping ~*~*~tactically~*~*~ (outnumbered).
 22431 | D:7      | 22431 ||| Stepping ~*~*~tactically~*~*~ (outnumbered).
 22433 | D:7      | 22433 ||| Stepping ~*~*~tactically~*~*~ (outnumbered).
 22435 | D:7      | 22435 ||| Stepping ~*~*~tactically~*~*~ (outnumbered).
 22437 | D:7      | 22437 ||| Stepping ~*~*~tactically~*~*~ (outnumbered).
 22439 | D:7      | 22439 ||| Stepping ~*~*~tactically~*~*~ (outnumbered).
 22441 | D:7      | 22441 ||| Stepping ~*~*~tactically~*~*~ (outnumbered).
 22443 | D:7      | 22443 ||| Stepping ~*~*~tactically~*~*~ (outnumbered).
 22445 | D:7      | 22445 ||| Stepping ~*~*~tactically~*~*~ (outnumbered).
 22447 | D:7      | 22447 ||| Stepping ~*~*~tactically~*~*~ (outnumbered).
 22449 | D:7      | 22449 ||| Stepping ~*~*~tactically~*~*~ (outnumbered).
 22451 | D:7      | 22451 ||| Stepping ~*~*~tactically~*~*~ (outnumbered).
 22453 | D:7      | 22453 ||| Stepping ~*~*~tactically~*~*~ (outnumbered).
 22455 | D:7      | 22455 ||| Stepping ~*~*~tactically~*~*~ (outnumbered).
 22457 | D:7      | 22457 ||| Stepping ~*~*~tactically~*~*~ (outnumbered).
 22459 | D:7      | 22459 ||| Stepping ~*~*~tactically~*~*~ (outnumbered).
 22461 | D:7      | 22461 ||| Stepping ~*~*~tactically~*~*~ (outnumbered).
 22463 | D:7      | 22463 ||| Stepping ~*~*~tactically~*~*~ (outnumbered).
 22465 | D:7      | 22465 ||| Stepping ~*~*~tactically~*~*~ (outnumbered).
 22467 | D:7      | 22467 ||| Stepping ~*~*~tactically~*~*~ (outnumbered).
 22469 | D:7      | 22469 ||| Stepping ~*~*~tactically~*~*~ (outnumbered).
 22471 | D:7      | 22471 ||| Stepping ~*~*~tactically~*~*~ (outnumbered).
 22473 | D:7      | 22473 ||| Stepping ~*~*~tactically~*~*~ (outnumbered).
 22475 | D:7      | 22475 ||| Stepping ~*~*~tactically~*~*~ (outnumbered).
 22477 | D:7      | 22477 ||| Stepping ~*~*~tactically~*~*~ (outnumbered).
 22479 | D:7      | 22479 ||| Stepping ~*~*~tactically~*~*~ (outnumbered).
 22481 | D:7      | 22481 ||| Stepping ~*~*~tactically~*~*~ (outnumbered).
 22483 | D:7      | 22483 ||| Stepping ~*~*~tactically~*~*~ (outnumbered).
 22485 | D:7      | 22485 ||| Stepping ~*~*~tactically~*~*~ (outnumbered).
 22487 | D:7      | 22487 ||| Stepping ~*~*~tactically~*~*~ (outnumbered).
 22489 | D:7      | 22489 ||| Stepping ~*~*~tactically~*~*~ (outnumbered).
 22491 | D:7      | 22491 ||| Stepping ~*~*~tactically~*~*~ (outnumbered).
 22493 | D:7      | 22493 ||| Stepping ~*~*~tactically~*~*~ (outnumbered).
 22495 | D:7      | 22495 ||| Stepping ~*~*~tactically~*~*~ (outnumbered).
 22497 | D:7      | 22497 ||| Stepping ~*~*~tactically~*~*~ (outnumbered).
 22499 | D:7      | 22499 ||| Stepping ~*~*~tactically~*~*~ (outnumbered).
 22501 | D:7      | 22501 ||| Stepping ~*~*~tactically~*~*~ (outnumbered).
 22503 | D:7      | 22503 ||| Stepping ~*~*~tactically~*~*~ (outnumbered).
 22505 | D:7      | 22505 ||| Stepping ~*~*~tactically~*~*~ (outnumbered).
 22507 | D:7      | 22507 ||| Stepping ~*~*~tactically~*~*~ (outnumbered).
 22509 | D:7      | 22509 ||| Stepping ~*~*~tactically~*~*~ (outnumbered).
 22511 | D:7      | 22511 ||| Stepping ~*~*~tactically~*~*~ (outnumbered).
 22513 | D:7      | 22513 ||| Stepping ~*~*~tactically~*~*~ (outnumbered).
 22515 | D:7      | 22515 ||| Stepping ~*~*~tactically~*~*~ (outnumbered).
 22517 | D:7      | 22517 ||| Stepping ~*~*~tactically~*~*~ (outnumbered).
 22519 | D:7      | 22519 ||| Stepping ~*~*~tactically~*~*~ (outnumbered).
 22521 | D:7      | 22521 ||| Stepping ~*~*~tactically~*~*~ (outnumbered).
 22523 | D:7      | 22523 ||| Stepping ~*~*~tactically~*~*~ (outnumbered).
 22525 | D:7      | 22525 ||| Stepping ~*~*~tactically~*~*~ (outnumbered).
 22527 | D:7      | 22527 ||| Stepping ~*~*~tactically~*~*~ (outnumbered).
 22529 | D:7      | 22529 ||| Stepping ~*~*~tactically~*~*~ (outnumbered).
 22531 | D:7      | 22531 ||| Stepping ~*~*~tactically~*~*~ (outnumbered).
 22533 | D:7      | 22533 ||| Stepping ~*~*~tactically~*~*~ (outnumbered).
 22535 | D:7      | 22535 ||| Stepping ~*~*~tactically~*~*~ (outnumbered).
 22537 | D:7      | 22537 ||| Stepping ~*~*~tactically~*~*~ (outnumbered).
 22539 | D:7      | 22539 ||| Stepping ~*~*~tactically~*~*~ (outnumbered).
 22541 | D:7      | 22541 ||| Stepping ~*~*~tactically~*~*~ (outnumbered).
 22543 | D:7      | 22543 ||| Stepping ~*~*~tactically~*~*~ (outnumbered).
 22545 | D:7      | 22545 ||| Stepping ~*~*~tactically~*~*~ (outnumbered).
 22547 | D:7      | 22547 ||| Stepping ~*~*~tactically~*~*~ (outnumbered).
 22549 | D:7      | 22549 ||| Stepping ~*~*~tactically~*~*~ (outnumbered).
 22551 | D:7      | 22551 ||| Stepping ~*~*~tactically~*~*~ (outnumbered).
 22553 | D:7      | 22553 ||| Stepping ~*~*~tactically~*~*~ (outnumbered).
 22555 | D:7      | 22555 ||| Stepping ~*~*~tactically~*~*~ (outnumbered).
 22557 | D:7      | 22557 ||| Stepping ~*~*~tactically~*~*~ (outnumbered).
 22559 | D:7      | 22559 ||| Stepping ~*~*~tactically~*~*~ (outnumbered).
 22561 | D:7      | 22561 ||| Stepping ~*~*~tactically~*~*~ (outnumbered).
 22563 | D:7      | 22563 ||| Stepping ~*~*~tactically~*~*~ (outnumbered).
 22565 | D:7      | 22565 ||| Stepping ~*~*~tactically~*~*~ (outnumbered).
 22567 | D:7      | 22567 ||| Stepping ~*~*~tactically~*~*~ (outnumbered).
 22569 | D:7      | 22569 ||| Stepping ~*~*~tactically~*~*~ (outnumbered).
 22571 | D:7      | 22571 ||| Stepping ~*~*~tactically~*~*~ (outnumbered).
 22573 | D:7      | 22573 ||| Stepping ~*~*~tactically~*~*~ (outnumbered).
 22575 | D:7      | 22575 ||| Stepping ~*~*~tactically~*~*~ (outnumbered).
 22577 | D:7      | 22577 ||| Stepping ~*~*~tactically~*~*~ (outnumbered).
 22579 | D:7      | 22579 ||| Stepping ~*~*~tactically~*~*~ (outnumbered).
 22581 | D:7      | 22581 ||| Stepping ~*~*~tactically~*~*~ (outnumbered).
 22583 | D:7      | 22583 ||| Stepping ~*~*~tactically~*~*~ (outnumbered).
 22585 | D:7      | 22585 ||| Stepping ~*~*~tactically~*~*~ (outnumbered).
 22587 | D:7      | 22587 ||| Stepping ~*~*~tactically~*~*~ (outnumbered).
 22589 | D:7      | 22589 ||| Stepping ~*~*~tactically~*~*~ (outnumbered).
 22591 | D:7      | 22591 ||| Stepping ~*~*~tactically~*~*~ (outnumbered).
 22593 | D:7      | 22593 ||| Stepping ~*~*~tactically~*~*~ (outnumbered).
 22595 | D:7      | 22595 ||| Stepping ~*~*~tactically~*~*~ (outnumbered).
 22597 | D:7      | 22597 ||| Stepping ~*~*~tactically~*~*~ (outnumbered).
 22599 | D:7      | 22599 ||| Stepping ~*~*~tactically~*~*~ (outnumbered).
 22601 | D:7      | 22601 ||| Stepping ~*~*~tactically~*~*~ (outnumbered).
 22603 | D:7      | 22603 ||| Stepping ~*~*~tactically~*~*~ (outnumbered).
 22605 | D:7      | 22605 ||| Stepping ~*~*~tactically~*~*~ (outnumbered).
 22607 | D:7      | 22607 ||| Stepping ~*~*~tactically~*~*~ (outnumbered).
 22609 | D:7      | 22609 ||| Stepping ~*~*~tactically~*~*~ (outnumbered).
 22611 | D:7      | 22611 ||| Stepping ~*~*~tactically~*~*~ (outnumbered).
 22613 | D:7      | 22613 ||| Stepping ~*~*~tactically~*~*~ (outnumbered).
 22615 | D:7      | 22615 ||| Stepping ~*~*~tactically~*~*~ (outnumbered).
 22617 | D:7      | 22617 ||| Stepping ~*~*~tactically~*~*~ (outnumbered).
 22619 | D:7      | 22619 ||| Stepping ~*~*~tactically~*~*~ (outnumbered).
 22621 | D:7      | 22621 ||| Stepping ~*~*~tactically~*~*~ (outnumbered).
 22623 | D:7      | 22623 ||| Stepping ~*~*~tactically~*~*~ (outnumbered).
 22625 | D:7      | 22625 ||| Stepping ~*~*~tactically~*~*~ (outnumbered).
 22627 | D:7      | 22627 ||| Stepping ~*~*~tactically~*~*~ (outnumbered).
 22629 | D:7      | 22629 ||| Stepping ~*~*~tactically~*~*~ (outnumbered).
 22631 | D:7      | 22631 ||| Stepping ~*~*~tactically~*~*~ (outnumbered).
 22633 | D:7      | 22633 ||| Stepping ~*~*~tactically~*~*~ (outnumbered).
 22635 | D:7      | 22635 ||| Stepping ~*~*~tactically~*~*~ (outnumbered).
 22637 | D:7      | 22637 ||| Stepping ~*~*~tactically~*~*~ (outnumbered).
 22639 | D:7      | 22639 ||| Stepping ~*~*~tactically~*~*~ (outnumbered).
 22641 | D:7      | 22641 ||| Stepping ~*~*~tactically~*~*~ (outnumbered).
 22643 | D:7      | 22643 ||| Stepping ~*~*~tactically~*~*~ (outnumbered).
 22645 | D:7      | 22645 ||| Stepping ~*~*~tactically~*~*~ (outnumbered).
 22647 | D:7      | 22647 ||| Stepping ~*~*~tactically~*~*~ (outnumbered).
 22649 | D:7      | 22649 ||| Stepping ~*~*~tactically~*~*~ (outnumbered).
 22651 | D:7      | 22651 ||| Stepping ~*~*~tactically~*~*~ (outnumbered).
 22653 | D:7      | 22653 ||| Stepping ~*~*~tactically~*~*~ (outnumbered).
 22655 | D:7      | 22655 ||| Stepping ~*~*~tactically~*~*~ (outnumbered).
 22657 | D:7      | 22657 ||| Stepping ~*~*~tactically~*~*~ (outnumbered).
 22659 | D:7      | 22659 ||| Stepping ~*~*~tactically~*~*~ (outnumbered).
 22661 | D:7      | 22661 ||| Stepping ~*~*~tactically~*~*~ (outnumbered).
 22663 | D:7      | 22663 ||| Stepping ~*~*~tactically~*~*~ (outnumbered).
 22665 | D:7      | 22665 ||| Stepping ~*~*~tactically~*~*~ (outnumbered).
 22667 | D:7      | 22667 ||| Stepping ~*~*~tactically~*~*~ (outnumbered).
 22669 | D:7      | 22669 ||| Stepping ~*~*~tactically~*~*~ (outnumbered).
 22671 | D:7      | 22671 ||| Stepping ~*~*~tactically~*~*~ (outnumbered).
 22673 | D:7      | 22673 ||| Stepping ~*~*~tactically~*~*~ (outnumbered).
 22675 | D:7      | 22675 ||| Stepping ~*~*~tactically~*~*~ (outnumbered).
 22677 | D:7      | 22677 ||| Stepping ~*~*~tactically~*~*~ (outnumbered).
 22679 | D:7      | 22679 ||| Stepping ~*~*~tactically~*~*~ (outnumbered).
 22681 | D:7      | 22681 ||| Stepping ~*~*~tactically~*~*~ (outnumbered).
 22683 | D:7      | 22683 ||| Stepping ~*~*~tactically~*~*~ (outnumbered).
 22685 | D:7      | 22685 ||| Stepping ~*~*~tactically~*~*~ (outnumbered).
 22687 | D:7      | 22687 ||| Stepping ~*~*~tactically~*~*~ (outnumbered).
 22689 | D:7      | 22689 ||| Stepping ~*~*~tactically~*~*~ (outnumbered).
 22691 | D:7      | 22691 ||| Stepping ~*~*~tactically~*~*~ (outnumbered).
 22693 | D:7      | 22693 ||| Stepping ~*~*~tactically~*~*~ (outnumbered).
 22695 | D:7      | 22695 ||| Stepping ~*~*~tactically~*~*~ (outnumbered).
 22697 | D:7      | 22697 ||| Stepping ~*~*~tactically~*~*~ (outnumbered).
 22699 | D:7      | 22699 ||| Stepping ~*~*~tactically~*~*~ (outnumbered).
 22701 | D:7      | 22701 ||| Stepping ~*~*~tactically~*~*~ (outnumbered).
 22703 | D:7      | 22703 ||| Stepping ~*~*~tactically~*~*~ (outnumbered).
 22705 | D:7      | 22705 ||| Stepping ~*~*~tactically~*~*~ (outnumbered).
 22707 | D:7      | 22707 ||| Stepping ~*~*~tactically~*~*~ (outnumbered).
 22709 | D:7      | 22709 ||| Stepping ~*~*~tactically~*~*~ (outnumbered).
 22711 | D:7      | 22711 ||| Stepping ~*~*~tactically~*~*~ (outnumbered).
 22713 | D:7      | 22713 ||| Stepping ~*~*~tactically~*~*~ (outnumbered).
 22715 | D:7      | 22715 ||| Stepping ~*~*~tactically~*~*~ (outnumbered).
 22717 | D:7      | 22717 ||| Stepping ~*~*~tactically~*~*~ (outnumbered).
 22719 | D:7      | 22719 ||| Stepping ~*~*~tactically~*~*~ (outnumbered).
 22721 | D:7      | 22721 ||| Stepping ~*~*~tactically~*~*~ (outnumbered).
 22723 | D:7      | 22723 ||| Stepping ~*~*~tactically~*~*~ (outnumbered).
 22725 | D:7      | 22725 ||| Stepping ~*~*~tactically~*~*~ (outnumbered).
 22727 | D:7      | 22727 ||| Stepping ~*~*~tactically~*~*~ (outnumbered).
 22729 | D:7      | 22729 ||| Stepping ~*~*~tactically~*~*~ (outnumbered).
 22731 | D:7      | 22731 ||| Stepping ~*~*~tactically~*~*~ (outnumbered).
 22733 | D:7      | 22733 ||| Stepping ~*~*~tactically~*~*~ (outnumbered).
 22735 | D:7      | 22735 ||| Stepping ~*~*~tactically~*~*~ (outnumbered).
 22737 | D:7      | 22737 ||| Stepping ~*~*~tactically~*~*~ (outnumbered).
 22739 | D:7      | 22739 ||| Stepping ~*~*~tactically~*~*~ (outnumbered).
 22741 | D:7      | 22741 ||| Stepping ~*~*~tactically~*~*~ (outnumbered).
 22743 | D:7      | 22743 ||| Stepping ~*~*~tactically~*~*~ (outnumbered).
 22745 | D:7      | 22745 ||| Stepping ~*~*~tactically~*~*~ (outnumbered).
 22747 | D:7      | 22747 ||| Stepping ~*~*~tactically~*~*~ (outnumbered).
 22749 | D:7      | 22749 ||| Stepping ~*~*~tactically~*~*~ (outnumbered).
 22751 | D:7      | 22751 ||| Stepping ~*~*~tactically~*~*~ (outnumbered).
 22753 | D:7      | 22753 ||| Stepping ~*~*~tactically~*~*~ (outnumbered).
 22755 | D:7      | 22755 ||| Stepping ~*~*~tactically~*~*~ (outnumbered).
 22757 | D:7      | 22757 ||| Stepping ~*~*~tactically~*~*~ (outnumbered).
 22759 | D:7      | 22759 ||| Stepping ~*~*~tactically~*~*~ (outnumbered).
 22761 | D:7      | 22761 ||| Stepping ~*~*~tactically~*~*~ (outnumbered).
 22763 | D:7      | 22763 ||| Stepping ~*~*~tactically~*~*~ (outnumbered).
 22765 | D:7      | 22765 ||| Stepping ~*~*~tactically~*~*~ (outnumbered).
 22767 | D:7      | 22767 ||| Stepping ~*~*~tactically~*~*~ (outnumbered).
 22769 | D:7      | 22769 ||| Stepping ~*~*~tactically~*~*~ (outnumbered).
 22771 | D:7      | 22771 ||| Stepping ~*~*~tactically~*~*~ (outnumbered).
 22773 | D:7      | 22773 ||| Stepping ~*~*~tactically~*~*~ (outnumbered).
 22775 | D:7      | 22775 ||| Stepping ~*~*~tactically~*~*~ (outnumbered).
 22777 | D:7      | 22777 ||| Stepping ~*~*~tactically~*~*~ (outnumbered).
 22779 | D:7      | 22779 ||| Stepping ~*~*~tactically~*~*~ (outnumbered).
 22781 | D:7      | 22781 ||| Stepping ~*~*~tactically~*~*~ (outnumbered).
 22783 | D:7      | 22783 ||| Stepping ~*~*~tactically~*~*~ (outnumbered).
 22785 | D:7      | 22785 ||| Stepping ~*~*~tactically~*~*~ (outnumbered).
 22787 | D:7      | 22787 ||| Stepping ~*~*~tactically~*~*~ (outnumbered).
 22789 | D:7      | 22789 ||| Stepping ~*~*~tactically~*~*~ (outnumbered).
 22791 | D:7      | 22791 ||| Stepping ~*~*~tactically~*~*~ (outnumbered).
 22793 | D:7      | 22793 ||| Stepping ~*~*~tactically~*~*~ (outnumbered).
 22795 | D:7      | 22795 ||| Stepping ~*~*~tactically~*~*~ (outnumbered).
 22797 | D:7      | 22797 ||| Stepping ~*~*~tactically~*~*~ (outnumbered).
 22799 | D:7      | 22799 ||| Stepping ~*~*~tactically~*~*~ (outnumbered).
 22801 | D:7      | 22801 ||| Stepping ~*~*~tactically~*~*~ (outnumbered).
 22803 | D:7      | 22803 ||| Stepping ~*~*~tactically~*~*~ (outnumbered).
 22805 | D:7      | 22805 ||| Stepping ~*~*~tactically~*~*~ (outnumbered).
 22807 | D:7      | 22807 ||| Stepping ~*~*~tactically~*~*~ (outnumbered).
 22809 | D:7      | 22809 ||| Stepping ~*~*~tactically~*~*~ (outnumbered).
 22811 | D:7      | 22811 ||| Stepping ~*~*~tactically~*~*~ (outnumbered).
 22813 | D:7      | 22813 ||| Stepping ~*~*~tactically~*~*~ (outnumbered).
 22815 | D:7      | 22815 ||| Stepping ~*~*~tactically~*~*~ (outnumbered).
 22817 | D:7      | 22817 ||| Stepping ~*~*~tactically~*~*~ (outnumbered).
 22819 | D:7      | 22819 ||| Stepping ~*~*~tactically~*~*~ (outnumbered).
 22821 | D:7      | 22821 ||| Stepping ~*~*~tactically~*~*~ (outnumbered).
 22823 | D:7      | 22823 ||| Stepping ~*~*~tactically~*~*~ (outnumbered).
 22825 | D:7      | 22825 ||| Stepping ~*~*~tactically~*~*~ (outnumbered).
 22827 | D:7      | 22827 ||| Stepping ~*~*~tactically~*~*~ (outnumbered).
 22829 | D:7      | 22829 ||| Stepping ~*~*~tactically~*~*~ (outnumbered).
 22831 | D:7      | 22831 ||| Stepping ~*~*~tactically~*~*~ (outnumbered).
 22833 | D:7      | 22833 ||| Stepping ~*~*~tactically~*~*~ (outnumbered).
 22835 | D:7      | 22835 ||| Stepping ~*~*~tactically~*~*~ (outnumbered).
 22837 | D:7      | 22837 ||| Stepping ~*~*~tactically~*~*~ (outnumbered).
 22839 | D:7      | 22839 ||| Stepping ~*~*~tactically~*~*~ (outnumbered).
 22841 | D:7      | 22841 ||| Stepping ~*~*~tactically~*~*~ (outnumbered).
 22843 | D:7      | 22843 ||| Stepping ~*~*~tactically~*~*~ (outnumbered).
 22845 | D:7      | 22845 ||| Stepping ~*~*~tactically~*~*~ (outnumbered).
 22847 | D:7      | 22847 ||| Stepping ~*~*~tactically~*~*~ (outnumbered).
 22849 | D:7      | 22849 ||| Stepping ~*~*~tactically~*~*~ (outnumbered).
 22851 | D:7      | 22851 ||| Stepping ~*~*~tactically~*~*~ (outnumbered).
 22853 | D:7      | 22853 ||| Stepping ~*~*~tactically~*~*~ (outnumbered).
 22855 | D:7      | 22855 ||| Stepping ~*~*~tactically~*~*~ (outnumbered).
 22857 | D:7      | 22857 ||| Stepping ~*~*~tactically~*~*~ (outnumbered).
 22859 | D:7      | 22859 ||| Stepping ~*~*~tactically~*~*~ (outnumbered).
 22861 | D:7      | 22861 ||| Stepping ~*~*~tactically~*~*~ (outnumbered).
 22863 | D:7      | 22863 ||| Stepping ~*~*~tactically~*~*~ (outnumbered).
 22865 | D:7      | 22865 ||| Stepping ~*~*~tactically~*~*~ (outnumbered).
 22867 | D:7      | 22867 ||| Stepping ~*~*~tactically~*~*~ (outnumbered).
 22869 | D:7      | 22869 ||| Stepping ~*~*~tactically~*~*~ (outnumbered).
 22871 | D:7      | 22871 ||| Stepping ~*~*~tactically~*~*~ (outnumbered).
 22873 | D:7      | 22873 ||| Stepping ~*~*~tactically~*~*~ (outnumbered).
 22875 | D:7      | 22875 ||| Stepping ~*~*~tactically~*~*~ (outnumbered).
 22877 | D:7      | 22877 ||| Stepping ~*~*~tactically~*~*~ (outnumbered).
 22879 | D:7      | 22879 ||| Stepping ~*~*~tactically~*~*~ (outnumbered).
 22881 | D:7      | 22881 ||| Stepping ~*~*~tactically~*~*~ (outnumbered).
 22883 | D:7      | 22883 ||| Stepping ~*~*~tactically~*~*~ (outnumbered).
 22885 | D:7      | 22885 ||| Stepping ~*~*~tactically~*~*~ (outnumbered).
 22887 | D:7      | 22887 ||| Stepping ~*~*~tactically~*~*~ (outnumbered).
 22889 | D:7      | 22889 ||| Stepping ~*~*~tactically~*~*~ (outnumbered).
 22891 | D:7      | 22891 ||| Stepping ~*~*~tactically~*~*~ (outnumbered).
 22893 | D:7      | 22893 ||| Stepping ~*~*~tactically~*~*~ (outnumbered).
 22895 | D:7      | 22895 ||| Stepping ~*~*~tactically~*~*~ (outnumbered).
 22897 | D:7      | 22897 ||| Stepping ~*~*~tactically~*~*~ (outnumbered).
 22899 | D:7      | 22899 ||| Stepping ~*~*~tactically~*~*~ (outnumbered).
 22901 | D:7      | 22901 ||| Stepping ~*~*~tactically~*~*~ (outnumbered).
 22903 | D:7      | 22903 ||| Stepping ~*~*~tactically~*~*~ (outnumbered).
 22905 | D:7      | 22905 ||| Stepping ~*~*~tactically~*~*~ (outnumbered).
 22907 | D:7      | 22907 ||| Stepping ~*~*~tactically~*~*~ (outnumbered).
 22909 | D:7      | 22909 ||| Stepping ~*~*~tactically~*~*~ (outnumbered).
 22911 | D:7      | 22911 ||| Stepping ~*~*~tactically~*~*~ (outnumbered).
 22913 | D:7      | 22913 ||| Stepping ~*~*~tactically~*~*~ (outnumbered).
 22915 | D:7      | 22915 ||| Stepping ~*~*~tactically~*~*~ (outnumbered).
 22917 | D:7      | 22917 ||| Stepping ~*~*~tactically~*~*~ (outnumbered).
 22919 | D:7      | 22919 ||| Stepping ~*~*~tactically~*~*~ (outnumbered).
 22921 | D:7      | 22921 ||| Stepping ~*~*~tactically~*~*~ (outnumbered).
 22923 | D:7      | 22923 ||| Stepping ~*~*~tactically~*~*~ (outnumbered).
 22925 | D:7      | 22925 ||| Stepping ~*~*~tactically~*~*~ (outnumbered).
 22927 | D:7      | 22927 ||| Stepping ~*~*~tactically~*~*~ (outnumbered).
 22929 | D:7      | 22929 ||| Stepping ~*~*~tactically~*~*~ (outnumbered).
 22931 | D:7      | 22931 ||| Stepping ~*~*~tactically~*~*~ (outnumbered).
 22933 | D:7      | 22933 ||| Stepping ~*~*~tactically~*~*~ (outnumbered).
 22935 | D:7      | 22935 ||| Stepping ~*~*~tactically~*~*~ (outnumbered).
 22937 | D:7      | 22937 ||| Stepping ~*~*~tactically~*~*~ (outnumbered).
 22939 | D:7      | 22939 ||| Stepping ~*~*~tactically~*~*~ (outnumbered).
 22941 | D:7      | 22941 ||| Stepping ~*~*~tactically~*~*~ (outnumbered).
 22943 | D:7      | 22943 ||| Stepping ~*~*~tactically~*~*~ (outnumbered).
 22945 | D:7      | 22945 ||| Stepping ~*~*~tactically~*~*~ (outnumbered).
 22947 | D:7      | 22947 ||| Stepping ~*~*~tactically~*~*~ (outnumbered).
 22949 | D:7      | 22949 ||| Stepping ~*~*~tactically~*~*~ (outnumbered).
 22951 | D:7      | 22951 ||| Stepping ~*~*~tactically~*~*~ (outnumbered).
 22953 | D:7      | 22953 ||| Stepping ~*~*~tactically~*~*~ (outnumbered).
 22955 | D:7      | 22955 ||| Stepping ~*~*~tactically~*~*~ (outnumbered).
 22957 | D:7      | 22957 ||| Stepping ~*~*~tactically~*~*~ (outnumbered).
 22959 | D:7      | 22959 ||| Stepping ~*~*~tactically~*~*~ (outnumbered).
 22961 | D:7      | 22961 ||| Stepping ~*~*~tactically~*~*~ (outnumbered).
 22963 | D:7      | 22963 ||| Stepping ~*~*~tactically~*~*~ (outnumbered).
 22965 | D:7      | 22965 ||| Stepping ~*~*~tactically~*~*~ (outnumbered).
 22967 | D:7      | 22967 ||| Stepping ~*~*~tactically~*~*~ (outnumbered).
 22969 | D:7      | 22969 ||| Stepping ~*~*~tactically~*~*~ (outnumbered).
 22971 | D:7      | 22971 ||| Stepping ~*~*~tactically~*~*~ (outnumbered).
 22973 | D:7      | 22973 ||| Stepping ~*~*~tactically~*~*~ (outnumbered).
 22975 | D:7      | 22975 ||| Stepping ~*~*~tactically~*~*~ (outnumbered).
 22977 | D:7      | 22977 ||| Stepping ~*~*~tactically~*~*~ (outnumbered).
 22979 | D:7      | 22979 ||| Stepping ~*~*~tactically~*~*~ (outnumbered).
 22981 | D:7      | 22981 ||| Stepping ~*~*~tactically~*~*~ (outnumbered).
 22983 | D:7      | 22983 ||| Stepping ~*~*~tactically~*~*~ (outnumbered).
 22985 | D:7      | 22985 ||| Stepping ~*~*~tactically~*~*~ (outnumbered).
 22987 | D:7      | 22987 ||| Stepping ~*~*~tactically~*~*~ (outnumbered).
 22989 | D:7      | 22989 ||| Stepping ~*~*~tactically~*~*~ (outnumbered).
 22991 | D:7      | 22991 ||| Stepping ~*~*~tactically~*~*~ (outnumbered).
 22993 | D:7      | 22993 ||| Stepping ~*~*~tactically~*~*~ (outnumbered).
 22995 | D:7      | 22995 ||| Stepping ~*~*~tactically~*~*~ (outnumbered).
 22997 | D:7      | 22997 ||| Stepping ~*~*~tactically~*~*~ (outnumbered).
 22999 | D:7      | 22999 ||| Stepping ~*~*~tactically~*~*~ (outnumbered).
 23001 | D:7      | 23001 ||| Stepping ~*~*~tactically~*~*~ (outnumbered).
 23003 | D:7      | 23003 ||| Stepping ~*~*~tactically~*~*~ (outnumbered).
 23005 | D:7      | 23005 ||| Stepping ~*~*~tactically~*~*~ (outnumbered).
 23007 | D:7      | 23007 ||| Stepping ~*~*~tactically~*~*~ (outnumbered).
 23009 | D:7      | 23009 ||| Stepping ~*~*~tactically~*~*~ (outnumbered).
 23011 | D:7      | 23011 ||| Stepping ~*~*~tactically~*~*~ (outnumbered).
 23013 | D:7      | 23013 ||| Stepping ~*~*~tactically~*~*~ (outnumbered).
 23015 | D:7      | 23015 ||| Stepping ~*~*~tactically~*~*~ (outnumbered).
 23017 | D:7      | 23017 ||| Stepping ~*~*~tactically~*~*~ (outnumbered).
 23019 | D:7      | 23019 ||| Stepping ~*~*~tactically~*~*~ (outnumbered).
 23021 | D:7      | 23021 ||| Stepping ~*~*~tactically~*~*~ (outnumbered).
 23023 | D:7      | 23023 ||| Stepping ~*~*~tactically~*~*~ (outnumbered).
 23025 | D:7      | 23025 ||| Stepping ~*~*~tactically~*~*~ (outnumbered).
 23027 | D:7      | 23027 ||| Stepping ~*~*~tactically~*~*~ (outnumbered).
 23029 | D:7      | 23029 ||| Stepping ~*~*~tactically~*~*~ (outnumbered).
 23031 | D:7      | 23031 ||| Stepping ~*~*~tactically~*~*~ (outnumbered).
 23033 | D:7      | 23033 ||| Stepping ~*~*~tactically~*~*~ (outnumbered).
 23035 | D:7      | 23035 ||| Stepping ~*~*~tactically~*~*~ (outnumbered).
 23037 | D:7      | 23037 ||| Stepping ~*~*~tactically~*~*~ (outnumbered).
 23039 | D:7      | 23039 ||| Stepping ~*~*~tactically~*~*~ (outnumbered).
 23041 | D:7      | 23041 ||| Stepping ~*~*~tactically~*~*~ (outnumbered).
 23043 | D:7      | 23043 ||| Stepping ~*~*~tactically~*~*~ (outnumbered).
 23045 | D:7      | 23045 ||| Stepping ~*~*~tactically~*~*~ (outnumbered).
 23047 | D:7      | 23047 ||| Stepping ~*~*~tactically~*~*~ (outnumbered).
 23049 | D:7      | 23049 ||| Stepping ~*~*~tactically~*~*~ (outnumbered).
 23051 | D:7      | 23051 ||| Stepping ~*~*~tactically~*~*~ (outnumbered).
 23053 | D:7      | 23053 ||| Stepping ~*~*~tactically~*~*~ (outnumbered).
 23055 | D:7      | 23055 ||| Stepping ~*~*~tactically~*~*~ (outnumbered).
 23057 | D:7      | 23057 ||| Stepping ~*~*~tactically~*~*~ (outnumbered).
 23059 | D:7      | 23059 ||| Stepping ~*~*~tactically~*~*~ (outnumbered).
 23061 | D:7      | 23061 ||| Stepping ~*~*~tactically~*~*~ (outnumbered).
 23063 | D:7      | 23063 ||| Stepping ~*~*~tactically~*~*~ (outnumbered).
 23065 | D:7      | 23065 ||| Stepping ~*~*~tactically~*~*~ (outnumbered).
 23067 | D:7      | 23067 ||| Stepping ~*~*~tactically~*~*~ (outnumbered).
 23069 | D:7      | 23069 ||| Stepping ~*~*~tactically~*~*~ (outnumbered).
 23071 | D:7      | 23071 ||| Stepping ~*~*~tactically~*~*~ (outnumbered).
 23073 | D:7      | 23073 ||| Stepping ~*~*~tactically~*~*~ (outnumbered).
 23075 | D:7      | 23075 ||| Stepping ~*~*~tactically~*~*~ (outnumbered).
 23077 | D:7      | 23077 ||| Stepping ~*~*~tactically~*~*~ (outnumbered).
 23079 | D:7      | 23079 ||| Stepping ~*~*~tactically~*~*~ (outnumbered).
 23081 | D:7      | 23081 ||| Stepping ~*~*~tactically~*~*~ (outnumbered).
 23083 | D:7      | 23083 ||| Stepping ~*~*~tactically~*~*~ (outnumbered).
 23085 | D:7      | 23085 ||| Stepping ~*~*~tactically~*~*~ (outnumbered).
 23087 | D:7      | 23087 ||| Stepping ~*~*~tactically~*~*~ (outnumbered).
 23089 | D:7      | 23089 ||| Stepping ~*~*~tactically~*~*~ (outnumbered).
 23091 | D:7      | 23091 ||| Stepping ~*~*~tactically~*~*~ (outnumbered).
 23093 | D:7      | 23093 ||| Stepping ~*~*~tactically~*~*~ (outnumbered).
 23095 | D:7      | 23095 ||| Stepping ~*~*~tactically~*~*~ (outnumbered).
 23097 | D:7      | 23097 ||| Stepping ~*~*~tactically~*~*~ (outnumbered).
 23099 | D:7      | 23099 ||| Stepping ~*~*~tactically~*~*~ (outnumbered).
 23101 | D:7      | 23101 ||| Stepping ~*~*~tactically~*~*~ (outnumbered).
 23103 | D:7      | 23103 ||| Stepping ~*~*~tactically~*~*~ (outnumbered).
 23105 | D:7      | 23105 ||| Stepping ~*~*~tactically~*~*~ (outnumbered).
 23107 | D:7      | 23107 ||| Stepping ~*~*~tactically~*~*~ (outnumbered).
 23109 | D:7      | 23109 ||| Stepping ~*~*~tactically~*~*~ (outnumbered).
 23111 | D:7      | 23111 ||| Stepping ~*~*~tactically~*~*~ (outnumbered).
 23113 | D:7      | 23113 ||| Stepping ~*~*~tactically~*~*~ (outnumbered).
 23115 | D:7      | 23115 ||| Stepping ~*~*~tactically~*~*~ (outnumbered).
 23117 | D:7      | 23117 ||| Stepping ~*~*~tactically~*~*~ (outnumbered).
 23119 | D:7      | 23119 ||| Stepping ~*~*~tactically~*~*~ (outnumbered).
 23121 | D:7      | 23121 ||| Stepping ~*~*~tactically~*~*~ (outnumbered).
 23123 | D:7      | 23123 ||| Stepping ~*~*~tactically~*~*~ (outnumbered).
 23125 | D:7      | 23125 ||| Stepping ~*~*~tactically~*~*~ (outnumbered).
 23127 | D:7      | 23127 ||| Stepping ~*~*~tactically~*~*~ (outnumbered).
 23129 | D:7      | 23129 ||| Stepping ~*~*~tactically~*~*~ (outnumbered).
 23131 | D:7      | 23131 ||| Stepping ~*~*~tactically~*~*~ (outnumbered).
 23133 | D:7      | 23133 ||| Stepping ~*~*~tactically~*~*~ (outnumbered).
 23135 | D:7      | 23135 ||| Stepping ~*~*~tactically~*~*~ (outnumbered).
 23137 | D:7      | 23137 ||| Stepping ~*~*~tactically~*~*~ (outnumbered).
 23139 | D:7      | 23139 ||| Stepping ~*~*~tactically~*~*~ (outnumbered).
 23141 | D:7      | 23141 ||| Stepping ~*~*~tactically~*~*~ (outnumbered).
 23143 | D:7      | 23143 ||| Stepping ~*~*~tactically~*~*~ (outnumbered).
 23145 | D:7      | 23145 ||| Stepping ~*~*~tactically~*~*~ (outnumbered).
 23147 | D:7      | 23147 ||| Stepping ~*~*~tactically~*~*~ (outnumbered).
 23149 | D:7      | 23149 ||| Stepping ~*~*~tactically~*~*~ (outnumbered).
 23151 | D:7      | 23151 ||| Stepping ~*~*~tactically~*~*~ (outnumbered).
 23153 | D:7      | 23153 ||| Stepping ~*~*~tactically~*~*~ (outnumbered).
 23155 | D:7      | 23155 ||| Stepping ~*~*~tactically~*~*~ (outnumbered).
 23157 | D:7      | 23157 ||| Stepping ~*~*~tactically~*~*~ (outnumbered).
 23159 | D:7      | 23159 ||| Stepping ~*~*~tactically~*~*~ (outnumbered).
 23161 | D:7      | 23161 ||| Stepping ~*~*~tactically~*~*~ (outnumbered).
 23163 | D:7      | 23163 ||| Stepping ~*~*~tactically~*~*~ (outnumbered).
 23165 | D:7      | 23165 ||| Stepping ~*~*~tactically~*~*~ (outnumbered).
 23167 | D:7      | 23167 ||| Stepping ~*~*~tactically~*~*~ (outnumbered).
 23169 | D:7      | 23169 ||| Stepping ~*~*~tactically~*~*~ (outnumbered).
 23171 | D:7      | 23171 ||| Stepping ~*~*~tactically~*~*~ (outnumbered).
 23173 | D:7      | 23173 ||| Stepping ~*~*~tactically~*~*~ (outnumbered).
 23175 | D:7      | 23175 ||| Stepping ~*~*~tactically~*~*~ (outnumbered).
 23177 | D:7      | 23177 ||| Stepping ~*~*~tactically~*~*~ (outnumbered).
 23179 | D:7      | 23179 ||| Stepping ~*~*~tactically~*~*~ (outnumbered).
 23181 | D:7      | 23181 ||| Stepping ~*~*~tactically~*~*~ (outnumbered).
 23183 | D:7      | 23183 ||| Stepping ~*~*~tactically~*~*~ (outnumbered).
 23185 | D:7      | 23185 ||| Stepping ~*~*~tactically~*~*~ (outnumbered).
 23187 | D:7      | 23187 ||| Stepping ~*~*~tactically~*~*~ (outnumbered).
 23189 | D:7      | 23189 ||| Stepping ~*~*~tactically~*~*~ (outnumbered).
 23191 | D:7      | 23191 ||| Stepping ~*~*~tactically~*~*~ (outnumbered).
 23193 | D:7      | 23193 ||| Stepping ~*~*~tactically~*~*~ (outnumbered).
 23195 | D:7      | 23195 ||| Stepping ~*~*~tactically~*~*~ (outnumbered).
 23197 | D:7      | 23197 ||| Stepping ~*~*~tactically~*~*~ (outnumbered).
 23199 | D:7      | 23199 ||| Stepping ~*~*~tactically~*~*~ (outnumbered).
 23201 | D:7      | 23201 ||| Stepping ~*~*~tactically~*~*~ (outnumbered).
 23203 | D:7      | 23203 ||| Stepping ~*~*~tactically~*~*~ (outnumbered).
 23205 | D:7      | 23205 ||| Stepping ~*~*~tactically~*~*~ (outnumbered).
 23207 | D:7      | 23207 ||| Stepping ~*~*~tactically~*~*~ (outnumbered).
 23209 | D:7      | 23209 ||| Stepping ~*~*~tactically~*~*~ (outnumbered).
 23211 | D:7      | 23211 ||| Stepping ~*~*~tactically~*~*~ (outnumbered).
 23213 | D:7      | 23213 ||| Stepping ~*~*~tactically~*~*~ (outnumbered).
 23215 | D:7      | 23215 ||| Stepping ~*~*~tactically~*~*~ (outnumbered).
 23217 | D:7      | 23217 ||| Stepping ~*~*~tactically~*~*~ (outnumbered).
 23219 | D:7      | 23219 ||| Stepping ~*~*~tactically~*~*~ (outnumbered).
 23221 | D:7      | 23221 ||| Stepping ~*~*~tactically~*~*~ (outnumbered).
 23223 | D:7      | 23223 ||| Stepping ~*~*~tactically~*~*~ (outnumbered).
 23225 | D:7      | 23225 ||| Stepping ~*~*~tactically~*~*~ (outnumbered).
 23227 | D:7      | 23227 ||| Stepping ~*~*~tactically~*~*~ (outnumbered).
 23229 | D:7      | 23229 ||| Stepping ~*~*~tactically~*~*~ (outnumbered).
 23231 | D:7      | 23231 ||| Stepping ~*~*~tactically~*~*~ (outnumbered).
 23233 | D:7      | 23233 ||| Stepping ~*~*~tactically~*~*~ (outnumbered).
 23235 | D:7      | 23235 ||| Stepping ~*~*~tactically~*~*~ (outnumbered).
 23237 | D:7      | 23237 ||| Stepping ~*~*~tactically~*~*~ (outnumbered).
 23239 | D:7      | 23239 ||| Stepping ~*~*~tactically~*~*~ (outnumbered).
 23241 | D:7      | 23241 ||| Stepping ~*~*~tactically~*~*~ (outnumbered).
 23243 | D:7      | 23243 ||| Stepping ~*~*~tactically~*~*~ (outnumbered).
 23245 | D:7      | 23245 ||| Stepping ~*~*~tactically~*~*~ (outnumbered).
 23247 | D:7      | 23247 ||| Stepping ~*~*~tactically~*~*~ (outnumbered).
 23249 | D:7      | 23249 ||| Stepping ~*~*~tactically~*~*~ (outnumbered).
 23251 | D:7      | 23251 ||| Stepping ~*~*~tactically~*~*~ (outnumbered).
 23253 | D:7      | 23253 ||| Stepping ~*~*~tactically~*~*~ (outnumbered).
 23255 | D:7      | 23255 ||| Stepping ~*~*~tactically~*~*~ (outnumbered).
 23257 | D:7      | 23257 ||| Stepping ~*~*~tactically~*~*~ (outnumbered).
 23259 | D:7      | 23259 ||| Stepping ~*~*~tactically~*~*~ (outnumbered).
 23261 | D:7      | 23261 ||| Stepping ~*~*~tactically~*~*~ (outnumbered).
 23263 | D:7      | 23263 ||| Stepping ~*~*~tactically~*~*~ (outnumbered).
 23265 | D:7      | 23265 ||| Stepping ~*~*~tactically~*~*~ (outnumbered).
 23267 | D:7      | 23267 ||| Stepping ~*~*~tactically~*~*~ (outnumbered).
 23269 | D:7      | 23269 ||| Stepping ~*~*~tactically~*~*~ (outnumbered).
 23271 | D:7      | 23271 ||| Stepping ~*~*~tactically~*~*~ (outnumbered).
 23273 | D:7      | 23273 ||| Stepping ~*~*~tactically~*~*~ (outnumbered).
 23275 | D:7      | 23275 ||| Stepping ~*~*~tactically~*~*~ (outnumbered).
 23277 | D:7      | 23277 ||| Stepping ~*~*~tactically~*~*~ (outnumbered).
 23279 | D:7      | 23279 ||| Stepping ~*~*~tactically~*~*~ (outnumbered).
 23281 | D:7      | 23281 ||| Stepping ~*~*~tactically~*~*~ (outnumbered).
 23283 | D:7      | 23283 ||| Stepping ~*~*~tactically~*~*~ (outnumbered).
 23285 | D:7      | 23285 ||| Stepping ~*~*~tactically~*~*~ (outnumbered).
 23287 | D:7      | 23287 ||| Stepping ~*~*~tactically~*~*~ (outnumbered).
 23289 | D:7      | 23289 ||| Stepping ~*~*~tactically~*~*~ (outnumbered).
 23291 | D:7      | 23291 ||| Stepping ~*~*~tactically~*~*~ (outnumbered).
 23293 | D:7      | 23293 ||| Stepping ~*~*~tactically~*~*~ (outnumbered).
 23295 | D:7      | 23295 ||| Stepping ~*~*~tactically~*~*~ (outnumbered).
 23297 | D:7      | 23297 ||| Stepping ~*~*~tactically~*~*~ (outnumbered).
 23299 | D:7      | 23299 ||| Stepping ~*~*~tactically~*~*~ (outnumbered).
 23301 | D:7      | 23301 ||| Stepping ~*~*~tactically~*~*~ (outnumbered).
 23303 | D:7      | 23303 ||| Stepping ~*~*~tactically~*~*~ (outnumbered).
 23305 | D:7      | 23305 ||| Stepping ~*~*~tactically~*~*~ (outnumbered).
 23307 | D:7      | 23307 ||| Stepping ~*~*~tactically~*~*~ (outnumbered).
 23309 | D:7      | 23309 ||| Stepping ~*~*~tactically~*~*~ (outnumbered).
 23311 | D:7      | 23311 ||| Stepping ~*~*~tactically~*~*~ (outnumbered).
 23313 | D:7      | 23313 ||| Stepping ~*~*~tactically~*~*~ (outnumbered).
 23315 | D:7      | 23315 ||| Stepping ~*~*~tactically~*~*~ (outnumbered).
 23317 | D:7      | 23317 ||| Stepping ~*~*~tactically~*~*~ (outnumbered).
 23319 | D:7      | 23319 ||| Stepping ~*~*~tactically~*~*~ (outnumbered).
 23321 | D:7      | 23321 ||| Stepping ~*~*~tactically~*~*~ (outnumbered).
 23323 | D:7      | 23323 ||| Stepping ~*~*~tactically~*~*~ (outnumbered).
 23325 | D:7      | 23325 ||| Stepping ~*~*~tactically~*~*~ (outnumbered).
 23327 | D:7      | 23327 ||| Stepping ~*~*~tactically~*~*~ (outnumbered).
 23329 | D:7      | 23329 ||| Stepping ~*~*~tactically~*~*~ (outnumbered).
 23331 | D:7      | 23331 ||| Stepping ~*~*~tactically~*~*~ (outnumbered).
 23333 | D:7      | 23333 ||| Stepping ~*~*~tactically~*~*~ (outnumbered).
 23335 | D:7      | 23335 ||| Stepping ~*~*~tactically~*~*~ (outnumbered).
 23337 | D:7      | 23337 ||| Stepping ~*~*~tactically~*~*~ (outnumbered).
 23339 | D:7      | 23339 ||| Stepping ~*~*~tactically~*~*~ (outnumbered).
 23341 | D:7      | 23341 ||| Stepping ~*~*~tactically~*~*~ (outnumbered).
 23343 | D:7      | 23343 ||| Stepping ~*~*~tactically~*~*~ (outnumbered).
 23345 | D:7      | 23345 ||| Stepping ~*~*~tactically~*~*~ (outnumbered).
 23347 | D:7      | 23347 ||| Stepping ~*~*~tactically~*~*~ (outnumbered).
 23349 | D:7      | 23349 ||| Stepping ~*~*~tactically~*~*~ (outnumbered).
 23351 | D:7      | 23351 ||| Stepping ~*~*~tactically~*~*~ (outnumbered).
 23353 | D:7      | 23353 ||| Stepping ~*~*~tactically~*~*~ (outnumbered).
 23355 | D:7      | 23355 ||| Stepping ~*~*~tactically~*~*~ (outnumbered).
 23357 | D:7      | 23357 ||| Stepping ~*~*~tactically~*~*~ (outnumbered).
 23359 | D:7      | 23359 ||| Stepping ~*~*~tactically~*~*~ (outnumbered).
 23361 | D:7      | 23361 ||| Stepping ~*~*~tactically~*~*~ (outnumbered).
 23363 | D:7      | 23363 ||| Stepping ~*~*~tactically~*~*~ (outnumbered).
 23365 | D:7      | 23365 ||| Stepping ~*~*~tactically~*~*~ (outnumbered).
 23367 | D:7      | 23367 ||| Stepping ~*~*~tactically~*~*~ (outnumbered).
 23369 | D:7      | 23369 ||| Stepping ~*~*~tactically~*~*~ (outnumbered).
 23371 | D:7      | 23371 ||| Stepping ~*~*~tactically~*~*~ (outnumbered).
 23373 | D:7      | 23373 ||| Stepping ~*~*~tactically~*~*~ (outnumbered).
 23375 | D:7      | 23375 ||| Stepping ~*~*~tactically~*~*~ (outnumbered).
 23377 | D:7      | 23377 ||| Stepping ~*~*~tactically~*~*~ (outnumbered).
 23379 | D:7      | 23379 ||| Stepping ~*~*~tactically~*~*~ (outnumbered).
 23381 | D:7      | 23381 ||| Stepping ~*~*~tactically~*~*~ (outnumbered).
 23383 | D:7      | 23383 ||| Stepping ~*~*~tactically~*~*~ (outnumbered).
 23385 | D:7      | 23385 ||| Stepping ~*~*~tactically~*~*~ (outnumbered).
 23387 | D:7      | 23387 ||| Stepping ~*~*~tactically~*~*~ (outnumbered).
 23389 | D:7      | 23389 ||| Stepping ~*~*~tactically~*~*~ (outnumbered).
 23391 | D:7      | 23391 ||| Stepping ~*~*~tactically~*~*~ (outnumbered).
 23393 | D:7      | 23393 ||| Stepping ~*~*~tactically~*~*~ (outnumbered).
 23395 | D:7      | 23395 ||| Stepping ~*~*~tactically~*~*~ (outnumbered).
 23397 | D:7      | 23397 ||| Stepping ~*~*~tactically~*~*~ (outnumbered).
 23399 | D:7      | 23399 ||| Stepping ~*~*~tactically~*~*~ (outnumbered).
 23401 | D:7      | 23401 ||| Stepping ~*~*~tactically~*~*~ (outnumbered).
 23403 | D:7      | 23403 ||| Stepping ~*~*~tactically~*~*~ (outnumbered).
 23405 | D:7      | 23405 ||| Stepping ~*~*~tactically~*~*~ (outnumbered).
 23407 | D:7      | 23407 ||| Stepping ~*~*~tactically~*~*~ (outnumbered).
 23409 | D:7      | 23409 ||| Stepping ~*~*~tactically~*~*~ (outnumbered).
 23411 | D:7      | 23411 ||| Stepping ~*~*~tactically~*~*~ (outnumbered).
 23413 | D:7      | 23413 ||| Stepping ~*~*~tactically~*~*~ (outnumbered).
 23415 | D:7      | 23415 ||| Stepping ~*~*~tactically~*~*~ (outnumbered).
 23417 | D:7      | 23417 ||| Stepping ~*~*~tactically~*~*~ (outnumbered).
 23419 | D:7      | 23419 ||| Stepping ~*~*~tactically~*~*~ (outnumbered).
 23421 | D:7      | 23421 ||| Stepping ~*~*~tactically~*~*~ (outnumbered).
 23423 | D:7      | 23423 ||| Stepping ~*~*~tactically~*~*~ (outnumbered).
 23425 | D:7      | 23425 ||| Stepping ~*~*~tactically~*~*~ (outnumbered).
 23427 | D:7      | 23427 ||| Stepping ~*~*~tactically~*~*~ (outnumbered).
 23429 | D:7      | 23429 ||| Stepping ~*~*~tactically~*~*~ (outnumbered).
 23431 | D:7      | 23431 ||| Stepping ~*~*~tactically~*~*~ (outnumbered).
 23433 | D:7      | 23433 ||| Stepping ~*~*~tactically~*~*~ (outnumbered).
 23435 | D:7      | 23435 ||| Stepping ~*~*~tactically~*~*~ (outnumbered).
 23437 | D:7      | 23437 ||| Stepping ~*~*~tactically~*~*~ (outnumbered).
 23439 | D:7      | 23439 ||| Stepping ~*~*~tactically~*~*~ (outnumbered).
 23441 | D:7      | 23441 ||| Stepping ~*~*~tactically~*~*~ (outnumbered).
 23443 | D:7      | 23443 ||| Stepping ~*~*~tactically~*~*~ (outnumbered).
 23445 | D:7      | 23445 ||| Stepping ~*~*~tactically~*~*~ (outnumbered).
 23447 | D:7      | 23447 ||| Stepping ~*~*~tactically~*~*~ (outnumbered).
 23449 | D:7      | 23449 ||| Stepping ~*~*~tactically~*~*~ (outnumbered).
 23451 | D:7      | 23451 ||| Stepping ~*~*~tactically~*~*~ (outnumbered).
 23453 | D:7      | 23453 ||| Stepping ~*~*~tactically~*~*~ (outnumbered).
 23455 | D:7      | 23455 ||| Stepping ~*~*~tactically~*~*~ (outnumbered).
 23457 | D:7      | 23457 ||| Stepping ~*~*~tactically~*~*~ (outnumbered).
 23459 | D:7      | 23459 ||| Stepping ~*~*~tactically~*~*~ (outnumbered).
 23461 | D:7      | 23461 ||| Stepping ~*~*~tactically~*~*~ (outnumbered).
 23463 | D:7      | 23463 ||| Stepping ~*~*~tactically~*~*~ (outnumbered).
 23465 | D:7      | 23465 ||| Stepping ~*~*~tactically~*~*~ (outnumbered).
 23467 | D:7      | 23467 ||| Stepping ~*~*~tactically~*~*~ (outnumbered).
 23469 | D:7      | 23469 ||| Stepping ~*~*~tactically~*~*~ (outnumbered).
 23471 | D:7      | 23471 ||| Stepping ~*~*~tactically~*~*~ (outnumbered).
 23473 | D:7      | 23473 ||| Stepping ~*~*~tactically~*~*~ (outnumbered).
 23475 | D:7      | 23475 ||| Stepping ~*~*~tactically~*~*~ (outnumbered).
 23477 | D:7      | 23477 ||| Stepping ~*~*~tactically~*~*~ (outnumbered).
 23479 | D:7      | 23479 ||| Stepping ~*~*~tactically~*~*~ (outnumbered).
 23481 | D:7      | 23481 ||| Stepping ~*~*~tactically~*~*~ (outnumbered).
 23483 | D:7      | 23483 ||| Stepping ~*~*~tactically~*~*~ (outnumbered).
 23485 | D:7      | 23485 ||| Stepping ~*~*~tactically~*~*~ (outnumbered).
 23487 | D:7      | 23487 ||| Stepping ~*~*~tactically~*~*~ (outnumbered).
 23489 | D:7      | 23489 ||| Stepping ~*~*~tactically~*~*~ (outnumbered).
 23491 | D:7      | 23491 ||| Stepping ~*~*~tactically~*~*~ (outnumbered).
 23493 | D:7      | 23493 ||| Stepping ~*~*~tactically~*~*~ (outnumbered).
 23495 | D:7      | 23495 ||| Stepping ~*~*~tactically~*~*~ (outnumbered).
 23497 | D:7      | 23497 ||| Stepping ~*~*~tactically~*~*~ (outnumbered).
 23499 | D:7      | 23499 ||| Stepping ~*~*~tactically~*~*~ (outnumbered).
 23501 | D:7      | 23501 ||| Stepping ~*~*~tactically~*~*~ (outnumbered).
 23503 | D:7      | 23503 ||| Stepping ~*~*~tactically~*~*~ (outnumbered).
 23505 | D:7      | 23505 ||| Stepping ~*~*~tactically~*~*~ (outnumbered).
 23507 | D:7      | 23507 ||| Stepping ~*~*~tactically~*~*~ (outnumbered).
 23509 | D:7      | 23509 ||| Stepping ~*~*~tactically~*~*~ (outnumbered).
 23511 | D:7      | 23511 ||| Stepping ~*~*~tactically~*~*~ (outnumbered).
 23513 | D:7      | 23513 ||| Stepping ~*~*~tactically~*~*~ (outnumbered).
 23515 | D:7      | 23515 ||| Stepping ~*~*~tactically~*~*~ (outnumbered).
 23517 | D:7      | 23517 ||| Stepping ~*~*~tactically~*~*~ (outnumbered).
 23519 | D:7      | 23519 ||| Stepping ~*~*~tactically~*~*~ (outnumbered).
 23521 | D:7      | 23521 ||| Stepping ~*~*~tactically~*~*~ (outnumbered).
 23523 | D:7      | 23523 ||| Stepping ~*~*~tactically~*~*~ (outnumbered).
 23525 | D:7      | 23525 ||| Stepping ~*~*~tactically~*~*~ (outnumbered).
 23527 | D:7      | 23527 ||| Stepping ~*~*~tactically~*~*~ (outnumbered).
 23529 | D:7      | 23529 ||| Stepping ~*~*~tactically~*~*~ (outnumbered).
 23531 | D:7      | 23531 ||| Stepping ~*~*~tactically~*~*~ (outnumbered).
 23533 | D:7      | 23533 ||| Stepping ~*~*~tactically~*~*~ (outnumbered).
 23535 | D:7      | 23535 ||| Stepping ~*~*~tactically~*~*~ (outnumbered).
 23537 | D:7      | 23537 ||| Stepping ~*~*~tactically~*~*~ (outnumbered).
 23539 | D:7      | 23539 ||| Stepping ~*~*~tactically~*~*~ (outnumbered).
 23541 | D:7      | 23541 ||| Stepping ~*~*~tactically~*~*~ (outnumbered).
 23543 | D:7      | 23543 ||| Stepping ~*~*~tactically~*~*~ (outnumbered).
 23545 | D:7      | 23545 ||| Stepping ~*~*~tactically~*~*~ (outnumbered).
 23547 | D:7      | 23547 ||| Stepping ~*~*~tactically~*~*~ (outnumbered).
 23549 | D:7      | 23549 ||| Stepping ~*~*~tactically~*~*~ (outnumbered).
 23551 | D:7      | 23551 ||| Stepping ~*~*~tactically~*~*~ (outnumbered).
 23553 | D:7      | 23553 ||| Stepping ~*~*~tactically~*~*~ (outnumbered).
 23555 | D:7      | 23555 ||| Stepping ~*~*~tactically~*~*~ (outnumbered).
 23557 | D:7      | 23557 ||| Stepping ~*~*~tactically~*~*~ (outnumbered).
 23559 | D:7      | 23559 ||| Stepping ~*~*~tactically~*~*~ (outnumbered).
 23561 | D:7      | 23561 ||| Stepping ~*~*~tactically~*~*~ (outnumbered).
 23563 | D:7      | 23563 ||| Stepping ~*~*~tactically~*~*~ (outnumbered).
 23565 | D:7      | 23565 ||| Stepping ~*~*~tactically~*~*~ (outnumbered).
 23567 | D:7      | 23567 ||| Stepping ~*~*~tactically~*~*~ (outnumbered).
 23569 | D:7      | 23569 ||| Stepping ~*~*~tactically~*~*~ (outnumbered).
 23571 | D:7      | 23571 ||| Stepping ~*~*~tactically~*~*~ (outnumbered).
 23573 | D:7      | 23573 ||| Stepping ~*~*~tactically~*~*~ (outnumbered).
 23575 | D:7      | 23575 ||| Stepping ~*~*~tactically~*~*~ (outnumbered).
 23577 | D:7      | 23577 ||| Stepping ~*~*~tactically~*~*~ (outnumbered).
 23579 | D:7      | 23579 ||| Stepping ~*~*~tactically~*~*~ (outnumbered).
 23581 | D:7      | 23581 ||| Stepping ~*~*~tactically~*~*~ (outnumbered).
 23583 | D:7      | 23583 ||| Stepping ~*~*~tactically~*~*~ (outnumbered).
 23585 | D:7      | 23585 ||| Stepping ~*~*~tactically~*~*~ (outnumbered).
 23587 | D:7      | 23587 ||| Stepping ~*~*~tactically~*~*~ (outnumbered).
 23589 | D:7      | 23589 ||| Stepping ~*~*~tactically~*~*~ (outnumbered).
 23591 | D:7      | 23591 ||| Stepping ~*~*~tactically~*~*~ (outnumbered).
 23593 | D:7      | 23593 ||| Stepping ~*~*~tactically~*~*~ (outnumbered).
 23595 | D:7      | 23595 ||| Stepping ~*~*~tactically~*~*~ (outnumbered).
 23597 | D:7      | 23597 ||| Stepping ~*~*~tactically~*~*~ (outnumbered).
 23599 | D:7      | 23599 ||| Stepping ~*~*~tactically~*~*~ (outnumbered).
 23601 | D:7      | 23601 ||| Stepping ~*~*~tactically~*~*~ (outnumbered).
 23603 | D:7      | 23603 ||| Stepping ~*~*~tactically~*~*~ (outnumbered).
 23605 | D:7      | 23605 ||| Stepping ~*~*~tactically~*~*~ (outnumbered).
 23607 | D:7      | 23607 ||| Stepping ~*~*~tactically~*~*~ (outnumbered).
 23609 | D:7      | 23609 ||| Stepping ~*~*~tactically~*~*~ (outnumbered).
 23611 | D:7      | 23611 ||| Stepping ~*~*~tactically~*~*~ (outnumbered).
 23613 | D:7      | 23613 ||| Stepping ~*~*~tactically~*~*~ (outnumbered).
 23615 | D:7      | 23615 ||| Stepping ~*~*~tactically~*~*~ (outnumbered).
 23617 | D:7      | 23617 ||| Stepping ~*~*~tactically~*~*~ (outnumbered).
 23619 | D:7      | 23619 ||| Stepping ~*~*~tactically~*~*~ (outnumbered).
 23621 | D:7      | 23621 ||| Stepping ~*~*~tactically~*~*~ (outnumbered).
 23623 | D:7      | 23623 ||| Stepping ~*~*~tactically~*~*~ (outnumbered).
 23625 | D:7      | 23625 ||| Stepping ~*~*~tactically~*~*~ (outnumbered).
 23627 | D:7      | 23627 ||| Stepping ~*~*~tactically~*~*~ (outnumbered).
 23629 | D:7      | 23629 ||| Stepping ~*~*~tactically~*~*~ (outnumbered).
 23631 | D:7      | 23631 ||| Stepping ~*~*~tactically~*~*~ (outnumbered).
 23633 | D:7      | 23633 ||| Stepping ~*~*~tactically~*~*~ (outnumbered).
 23635 | D:7      | 23635 ||| Stepping ~*~*~tactically~*~*~ (outnumbered).
 23637 | D:7      | 23637 ||| Stepping ~*~*~tactically~*~*~ (outnumbered).
 23639 | D:7      | 23639 ||| Stepping ~*~*~tactically~*~*~ (outnumbered).
 23641 | D:7      | 23641 ||| Stepping ~*~*~tactically~*~*~ (outnumbered).
 23643 | D:7      | 23643 ||| Stepping ~*~*~tactically~*~*~ (outnumbered).
 23645 | D:7      | 23645 ||| Stepping ~*~*~tactically~*~*~ (outnumbered).
 23647 | D:7      | 23647 ||| Stepping ~*~*~tactically~*~*~ (outnumbered).
 23649 | D:7      | 23649 ||| Stepping ~*~*~tactically~*~*~ (outnumbered).
 23651 | D:7      | 23651 ||| Stepping ~*~*~tactically~*~*~ (outnumbered).
 23653 | D:7      | 23653 ||| Stepping ~*~*~tactically~*~*~ (outnumbered).
 23655 | D:7      | 23655 ||| Stepping ~*~*~tactically~*~*~ (outnumbered).
 23657 | D:7      | 23657 ||| Stepping ~*~*~tactically~*~*~ (outnumbered).
 23659 | D:7      | 23659 ||| Stepping ~*~*~tactically~*~*~ (outnumbered).
 23661 | D:7      | 23661 ||| Stepping ~*~*~tactically~*~*~ (outnumbered).
 23663 | D:7      | 23663 ||| Stepping ~*~*~tactically~*~*~ (outnumbered).
 23665 | D:7      | 23665 ||| Stepping ~*~*~tactically~*~*~ (outnumbered).
 23667 | D:7      | 23667 ||| Stepping ~*~*~tactically~*~*~ (outnumbered).
 23669 | D:7      | 23669 ||| Stepping ~*~*~tactically~*~*~ (outnumbered).
 23671 | D:7      | 23671 ||| Stepping ~*~*~tactically~*~*~ (outnumbered).
 23673 | D:7      | 23673 ||| Stepping ~*~*~tactically~*~*~ (outnumbered).
 23675 | D:7      | 23675 ||| Stepping ~*~*~tactically~*~*~ (outnumbered).
 23677 | D:7      | 23677 ||| Stepping ~*~*~tactically~*~*~ (outnumbered).
 23679 | D:7      | 23679 ||| Stepping ~*~*~tactically~*~*~ (outnumbered).
 23681 | D:7      | 23681 ||| Stepping ~*~*~tactically~*~*~ (outnumbered).
 23683 | D:7      | 23683 ||| Stepping ~*~*~tactically~*~*~ (outnumbered).
 23685 | D:7      | 23685 ||| Stepping ~*~*~tactically~*~*~ (outnumbered).
 23687 | D:7      | 23687 ||| Stepping ~*~*~tactically~*~*~ (outnumbered).
 23689 | D:7      | 23689 ||| Stepping ~*~*~tactically~*~*~ (outnumbered).
 23691 | D:7      | 23691 ||| Stepping ~*~*~tactically~*~*~ (outnumbered).
 23693 | D:7      | 23693 ||| Stepping ~*~*~tactically~*~*~ (outnumbered).
 23695 | D:7      | 23695 ||| Stepping ~*~*~tactically~*~*~ (outnumbered).
 23697 | D:7      | 23697 ||| Stepping ~*~*~tactically~*~*~ (outnumbered).
 23699 | D:7      | 23699 ||| Stepping ~*~*~tactically~*~*~ (outnumbered).
 23701 | D:7      | 23701 ||| Stepping ~*~*~tactically~*~*~ (outnumbered).
 23703 | D:7      | 23703 ||| Stepping ~*~*~tactically~*~*~ (outnumbered).
 23705 | D:7      | 23705 ||| Stepping ~*~*~tactically~*~*~ (outnumbered).
 23707 | D:7      | 23707 ||| Stepping ~*~*~tactically~*~*~ (outnumbered).
 23709 | D:7      | 23709 ||| Stepping ~*~*~tactically~*~*~ (outnumbered).
 23711 | D:7      | 23711 ||| Stepping ~*~*~tactically~*~*~ (outnumbered).
 23713 | D:7      | 23713 ||| Stepping ~*~*~tactically~*~*~ (outnumbered).
 23715 | D:7      | 23715 ||| Stepping ~*~*~tactically~*~*~ (outnumbered).
 23717 | D:7      | 23717 ||| Stepping ~*~*~tactically~*~*~ (outnumbered).
 23719 | D:7      | 23719 ||| Stepping ~*~*~tactically~*~*~ (outnumbered).
 23721 | D:7      | 23721 ||| Stepping ~*~*~tactically~*~*~ (outnumbered).
 23723 | D:7      | 23723 ||| Stepping ~*~*~tactically~*~*~ (outnumbered).
 23725 | D:7      | 23725 ||| Stepping ~*~*~tactically~*~*~ (outnumbered).
 23727 | D:7      | 23727 ||| Stepping ~*~*~tactically~*~*~ (outnumbered).
 23729 | D:7      | 23729 ||| Stepping ~*~*~tactically~*~*~ (outnumbered).
 23731 | D:7      | 23731 ||| Stepping ~*~*~tactically~*~*~ (outnumbered).
 23733 | D:7      | 23733 ||| Stepping ~*~*~tactically~*~*~ (outnumbered).
 23735 | D:7      | 23735 ||| Stepping ~*~*~tactically~*~*~ (outnumbered).
 23737 | D:7      | 23737 ||| Stepping ~*~*~tactically~*~*~ (outnumbered).
 23739 | D:7      | 23739 ||| Stepping ~*~*~tactically~*~*~ (outnumbered).
 23741 | D:7      | 23741 ||| Stepping ~*~*~tactically~*~*~ (outnumbered).
 23743 | D:7      | 23743 ||| Stepping ~*~*~tactically~*~*~ (outnumbered).
 23745 | D:7      | 23745 ||| Stepping ~*~*~tactically~*~*~ (outnumbered).
 23747 | D:7      | 23747 ||| Stepping ~*~*~tactically~*~*~ (outnumbered).
 23749 | D:7      | 23749 ||| Stepping ~*~*~tactically~*~*~ (outnumbered).
 23751 | D:7      | 23751 ||| Stepping ~*~*~tactically~*~*~ (outnumbered).
 23753 | D:7      | 23753 ||| Stepping ~*~*~tactically~*~*~ (outnumbered).
 23755 | D:7      | 23755 ||| Stepping ~*~*~tactically~*~*~ (outnumbered).
 23757 | D:7      | 23757 ||| Stepping ~*~*~tactically~*~*~ (outnumbered).
 23759 | D:7      | 23759 ||| Stepping ~*~*~tactically~*~*~ (outnumbered).
 23761 | D:7      | 23761 ||| Stepping ~*~*~tactically~*~*~ (outnumbered).
 23763 | D:7      | 23763 ||| Stepping ~*~*~tactically~*~*~ (outnumbered).
 23765 | D:7      | 23765 ||| Stepping ~*~*~tactically~*~*~ (outnumbered).
 23767 | D:7      | 23767 ||| Stepping ~*~*~tactically~*~*~ (outnumbered).
 23769 | D:7      | 23769 ||| Stepping ~*~*~tactically~*~*~ (outnumbered).
 23771 | D:7      | 23771 ||| Stepping ~*~*~tactically~*~*~ (outnumbered).
 23773 | D:7      | 23773 ||| Stepping ~*~*~tactically~*~*~ (outnumbered).
 23775 | D:7      | 23775 ||| Stepping ~*~*~tactically~*~*~ (outnumbered).
 23777 | D:7      | 23777 ||| Stepping ~*~*~tactically~*~*~ (outnumbered).
 23779 | D:7      | 23779 ||| Stepping ~*~*~tactically~*~*~ (outnumbered).
 23781 | D:7      | 23781 ||| Stepping ~*~*~tactically~*~*~ (outnumbered).
 23783 | D:7      | 23783 ||| Stepping ~*~*~tactically~*~*~ (outnumbered).
 23785 | D:7      | 23785 ||| Stepping ~*~*~tactically~*~*~ (outnumbered).
 23787 | D:7      | 23787 ||| Stepping ~*~*~tactically~*~*~ (outnumbered).
 23789 | D:7      | 23789 ||| Stepping ~*~*~tactically~*~*~ (outnumbered).
 23791 | D:7      | 23791 ||| Stepping ~*~*~tactically~*~*~ (outnumbered).
 23793 | D:7      | 23793 ||| Stepping ~*~*~tactically~*~*~ (outnumbered).
 23795 | D:7      | 23795 ||| Stepping ~*~*~tactically~*~*~ (outnumbered).
 23797 | D:7      | 23797 ||| Stepping ~*~*~tactically~*~*~ (outnumbered).
 23799 | D:7      | 23799 ||| Stepping ~*~*~tactically~*~*~ (outnumbered).
 23801 | D:7      | 23801 ||| Stepping ~*~*~tactically~*~*~ (outnumbered).
 23803 | D:7      | 23803 ||| Stepping ~*~*~tactically~*~*~ (outnumbered).
 23805 | D:7      | 23805 ||| Stepping ~*~*~tactically~*~*~ (outnumbered).
 23807 | D:7      | 23807 ||| Stepping ~*~*~tactically~*~*~ (outnumbered).
 23809 | D:7      | 23809 ||| Stepping ~*~*~tactically~*~*~ (outnumbered).
 23811 | D:7      | 23811 ||| Stepping ~*~*~tactically~*~*~ (outnumbered).
 23813 | D:7      | 23813 ||| Stepping ~*~*~tactically~*~*~ (outnumbered).
 23815 | D:7      | 23815 ||| Stepping ~*~*~tactically~*~*~ (outnumbered).
 23817 | D:7      | 23817 ||| Stepping ~*~*~tactically~*~*~ (outnumbered).
 23819 | D:7      | 23819 ||| Stepping ~*~*~tactically~*~*~ (outnumbered).
 23821 | D:7      | 23821 ||| Stepping ~*~*~tactically~*~*~ (outnumbered).
 23823 | D:7      | 23823 ||| Stepping ~*~*~tactically~*~*~ (outnumbered).
 23825 | D:7      | 23825 ||| Stepping ~*~*~tactically~*~*~ (outnumbered).
 23827 | D:7      | 23827 ||| Stepping ~*~*~tactically~*~*~ (outnumbered).
 23829 | D:7      | 23829 ||| Stepping ~*~*~tactically~*~*~ (outnumbered).
 23831 | D:7      | 23831 ||| Stepping ~*~*~tactically~*~*~ (outnumbered).
 23833 | D:7      | 23833 ||| Stepping ~*~*~tactically~*~*~ (outnumbered).
 23835 | D:7      | 23835 ||| Stepping ~*~*~tactically~*~*~ (outnumbered).
 23837 | D:7      | 23837 ||| Stepping ~*~*~tactically~*~*~ (outnumbered).
 23839 | D:7      | 23839 ||| Stepping ~*~*~tactically~*~*~ (outnumbered).
 23841 | D:7      | 23841 ||| Stepping ~*~*~tactically~*~*~ (outnumbered).
 23843 | D:7      | 23843 ||| Stepping ~*~*~tactically~*~*~ (outnumbered).
 23845 | D:7      | 23845 ||| Stepping ~*~*~tactically~*~*~ (outnumbered).
 23847 | D:7      | 23847 ||| Stepping ~*~*~tactically~*~*~ (outnumbered).
 23849 | D:7      | 23849 ||| Stepping ~*~*~tactically~*~*~ (outnumbered).
 23851 | D:7      | 23851 ||| Stepping ~*~*~tactically~*~*~ (outnumbered).
 23853 | D:7      | 23853 ||| Stepping ~*~*~tactically~*~*~ (outnumbered).
 23855 | D:7      | 23855 ||| Stepping ~*~*~tactically~*~*~ (outnumbered).
 23857 | D:7      | 23857 ||| Stepping ~*~*~tactically~*~*~ (outnumbered).
 23859 | D:7      | 23859 ||| Stepping ~*~*~tactically~*~*~ (outnumbered).
 23861 | D:7      | 23861 ||| Stepping ~*~*~tactically~*~*~ (outnumbered).
 23863 | D:7      | 23863 ||| Stepping ~*~*~tactically~*~*~ (outnumbered).
 23865 | D:7      | 23865 ||| Stepping ~*~*~tactically~*~*~ (outnumbered).
 23867 | D:7      | 23867 ||| Stepping ~*~*~tactically~*~*~ (outnumbered).
 23869 | D:7      | 23869 ||| Stepping ~*~*~tactically~*~*~ (outnumbered).
 23871 | D:7      | 23871 ||| Stepping ~*~*~tactically~*~*~ (outnumbered).
 23873 | D:7      | 23873 ||| Stepping ~*~*~tactically~*~*~ (outnumbered).
 23875 | D:7      | 23875 ||| Stepping ~*~*~tactically~*~*~ (outnumbered).
 23877 | D:7      | 23877 ||| Stepping ~*~*~tactically~*~*~ (outnumbered).
 23879 | D:7      | 23879 ||| Stepping ~*~*~tactically~*~*~ (outnumbered).
 23881 | D:7      | 23881 ||| Stepping ~*~*~tactically~*~*~ (outnumbered).
 23883 | D:7      | 23883 ||| Stepping ~*~*~tactically~*~*~ (outnumbered).
 23885 | D:7      | 23885 ||| Stepping ~*~*~tactically~*~*~ (outnumbered).
 23887 | D:7      | 23887 ||| Stepping ~*~*~tactically~*~*~ (outnumbered).
 23889 | D:7      | 23889 ||| Stepping ~*~*~tactically~*~*~ (outnumbered).
 23891 | D:7      | 23891 ||| Stepping ~*~*~tactically~*~*~ (outnumbered).
 23893 | D:7      | 23893 ||| Stepping ~*~*~tactically~*~*~ (outnumbered).
 23895 | D:7      | 23895 ||| Stepping ~*~*~tactically~*~*~ (outnumbered).
 23897 | D:7      | 23897 ||| Stepping ~*~*~tactically~*~*~ (outnumbered).
 23899 | D:7      | 23899 ||| Stepping ~*~*~tactically~*~*~ (outnumbered).
 23901 | D:7      | 23901 ||| Stepping ~*~*~tactically~*~*~ (outnumbered).
 23903 | D:7      | 23903 ||| Stepping ~*~*~tactically~*~*~ (outnumbered).
 23905 | D:7      | 23905 ||| Stepping ~*~*~tactically~*~*~ (outnumbered).
 23907 | D:7      | 23907 ||| Stepping ~*~*~tactically~*~*~ (outnumbered).
 23909 | D:7      | 23909 ||| Stepping ~*~*~tactically~*~*~ (outnumbered).
 23911 | D:7      | 23911 ||| Stepping ~*~*~tactically~*~*~ (outnumbered).
 23913 | D:7      | 23913 ||| Stepping ~*~*~tactically~*~*~ (outnumbered).
 23915 | D:7      | 23915 ||| Stepping ~*~*~tactically~*~*~ (outnumbered).
 23917 | D:7      | 23917 ||| Stepping ~*~*~tactically~*~*~ (outnumbered).
 23919 | D:7      | 23919 ||| Stepping ~*~*~tactically~*~*~ (outnumbered).
 23921 | D:7      | 23921 ||| Stepping ~*~*~tactically~*~*~ (outnumbered).
 23923 | D:7      | 23923 ||| Stepping ~*~*~tactically~*~*~ (outnumbered).
 23925 | D:7      | 23925 ||| Stepping ~*~*~tactically~*~*~ (outnumbered).
 23927 | D:7      | 23927 ||| Stepping ~*~*~tactically~*~*~ (outnumbered).
 23929 | D:7      | 23929 ||| Stepping ~*~*~tactically~*~*~ (outnumbered).
 23931 | D:7      | 23931 ||| Stepping ~*~*~tactically~*~*~ (outnumbered).
 23933 | D:7      | 23933 ||| Stepping ~*~*~tactically~*~*~ (outnumbered).
 23935 | D:7      | 23935 ||| Stepping ~*~*~tactically~*~*~ (outnumbered).
 23937 | D:7      | 23937 ||| Stepping ~*~*~tactically~*~*~ (outnumbered).
 23939 | D:7      | 23939 ||| Stepping ~*~*~tactically~*~*~ (outnumbered).
 23941 | D:7      | 23941 ||| Stepping ~*~*~tactically~*~*~ (outnumbered).
 23943 | D:7      | 23943 ||| Stepping ~*~*~tactically~*~*~ (outnumbered).
 23945 | D:7      | 23945 ||| Stepping ~*~*~tactically~*~*~ (outnumbered).
 23947 | D:7      | 23947 ||| Stepping ~*~*~tactically~*~*~ (outnumbered).
 23949 | D:7      | 23949 ||| Stepping ~*~*~tactically~*~*~ (outnumbered).
 23951 | D:7      | 23951 ||| Stepping ~*~*~tactically~*~*~ (outnumbered).
 23953 | D:7      | 23953 ||| Stepping ~*~*~tactically~*~*~ (outnumbered).
 23955 | D:7      | 23955 ||| Stepping ~*~*~tactically~*~*~ (outnumbered).
 23957 | D:7      | 23957 ||| Stepping ~*~*~tactically~*~*~ (outnumbered).
 23959 | D:7      | 23959 ||| Stepping ~*~*~tactically~*~*~ (outnumbered).
 23961 | D:7      | 23961 ||| Stepping ~*~*~tactically~*~*~ (outnumbered).
 23963 | D:7      | 23963 ||| Stepping ~*~*~tactically~*~*~ (outnumbered).
 23965 | D:7      | 23965 ||| Stepping ~*~*~tactically~*~*~ (outnumbered).
 23967 | D:7      | 23967 ||| Stepping ~*~*~tactically~*~*~ (outnumbered).
 23969 | D:7      | 23969 ||| Stepping ~*~*~tactically~*~*~ (outnumbered).
 23971 | D:7      | 23971 ||| Stepping ~*~*~tactically~*~*~ (outnumbered).
 23973 | D:7      | 23973 ||| Stepping ~*~*~tactically~*~*~ (outnumbered).
 23975 | D:7      | 23975 ||| Stepping ~*~*~tactically~*~*~ (outnumbered).
 23977 | D:7      | 23977 ||| Stepping ~*~*~tactically~*~*~ (outnumbered).
 23979 | D:7      | 23979 ||| Stepping ~*~*~tactically~*~*~ (outnumbered).
 23981 | D:7      | 23981 ||| Stepping ~*~*~tactically~*~*~ (outnumbered).
 23983 | D:7      | 23983 ||| Stepping ~*~*~tactically~*~*~ (outnumbered).
 23985 | D:7      | 23985 ||| Stepping ~*~*~tactically~*~*~ (outnumbered).
 23987 | D:7      | 23987 ||| Stepping ~*~*~tactically~*~*~ (outnumbered).
 23989 | D:7      | 23989 ||| Stepping ~*~*~tactically~*~*~ (outnumbered).
 23991 | D:7      | 23991 ||| Stepping ~*~*~tactically~*~*~ (outnumbered).
 23993 | D:7      | 23993 ||| Stepping ~*~*~tactically~*~*~ (outnumbered).
 23995 | D:7      | 23995 ||| Stepping ~*~*~tactically~*~*~ (outnumbered).
 23997 | D:7      | 23997 ||| Stepping ~*~*~tactically~*~*~ (outnumbered).
 23999 | D:7      | 23999 ||| Stepping ~*~*~tactically~*~*~ (outnumbered).
 24001 | D:7      | 24001 ||| Stepping ~*~*~tactically~*~*~ (outnumbered).
 24003 | D:7      | 24003 ||| Stepping ~*~*~tactically~*~*~ (outnumbered).
 24005 | D:7      | 24005 ||| Stepping ~*~*~tactically~*~*~ (outnumbered).
 24007 | D:7      | 24007 ||| Stepping ~*~*~tactically~*~*~ (outnumbered).
 24009 | D:7      | 24009 ||| Stepping ~*~*~tactically~*~*~ (outnumbered).
 24011 | D:7      | 24011 ||| Stepping ~*~*~tactically~*~*~ (outnumbered).
 24013 | D:7      | 24013 ||| Stepping ~*~*~tactically~*~*~ (outnumbered).
 24015 | D:7      | 24015 ||| Stepping ~*~*~tactically~*~*~ (outnumbered).
 24017 | D:7      | 24017 ||| Stepping ~*~*~tactically~*~*~ (outnumbered).
 24019 | D:7      | 24019 ||| Stepping ~*~*~tactically~*~*~ (outnumbered).
 24021 | D:7      | 24021 ||| Stepping ~*~*~tactically~*~*~ (outnumbered).
 24023 | D:7      | 24023 ||| Stepping ~*~*~tactically~*~*~ (outnumbered).
 24025 | D:7      | 24025 ||| Stepping ~*~*~tactically~*~*~ (outnumbered).
 24027 | D:7      | 24027 ||| Stepping ~*~*~tactically~*~*~ (outnumbered).
 24029 | D:7      | 24029 ||| Stepping ~*~*~tactically~*~*~ (outnumbered).
 24031 | D:7      | 24031 ||| Stepping ~*~*~tactically~*~*~ (outnumbered).
 24033 | D:7      | 24033 ||| Stepping ~*~*~tactically~*~*~ (outnumbered).
 24035 | D:7      | 24035 ||| Stepping ~*~*~tactically~*~*~ (outnumbered).
 24037 | D:7      | 24037 ||| Stepping ~*~*~tactically~*~*~ (outnumbered).
 24039 | D:7      | 24039 ||| Stepping ~*~*~tactically~*~*~ (outnumbered).
 24041 | D:7      | 24041 ||| Stepping ~*~*~tactically~*~*~ (outnumbered).
 24043 | D:7      | 24043 ||| Stepping ~*~*~tactically~*~*~ (outnumbered).
 24045 | D:7      | 24045 ||| Stepping ~*~*~tactically~*~*~ (outnumbered).
 24047 | D:7      | 24047 ||| Stepping ~*~*~tactically~*~*~ (outnumbered).
 24049 | D:7      | 24049 ||| Stepping ~*~*~tactically~*~*~ (outnumbered).
 24051 | D:7      | 24051 ||| Stepping ~*~*~tactically~*~*~ (outnumbered).
 24053 | D:7      | 24053 ||| Stepping ~*~*~tactically~*~*~ (outnumbered).
 24055 | D:7      | 24055 ||| Stepping ~*~*~tactically~*~*~ (outnumbered).
 24057 | D:7      | 24057 ||| Stepping ~*~*~tactically~*~*~ (outnumbered).
 24059 | D:7      | 24059 ||| Stepping ~*~*~tactically~*~*~ (outnumbered).
 24061 | D:7      | 24061 ||| Stepping ~*~*~tactically~*~*~ (outnumbered).
 24063 | D:7      | 24063 ||| Stepping ~*~*~tactically~*~*~ (outnumbered).
 24065 | D:7      | 24065 ||| Stepping ~*~*~tactically~*~*~ (outnumbered).
 24067 | D:7      | 24067 ||| Stepping ~*~*~tactically~*~*~ (outnumbered).
 24069 | D:7      | 24069 ||| Stepping ~*~*~tactically~*~*~ (outnumbered).
 24071 | D:7      | 24071 ||| Stepping ~*~*~tactically~*~*~ (outnumbered).
 24073 | D:7      | 24073 ||| Stepping ~*~*~tactically~*~*~ (outnumbered).
 24075 | D:7      | 24075 ||| Stepping ~*~*~tactically~*~*~ (outnumbered).
 24077 | D:7      | 24077 ||| Stepping ~*~*~tactically~*~*~ (outnumbered).
 24079 | D:7      | 24079 ||| Stepping ~*~*~tactically~*~*~ (outnumbered).
 24081 | D:7      | 24081 ||| Stepping ~*~*~tactically~*~*~ (outnumbered).
 24083 | D:7      | 24083 ||| Stepping ~*~*~tactically~*~*~ (outnumbered).
 24085 | D:7      | 24085 ||| Stepping ~*~*~tactically~*~*~ (outnumbered).
 24087 | D:7      | 24087 ||| Stepping ~*~*~tactically~*~*~ (outnumbered).
 24089 | D:7      | 24089 ||| Stepping ~*~*~tactically~*~*~ (outnumbered).
 24091 | D:7      | 24091 ||| Stepping ~*~*~tactically~*~*~ (outnumbered).
 24093 | D:7      | 24093 ||| Stepping ~*~*~tactically~*~*~ (outnumbered).
 24095 | D:7      | 24095 ||| Stepping ~*~*~tactically~*~*~ (outnumbered).
 24097 | D:7      | 24097 ||| Stepping ~*~*~tactically~*~*~ (outnumbered).
 24099 | D:7      | 24099 ||| Stepping ~*~*~tactically~*~*~ (outnumbered).
 24101 | D:7      | 24101 ||| Stepping ~*~*~tactically~*~*~ (outnumbered).
 24103 | D:7      | 24103 ||| Stepping ~*~*~tactically~*~*~ (outnumbered).
 24105 | D:7      | 24105 ||| Stepping ~*~*~tactically~*~*~ (outnumbered).
 24107 | D:7      | 24107 ||| Stepping ~*~*~tactically~*~*~ (outnumbered).
 24109 | D:7      | 24109 ||| Stepping ~*~*~tactically~*~*~ (outnumbered).
 24111 | D:7      | 24111 ||| Stepping ~*~*~tactically~*~*~ (outnumbered).
 24113 | D:7      | 24113 ||| Stepping ~*~*~tactically~*~*~ (outnumbered).
 24115 | D:7      | 24115 ||| Stepping ~*~*~tactically~*~*~ (outnumbered).
 24117 | D:7      | 24117 ||| Stepping ~*~*~tactically~*~*~ (outnumbered).
 24119 | D:7      | 24119 ||| Stepping ~*~*~tactically~*~*~ (outnumbered).
 24121 | D:7      | 24121 ||| Stepping ~*~*~tactically~*~*~ (outnumbered).
 24123 | D:7      | 24123 ||| Stepping ~*~*~tactically~*~*~ (outnumbered).
 24125 | D:7      | 24125 ||| Stepping ~*~*~tactically~*~*~ (outnumbered).
 24127 | D:7      | 24127 ||| Stepping ~*~*~tactically~*~*~ (outnumbered).
 24129 | D:7      | 24129 ||| Stepping ~*~*~tactically~*~*~ (outnumbered).
 24131 | D:7      | 24131 ||| Stepping ~*~*~tactically~*~*~ (outnumbered).
 24133 | D:7      | 24133 ||| Stepping ~*~*~tactically~*~*~ (outnumbered).
 24135 | D:7      | 24135 ||| Stepping ~*~*~tactically~*~*~ (outnumbered).
 24137 | D:7      | 24137 ||| Stepping ~*~*~tactically~*~*~ (outnumbered).
 24139 | D:7      | 24139 ||| Stepping ~*~*~tactically~*~*~ (outnumbered).
 24141 | D:7      | 24141 ||| Stepping ~*~*~tactically~*~*~ (outnumbered).
 24143 | D:7      | 24143 ||| Stepping ~*~*~tactically~*~*~ (outnumbered).
 24145 | D:7      | 24145 ||| Stepping ~*~*~tactically~*~*~ (outnumbered).
 24147 | D:7      | 24147 ||| Stepping ~*~*~tactically~*~*~ (outnumbered).
 24149 | D:7      | 24149 ||| Stepping ~*~*~tactically~*~*~ (outnumbered).
 24151 | D:7      | 24151 ||| Stepping ~*~*~tactically~*~*~ (outnumbered).
 24153 | D:7      | 24153 ||| Stepping ~*~*~tactically~*~*~ (outnumbered).
 24155 | D:7      | 24155 ||| Stepping ~*~*~tactically~*~*~ (outnumbered).
 24157 | D:7      | 24157 ||| Stepping ~*~*~tactically~*~*~ (outnumbered).
 24159 | D:7      | 24159 ||| Stepping ~*~*~tactically~*~*~ (outnumbered).
 24161 | D:7      | 24161 ||| Stepping ~*~*~tactically~*~*~ (outnumbered).
 24163 | D:7      | 24163 ||| Stepping ~*~*~tactically~*~*~ (outnumbered).
 24165 | D:7      | 24165 ||| Stepping ~*~*~tactically~*~*~ (outnumbered).
 24167 | D:7      | 24167 ||| Stepping ~*~*~tactically~*~*~ (outnumbered).
 24169 | D:7      | 24169 ||| Stepping ~*~*~tactically~*~*~ (outnumbered).
 24171 | D:7      | 24171 ||| Stepping ~*~*~tactically~*~*~ (outnumbered).
 24173 | D:7      | 24173 ||| Stepping ~*~*~tactically~*~*~ (outnumbered).
 24175 | D:7      | 24175 ||| Stepping ~*~*~tactically~*~*~ (outnumbered).
 24177 | D:7      | 24177 ||| Stepping ~*~*~tactically~*~*~ (outnumbered).
 24179 | D:7      | 24179 ||| Stepping ~*~*~tactically~*~*~ (outnumbered).
 24181 | D:7      | 24181 ||| Stepping ~*~*~tactically~*~*~ (outnumbered).
 24183 | D:7      | 24183 ||| Stepping ~*~*~tactically~*~*~ (outnumbered).
 24185 | D:7      | 24185 ||| Stepping ~*~*~tactically~*~*~ (outnumbered).
 24187 | D:7      | 24187 ||| Stepping ~*~*~tactically~*~*~ (outnumbered).
 24189 | D:7      | 24189 ||| Stepping ~*~*~tactically~*~*~ (outnumbered).
 24191 | D:7      | 24191 ||| Stepping ~*~*~tactically~*~*~ (outnumbered).
 24193 | D:7      | 24193 ||| Stepping ~*~*~tactically~*~*~ (outnumbered).
 24195 | D:7      | 24195 ||| Stepping ~*~*~tactically~*~*~ (outnumbered).
 24197 | D:7      | 24197 ||| Stepping ~*~*~tactically~*~*~ (outnumbered).
 24199 | D:7      | 24199 ||| Stepping ~*~*~tactically~*~*~ (outnumbered).
 24201 | D:7      | 24201 ||| Stepping ~*~*~tactically~*~*~ (outnumbered).
 24203 | D:7      | 24203 ||| Stepping ~*~*~tactically~*~*~ (outnumbered).
 24205 | D:7      | 24205 ||| Stepping ~*~*~tactically~*~*~ (outnumbered).
 24207 | D:7      | 24207 ||| Stepping ~*~*~tactically~*~*~ (outnumbered).
 24209 | D:7      | 24209 ||| Stepping ~*~*~tactically~*~*~ (outnumbered).
 24211 | D:7      | 24211 ||| Stepping ~*~*~tactically~*~*~ (outnumbered).
 24213 | D:7      | 24213 ||| Stepping ~*~*~tactically~*~*~ (outnumbered).
 24215 | D:7      | 24215 ||| Stepping ~*~*~tactically~*~*~ (outnumbered).
 24217 | D:7      | 24217 ||| Stepping ~*~*~tactically~*~*~ (outnumbered).
 24219 | D:7      | 24219 ||| Stepping ~*~*~tactically~*~*~ (outnumbered).
 24221 | D:7      | 24221 ||| Stepping ~*~*~tactically~*~*~ (outnumbered).
 24223 | D:7      | 24223 ||| Stepping ~*~*~tactically~*~*~ (outnumbered).
 24225 | D:7      | 24225 ||| Stepping ~*~*~tactically~*~*~ (outnumbered).
 24227 | D:7      | 24227 ||| Stepping ~*~*~tactically~*~*~ (outnumbered).
 24229 | D:7      | 24229 ||| Stepping ~*~*~tactically~*~*~ (outnumbered).
 24231 | D:7      | 24231 ||| Stepping ~*~*~tactically~*~*~ (outnumbered).
 24233 | D:7      | 24233 ||| Stepping ~*~*~tactically~*~*~ (outnumbered).
 24235 | D:7      | 24235 ||| Stepping ~*~*~tactically~*~*~ (outnumbered).
 24237 | D:7      | 24237 ||| Stepping ~*~*~tactically~*~*~ (outnumbered).
 24239 | D:7      | 24239 ||| Stepping ~*~*~tactically~*~*~ (outnumbered).
 24241 | D:7      | 24241 ||| Stepping ~*~*~tactically~*~*~ (outnumbered).
 24243 | D:7      | 24243 ||| Stepping ~*~*~tactically~*~*~ (outnumbered).
 24245 | D:7      | 24245 ||| Stepping ~*~*~tactically~*~*~ (outnumbered).
 24247 | D:7      | 24247 ||| Stepping ~*~*~tactically~*~*~ (outnumbered).
 24249 | D:7      | 24249 ||| Stepping ~*~*~tactically~*~*~ (outnumbered).
 24251 | D:7      | 24251 ||| Stepping ~*~*~tactically~*~*~ (outnumbered).
 24253 | D:7      | 24253 ||| Stepping ~*~*~tactically~*~*~ (outnumbered).
 24255 | D:7      | 24255 ||| Stepping ~*~*~tactically~*~*~ (outnumbered).
 24257 | D:7      | 24257 ||| Stepping ~*~*~tactically~*~*~ (outnumbered).
 24259 | D:7      | 24259 ||| Stepping ~*~*~tactically~*~*~ (outnumbered).
 24261 | D:7      | 24261 ||| Stepping ~*~*~tactically~*~*~ (outnumbered).
 24263 | D:7      | 24263 ||| Stepping ~*~*~tactically~*~*~ (outnumbered).
 24265 | D:7      | 24265 ||| Stepping ~*~*~tactically~*~*~ (outnumbered).
 24267 | D:7      | 24267 ||| Stepping ~*~*~tactically~*~*~ (outnumbered).
 24269 | D:7      | 24269 ||| Stepping ~*~*~tactically~*~*~ (outnumbered).
 24271 | D:7      | 24271 ||| Stepping ~*~*~tactically~*~*~ (outnumbered).
 24273 | D:7      | 24273 ||| Stepping ~*~*~tactically~*~*~ (outnumbered).
 24275 | D:7      | 24275 ||| Stepping ~*~*~tactically~*~*~ (outnumbered).
 24277 | D:7      | 24277 ||| Stepping ~*~*~tactically~*~*~ (outnumbered).
 24279 | D:7      | 24279 ||| Stepping ~*~*~tactically~*~*~ (outnumbered).
 24281 | D:7      | 24281 ||| Stepping ~*~*~tactically~*~*~ (outnumbered).
 24283 | D:7      | 24283 ||| Stepping ~*~*~tactically~*~*~ (outnumbered).
 24285 | D:7      | 24285 ||| Stepping ~*~*~tactically~*~*~ (outnumbered).
 24287 | D:7      | 24287 ||| Stepping ~*~*~tactically~*~*~ (outnumbered).
 24289 | D:7      | 24289 ||| Stepping ~*~*~tactically~*~*~ (outnumbered).
 24291 | D:7      | 24291 ||| Stepping ~*~*~tactically~*~*~ (outnumbered).
 24293 | D:7      | 24293 ||| Stepping ~*~*~tactically~*~*~ (outnumbered).
 24295 | D:7      | 24295 ||| Stepping ~*~*~tactically~*~*~ (outnumbered).
 24297 | D:7      | 24297 ||| Stepping ~*~*~tactically~*~*~ (outnumbered).
 24299 | D:7      | 24299 ||| Stepping ~*~*~tactically~*~*~ (outnumbered).
 24301 | D:7      | 24301 ||| Stepping ~*~*~tactically~*~*~ (outnumbered).
 24303 | D:7      | 24303 ||| Stepping ~*~*~tactically~*~*~ (outnumbered).
 24305 | D:7      | 24305 ||| Stepping ~*~*~tactically~*~*~ (outnumbered).
 24307 | D:7      | 24307 ||| Stepping ~*~*~tactically~*~*~ (outnumbered).
 24309 | D:7      | 24309 ||| Stepping ~*~*~tactically~*~*~ (outnumbered).
 24311 | D:7      | 24311 ||| Stepping ~*~*~tactically~*~*~ (outnumbered).
 24313 | D:7      | 24313 ||| Stepping ~*~*~tactically~*~*~ (outnumbered).
 24315 | D:7      | 24315 ||| Stepping ~*~*~tactically~*~*~ (outnumbered).
 24317 | D:7      | 24317 ||| Stepping ~*~*~tactically~*~*~ (outnumbered).
 24319 | D:7      | 24319 ||| Stepping ~*~*~tactically~*~*~ (outnumbered).
 24321 | D:7      | 24321 ||| Stepping ~*~*~tactically~*~*~ (outnumbered).
 24323 | D:7      | 24323 ||| Stepping ~*~*~tactically~*~*~ (outnumbered).
 24325 | D:7      | 24325 ||| Stepping ~*~*~tactically~*~*~ (outnumbered).
 24327 | D:7      | 24327 ||| Stepping ~*~*~tactically~*~*~ (outnumbered).
 24329 | D:7      | 24329 ||| Stepping ~*~*~tactically~*~*~ (outnumbered).
 24331 | D:7      | 24331 ||| Stepping ~*~*~tactically~*~*~ (outnumbered).
 24333 | D:7      | 24333 ||| Stepping ~*~*~tactically~*~*~ (outnumbered).
 24335 | D:7      | 24335 ||| Stepping ~*~*~tactically~*~*~ (outnumbered).
 24337 | D:7      | 24337 ||| Stepping ~*~*~tactically~*~*~ (outnumbered).
 24339 | D:7      | 24339 ||| Stepping ~*~*~tactically~*~*~ (outnumbered).
 24341 | D:7      | 24341 ||| Stepping ~*~*~tactically~*~*~ (outnumbered).
 24343 | D:7      | 24343 ||| Stepping ~*~*~tactically~*~*~ (outnumbered).
 24345 | D:7      | 24345 ||| Stepping ~*~*~tactically~*~*~ (outnumbered).
 24347 | D:7      | 24347 ||| Stepping ~*~*~tactically~*~*~ (outnumbered).
 24349 | D:7      | 24349 ||| Stepping ~*~*~tactically~*~*~ (outnumbered).
 24351 | D:7      | 24351 ||| Stepping ~*~*~tactically~*~*~ (outnumbered).
 24353 | D:7      | 24353 ||| Stepping ~*~*~tactically~*~*~ (outnumbered).
 24355 | D:7      | 24355 ||| Stepping ~*~*~tactically~*~*~ (outnumbered).
 24357 | D:7      | 24357 ||| Stepping ~*~*~tactically~*~*~ (outnumbered).
 24359 | D:7      | 24359 ||| Stepping ~*~*~tactically~*~*~ (outnumbered).
 24361 | D:7      | 24361 ||| Stepping ~*~*~tactically~*~*~ (outnumbered).
 24363 | D:7      | 24363 ||| Stepping ~*~*~tactically~*~*~ (outnumbered).
 24365 | D:7      | 24365 ||| Stepping ~*~*~tactically~*~*~ (outnumbered).
 24367 | D:7      | 24367 ||| Stepping ~*~*~tactically~*~*~ (outnumbered).
 24369 | D:7      | 24369 ||| Stepping ~*~*~tactically~*~*~ (outnumbered).
 24371 | D:7      | 24371 ||| Stepping ~*~*~tactically~*~*~ (outnumbered).
 24373 | D:7      | 24373 ||| Stepping ~*~*~tactically~*~*~ (outnumbered).
 24375 | D:7      | 24375 ||| Stepping ~*~*~tactically~*~*~ (outnumbered).
 24377 | D:7      | 24377 ||| Stepping ~*~*~tactically~*~*~ (outnumbered).
 24379 | D:7      | 24379 ||| Stepping ~*~*~tactically~*~*~ (outnumbered).
 24381 | D:7      | 24381 ||| Stepping ~*~*~tactically~*~*~ (outnumbered).
 24383 | D:7      | 24383 ||| Stepping ~*~*~tactically~*~*~ (outnumbered).
 24385 | D:7      | 24385 ||| Stepping ~*~*~tactically~*~*~ (outnumbered).
 24387 | D:7      | 24387 ||| Stepping ~*~*~tactically~*~*~ (outnumbered).
 24389 | D:7      | 24389 ||| Stepping ~*~*~tactically~*~*~ (outnumbered).
 24391 | D:7      | 24391 ||| Stepping ~*~*~tactically~*~*~ (outnumbered).
 24393 | D:7      | 24393 ||| Stepping ~*~*~tactically~*~*~ (outnumbered).
 24395 | D:7      | 24395 ||| Stepping ~*~*~tactically~*~*~ (outnumbered).
 24397 | D:7      | 24397 ||| Stepping ~*~*~tactically~*~*~ (outnumbered).
 24399 | D:7      | 24399 ||| Stepping ~*~*~tactically~*~*~ (outnumbered).
 24401 | D:7      | 24401 ||| Stepping ~*~*~tactically~*~*~ (outnumbered).
 24403 | D:7      | 24403 ||| Stepping ~*~*~tactically~*~*~ (outnumbered).
 24405 | D:7      | 24405 ||| Stepping ~*~*~tactically~*~*~ (outnumbered).
 24407 | D:7      | 24407 ||| Stepping ~*~*~tactically~*~*~ (outnumbered).
 24409 | D:7      | 24409 ||| Stepping ~*~*~tactically~*~*~ (outnumbered).
 24411 | D:7      | 24411 ||| Stepping ~*~*~tactically~*~*~ (outnumbered).
 24413 | D:7      | 24413 ||| Stepping ~*~*~tactically~*~*~ (outnumbered).
 24415 | D:7      | 24415 ||| Stepping ~*~*~tactically~*~*~ (outnumbered).
 24417 | D:7      | 24417 ||| Stepping ~*~*~tactically~*~*~ (outnumbered).
 24419 | D:7      | 24419 ||| Stepping ~*~*~tactically~*~*~ (outnumbered).
 24421 | D:7      | 24421 ||| Stepping ~*~*~tactically~*~*~ (outnumbered).
 24423 | D:7      | 24423 ||| Stepping ~*~*~tactically~*~*~ (outnumbered).
 24425 | D:7      | 24425 ||| Stepping ~*~*~tactically~*~*~ (outnumbered).
 24427 | D:7      | 24427 ||| Stepping ~*~*~tactically~*~*~ (outnumbered).
 24429 | D:7      | 24429 ||| Stepping ~*~*~tactically~*~*~ (outnumbered).
 24431 | D:7      | 24431 ||| Stepping ~*~*~tactically~*~*~ (outnumbered).
 24433 | D:7      | 24433 ||| Stepping ~*~*~tactically~*~*~ (outnumbered).
 24435 | D:7      | 24435 ||| Stepping ~*~*~tactically~*~*~ (outnumbered).
 24437 | D:7      | 24437 ||| Stepping ~*~*~tactically~*~*~ (outnumbered).
 24439 | D:7      | 24439 ||| Stepping ~*~*~tactically~*~*~ (outnumbered).
 24441 | D:7      | 24441 ||| Stepping ~*~*~tactically~*~*~ (outnumbered).
 24443 | D:7      | 24443 ||| Stepping ~*~*~tactically~*~*~ (outnumbered).
 24445 | D:7      | 24445 ||| Stepping ~*~*~tactically~*~*~ (outnumbered).
 24447 | D:7      | 24447 ||| Stepping ~*~*~tactically~*~*~ (outnumbered).
 24449 | D:7      | 24449 ||| Stepping ~*~*~tactically~*~*~ (outnumbered).
 24451 | D:7      | 24451 ||| Stepping ~*~*~tactically~*~*~ (outnumbered).
 24453 | D:7      | 24453 ||| Stepping ~*~*~tactically~*~*~ (outnumbered).
 24455 | D:7      | 24455 ||| Stepping ~*~*~tactically~*~*~ (outnumbered).
 24457 | D:7      | 24457 ||| Stepping ~*~*~tactically~*~*~ (outnumbered).
 24459 | D:7      | 24459 ||| Stepping ~*~*~tactically~*~*~ (outnumbered).
 24461 | D:7      | 24461 ||| Stepping ~*~*~tactically~*~*~ (outnumbered).
 24463 | D:7      | 24463 ||| Stepping ~*~*~tactically~*~*~ (outnumbered).
 24465 | D:7      | 24465 ||| Stepping ~*~*~tactically~*~*~ (outnumbered).
 24467 | D:7      | 24467 ||| Stepping ~*~*~tactically~*~*~ (outnumbered).
 24469 | D:7      | 24469 ||| Stepping ~*~*~tactically~*~*~ (outnumbered).
 24471 | D:7      | 24471 ||| Stepping ~*~*~tactically~*~*~ (outnumbered).
 24473 | D:7      | 24473 ||| Stepping ~*~*~tactically~*~*~ (outnumbered).
 24475 | D:7      | 24475 ||| Stepping ~*~*~tactically~*~*~ (outnumbered).
 24477 | D:7      | 24477 ||| Stepping ~*~*~tactically~*~*~ (outnumbered).
 24479 | D:7      | 24479 ||| Stepping ~*~*~tactically~*~*~ (outnumbered).
 24481 | D:7      | 24481 ||| Stepping ~*~*~tactically~*~*~ (outnumbered).
 24483 | D:7      | 24483 ||| Stepping ~*~*~tactically~*~*~ (outnumbered).
 24485 | D:7      | 24485 ||| Stepping ~*~*~tactically~*~*~ (outnumbered).
 24487 | D:7      | 24487 ||| Stepping ~*~*~tactically~*~*~ (outnumbered).
 24489 | D:7      | 24489 ||| Stepping ~*~*~tactically~*~*~ (outnumbered).
 24491 | D:7      | 24491 ||| Stepping ~*~*~tactically~*~*~ (outnumbered).
 24493 | D:7      | 24493 ||| Stepping ~*~*~tactically~*~*~ (outnumbered).
 24495 | D:7      | 24495 ||| Stepping ~*~*~tactically~*~*~ (outnumbered).
 24497 | D:7      | 24497 ||| Stepping ~*~*~tactically~*~*~ (outnumbered).
 24499 | D:7      | 24499 ||| Stepping ~*~*~tactically~*~*~ (outnumbered).
 24501 | D:7      | 24501 ||| Stepping ~*~*~tactically~*~*~ (outnumbered).
 24503 | D:7      | 24503 ||| Stepping ~*~*~tactically~*~*~ (outnumbered).
 24505 | D:7      | 24505 ||| Stepping ~*~*~tactically~*~*~ (outnumbered).
 24507 | D:7      | 24507 ||| Stepping ~*~*~tactically~*~*~ (outnumbered).
 24509 | D:7      | 24509 ||| Stepping ~*~*~tactically~*~*~ (outnumbered).
 24511 | D:7      | 24511 ||| Stepping ~*~*~tactically~*~*~ (outnumbered).
 24513 | D:7      | 24513 ||| Stepping ~*~*~tactically~*~*~ (outnumbered).
 24515 | D:7      | 24515 ||| Stepping ~*~*~tactically~*~*~ (outnumbered).
 24517 | D:7      | 24517 ||| Stepping ~*~*~tactically~*~*~ (outnumbered).
 24519 | D:7      | 24519 ||| Stepping ~*~*~tactically~*~*~ (outnumbered).
 24521 | D:7      | 24521 ||| Stepping ~*~*~tactically~*~*~ (outnumbered).
 24523 | D:7      | 24523 ||| Stepping ~*~*~tactically~*~*~ (outnumbered).
 24525 | D:7      | 24525 ||| Stepping ~*~*~tactically~*~*~ (outnumbered).
 24527 | D:7      | 24527 ||| Stepping ~*~*~tactically~*~*~ (outnumbered).
 24529 | D:7      | 24529 ||| Stepping ~*~*~tactically~*~*~ (outnumbered).
 24531 | D:7      | 24531 ||| Stepping ~*~*~tactically~*~*~ (outnumbered).
 24533 | D:7      | 24533 ||| Stepping ~*~*~tactically~*~*~ (outnumbered).
 24535 | D:7      | 24535 ||| Stepping ~*~*~tactically~*~*~ (outnumbered).
 24537 | D:7      | 24537 ||| Stepping ~*~*~tactically~*~*~ (outnumbered).
 24539 | D:7      | 24539 ||| Stepping ~*~*~tactically~*~*~ (outnumbered).
 24541 | D:7      | 24541 ||| Stepping ~*~*~tactically~*~*~ (outnumbered).
 24543 | D:7      | 24543 ||| Stepping ~*~*~tactically~*~*~ (outnumbered).
 24545 | D:7      | 24545 ||| Stepping ~*~*~tactically~*~*~ (outnumbered).
 24547 | D:7      | 24547 ||| Stepping ~*~*~tactically~*~*~ (outnumbered).
 24549 | D:7      | 24549 ||| Stepping ~*~*~tactically~*~*~ (outnumbered).
 24551 | D:7      | 24551 ||| Stepping ~*~*~tactically~*~*~ (outnumbered).
 24553 | D:7      | 24553 ||| Stepping ~*~*~tactically~*~*~ (outnumbered).
 24555 | D:7      | 24555 ||| Stepping ~*~*~tactically~*~*~ (outnumbered).
 24557 | D:7      | 24557 ||| Stepping ~*~*~tactically~*~*~ (outnumbered).
 24559 | D:7      | 24559 ||| Stepping ~*~*~tactically~*~*~ (outnumbered).
 24561 | D:7      | 24561 ||| Stepping ~*~*~tactically~*~*~ (outnumbered).
 24563 | D:7      | 24563 ||| Stepping ~*~*~tactically~*~*~ (outnumbered).
 24565 | D:7      | 24565 ||| Stepping ~*~*~tactically~*~*~ (outnumbered).
 24567 | D:7      | 24567 ||| Stepping ~*~*~tactically~*~*~ (outnumbered).
 24569 | D:7      | 24569 ||| Stepping ~*~*~tactically~*~*~ (outnumbered).
 24571 | D:7      | 24571 ||| Stepping ~*~*~tactically~*~*~ (outnumbered).
 24573 | D:7      | 24573 ||| Stepping ~*~*~tactically~*~*~ (outnumbered).
 24575 | D:7      | 24575 ||| Stepping ~*~*~tactically~*~*~ (outnumbered).
 24577 | D:7      | 24577 ||| Stepping ~*~*~tactically~*~*~ (outnumbered).
 24579 | D:7      | 24579 ||| Stepping ~*~*~tactically~*~*~ (outnumbered).
 24581 | D:7      | 24581 ||| Stepping ~*~*~tactically~*~*~ (outnumbered).
 24583 | D:7      | 24583 ||| Stepping ~*~*~tactically~*~*~ (outnumbered).
 24585 | D:7      | 24585 ||| Stepping ~*~*~tactically~*~*~ (outnumbered).
 24587 | D:7      | 24587 ||| Stepping ~*~*~tactically~*~*~ (outnumbered).
 24589 | D:7      | 24589 ||| Stepping ~*~*~tactically~*~*~ (outnumbered).
 24591 | D:7      | 24591 ||| Stepping ~*~*~tactically~*~*~ (outnumbered).
 24593 | D:7      | 24593 ||| Stepping ~*~*~tactically~*~*~ (outnumbered).
 24595 | D:7      | 24595 ||| Stepping ~*~*~tactically~*~*~ (outnumbered).
 24597 | D:7      | 24597 ||| Stepping ~*~*~tactically~*~*~ (outnumbered).
 24599 | D:7      | 24599 ||| Stepping ~*~*~tactically~*~*~ (outnumbered).
 24601 | D:7      | 24601 ||| Stepping ~*~*~tactically~*~*~ (outnumbered).
 24603 | D:7      | 24603 ||| Stepping ~*~*~tactically~*~*~ (outnumbered).
 24605 | D:7      | 24605 ||| Stepping ~*~*~tactically~*~*~ (outnumbered).
 24607 | D:7      | 24607 ||| Stepping ~*~*~tactically~*~*~ (outnumbered).
 24609 | D:7      | 24609 ||| Stepping ~*~*~tactically~*~*~ (outnumbered).
 24611 | D:7      | 24611 ||| Stepping ~*~*~tactically~*~*~ (outnumbered).
 24613 | D:7      | 24613 ||| Stepping ~*~*~tactically~*~*~ (outnumbered).
 24615 | D:7      | 24615 ||| Stepping ~*~*~tactically~*~*~ (outnumbered).
 24617 | D:7      | 24617 ||| Stepping ~*~*~tactically~*~*~ (outnumbered).
 24619 | D:7      | 24619 ||| Stepping ~*~*~tactically~*~*~ (outnumbered).
 24621 | D:7      | 24621 ||| Stepping ~*~*~tactically~*~*~ (outnumbered).
 24623 | D:7      | 24623 ||| Stepping ~*~*~tactically~*~*~ (outnumbered).
 24625 | D:7      | 24625 ||| Stepping ~*~*~tactically~*~*~ (outnumbered).
 24627 | D:7      | 24627 ||| Stepping ~*~*~tactically~*~*~ (outnumbered).
 24629 | D:7      | 24629 ||| Stepping ~*~*~tactically~*~*~ (outnumbered).
 24631 | D:7      | 24631 ||| Stepping ~*~*~tactically~*~*~ (outnumbered).
 24633 | D:7      | 24633 ||| Stepping ~*~*~tactically~*~*~ (outnumbered).
 24635 | D:7      | 24635 ||| Stepping ~*~*~tactically~*~*~ (outnumbered).
 24637 | D:7      | 24637 ||| Stepping ~*~*~tactically~*~*~ (outnumbered).
 24639 | D:7      | 24639 ||| Stepping ~*~*~tactically~*~*~ (outnumbered).
 24641 | D:7      | 24641 ||| Stepping ~*~*~tactically~*~*~ (outnumbered).
 24643 | D:7      | 24643 ||| Stepping ~*~*~tactically~*~*~ (outnumbered).
 24645 | D:7      | 24645 ||| Stepping ~*~*~tactically~*~*~ (outnumbered).
 24647 | D:7      | 24647 ||| Stepping ~*~*~tactically~*~*~ (outnumbered).
 24649 | D:7      | 24649 ||| Stepping ~*~*~tactically~*~*~ (outnumbered).
 24651 | D:7      | 24651 ||| Stepping ~*~*~tactically~*~*~ (outnumbered).
 24653 | D:7      | 24653 ||| Stepping ~*~*~tactically~*~*~ (outnumbered).
 24655 | D:7      | 24655 ||| Stepping ~*~*~tactically~*~*~ (outnumbered).
 24657 | D:7      | 24657 ||| Stepping ~*~*~tactically~*~*~ (outnumbered).
 24659 | D:7      | 24659 ||| Stepping ~*~*~tactically~*~*~ (outnumbered).
 24661 | D:7      | 24661 ||| Stepping ~*~*~tactically~*~*~ (outnumbered).
 24663 | D:7      | 24663 ||| Stepping ~*~*~tactically~*~*~ (outnumbered).
 24665 | D:7      | 24665 ||| Stepping ~*~*~tactically~*~*~ (outnumbered).
 24667 | D:7      | 24667 ||| Stepping ~*~*~tactically~*~*~ (outnumbered).
 24669 | D:7      | 24669 ||| Stepping ~*~*~tactically~*~*~ (outnumbered).
 24671 | D:7      | 24671 ||| Stepping ~*~*~tactically~*~*~ (outnumbered).
 24673 | D:7      | 24673 ||| Stepping ~*~*~tactically~*~*~ (outnumbered).
 24675 | D:7      | 24675 ||| Stepping ~*~*~tactically~*~*~ (outnumbered).
 24677 | D:7      | 24677 ||| Stepping ~*~*~tactically~*~*~ (outnumbered).
 24679 | D:7      | 24679 ||| Stepping ~*~*~tactically~*~*~ (outnumbered).
 24681 | D:7      | 24681 ||| Stepping ~*~*~tactically~*~*~ (outnumbered).
 24683 | D:7      | 24683 ||| Stepping ~*~*~tactically~*~*~ (outnumbered).
 24685 | D:7      | 24685 ||| Stepping ~*~*~tactically~*~*~ (outnumbered).
 24687 | D:7      | 24687 ||| Stepping ~*~*~tactically~*~*~ (outnumbered).
 24689 | D:7      | 24689 ||| Stepping ~*~*~tactically~*~*~ (outnumbered).
 24691 | D:7      | 24691 ||| Stepping ~*~*~tactically~*~*~ (outnumbered).
 24693 | D:7      | 24693 ||| Stepping ~*~*~tactically~*~*~ (outnumbered).
 24695 | D:7      | 24695 ||| Stepping ~*~*~tactically~*~*~ (outnumbered).
 24697 | D:7      | 24697 ||| Stepping ~*~*~tactically~*~*~ (outnumbered).
 24699 | D:7      | 24699 ||| Stepping ~*~*~tactically~*~*~ (outnumbered).
 24701 | D:7      | 24701 ||| Stepping ~*~*~tactically~*~*~ (outnumbered).
 24703 | D:7      | 24703 ||| Stepping ~*~*~tactically~*~*~ (outnumbered).
 24705 | D:7      | 24705 ||| Stepping ~*~*~tactically~*~*~ (outnumbered).
 24707 | D:7      | 24707 ||| Stepping ~*~*~tactically~*~*~ (outnumbered).
 24709 | D:7      | 24709 ||| Stepping ~*~*~tactically~*~*~ (outnumbered).
 24711 | D:7      | 24711 ||| Stepping ~*~*~tactically~*~*~ (outnumbered).
 24713 | D:7      | 24713 ||| Stepping ~*~*~tactically~*~*~ (outnumbered).
 24715 | D:7      | 24715 ||| Stepping ~*~*~tactically~*~*~ (outnumbered).
 24717 | D:7      | 24717 ||| Stepping ~*~*~tactically~*~*~ (outnumbered).
 24719 | D:7      | 24719 ||| Stepping ~*~*~tactically~*~*~ (outnumbered).
 24721 | D:7      | 24721 ||| Stepping ~*~*~tactically~*~*~ (outnumbered).
 24723 | D:7      | 24723 ||| Stepping ~*~*~tactically~*~*~ (outnumbered).
 24725 | D:7      | 24725 ||| Stepping ~*~*~tactically~*~*~ (outnumbered).
 24727 | D:7      | 24727 ||| Stepping ~*~*~tactically~*~*~ (outnumbered).
 24729 | D:7      | 24729 ||| Stepping ~*~*~tactically~*~*~ (outnumbered).
 24731 | D:7      | 24731 ||| Stepping ~*~*~tactically~*~*~ (outnumbered).
 24733 | D:7      | 24733 ||| Stepping ~*~*~tactically~*~*~ (outnumbered).
 24735 | D:7      | 24735 ||| Stepping ~*~*~tactically~*~*~ (outnumbered).
 24737 | D:7      | 24737 ||| Stepping ~*~*~tactically~*~*~ (outnumbered).
 24739 | D:7      | 24739 ||| Stepping ~*~*~tactically~*~*~ (outnumbered).
 24741 | D:7      | 24741 ||| Stepping ~*~*~tactically~*~*~ (outnumbered).
 24743 | D:7      | 24743 ||| Stepping ~*~*~tactically~*~*~ (outnumbered).
 24745 | D:7      | 24745 ||| Stepping ~*~*~tactically~*~*~ (outnumbered).
 24747 | D:7      | 24747 ||| Stepping ~*~*~tactically~*~*~ (outnumbered).
 24749 | D:7      | 24749 ||| Stepping ~*~*~tactically~*~*~ (outnumbered).
 24751 | D:7      | 24751 ||| Stepping ~*~*~tactically~*~*~ (outnumbered).
 24753 | D:7      | 24753 ||| Stepping ~*~*~tactically~*~*~ (outnumbered).
 24755 | D:7      | 24755 ||| Stepping ~*~*~tactically~*~*~ (outnumbered).
 24757 | D:7      | 24757 ||| Stepping ~*~*~tactically~*~*~ (outnumbered).
 24759 | D:7      | 24759 ||| Stepping ~*~*~tactically~*~*~ (outnumbered).
 24761 | D:7      | 24761 ||| Stepping ~*~*~tactically~*~*~ (outnumbered).
 24763 | D:7      | 24763 ||| Stepping ~*~*~tactically~*~*~ (outnumbered).
 24765 | D:7      | 24765 ||| Stepping ~*~*~tactically~*~*~ (outnumbered).
 24767 | D:7      | 24767 ||| Stepping ~*~*~tactically~*~*~ (outnumbered).
 24769 | D:7      | 24769 ||| Stepping ~*~*~tactically~*~*~ (outnumbered).
 24771 | D:7      | 24771 ||| Stepping ~*~*~tactically~*~*~ (outnumbered).
 24773 | D:7      | 24773 ||| Stepping ~*~*~tactically~*~*~ (outnumbered).
 24775 | D:7      | 24775 ||| Stepping ~*~*~tactically~*~*~ (outnumbered).
 24777 | D:7      | 24777 ||| Stepping ~*~*~tactically~*~*~ (outnumbered).
 24779 | D:7      | 24779 ||| Stepping ~*~*~tactically~*~*~ (outnumbered).
 24781 | D:7      | 24781 ||| Stepping ~*~*~tactically~*~*~ (outnumbered).
 24783 | D:7      | 24783 ||| Stepping ~*~*~tactically~*~*~ (outnumbered).
 24785 | D:7      | 24785 ||| Stepping ~*~*~tactically~*~*~ (outnumbered).
 24787 | D:7      | 24787 ||| Stepping ~*~*~tactically~*~*~ (outnumbered).
 24789 | D:7      | 24789 ||| Stepping ~*~*~tactically~*~*~ (outnumbered).
 24791 | D:7      | 24791 ||| Stepping ~*~*~tactically~*~*~ (outnumbered).
 24793 | D:7      | 24793 ||| Stepping ~*~*~tactically~*~*~ (outnumbered).
 24795 | D:7      | 24795 ||| Stepping ~*~*~tactically~*~*~ (outnumbered).
 24797 | D:7      | 24797 ||| Stepping ~*~*~tactically~*~*~ (outnumbered).
 24799 | D:7      | 24799 ||| Stepping ~*~*~tactically~*~*~ (outnumbered).
 24801 | D:7      | 24801 ||| Stepping ~*~*~tactically~*~*~ (outnumbered).
 24803 | D:7      | 24803 ||| Stepping ~*~*~tactically~*~*~ (outnumbered).
 24805 | D:7      | 24805 ||| Stepping ~*~*~tactically~*~*~ (outnumbered).
 24807 | D:7      | 24807 ||| Stepping ~*~*~tactically~*~*~ (outnumbered).
 24809 | D:7      | 24809 ||| Stepping ~*~*~tactically~*~*~ (outnumbered).
 24811 | D:7      | 24811 ||| Stepping ~*~*~tactically~*~*~ (outnumbered).
 24813 | D:7      | 24813 ||| Stepping ~*~*~tactically~*~*~ (outnumbered).
 24815 | D:7      | 24815 ||| Stepping ~*~*~tactically~*~*~ (outnumbered).
 24817 | D:7      | 24817 ||| Stepping ~*~*~tactically~*~*~ (outnumbered).
 24819 | D:7      | 24819 ||| Stepping ~*~*~tactically~*~*~ (outnumbered).
 24821 | D:7      | 24821 ||| Stepping ~*~*~tactically~*~*~ (outnumbered).
 24823 | D:7      | 24823 ||| Stepping ~*~*~tactically~*~*~ (outnumbered).
 24825 | D:7      | 24825 ||| Stepping ~*~*~tactically~*~*~ (outnumbered).
 24827 | D:7      | 24827 ||| Stepping ~*~*~tactically~*~*~ (outnumbered).
 24829 | D:7      | 24829 ||| Stepping ~*~*~tactically~*~*~ (outnumbered).
 24831 | D:7      | 24831 ||| Stepping ~*~*~tactically~*~*~ (outnumbered).
 24833 | D:7      | 24833 ||| Stepping ~*~*~tactically~*~*~ (outnumbered).
 24835 | D:7      | 24835 ||| Stepping ~*~*~tactically~*~*~ (outnumbered).
 24837 | D:7      | 24837 ||| Stepping ~*~*~tactically~*~*~ (outnumbered).
 24839 | D:7      | 24839 ||| Stepping ~*~*~tactically~*~*~ (outnumbered).
 24841 | D:7      | 24841 ||| Stepping ~*~*~tactically~*~*~ (outnumbered).
 24843 | D:7      | 24843 ||| Stepping ~*~*~tactically~*~*~ (outnumbered).
 24845 | D:7      | 24845 ||| Stepping ~*~*~tactically~*~*~ (outnumbered).
 24847 | D:7      | 24847 ||| Stepping ~*~*~tactically~*~*~ (outnumbered).
 24849 | D:7      | 24849 ||| Stepping ~*~*~tactically~*~*~ (outnumbered).
 24851 | D:7      | 24851 ||| Stepping ~*~*~tactically~*~*~ (outnumbered).
 24853 | D:7      | 24853 ||| Stepping ~*~*~tactically~*~*~ (outnumbered).
 24855 | D:7      | 24855 ||| Stepping ~*~*~tactically~*~*~ (outnumbered).
 24857 | D:7      | 24857 ||| Stepping ~*~*~tactically~*~*~ (outnumbered).
 24859 | D:7      | 24859 ||| Stepping ~*~*~tactically~*~*~ (outnumbered).
 24861 | D:7      | 24861 ||| Stepping ~*~*~tactically~*~*~ (outnumbered).
 24863 | D:7      | 24863 ||| Stepping ~*~*~tactically~*~*~ (outnumbered).
 24865 | D:7      | 24865 ||| Stepping ~*~*~tactically~*~*~ (outnumbered).
 24867 | D:7      | 24867 ||| Stepping ~*~*~tactically~*~*~ (outnumbered).
 24869 | D:7      | 24869 ||| Stepping ~*~*~tactically~*~*~ (outnumbered).
 24871 | D:7      | 24871 ||| Stepping ~*~*~tactically~*~*~ (outnumbered).
 24873 | D:7      | 24873 ||| Stepping ~*~*~tactically~*~*~ (outnumbered).
 24875 | D:7      | 24875 ||| Stepping ~*~*~tactically~*~*~ (outnumbered).
 24877 | D:7      | 24877 ||| Stepping ~*~*~tactically~*~*~ (outnumbered).
 24879 | D:7      | 24879 ||| Stepping ~*~*~tactically~*~*~ (outnumbered).
 24881 | D:7      | 24881 ||| Stepping ~*~*~tactically~*~*~ (outnumbered).
 24883 | D:7      | 24883 ||| Stepping ~*~*~tactically~*~*~ (outnumbered).
 24885 | D:7      | 24885 ||| Stepping ~*~*~tactically~*~*~ (outnumbered).
 24887 | D:7      | 24887 ||| Stepping ~*~*~tactically~*~*~ (outnumbered).
 24889 | D:7      | 24889 ||| Stepping ~*~*~tactically~*~*~ (outnumbered).
 24891 | D:7      | 24891 ||| Stepping ~*~*~tactically~*~*~ (outnumbered).
 24893 | D:7      | 24893 ||| Stepping ~*~*~tactically~*~*~ (outnumbered).
 24895 | D:7      | 24895 ||| Stepping ~*~*~tactically~*~*~ (outnumbered).
 24897 | D:7      | 24897 ||| Stepping ~*~*~tactically~*~*~ (outnumbered).
 24899 | D:7      | 24899 ||| Stepping ~*~*~tactically~*~*~ (outnumbered).
 24901 | D:7      | 24901 ||| Stepping ~*~*~tactically~*~*~ (outnumbered).
 24903 | D:7      | 24903 ||| Stepping ~*~*~tactically~*~*~ (outnumbered).
 24905 | D:7      | 24905 ||| Stepping ~*~*~tactically~*~*~ (outnumbered).
 24907 | D:7      | 24907 ||| Stepping ~*~*~tactically~*~*~ (outnumbered).
 24909 | D:7      | 24909 ||| Stepping ~*~*~tactically~*~*~ (outnumbered).
 24911 | D:7      | 24911 ||| Stepping ~*~*~tactically~*~*~ (outnumbered).
 24913 | D:7      | 24913 ||| Stepping ~*~*~tactically~*~*~ (outnumbered).
 24915 | D:7      | 24915 ||| Stepping ~*~*~tactically~*~*~ (outnumbered).
 24917 | D:7      | 24917 ||| Stepping ~*~*~tactically~*~*~ (outnumbered).
 24919 | D:7      | 24919 ||| Stepping ~*~*~tactically~*~*~ (outnumbered).
 24921 | D:7      | 24921 ||| Stepping ~*~*~tactically~*~*~ (outnumbered).
 24923 | D:7      | 24923 ||| Stepping ~*~*~tactically~*~*~ (outnumbered).
 24925 | D:7      | 24925 ||| Stepping ~*~*~tactically~*~*~ (outnumbered).
 24927 | D:7      | 24927 ||| Stepping ~*~*~tactically~*~*~ (outnumbered).
 24929 | D:7      | 24929 ||| Stepping ~*~*~tactically~*~*~ (outnumbered).
 24931 | D:7      | 24931 ||| Stepping ~*~*~tactically~*~*~ (outnumbered).
 24933 | D:7      | 24933 ||| Stepping ~*~*~tactically~*~*~ (outnumbered).
 24935 | D:7      | 24935 ||| Stepping ~*~*~tactically~*~*~ (outnumbered).
 24937 | D:7      | 24937 ||| Stepping ~*~*~tactically~*~*~ (outnumbered).
 24939 | D:7      | 24939 ||| Stepping ~*~*~tactically~*~*~ (outnumbered).
 24941 | D:7      | 24941 ||| Stepping ~*~*~tactically~*~*~ (outnumbered).
 24943 | D:7      | 24943 ||| Stepping ~*~*~tactically~*~*~ (outnumbered).
 24945 | D:7      | 24945 ||| Stepping ~*~*~tactically~*~*~ (outnumbered).
 24947 | D:7      | 24947 ||| Stepping ~*~*~tactically~*~*~ (outnumbered).
 24949 | D:7      | 24949 ||| Stepping ~*~*~tactically~*~*~ (outnumbered).
 24951 | D:7      | 24951 ||| Stepping ~*~*~tactically~*~*~ (outnumbered).
 24953 | D:7      | 24953 ||| Stepping ~*~*~tactically~*~*~ (outnumbered).
 24955 | D:7      | 24955 ||| Stepping ~*~*~tactically~*~*~ (outnumbered).
 24957 | D:7      | 24957 ||| Stepping ~*~*~tactically~*~*~ (outnumbered).
 24959 | D:7      | 24959 ||| Stepping ~*~*~tactically~*~*~ (outnumbered).
 24961 | D:7      | 24961 ||| Stepping ~*~*~tactically~*~*~ (outnumbered).
 24963 | D:7      | 24963 ||| Stepping ~*~*~tactically~*~*~ (outnumbered).
 24965 | D:7      | 24965 ||| Stepping ~*~*~tactically~*~*~ (outnumbered).
 24967 | D:7      | 24967 ||| Stepping ~*~*~tactically~*~*~ (outnumbered).
 24969 | D:7      | 24969 ||| Stepping ~*~*~tactically~*~*~ (outnumbered).
 24971 | D:7      | 24971 ||| Stepping ~*~*~tactically~*~*~ (outnumbered).
 24973 | D:7      | 24973 ||| Stepping ~*~*~tactically~*~*~ (outnumbered).
 24975 | D:7      | 24975 ||| Stepping ~*~*~tactically~*~*~ (outnumbered).
 24977 | D:7      | 24977 ||| Stepping ~*~*~tactically~*~*~ (outnumbered).
 24979 | D:7      | 24979 ||| Stepping ~*~*~tactically~*~*~ (outnumbered).
 24981 | D:7      | 24981 ||| Stepping ~*~*~tactically~*~*~ (outnumbered).
 24983 | D:7      | 24983 ||| Stepping ~*~*~tactically~*~*~ (outnumbered).
 24985 | D:7      | 24985 ||| Stepping ~*~*~tactically~*~*~ (outnumbered).
 24987 | D:7      | 24987 ||| Stepping ~*~*~tactically~*~*~ (outnumbered).
 24989 | D:7      | 24989 ||| Stepping ~*~*~tactically~*~*~ (outnumbered).
 24991 | D:7      | 24991 ||| Stepping ~*~*~tactically~*~*~ (outnumbered).
 24993 | D:7      | 24993 ||| Stepping ~*~*~tactically~*~*~ (outnumbered).
 24995 | D:7      | 24995 ||| Stepping ~*~*~tactically~*~*~ (outnumbered).
 24997 | D:7      | 24997 ||| Stepping ~*~*~tactically~*~*~ (outnumbered).
 24999 | D:7      | 24999 ||| Stepping ~*~*~tactically~*~*~ (outnumbered).
 25001 | D:7      | 25001 ||| Stepping ~*~*~tactically~*~*~ (outnumbered).
 25003 | D:7      | 25003 ||| Stepping ~*~*~tactically~*~*~ (outnumbered).
 25005 | D:7      | 25005 ||| Stepping ~*~*~tactically~*~*~ (outnumbered).
 25007 | D:7      | 25007 ||| Stepping ~*~*~tactically~*~*~ (outnumbered).
 25009 | D:7      | 25009 ||| Stepping ~*~*~tactically~*~*~ (outnumbered).
 25011 | D:7      | 25011 ||| Stepping ~*~*~tactically~*~*~ (outnumbered).
 25013 | D:7      | 25013 ||| Stepping ~*~*~tactically~*~*~ (outnumbered).
 25015 | D:7      | 25015 ||| Stepping ~*~*~tactically~*~*~ (outnumbered).
 25017 | D:7      | 25017 ||| Stepping ~*~*~tactically~*~*~ (outnumbered).
 25019 | D:7      | 25019 ||| Stepping ~*~*~tactically~*~*~ (outnumbered).
 25021 | D:7      | 25021 ||| Stepping ~*~*~tactically~*~*~ (outnumbered).
 25023 | D:7      | 25023 ||| Stepping ~*~*~tactically~*~*~ (outnumbered).
 25025 | D:7      | 25025 ||| Stepping ~*~*~tactically~*~*~ (outnumbered).
 25027 | D:7      | 25027 ||| Stepping ~*~*~tactically~*~*~ (outnumbered).
 25029 | D:7      | 25029 ||| Stepping ~*~*~tactically~*~*~ (outnumbered).
 25031 | D:7      | 25031 ||| Stepping ~*~*~tactically~*~*~ (outnumbered).
 25033 | D:7      | 25033 ||| Stepping ~*~*~tactically~*~*~ (outnumbered).
 25035 | D:7      | 25035 ||| Stepping ~*~*~tactically~*~*~ (outnumbered).
 25037 | D:7      | 25037 ||| Stepping ~*~*~tactically~*~*~ (outnumbered).
 25039 | D:7      | 25039 ||| Stepping ~*~*~tactically~*~*~ (outnumbered).
 25041 | D:7      | 25041 ||| Stepping ~*~*~tactically~*~*~ (outnumbered).
 25043 | D:7      | 25043 ||| Stepping ~*~*~tactically~*~*~ (outnumbered).
 25045 | D:7      | 25045 ||| Stepping ~*~*~tactically~*~*~ (outnumbered).
 25047 | D:7      | 25047 ||| Stepping ~*~*~tactically~*~*~ (outnumbered).
 25049 | D:7      | 25049 ||| Stepping ~*~*~tactically~*~*~ (outnumbered).
 25051 | D:7      | 25051 ||| Stepping ~*~*~tactically~*~*~ (outnumbered).
 25053 | D:7      | 25053 ||| Stepping ~*~*~tactically~*~*~ (outnumbered).
 25055 | D:7      | 25055 ||| Stepping ~*~*~tactically~*~*~ (outnumbered).
 25057 | D:7      | 25057 ||| Stepping ~*~*~tactically~*~*~ (outnumbered).
 25059 | D:7      | 25059 ||| Stepping ~*~*~tactically~*~*~ (outnumbered).
 25061 | D:7      | 25061 ||| Stepping ~*~*~tactically~*~*~ (outnumbered).
 25063 | D:7      | 25063 ||| Stepping ~*~*~tactically~*~*~ (outnumbered).
 25065 | D:7      | 25065 ||| Stepping ~*~*~tactically~*~*~ (outnumbered).
 25067 | D:7      | 25067 ||| Stepping ~*~*~tactically~*~*~ (outnumbered).
 25069 | D:7      | 25069 ||| Stepping ~*~*~tactically~*~*~ (outnumbered).
 25071 | D:7      | 25071 ||| Stepping ~*~*~tactically~*~*~ (outnumbered).
 25073 | D:7      | 25073 ||| Stepping ~*~*~tactically~*~*~ (outnumbered).
 25075 | D:7      | 25075 ||| Stepping ~*~*~tactically~*~*~ (outnumbered).
 25077 | D:7      | 25077 ||| Stepping ~*~*~tactically~*~*~ (outnumbered).
 25079 | D:7      | 25079 ||| Stepping ~*~*~tactically~*~*~ (outnumbered).
 25081 | D:7      | 25081 ||| Stepping ~*~*~tactically~*~*~ (outnumbered).
 25083 | D:7      | 25083 ||| Stepping ~*~*~tactically~*~*~ (outnumbered).
 25085 | D:7      | 25085 ||| Stepping ~*~*~tactically~*~*~ (outnumbered).
 25087 | D:7      | 25087 ||| Stepping ~*~*~tactically~*~*~ (outnumbered).
 25089 | D:7      | 25089 ||| Stepping ~*~*~tactically~*~*~ (outnumbered).
 25091 | D:7      | 25091 ||| Stepping ~*~*~tactically~*~*~ (outnumbered).
 25093 | D:7      | 25093 ||| Stepping ~*~*~tactically~*~*~ (outnumbered).
 25095 | D:7      | 25095 ||| Stepping ~*~*~tactically~*~*~ (outnumbered).
 25097 | D:7      | 25097 ||| Stepping ~*~*~tactically~*~*~ (outnumbered).
 25099 | D:7      | 25099 ||| Stepping ~*~*~tactically~*~*~ (outnumbered).
 25101 | D:7      | 25101 ||| Stepping ~*~*~tactically~*~*~ (outnumbered).
 25103 | D:7      | 25103 ||| Stepping ~*~*~tactically~*~*~ (outnumbered).
 25105 | D:7      | 25105 ||| Stepping ~*~*~tactically~*~*~ (outnumbered).
 25107 | D:7      | 25107 ||| Stepping ~*~*~tactically~*~*~ (outnumbered).
 25109 | D:7      | 25109 ||| Stepping ~*~*~tactically~*~*~ (outnumbered).
 25111 | D:7      | 25111 ||| Stepping ~*~*~tactically~*~*~ (outnumbered).
 25113 | D:7      | 25113 ||| Stepping ~*~*~tactically~*~*~ (outnumbered).
 25115 | D:7      | 25115 ||| Stepping ~*~*~tactically~*~*~ (outnumbered).
 25117 | D:7      | 25117 ||| Stepping ~*~*~tactically~*~*~ (outnumbered).
 25119 | D:7      | 25119 ||| Stepping ~*~*~tactically~*~*~ (outnumbered).
 25121 | D:7      | 25121 ||| Stepping ~*~*~tactically~*~*~ (outnumbered).
 25123 | D:7      | 25123 ||| Stepping ~*~*~tactically~*~*~ (outnumbered).
 25125 | D:7      | 25125 ||| Stepping ~*~*~tactically~*~*~ (outnumbered).
 25127 | D:7      | 25127 ||| Stepping ~*~*~tactically~*~*~ (outnumbered).
 25129 | D:7      | 25129 ||| Stepping ~*~*~tactically~*~*~ (outnumbered).
 25131 | D:7      | 25131 ||| Stepping ~*~*~tactically~*~*~ (outnumbered).
 25133 | D:7      | 25133 ||| Stepping ~*~*~tactically~*~*~ (outnumbered).
 25135 | D:7      | 25135 ||| Stepping ~*~*~tactically~*~*~ (outnumbered).
 25137 | D:7      | 25137 ||| Stepping ~*~*~tactically~*~*~ (outnumbered).
 25139 | D:7      | 25139 ||| Stepping ~*~*~tactically~*~*~ (outnumbered).
 25141 | D:7      | 25141 ||| Stepping ~*~*~tactically~*~*~ (outnumbered).
 25143 | D:7      | 25143 ||| Stepping ~*~*~tactically~*~*~ (outnumbered).
 25145 | D:7      | 25145 ||| Stepping ~*~*~tactically~*~*~ (outnumbered).
 25147 | D:7      | 25147 ||| Stepping ~*~*~tactically~*~*~ (outnumbered).
 25149 | D:7      | 25149 ||| Stepping ~*~*~tactically~*~*~ (outnumbered).
 25151 | D:7      | 25151 ||| Stepping ~*~*~tactically~*~*~ (outnumbered).
 25153 | D:7      | 25153 ||| Stepping ~*~*~tactically~*~*~ (outnumbered).
 25155 | D:7      | 25155 ||| Stepping ~*~*~tactically~*~*~ (outnumbered).
 25157 | D:7      | 25157 ||| Stepping ~*~*~tactically~*~*~ (outnumbered).
 25159 | D:7      | 25159 ||| Stepping ~*~*~tactically~*~*~ (outnumbered).
 25161 | D:7      | 25161 ||| Stepping ~*~*~tactically~*~*~ (outnumbered).
 25163 | D:7      | 25163 ||| Stepping ~*~*~tactically~*~*~ (outnumbered).
 25165 | D:7      | 25165 ||| Stepping ~*~*~tactically~*~*~ (outnumbered).
 25167 | D:7      | 25167 ||| Stepping ~*~*~tactically~*~*~ (outnumbered).
 25169 | D:7      | 25169 ||| Stepping ~*~*~tactically~*~*~ (outnumbered).
 25171 | D:7      | 25171 ||| Stepping ~*~*~tactically~*~*~ (outnumbered).
 25173 | D:7      | 25173 ||| Stepping ~*~*~tactically~*~*~ (outnumbered).
 25175 | D:7      | 25175 ||| Stepping ~*~*~tactically~*~*~ (outnumbered).
 25177 | D:7      | 25177 ||| Stepping ~*~*~tactically~*~*~ (outnumbered).
 25179 | D:7      | 25179 ||| Stepping ~*~*~tactically~*~*~ (outnumbered).
 25181 | D:7      | 25181 ||| Stepping ~*~*~tactically~*~*~ (outnumbered).
 25183 | D:7      | 25183 ||| Stepping ~*~*~tactically~*~*~ (outnumbered).
 25185 | D:7      | 25185 ||| Stepping ~*~*~tactically~*~*~ (outnumbered).
 25187 | D:7      | 25187 ||| Stepping ~*~*~tactically~*~*~ (outnumbered).
 25189 | D:7      | 25189 ||| Stepping ~*~*~tactically~*~*~ (outnumbered).
 25191 | D:7      | 25191 ||| Stepping ~*~*~tactically~*~*~ (outnumbered).
 25193 | D:7      | 25193 ||| Stepping ~*~*~tactically~*~*~ (outnumbered).
 25195 | D:7      | 25195 ||| Stepping ~*~*~tactically~*~*~ (outnumbered).
 25197 | D:7      | 25197 ||| Stepping ~*~*~tactically~*~*~ (outnumbered).
 25199 | D:7      | 25199 ||| Stepping ~*~*~tactically~*~*~ (outnumbered).
 25201 | D:7      | 25201 ||| Stepping ~*~*~tactically~*~*~ (outnumbered).
 25203 | D:7      | 25203 ||| Stepping ~*~*~tactically~*~*~ (outnumbered).
 25205 | D:7      | 25205 ||| Stepping ~*~*~tactically~*~*~ (outnumbered).
 25207 | D:7      | 25207 ||| Stepping ~*~*~tactically~*~*~ (outnumbered).
 25209 | D:7      | 25209 ||| Stepping ~*~*~tactically~*~*~ (outnumbered).
 25211 | D:7      | 25211 ||| Stepping ~*~*~tactically~*~*~ (outnumbered).
 25213 | D:7      | 25213 ||| Stepping ~*~*~tactically~*~*~ (outnumbered).
 25215 | D:7      | 25215 ||| Stepping ~*~*~tactically~*~*~ (outnumbered).
 25217 | D:7      | 25217 ||| Stepping ~*~*~tactically~*~*~ (outnumbered).
 25219 | D:7      | 25219 ||| Stepping ~*~*~tactically~*~*~ (outnumbered).
 25221 | D:7      | 25221 ||| Stepping ~*~*~tactically~*~*~ (outnumbered).
 25223 | D:7      | 25223 ||| Stepping ~*~*~tactically~*~*~ (outnumbered).
 25225 | D:7      | 25225 ||| Stepping ~*~*~tactically~*~*~ (outnumbered).
 25227 | D:7      | 25227 ||| Stepping ~*~*~tactically~*~*~ (outnumbered).
 25229 | D:7      | 25229 ||| Stepping ~*~*~tactically~*~*~ (outnumbered).
 25231 | D:7      | 25231 ||| Stepping ~*~*~tactically~*~*~ (outnumbered).
 25233 | D:7      | 25233 ||| Stepping ~*~*~tactically~*~*~ (outnumbered).
 25235 | D:7      | 25235 ||| Stepping ~*~*~tactically~*~*~ (outnumbered).
 25237 | D:7      | 25237 ||| Stepping ~*~*~tactically~*~*~ (outnumbered).
 25239 | D:7      | 25239 ||| Stepping ~*~*~tactically~*~*~ (outnumbered).
 25241 | D:7      | 25241 ||| Stepping ~*~*~tactically~*~*~ (outnumbered).
 25243 | D:7      | 25243 ||| Stepping ~*~*~tactically~*~*~ (outnumbered).
 25245 | D:7      | 25245 ||| Stepping ~*~*~tactically~*~*~ (outnumbered).
 25247 | D:7      | 25247 ||| Stepping ~*~*~tactically~*~*~ (outnumbered).
 25249 | D:7      | 25249 ||| Stepping ~*~*~tactically~*~*~ (outnumbered).
 25251 | D:7      | 25251 ||| Stepping ~*~*~tactically~*~*~ (outnumbered).
 25253 | D:7      | 25253 ||| Stepping ~*~*~tactically~*~*~ (outnumbered).
 25255 | D:7      | 25255 ||| Stepping ~*~*~tactically~*~*~ (outnumbered).
 25257 | D:7      | 25257 ||| Stepping ~*~*~tactically~*~*~ (outnumbered).
 25259 | D:7      | 25259 ||| Stepping ~*~*~tactically~*~*~ (outnumbered).
 25261 | D:7      | 25261 ||| Stepping ~*~*~tactically~*~*~ (outnumbered).
 25263 | D:7      | 25263 ||| Stepping ~*~*~tactically~*~*~ (outnumbered).
 25265 | D:7      | 25265 ||| Stepping ~*~*~tactically~*~*~ (outnumbered).
 25267 | D:7      | 25267 ||| Stepping ~*~*~tactically~*~*~ (outnumbered).
 25269 | D:7      | 25269 ||| Stepping ~*~*~tactically~*~*~ (outnumbered).
 25271 | D:7      | 25271 ||| Stepping ~*~*~tactically~*~*~ (outnumbered).
 25273 | D:7      | 25273 ||| Stepping ~*~*~tactically~*~*~ (outnumbered).
 25275 | D:7      | 25275 ||| Stepping ~*~*~tactically~*~*~ (outnumbered).
 25277 | D:7      | 25277 ||| Stepping ~*~*~tactically~*~*~ (outnumbered).
 25279 | D:7      | 25279 ||| Stepping ~*~*~tactically~*~*~ (outnumbered).
 25281 | D:7      | 25281 ||| Stepping ~*~*~tactically~*~*~ (outnumbered).
 25283 | D:7      | 25283 ||| Stepping ~*~*~tactically~*~*~ (outnumbered).
 25285 | D:7      | 25285 ||| Stepping ~*~*~tactically~*~*~ (outnumbered).
 25287 | D:7      | 25287 ||| Stepping ~*~*~tactically~*~*~ (outnumbered).
 25289 | D:7      | 25289 ||| Stepping ~*~*~tactically~*~*~ (outnumbered).
 25291 | D:7      | 25291 ||| Stepping ~*~*~tactically~*~*~ (outnumbered).
 25293 | D:7      | 25293 ||| Stepping ~*~*~tactically~*~*~ (outnumbered).
 25295 | D:7      | 25295 ||| Stepping ~*~*~tactically~*~*~ (outnumbered).
 25297 | D:7      | 25297 ||| Stepping ~*~*~tactically~*~*~ (outnumbered).
 25299 | D:7      | 25299 ||| Stepping ~*~*~tactically~*~*~ (outnumbered).
 25301 | D:7      | 25301 ||| Stepping ~*~*~tactically~*~*~ (outnumbered).
 25303 | D:7      | 25303 ||| Stepping ~*~*~tactically~*~*~ (outnumbered).
 25305 | D:7      | 25305 ||| Stepping ~*~*~tactically~*~*~ (outnumbered).
 25307 | D:7      | 25307 ||| Stepping ~*~*~tactically~*~*~ (outnumbered).
 25309 | D:7      | 25309 ||| Stepping ~*~*~tactically~*~*~ (outnumbered).
 25311 | D:7      | 25311 ||| Stepping ~*~*~tactically~*~*~ (outnumbered).
 25313 | D:7      | 25313 ||| Stepping ~*~*~tactically~*~*~ (outnumbered).
 25315 | D:7      | 25315 ||| Stepping ~*~*~tactically~*~*~ (outnumbered).
 25317 | D:7      | 25317 ||| Stepping ~*~*~tactically~*~*~ (outnumbered).
 25319 | D:7      | 25319 ||| Stepping ~*~*~tactically~*~*~ (outnumbered).
 25321 | D:7      | 25321 ||| Stepping ~*~*~tactically~*~*~ (outnumbered).
 25323 | D:7      | 25323 ||| Stepping ~*~*~tactically~*~*~ (outnumbered).
 25325 | D:7      | 25325 ||| Stepping ~*~*~tactically~*~*~ (outnumbered).
 25327 | D:7      | 25327 ||| Stepping ~*~*~tactically~*~*~ (outnumbered).
 25329 | D:7      | 25329 ||| Stepping ~*~*~tactically~*~*~ (outnumbered).
 25331 | D:7      | 25331 ||| Stepping ~*~*~tactically~*~*~ (outnumbered).
 25333 | D:7      | 25333 ||| Stepping ~*~*~tactically~*~*~ (outnumbered).
 25335 | D:7      | 25335 ||| Stepping ~*~*~tactically~*~*~ (outnumbered).
 25337 | D:7      | 25337 ||| Stepping ~*~*~tactically~*~*~ (outnumbered).
 25339 | D:7      | 25339 ||| Stepping ~*~*~tactically~*~*~ (outnumbered).
 25341 | D:7      | 25341 ||| Stepping ~*~*~tactically~*~*~ (outnumbered).
 25343 | D:7      | 25343 ||| Stepping ~*~*~tactically~*~*~ (outnumbered).
 25345 | D:7      | 25345 ||| Stepping ~*~*~tactically~*~*~ (outnumbered).
 25347 | D:7      | 25347 ||| Stepping ~*~*~tactically~*~*~ (outnumbered).
 25349 | D:7      | 25349 ||| Stepping ~*~*~tactically~*~*~ (outnumbered).
 25351 | D:7      | 25351 ||| Stepping ~*~*~tactically~*~*~ (outnumbered).
 25353 | D:7      | 25353 ||| Stepping ~*~*~tactically~*~*~ (outnumbered).
 25355 | D:7      | 25355 ||| Stepping ~*~*~tactically~*~*~ (outnumbered).
 25357 | D:7      | 25357 ||| Stepping ~*~*~tactically~*~*~ (outnumbered).
 25359 | D:7      | 25359 ||| Stepping ~*~*~tactically~*~*~ (outnumbered).
 25361 | D:7      | 25361 ||| Stepping ~*~*~tactically~*~*~ (outnumbered).
 25363 | D:7      | 25363 ||| Stepping ~*~*~tactically~*~*~ (outnumbered).
 25365 | D:7      | 25365 ||| Stepping ~*~*~tactically~*~*~ (outnumbered).
 25367 | D:7      | 25367 ||| Stepping ~*~*~tactically~*~*~ (outnumbered).
 25369 | D:7      | 25369 ||| Stepping ~*~*~tactically~*~*~ (outnumbered).
 25371 | D:7      | 25371 ||| Stepping ~*~*~tactically~*~*~ (outnumbered).
 25373 | D:7      | 25373 ||| Stepping ~*~*~tactically~*~*~ (outnumbered).
 25375 | D:7      | 25375 ||| Stepping ~*~*~tactically~*~*~ (outnumbered).
 25377 | D:7      | 25377 ||| Stepping ~*~*~tactically~*~*~ (outnumbered).
 25379 | D:7      | 25379 ||| Stepping ~*~*~tactically~*~*~ (outnumbered).
 25381 | D:7      | 25381 ||| Stepping ~*~*~tactically~*~*~ (outnumbered).
 25383 | D:7      | 25383 ||| Stepping ~*~*~tactically~*~*~ (outnumbered).
 25385 | D:7      | 25385 ||| Stepping ~*~*~tactically~*~*~ (outnumbered).
 25387 | D:7      | 25387 ||| Stepping ~*~*~tactically~*~*~ (outnumbered).
 25389 | D:7      | 25389 ||| Stepping ~*~*~tactically~*~*~ (outnumbered).
 25391 | D:7      | 25391 ||| Stepping ~*~*~tactically~*~*~ (outnumbered).
 25393 | D:7      | 25393 ||| Stepping ~*~*~tactically~*~*~ (outnumbered).
 25395 | D:7      | 25395 ||| Stepping ~*~*~tactically~*~*~ (outnumbered).
 25397 | D:7      | 25397 ||| Stepping ~*~*~tactically~*~*~ (outnumbered).
 25399 | D:7      | 25399 ||| Stepping ~*~*~tactically~*~*~ (outnumbered).
 25401 | D:7      | 25401 ||| Stepping ~*~*~tactically~*~*~ (outnumbered).
 25403 | D:7      | 25403 ||| Stepping ~*~*~tactically~*~*~ (outnumbered).
 25405 | D:7      | 25405 ||| Stepping ~*~*~tactically~*~*~ (outnumbered).
 25407 | D:7      | 25407 ||| Stepping ~*~*~tactically~*~*~ (outnumbered).
 25409 | D:7      | 25409 ||| Stepping ~*~*~tactically~*~*~ (outnumbered).
 25411 | D:7      | 25411 ||| Stepping ~*~*~tactically~*~*~ (outnumbered).
 25413 | D:7      | 25413 ||| Stepping ~*~*~tactically~*~*~ (outnumbered).
 25415 | D:7      | 25415 ||| Stepping ~*~*~tactically~*~*~ (outnumbered).
 25417 | D:7      | 25417 ||| Stepping ~*~*~tactically~*~*~ (outnumbered).
 25419 | D:7      | 25419 ||| Stepping ~*~*~tactically~*~*~ (outnumbered).
 25421 | D:7      | 25421 ||| Stepping ~*~*~tactically~*~*~ (outnumbered).
 25423 | D:7      | 25423 ||| Stepping ~*~*~tactically~*~*~ (outnumbered).
 25425 | D:7      | 25425 ||| Stepping ~*~*~tactically~*~*~ (outnumbered).
 25427 | D:7      | 25427 ||| Stepping ~*~*~tactically~*~*~ (outnumbered).
 25429 | D:7      | 25429 ||| Stepping ~*~*~tactically~*~*~ (outnumbered).
 25431 | D:7      | 25431 ||| Stepping ~*~*~tactically~*~*~ (outnumbered).
 25433 | D:7      | 25433 ||| Stepping ~*~*~tactically~*~*~ (outnumbered).
 25435 | D:7      | 25435 ||| Stepping ~*~*~tactically~*~*~ (outnumbered).
 25437 | D:7      | 25437 ||| Stepping ~*~*~tactically~*~*~ (outnumbered).
 25439 | D:7      | 25439 ||| Stepping ~*~*~tactically~*~*~ (outnumbered).
 25441 | D:7      | 25441 ||| Stepping ~*~*~tactically~*~*~ (outnumbered).
 25443 | D:7      | 25443 ||| Stepping ~*~*~tactically~*~*~ (outnumbered).
 25445 | D:7      | 25445 ||| Stepping ~*~*~tactically~*~*~ (outnumbered).
 25447 | D:7      | 25447 ||| Stepping ~*~*~tactically~*~*~ (outnumbered).
 25449 | D:7      | 25449 ||| Stepping ~*~*~tactically~*~*~ (outnumbered).
 25451 | D:7      | 25451 ||| Stepping ~*~*~tactically~*~*~ (outnumbered).
 25453 | D:7      | 25453 ||| Stepping ~*~*~tactically~*~*~ (outnumbered).
 25455 | D:7      | 25455 ||| Stepping ~*~*~tactically~*~*~ (outnumbered).
 25457 | D:7      | 25457 ||| Stepping ~*~*~tactically~*~*~ (outnumbered).
 25459 | D:7      | 25459 ||| Stepping ~*~*~tactically~*~*~ (outnumbered).
 25461 | D:7      | 25461 ||| Stepping ~*~*~tactically~*~*~ (outnumbered).
 25463 | D:7      | 25463 ||| Stepping ~*~*~tactically~*~*~ (outnumbered).
 25465 | D:7      | 25465 ||| Stepping ~*~*~tactically~*~*~ (outnumbered).
 25467 | D:7      | 25467 ||| Stepping ~*~*~tactically~*~*~ (outnumbered).
 25469 | D:7      | 25469 ||| Stepping ~*~*~tactically~*~*~ (outnumbered).
 25471 | D:7      | 25471 ||| Stepping ~*~*~tactically~*~*~ (outnumbered).
 25473 | D:7      | 25473 ||| Stepping ~*~*~tactically~*~*~ (outnumbered).
 25475 | D:7      | 25475 ||| Stepping ~*~*~tactically~*~*~ (outnumbered).
 25477 | D:7      | 25477 ||| Stepping ~*~*~tactically~*~*~ (outnumbered).
 25479 | D:7      | 25479 ||| Stepping ~*~*~tactically~*~*~ (outnumbered).
 25481 | D:7      | 25481 ||| Stepping ~*~*~tactically~*~*~ (outnumbered).
 25483 | D:7      | 25483 ||| Stepping ~*~*~tactically~*~*~ (outnumbered).
 25485 | D:7      | 25485 ||| Stepping ~*~*~tactically~*~*~ (outnumbered).
 25487 | D:7      | 25487 ||| Stepping ~*~*~tactically~*~*~ (outnumbered).
 25489 | D:7      | 25489 ||| Stepping ~*~*~tactically~*~*~ (outnumbered).
 25491 | D:7      | 25491 ||| Stepping ~*~*~tactically~*~*~ (outnumbered).
 25493 | D:7      | 25493 ||| Stepping ~*~*~tactically~*~*~ (outnumbered).
 25495 | D:7      | 25495 ||| Stepping ~*~*~tactically~*~*~ (outnumbered).
 25497 | D:7      | 25497 ||| Stepping ~*~*~tactically~*~*~ (outnumbered).
 25499 | D:7      | 25499 ||| Stepping ~*~*~tactically~*~*~ (outnumbered).
 25501 | D:7      | 25501 ||| Stepping ~*~*~tactically~*~*~ (outnumbered).
 25503 | D:7      | 25503 ||| Stepping ~*~*~tactically~*~*~ (outnumbered).
 25505 | D:7      | 25505 ||| Stepping ~*~*~tactically~*~*~ (outnumbered).
 25507 | D:7      | 25507 ||| Stepping ~*~*~tactically~*~*~ (outnumbered).
 25509 | D:7      | 25509 ||| Stepping ~*~*~tactically~*~*~ (outnumbered).
 25511 | D:7      | 25511 ||| Stepping ~*~*~tactically~*~*~ (outnumbered).
 25513 | D:7      | 25513 ||| Stepping ~*~*~tactically~*~*~ (outnumbered).
 25515 | D:7      | 25515 ||| Stepping ~*~*~tactically~*~*~ (outnumbered).
 25517 | D:7      | 25517 ||| Stepping ~*~*~tactically~*~*~ (outnumbered).
 25519 | D:7      | 25519 ||| Stepping ~*~*~tactically~*~*~ (outnumbered).
 25521 | D:7      | 25521 ||| Stepping ~*~*~tactically~*~*~ (outnumbered).
 25523 | D:7      | 25523 ||| Stepping ~*~*~tactically~*~*~ (outnumbered).
 25525 | D:7      | 25525 ||| Stepping ~*~*~tactically~*~*~ (outnumbered).
 25527 | D:7      | 25527 ||| Stepping ~*~*~tactically~*~*~ (outnumbered).
 25529 | D:7      | 25529 ||| Stepping ~*~*~tactically~*~*~ (outnumbered).
 25531 | D:7      | 25531 ||| Stepping ~*~*~tactically~*~*~ (outnumbered).
 25533 | D:7      | 25533 ||| Stepping ~*~*~tactically~*~*~ (outnumbered).
 25535 | D:7      | 25535 ||| Stepping ~*~*~tactically~*~*~ (outnumbered).
 25537 | D:7      | 25537 ||| Stepping ~*~*~tactically~*~*~ (outnumbered).
 25539 | D:7      | 25539 ||| Stepping ~*~*~tactically~*~*~ (outnumbered).
 25541 | D:7      | 25541 ||| Stepping ~*~*~tactically~*~*~ (outnumbered).
 25543 | D:7      | 25543 ||| Stepping ~*~*~tactically~*~*~ (outnumbered).
 25545 | D:7      | 25545 ||| Stepping ~*~*~tactically~*~*~ (outnumbered).
 25547 | D:7      | 25547 ||| Stepping ~*~*~tactically~*~*~ (outnumbered).
 25549 | D:7      | 25549 ||| Stepping ~*~*~tactically~*~*~ (outnumbered).
 25551 | D:7      | 25551 ||| Stepping ~*~*~tactically~*~*~ (outnumbered).
 25553 | D:7      | 25553 ||| Stepping ~*~*~tactically~*~*~ (outnumbered).
 25555 | D:7      | 25555 ||| Stepping ~*~*~tactically~*~*~ (outnumbered).
 25557 | D:7      | 25557 ||| Stepping ~*~*~tactically~*~*~ (outnumbered).
 25559 | D:7      | 25559 ||| Stepping ~*~*~tactically~*~*~ (outnumbered).
 25561 | D:7      | 25561 ||| Stepping ~*~*~tactically~*~*~ (outnumbered).
 25563 | D:7      | 25563 ||| Stepping ~*~*~tactically~*~*~ (outnumbered).
 25565 | D:7      | 25565 ||| Stepping ~*~*~tactically~*~*~ (outnumbered).
 25567 | D:7      | 25567 ||| Stepping ~*~*~tactically~*~*~ (outnumbered).
 25569 | D:7      | 25569 ||| Stepping ~*~*~tactically~*~*~ (outnumbered).
 25571 | D:7      | 25571 ||| Stepping ~*~*~tactically~*~*~ (outnumbered).
 25573 | D:7      | 25573 ||| Stepping ~*~*~tactically~*~*~ (outnumbered).
 25575 | D:7      | 25575 ||| Stepping ~*~*~tactically~*~*~ (outnumbered).
 25577 | D:7      | 25577 ||| Stepping ~*~*~tactically~*~*~ (outnumbered).
 25579 | D:7      | 25579 ||| Stepping ~*~*~tactically~*~*~ (outnumbered).
 25581 | D:7      | 25581 ||| Stepping ~*~*~tactically~*~*~ (outnumbered).
 25583 | D:7      | 25583 ||| Stepping ~*~*~tactically~*~*~ (outnumbered).
 25585 | D:7      | 25585 ||| Stepping ~*~*~tactically~*~*~ (outnumbered).
 25587 | D:7      | 25587 ||| Stepping ~*~*~tactically~*~*~ (outnumbered).
 25589 | D:7      | 25589 ||| Stepping ~*~*~tactically~*~*~ (outnumbered).
 25591 | D:7      | 25591 ||| Stepping ~*~*~tactically~*~*~ (outnumbered).
 25593 | D:7      | 25593 ||| Stepping ~*~*~tactically~*~*~ (outnumbered).
 25595 | D:7      | 25595 ||| Stepping ~*~*~tactically~*~*~ (outnumbered).
 25597 | D:7      | 25597 ||| Stepping ~*~*~tactically~*~*~ (outnumbered).
 25599 | D:7      | 25599 ||| Stepping ~*~*~tactically~*~*~ (outnumbered).
 25601 | D:7      | 25601 ||| Stepping ~*~*~tactically~*~*~ (outnumbered).
 25603 | D:7      | 25603 ||| Stepping ~*~*~tactically~*~*~ (outnumbered).
 25605 | D:7      | 25605 ||| Stepping ~*~*~tactically~*~*~ (outnumbered).
 25607 | D:7      | 25607 ||| Stepping ~*~*~tactically~*~*~ (outnumbered).
 25609 | D:7      | 25609 ||| Stepping ~*~*~tactically~*~*~ (outnumbered).
 25611 | D:7      | 25611 ||| Stepping ~*~*~tactically~*~*~ (outnumbered).
 25613 | D:7      | 25613 ||| Stepping ~*~*~tactically~*~*~ (outnumbered).
 25615 | D:7      | 25615 ||| Stepping ~*~*~tactically~*~*~ (outnumbered).
 25617 | D:7      | 25617 ||| Stepping ~*~*~tactically~*~*~ (outnumbered).
 25619 | D:7      | 25619 ||| Stepping ~*~*~tactically~*~*~ (outnumbered).
 25621 | D:7      | 25621 ||| Stepping ~*~*~tactically~*~*~ (outnumbered).
 25623 | D:7      | 25623 ||| Stepping ~*~*~tactically~*~*~ (outnumbered).
 25625 | D:7      | 25625 ||| Stepping ~*~*~tactically~*~*~ (outnumbered).
 25627 | D:7      | 25627 ||| Stepping ~*~*~tactically~*~*~ (outnumbered).
 25629 | D:7      | 25629 ||| Stepping ~*~*~tactically~*~*~ (outnumbered).
 25631 | D:7      | 25631 ||| Stepping ~*~*~tactically~*~*~ (outnumbered).
 25633 | D:7      | 25633 ||| Stepping ~*~*~tactically~*~*~ (outnumbered).
 25635 | D:7      | 25635 ||| Stepping ~*~*~tactically~*~*~ (outnumbered).
 25637 | D:7      | 25637 ||| Stepping ~*~*~tactically~*~*~ (outnumbered).
 25639 | D:7      | 25639 ||| Stepping ~*~*~tactically~*~*~ (outnumbered).
 25641 | D:7      | 25641 ||| Stepping ~*~*~tactically~*~*~ (outnumbered).
 25643 | D:7      | 25643 ||| Stepping ~*~*~tactically~*~*~ (outnumbered).
 25645 | D:7      | 25645 ||| Stepping ~*~*~tactically~*~*~ (outnumbered).
 25647 | D:7      | 25647 ||| Stepping ~*~*~tactically~*~*~ (outnumbered).
 25649 | D:7      | 25649 ||| Stepping ~*~*~tactically~*~*~ (outnumbered).
 25651 | D:7      | 25651 ||| Stepping ~*~*~tactically~*~*~ (outnumbered).
 25653 | D:7      | 25653 ||| Stepping ~*~*~tactically~*~*~ (outnumbered).
 25655 | D:7      | 25655 ||| Stepping ~*~*~tactically~*~*~ (outnumbered).
 25657 | D:7      | 25657 ||| Stepping ~*~*~tactically~*~*~ (outnumbered).
 25659 | D:7      | 25659 ||| Stepping ~*~*~tactically~*~*~ (outnumbered).
 25661 | D:7      | 25661 ||| Stepping ~*~*~tactically~*~*~ (outnumbered).
 25663 | D:7      | 25663 ||| Stepping ~*~*~tactically~*~*~ (outnumbered).
 25665 | D:7      | 25665 ||| Stepping ~*~*~tactically~*~*~ (outnumbered).
 25667 | D:7      | 25667 ||| Stepping ~*~*~tactically~*~*~ (outnumbered).
 25669 | D:7      | 25669 ||| Stepping ~*~*~tactically~*~*~ (outnumbered).
 25671 | D:7      | 25671 ||| Stepping ~*~*~tactically~*~*~ (outnumbered).
 25673 | D:7      | 25673 ||| Stepping ~*~*~tactically~*~*~ (outnumbered).
 25675 | D:7      | 25675 ||| Stepping ~*~*~tactically~*~*~ (outnumbered).
 25677 | D:7      | 25677 ||| Stepping ~*~*~tactically~*~*~ (outnumbered).
 25679 | D:7      | 25679 ||| Stepping ~*~*~tactically~*~*~ (outnumbered).
 25681 | D:7      | 25681 ||| Stepping ~*~*~tactically~*~*~ (outnumbered).
 25683 | D:7      | 25683 ||| Stepping ~*~*~tactically~*~*~ (outnumbered).
 25685 | D:7      | 25685 ||| Stepping ~*~*~tactically~*~*~ (outnumbered).
 25687 | D:7      | 25687 ||| Stepping ~*~*~tactically~*~*~ (outnumbered).
 25689 | D:7      | 25689 ||| Stepping ~*~*~tactically~*~*~ (outnumbered).
 25691 | D:7      | 25691 ||| Stepping ~*~*~tactically~*~*~ (outnumbered).
 25693 | D:7      | 25693 ||| Stepping ~*~*~tactically~*~*~ (outnumbered).
 25695 | D:7      | 25695 ||| Stepping ~*~*~tactically~*~*~ (outnumbered).
 25697 | D:7      | 25697 ||| Stepping ~*~*~tactically~*~*~ (outnumbered).
 25699 | D:7      | 25699 ||| Stepping ~*~*~tactically~*~*~ (outnumbered).
 25701 | D:7      | 25701 ||| Stepping ~*~*~tactically~*~*~ (outnumbered).
 25703 | D:7      | 25703 ||| Stepping ~*~*~tactically~*~*~ (outnumbered).
 25705 | D:7      | 25705 ||| Stepping ~*~*~tactically~*~*~ (outnumbered).
 25707 | D:7      | 25707 ||| Stepping ~*~*~tactically~*~*~ (outnumbered).
 25709 | D:7      | 25709 ||| Stepping ~*~*~tactically~*~*~ (outnumbered).
 25711 | D:7      | 25711 ||| Stepping ~*~*~tactically~*~*~ (outnumbered).
 25713 | D:7      | 25713 ||| Stepping ~*~*~tactically~*~*~ (outnumbered).
 25715 | D:7      | 25715 ||| Stepping ~*~*~tactically~*~*~ (outnumbered).
 25717 | D:7      | 25717 ||| Stepping ~*~*~tactically~*~*~ (outnumbered).
 25719 | D:7      | 25719 ||| Stepping ~*~*~tactically~*~*~ (outnumbered).
 25721 | D:7      | 25721 ||| Stepping ~*~*~tactically~*~*~ (outnumbered).
 25723 | D:7      | 25723 ||| Stepping ~*~*~tactically~*~*~ (outnumbered).
 25725 | D:7      | 25725 ||| Stepping ~*~*~tactically~*~*~ (outnumbered).
 25727 | D:7      | 25727 ||| Stepping ~*~*~tactically~*~*~ (outnumbered).
 25729 | D:7      | 25729 ||| Stepping ~*~*~tactically~*~*~ (outnumbered).
 25731 | D:7      | 25731 ||| Stepping ~*~*~tactically~*~*~ (outnumbered).
 25733 | D:7      | 25733 ||| Stepping ~*~*~tactically~*~*~ (outnumbered).
 25735 | D:7      | 25735 ||| Stepping ~*~*~tactically~*~*~ (outnumbered).
 25737 | D:7      | 25737 ||| Stepping ~*~*~tactically~*~*~ (outnumbered).
 25739 | D:7      | 25739 ||| Stepping ~*~*~tactically~*~*~ (outnumbered).
 25741 | D:7      | 25741 ||| Stepping ~*~*~tactically~*~*~ (outnumbered).
 25743 | D:7      | 25743 ||| Stepping ~*~*~tactically~*~*~ (outnumbered).
 25745 | D:7      | 25745 ||| Stepping ~*~*~tactically~*~*~ (outnumbered).
 25747 | D:7      | 25747 ||| Stepping ~*~*~tactically~*~*~ (outnumbered).
 25749 | D:7      | 25749 ||| Stepping ~*~*~tactically~*~*~ (outnumbered).
 25751 | D:7      | 25751 ||| Stepping ~*~*~tactically~*~*~ (outnumbered).
 25753 | D:7      | 25753 ||| Stepping ~*~*~tactically~*~*~ (outnumbered).
 25755 | D:7      | 25755 ||| Stepping ~*~*~tactically~*~*~ (outnumbered).
 25757 | D:7      | 25757 ||| Stepping ~*~*~tactically~*~*~ (outnumbered).
 25759 | D:7      | 25759 ||| Stepping ~*~*~tactically~*~*~ (outnumbered).
 25761 | D:7      | 25761 ||| Stepping ~*~*~tactically~*~*~ (outnumbered).
 25763 | D:7      | 25763 ||| Stepping ~*~*~tactically~*~*~ (outnumbered).
 25765 | D:7      | 25765 ||| Stepping ~*~*~tactically~*~*~ (outnumbered).
 25767 | D:7      | 25767 ||| Stepping ~*~*~tactically~*~*~ (outnumbered).
 25769 | D:7      | 25769 ||| Stepping ~*~*~tactically~*~*~ (outnumbered).
 25771 | D:7      | 25771 ||| Stepping ~*~*~tactically~*~*~ (outnumbered).
 25773 | D:7      | 25773 ||| Stepping ~*~*~tactically~*~*~ (outnumbered).
 25775 | D:7      | 25775 ||| Stepping ~*~*~tactically~*~*~ (outnumbered).
 25777 | D:7      | 25777 ||| Stepping ~*~*~tactically~*~*~ (outnumbered).
 25779 | D:7      | 25779 ||| Stepping ~*~*~tactically~*~*~ (outnumbered).
 25781 | D:7      | 25781 ||| Stepping ~*~*~tactically~*~*~ (outnumbered).
 25783 | D:7      | 25783 ||| Stepping ~*~*~tactically~*~*~ (outnumbered).
 25785 | D:7      | 25785 ||| Stepping ~*~*~tactically~*~*~ (outnumbered).
 25787 | D:7      | 25787 ||| Stepping ~*~*~tactically~*~*~ (outnumbered).
 25789 | D:7      | 25789 ||| Stepping ~*~*~tactically~*~*~ (outnumbered).
 25791 | D:7      | 25791 ||| Stepping ~*~*~tactically~*~*~ (outnumbered).
 25793 | D:7      | 25793 ||| Stepping ~*~*~tactically~*~*~ (outnumbered).
 25795 | D:7      | 25795 ||| Stepping ~*~*~tactically~*~*~ (outnumbered).
 25797 | D:7      | 25797 ||| Stepping ~*~*~tactically~*~*~ (outnumbered).
 25799 | D:7      | 25799 ||| Stepping ~*~*~tactically~*~*~ (outnumbered).
 25801 | D:7      | 25801 ||| Stepping ~*~*~tactically~*~*~ (outnumbered).
 25803 | D:7      | 25803 ||| Stepping ~*~*~tactically~*~*~ (outnumbered).
 25805 | D:7      | 25805 ||| Stepping ~*~*~tactically~*~*~ (outnumbered).
 25807 | D:7      | 25807 ||| Stepping ~*~*~tactically~*~*~ (outnumbered).
 25809 | D:7      | 25809 ||| Stepping ~*~*~tactically~*~*~ (outnumbered).
 25811 | D:7      | 25811 ||| Stepping ~*~*~tactically~*~*~ (outnumbered).
 25813 | D:7      | 25813 ||| Stepping ~*~*~tactically~*~*~ (outnumbered).
 25815 | D:7      | 25815 ||| Stepping ~*~*~tactically~*~*~ (outnumbered).
 25817 | D:7      | 25817 ||| Stepping ~*~*~tactically~*~*~ (outnumbered).
 25819 | D:7      | 25819 ||| Stepping ~*~*~tactically~*~*~ (outnumbered).
 25821 | D:7      | 25821 ||| Stepping ~*~*~tactically~*~*~ (outnumbered).
 25823 | D:7      | 25823 ||| Stepping ~*~*~tactically~*~*~ (outnumbered).
 25825 | D:7      | 25825 ||| Stepping ~*~*~tactically~*~*~ (outnumbered).
 25827 | D:7      | 25827 ||| Stepping ~*~*~tactically~*~*~ (outnumbered).
 25829 | D:7      | 25829 ||| Stepping ~*~*~tactically~*~*~ (outnumbered).
 25831 | D:7      | 25831 ||| Stepping ~*~*~tactically~*~*~ (outnumbered).
 25833 | D:7      | 25833 ||| Stepping ~*~*~tactically~*~*~ (outnumbered).
 25835 | D:7      | 25835 ||| Stepping ~*~*~tactically~*~*~ (outnumbered).
 25837 | D:7      | 25837 ||| Stepping ~*~*~tactically~*~*~ (outnumbered).
 25839 | D:7      | 25839 ||| Stepping ~*~*~tactically~*~*~ (outnumbered).
 25841 | D:7      | 25841 ||| Stepping ~*~*~tactically~*~*~ (outnumbered).
 25843 | D:7      | 25843 ||| Stepping ~*~*~tactically~*~*~ (outnumbered).
 25845 | D:7      | 25845 ||| Stepping ~*~*~tactically~*~*~ (outnumbered).
 25847 | D:7      | 25847 ||| Stepping ~*~*~tactically~*~*~ (outnumbered).
 25849 | D:7      | 25849 ||| Stepping ~*~*~tactically~*~*~ (outnumbered).
 25851 | D:7      | 25851 ||| Stepping ~*~*~tactically~*~*~ (outnumbered).
 25853 | D:7      | 25853 ||| Stepping ~*~*~tactically~*~*~ (outnumbered).
 25855 | D:7      | 25855 ||| Stepping ~*~*~tactically~*~*~ (outnumbered).
 25857 | D:7      | 25857 ||| Stepping ~*~*~tactically~*~*~ (outnumbered).
 25859 | D:7      | 25859 ||| Stepping ~*~*~tactically~*~*~ (outnumbered).
 25861 | D:7      | 25861 ||| Stepping ~*~*~tactically~*~*~ (outnumbered).
 25863 | D:7      | 25863 ||| Stepping ~*~*~tactically~*~*~ (outnumbered).
 25865 | D:7      | 25865 ||| Stepping ~*~*~tactically~*~*~ (outnumbered).
 25867 | D:7      | 25867 ||| Stepping ~*~*~tactically~*~*~ (outnumbered).
 25869 | D:7      | 25869 ||| Stepping ~*~*~tactically~*~*~ (outnumbered).
 25871 | D:7      | 25871 ||| Stepping ~*~*~tactically~*~*~ (outnumbered).
 25873 | D:7      | 25873 ||| Stepping ~*~*~tactically~*~*~ (outnumbered).
 25875 | D:7      | 25875 ||| Stepping ~*~*~tactically~*~*~ (outnumbered).
 25877 | D:7      | 25877 ||| Stepping ~*~*~tactically~*~*~ (outnumbered).
 25879 | D:7      | 25879 ||| Stepping ~*~*~tactically~*~*~ (outnumbered).
 25881 | D:7      | 25881 ||| Stepping ~*~*~tactically~*~*~ (outnumbered).
 25883 | D:7      | 25883 ||| Stepping ~*~*~tactically~*~*~ (outnumbered).
 25885 | D:7      | 25885 ||| Stepping ~*~*~tactically~*~*~ (outnumbered).
 25887 | D:7      | 25887 ||| Stepping ~*~*~tactically~*~*~ (outnumbered).
 25889 | D:7      | 25889 ||| Stepping ~*~*~tactically~*~*~ (outnumbered).
 25891 | D:7      | 25891 ||| Stepping ~*~*~tactically~*~*~ (outnumbered).
 25893 | D:7      | 25893 ||| Stepping ~*~*~tactically~*~*~ (outnumbered).
 25895 | D:7      | 25895 ||| Stepping ~*~*~tactically~*~*~ (outnumbered).
 25897 | D:7      | 25897 ||| Stepping ~*~*~tactically~*~*~ (outnumbered).
 25899 | D:7      | 25899 ||| Stepping ~*~*~tactically~*~*~ (outnumbered).
 25901 | D:7      | 25901 ||| Stepping ~*~*~tactically~*~*~ (outnumbered).
 25903 | D:7      | 25903 ||| Stepping ~*~*~tactically~*~*~ (outnumbered).
 25905 | D:7      | 25905 ||| Stepping ~*~*~tactically~*~*~ (outnumbered).
 25907 | D:7      | 25907 ||| Stepping ~*~*~tactically~*~*~ (outnumbered).
 25909 | D:7      | 25909 ||| Stepping ~*~*~tactically~*~*~ (outnumbered).
 25911 | D:7      | 25911 ||| Stepping ~*~*~tactically~*~*~ (outnumbered).
 25913 | D:7      | 25913 ||| Stepping ~*~*~tactically~*~*~ (outnumbered).
 25915 | D:7      | 25915 ||| Stepping ~*~*~tactically~*~*~ (outnumbered).
 25917 | D:7      | 25917 ||| Stepping ~*~*~tactically~*~*~ (outnumbered).
 25919 | D:7      | 25919 ||| Stepping ~*~*~tactically~*~*~ (outnumbered).
 25921 | D:7      | 25921 ||| Stepping ~*~*~tactically~*~*~ (outnumbered).
 25923 | D:7      | 25923 ||| Stepping ~*~*~tactically~*~*~ (outnumbered).
 25925 | D:7      | 25925 ||| Stepping ~*~*~tactically~*~*~ (outnumbered).
 25927 | D:7      | 25927 ||| Stepping ~*~*~tactically~*~*~ (outnumbered).
 25929 | D:7      | 25929 ||| Stepping ~*~*~tactically~*~*~ (outnumbered).
 25931 | D:7      | 25931 ||| Stepping ~*~*~tactically~*~*~ (outnumbered).
 25933 | D:7      | 25933 ||| Stepping ~*~*~tactically~*~*~ (outnumbered).
 25935 | D:7      | 25935 ||| Stepping ~*~*~tactically~*~*~ (outnumbered).
 25937 | D:7      | 25937 ||| Stepping ~*~*~tactically~*~*~ (outnumbered).
 25939 | D:7      | 25939 ||| Stepping ~*~*~tactically~*~*~ (outnumbered).
 25941 | D:7      | 25941 ||| Stepping ~*~*~tactically~*~*~ (outnumbered).
 25943 | D:7      | 25943 ||| Stepping ~*~*~tactically~*~*~ (outnumbered).
 25945 | D:7      | 25945 ||| Stepping ~*~*~tactically~*~*~ (outnumbered).
 25947 | D:7      | 25947 ||| Stepping ~*~*~tactically~*~*~ (outnumbered).
 25949 | D:7      | 25949 ||| Stepping ~*~*~tactically~*~*~ (outnumbered).
 25951 | D:7      | 25951 ||| Stepping ~*~*~tactically~*~*~ (outnumbered).
 25953 | D:7      | 25953 ||| Stepping ~*~*~tactically~*~*~ (outnumbered).
 25955 | D:7      | 25955 ||| Stepping ~*~*~tactically~*~*~ (outnumbered).
 25957 | D:7      | 25957 ||| Stepping ~*~*~tactically~*~*~ (outnumbered).
 25959 | D:7      | 25959 ||| Stepping ~*~*~tactically~*~*~ (outnumbered).
 25961 | D:7      | 25961 ||| Stepping ~*~*~tactically~*~*~ (outnumbered).
 25963 | D:7      | 25963 ||| Stepping ~*~*~tactically~*~*~ (outnumbered).
 25965 | D:7      | 25965 ||| Stepping ~*~*~tactically~*~*~ (outnumbered).
 25967 | D:7      | 25967 ||| Stepping ~*~*~tactically~*~*~ (outnumbered).
 25969 | D:7      | 25969 ||| Stepping ~*~*~tactically~*~*~ (outnumbered).
 25971 | D:7      | 25971 ||| Stepping ~*~*~tactically~*~*~ (outnumbered).
 25973 | D:7      | 25973 ||| Stepping ~*~*~tactically~*~*~ (outnumbered).
 25975 | D:7      | 25975 ||| Stepping ~*~*~tactically~*~*~ (outnumbered).
 25977 | D:7      | 25977 ||| Stepping ~*~*~tactically~*~*~ (outnumbered).
 25979 | D:7      | 25979 ||| Stepping ~*~*~tactically~*~*~ (outnumbered).
 25981 | D:7      | 25981 ||| Stepping ~*~*~tactically~*~*~ (outnumbered).
 25983 | D:7      | 25983 ||| Stepping ~*~*~tactically~*~*~ (outnumbered).
 25985 | D:7      | 25985 ||| Stepping ~*~*~tactically~*~*~ (outnumbered).
 25987 | D:7      | 25987 ||| Stepping ~*~*~tactically~*~*~ (outnumbered).
 25989 | D:7      | 25989 ||| Stepping ~*~*~tactically~*~*~ (outnumbered).
 25991 | D:7      | 25991 ||| Stepping ~*~*~tactically~*~*~ (outnumbered).
 25993 | D:7      | 25993 ||| Stepping ~*~*~tactically~*~*~ (outnumbered).
 25995 | D:7      | 25995 ||| Stepping ~*~*~tactically~*~*~ (outnumbered).
 25997 | D:7      | 25997 ||| Stepping ~*~*~tactically~*~*~ (outnumbered).
 25999 | D:7      | 25999 ||| Stepping ~*~*~tactically~*~*~ (outnumbered).
 26001 | D:7      | 26001 ||| Stepping ~*~*~tactically~*~*~ (outnumbered).
 26003 | D:7      | 26003 ||| Stepping ~*~*~tactically~*~*~ (outnumbered).
 26005 | D:7      | 26005 ||| Stepping ~*~*~tactically~*~*~ (outnumbered).
 26007 | D:7      | 26007 ||| Stepping ~*~*~tactically~*~*~ (outnumbered).
 26009 | D:7      | 26009 ||| Stepping ~*~*~tactically~*~*~ (outnumbered).
 26011 | D:7      | 26011 ||| Stepping ~*~*~tactically~*~*~ (outnumbered).
 26013 | D:7      | 26013 ||| Stepping ~*~*~tactically~*~*~ (outnumbered).
 26015 | D:7      | 26015 ||| Stepping ~*~*~tactically~*~*~ (outnumbered).
 26017 | D:7      | 26017 ||| Stepping ~*~*~tactically~*~*~ (outnumbered).
 26019 | D:7      | 26019 ||| Stepping ~*~*~tactically~*~*~ (outnumbered).
 26021 | D:7      | 26021 ||| Stepping ~*~*~tactically~*~*~ (outnumbered).
 26023 | D:7      | 26023 ||| Stepping ~*~*~tactically~*~*~ (outnumbered).
 26025 | D:7      | 26025 ||| Stepping ~*~*~tactically~*~*~ (outnumbered).
 26027 | D:7      | 26027 ||| Stepping ~*~*~tactically~*~*~ (outnumbered).
 26029 | D:7      | 26029 ||| Stepping ~*~*~tactically~*~*~ (outnumbered).
 26031 | D:7      | 26031 ||| Stepping ~*~*~tactically~*~*~ (outnumbered).
 26033 | D:7      | 26033 ||| Stepping ~*~*~tactically~*~*~ (outnumbered).
 26035 | D:7      | 26035 ||| Stepping ~*~*~tactically~*~*~ (outnumbered).
 26037 | D:7      | 26037 ||| Stepping ~*~*~tactically~*~*~ (outnumbered).
 26039 | D:7      | 26039 ||| Stepping ~*~*~tactically~*~*~ (outnumbered).
 26041 | D:7      | 26041 ||| Stepping ~*~*~tactically~*~*~ (outnumbered).
 26043 | D:7      | 26043 ||| Stepping ~*~*~tactically~*~*~ (outnumbered).
 26045 | D:7      | 26045 ||| Stepping ~*~*~tactically~*~*~ (outnumbered).
 26047 | D:7      | 26047 ||| Stepping ~*~*~tactically~*~*~ (outnumbered).
 26049 | D:7      | 26049 ||| Stepping ~*~*~tactically~*~*~ (outnumbered).
 26051 | D:7      | 26051 ||| Stepping ~*~*~tactically~*~*~ (outnumbered).
 26053 | D:7      | 26053 ||| Stepping ~*~*~tactically~*~*~ (outnumbered).
 26055 | D:7      | 26055 ||| Stepping ~*~*~tactically~*~*~ (outnumbered).
 26057 | D:7      | 26057 ||| Stepping ~*~*~tactically~*~*~ (outnumbered).
 26059 | D:7      | 26059 ||| Stepping ~*~*~tactically~*~*~ (outnumbered).
 26061 | D:7      | 26061 ||| Stepping ~*~*~tactically~*~*~ (outnumbered).
 26063 | D:7      | 26063 ||| Stepping ~*~*~tactically~*~*~ (outnumbered).
 26065 | D:7      | 26065 ||| Stepping ~*~*~tactically~*~*~ (outnumbered).
 26067 | D:7      | 26067 ||| Stepping ~*~*~tactically~*~*~ (outnumbered).
 26069 | D:7      | 26069 ||| Stepping ~*~*~tactically~*~*~ (outnumbered).
 26071 | D:7      | 26071 ||| Stepping ~*~*~tactically~*~*~ (outnumbered).
 26073 | D:7      | 26073 ||| Stepping ~*~*~tactically~*~*~ (outnumbered).
 26075 | D:7      | 26075 ||| Stepping ~*~*~tactically~*~*~ (outnumbered).
 26077 | D:7      | 26077 ||| Stepping ~*~*~tactically~*~*~ (outnumbered).
 26079 | D:7      | 26079 ||| Stepping ~*~*~tactically~*~*~ (outnumbered).
 26081 | D:7      | 26081 ||| Stepping ~*~*~tactically~*~*~ (outnumbered).
 26083 | D:7      | 26083 ||| Stepping ~*~*~tactically~*~*~ (outnumbered).
 26085 | D:7      | 26085 ||| Stepping ~*~*~tactically~*~*~ (outnumbered).
 26087 | D:7      | 26087 ||| Stepping ~*~*~tactically~*~*~ (outnumbered).
 26089 | D:7      | 26089 ||| Stepping ~*~*~tactically~*~*~ (outnumbered).
 26091 | D:7      | 26091 ||| Stepping ~*~*~tactically~*~*~ (outnumbered).
 26093 | D:7      | 26093 ||| Stepping ~*~*~tactically~*~*~ (outnumbered).
 26095 | D:7      | 26095 ||| Stepping ~*~*~tactically~*~*~ (outnumbered).
 26097 | D:7      | 26097 ||| Stepping ~*~*~tactically~*~*~ (outnumbered).
 26099 | D:7      | 26099 ||| Stepping ~*~*~tactically~*~*~ (outnumbered).
 26101 | D:7      | 26101 ||| Stepping ~*~*~tactically~*~*~ (outnumbered).
 26103 | D:7      | 26103 ||| Stepping ~*~*~tactically~*~*~ (outnumbered).
 26105 | D:7      | 26105 ||| Stepping ~*~*~tactically~*~*~ (outnumbered).
 26107 | D:7      | 26107 ||| Stepping ~*~*~tactically~*~*~ (outnumbered).
 26109 | D:7      | 26109 ||| Stepping ~*~*~tactically~*~*~ (outnumbered).
 26111 | D:7      | 26111 ||| Stepping ~*~*~tactically~*~*~ (outnumbered).
 26113 | D:7      | 26113 ||| Stepping ~*~*~tactically~*~*~ (outnumbered).
 26115 | D:7      | 26115 ||| Stepping ~*~*~tactically~*~*~ (outnumbered).
 26117 | D:7      | 26117 ||| Stepping ~*~*~tactically~*~*~ (outnumbered).
 26119 | D:7      | 26119 ||| Stepping ~*~*~tactically~*~*~ (outnumbered).
 26121 | D:7      | 26121 ||| Stepping ~*~*~tactically~*~*~ (outnumbered).
 26123 | D:7      | 26123 ||| Stepping ~*~*~tactically~*~*~ (outnumbered).
 26125 | D:7      | 26125 ||| Stepping ~*~*~tactically~*~*~ (outnumbered).
 26127 | D:7      | 26127 ||| Stepping ~*~*~tactically~*~*~ (outnumbered).
 26129 | D:7      | 26129 ||| Stepping ~*~*~tactically~*~*~ (outnumbered).
 26131 | D:7      | 26131 ||| Stepping ~*~*~tactically~*~*~ (outnumbered).
 26133 | D:7      | 26133 ||| Stepping ~*~*~tactically~*~*~ (outnumbered).
 26135 | D:7      | 26135 ||| Stepping ~*~*~tactically~*~*~ (outnumbered).
 26137 | D:7      | 26137 ||| Stepping ~*~*~tactically~*~*~ (outnumbered).
 26139 | D:7      | 26139 ||| Stepping ~*~*~tactically~*~*~ (outnumbered).
 26141 | D:7      | 26141 ||| Stepping ~*~*~tactically~*~*~ (outnumbered).
 26143 | D:7      | 26143 ||| Stepping ~*~*~tactically~*~*~ (outnumbered).
 26145 | D:7      | 26145 ||| Stepping ~*~*~tactically~*~*~ (outnumbered).
 26147 | D:7      | 26147 ||| Stepping ~*~*~tactically~*~*~ (outnumbered).
 26149 | D:7      | 26149 ||| Stepping ~*~*~tactically~*~*~ (outnumbered).
 26151 | D:7      | 26151 ||| Stepping ~*~*~tactically~*~*~ (outnumbered).
 26153 | D:7      | 26153 ||| Stepping ~*~*~tactically~*~*~ (outnumbered).
 26155 | D:7      | 26155 ||| Stepping ~*~*~tactically~*~*~ (outnumbered).
 26157 | D:7      | 26157 ||| Stepping ~*~*~tactically~*~*~ (outnumbered).
 26159 | D:7      | 26159 ||| Stepping ~*~*~tactically~*~*~ (outnumbered).
 26161 | D:7      | 26161 ||| Stepping ~*~*~tactically~*~*~ (outnumbered).
 26163 | D:7      | 26163 ||| Stepping ~*~*~tactically~*~*~ (outnumbered).
 26165 | D:7      | 26165 ||| Stepping ~*~*~tactically~*~*~ (outnumbered).
 26167 | D:7      | 26167 ||| Stepping ~*~*~tactically~*~*~ (outnumbered).
 26169 | D:7      | 26169 ||| Stepping ~*~*~tactically~*~*~ (outnumbered).
 26171 | D:7      | 26171 ||| Stepping ~*~*~tactically~*~*~ (outnumbered).
 26173 | D:7      | 26173 ||| Stepping ~*~*~tactically~*~*~ (outnumbered).
 26175 | D:7      | 26175 ||| Stepping ~*~*~tactically~*~*~ (outnumbered).
 26177 | D:7      | 26177 ||| Stepping ~*~*~tactically~*~*~ (outnumbered).
 26179 | D:7      | 26179 ||| Stepping ~*~*~tactically~*~*~ (outnumbered).
 26181 | D:7      | 26181 ||| Stepping ~*~*~tactically~*~*~ (outnumbered).
 26183 | D:7      | 26183 ||| Stepping ~*~*~tactically~*~*~ (outnumbered).
 26185 | D:7      | 26185 ||| Stepping ~*~*~tactically~*~*~ (outnumbered).
 26187 | D:7      | 26187 ||| Stepping ~*~*~tactically~*~*~ (outnumbered).
 26189 | D:7      | 26189 ||| Stepping ~*~*~tactically~*~*~ (outnumbered).
 26191 | D:7      | 26191 ||| Stepping ~*~*~tactically~*~*~ (outnumbered).
 26193 | D:7      | 26193 ||| Stepping ~*~*~tactically~*~*~ (outnumbered).
 26195 | D:7      | 26195 ||| Stepping ~*~*~tactically~*~*~ (outnumbered).
 26197 | D:7      | 26197 ||| Stepping ~*~*~tactically~*~*~ (outnumbered).
 26199 | D:7      | 26199 ||| Stepping ~*~*~tactically~*~*~ (outnumbered).
 26201 | D:7      | 26201 ||| Stepping ~*~*~tactically~*~*~ (outnumbered).
 26203 | D:7      | 26203 ||| Stepping ~*~*~tactically~*~*~ (outnumbered).
 26205 | D:7      | 26205 ||| Stepping ~*~*~tactically~*~*~ (outnumbered).
 26207 | D:7      | 26207 ||| Stepping ~*~*~tactically~*~*~ (outnumbered).
 26209 | D:7      | 26209 ||| Stepping ~*~*~tactically~*~*~ (outnumbered).
 26211 | D:7      | 26211 ||| Stepping ~*~*~tactically~*~*~ (outnumbered).
 26213 | D:7      | 26213 ||| Stepping ~*~*~tactically~*~*~ (outnumbered).
 26215 | D:7      | 26215 ||| Stepping ~*~*~tactically~*~*~ (outnumbered).
 26217 | D:7      | 26217 ||| Stepping ~*~*~tactically~*~*~ (outnumbered).
 26219 | D:7      | 26219 ||| Stepping ~*~*~tactically~*~*~ (outnumbered).
 26221 | D:7      | 26221 ||| Stepping ~*~*~tactically~*~*~ (outnumbered).
 26223 | D:7      | 26223 ||| Stepping ~*~*~tactically~*~*~ (outnumbered).
 26225 | D:7      | 26225 ||| Stepping ~*~*~tactically~*~*~ (outnumbered).
 26227 | D:7      | 26227 ||| Stepping ~*~*~tactically~*~*~ (outnumbered).
 26229 | D:7      | 26229 ||| Stepping ~*~*~tactically~*~*~ (outnumbered).
 26231 | D:7      | 26231 ||| Stepping ~*~*~tactically~*~*~ (outnumbered).
 26233 | D:7      | 26233 ||| Stepping ~*~*~tactically~*~*~ (outnumbered).
 26235 | D:7      | 26235 ||| Stepping ~*~*~tactically~*~*~ (outnumbered).
 26237 | D:7      | 26237 ||| Stepping ~*~*~tactically~*~*~ (outnumbered).
 26239 | D:7      | 26239 ||| Stepping ~*~*~tactically~*~*~ (outnumbered).
 26241 | D:7      | 26241 ||| Stepping ~*~*~tactically~*~*~ (outnumbered).
 26243 | D:7      | 26243 ||| Stepping ~*~*~tactically~*~*~ (outnumbered).
 26245 | D:7      | 26245 ||| Stepping ~*~*~tactically~*~*~ (outnumbered).
 26247 | D:7      | 26247 ||| Stepping ~*~*~tactically~*~*~ (outnumbered).
 26249 | D:7      | 26249 ||| Stepping ~*~*~tactically~*~*~ (outnumbered).
 26251 | D:7      | 26251 ||| Stepping ~*~*~tactically~*~*~ (outnumbered).
 26253 | D:7      | 26253 ||| Stepping ~*~*~tactically~*~*~ (outnumbered).
 26255 | D:7      | 26255 ||| Stepping ~*~*~tactically~*~*~ (outnumbered).
 26257 | D:7      | 26257 ||| Stepping ~*~*~tactically~*~*~ (outnumbered).
 26259 | D:7      | 26259 ||| Stepping ~*~*~tactically~*~*~ (outnumbered).
 26261 | D:7      | 26261 ||| Stepping ~*~*~tactically~*~*~ (outnumbered).
 26263 | D:7      | 26263 ||| Stepping ~*~*~tactically~*~*~ (outnumbered).
 26265 | D:7      | 26265 ||| Stepping ~*~*~tactically~*~*~ (outnumbered).
 26267 | D:7      | 26267 ||| Stepping ~*~*~tactically~*~*~ (outnumbered).
 26269 | D:7      | 26269 ||| Stepping ~*~*~tactically~*~*~ (outnumbered).
 26271 | D:7      | 26271 ||| Stepping ~*~*~tactically~*~*~ (outnumbered).
 26273 | D:7      | 26273 ||| Stepping ~*~*~tactically~*~*~ (outnumbered).
 26275 | D:7      | 26275 ||| Stepping ~*~*~tactically~*~*~ (outnumbered).
 26277 | D:7      | 26277 ||| Stepping ~*~*~tactically~*~*~ (outnumbered).
 26279 | D:7      | 26279 ||| Stepping ~*~*~tactically~*~*~ (outnumbered).
 26281 | D:7      | 26281 ||| Stepping ~*~*~tactically~*~*~ (outnumbered).
 26283 | D:7      | 26283 ||| Stepping ~*~*~tactically~*~*~ (outnumbered).
 26285 | D:7      | 26285 ||| Stepping ~*~*~tactically~*~*~ (outnumbered).
 26287 | D:7      | 26287 ||| Stepping ~*~*~tactically~*~*~ (outnumbered).
 26289 | D:7      | 26289 ||| Stepping ~*~*~tactically~*~*~ (outnumbered).
 26291 | D:7      | 26291 ||| Stepping ~*~*~tactically~*~*~ (outnumbered).
 26293 | D:7      | 26293 ||| Stepping ~*~*~tactically~*~*~ (outnumbered).
 26295 | D:7      | 26295 ||| Stepping ~*~*~tactically~*~*~ (outnumbered).
 26297 | D:7      | 26297 ||| Stepping ~*~*~tactically~*~*~ (outnumbered).
 26299 | D:7      | 26299 ||| Stepping ~*~*~tactically~*~*~ (outnumbered).
 26301 | D:7      | 26301 ||| Stepping ~*~*~tactically~*~*~ (outnumbered).
 26303 | D:7      | 26303 ||| Stepping ~*~*~tactically~*~*~ (outnumbered).
 26305 | D:7      | 26305 ||| Stepping ~*~*~tactically~*~*~ (outnumbered).
 26307 | D:7      | 26307 ||| Stepping ~*~*~tactically~*~*~ (outnumbered).
 26309 | D:7      | 26309 ||| Stepping ~*~*~tactically~*~*~ (outnumbered).
 26311 | D:7      | 26311 ||| Stepping ~*~*~tactically~*~*~ (outnumbered).
 26313 | D:7      | 26313 ||| Stepping ~*~*~tactically~*~*~ (outnumbered).
 26315 | D:7      | 26315 ||| Stepping ~*~*~tactically~*~*~ (outnumbered).
 26317 | D:7      | 26317 ||| Stepping ~*~*~tactically~*~*~ (outnumbered).
 26319 | D:7      | 26319 ||| Stepping ~*~*~tactically~*~*~ (outnumbered).
 26321 | D:7      | 26321 ||| Stepping ~*~*~tactically~*~*~ (outnumbered).
 26323 | D:7      | 26323 ||| Stepping ~*~*~tactically~*~*~ (outnumbered).
 26325 | D:7      | 26325 ||| Stepping ~*~*~tactically~*~*~ (outnumbered).
 26327 | D:7      | 26327 ||| Stepping ~*~*~tactically~*~*~ (outnumbered).
 26329 | D:7      | 26329 ||| Stepping ~*~*~tactically~*~*~ (outnumbered).
 26331 | D:7      | 26331 ||| Stepping ~*~*~tactically~*~*~ (outnumbered).
 26333 | D:7      | 26333 ||| Stepping ~*~*~tactically~*~*~ (outnumbered).
 26335 | D:7      | 26335 ||| Stepping ~*~*~tactically~*~*~ (outnumbered).
 26337 | D:7      | 26337 ||| Stepping ~*~*~tactically~*~*~ (outnumbered).
 26339 | D:7      | 26339 ||| Stepping ~*~*~tactically~*~*~ (outnumbered).
 26341 | D:7      | 26341 ||| Stepping ~*~*~tactically~*~*~ (outnumbered).
 26343 | D:7      | 26343 ||| Stepping ~*~*~tactically~*~*~ (outnumbered).
 26345 | D:7      | 26345 ||| Stepping ~*~*~tactically~*~*~ (outnumbered).
 26347 | D:7      | 26347 ||| Stepping ~*~*~tactically~*~*~ (outnumbered).
 26349 | D:7      | 26349 ||| Stepping ~*~*~tactically~*~*~ (outnumbered).
 26351 | D:7      | 26351 ||| Stepping ~*~*~tactically~*~*~ (outnumbered).
 26353 | D:7      | 26353 ||| Stepping ~*~*~tactically~*~*~ (outnumbered).
 26355 | D:7      | 26355 ||| Stepping ~*~*~tactically~*~*~ (outnumbered).
 26357 | D:7      | 26357 ||| Stepping ~*~*~tactically~*~*~ (outnumbered).
 26359 | D:7      | 26359 ||| Stepping ~*~*~tactically~*~*~ (outnumbered).
 26361 | D:7      | 26361 ||| Stepping ~*~*~tactically~*~*~ (outnumbered).
 26363 | D:7      | 26363 ||| Stepping ~*~*~tactically~*~*~ (outnumbered).
 26365 | D:7      | 26365 ||| Stepping ~*~*~tactically~*~*~ (outnumbered).
 26367 | D:7      | 26367 ||| Stepping ~*~*~tactically~*~*~ (outnumbered).
 26369 | D:7      | 26369 ||| Stepping ~*~*~tactically~*~*~ (outnumbered).
 26371 | D:7      | 26371 ||| Stepping ~*~*~tactically~*~*~ (outnumbered).
 26373 | D:7      | 26373 ||| Stepping ~*~*~tactically~*~*~ (outnumbered).
 26375 | D:7      | 26375 ||| Stepping ~*~*~tactically~*~*~ (outnumbered).
 26377 | D:7      | 26377 ||| Stepping ~*~*~tactically~*~*~ (outnumbered).
 26379 | D:7      | 26379 ||| Stepping ~*~*~tactically~*~*~ (outnumbered).
 26381 | D:7      | 26381 ||| Stepping ~*~*~tactically~*~*~ (outnumbered).
 26383 | D:7      | 26383 ||| Stepping ~*~*~tactically~*~*~ (outnumbered).
 26385 | D:7      | 26385 ||| Stepping ~*~*~tactically~*~*~ (outnumbered).
 26387 | D:7      | 26387 ||| Stepping ~*~*~tactically~*~*~ (outnumbered).
 26389 | D:7      | 26389 ||| Stepping ~*~*~tactically~*~*~ (outnumbered).
 26391 | D:7      | 26391 ||| Stepping ~*~*~tactically~*~*~ (outnumbered).
 26393 | D:7      | 26393 ||| Stepping ~*~*~tactically~*~*~ (outnumbered).
 26395 | D:7      | 26395 ||| Stepping ~*~*~tactically~*~*~ (outnumbered).
 26397 | D:7      | 26397 ||| Stepping ~*~*~tactically~*~*~ (outnumbered).
 26399 | D:7      | 26399 ||| Stepping ~*~*~tactically~*~*~ (outnumbered).
 26401 | D:7      | 26401 ||| Stepping ~*~*~tactically~*~*~ (outnumbered).
 26403 | D:7      | 26403 ||| Stepping ~*~*~tactically~*~*~ (outnumbered).
 26405 | D:7      | 26405 ||| Stepping ~*~*~tactically~*~*~ (outnumbered).
 26407 | D:7      | 26407 ||| Stepping ~*~*~tactically~*~*~ (outnumbered).
 26409 | D:7      | 26409 ||| Stepping ~*~*~tactically~*~*~ (outnumbered).
 26411 | D:7      | 26411 ||| Stepping ~*~*~tactically~*~*~ (outnumbered).
 26413 | D:7      | 26413 ||| Stepping ~*~*~tactically~*~*~ (outnumbered).
 26415 | D:7      | 26415 ||| Stepping ~*~*~tactically~*~*~ (outnumbered).
 26417 | D:7      | 26417 ||| Stepping ~*~*~tactically~*~*~ (outnumbered).
 26419 | D:7      | 26419 ||| Stepping ~*~*~tactically~*~*~ (outnumbered).
 26421 | D:7      | 26421 ||| Stepping ~*~*~tactically~*~*~ (outnumbered).
 26423 | D:7      | 26423 ||| Stepping ~*~*~tactically~*~*~ (outnumbered).
 26425 | D:7      | 26425 ||| Stepping ~*~*~tactically~*~*~ (outnumbered).
 26427 | D:7      | 26427 ||| Stepping ~*~*~tactically~*~*~ (outnumbered).
 26429 | D:7      | 26429 ||| Stepping ~*~*~tactically~*~*~ (outnumbered).
 26431 | D:7      | 26431 ||| Stepping ~*~*~tactically~*~*~ (outnumbered).
 26433 | D:7      | 26433 ||| Stepping ~*~*~tactically~*~*~ (outnumbered).
 26435 | D:7      | 26435 ||| Stepping ~*~*~tactically~*~*~ (outnumbered).
 26437 | D:7      | 26437 ||| Stepping ~*~*~tactically~*~*~ (outnumbered).
 26439 | D:7      | 26439 ||| Stepping ~*~*~tactically~*~*~ (outnumbered).
 26441 | D:7      | 26441 ||| Stepping ~*~*~tactically~*~*~ (outnumbered).
 26443 | D:7      | 26443 ||| Stepping ~*~*~tactically~*~*~ (outnumbered).
 26445 | D:7      | 26445 ||| Stepping ~*~*~tactically~*~*~ (outnumbered).
 26447 | D:7      | 26447 ||| Stepping ~*~*~tactically~*~*~ (outnumbered).
 26449 | D:7      | 26449 ||| Stepping ~*~*~tactically~*~*~ (outnumbered).
 26451 | D:7      | 26451 ||| Stepping ~*~*~tactically~*~*~ (outnumbered).
 26453 | D:7      | 26453 ||| Stepping ~*~*~tactically~*~*~ (outnumbered).
 26455 | D:7      | 26455 ||| Stepping ~*~*~tactically~*~*~ (outnumbered).
 26457 | D:7      | 26457 ||| Stepping ~*~*~tactically~*~*~ (outnumbered).
 26459 | D:7      | 26459 ||| Stepping ~*~*~tactically~*~*~ (outnumbered).
 26461 | D:7      | 26461 ||| Stepping ~*~*~tactically~*~*~ (outnumbered).
 26463 | D:7      | 26463 ||| Stepping ~*~*~tactically~*~*~ (outnumbered).
 26465 | D:7      | 26465 ||| Stepping ~*~*~tactically~*~*~ (outnumbered).
 26467 | D:7      | 26467 ||| Stepping ~*~*~tactically~*~*~ (outnumbered).
 26469 | D:7      | 26469 ||| Stepping ~*~*~tactically~*~*~ (outnumbered).
 26471 | D:7      | 26471 ||| Stepping ~*~*~tactically~*~*~ (outnumbered).
 26473 | D:7      | 26473 ||| Stepping ~*~*~tactically~*~*~ (outnumbered).
 26475 | D:7      | 26475 ||| Stepping ~*~*~tactically~*~*~ (outnumbered).
 26477 | D:7      | 26477 ||| Stepping ~*~*~tactically~*~*~ (outnumbered).
 26479 | D:7      | 26479 ||| Stepping ~*~*~tactically~*~*~ (outnumbered).
 26481 | D:7      | 26481 ||| Stepping ~*~*~tactically~*~*~ (outnumbered).
 26483 | D:7      | 26483 ||| Stepping ~*~*~tactically~*~*~ (outnumbered).
 26485 | D:7      | 26485 ||| Stepping ~*~*~tactically~*~*~ (outnumbered).
 26487 | D:7      | 26487 ||| Stepping ~*~*~tactically~*~*~ (outnumbered).
 26489 | D:7      | 26489 ||| Stepping ~*~*~tactically~*~*~ (outnumbered).
 26491 | D:7      | 26491 ||| Stepping ~*~*~tactically~*~*~ (outnumbered).
 26493 | D:7      | 26493 ||| Stepping ~*~*~tactically~*~*~ (outnumbered).
 26495 | D:7      | 26495 ||| Stepping ~*~*~tactically~*~*~ (outnumbered).
 26497 | D:7      | 26497 ||| Stepping ~*~*~tactically~*~*~ (outnumbered).
 26499 | D:7      | 26499 ||| Stepping ~*~*~tactically~*~*~ (outnumbered).
 26501 | D:7      | 26501 ||| Stepping ~*~*~tactically~*~*~ (outnumbered).
 26503 | D:7      | 26503 ||| Stepping ~*~*~tactically~*~*~ (outnumbered).
 26505 | D:7      | 26505 ||| Stepping ~*~*~tactically~*~*~ (outnumbered).
 26507 | D:7      | 26507 ||| Stepping ~*~*~tactically~*~*~ (outnumbered).
 26509 | D:7      | 26509 ||| Stepping ~*~*~tactically~*~*~ (outnumbered).
 26511 | D:7      | 26511 ||| Stepping ~*~*~tactically~*~*~ (outnumbered).
 26513 | D:7      | 26513 ||| Stepping ~*~*~tactically~*~*~ (outnumbered).
 26515 | D:7      | 26515 ||| Stepping ~*~*~tactically~*~*~ (outnumbered).
 26517 | D:7      | 26517 ||| Stepping ~*~*~tactically~*~*~ (outnumbered).
 26519 | D:7      | 26519 ||| Stepping ~*~*~tactically~*~*~ (outnumbered).
 26521 | D:7      | 26521 ||| Stepping ~*~*~tactically~*~*~ (outnumbered).
 26523 | D:7      | 26523 ||| Stepping ~*~*~tactically~*~*~ (outnumbered).
 26525 | D:7      | 26525 ||| Stepping ~*~*~tactically~*~*~ (outnumbered).
 26527 | D:7      | 26527 ||| Stepping ~*~*~tactically~*~*~ (outnumbered).
 26529 | D:7      | 26529 ||| Stepping ~*~*~tactically~*~*~ (outnumbered).
 26531 | D:7      | 26531 ||| Stepping ~*~*~tactically~*~*~ (outnumbered).
 26533 | D:7      | 26533 ||| Stepping ~*~*~tactically~*~*~ (outnumbered).
 26535 | D:7      | 26535 ||| Stepping ~*~*~tactically~*~*~ (outnumbered).
 26537 | D:7      | 26537 ||| Stepping ~*~*~tactically~*~*~ (outnumbered).
 26539 | D:7      | 26539 ||| Stepping ~*~*~tactically~*~*~ (outnumbered).
 26541 | D:7      | 26541 ||| Stepping ~*~*~tactically~*~*~ (outnumbered).
 26543 | D:7      | 26543 ||| Stepping ~*~*~tactically~*~*~ (outnumbered).
 26545 | D:7      | 26545 ||| Stepping ~*~*~tactically~*~*~ (outnumbered).
 26547 | D:7      | 26547 ||| Stepping ~*~*~tactically~*~*~ (outnumbered).
 26549 | D:7      | 26549 ||| Stepping ~*~*~tactically~*~*~ (outnumbered).
 26551 | D:7      | 26551 ||| Stepping ~*~*~tactically~*~*~ (outnumbered).
 26553 | D:7      | 26553 ||| Stepping ~*~*~tactically~*~*~ (outnumbered).
 26555 | D:7      | 26555 ||| Stepping ~*~*~tactically~*~*~ (outnumbered).
 26557 | D:7      | 26557 ||| Stepping ~*~*~tactically~*~*~ (outnumbered).
 26559 | D:7      | 26559 ||| Stepping ~*~*~tactically~*~*~ (outnumbered).
 26561 | D:7      | 26561 ||| Stepping ~*~*~tactically~*~*~ (outnumbered).
 26563 | D:7      | 26563 ||| Stepping ~*~*~tactically~*~*~ (outnumbered).
 26565 | D:7      | 26565 ||| Stepping ~*~*~tactically~*~*~ (outnumbered).
 26567 | D:7      | 26567 ||| Stepping ~*~*~tactically~*~*~ (outnumbered).
 26569 | D:7      | 26569 ||| Stepping ~*~*~tactically~*~*~ (outnumbered).
 26571 | D:7      | 26571 ||| Stepping ~*~*~tactically~*~*~ (outnumbered).
 26573 | D:7      | 26573 ||| Stepping ~*~*~tactically~*~*~ (outnumbered).
 26575 | D:7      | 26575 ||| Stepping ~*~*~tactically~*~*~ (outnumbered).
 26577 | D:7      | 26577 ||| Stepping ~*~*~tactically~*~*~ (outnumbered).
 26579 | D:7      | 26579 ||| Stepping ~*~*~tactically~*~*~ (outnumbered).
 26581 | D:7      | 26581 ||| Stepping ~*~*~tactically~*~*~ (outnumbered).
 26583 | D:7      | 26583 ||| Stepping ~*~*~tactically~*~*~ (outnumbered).
 26585 | D:7      | 26585 ||| Stepping ~*~*~tactically~*~*~ (outnumbered).
 26587 | D:7      | 26587 ||| Stepping ~*~*~tactically~*~*~ (outnumbered).
 26589 | D:7      | 26589 ||| Stepping ~*~*~tactically~*~*~ (outnumbered).
 26591 | D:7      | 26591 ||| Stepping ~*~*~tactically~*~*~ (outnumbered).
 26593 | D:7      | 26593 ||| Stepping ~*~*~tactically~*~*~ (outnumbered).
 26595 | D:7      | 26595 ||| Stepping ~*~*~tactically~*~*~ (outnumbered).
 26597 | D:7      | 26597 ||| Stepping ~*~*~tactically~*~*~ (outnumbered).
 26599 | D:7      | 26599 ||| Stepping ~*~*~tactically~*~*~ (outnumbered).
 26601 | D:7      | 26601 ||| Stepping ~*~*~tactically~*~*~ (outnumbered).
 26603 | D:7      | 26603 ||| Stepping ~*~*~tactically~*~*~ (outnumbered).
 26605 | D:7      | 26605 ||| Stepping ~*~*~tactically~*~*~ (outnumbered).
 26607 | D:7      | 26607 ||| Stepping ~*~*~tactically~*~*~ (outnumbered).
 26609 | D:7      | 26609 ||| Stepping ~*~*~tactically~*~*~ (outnumbered).
 26611 | D:7      | 26611 ||| Stepping ~*~*~tactically~*~*~ (outnumbered).
 26613 | D:7      | 26613 ||| Stepping ~*~*~tactically~*~*~ (outnumbered).
 26615 | D:7      | 26615 ||| Stepping ~*~*~tactically~*~*~ (outnumbered).
 26617 | D:7      | 26617 ||| Stepping ~*~*~tactically~*~*~ (outnumbered).
 26619 | D:7      | 26619 ||| Stepping ~*~*~tactically~*~*~ (outnumbered).
 26621 | D:7      | 26621 ||| Stepping ~*~*~tactically~*~*~ (outnumbered).
 26623 | D:7      | 26623 ||| Stepping ~*~*~tactically~*~*~ (outnumbered).
 26625 | D:7      | 26625 ||| Stepping ~*~*~tactically~*~*~ (outnumbered).
 26627 | D:7      | 26627 ||| Stepping ~*~*~tactically~*~*~ (outnumbered).
 26629 | D:7      | 26629 ||| Stepping ~*~*~tactically~*~*~ (outnumbered).
 26631 | D:7      | 26631 ||| Stepping ~*~*~tactically~*~*~ (outnumbered).
 26633 | D:7      | 26633 ||| Stepping ~*~*~tactically~*~*~ (outnumbered).
 26635 | D:7      | 26635 ||| Stepping ~*~*~tactically~*~*~ (outnumbered).
 26637 | D:7      | 26637 ||| Stepping ~*~*~tactically~*~*~ (outnumbered).
 26639 | D:7      | 26639 ||| Stepping ~*~*~tactically~*~*~ (outnumbered).
 26641 | D:7      | 26641 ||| Stepping ~*~*~tactically~*~*~ (outnumbered).
 26643 | D:7      | 26643 ||| Stepping ~*~*~tactically~*~*~ (outnumbered).
 26645 | D:7      | 26645 ||| Stepping ~*~*~tactically~*~*~ (outnumbered).
 26647 | D:7      | 26647 ||| Stepping ~*~*~tactically~*~*~ (outnumbered).
 26649 | D:7      | 26649 ||| Stepping ~*~*~tactically~*~*~ (outnumbered).
 26651 | D:7      | 26651 ||| Stepping ~*~*~tactically~*~*~ (outnumbered).
 26653 | D:7      | 26653 ||| Stepping ~*~*~tactically~*~*~ (outnumbered).
 26655 | D:7      | 26655 ||| Stepping ~*~*~tactically~*~*~ (outnumbered).
 26657 | D:7      | 26657 ||| Stepping ~*~*~tactically~*~*~ (outnumbered).
 26659 | D:7      | 26659 ||| Stepping ~*~*~tactically~*~*~ (outnumbered).
 26661 | D:7      | 26661 ||| Stepping ~*~*~tactically~*~*~ (outnumbered).
 26663 | D:7      | 26663 ||| Stepping ~*~*~tactically~*~*~ (outnumbered).
 26665 | D:7      | 26665 ||| Stepping ~*~*~tactically~*~*~ (outnumbered).
 26667 | D:7      | 26667 ||| Stepping ~*~*~tactically~*~*~ (outnumbered).
 26669 | D:7      | 26669 ||| Stepping ~*~*~tactically~*~*~ (outnumbered).
 26671 | D:7      | 26671 ||| Stepping ~*~*~tactically~*~*~ (outnumbered).
 26673 | D:7      | 26673 ||| Stepping ~*~*~tactically~*~*~ (outnumbered).
 26675 | D:7      | 26675 ||| Stepping ~*~*~tactically~*~*~ (outnumbered).
 26677 | D:7      | 26677 ||| Stepping ~*~*~tactically~*~*~ (outnumbered).
 26679 | D:7      | 26679 ||| Stepping ~*~*~tactically~*~*~ (outnumbered).
 26681 | D:7      | 26681 ||| Stepping ~*~*~tactically~*~*~ (outnumbered).
 26683 | D:7      | 26683 ||| Stepping ~*~*~tactically~*~*~ (outnumbered).
 26685 | D:7      | 26685 ||| Stepping ~*~*~tactically~*~*~ (outnumbered).
 26687 | D:7      | 26687 ||| Stepping ~*~*~tactically~*~*~ (outnumbered).
 26689 | D:7      | 26689 ||| Stepping ~*~*~tactically~*~*~ (outnumbered).
 26691 | D:7      | 26691 ||| Stepping ~*~*~tactically~*~*~ (outnumbered).
 26693 | D:7      | 26693 ||| Stepping ~*~*~tactically~*~*~ (outnumbered).
 26695 | D:7      | 26695 ||| Stepping ~*~*~tactically~*~*~ (outnumbered).
 26697 | D:7      | 26697 ||| Stepping ~*~*~tactically~*~*~ (outnumbered).
 26699 | D:7      | 26699 ||| Stepping ~*~*~tactically~*~*~ (outnumbered).
 26701 | D:7      | 26701 ||| Stepping ~*~*~tactically~*~*~ (outnumbered).
 26703 | D:7      | 26703 ||| Stepping ~*~*~tactically~*~*~ (outnumbered).
 26705 | D:7      | 26705 ||| Stepping ~*~*~tactically~*~*~ (outnumbered).
 26707 | D:7      | 26707 ||| Stepping ~*~*~tactically~*~*~ (outnumbered).
 26709 | D:7      | 26709 ||| Stepping ~*~*~tactically~*~*~ (outnumbered).
 26711 | D:7      | 26711 ||| Stepping ~*~*~tactically~*~*~ (outnumbered).
 26713 | D:7      | 26713 ||| Stepping ~*~*~tactically~*~*~ (outnumbered).
 26715 | D:7      | 26715 ||| Stepping ~*~*~tactically~*~*~ (outnumbered).
 26717 | D:7      | 26717 ||| Stepping ~*~*~tactically~*~*~ (outnumbered).
 26719 | D:7      | 26719 ||| Stepping ~*~*~tactically~*~*~ (outnumbered).
 26721 | D:7      | 26721 ||| Stepping ~*~*~tactically~*~*~ (outnumbered).
 26723 | D:7      | 26723 ||| Stepping ~*~*~tactically~*~*~ (outnumbered).
 26725 | D:7      | 26725 ||| Stepping ~*~*~tactically~*~*~ (outnumbered).
 26727 | D:7      | 26727 ||| Stepping ~*~*~tactically~*~*~ (outnumbered).
 26729 | D:7      | 26729 ||| Stepping ~*~*~tactically~*~*~ (outnumbered).
 26731 | D:7      | 26731 ||| Stepping ~*~*~tactically~*~*~ (outnumbered).
 26733 | D:7      | 26733 ||| Stepping ~*~*~tactically~*~*~ (outnumbered).
 26735 | D:7      | 26735 ||| Stepping ~*~*~tactically~*~*~ (outnumbered).
 26737 | D:7      | 26737 ||| Stepping ~*~*~tactically~*~*~ (outnumbered).
 26739 | D:7      | 26739 ||| Stepping ~*~*~tactically~*~*~ (outnumbered).
 26741 | D:7      | 26741 ||| Stepping ~*~*~tactically~*~*~ (outnumbered).
 26743 | D:7      | 26743 ||| Stepping ~*~*~tactically~*~*~ (outnumbered).
 26745 | D:7      | 26745 ||| Stepping ~*~*~tactically~*~*~ (outnumbered).
 26747 | D:7      | 26747 ||| Stepping ~*~*~tactically~*~*~ (outnumbered).
 26749 | D:7      | 26749 ||| Stepping ~*~*~tactically~*~*~ (outnumbered).
 26751 | D:7      | 26751 ||| Stepping ~*~*~tactically~*~*~ (outnumbered).
 26753 | D:7      | 26753 ||| Stepping ~*~*~tactically~*~*~ (outnumbered).
 26755 | D:7      | 26755 ||| Stepping ~*~*~tactically~*~*~ (outnumbered).
 26757 | D:7      | 26757 ||| Stepping ~*~*~tactically~*~*~ (outnumbered).
 26759 | D:7      | 26759 ||| Stepping ~*~*~tactically~*~*~ (outnumbered).
 26761 | D:7      | 26761 ||| Stepping ~*~*~tactically~*~*~ (outnumbered).
 26763 | D:7      | 26763 ||| Stepping ~*~*~tactically~*~*~ (outnumbered).
 26765 | D:7      | 26765 ||| Stepping ~*~*~tactically~*~*~ (outnumbered).
 26767 | D:7      | 26767 ||| Stepping ~*~*~tactically~*~*~ (outnumbered).
 26769 | D:7      | 26769 ||| Stepping ~*~*~tactically~*~*~ (outnumbered).
 26771 | D:7      | 26771 ||| Stepping ~*~*~tactically~*~*~ (outnumbered).
 26773 | D:7      | 26773 ||| Stepping ~*~*~tactically~*~*~ (outnumbered).
 26775 | D:7      | 26775 ||| Stepping ~*~*~tactically~*~*~ (outnumbered).
 26777 | D:7      | 26777 ||| Stepping ~*~*~tactically~*~*~ (outnumbered).
 26779 | D:7      | 26779 ||| Stepping ~*~*~tactically~*~*~ (outnumbered).
 26781 | D:7      | 26781 ||| Stepping ~*~*~tactically~*~*~ (outnumbered).
 26783 | D:7      | 26783 ||| Stepping ~*~*~tactically~*~*~ (outnumbered).
 26785 | D:7      | 26785 ||| Stepping ~*~*~tactically~*~*~ (outnumbered).
 26787 | D:7      | 26787 ||| Stepping ~*~*~tactically~*~*~ (outnumbered).
 26789 | D:7      | 26789 ||| Stepping ~*~*~tactically~*~*~ (outnumbered).
 26791 | D:7      | 26791 ||| Stepping ~*~*~tactically~*~*~ (outnumbered).
 26793 | D:7      | 26793 ||| Stepping ~*~*~tactically~*~*~ (outnumbered).
 26795 | D:7      | 26795 ||| Stepping ~*~*~tactically~*~*~ (outnumbered).
 26797 | D:7      | 26797 ||| Stepping ~*~*~tactically~*~*~ (outnumbered).
 26799 | D:7      | 26799 ||| Stepping ~*~*~tactically~*~*~ (outnumbered).
 26801 | D:7      | 26801 ||| Stepping ~*~*~tactically~*~*~ (outnumbered).
 26803 | D:7      | 26803 ||| Stepping ~*~*~tactically~*~*~ (outnumbered).
 26805 | D:7      | 26805 ||| Stepping ~*~*~tactically~*~*~ (outnumbered).
 26807 | D:7      | 26807 ||| Stepping ~*~*~tactically~*~*~ (outnumbered).
 26809 | D:7      | 26809 ||| Stepping ~*~*~tactically~*~*~ (outnumbered).
 26811 | D:7      | 26811 ||| Stepping ~*~*~tactically~*~*~ (outnumbered).
 26813 | D:7      | 26813 ||| Stepping ~*~*~tactically~*~*~ (outnumbered).
 26815 | D:7      | 26815 ||| Stepping ~*~*~tactically~*~*~ (outnumbered).
 26817 | D:7      | 26817 ||| Stepping ~*~*~tactically~*~*~ (outnumbered).
 26819 | D:7      | 26819 ||| Stepping ~*~*~tactically~*~*~ (outnumbered).
 26821 | D:7      | 26821 ||| Stepping ~*~*~tactically~*~*~ (outnumbered).
 26823 | D:7      | 26823 ||| Stepping ~*~*~tactically~*~*~ (outnumbered).
 26825 | D:7      | 26825 ||| Stepping ~*~*~tactically~*~*~ (outnumbered).
 26827 | D:7      | 26827 ||| Stepping ~*~*~tactically~*~*~ (outnumbered).
 26829 | D:7      | 26829 ||| Stepping ~*~*~tactically~*~*~ (outnumbered).
 26831 | D:7      | 26831 ||| Stepping ~*~*~tactically~*~*~ (outnumbered).
 26833 | D:7      | 26833 ||| Stepping ~*~*~tactically~*~*~ (outnumbered).
 26835 | D:7      | 26835 ||| Stepping ~*~*~tactically~*~*~ (outnumbered).
 26837 | D:7      | 26837 ||| Stepping ~*~*~tactically~*~*~ (outnumbered).
 26839 | D:7      | 26839 ||| Stepping ~*~*~tactically~*~*~ (outnumbered).
 26841 | D:7      | 26841 ||| Stepping ~*~*~tactically~*~*~ (outnumbered).
 26843 | D:7      | 26843 ||| Stepping ~*~*~tactically~*~*~ (outnumbered).
 26845 | D:7      | 26845 ||| Stepping ~*~*~tactically~*~*~ (outnumbered).
 26847 | D:7      | 26847 ||| Stepping ~*~*~tactically~*~*~ (outnumbered).
 26849 | D:7      | 26849 ||| Stepping ~*~*~tactically~*~*~ (outnumbered).
 26851 | D:7      | 26851 ||| Stepping ~*~*~tactically~*~*~ (outnumbered).
 26853 | D:7      | 26853 ||| Stepping ~*~*~tactically~*~*~ (outnumbered).
 26855 | D:7      | 26855 ||| Stepping ~*~*~tactically~*~*~ (outnumbered).
 26857 | D:7      | 26857 ||| Stepping ~*~*~tactically~*~*~ (outnumbered).
 26859 | D:7      | 26859 ||| Stepping ~*~*~tactically~*~*~ (outnumbered).
 26861 | D:7      | 26861 ||| Stepping ~*~*~tactically~*~*~ (outnumbered).
 26863 | D:7      | 26863 ||| Stepping ~*~*~tactically~*~*~ (outnumbered).
 26865 | D:7      | 26865 ||| Stepping ~*~*~tactically~*~*~ (outnumbered).
 26867 | D:7      | 26867 ||| Stepping ~*~*~tactically~*~*~ (outnumbered).
 26869 | D:7      | 26869 ||| Stepping ~*~*~tactically~*~*~ (outnumbered).
 26871 | D:7      | 26871 ||| Stepping ~*~*~tactically~*~*~ (outnumbered).
 26873 | D:7      | 26873 ||| Stepping ~*~*~tactically~*~*~ (outnumbered).
 26875 | D:7      | 26875 ||| Stepping ~*~*~tactically~*~*~ (outnumbered).
 26877 | D:7      | 26877 ||| Stepping ~*~*~tactically~*~*~ (outnumbered).
 26879 | D:7      | 26879 ||| Stepping ~*~*~tactically~*~*~ (outnumbered).
 26881 | D:7      | 26881 ||| Stepping ~*~*~tactically~*~*~ (outnumbered).
 26883 | D:7      | 26883 ||| Stepping ~*~*~tactically~*~*~ (outnumbered).
 26885 | D:7      | 26885 ||| Stepping ~*~*~tactically~*~*~ (outnumbered).
 26887 | D:7      | 26887 ||| Stepping ~*~*~tactically~*~*~ (outnumbered).
 26889 | D:7      | 26889 ||| Stepping ~*~*~tactically~*~*~ (outnumbered).
 26891 | D:7      | 26891 ||| Stepping ~*~*~tactically~*~*~ (outnumbered).
 26893 | D:7      | 26893 ||| Stepping ~*~*~tactically~*~*~ (outnumbered).
 26895 | D:7      | 26895 ||| Stepping ~*~*~tactically~*~*~ (outnumbered).
 26897 | D:7      | 26897 ||| Stepping ~*~*~tactically~*~*~ (outnumbered).
 26899 | D:7      | 26899 ||| Stepping ~*~*~tactically~*~*~ (outnumbered).
 26901 | D:7      | 26901 ||| Stepping ~*~*~tactically~*~*~ (outnumbered).
 26903 | D:7      | 26903 ||| Stepping ~*~*~tactically~*~*~ (outnumbered).
 26905 | D:7      | 26905 ||| Stepping ~*~*~tactically~*~*~ (outnumbered).
 26907 | D:7      | 26907 ||| Stepping ~*~*~tactically~*~*~ (outnumbered).
 26909 | D:7      | 26909 ||| Stepping ~*~*~tactically~*~*~ (outnumbered).
 26911 | D:7      | 26911 ||| Stepping ~*~*~tactically~*~*~ (outnumbered).
 26913 | D:7      | 26913 ||| Stepping ~*~*~tactically~*~*~ (outnumbered).
 26915 | D:7      | 26915 ||| Stepping ~*~*~tactically~*~*~ (outnumbered).
 26917 | D:7      | 26917 ||| Stepping ~*~*~tactically~*~*~ (outnumbered).
 26919 | D:7      | 26919 ||| Stepping ~*~*~tactically~*~*~ (outnumbered).
 26921 | D:7      | 26921 ||| Stepping ~*~*~tactically~*~*~ (outnumbered).
 26923 | D:7      | 26923 ||| Stepping ~*~*~tactically~*~*~ (outnumbered).
 26925 | D:7      | 26925 ||| Stepping ~*~*~tactically~*~*~ (outnumbered).
 26927 | D:7      | 26927 ||| Stepping ~*~*~tactically~*~*~ (outnumbered).
 26929 | D:7      | 26929 ||| Stepping ~*~*~tactically~*~*~ (outnumbered).
 26931 | D:7      | 26931 ||| Stepping ~*~*~tactically~*~*~ (outnumbered).
 26933 | D:7      | 26933 ||| Stepping ~*~*~tactically~*~*~ (outnumbered).
 26935 | D:7      | 26935 ||| Stepping ~*~*~tactically~*~*~ (outnumbered).
 26937 | D:7      | 26937 ||| Stepping ~*~*~tactically~*~*~ (outnumbered).
 26939 | D:7      | 26939 ||| Stepping ~*~*~tactically~*~*~ (outnumbered).
 26941 | D:7      | 26941 ||| Stepping ~*~*~tactically~*~*~ (outnumbered).
 26943 | D:7      | 26943 ||| Stepping ~*~*~tactically~*~*~ (outnumbered).
 26945 | D:7      | 26945 ||| Stepping ~*~*~tactically~*~*~ (outnumbered).
 26947 | D:7      | 26947 ||| Stepping ~*~*~tactically~*~*~ (outnumbered).
 26949 | D:7      | 26949 ||| Stepping ~*~*~tactically~*~*~ (outnumbered).
 26951 | D:7      | 26951 ||| Stepping ~*~*~tactically~*~*~ (outnumbered).
 26953 | D:7      | 26953 ||| Stepping ~*~*~tactically~*~*~ (outnumbered).
 26955 | D:7      | 26955 ||| Stepping ~*~*~tactically~*~*~ (outnumbered).
 26957 | D:7      | 26957 ||| Stepping ~*~*~tactically~*~*~ (outnumbered).
 26959 | D:7      | 26959 ||| Stepping ~*~*~tactically~*~*~ (outnumbered).
 26961 | D:7      | 26961 ||| Stepping ~*~*~tactically~*~*~ (outnumbered).
 26963 | D:7      | 26963 ||| Stepping ~*~*~tactically~*~*~ (outnumbered).
 26965 | D:7      | 26965 ||| Stepping ~*~*~tactically~*~*~ (outnumbered).
 26967 | D:7      | 26967 ||| Stepping ~*~*~tactically~*~*~ (outnumbered).
 26969 | D:7      | 26969 ||| Stepping ~*~*~tactically~*~*~ (outnumbered).
 26971 | D:7      | 26971 ||| Stepping ~*~*~tactically~*~*~ (outnumbered).
 26973 | D:7      | 26973 ||| Stepping ~*~*~tactically~*~*~ (outnumbered).
 26975 | D:7      | 26975 ||| Stepping ~*~*~tactically~*~*~ (outnumbered).
 26977 | D:7      | 26977 ||| Stepping ~*~*~tactically~*~*~ (outnumbered).
 26979 | D:7      | 26979 ||| Stepping ~*~*~tactically~*~*~ (outnumbered).
 26981 | D:7      | 26981 ||| Stepping ~*~*~tactically~*~*~ (outnumbered).
 26983 | D:7      | 26983 ||| Stepping ~*~*~tactically~*~*~ (outnumbered).
 26985 | D:7      | 26985 ||| Stepping ~*~*~tactically~*~*~ (outnumbered).
 26987 | D:7      | 26987 ||| Stepping ~*~*~tactically~*~*~ (outnumbered).
 26989 | D:7      | 26989 ||| Stepping ~*~*~tactically~*~*~ (outnumbered).
 26991 | D:7      | 26991 ||| Stepping ~*~*~tactically~*~*~ (outnumbered).
 26993 | D:7      | 26993 ||| Stepping ~*~*~tactically~*~*~ (outnumbered).
 26995 | D:7      | 26995 ||| Stepping ~*~*~tactically~*~*~ (outnumbered).
 26997 | D:7      | 26997 ||| Stepping ~*~*~tactically~*~*~ (outnumbered).
 26999 | D:7      | 26999 ||| Stepping ~*~*~tactically~*~*~ (outnumbered).
 27001 | D:7      | 27001 ||| Stepping ~*~*~tactically~*~*~ (outnumbered).
 27003 | D:7      | 27003 ||| Stepping ~*~*~tactically~*~*~ (outnumbered).
 27005 | D:7      | 27005 ||| Stepping ~*~*~tactically~*~*~ (outnumbered).
 27007 | D:7      | 27007 ||| Stepping ~*~*~tactically~*~*~ (outnumbered).
 27009 | D:7      | 27009 ||| Stepping ~*~*~tactically~*~*~ (outnumbered).
 27011 | D:7      | 27011 ||| Stepping ~*~*~tactically~*~*~ (outnumbered).
 27013 | D:7      | 27013 ||| Stepping ~*~*~tactically~*~*~ (outnumbered).
 27015 | D:7      | 27015 ||| Stepping ~*~*~tactically~*~*~ (outnumbered).
 27017 | D:7      | 27017 ||| Stepping ~*~*~tactically~*~*~ (outnumbered).
 27019 | D:7      | 27019 ||| Stepping ~*~*~tactically~*~*~ (outnumbered).
 27021 | D:7      | 27021 ||| Stepping ~*~*~tactically~*~*~ (outnumbered).
 27023 | D:7      | 27023 ||| Stepping ~*~*~tactically~*~*~ (outnumbered).
 27025 | D:7      | 27025 ||| Stepping ~*~*~tactically~*~*~ (outnumbered).
 27027 | D:7      | 27027 ||| Stepping ~*~*~tactically~*~*~ (outnumbered).
 27029 | D:7      | 27029 ||| Stepping ~*~*~tactically~*~*~ (outnumbered).
 27031 | D:7      | 27031 ||| Stepping ~*~*~tactically~*~*~ (outnumbered).
 27033 | D:7      | 27033 ||| Stepping ~*~*~tactically~*~*~ (outnumbered).
 27035 | D:7      | 27035 ||| Stepping ~*~*~tactically~*~*~ (outnumbered).
 27037 | D:7      | 27037 ||| Stepping ~*~*~tactically~*~*~ (outnumbered).
 27039 | D:7      | 27039 ||| Stepping ~*~*~tactically~*~*~ (outnumbered).
 27041 | D:7      | 27041 ||| Stepping ~*~*~tactically~*~*~ (outnumbered).
 27043 | D:7      | 27043 ||| Stepping ~*~*~tactically~*~*~ (outnumbered).
 27045 | D:7      | 27045 ||| Stepping ~*~*~tactically~*~*~ (outnumbered).
 27047 | D:7      | 27047 ||| Stepping ~*~*~tactically~*~*~ (outnumbered).
 27049 | D:7      | 27049 ||| Stepping ~*~*~tactically~*~*~ (outnumbered).
 27051 | D:7      | 27051 ||| Stepping ~*~*~tactically~*~*~ (outnumbered).
 27053 | D:7      | 27053 ||| Stepping ~*~*~tactically~*~*~ (outnumbered).
 27055 | D:7      | 27055 ||| Stepping ~*~*~tactically~*~*~ (outnumbered).
 27057 | D:7      | 27057 ||| Stepping ~*~*~tactically~*~*~ (outnumbered).
 27059 | D:7      | 27059 ||| Stepping ~*~*~tactically~*~*~ (outnumbered).
 27061 | D:7      | 27061 ||| Stepping ~*~*~tactically~*~*~ (outnumbered).
 27063 | D:7      | 27063 ||| Stepping ~*~*~tactically~*~*~ (outnumbered).
 27065 | D:7      | 27065 ||| Stepping ~*~*~tactically~*~*~ (outnumbered).
 27067 | D:7      | 27067 ||| Stepping ~*~*~tactically~*~*~ (outnumbered).
 27069 | D:7      | 27069 ||| Stepping ~*~*~tactically~*~*~ (outnumbered).
 27071 | D:7      | 27071 ||| Stepping ~*~*~tactically~*~*~ (outnumbered).
 27073 | D:7      | 27073 ||| Stepping ~*~*~tactically~*~*~ (outnumbered).
 27075 | D:7      | 27075 ||| Stepping ~*~*~tactically~*~*~ (outnumbered).
 27077 | D:7      | 27077 ||| Stepping ~*~*~tactically~*~*~ (outnumbered).
 27079 | D:7      | 27079 ||| Stepping ~*~*~tactically~*~*~ (outnumbered).
 27081 | D:7      | 27081 ||| Stepping ~*~*~tactically~*~*~ (outnumbered).
 27083 | D:7      | 27083 ||| Stepping ~*~*~tactically~*~*~ (outnumbered).
 27085 | D:7      | 27085 ||| Stepping ~*~*~tactically~*~*~ (outnumbered).
 27087 | D:7      | 27087 ||| Stepping ~*~*~tactically~*~*~ (outnumbered).
 27089 | D:7      | 27089 ||| Stepping ~*~*~tactically~*~*~ (outnumbered).
 27091 | D:7      | 27091 ||| Stepping ~*~*~tactically~*~*~ (outnumbered).
 27093 | D:7      | 27093 ||| Stepping ~*~*~tactically~*~*~ (outnumbered).
 27095 | D:7      | 27095 ||| Stepping ~*~*~tactically~*~*~ (outnumbered).
 27097 | D:7      | 27097 ||| Stepping ~*~*~tactically~*~*~ (outnumbered).
 27099 | D:7      | 27099 ||| Stepping ~*~*~tactically~*~*~ (outnumbered).
 27101 | D:7      | 27101 ||| Stepping ~*~*~tactically~*~*~ (outnumbered).
 27103 | D:7      | 27103 ||| Stepping ~*~*~tactically~*~*~ (outnumbered).
 27105 | D:7      | 27105 ||| Stepping ~*~*~tactically~*~*~ (outnumbered).
 27107 | D:7      | 27107 ||| Stepping ~*~*~tactically~*~*~ (outnumbered).
 27109 | D:7      | 27109 ||| Stepping ~*~*~tactically~*~*~ (outnumbered).
 27111 | D:7      | 27111 ||| Stepping ~*~*~tactically~*~*~ (outnumbered).
 27113 | D:7      | 27113 ||| Stepping ~*~*~tactically~*~*~ (outnumbered).
 27115 | D:7      | 27115 ||| Stepping ~*~*~tactically~*~*~ (outnumbered).
 27117 | D:7      | 27117 ||| Stepping ~*~*~tactically~*~*~ (outnumbered).
 27119 | D:7      | 27119 ||| Stepping ~*~*~tactically~*~*~ (outnumbered).
 27121 | D:7      | 27121 ||| Stepping ~*~*~tactically~*~*~ (outnumbered).
 27123 | D:7      | 27123 ||| Stepping ~*~*~tactically~*~*~ (outnumbered).
 27125 | D:7      | 27125 ||| Stepping ~*~*~tactically~*~*~ (outnumbered).
 27127 | D:7      | 27127 ||| Stepping ~*~*~tactically~*~*~ (outnumbered).
 27129 | D:7      | 27129 ||| Stepping ~*~*~tactically~*~*~ (outnumbered).
 27131 | D:7      | 27131 ||| Stepping ~*~*~tactically~*~*~ (outnumbered).
 27133 | D:7      | 27133 ||| Stepping ~*~*~tactically~*~*~ (outnumbered).
 27135 | D:7      | 27135 ||| Stepping ~*~*~tactically~*~*~ (outnumbered).
 27137 | D:7      | 27137 ||| Stepping ~*~*~tactically~*~*~ (outnumbered).
 27139 | D:7      | 27139 ||| Stepping ~*~*~tactically~*~*~ (outnumbered).
 27141 | D:7      | 27141 ||| Stepping ~*~*~tactically~*~*~ (outnumbered).
 27143 | D:7      | 27143 ||| Stepping ~*~*~tactically~*~*~ (outnumbered).
 27145 | D:7      | 27145 ||| Stepping ~*~*~tactically~*~*~ (outnumbered).
 27147 | D:7      | 27147 ||| Stepping ~*~*~tactically~*~*~ (outnumbered).
 27149 | D:7      | 27149 ||| Stepping ~*~*~tactically~*~*~ (outnumbered).
 27151 | D:7      | 27151 ||| Stepping ~*~*~tactically~*~*~ (outnumbered).
 27153 | D:7      | 27153 ||| Stepping ~*~*~tactically~*~*~ (outnumbered).
 27155 | D:7      | 27155 ||| Stepping ~*~*~tactically~*~*~ (outnumbered).
 27157 | D:7      | 27157 ||| Stepping ~*~*~tactically~*~*~ (outnumbered).
 27159 | D:7      | 27159 ||| Stepping ~*~*~tactically~*~*~ (outnumbered).
 27161 | D:7      | 27161 ||| Stepping ~*~*~tactically~*~*~ (outnumbered).
 27163 | D:7      | 27163 ||| Stepping ~*~*~tactically~*~*~ (outnumbered).
 27165 | D:7      | 27165 ||| Stepping ~*~*~tactically~*~*~ (outnumbered).
 27167 | D:7      | 27167 ||| Stepping ~*~*~tactically~*~*~ (outnumbered).
 27169 | D:7      | 27169 ||| Stepping ~*~*~tactically~*~*~ (outnumbered).
 27171 | D:7      | 27171 ||| Stepping ~*~*~tactically~*~*~ (outnumbered).
 27173 | D:7      | 27173 ||| Stepping ~*~*~tactically~*~*~ (outnumbered).
 27175 | D:7      | 27175 ||| Stepping ~*~*~tactically~*~*~ (outnumbered).
 27177 | D:7      | 27177 ||| Stepping ~*~*~tactically~*~*~ (outnumbered).
 27179 | D:7      | 27179 ||| Stepping ~*~*~tactically~*~*~ (outnumbered).
 27181 | D:7      | 27181 ||| Stepping ~*~*~tactically~*~*~ (outnumbered).
 27183 | D:7      | 27183 ||| Stepping ~*~*~tactically~*~*~ (outnumbered).
 27185 | D:7      | 27185 ||| Stepping ~*~*~tactically~*~*~ (outnumbered).
 27187 | D:7      | 27187 ||| Stepping ~*~*~tactically~*~*~ (outnumbered).
 27189 | D:7      | 27189 ||| Stepping ~*~*~tactically~*~*~ (outnumbered).
 27191 | D:7      | 27191 ||| Stepping ~*~*~tactically~*~*~ (outnumbered).
 27193 | D:7      | 27193 ||| Stepping ~*~*~tactically~*~*~ (outnumbered).
 27195 | D:7      | 27195 ||| Stepping ~*~*~tactically~*~*~ (outnumbered).
 27197 | D:7      | 27197 ||| Stepping ~*~*~tactically~*~*~ (outnumbered).
 27199 | D:7      | 27199 ||| Stepping ~*~*~tactically~*~*~ (outnumbered).
 27201 | D:7      | 27201 ||| Stepping ~*~*~tactically~*~*~ (outnumbered).
 27203 | D:7      | 27203 ||| Stepping ~*~*~tactically~*~*~ (outnumbered).
 27205 | D:7      | 27205 ||| Stepping ~*~*~tactically~*~*~ (outnumbered).
 27207 | D:7      | 27207 ||| Stepping ~*~*~tactically~*~*~ (outnumbered).
 27209 | D:7      | 27209 ||| Stepping ~*~*~tactically~*~*~ (outnumbered).
 27211 | D:7      | 27211 ||| Stepping ~*~*~tactically~*~*~ (outnumbered).
 27213 | D:7      | 27213 ||| Stepping ~*~*~tactically~*~*~ (outnumbered).
 27215 | D:7      | 27215 ||| Stepping ~*~*~tactically~*~*~ (outnumbered).
 27217 | D:7      | 27217 ||| Stepping ~*~*~tactically~*~*~ (outnumbered).
 27219 | D:7      | 27219 ||| Stepping ~*~*~tactically~*~*~ (outnumbered).
 27221 | D:7      | 27221 ||| Stepping ~*~*~tactically~*~*~ (outnumbered).
 27223 | D:7      | 27223 ||| Stepping ~*~*~tactically~*~*~ (outnumbered).
 27225 | D:7      | 27225 ||| Stepping ~*~*~tactically~*~*~ (outnumbered).
 27227 | D:7      | 27227 ||| Stepping ~*~*~tactically~*~*~ (outnumbered).
 27229 | D:7      | 27229 ||| Stepping ~*~*~tactically~*~*~ (outnumbered).
 27231 | D:7      | 27231 ||| Stepping ~*~*~tactically~*~*~ (outnumbered).
 27233 | D:7      | 27233 ||| Stepping ~*~*~tactically~*~*~ (outnumbered).
 27235 | D:7      | 27235 ||| Stepping ~*~*~tactically~*~*~ (outnumbered).
 27237 | D:7      | 27237 ||| Stepping ~*~*~tactically~*~*~ (outnumbered).
 27239 | D:7      | 27239 ||| Stepping ~*~*~tactically~*~*~ (outnumbered).
 27241 | D:7      | 27241 ||| Stepping ~*~*~tactically~*~*~ (outnumbered).
 27243 | D:7      | 27243 ||| Stepping ~*~*~tactically~*~*~ (outnumbered).
 27245 | D:7      | 27245 ||| Stepping ~*~*~tactically~*~*~ (outnumbered).
 27247 | D:7      | 27247 ||| Stepping ~*~*~tactically~*~*~ (outnumbered).
 27249 | D:7      | 27249 ||| Stepping ~*~*~tactically~*~*~ (outnumbered).
 27251 | D:7      | 27251 ||| Stepping ~*~*~tactically~*~*~ (outnumbered).
 27253 | D:7      | 27253 ||| Stepping ~*~*~tactically~*~*~ (outnumbered).
 27255 | D:7      | 27255 ||| Stepping ~*~*~tactically~*~*~ (outnumbered).
 27257 | D:7      | 27257 ||| Stepping ~*~*~tactically~*~*~ (outnumbered).
 27259 | D:7      | 27259 ||| Stepping ~*~*~tactically~*~*~ (outnumbered).
 27261 | D:7      | 27261 ||| Stepping ~*~*~tactically~*~*~ (outnumbered).
 27263 | D:7      | 27263 ||| Stepping ~*~*~tactically~*~*~ (outnumbered).
 27265 | D:7      | 27265 ||| Stepping ~*~*~tactically~*~*~ (outnumbered).
 27267 | D:7      | 27267 ||| Stepping ~*~*~tactically~*~*~ (outnumbered).
 27269 | D:7      | 27269 ||| Stepping ~*~*~tactically~*~*~ (outnumbered).
 27271 | D:7      | 27271 ||| Stepping ~*~*~tactically~*~*~ (outnumbered).
 27273 | D:7      | 27273 ||| Stepping ~*~*~tactically~*~*~ (outnumbered).
 27275 | D:7      | 27275 ||| Stepping ~*~*~tactically~*~*~ (outnumbered).
 27277 | D:7      | 27277 ||| Stepping ~*~*~tactically~*~*~ (outnumbered).
 27279 | D:7      | 27279 ||| Stepping ~*~*~tactically~*~*~ (outnumbered).
 27281 | D:7      | 27281 ||| Stepping ~*~*~tactically~*~*~ (outnumbered).
 27283 | D:7      | 27283 ||| Stepping ~*~*~tactically~*~*~ (outnumbered).
 27285 | D:7      | 27285 ||| Stepping ~*~*~tactically~*~*~ (outnumbered).
 27287 | D:7      | 27287 ||| Stepping ~*~*~tactically~*~*~ (outnumbered).
 27289 | D:7      | 27289 ||| Stepping ~*~*~tactically~*~*~ (outnumbered).
 27291 | D:7      | 27291 ||| Stepping ~*~*~tactically~*~*~ (outnumbered).
 27293 | D:7      | 27293 ||| Stepping ~*~*~tactically~*~*~ (outnumbered).
 27295 | D:7      | 27295 ||| Stepping ~*~*~tactically~*~*~ (outnumbered).
 27297 | D:7      | 27297 ||| Stepping ~*~*~tactically~*~*~ (outnumbered).
 27299 | D:7      | 27299 ||| Stepping ~*~*~tactically~*~*~ (outnumbered).
 27301 | D:7      | 27301 ||| Stepping ~*~*~tactically~*~*~ (outnumbered).
 27303 | D:7      | 27303 ||| Stepping ~*~*~tactically~*~*~ (outnumbered).
 27305 | D:7      | 27305 ||| Stepping ~*~*~tactically~*~*~ (outnumbered).
 27307 | D:7      | 27307 ||| Stepping ~*~*~tactically~*~*~ (outnumbered).
 27309 | D:7      | 27309 ||| Stepping ~*~*~tactically~*~*~ (outnumbered).
 27311 | D:7      | 27311 ||| Stepping ~*~*~tactically~*~*~ (outnumbered).
 27313 | D:7      | 27313 ||| Stepping ~*~*~tactically~*~*~ (outnumbered).
 27315 | D:7      | 27315 ||| Stepping ~*~*~tactically~*~*~ (outnumbered).
 27317 | D:7      | 27317 ||| Stepping ~*~*~tactically~*~*~ (outnumbered).
 27319 | D:7      | 27319 ||| Stepping ~*~*~tactically~*~*~ (outnumbered).
 27321 | D:7      | 27321 ||| Stepping ~*~*~tactically~*~*~ (outnumbered).
 27323 | D:7      | 27323 ||| Stepping ~*~*~tactically~*~*~ (outnumbered).
 27325 | D:7      | 27325 ||| Stepping ~*~*~tactically~*~*~ (outnumbered).
 27327 | D:7      | 27327 ||| Stepping ~*~*~tactically~*~*~ (outnumbered).
 27329 | D:7      | 27329 ||| Stepping ~*~*~tactically~*~*~ (outnumbered).
 27331 | D:7      | 27331 ||| Stepping ~*~*~tactically~*~*~ (outnumbered).
 27333 | D:7      | 27333 ||| Stepping ~*~*~tactically~*~*~ (outnumbered).
 27335 | D:7      | 27335 ||| Stepping ~*~*~tactically~*~*~ (outnumbered).
 27337 | D:7      | 27337 ||| Stepping ~*~*~tactically~*~*~ (outnumbered).
 27339 | D:7      | 27339 ||| Stepping ~*~*~tactically~*~*~ (outnumbered).
 27341 | D:7      | 27341 ||| Stepping ~*~*~tactically~*~*~ (outnumbered).
 27343 | D:7      | 27343 ||| Stepping ~*~*~tactically~*~*~ (outnumbered).
 27345 | D:7      | 27345 ||| Stepping ~*~*~tactically~*~*~ (outnumbered).
 27347 | D:7      | 27347 ||| Stepping ~*~*~tactically~*~*~ (outnumbered).
 27349 | D:7      | 27349 ||| Stepping ~*~*~tactically~*~*~ (outnumbered).
 27351 | D:7      | 27351 ||| Stepping ~*~*~tactically~*~*~ (outnumbered).
 27353 | D:7      | 27353 ||| Stepping ~*~*~tactically~*~*~ (outnumbered).
 27355 | D:7      | 27355 ||| Stepping ~*~*~tactically~*~*~ (outnumbered).
 27357 | D:7      | 27357 ||| Stepping ~*~*~tactically~*~*~ (outnumbered).
 27359 | D:7      | 27359 ||| Stepping ~*~*~tactically~*~*~ (outnumbered).
 27361 | D:7      | 27361 ||| Stepping ~*~*~tactically~*~*~ (outnumbered).
 27363 | D:7      | 27363 ||| Stepping ~*~*~tactically~*~*~ (outnumbered).
 27365 | D:7      | 27365 ||| Stepping ~*~*~tactically~*~*~ (outnumbered).
 27367 | D:7      | 27367 ||| Stepping ~*~*~tactically~*~*~ (outnumbered).
 27369 | D:7      | 27369 ||| Stepping ~*~*~tactically~*~*~ (outnumbered).
 27371 | D:7      | 27371 ||| Stepping ~*~*~tactically~*~*~ (outnumbered).
 27373 | D:7      | 27373 ||| Stepping ~*~*~tactically~*~*~ (outnumbered).
 27375 | D:7      | 27375 ||| Stepping ~*~*~tactically~*~*~ (outnumbered).
 27377 | D:7      | 27377 ||| Stepping ~*~*~tactically~*~*~ (outnumbered).
 27379 | D:7      | 27379 ||| Stepping ~*~*~tactically~*~*~ (outnumbered).
 27381 | D:7      | 27381 ||| Stepping ~*~*~tactically~*~*~ (outnumbered).
 27383 | D:7      | 27383 ||| Stepping ~*~*~tactically~*~*~ (outnumbered).
 27385 | D:7      | 27385 ||| Stepping ~*~*~tactically~*~*~ (outnumbered).
 27387 | D:7      | 27387 ||| Stepping ~*~*~tactically~*~*~ (outnumbered).
 27389 | D:7      | 27389 ||| Stepping ~*~*~tactically~*~*~ (outnumbered).
 27391 | D:7      | 27391 ||| Stepping ~*~*~tactically~*~*~ (outnumbered).
 27393 | D:7      | 27393 ||| Stepping ~*~*~tactically~*~*~ (outnumbered).
 27395 | D:7      | 27395 ||| Stepping ~*~*~tactically~*~*~ (outnumbered).
 27397 | D:7      | 27397 ||| Stepping ~*~*~tactically~*~*~ (outnumbered).
 27399 | D:7      | 27399 ||| Stepping ~*~*~tactically~*~*~ (outnumbered).
 27401 | D:7      | 27401 ||| Stepping ~*~*~tactically~*~*~ (outnumbered).
 27403 | D:7      | 27403 ||| Stepping ~*~*~tactically~*~*~ (outnumbered).
 27405 | D:7      | 27405 ||| Stepping ~*~*~tactically~*~*~ (outnumbered).
 27407 | D:7      | 27407 ||| Stepping ~*~*~tactically~*~*~ (outnumbered).
 27409 | D:7      | 27409 ||| Stepping ~*~*~tactically~*~*~ (outnumbered).
 27411 | D:7      | 27411 ||| Stepping ~*~*~tactically~*~*~ (outnumbered).
 27413 | D:7      | 27413 ||| Stepping ~*~*~tactically~*~*~ (outnumbered).
 27415 | D:7      | 27415 ||| Stepping ~*~*~tactically~*~*~ (outnumbered).
 27417 | D:7      | 27417 ||| Stepping ~*~*~tactically~*~*~ (outnumbered).
 27419 | D:7      | 27419 ||| Stepping ~*~*~tactically~*~*~ (outnumbered).
 27421 | D:7      | 27421 ||| Stepping ~*~*~tactically~*~*~ (outnumbered).
 27423 | D:7      | 27423 ||| Stepping ~*~*~tactically~*~*~ (outnumbered).
 27425 | D:7      | 27425 ||| Stepping ~*~*~tactically~*~*~ (outnumbered).
 27427 | D:7      | 27427 ||| Stepping ~*~*~tactically~*~*~ (outnumbered).
 27429 | D:7      | 27429 ||| Stepping ~*~*~tactically~*~*~ (outnumbered).
 27431 | D:7      | 27431 ||| Stepping ~*~*~tactically~*~*~ (outnumbered).
 27433 | D:7      | 27433 ||| Stepping ~*~*~tactically~*~*~ (outnumbered).
 27435 | D:7      | 27435 ||| Stepping ~*~*~tactically~*~*~ (outnumbered).
 27437 | D:7      | 27437 ||| Stepping ~*~*~tactically~*~*~ (outnumbered).
 27439 | D:7      | 27439 ||| Stepping ~*~*~tactically~*~*~ (outnumbered).
 27441 | D:7      | 27441 ||| Stepping ~*~*~tactically~*~*~ (outnumbered).
 27443 | D:7      | 27443 ||| Stepping ~*~*~tactically~*~*~ (outnumbered).
 27445 | D:7      | 27445 ||| Stepping ~*~*~tactically~*~*~ (outnumbered).
 27447 | D:7      | 27447 ||| Stepping ~*~*~tactically~*~*~ (outnumbered).
 27449 | D:7      | 27449 ||| Stepping ~*~*~tactically~*~*~ (outnumbered).
 27451 | D:7      | 27451 ||| Stepping ~*~*~tactically~*~*~ (outnumbered).
 27453 | D:7      | 27453 ||| Stepping ~*~*~tactically~*~*~ (outnumbered).
 27455 | D:7      | 27455 ||| Stepping ~*~*~tactically~*~*~ (outnumbered).
 27457 | D:7      | 27457 ||| Stepping ~*~*~tactically~*~*~ (outnumbered).
 27459 | D:7      | 27459 ||| Stepping ~*~*~tactically~*~*~ (outnumbered).
 27461 | D:7      | 27461 ||| Stepping ~*~*~tactically~*~*~ (outnumbered).
 27463 | D:7      | 27463 ||| Stepping ~*~*~tactically~*~*~ (outnumbered).
 27465 | D:7      | 27465 ||| Stepping ~*~*~tactically~*~*~ (outnumbered).
 27467 | D:7      | 27467 ||| Stepping ~*~*~tactically~*~*~ (outnumbered).
 27469 | D:7      | 27469 ||| Stepping ~*~*~tactically~*~*~ (outnumbered).
 27471 | D:7      | 27471 ||| Stepping ~*~*~tactically~*~*~ (outnumbered).
 27473 | D:7      | 27473 ||| Stepping ~*~*~tactically~*~*~ (outnumbered).
 27475 | D:7      | 27475 ||| Stepping ~*~*~tactically~*~*~ (outnumbered).
 27477 | D:7      | 27477 ||| Stepping ~*~*~tactically~*~*~ (outnumbered).
 27479 | D:7      | 27479 ||| Stepping ~*~*~tactically~*~*~ (outnumbered).
 27481 | D:7      | 27481 ||| Stepping ~*~*~tactically~*~*~ (outnumbered).
 27483 | D:7      | 27483 ||| Stepping ~*~*~tactically~*~*~ (outnumbered).
 27485 | D:7      | 27485 ||| Stepping ~*~*~tactically~*~*~ (outnumbered).
 27487 | D:7      | 27487 ||| Stepping ~*~*~tactically~*~*~ (outnumbered).
 27489 | D:7      | 27489 ||| Stepping ~*~*~tactically~*~*~ (outnumbered).
 27491 | D:7      | 27491 ||| Stepping ~*~*~tactically~*~*~ (outnumbered).
 27493 | D:7      | 27493 ||| Stepping ~*~*~tactically~*~*~ (outnumbered).
 27495 | D:7      | 27495 ||| Stepping ~*~*~tactically~*~*~ (outnumbered).
 27497 | D:7      | 27497 ||| Stepping ~*~*~tactically~*~*~ (outnumbered).
 27499 | D:7      | 27499 ||| Stepping ~*~*~tactically~*~*~ (outnumbered).
 27501 | D:7      | 27501 ||| Stepping ~*~*~tactically~*~*~ (outnumbered).
 27503 | D:7      | 27503 ||| Stepping ~*~*~tactically~*~*~ (outnumbered).
 27505 | D:7      | 27505 ||| Stepping ~*~*~tactically~*~*~ (outnumbered).
 27507 | D:7      | 27507 ||| Stepping ~*~*~tactically~*~*~ (outnumbered).
 27509 | D:7      | 27509 ||| Stepping ~*~*~tactically~*~*~ (outnumbered).
 27511 | D:7      | 27511 ||| Stepping ~*~*~tactically~*~*~ (outnumbered).
 27513 | D:7      | 27513 ||| Stepping ~*~*~tactically~*~*~ (outnumbered).
 27515 | D:7      | 27515 ||| Stepping ~*~*~tactically~*~*~ (outnumbered).
 27517 | D:7      | 27517 ||| Stepping ~*~*~tactically~*~*~ (outnumbered).
 27519 | D:7      | 27519 ||| Stepping ~*~*~tactically~*~*~ (outnumbered).
 27521 | D:7      | 27521 ||| Stepping ~*~*~tactically~*~*~ (outnumbered).
 27523 | D:7      | 27523 ||| Stepping ~*~*~tactically~*~*~ (outnumbered).
 27525 | D:7      | 27525 ||| Stepping ~*~*~tactically~*~*~ (outnumbered).
 27527 | D:7      | 27527 ||| Stepping ~*~*~tactically~*~*~ (outnumbered).
 27529 | D:7      | 27529 ||| Stepping ~*~*~tactically~*~*~ (outnumbered).
 27531 | D:7      | 27531 ||| Stepping ~*~*~tactically~*~*~ (outnumbered).
 27533 | D:7      | 27533 ||| Stepping ~*~*~tactically~*~*~ (outnumbered).
 27535 | D:7      | 27535 ||| Stepping ~*~*~tactically~*~*~ (outnumbered).
 27537 | D:7      | 27537 ||| Stepping ~*~*~tactically~*~*~ (outnumbered).
 27539 | D:7      | 27539 ||| Stepping ~*~*~tactically~*~*~ (outnumbered).
 27541 | D:7      | 27541 ||| Stepping ~*~*~tactically~*~*~ (outnumbered).
 27543 | D:7      | 27543 ||| Stepping ~*~*~tactically~*~*~ (outnumbered).
 27545 | D:7      | 27545 ||| Stepping ~*~*~tactically~*~*~ (outnumbered).
 27547 | D:7      | 27547 ||| Stepping ~*~*~tactically~*~*~ (outnumbered).
 27549 | D:7      | 27549 ||| Stepping ~*~*~tactically~*~*~ (outnumbered).
 27551 | D:7      | 27551 ||| Stepping ~*~*~tactically~*~*~ (outnumbered).
 27553 | D:7      | 27553 ||| Stepping ~*~*~tactically~*~*~ (outnumbered).
 27555 | D:7      | 27555 ||| Stepping ~*~*~tactically~*~*~ (outnumbered).
 27557 | D:7      | 27557 ||| Stepping ~*~*~tactically~*~*~ (outnumbered).
 27559 | D:7      | 27559 ||| Stepping ~*~*~tactically~*~*~ (outnumbered).
 27561 | D:7      | 27561 ||| Stepping ~*~*~tactically~*~*~ (outnumbered).
 27563 | D:7      | 27563 ||| Stepping ~*~*~tactically~*~*~ (outnumbered).
 27565 | D:7      | 27565 ||| Stepping ~*~*~tactically~*~*~ (outnumbered).
 27567 | D:7      | 27567 ||| Stepping ~*~*~tactically~*~*~ (outnumbered).
 27569 | D:7      | 27569 ||| Stepping ~*~*~tactically~*~*~ (outnumbered).
 27571 | D:7      | 27571 ||| Stepping ~*~*~tactically~*~*~ (outnumbered).
 27573 | D:7      | 27573 ||| Stepping ~*~*~tactically~*~*~ (outnumbered).
 27575 | D:7      | 27575 ||| Stepping ~*~*~tactically~*~*~ (outnumbered).
 27577 | D:7      | 27577 ||| Stepping ~*~*~tactically~*~*~ (outnumbered).
 27579 | D:7      | 27579 ||| Stepping ~*~*~tactically~*~*~ (outnumbered).
 27581 | D:7      | 27581 ||| Stepping ~*~*~tactically~*~*~ (outnumbered).
 27583 | D:7      | 27583 ||| Stepping ~*~*~tactically~*~*~ (outnumbered).
 27585 | D:7      | 27585 ||| Stepping ~*~*~tactically~*~*~ (outnumbered).
 27587 | D:7      | 27587 ||| Stepping ~*~*~tactically~*~*~ (outnumbered).
 27589 | D:7      | 27589 ||| Stepping ~*~*~tactically~*~*~ (outnumbered).
 27591 | D:7      | 27591 ||| Stepping ~*~*~tactically~*~*~ (outnumbered).
 27593 | D:7      | 27593 ||| Stepping ~*~*~tactically~*~*~ (outnumbered).
 27595 | D:7      | 27595 ||| Stepping ~*~*~tactically~*~*~ (outnumbered).
 27597 | D:7      | 27597 ||| Stepping ~*~*~tactically~*~*~ (outnumbered).
 27599 | D:7      | 27599 ||| Stepping ~*~*~tactically~*~*~ (outnumbered).
 27601 | D:7      | 27601 ||| Stepping ~*~*~tactically~*~*~ (outnumbered).
 27603 | D:7      | 27603 ||| Stepping ~*~*~tactically~*~*~ (outnumbered).
 27605 | D:7      | 27605 ||| Stepping ~*~*~tactically~*~*~ (outnumbered).
 27607 | D:7      | 27607 ||| Stepping ~*~*~tactically~*~*~ (outnumbered).
 27609 | D:7      | 27609 ||| Stepping ~*~*~tactically~*~*~ (outnumbered).
 27611 | D:7      | 27611 ||| Stepping ~*~*~tactically~*~*~ (outnumbered).
 27613 | D:7      | 27613 ||| Stepping ~*~*~tactically~*~*~ (outnumbered).
 27615 | D:7      | 27615 ||| Stepping ~*~*~tactically~*~*~ (outnumbered).
 27617 | D:7      | 27617 ||| Stepping ~*~*~tactically~*~*~ (outnumbered).
 27619 | D:7      | 27619 ||| Stepping ~*~*~tactically~*~*~ (outnumbered).
 27621 | D:7      | 27621 ||| Stepping ~*~*~tactically~*~*~ (outnumbered).
 27623 | D:7      | 27623 ||| Stepping ~*~*~tactically~*~*~ (outnumbered).
 27625 | D:7      | 27625 ||| Stepping ~*~*~tactically~*~*~ (outnumbered).
 27627 | D:7      | 27627 ||| Stepping ~*~*~tactically~*~*~ (outnumbered).
 27629 | D:7      | 27629 ||| Stepping ~*~*~tactically~*~*~ (outnumbered).
 27631 | D:7      | 27631 ||| Stepping ~*~*~tactically~*~*~ (outnumbered).
 27633 | D:7      | 27633 ||| Stepping ~*~*~tactically~*~*~ (outnumbered).
 27635 | D:7      | 27635 ||| Stepping ~*~*~tactically~*~*~ (outnumbered).
 27637 | D:7      | 27637 ||| Stepping ~*~*~tactically~*~*~ (outnumbered).
 27639 | D:7      | 27639 ||| Stepping ~*~*~tactically~*~*~ (outnumbered).
 27641 | D:7      | 27641 ||| Stepping ~*~*~tactically~*~*~ (outnumbered).
 27643 | D:7      | 27643 ||| Stepping ~*~*~tactically~*~*~ (outnumbered).
 27645 | D:7      | 27645 ||| Stepping ~*~*~tactically~*~*~ (outnumbered).
 27647 | D:7      | 27647 ||| Stepping ~*~*~tactically~*~*~ (outnumbered).
 27649 | D:7      | 27649 ||| Stepping ~*~*~tactically~*~*~ (outnumbered).
 27651 | D:7      | 27651 ||| Stepping ~*~*~tactically~*~*~ (outnumbered).
 27653 | D:7      | 27653 ||| Stepping ~*~*~tactically~*~*~ (outnumbered).
 27655 | D:7      | 27655 ||| Stepping ~*~*~tactically~*~*~ (outnumbered).
 27657 | D:7      | 27657 ||| Stepping ~*~*~tactically~*~*~ (outnumbered).
 27659 | D:7      | 27659 ||| Stepping ~*~*~tactically~*~*~ (outnumbered).
 27661 | D:7      | 27661 ||| Stepping ~*~*~tactically~*~*~ (outnumbered).
 27663 | D:7      | 27663 ||| Stepping ~*~*~tactically~*~*~ (outnumbered).
 27665 | D:7      | 27665 ||| Stepping ~*~*~tactically~*~*~ (outnumbered).
 27667 | D:7      | 27667 ||| Stepping ~*~*~tactically~*~*~ (outnumbered).
 27669 | D:7      | 27669 ||| Stepping ~*~*~tactically~*~*~ (outnumbered).
 27671 | D:7      | 27671 ||| Stepping ~*~*~tactically~*~*~ (outnumbered).
 27673 | D:7      | 27673 ||| Stepping ~*~*~tactically~*~*~ (outnumbered).
 27675 | D:7      | 27675 ||| Stepping ~*~*~tactically~*~*~ (outnumbered).
 27677 | D:7      | 27677 ||| Stepping ~*~*~tactically~*~*~ (outnumbered).
 27679 | D:7      | 27679 ||| Stepping ~*~*~tactically~*~*~ (outnumbered).
 27681 | D:7      | 27681 ||| Stepping ~*~*~tactically~*~*~ (outnumbered).
 27683 | D:7      | 27683 ||| Stepping ~*~*~tactically~*~*~ (outnumbered).
 27685 | D:7      | 27685 ||| Stepping ~*~*~tactically~*~*~ (outnumbered).
 27687 | D:7      | 27687 ||| Stepping ~*~*~tactically~*~*~ (outnumbered).
 27689 | D:7      | 27689 ||| Stepping ~*~*~tactically~*~*~ (outnumbered).
 27691 | D:7      | 27691 ||| Stepping ~*~*~tactically~*~*~ (outnumbered).
 27693 | D:7      | 27693 ||| Stepping ~*~*~tactically~*~*~ (outnumbered).
 27695 | D:7      | 27695 ||| Stepping ~*~*~tactically~*~*~ (outnumbered).
 27697 | D:7      | 27697 ||| Stepping ~*~*~tactically~*~*~ (outnumbered).
 27699 | D:7      | 27699 ||| Stepping ~*~*~tactically~*~*~ (outnumbered).
 27701 | D:7      | 27701 ||| Stepping ~*~*~tactically~*~*~ (outnumbered).
 27703 | D:7      | 27703 ||| Stepping ~*~*~tactically~*~*~ (outnumbered).
 27705 | D:7      | 27705 ||| Stepping ~*~*~tactically~*~*~ (outnumbered).
 27707 | D:7      | 27707 ||| Stepping ~*~*~tactically~*~*~ (outnumbered).
 27709 | D:7      | 27709 ||| Stepping ~*~*~tactically~*~*~ (outnumbered).
 27711 | D:7      | 27711 ||| Stepping ~*~*~tactically~*~*~ (outnumbered).
 27713 | D:7      | 27713 ||| Stepping ~*~*~tactically~*~*~ (outnumbered).
 27715 | D:7      | 27715 ||| Stepping ~*~*~tactically~*~*~ (outnumbered).
 27717 | D:7      | 27717 ||| Stepping ~*~*~tactically~*~*~ (outnumbered).
 27719 | D:7      | 27719 ||| Stepping ~*~*~tactically~*~*~ (outnumbered).
 27721 | D:7      | 27721 ||| Stepping ~*~*~tactically~*~*~ (outnumbered).
 27723 | D:7      | 27723 ||| Stepping ~*~*~tactically~*~*~ (outnumbered).
 27725 | D:7      | 27725 ||| Stepping ~*~*~tactically~*~*~ (outnumbered).
 27727 | D:7      | 27727 ||| Stepping ~*~*~tactically~*~*~ (outnumbered).
 27729 | D:7      | 27729 ||| Stepping ~*~*~tactically~*~*~ (outnumbered).
 27731 | D:7      | 27731 ||| Stepping ~*~*~tactically~*~*~ (outnumbered).
 27733 | D:7      | 27733 ||| Stepping ~*~*~tactically~*~*~ (outnumbered).
 27735 | D:7      | 27735 ||| Stepping ~*~*~tactically~*~*~ (outnumbered).
 27737 | D:7      | 27737 ||| Stepping ~*~*~tactically~*~*~ (outnumbered).
 27739 | D:7      | 27739 ||| Stepping ~*~*~tactically~*~*~ (outnumbered).
 27741 | D:7      | 27741 ||| Stepping ~*~*~tactically~*~*~ (outnumbered).
 27743 | D:7      | 27743 ||| Stepping ~*~*~tactically~*~*~ (outnumbered).
 27745 | D:7      | 27745 ||| Stepping ~*~*~tactically~*~*~ (outnumbered).
 27747 | D:7      | 27747 ||| Stepping ~*~*~tactically~*~*~ (outnumbered).
 27749 | D:7      | 27749 ||| Stepping ~*~*~tactically~*~*~ (outnumbered).
 27751 | D:7      | 27751 ||| Stepping ~*~*~tactically~*~*~ (outnumbered).
 27753 | D:7      | 27753 ||| Stepping ~*~*~tactically~*~*~ (outnumbered).
 27755 | D:7      | 27755 ||| Stepping ~*~*~tactically~*~*~ (outnumbered).
 27757 | D:7      | 27757 ||| Stepping ~*~*~tactically~*~*~ (outnumbered).
 27759 | D:7      | 27759 ||| Stepping ~*~*~tactically~*~*~ (outnumbered).
 27761 | D:7      | 27761 ||| Stepping ~*~*~tactically~*~*~ (outnumbered).
 27763 | D:7      | 27763 ||| Stepping ~*~*~tactically~*~*~ (outnumbered).
 27765 | D:7      | 27765 ||| Stepping ~*~*~tactically~*~*~ (outnumbered).
 27767 | D:7      | 27767 ||| Stepping ~*~*~tactically~*~*~ (outnumbered).
 27769 | D:7      | 27769 ||| Stepping ~*~*~tactically~*~*~ (outnumbered).
 27771 | D:7      | 27771 ||| Stepping ~*~*~tactically~*~*~ (outnumbered).
 27773 | D:7      | 27773 ||| Stepping ~*~*~tactically~*~*~ (outnumbered).
 27775 | D:7      | 27775 ||| Stepping ~*~*~tactically~*~*~ (outnumbered).
 27777 | D:7      | 27777 ||| Stepping ~*~*~tactically~*~*~ (outnumbered).
 27779 | D:7      | 27779 ||| Stepping ~*~*~tactically~*~*~ (outnumbered).
 27781 | D:7      | 27781 ||| Stepping ~*~*~tactically~*~*~ (outnumbered).
 27783 | D:7      | 27783 ||| Stepping ~*~*~tactically~*~*~ (outnumbered).
 27785 | D:7      | 27785 ||| Stepping ~*~*~tactically~*~*~ (outnumbered).
 27787 | D:7      | 27787 ||| Stepping ~*~*~tactically~*~*~ (outnumbered).
 27789 | D:7      | 27789 ||| Stepping ~*~*~tactically~*~*~ (outnumbered).
 27791 | D:7      | 27791 ||| Stepping ~*~*~tactically~*~*~ (outnumbered).
 27793 | D:7      | 27793 ||| Stepping ~*~*~tactically~*~*~ (outnumbered).
 27795 | D:7      | 27795 ||| Stepping ~*~*~tactically~*~*~ (outnumbered).
 27797 | D:7      | 27797 ||| Stepping ~*~*~tactically~*~*~ (outnumbered).
 27799 | D:7      | 27799 ||| Stepping ~*~*~tactically~*~*~ (outnumbered).
 27801 | D:7      | 27801 ||| Stepping ~*~*~tactically~*~*~ (outnumbered).
 27803 | D:7      | 27803 ||| Stepping ~*~*~tactically~*~*~ (outnumbered).
 27805 | D:7      | 27805 ||| Stepping ~*~*~tactically~*~*~ (outnumbered).
 27807 | D:7      | 27807 ||| Stepping ~*~*~tactically~*~*~ (outnumbered).
 27809 | D:7      | 27809 ||| Stepping ~*~*~tactically~*~*~ (outnumbered).
 27811 | D:7      | 27811 ||| Stepping ~*~*~tactically~*~*~ (outnumbered).
 27813 | D:7      | 27813 ||| Stepping ~*~*~tactically~*~*~ (outnumbered).
 27815 | D:7      | 27815 ||| Stepping ~*~*~tactically~*~*~ (outnumbered).
 27817 | D:7      | 27817 ||| Stepping ~*~*~tactically~*~*~ (outnumbered).
 27819 | D:7      | 27819 ||| Stepping ~*~*~tactically~*~*~ (outnumbered).
 27821 | D:7      | 27821 ||| Stepping ~*~*~tactically~*~*~ (outnumbered).
 27823 | D:7      | 27823 ||| Stepping ~*~*~tactically~*~*~ (outnumbered).
 27825 | D:7      | 27825 ||| Stepping ~*~*~tactically~*~*~ (outnumbered).
 27827 | D:7      | 27827 ||| Stepping ~*~*~tactically~*~*~ (outnumbered).
 27829 | D:7      | 27829 ||| Stepping ~*~*~tactically~*~*~ (outnumbered).
 27831 | D:7      | 27831 ||| Stepping ~*~*~tactically~*~*~ (outnumbered).
 27833 | D:7      | 27833 ||| Stepping ~*~*~tactically~*~*~ (outnumbered).
 27835 | D:7      | 27835 ||| Stepping ~*~*~tactically~*~*~ (outnumbered).
 27837 | D:7      | 27837 ||| Stepping ~*~*~tactically~*~*~ (outnumbered).
 27839 | D:7      | 27839 ||| Stepping ~*~*~tactically~*~*~ (outnumbered).
 27841 | D:7      | 27841 ||| Stepping ~*~*~tactically~*~*~ (outnumbered).
 27843 | D:7      | 27843 ||| Stepping ~*~*~tactically~*~*~ (outnumbered).
 27845 | D:7      | 27845 ||| Stepping ~*~*~tactically~*~*~ (outnumbered).
 27847 | D:7      | 27847 ||| Stepping ~*~*~tactically~*~*~ (outnumbered).
 27849 | D:7      | 27849 ||| Stepping ~*~*~tactically~*~*~ (outnumbered).
 27851 | D:7      | 27851 ||| Stepping ~*~*~tactically~*~*~ (outnumbered).
 27853 | D:7      | 27853 ||| Stepping ~*~*~tactically~*~*~ (outnumbered).
 27855 | D:7      | 27855 ||| Stepping ~*~*~tactically~*~*~ (outnumbered).
 27857 | D:7      | 27857 ||| Stepping ~*~*~tactically~*~*~ (outnumbered).
 27859 | D:7      | 27859 ||| Stepping ~*~*~tactically~*~*~ (outnumbered).
 27861 | D:7      | 27861 ||| Stepping ~*~*~tactically~*~*~ (outnumbered).
 27863 | D:7      | 27863 ||| Stepping ~*~*~tactically~*~*~ (outnumbered).
 27865 | D:7      | 27865 ||| Stepping ~*~*~tactically~*~*~ (outnumbered).
 27867 | D:7      | 27867 ||| Stepping ~*~*~tactically~*~*~ (outnumbered).
 27869 | D:7      | 27869 ||| Stepping ~*~*~tactically~*~*~ (outnumbered).
 27871 | D:7      | 27871 ||| Stepping ~*~*~tactically~*~*~ (outnumbered).
 27873 | D:7      | 27873 ||| Stepping ~*~*~tactically~*~*~ (outnumbered).
 27875 | D:7      | 27875 ||| Stepping ~*~*~tactically~*~*~ (outnumbered).
 27877 | D:7      | 27877 ||| Stepping ~*~*~tactically~*~*~ (outnumbered).
 27879 | D:7      | 27879 ||| Stepping ~*~*~tactically~*~*~ (outnumbered).
 27881 | D:7      | 27881 ||| Stepping ~*~*~tactically~*~*~ (outnumbered).
 27883 | D:7      | 27883 ||| Stepping ~*~*~tactically~*~*~ (outnumbered).
 27885 | D:7      | 27885 ||| Stepping ~*~*~tactically~*~*~ (outnumbered).
 27887 | D:7      | 27887 ||| Stepping ~*~*~tactically~*~*~ (outnumbered).
 27889 | D:7      | 27889 ||| Stepping ~*~*~tactically~*~*~ (outnumbered).
 27891 | D:7      | 27891 ||| Stepping ~*~*~tactically~*~*~ (outnumbered).
 27893 | D:7      | 27893 ||| Stepping ~*~*~tactically~*~*~ (outnumbered).
 27895 | D:7      | 27895 ||| Stepping ~*~*~tactically~*~*~ (outnumbered).
 27897 | D:7      | 27897 ||| Stepping ~*~*~tactically~*~*~ (outnumbered).
 27899 | D:7      | 27899 ||| Stepping ~*~*~tactically~*~*~ (outnumbered).
 27901 | D:7      | 27901 ||| Stepping ~*~*~tactically~*~*~ (outnumbered).
 27903 | D:7      | 27903 ||| Stepping ~*~*~tactically~*~*~ (outnumbered).
 27905 | D:7      | 27905 ||| Stepping ~*~*~tactically~*~*~ (outnumbered).
 27907 | D:7      | 27907 ||| Stepping ~*~*~tactically~*~*~ (outnumbered).
 27909 | D:7      | 27909 ||| Stepping ~*~*~tactically~*~*~ (outnumbered).
 27911 | D:7      | 27911 ||| Stepping ~*~*~tactically~*~*~ (outnumbered).
 27913 | D:7      | 27913 ||| Stepping ~*~*~tactically~*~*~ (outnumbered).
 27915 | D:7      | 27915 ||| Stepping ~*~*~tactically~*~*~ (outnumbered).
 27917 | D:7      | 27917 ||| Stepping ~*~*~tactically~*~*~ (outnumbered).
 27919 | D:7      | 27919 ||| Stepping ~*~*~tactically~*~*~ (outnumbered).
 27921 | D:7      | 27921 ||| Stepping ~*~*~tactically~*~*~ (outnumbered).
 27923 | D:7      | 27923 ||| Stepping ~*~*~tactically~*~*~ (outnumbered).
 27925 | D:7      | 27925 ||| Stepping ~*~*~tactically~*~*~ (outnumbered).
 27927 | D:7      | 27927 ||| Stepping ~*~*~tactically~*~*~ (outnumbered).
 27929 | D:7      | 27929 ||| Stepping ~*~*~tactically~*~*~ (outnumbered).
 27931 | D:7      | 27931 ||| Stepping ~*~*~tactically~*~*~ (outnumbered).
 27933 | D:7      | 27933 ||| Stepping ~*~*~tactically~*~*~ (outnumbered).
 27935 | D:7      | 27935 ||| Stepping ~*~*~tactically~*~*~ (outnumbered).
 27937 | D:7      | 27937 ||| Stepping ~*~*~tactically~*~*~ (outnumbered).
 27939 | D:7      | 27939 ||| Stepping ~*~*~tactically~*~*~ (outnumbered).
 27941 | D:7      | 27941 ||| Stepping ~*~*~tactically~*~*~ (outnumbered).
 27943 | D:7      | 27943 ||| Stepping ~*~*~tactically~*~*~ (outnumbered).
 27945 | D:7      | 27945 ||| Stepping ~*~*~tactically~*~*~ (outnumbered).
 27947 | D:7      | 27947 ||| Stepping ~*~*~tactically~*~*~ (outnumbered).
 27949 | D:7      | 27949 ||| Stepping ~*~*~tactically~*~*~ (outnumbered).
 27951 | D:7      | 27951 ||| Stepping ~*~*~tactically~*~*~ (outnumbered).
 27953 | D:7      | 27953 ||| Stepping ~*~*~tactically~*~*~ (outnumbered).
 27955 | D:7      | 27955 ||| Stepping ~*~*~tactically~*~*~ (outnumbered).
 27957 | D:7      | 27957 ||| Stepping ~*~*~tactically~*~*~ (outnumbered).
 27959 | D:7      | 27959 ||| Stepping ~*~*~tactically~*~*~ (outnumbered).
 27961 | D:7      | 27961 ||| Stepping ~*~*~tactically~*~*~ (outnumbered).
 27963 | D:7      | 27963 ||| Stepping ~*~*~tactically~*~*~ (outnumbered).
 27965 | D:7      | 27965 ||| Stepping ~*~*~tactically~*~*~ (outnumbered).
 27967 | D:7      | 27967 ||| Stepping ~*~*~tactically~*~*~ (outnumbered).
 27969 | D:7      | 27969 ||| Stepping ~*~*~tactically~*~*~ (outnumbered).
 27971 | D:7      | 27971 ||| Stepping ~*~*~tactically~*~*~ (outnumbered).
 27973 | D:7      | 27973 ||| Stepping ~*~*~tactically~*~*~ (outnumbered).
 27975 | D:7      | 27975 ||| Stepping ~*~*~tactically~*~*~ (outnumbered).
 27977 | D:7      | 27977 ||| Stepping ~*~*~tactically~*~*~ (outnumbered).
 27979 | D:7      | 27979 ||| Stepping ~*~*~tactically~*~*~ (outnumbered).
 27981 | D:7      | 27981 ||| Stepping ~*~*~tactically~*~*~ (outnumbered).
 27983 | D:7      | 27983 ||| Stepping ~*~*~tactically~*~*~ (outnumbered).
 27985 | D:7      | 27985 ||| Stepping ~*~*~tactically~*~*~ (outnumbered).
 27987 | D:7      | 27987 ||| Stepping ~*~*~tactically~*~*~ (outnumbered).
 27989 | D:7      | 27989 ||| Stepping ~*~*~tactically~*~*~ (outnumbered).
 27991 | D:7      | 27991 ||| Stepping ~*~*~tactically~*~*~ (outnumbered).
 27993 | D:7      | 27993 ||| Stepping ~*~*~tactically~*~*~ (outnumbered).
 27995 | D:7      | 27995 ||| Stepping ~*~*~tactically~*~*~ (outnumbered).
 27997 | D:7      | 27997 ||| Stepping ~*~*~tactically~*~*~ (outnumbered).
 27999 | D:7      | 27999 ||| Stepping ~*~*~tactically~*~*~ (outnumbered).
 28001 | D:7      | 28001 ||| Stepping ~*~*~tactically~*~*~ (outnumbered).
 28003 | D:7      | 28003 ||| Stepping ~*~*~tactically~*~*~ (outnumbered).
 28005 | D:7      | 28005 ||| Stepping ~*~*~tactically~*~*~ (outnumbered).
 28007 | D:7      | 28007 ||| Stepping ~*~*~tactically~*~*~ (outnumbered).
 28009 | D:7      | 28009 ||| Stepping ~*~*~tactically~*~*~ (outnumbered).
 28011 | D:7      | 28011 ||| Stepping ~*~*~tactically~*~*~ (outnumbered).
 28013 | D:7      | 28013 ||| Stepping ~*~*~tactically~*~*~ (outnumbered).
 28015 | D:7      | 28015 ||| Stepping ~*~*~tactically~*~*~ (outnumbered).
 28017 | D:7      | 28017 ||| Stepping ~*~*~tactically~*~*~ (outnumbered).
 28019 | D:7      | 28019 ||| Stepping ~*~*~tactically~*~*~ (outnumbered).
 28021 | D:7      | 28021 ||| Stepping ~*~*~tactically~*~*~ (outnumbered).
 28023 | D:7      | 28023 ||| Stepping ~*~*~tactically~*~*~ (outnumbered).
 28025 | D:7      | 28025 ||| Stepping ~*~*~tactically~*~*~ (outnumbered).
 28027 | D:7      | 28027 ||| Stepping ~*~*~tactically~*~*~ (outnumbered).
 28029 | D:7      | 28029 ||| Stepping ~*~*~tactically~*~*~ (outnumbered).
 28031 | D:7      | 28031 ||| Stepping ~*~*~tactically~*~*~ (outnumbered).
 28033 | D:7      | 28033 ||| Stepping ~*~*~tactically~*~*~ (outnumbered).
 28035 | D:7      | 28035 ||| Stepping ~*~*~tactically~*~*~ (outnumbered).
 28037 | D:7      | 28037 ||| Stepping ~*~*~tactically~*~*~ (outnumbered).
 28039 | D:7      | 28039 ||| Stepping ~*~*~tactically~*~*~ (outnumbered).
 28041 | D:7      | 28041 ||| Stepping ~*~*~tactically~*~*~ (outnumbered).
 28043 | D:7      | 28043 ||| Stepping ~*~*~tactically~*~*~ (outnumbered).
 28045 | D:7      | 28045 ||| Stepping ~*~*~tactically~*~*~ (outnumbered).
 28047 | D:7      | 28047 ||| Stepping ~*~*~tactically~*~*~ (outnumbered).
 28049 | D:7      | 28049 ||| Stepping ~*~*~tactically~*~*~ (outnumbered).
 28051 | D:7      | 28051 ||| Stepping ~*~*~tactically~*~*~ (outnumbered).
 28053 | D:7      | 28053 ||| Stepping ~*~*~tactically~*~*~ (outnumbered).
 28055 | D:7      | 28055 ||| Stepping ~*~*~tactically~*~*~ (outnumbered).
 28057 | D:7      | 28057 ||| Stepping ~*~*~tactically~*~*~ (outnumbered).
 28059 | D:7      | 28059 ||| Stepping ~*~*~tactically~*~*~ (outnumbered).
 28061 | D:7      | 28061 ||| Stepping ~*~*~tactically~*~*~ (outnumbered).
 28063 | D:7      | 28063 ||| Stepping ~*~*~tactically~*~*~ (outnumbered).
 28065 | D:7      | 28065 ||| Stepping ~*~*~tactically~*~*~ (outnumbered).
 28067 | D:7      | 28067 ||| Stepping ~*~*~tactically~*~*~ (outnumbered).
 28069 | D:7      | 28069 ||| Stepping ~*~*~tactically~*~*~ (outnumbered).
 28071 | D:7      | 28071 ||| Stepping ~*~*~tactically~*~*~ (outnumbered).
 28073 | D:7      | 28073 ||| Stepping ~*~*~tactically~*~*~ (outnumbered).
 28075 | D:7      | 28075 ||| Stepping ~*~*~tactically~*~*~ (outnumbered).
 28077 | D:7      | 28077 ||| Stepping ~*~*~tactically~*~*~ (outnumbered).
 28079 | D:7      | 28079 ||| Stepping ~*~*~tactically~*~*~ (outnumbered).
 28081 | D:7      | 28081 ||| Stepping ~*~*~tactically~*~*~ (outnumbered).
 28083 | D:7      | 28083 ||| Stepping ~*~*~tactically~*~*~ (outnumbered).
 28085 | D:7      | 28085 ||| Stepping ~*~*~tactically~*~*~ (outnumbered).
 28087 | D:7      | 28087 ||| Stepping ~*~*~tactically~*~*~ (outnumbered).
 28089 | D:7      | 28089 ||| Stepping ~*~*~tactically~*~*~ (outnumbered).
 28091 | D:7      | 28091 ||| Stepping ~*~*~tactically~*~*~ (outnumbered).
 28093 | D:7      | 28093 ||| Stepping ~*~*~tactically~*~*~ (outnumbered).
 28095 | D:7      | 28095 ||| Stepping ~*~*~tactically~*~*~ (outnumbered).
 28097 | D:7      | 28097 ||| Stepping ~*~*~tactically~*~*~ (outnumbered).
 28099 | D:7      | 28099 ||| Stepping ~*~*~tactically~*~*~ (outnumbered).
 28101 | D:7      | 28101 ||| Stepping ~*~*~tactically~*~*~ (outnumbered).
 28103 | D:7      | 28103 ||| Stepping ~*~*~tactically~*~*~ (outnumbered).
 28105 | D:7      | 28105 ||| Stepping ~*~*~tactically~*~*~ (outnumbered).
 28107 | D:7      | 28107 ||| Stepping ~*~*~tactically~*~*~ (outnumbered).
 28109 | D:7      | 28109 ||| Stepping ~*~*~tactically~*~*~ (outnumbered).
 28111 | D:7      | 28111 ||| Stepping ~*~*~tactically~*~*~ (outnumbered).
 28113 | D:7      | 28113 ||| Stepping ~*~*~tactically~*~*~ (outnumbered).
 28115 | D:7      | 28115 ||| Stepping ~*~*~tactically~*~*~ (outnumbered).
 28117 | D:7      | 28117 ||| Stepping ~*~*~tactically~*~*~ (outnumbered).
 28119 | D:7      | 28119 ||| Stepping ~*~*~tactically~*~*~ (outnumbered).
 28121 | D:7      | 28121 ||| Stepping ~*~*~tactically~*~*~ (outnumbered).
 28123 | D:7      | 28123 ||| Stepping ~*~*~tactically~*~*~ (outnumbered).
 28125 | D:7      | 28125 ||| Stepping ~*~*~tactically~*~*~ (outnumbered).
 28127 | D:7      | 28127 ||| Stepping ~*~*~tactically~*~*~ (outnumbered).
 28129 | D:7      | 28129 ||| Stepping ~*~*~tactically~*~*~ (outnumbered).
 28131 | D:7      | 28131 ||| Stepping ~*~*~tactically~*~*~ (outnumbered).
 28133 | D:7      | 28133 ||| Stepping ~*~*~tactically~*~*~ (outnumbered).
 28135 | D:7      | 28135 ||| Stepping ~*~*~tactically~*~*~ (outnumbered).
 28137 | D:7      | 28137 ||| Stepping ~*~*~tactically~*~*~ (outnumbered).
 28139 | D:7      | 28139 ||| Stepping ~*~*~tactically~*~*~ (outnumbered).
 28141 | D:7      | 28141 ||| Stepping ~*~*~tactically~*~*~ (outnumbered).
 28143 | D:7      | 28143 ||| Stepping ~*~*~tactically~*~*~ (outnumbered).
 28145 | D:7      | 28145 ||| Stepping ~*~*~tactically~*~*~ (outnumbered).
 28147 | D:7      | 28147 ||| Stepping ~*~*~tactically~*~*~ (outnumbered).
 28149 | D:7      | 28149 ||| Stepping ~*~*~tactically~*~*~ (outnumbered).
 28151 | D:7      | 28151 ||| Stepping ~*~*~tactically~*~*~ (outnumbered).
 28153 | D:7      | 28153 ||| Stepping ~*~*~tactically~*~*~ (outnumbered).
 28155 | D:7      | 28155 ||| Stepping ~*~*~tactically~*~*~ (outnumbered).
 28157 | D:7      | 28157 ||| Stepping ~*~*~tactically~*~*~ (outnumbered).
 28159 | D:7      | 28159 ||| Stepping ~*~*~tactically~*~*~ (outnumbered).
 28161 | D:7      | 28161 ||| Stepping ~*~*~tactically~*~*~ (outnumbered).
 28163 | D:7      | 28163 ||| Stepping ~*~*~tactically~*~*~ (outnumbered).
 28165 | D:7      | 28165 ||| Stepping ~*~*~tactically~*~*~ (outnumbered).
 28167 | D:7      | 28167 ||| Stepping ~*~*~tactically~*~*~ (outnumbered).
 28169 | D:7      | 28169 ||| Stepping ~*~*~tactically~*~*~ (outnumbered).
 28171 | D:7      | 28171 ||| Stepping ~*~*~tactically~*~*~ (outnumbered).
 28173 | D:7      | 28173 ||| Stepping ~*~*~tactically~*~*~ (outnumbered).
 28175 | D:7      | 28175 ||| Stepping ~*~*~tactically~*~*~ (outnumbered).
 28177 | D:7      | 28177 ||| Stepping ~*~*~tactically~*~*~ (outnumbered).
 28179 | D:7      | 28179 ||| Stepping ~*~*~tactically~*~*~ (outnumbered).
 28181 | D:7      | 28181 ||| Stepping ~*~*~tactically~*~*~ (outnumbered).
 28183 | D:7      | 28183 ||| Stepping ~*~*~tactically~*~*~ (outnumbered).
 28185 | D:7      | 28185 ||| Stepping ~*~*~tactically~*~*~ (outnumbered).
 28187 | D:7      | 28187 ||| Stepping ~*~*~tactically~*~*~ (outnumbered).
 28189 | D:7      | 28189 ||| Stepping ~*~*~tactically~*~*~ (outnumbered).
 28191 | D:7      | 28191 ||| Stepping ~*~*~tactically~*~*~ (outnumbered).
 28193 | D:7      | 28193 ||| Stepping ~*~*~tactically~*~*~ (outnumbered).
 28195 | D:7      | 28195 ||| Stepping ~*~*~tactically~*~*~ (outnumbered).
 28197 | D:7      | 28197 ||| Stepping ~*~*~tactically~*~*~ (outnumbered).
 28199 | D:7      | 28199 ||| Stepping ~*~*~tactically~*~*~ (outnumbered).
 28201 | D:7      | 28201 ||| Stepping ~*~*~tactically~*~*~ (outnumbered).
 28203 | D:7      | 28203 ||| Stepping ~*~*~tactically~*~*~ (outnumbered).
 28205 | D:7      | 28205 ||| Stepping ~*~*~tactically~*~*~ (outnumbered).
 28207 | D:7      | 28207 ||| Stepping ~*~*~tactically~*~*~ (outnumbered).
 28209 | D:7      | 28209 ||| Stepping ~*~*~tactically~*~*~ (outnumbered).
 28211 | D:7      | 28211 ||| Stepping ~*~*~tactically~*~*~ (outnumbered).
 28213 | D:7      | 28213 ||| Stepping ~*~*~tactically~*~*~ (outnumbered).
 28215 | D:7      | 28215 ||| Stepping ~*~*~tactically~*~*~ (outnumbered).
 28217 | D:7      | 28217 ||| Stepping ~*~*~tactically~*~*~ (outnumbered).
 28219 | D:7      | 28219 ||| Stepping ~*~*~tactically~*~*~ (outnumbered).
 28221 | D:7      | 28221 ||| Stepping ~*~*~tactically~*~*~ (outnumbered).
 28223 | D:7      | 28223 ||| Stepping ~*~*~tactically~*~*~ (outnumbered).
 28225 | D:7      | 28225 ||| Stepping ~*~*~tactically~*~*~ (outnumbered).
 28227 | D:7      | 28227 ||| Stepping ~*~*~tactically~*~*~ (outnumbered).
 28229 | D:7      | 28229 ||| Stepping ~*~*~tactically~*~*~ (outnumbered).
 28231 | D:7      | 28231 ||| Stepping ~*~*~tactically~*~*~ (outnumbered).
 28233 | D:7      | 28233 ||| Stepping ~*~*~tactically~*~*~ (outnumbered).
 28235 | D:7      | 28235 ||| Stepping ~*~*~tactically~*~*~ (outnumbered).
 28237 | D:7      | 28237 ||| Stepping ~*~*~tactically~*~*~ (outnumbered).
 28239 | D:7      | 28239 ||| Stepping ~*~*~tactically~*~*~ (outnumbered).
 28241 | D:7      | 28241 ||| Stepping ~*~*~tactically~*~*~ (outnumbered).
 28243 | D:7      | 28243 ||| Stepping ~*~*~tactically~*~*~ (outnumbered).
 28245 | D:7      | 28245 ||| Stepping ~*~*~tactically~*~*~ (outnumbered).
 28247 | D:7      | 28247 ||| Stepping ~*~*~tactically~*~*~ (outnumbered).
 28249 | D:7      | 28249 ||| Stepping ~*~*~tactically~*~*~ (outnumbered).
 28251 | D:7      | 28251 ||| Stepping ~*~*~tactically~*~*~ (outnumbered).
 28253 | D:7      | 28253 ||| Stepping ~*~*~tactically~*~*~ (outnumbered).
 28255 | D:7      | 28255 ||| Stepping ~*~*~tactically~*~*~ (outnumbered).
 28257 | D:7      | 28257 ||| Stepping ~*~*~tactically~*~*~ (outnumbered).
 28259 | D:7      | 28259 ||| Stepping ~*~*~tactically~*~*~ (outnumbered).
 28261 | D:7      | 28261 ||| Stepping ~*~*~tactically~*~*~ (outnumbered).
 28263 | D:7      | 28263 ||| Stepping ~*~*~tactically~*~*~ (outnumbered).
 28265 | D:7      | 28265 ||| Stepping ~*~*~tactically~*~*~ (outnumbered).
 28267 | D:7      | 28267 ||| Stepping ~*~*~tactically~*~*~ (outnumbered).
 28269 | D:7      | 28269 ||| Stepping ~*~*~tactically~*~*~ (outnumbered).
 28271 | D:7      | 28271 ||| Stepping ~*~*~tactically~*~*~ (outnumbered).
 28273 | D:7      | 28273 ||| Stepping ~*~*~tactically~*~*~ (outnumbered).
 28275 | D:7      | 28275 ||| Stepping ~*~*~tactically~*~*~ (outnumbered).
 28277 | D:7      | 28277 ||| Stepping ~*~*~tactically~*~*~ (outnumbered).
 28279 | D:7      | 28279 ||| Stepping ~*~*~tactically~*~*~ (outnumbered).
 28281 | D:7      | 28281 ||| Stepping ~*~*~tactically~*~*~ (outnumbered).
 28283 | D:7      | 28283 ||| Stepping ~*~*~tactically~*~*~ (outnumbered).
 28285 | D:7      | 28285 ||| Stepping ~*~*~tactically~*~*~ (outnumbered).
 28287 | D:7      | 28287 ||| Stepping ~*~*~tactically~*~*~ (outnumbered).
 28289 | D:7      | 28289 ||| Stepping ~*~*~tactically~*~*~ (outnumbered).
 28291 | D:7      | 28291 ||| Stepping ~*~*~tactically~*~*~ (outnumbered).
 28293 | D:7      | 28293 ||| Stepping ~*~*~tactically~*~*~ (outnumbered).
 28295 | D:7      | 28295 ||| Stepping ~*~*~tactically~*~*~ (outnumbered).
 28297 | D:7      | 28297 ||| Stepping ~*~*~tactically~*~*~ (outnumbered).
 28299 | D:7      | 28299 ||| Stepping ~*~*~tactically~*~*~ (outnumbered).
 28301 | D:7      | 28301 ||| Stepping ~*~*~tactically~*~*~ (outnumbered).
 28303 | D:7      | 28303 ||| Stepping ~*~*~tactically~*~*~ (outnumbered).
 28305 | D:7      | 28305 ||| Stepping ~*~*~tactically~*~*~ (outnumbered).
 28307 | D:7      | 28307 ||| Stepping ~*~*~tactically~*~*~ (outnumbered).
 28309 | D:7      | 28309 ||| Stepping ~*~*~tactically~*~*~ (outnumbered).
 28311 | D:7      | 28311 ||| Stepping ~*~*~tactically~*~*~ (outnumbered).
 28313 | D:7      | 28313 ||| Stepping ~*~*~tactically~*~*~ (outnumbered).
 28315 | D:7      | 28315 ||| Stepping ~*~*~tactically~*~*~ (outnumbered).
 28317 | D:7      | 28317 ||| Stepping ~*~*~tactically~*~*~ (outnumbered).
 28319 | D:7      | 28319 ||| Stepping ~*~*~tactically~*~*~ (outnumbered).
 28321 | D:7      | 28321 ||| Stepping ~*~*~tactically~*~*~ (outnumbered).
 28323 | D:7      | 28323 ||| Stepping ~*~*~tactically~*~*~ (outnumbered).
 28325 | D:7      | 28325 ||| Stepping ~*~*~tactically~*~*~ (outnumbered).
 28327 | D:7      | 28327 ||| Stepping ~*~*~tactically~*~*~ (outnumbered).
 28329 | D:7      | 28329 ||| Stepping ~*~*~tactically~*~*~ (outnumbered).
 28331 | D:7      | 28331 ||| Stepping ~*~*~tactically~*~*~ (outnumbered).
 28333 | D:7      | 28333 ||| Stepping ~*~*~tactically~*~*~ (outnumbered).
 28335 | D:7      | 28335 ||| Stepping ~*~*~tactically~*~*~ (outnumbered).
 28337 | D:7      | 28337 ||| Stepping ~*~*~tactically~*~*~ (outnumbered).
 28339 | D:7      | 28339 ||| Stepping ~*~*~tactically~*~*~ (outnumbered).
 28341 | D:7      | 28341 ||| Stepping ~*~*~tactically~*~*~ (outnumbered).
 28343 | D:7      | 28343 ||| Stepping ~*~*~tactically~*~*~ (outnumbered).
 28345 | D:7      | 28345 ||| Stepping ~*~*~tactically~*~*~ (outnumbered).
 28347 | D:7      | 28347 ||| Stepping ~*~*~tactically~*~*~ (outnumbered).
 28349 | D:7      | 28349 ||| Stepping ~*~*~tactically~*~*~ (outnumbered).
 28351 | D:7      | 28351 ||| Stepping ~*~*~tactically~*~*~ (outnumbered).
 28353 | D:7      | 28353 ||| Stepping ~*~*~tactically~*~*~ (outnumbered).
 28355 | D:7      | 28355 ||| Stepping ~*~*~tactically~*~*~ (outnumbered).
 28357 | D:7      | 28357 ||| Stepping ~*~*~tactically~*~*~ (outnumbered).
 28359 | D:7      | 28359 ||| Stepping ~*~*~tactically~*~*~ (outnumbered).
 28361 | D:7      | 28361 ||| Stepping ~*~*~tactically~*~*~ (outnumbered).
 28363 | D:7      | 28363 ||| Stepping ~*~*~tactically~*~*~ (outnumbered).
 28365 | D:7      | 28365 ||| Stepping ~*~*~tactically~*~*~ (outnumbered).
 28367 | D:7      | 28367 ||| Stepping ~*~*~tactically~*~*~ (outnumbered).
 28369 | D:7      | 28369 ||| Stepping ~*~*~tactically~*~*~ (outnumbered).
 28371 | D:7      | 28371 ||| Stepping ~*~*~tactically~*~*~ (outnumbered).
 28373 | D:7      | 28373 ||| Stepping ~*~*~tactically~*~*~ (outnumbered).
 28375 | D:7      | 28375 ||| Stepping ~*~*~tactically~*~*~ (outnumbered).
 28377 | D:7      | 28377 ||| Stepping ~*~*~tactically~*~*~ (outnumbered).
 28379 | D:7      | 28379 ||| Stepping ~*~*~tactically~*~*~ (outnumbered).
 28381 | D:7      | 28381 ||| Stepping ~*~*~tactically~*~*~ (outnumbered).
 28383 | D:7      | 28383 ||| Stepping ~*~*~tactically~*~*~ (outnumbered).
 28385 | D:7      | 28385 ||| Stepping ~*~*~tactically~*~*~ (outnumbered).
 28387 | D:7      | 28387 ||| Stepping ~*~*~tactically~*~*~ (outnumbered).
 28389 | D:7      | 28389 ||| Stepping ~*~*~tactically~*~*~ (outnumbered).
 28391 | D:7      | 28391 ||| Stepping ~*~*~tactically~*~*~ (outnumbered).
 28393 | D:7      | 28393 ||| Stepping ~*~*~tactically~*~*~ (outnumbered).
 28395 | D:7      | 28395 ||| Stepping ~*~*~tactically~*~*~ (outnumbered).
 28397 | D:7      | 28397 ||| Stepping ~*~*~tactically~*~*~ (outnumbered).
 28399 | D:7      | 28399 ||| Stepping ~*~*~tactically~*~*~ (outnumbered).
 28401 | D:7      | 28401 ||| Stepping ~*~*~tactically~*~*~ (outnumbered).
 28403 | D:7      | 28403 ||| Stepping ~*~*~tactically~*~*~ (outnumbered).
 28405 | D:7      | 28405 ||| Stepping ~*~*~tactically~*~*~ (outnumbered).
 28407 | D:7      | 28407 ||| Stepping ~*~*~tactically~*~*~ (outnumbered).
 28409 | D:7      | 28409 ||| Stepping ~*~*~tactically~*~*~ (outnumbered).
 28411 | D:7      | 28411 ||| Stepping ~*~*~tactically~*~*~ (outnumbered).
 28413 | D:7      | 28413 ||| Stepping ~*~*~tactically~*~*~ (outnumbered).
 28415 | D:7      | 28415 ||| Stepping ~*~*~tactically~*~*~ (outnumbered).
 28417 | D:7      | 28417 ||| Stepping ~*~*~tactically~*~*~ (outnumbered).
 28419 | D:7      | 28419 ||| Stepping ~*~*~tactically~*~*~ (outnumbered).
 28421 | D:7      | 28421 ||| Stepping ~*~*~tactically~*~*~ (outnumbered).
 28423 | D:7      | 28423 ||| Stepping ~*~*~tactically~*~*~ (outnumbered).
 28425 | D:7      | 28425 ||| Stepping ~*~*~tactically~*~*~ (outnumbered).
 28427 | D:7      | 28427 ||| Stepping ~*~*~tactically~*~*~ (outnumbered).
 28429 | D:7      | 28429 ||| Stepping ~*~*~tactically~*~*~ (outnumbered).
 28431 | D:7      | 28431 ||| Stepping ~*~*~tactically~*~*~ (outnumbered).
 28433 | D:7      | 28433 ||| Stepping ~*~*~tactically~*~*~ (outnumbered).
 28435 | D:7      | 28435 ||| Stepping ~*~*~tactically~*~*~ (outnumbered).
 28437 | D:7      | 28437 ||| Stepping ~*~*~tactically~*~*~ (outnumbered).
 28439 | D:7      | 28439 ||| Stepping ~*~*~tactically~*~*~ (outnumbered).
 28441 | D:7      | 28441 ||| Stepping ~*~*~tactically~*~*~ (outnumbered).
 28443 | D:7      | 28443 ||| Stepping ~*~*~tactically~*~*~ (outnumbered).
 28445 | D:7      | 28445 ||| Stepping ~*~*~tactically~*~*~ (outnumbered).
 28447 | D:7      | 28447 ||| Stepping ~*~*~tactically~*~*~ (outnumbered).
 28449 | D:7      | 28449 ||| Stepping ~*~*~tactically~*~*~ (outnumbered).
 28451 | D:7      | 28451 ||| Stepping ~*~*~tactically~*~*~ (outnumbered).
 28453 | D:7      | 28453 ||| Stepping ~*~*~tactically~*~*~ (outnumbered).
 28455 | D:7      | 28455 ||| Stepping ~*~*~tactically~*~*~ (outnumbered).
 28457 | D:7      | 28457 ||| Stepping ~*~*~tactically~*~*~ (outnumbered).
 28459 | D:7      | 28459 ||| Stepping ~*~*~tactically~*~*~ (outnumbered).
 28461 | D:7      | 28461 ||| Stepping ~*~*~tactically~*~*~ (outnumbered).
 28463 | D:7      | 28463 ||| Stepping ~*~*~tactically~*~*~ (outnumbered).
 28465 | D:7      | 28465 ||| Stepping ~*~*~tactically~*~*~ (outnumbered).
 28467 | D:7      | 28467 ||| Stepping ~*~*~tactically~*~*~ (outnumbered).
 28469 | D:7      | 28469 ||| Stepping ~*~*~tactically~*~*~ (outnumbered).
 28471 | D:7      | 28471 ||| Stepping ~*~*~tactically~*~*~ (outnumbered).
 28473 | D:7      | 28473 ||| Stepping ~*~*~tactically~*~*~ (outnumbered).
 28475 | D:7      | 28475 ||| Stepping ~*~*~tactically~*~*~ (outnumbered).
 28477 | D:7      | 28477 ||| Stepping ~*~*~tactically~*~*~ (outnumbered).
 28479 | D:7      | 28479 ||| Stepping ~*~*~tactically~*~*~ (outnumbered).
 28481 | D:7      | 28481 ||| Stepping ~*~*~tactically~*~*~ (outnumbered).
 28483 | D:7      | 28483 ||| Stepping ~*~*~tactically~*~*~ (outnumbered).
 28485 | D:7      | 28485 ||| Stepping ~*~*~tactically~*~*~ (outnumbered).
 28487 | D:7      | 28487 ||| Stepping ~*~*~tactically~*~*~ (outnumbered).
 28489 | D:7      | 28489 ||| Stepping ~*~*~tactically~*~*~ (outnumbered).
 28491 | D:7      | 28491 ||| Stepping ~*~*~tactically~*~*~ (outnumbered).
 28493 | D:7      | 28493 ||| Stepping ~*~*~tactically~*~*~ (outnumbered).
 28495 | D:7      | 28495 ||| Stepping ~*~*~tactically~*~*~ (outnumbered).
 28497 | D:7      | 28497 ||| Stepping ~*~*~tactically~*~*~ (outnumbered).
 28499 | D:7      | 28499 ||| Stepping ~*~*~tactically~*~*~ (outnumbered).
 28501 | D:7      | 28501 ||| Stepping ~*~*~tactically~*~*~ (outnumbered).
 28503 | D:7      | 28503 ||| Stepping ~*~*~tactically~*~*~ (outnumbered).
 28505 | D:7      | 28505 ||| Stepping ~*~*~tactically~*~*~ (outnumbered).
 28507 | D:7      | 28507 ||| Stepping ~*~*~tactically~*~*~ (outnumbered).
 28509 | D:7      | 28509 ||| Stepping ~*~*~tactically~*~*~ (outnumbered).
 28511 | D:7      | 28511 ||| Stepping ~*~*~tactically~*~*~ (outnumbered).
 28513 | D:7      | 28513 ||| Stepping ~*~*~tactically~*~*~ (outnumbered).
 28515 | D:7      | 28515 ||| Stepping ~*~*~tactically~*~*~ (outnumbered).
 28517 | D:7      | 28517 ||| Stepping ~*~*~tactically~*~*~ (outnumbered).
 28519 | D:7      | 28519 ||| Stepping ~*~*~tactically~*~*~ (outnumbered).
 28521 | D:7      | 28521 ||| Stepping ~*~*~tactically~*~*~ (outnumbered).
 28523 | D:7      | 28523 ||| Stepping ~*~*~tactically~*~*~ (outnumbered).
 28525 | D:7      | 28525 ||| Stepping ~*~*~tactically~*~*~ (outnumbered).
 28527 | D:7      | 28527 ||| Stepping ~*~*~tactically~*~*~ (outnumbered).
 28529 | D:7      | 28529 ||| Stepping ~*~*~tactically~*~*~ (outnumbered).
 28531 | D:7      | 28531 ||| Stepping ~*~*~tactically~*~*~ (outnumbered).
 28533 | D:7      | 28533 ||| Stepping ~*~*~tactically~*~*~ (outnumbered).
 28535 | D:7      | 28535 ||| Stepping ~*~*~tactically~*~*~ (outnumbered).
 28537 | D:7      | 28537 ||| Stepping ~*~*~tactically~*~*~ (outnumbered).
 28539 | D:7      | 28539 ||| Stepping ~*~*~tactically~*~*~ (outnumbered).
 28541 | D:7      | 28541 ||| Stepping ~*~*~tactically~*~*~ (outnumbered).
 28543 | D:7      | 28543 ||| Stepping ~*~*~tactically~*~*~ (outnumbered).
 28545 | D:7      | 28545 ||| Stepping ~*~*~tactically~*~*~ (outnumbered).
 28547 | D:7      | 28547 ||| Stepping ~*~*~tactically~*~*~ (outnumbered).
 28549 | D:7      | 28549 ||| Stepping ~*~*~tactically~*~*~ (outnumbered).
 28551 | D:7      | 28551 ||| Stepping ~*~*~tactically~*~*~ (outnumbered).
 28553 | D:7      | 28553 ||| Stepping ~*~*~tactically~*~*~ (outnumbered).
 28555 | D:7      | 28555 ||| Stepping ~*~*~tactically~*~*~ (outnumbered).
 28557 | D:7      | 28557 ||| Stepping ~*~*~tactically~*~*~ (outnumbered).
 28559 | D:7      | 28559 ||| Stepping ~*~*~tactically~*~*~ (outnumbered).
 28561 | D:7      | 28561 ||| Stepping ~*~*~tactically~*~*~ (outnumbered).
 28563 | D:7      | 28563 ||| Stepping ~*~*~tactically~*~*~ (outnumbered).
 28565 | D:7      | 28565 ||| Stepping ~*~*~tactically~*~*~ (outnumbered).
 28567 | D:7      | 28567 ||| Stepping ~*~*~tactically~*~*~ (outnumbered).
 28569 | D:7      | 28569 ||| Stepping ~*~*~tactically~*~*~ (outnumbered).
 28571 | D:7      | 28571 ||| Stepping ~*~*~tactically~*~*~ (outnumbered).
 28573 | D:7      | 28573 ||| Stepping ~*~*~tactically~*~*~ (outnumbered).
 28575 | D:7      | 28575 ||| Stepping ~*~*~tactically~*~*~ (outnumbered).
 28577 | D:7      | 28577 ||| Stepping ~*~*~tactically~*~*~ (outnumbered).
 28579 | D:7      | 28579 ||| Stepping ~*~*~tactically~*~*~ (outnumbered).
 28581 | D:7      | 28581 ||| Stepping ~*~*~tactically~*~*~ (outnumbered).
 28583 | D:7      | 28583 ||| Stepping ~*~*~tactically~*~*~ (outnumbered).
 28585 | D:7      | 28585 ||| Stepping ~*~*~tactically~*~*~ (outnumbered).
 28587 | D:7      | 28587 ||| Stepping ~*~*~tactically~*~*~ (outnumbered).
 28589 | D:7      | 28589 ||| Stepping ~*~*~tactically~*~*~ (outnumbered).
 28591 | D:7      | 28591 ||| Stepping ~*~*~tactically~*~*~ (outnumbered).
 28593 | D:7      | 28593 ||| Stepping ~*~*~tactically~*~*~ (outnumbered).
 28595 | D:7      | 28595 ||| Stepping ~*~*~tactically~*~*~ (outnumbered).
 28597 | D:7      | 28597 ||| Stepping ~*~*~tactically~*~*~ (outnumbered).
 28599 | D:7      | 28599 ||| Stepping ~*~*~tactically~*~*~ (outnumbered).
 28601 | D:7      | 28601 ||| Stepping ~*~*~tactically~*~*~ (outnumbered).
 28603 | D:7      | 28603 ||| Stepping ~*~*~tactically~*~*~ (outnumbered).
 28605 | D:7      | 28605 ||| Stepping ~*~*~tactically~*~*~ (outnumbered).
 28607 | D:7      | 28607 ||| Stepping ~*~*~tactically~*~*~ (outnumbered).
 28609 | D:7      | 28609 ||| Stepping ~*~*~tactically~*~*~ (outnumbered).
 28611 | D:7      | 28611 ||| Stepping ~*~*~tactically~*~*~ (outnumbered).
 28613 | D:7      | 28613 ||| Stepping ~*~*~tactically~*~*~ (outnumbered).
 28615 | D:7      | 28615 ||| Stepping ~*~*~tactically~*~*~ (outnumbered).
 28617 | D:7      | 28617 ||| Stepping ~*~*~tactically~*~*~ (outnumbered).
 28619 | D:7      | 28619 ||| Stepping ~*~*~tactically~*~*~ (outnumbered).
 28621 | D:7      | 28621 ||| Stepping ~*~*~tactically~*~*~ (outnumbered).
 28623 | D:7      | 28623 ||| Stepping ~*~*~tactically~*~*~ (outnumbered).
 28625 | D:7      | 28625 ||| Stepping ~*~*~tactically~*~*~ (outnumbered).
 28627 | D:7      | 28627 ||| Stepping ~*~*~tactically~*~*~ (outnumbered).
 28629 | D:7      | 28629 ||| Stepping ~*~*~tactically~*~*~ (outnumbered).
 28631 | D:7      | 28631 ||| Stepping ~*~*~tactically~*~*~ (outnumbered).
 28633 | D:7      | 28633 ||| Stepping ~*~*~tactically~*~*~ (outnumbered).
 28635 | D:7      | 28635 ||| Stepping ~*~*~tactically~*~*~ (outnumbered).
 28637 | D:7      | 28637 ||| Stepping ~*~*~tactically~*~*~ (outnumbered).
 28639 | D:7      | 28639 ||| Stepping ~*~*~tactically~*~*~ (outnumbered).
 28641 | D:7      | 28641 ||| Stepping ~*~*~tactically~*~*~ (outnumbered).
 28643 | D:7      | 28643 ||| Stepping ~*~*~tactically~*~*~ (outnumbered).
 28645 | D:7      | 28645 ||| Stepping ~*~*~tactically~*~*~ (outnumbered).
 28647 | D:7      | 28647 ||| Stepping ~*~*~tactically~*~*~ (outnumbered).
 28649 | D:7      | 28649 ||| Stepping ~*~*~tactically~*~*~ (outnumbered).
 28651 | D:7      | 28651 ||| Stepping ~*~*~tactically~*~*~ (outnumbered).
 28653 | D:7      | 28653 ||| Stepping ~*~*~tactically~*~*~ (outnumbered).
 28655 | D:7      | 28655 ||| Stepping ~*~*~tactically~*~*~ (outnumbered).
 28657 | D:7      | 28657 ||| Stepping ~*~*~tactically~*~*~ (outnumbered).
 28659 | D:7      | 28659 ||| Stepping ~*~*~tactically~*~*~ (outnumbered).
 28661 | D:7      | 28661 ||| Stepping ~*~*~tactically~*~*~ (outnumbered).
 28663 | D:7      | 28663 ||| Stepping ~*~*~tactically~*~*~ (outnumbered).
 28665 | D:7      | 28665 ||| Stepping ~*~*~tactically~*~*~ (outnumbered).
 28667 | D:7      | 28667 ||| Stepping ~*~*~tactically~*~*~ (outnumbered).
 28669 | D:7      | 28669 ||| Stepping ~*~*~tactically~*~*~ (outnumbered).
 28671 | D:7      | 28671 ||| Stepping ~*~*~tactically~*~*~ (outnumbered).
 28673 | D:7      | 28673 ||| Stepping ~*~*~tactically~*~*~ (outnumbered).
 28675 | D:7      | 28675 ||| Stepping ~*~*~tactically~*~*~ (outnumbered).
 28677 | D:7      | 28677 ||| Stepping ~*~*~tactically~*~*~ (outnumbered).
 28679 | D:7      | 28679 ||| Stepping ~*~*~tactically~*~*~ (outnumbered).
 28681 | D:7      | 28681 ||| Stepping ~*~*~tactically~*~*~ (outnumbered).
 28683 | D:7      | 28683 ||| Stepping ~*~*~tactically~*~*~ (outnumbered).
 28685 | D:7      | 28685 ||| Stepping ~*~*~tactically~*~*~ (outnumbered).
 28687 | D:7      | 28687 ||| Stepping ~*~*~tactically~*~*~ (outnumbered).
 28689 | D:7      | 28689 ||| Stepping ~*~*~tactically~*~*~ (outnumbered).
 28691 | D:7      | 28691 ||| Stepping ~*~*~tactically~*~*~ (outnumbered).
 28693 | D:7      | 28693 ||| Stepping ~*~*~tactically~*~*~ (outnumbered).
 28695 | D:7      | 28695 ||| Stepping ~*~*~tactically~*~*~ (outnumbered).
 28697 | D:7      | 28697 ||| Stepping ~*~*~tactically~*~*~ (outnumbered).
 28699 | D:7      | 28699 ||| Stepping ~*~*~tactically~*~*~ (outnumbered).
 28701 | D:7      | 28701 ||| Stepping ~*~*~tactically~*~*~ (outnumbered).
 28703 | D:7      | 28703 ||| Stepping ~*~*~tactically~*~*~ (outnumbered).
 28705 | D:7      | 28705 ||| Stepping ~*~*~tactically~*~*~ (outnumbered).
 28707 | D:7      | 28707 ||| Stepping ~*~*~tactically~*~*~ (outnumbered).
 28709 | D:7      | 28709 ||| Stepping ~*~*~tactically~*~*~ (outnumbered).
 28711 | D:7      | 28711 ||| Stepping ~*~*~tactically~*~*~ (outnumbered).
 28713 | D:7      | 28713 ||| Stepping ~*~*~tactically~*~*~ (outnumbered).
 28715 | D:7      | 28715 ||| Stepping ~*~*~tactically~*~*~ (outnumbered).
 28717 | D:7      | 28717 ||| Stepping ~*~*~tactically~*~*~ (outnumbered).
 28719 | D:7      | 28719 ||| Stepping ~*~*~tactically~*~*~ (outnumbered).
 28721 | D:7      | 28721 ||| Stepping ~*~*~tactically~*~*~ (outnumbered).
 28723 | D:7      | 28723 ||| Stepping ~*~*~tactically~*~*~ (outnumbered).
 28725 | D:7      | 28725 ||| Stepping ~*~*~tactically~*~*~ (outnumbered).
 28727 | D:7      | 28727 ||| Stepping ~*~*~tactically~*~*~ (outnumbered).
 28729 | D:7      | 28729 ||| Stepping ~*~*~tactically~*~*~ (outnumbered).
 28731 | D:7      | 28731 ||| Stepping ~*~*~tactically~*~*~ (outnumbered).
 28733 | D:7      | 28733 ||| Stepping ~*~*~tactically~*~*~ (outnumbered).
 28735 | D:7      | 28735 ||| Stepping ~*~*~tactically~*~*~ (outnumbered).
 28737 | D:7      | 28737 ||| Stepping ~*~*~tactically~*~*~ (outnumbered).
 28739 | D:7      | 28739 ||| Stepping ~*~*~tactically~*~*~ (outnumbered).
 28741 | D:7      | 28741 ||| Stepping ~*~*~tactically~*~*~ (outnumbered).
 28743 | D:7      | 28743 ||| Stepping ~*~*~tactically~*~*~ (outnumbered).
 28745 | D:7      | 28745 ||| Stepping ~*~*~tactically~*~*~ (outnumbered).
 28747 | D:7      | 28747 ||| Stepping ~*~*~tactically~*~*~ (outnumbered).
 28749 | D:7      | 28749 ||| Stepping ~*~*~tactically~*~*~ (outnumbered).
 28751 | D:7      | 28751 ||| Stepping ~*~*~tactically~*~*~ (outnumbered).
 28753 | D:7      | 28753 ||| Stepping ~*~*~tactically~*~*~ (outnumbered).
 28755 | D:7      | 28755 ||| Stepping ~*~*~tactically~*~*~ (outnumbered).
 28757 | D:7      | 28757 ||| Stepping ~*~*~tactically~*~*~ (outnumbered).
 28759 | D:7      | 28759 ||| Stepping ~*~*~tactically~*~*~ (outnumbered).
 28761 | D:7      | 28761 ||| Stepping ~*~*~tactically~*~*~ (outnumbered).
 28763 | D:7      | 28763 ||| Stepping ~*~*~tactically~*~*~ (outnumbered).
 28765 | D:7      | 28765 ||| Stepping ~*~*~tactically~*~*~ (outnumbered).
 28767 | D:7      | 28767 ||| Stepping ~*~*~tactically~*~*~ (outnumbered).
 28769 | D:7      | 28769 ||| Stepping ~*~*~tactically~*~*~ (outnumbered).
 28771 | D:7      | 28771 ||| Stepping ~*~*~tactically~*~*~ (outnumbered).
 28773 | D:7      | 28773 ||| Stepping ~*~*~tactically~*~*~ (outnumbered).
 28775 | D:7      | 28775 ||| Stepping ~*~*~tactically~*~*~ (outnumbered).
 28777 | D:7      | 28777 ||| Stepping ~*~*~tactically~*~*~ (outnumbered).
 28779 | D:7      | 28779 ||| Stepping ~*~*~tactically~*~*~ (outnumbered).
 28781 | D:7      | 28781 ||| Stepping ~*~*~tactically~*~*~ (outnumbered).
 28783 | D:7      | 28783 ||| Stepping ~*~*~tactically~*~*~ (outnumbered).
 28785 | D:7      | 28785 ||| Stepping ~*~*~tactically~*~*~ (outnumbered).
 28787 | D:7      | 28787 ||| Stepping ~*~*~tactically~*~*~ (outnumbered).
 28789 | D:7      | 28789 ||| Stepping ~*~*~tactically~*~*~ (outnumbered).
 28791 | D:7      | 28791 ||| Stepping ~*~*~tactically~*~*~ (outnumbered).
 28793 | D:7      | 28793 ||| Stepping ~*~*~tactically~*~*~ (outnumbered).
 28795 | D:7      | 28795 ||| Stepping ~*~*~tactically~*~*~ (outnumbered).
 28797 | D:7      | 28797 ||| Stepping ~*~*~tactically~*~*~ (outnumbered).
 28799 | D:7      | 28799 ||| Stepping ~*~*~tactically~*~*~ (outnumbered).
 28801 | D:7      | 28801 ||| Stepping ~*~*~tactically~*~*~ (outnumbered).
 28803 | D:7      | 28803 ||| Stepping ~*~*~tactically~*~*~ (outnumbered).
 28805 | D:7      | 28805 ||| Stepping ~*~*~tactically~*~*~ (outnumbered).
 28807 | D:7      | 28807 ||| Stepping ~*~*~tactically~*~*~ (outnumbered).
 28809 | D:7      | 28809 ||| Stepping ~*~*~tactically~*~*~ (outnumbered).
 28811 | D:7      | 28811 ||| Stepping ~*~*~tactically~*~*~ (outnumbered).
 28813 | D:7      | 28813 ||| Stepping ~*~*~tactically~*~*~ (outnumbered).
 28815 | D:7      | 28815 ||| Stepping ~*~*~tactically~*~*~ (outnumbered).
 28817 | D:7      | 28817 ||| Stepping ~*~*~tactically~*~*~ (outnumbered).
 28819 | D:7      | 28819 ||| Stepping ~*~*~tactically~*~*~ (outnumbered).
 28821 | D:7      | 28821 ||| Stepping ~*~*~tactically~*~*~ (outnumbered).
 28823 | D:7      | 28823 ||| Stepping ~*~*~tactically~*~*~ (outnumbered).
 28825 | D:7      | 28825 ||| Stepping ~*~*~tactically~*~*~ (outnumbered).
 28827 | D:7      | 28827 ||| Stepping ~*~*~tactically~*~*~ (outnumbered).
 28829 | D:7      | 28829 ||| Stepping ~*~*~tactically~*~*~ (outnumbered).
 28831 | D:7      | 28831 ||| Stepping ~*~*~tactically~*~*~ (outnumbered).
 28833 | D:7      | 28833 ||| Stepping ~*~*~tactically~*~*~ (outnumbered).
 28835 | D:7      | 28835 ||| Stepping ~*~*~tactically~*~*~ (outnumbered).
 28837 | D:7      | 28837 ||| Stepping ~*~*~tactically~*~*~ (outnumbered).
 28839 | D:7      | 28839 ||| Stepping ~*~*~tactically~*~*~ (outnumbered).
 28841 | D:7      | 28841 ||| Stepping ~*~*~tactically~*~*~ (outnumbered).
 28843 | D:7      | 28843 ||| Stepping ~*~*~tactically~*~*~ (outnumbered).
 28845 | D:7      | 28845 ||| Stepping ~*~*~tactically~*~*~ (outnumbered).
 28847 | D:7      | 28847 ||| Stepping ~*~*~tactically~*~*~ (outnumbered).
 28849 | D:7      | 28849 ||| Stepping ~*~*~tactically~*~*~ (outnumbered).
 28851 | D:7      | 28851 ||| Stepping ~*~*~tactically~*~*~ (outnumbered).
 28853 | D:7      | 28853 ||| Stepping ~*~*~tactically~*~*~ (outnumbered).
 28855 | D:7      | 28855 ||| Stepping ~*~*~tactically~*~*~ (outnumbered).
 28857 | D:7      | 28857 ||| Stepping ~*~*~tactically~*~*~ (outnumbered).
 28859 | D:7      | 28859 ||| Stepping ~*~*~tactically~*~*~ (outnumbered).
 28861 | D:7      | 28861 ||| Stepping ~*~*~tactically~*~*~ (outnumbered).
 28863 | D:7      | 28863 ||| Stepping ~*~*~tactically~*~*~ (outnumbered).
 28865 | D:7      | 28865 ||| Stepping ~*~*~tactically~*~*~ (outnumbered).
 28867 | D:7      | 28867 ||| Stepping ~*~*~tactically~*~*~ (outnumbered).
 28869 | D:7      | 28869 ||| Stepping ~*~*~tactically~*~*~ (outnumbered).
 28871 | D:7      | 28871 ||| Stepping ~*~*~tactically~*~*~ (outnumbered).
 28873 | D:7      | 28873 ||| Stepping ~*~*~tactically~*~*~ (outnumbered).
 28875 | D:7      | 28875 ||| Stepping ~*~*~tactically~*~*~ (outnumbered).
 28877 | D:7      | 28877 ||| Stepping ~*~*~tactically~*~*~ (outnumbered).
 28879 | D:7      | 28879 ||| Stepping ~*~*~tactically~*~*~ (outnumbered).
 28881 | D:7      | 28881 ||| Stepping ~*~*~tactically~*~*~ (outnumbered).
 28883 | D:7      | 28883 ||| Stepping ~*~*~tactically~*~*~ (outnumbered).
 28885 | D:7      | 28885 ||| Stepping ~*~*~tactically~*~*~ (outnumbered).
 28887 | D:7      | 28887 ||| Stepping ~*~*~tactically~*~*~ (outnumbered).
 28889 | D:7      | 28889 ||| Stepping ~*~*~tactically~*~*~ (outnumbered).
 28891 | D:7      | 28891 ||| Stepping ~*~*~tactically~*~*~ (outnumbered).
 28893 | D:7      | 28893 ||| Stepping ~*~*~tactically~*~*~ (outnumbered).
 28895 | D:7      | 28895 ||| Stepping ~*~*~tactically~*~*~ (outnumbered).
 28897 | D:7      | 28897 ||| Stepping ~*~*~tactically~*~*~ (outnumbered).
 28899 | D:7      | 28899 ||| Stepping ~*~*~tactically~*~*~ (outnumbered).
 28901 | D:7      | 28901 ||| Stepping ~*~*~tactically~*~*~ (outnumbered).
 28903 | D:7      | 28903 ||| Stepping ~*~*~tactically~*~*~ (outnumbered).
 28905 | D:7      | 28905 ||| Stepping ~*~*~tactically~*~*~ (outnumbered).
 28907 | D:7      | 28907 ||| Stepping ~*~*~tactically~*~*~ (outnumbered).
 28909 | D:7      | 28909 ||| Stepping ~*~*~tactically~*~*~ (outnumbered).
 28911 | D:7      | 28911 ||| Stepping ~*~*~tactically~*~*~ (outnumbered).
 28913 | D:7      | 28913 ||| Stepping ~*~*~tactically~*~*~ (outnumbered).
 28915 | D:7      | 28915 ||| Stepping ~*~*~tactically~*~*~ (outnumbered).
 28917 | D:7      | 28917 ||| Stepping ~*~*~tactically~*~*~ (outnumbered).
 28919 | D:7      | 28919 ||| Stepping ~*~*~tactically~*~*~ (outnumbered).
 28921 | D:7      | 28921 ||| Stepping ~*~*~tactically~*~*~ (outnumbered).
 28923 | D:7      | 28923 ||| Stepping ~*~*~tactically~*~*~ (outnumbered).
 28925 | D:7      | 28925 ||| Stepping ~*~*~tactically~*~*~ (outnumbered).
 28927 | D:7      | 28927 ||| Stepping ~*~*~tactically~*~*~ (outnumbered).
 28929 | D:7      | 28929 ||| Stepping ~*~*~tactically~*~*~ (outnumbered).
 28931 | D:7      | 28931 ||| Stepping ~*~*~tactically~*~*~ (outnumbered).
 28933 | D:7      | 28933 ||| Stepping ~*~*~tactically~*~*~ (outnumbered).
 28935 | D:7      | 28935 ||| Stepping ~*~*~tactically~*~*~ (outnumbered).
 28937 | D:7      | 28937 ||| Stepping ~*~*~tactically~*~*~ (outnumbered).
 28939 | D:7      | 28939 ||| Stepping ~*~*~tactically~*~*~ (outnumbered).
 28941 | D:7      | 28941 ||| Stepping ~*~*~tactically~*~*~ (outnumbered).
 28943 | D:7      | 28943 ||| Stepping ~*~*~tactically~*~*~ (outnumbered).
 28945 | D:7      | 28945 ||| Stepping ~*~*~tactically~*~*~ (outnumbered).
 28947 | D:7      | 28947 ||| Stepping ~*~*~tactically~*~*~ (outnumbered).
 28949 | D:7      | 28949 ||| Stepping ~*~*~tactically~*~*~ (outnumbered).
 28951 | D:7      | 28951 ||| Stepping ~*~*~tactically~*~*~ (outnumbered).
 28953 | D:7      | 28953 ||| Stepping ~*~*~tactically~*~*~ (outnumbered).
 28955 | D:7      | 28955 ||| Stepping ~*~*~tactically~*~*~ (outnumbered).
 28957 | D:7      | 28957 ||| Stepping ~*~*~tactically~*~*~ (outnumbered).
 28959 | D:7      | 28959 ||| Stepping ~*~*~tactically~*~*~ (outnumbered).
 28961 | D:7      | 28961 ||| Stepping ~*~*~tactically~*~*~ (outnumbered).
 28963 | D:7      | 28963 ||| Stepping ~*~*~tactically~*~*~ (outnumbered).
 28965 | D:7      | 28965 ||| Stepping ~*~*~tactically~*~*~ (outnumbered).
 28967 | D:7      | 28967 ||| Stepping ~*~*~tactically~*~*~ (outnumbered).
 28969 | D:7      | 28969 ||| Stepping ~*~*~tactically~*~*~ (outnumbered).
 28971 | D:7      | 28971 ||| Stepping ~*~*~tactically~*~*~ (outnumbered).
 28973 | D:7      | 28973 ||| Stepping ~*~*~tactically~*~*~ (outnumbered).
 28975 | D:7      | 28975 ||| Stepping ~*~*~tactically~*~*~ (outnumbered).
 28977 | D:7      | 28977 ||| Stepping ~*~*~tactically~*~*~ (outnumbered).
 28979 | D:7      | 28979 ||| Stepping ~*~*~tactically~*~*~ (outnumbered).
 28981 | D:7      | 28981 ||| Stepping ~*~*~tactically~*~*~ (outnumbered).
 28983 | D:7      | 28983 ||| Stepping ~*~*~tactically~*~*~ (outnumbered).
 28985 | D:7      | 28985 ||| Stepping ~*~*~tactically~*~*~ (outnumbered).
 28987 | D:7      | 28987 ||| Stepping ~*~*~tactically~*~*~ (outnumbered).
 28989 | D:7      | 28989 ||| Stepping ~*~*~tactically~*~*~ (outnumbered).
 28991 | D:7      | 28991 ||| Stepping ~*~*~tactically~*~*~ (outnumbered).
 28993 | D:7      | 28993 ||| Stepping ~*~*~tactically~*~*~ (outnumbered).
 28995 | D:7      | 28995 ||| Stepping ~*~*~tactically~*~*~ (outnumbered).
 28997 | D:7      | 28997 ||| Stepping ~*~*~tactically~*~*~ (outnumbered).
 28999 | D:7      | 28999 ||| Stepping ~*~*~tactically~*~*~ (outnumbered).
 29001 | D:7      | 29001 ||| Stepping ~*~*~tactically~*~*~ (outnumbered).
 29003 | D:7      | 29003 ||| Stepping ~*~*~tactically~*~*~ (outnumbered).
 29005 | D:7      | 29005 ||| Stepping ~*~*~tactically~*~*~ (outnumbered).
 29007 | D:7      | 29007 ||| Stepping ~*~*~tactically~*~*~ (outnumbered).
 29009 | D:7      | 29009 ||| Stepping ~*~*~tactically~*~*~ (outnumbered).
 29011 | D:7      | 29011 ||| Stepping ~*~*~tactically~*~*~ (outnumbered).
 29013 | D:7      | 29013 ||| Stepping ~*~*~tactically~*~*~ (outnumbered).
 29015 | D:7      | 29015 ||| Stepping ~*~*~tactically~*~*~ (outnumbered).
 29017 | D:7      | 29017 ||| Stepping ~*~*~tactically~*~*~ (outnumbered).
 29019 | D:7      | 29019 ||| Stepping ~*~*~tactically~*~*~ (outnumbered).
 29021 | D:7      | 29021 ||| Stepping ~*~*~tactically~*~*~ (outnumbered).
 29023 | D:7      | 29023 ||| Stepping ~*~*~tactically~*~*~ (outnumbered).
 29025 | D:7      | 29025 ||| Stepping ~*~*~tactically~*~*~ (outnumbered).
 29027 | D:7      | 29027 ||| Stepping ~*~*~tactically~*~*~ (outnumbered).
 29029 | D:7      | 29029 ||| Stepping ~*~*~tactically~*~*~ (outnumbered).
 29031 | D:7      | 29031 ||| Stepping ~*~*~tactically~*~*~ (outnumbered).
 29033 | D:7      | 29033 ||| Stepping ~*~*~tactically~*~*~ (outnumbered).
 29035 | D:7      | 29035 ||| Stepping ~*~*~tactically~*~*~ (outnumbered).
 29037 | D:7      | 29037 ||| Stepping ~*~*~tactically~*~*~ (outnumbered).
 29039 | D:7      | 29039 ||| Stepping ~*~*~tactically~*~*~ (outnumbered).
 29041 | D:7      | 29041 ||| Stepping ~*~*~tactically~*~*~ (outnumbered).
 29043 | D:7      | 29043 ||| Stepping ~*~*~tactically~*~*~ (outnumbered).
 29045 | D:7      | 29045 ||| Stepping ~*~*~tactically~*~*~ (outnumbered).
 29047 | D:7      | 29047 ||| Stepping ~*~*~tactically~*~*~ (outnumbered).
 29049 | D:7      | 29049 ||| Stepping ~*~*~tactically~*~*~ (outnumbered).
 29051 | D:7      | 29051 ||| Stepping ~*~*~tactically~*~*~ (outnumbered).
 29053 | D:7      | 29053 ||| Stepping ~*~*~tactically~*~*~ (outnumbered).
 29055 | D:7      | 29055 ||| Stepping ~*~*~tactically~*~*~ (outnumbered).
 29057 | D:7      | 29057 ||| Stepping ~*~*~tactically~*~*~ (outnumbered).
 29059 | D:7      | 29059 ||| Stepping ~*~*~tactically~*~*~ (outnumbered).
 29061 | D:7      | 29061 ||| Stepping ~*~*~tactically~*~*~ (outnumbered).
 29063 | D:7      | 29063 ||| Stepping ~*~*~tactically~*~*~ (outnumbered).
 29065 | D:7      | 29065 ||| Stepping ~*~*~tactically~*~*~ (outnumbered).
 29067 | D:7      | 29067 ||| Stepping ~*~*~tactically~*~*~ (outnumbered).
 29069 | D:7      | 29069 ||| Stepping ~*~*~tactically~*~*~ (outnumbered).
 29071 | D:7      | 29071 ||| Stepping ~*~*~tactically~*~*~ (outnumbered).
 29073 | D:7      | 29073 ||| Stepping ~*~*~tactically~*~*~ (outnumbered).
 29075 | D:7      | 29075 ||| Stepping ~*~*~tactically~*~*~ (outnumbered).
 29077 | D:7      | 29077 ||| Stepping ~*~*~tactically~*~*~ (outnumbered).
 29079 | D:7      | 29079 ||| Stepping ~*~*~tactically~*~*~ (outnumbered).
 29081 | D:7      | 29081 ||| Stepping ~*~*~tactically~*~*~ (outnumbered).
 29083 | D:7      | 29083 ||| Stepping ~*~*~tactically~*~*~ (outnumbered).
 29085 | D:7      | 29085 ||| Stepping ~*~*~tactically~*~*~ (outnumbered).
 29087 | D:7      | 29087 ||| Stepping ~*~*~tactically~*~*~ (outnumbered).
 29089 | D:7      | 29089 ||| Stepping ~*~*~tactically~*~*~ (outnumbered).
 29091 | D:7      | 29091 ||| Stepping ~*~*~tactically~*~*~ (outnumbered).
 29093 | D:7      | 29093 ||| Stepping ~*~*~tactically~*~*~ (outnumbered).
 29095 | D:7      | 29095 ||| Stepping ~*~*~tactically~*~*~ (outnumbered).
 29097 | D:7      | 29097 ||| Stepping ~*~*~tactically~*~*~ (outnumbered).
 29099 | D:7      | 29099 ||| Stepping ~*~*~tactically~*~*~ (outnumbered).
 29101 | D:7      | 29101 ||| Stepping ~*~*~tactically~*~*~ (outnumbered).
 29103 | D:7      | 29103 ||| Stepping ~*~*~tactically~*~*~ (outnumbered).
 29105 | D:7      | 29105 ||| Stepping ~*~*~tactically~*~*~ (outnumbered).
 29107 | D:7      | 29107 ||| Stepping ~*~*~tactically~*~*~ (outnumbered).
 29109 | D:7      | 29109 ||| Stepping ~*~*~tactically~*~*~ (outnumbered).
 29111 | D:7      | 29111 ||| Stepping ~*~*~tactically~*~*~ (outnumbered).
 29113 | D:7      | 29113 ||| Stepping ~*~*~tactically~*~*~ (outnumbered).
 29115 | D:7      | 29115 ||| Stepping ~*~*~tactically~*~*~ (outnumbered).
 29117 | D:7      | 29117 ||| Stepping ~*~*~tactically~*~*~ (outnumbered).
 29119 | D:7      | 29119 ||| Stepping ~*~*~tactically~*~*~ (outnumbered).
 29121 | D:7      | 29121 ||| Stepping ~*~*~tactically~*~*~ (outnumbered).
 29123 | D:7      | 29123 ||| Stepping ~*~*~tactically~*~*~ (outnumbered).
 29125 | D:7      | 29125 ||| Stepping ~*~*~tactically~*~*~ (outnumbered).
 29127 | D:7      | 29127 ||| Stepping ~*~*~tactically~*~*~ (outnumbered).
 29129 | D:7      | 29129 ||| Stepping ~*~*~tactically~*~*~ (outnumbered).
 29131 | D:7      | 29131 ||| Stepping ~*~*~tactically~*~*~ (outnumbered).
 29133 | D:7      | 29133 ||| Stepping ~*~*~tactically~*~*~ (outnumbered).
 29135 | D:7      | 29135 ||| Stepping ~*~*~tactically~*~*~ (outnumbered).
 29137 | D:7      | 29137 ||| Stepping ~*~*~tactically~*~*~ (outnumbered).
 29139 | D:7      | 29139 ||| Stepping ~*~*~tactically~*~*~ (outnumbered).
 29141 | D:7      | 29141 ||| Stepping ~*~*~tactically~*~*~ (outnumbered).
 29143 | D:7      | 29143 ||| Stepping ~*~*~tactically~*~*~ (outnumbered).
 29145 | D:7      | 29145 ||| Stepping ~*~*~tactically~*~*~ (outnumbered).
 29147 | D:7      | 29147 ||| Stepping ~*~*~tactically~*~*~ (outnumbered).
 29149 | D:7      | 29149 ||| Stepping ~*~*~tactically~*~*~ (outnumbered).
 29151 | D:7      | 29151 ||| Stepping ~*~*~tactically~*~*~ (outnumbered).
 29153 | D:7      | 29153 ||| Stepping ~*~*~tactically~*~*~ (outnumbered).
 29155 | D:7      | 29155 ||| Stepping ~*~*~tactically~*~*~ (outnumbered).
 29157 | D:7      | 29157 ||| Stepping ~*~*~tactically~*~*~ (outnumbered).
 29159 | D:7      | 29159 ||| Stepping ~*~*~tactically~*~*~ (outnumbered).
 29161 | D:7      | 29161 ||| Stepping ~*~*~tactically~*~*~ (outnumbered).
 29163 | D:7      | 29163 ||| Stepping ~*~*~tactically~*~*~ (outnumbered).
 29165 | D:7      | 29165 ||| Stepping ~*~*~tactically~*~*~ (outnumbered).
 29167 | D:7      | 29167 ||| Stepping ~*~*~tactically~*~*~ (outnumbered).
 29169 | D:7      | 29169 ||| Stepping ~*~*~tactically~*~*~ (outnumbered).
 29171 | D:7      | 29171 ||| Stepping ~*~*~tactically~*~*~ (outnumbered).
 29173 | D:7      | 29173 ||| Stepping ~*~*~tactically~*~*~ (outnumbered).
 29175 | D:7      | 29175 ||| Stepping ~*~*~tactically~*~*~ (outnumbered).
 29177 | D:7      | 29177 ||| Stepping ~*~*~tactically~*~*~ (outnumbered).
 29179 | D:7      | 29179 ||| Stepping ~*~*~tactically~*~*~ (outnumbered).
 29181 | D:7      | 29181 ||| Stepping ~*~*~tactically~*~*~ (outnumbered).
 29183 | D:7      | 29183 ||| Stepping ~*~*~tactically~*~*~ (outnumbered).
 29185 | D:7      | 29185 ||| Stepping ~*~*~tactically~*~*~ (outnumbered).
 29187 | D:7      | 29187 ||| Stepping ~*~*~tactically~*~*~ (outnumbered).
 29189 | D:7      | 29189 ||| Stepping ~*~*~tactically~*~*~ (outnumbered).
 29191 | D:7      | 29191 ||| Stepping ~*~*~tactically~*~*~ (outnumbered).
 29193 | D:7      | 29193 ||| Stepping ~*~*~tactically~*~*~ (outnumbered).
 29195 | D:7      | 29195 ||| Stepping ~*~*~tactically~*~*~ (outnumbered).
 29197 | D:7      | 29197 ||| Stepping ~*~*~tactically~*~*~ (outnumbered).
 29199 | D:7      | 29199 ||| Stepping ~*~*~tactically~*~*~ (outnumbered).
 29201 | D:7      | 29201 ||| Stepping ~*~*~tactically~*~*~ (outnumbered).
 29203 | D:7      | 29203 ||| Stepping ~*~*~tactically~*~*~ (outnumbered).
 29205 | D:7      | 29205 ||| Stepping ~*~*~tactically~*~*~ (outnumbered).
 29207 | D:7      | 29207 ||| Stepping ~*~*~tactically~*~*~ (outnumbered).
 29209 | D:7      | 29209 ||| Stepping ~*~*~tactically~*~*~ (outnumbered).
 29211 | D:7      | 29211 ||| Stepping ~*~*~tactically~*~*~ (outnumbered).
 29213 | D:7      | 29213 ||| Stepping ~*~*~tactically~*~*~ (outnumbered).
 29215 | D:7      | 29215 ||| Stepping ~*~*~tactically~*~*~ (outnumbered).
 29217 | D:7      | 29217 ||| Stepping ~*~*~tactically~*~*~ (outnumbered).
 29219 | D:7      | 29219 ||| Stepping ~*~*~tactically~*~*~ (outnumbered).
 29221 | D:7      | 29221 ||| Stepping ~*~*~tactically~*~*~ (outnumbered).
 29223 | D:7      | 29223 ||| Stepping ~*~*~tactically~*~*~ (outnumbered).
 29225 | D:7      | 29225 ||| Stepping ~*~*~tactically~*~*~ (outnumbered).
 29227 | D:7      | 29227 ||| Stepping ~*~*~tactically~*~*~ (outnumbered).
 29229 | D:7      | 29229 ||| Stepping ~*~*~tactically~*~*~ (outnumbered).
 29231 | D:7      | 29231 ||| Stepping ~*~*~tactically~*~*~ (outnumbered).
 29233 | D:7      | 29233 ||| Stepping ~*~*~tactically~*~*~ (outnumbered).
 29235 | D:7      | 29235 ||| Stepping ~*~*~tactically~*~*~ (outnumbered).
 29237 | D:7      | 29237 ||| Stepping ~*~*~tactically~*~*~ (outnumbered).
 29239 | D:7      | 29239 ||| Stepping ~*~*~tactically~*~*~ (outnumbered).
 29241 | D:7      | 29241 ||| Stepping ~*~*~tactically~*~*~ (outnumbered).
 29243 | D:7      | 29243 ||| Stepping ~*~*~tactically~*~*~ (outnumbered).
 29245 | D:7      | 29245 ||| Stepping ~*~*~tactically~*~*~ (outnumbered).
 29247 | D:7      | 29247 ||| Stepping ~*~*~tactically~*~*~ (outnumbered).
 29249 | D:7      | 29249 ||| Stepping ~*~*~tactically~*~*~ (outnumbered).
 29251 | D:7      | 29251 ||| Stepping ~*~*~tactically~*~*~ (outnumbered).
 29253 | D:7      | 29253 ||| Stepping ~*~*~tactically~*~*~ (outnumbered).
 29255 | D:7      | 29255 ||| Stepping ~*~*~tactically~*~*~ (outnumbered).
 29257 | D:7      | 29257 ||| Stepping ~*~*~tactically~*~*~ (outnumbered).
 29259 | D:7      | 29259 ||| Stepping ~*~*~tactically~*~*~ (outnumbered).
 29261 | D:7      | 29261 ||| Stepping ~*~*~tactically~*~*~ (outnumbered).
 29263 | D:7      | 29263 ||| Stepping ~*~*~tactically~*~*~ (outnumbered).
 29265 | D:7      | 29265 ||| Stepping ~*~*~tactically~*~*~ (outnumbered).
 29267 | D:7      | 29267 ||| Stepping ~*~*~tactically~*~*~ (outnumbered).
 29269 | D:7      | 29269 ||| Stepping ~*~*~tactically~*~*~ (outnumbered).
 29271 | D:7      | 29271 ||| Stepping ~*~*~tactically~*~*~ (outnumbered).
 29273 | D:7      | 29273 ||| Stepping ~*~*~tactically~*~*~ (outnumbered).
 29275 | D:7      | 29275 ||| Stepping ~*~*~tactically~*~*~ (outnumbered).
 29277 | D:7      | 29277 ||| Stepping ~*~*~tactically~*~*~ (outnumbered).
 29279 | D:7      | 29279 ||| Stepping ~*~*~tactically~*~*~ (outnumbered).
 29281 | D:7      | 29281 ||| Stepping ~*~*~tactically~*~*~ (outnumbered).
 29283 | D:7      | 29283 ||| Stepping ~*~*~tactically~*~*~ (outnumbered).
 29285 | D:7      | 29285 ||| Stepping ~*~*~tactically~*~*~ (outnumbered).
 29287 | D:7      | 29287 ||| Stepping ~*~*~tactically~*~*~ (outnumbered).
 29289 | D:7      | 29289 ||| Stepping ~*~*~tactically~*~*~ (outnumbered).
 29291 | D:7      | 29291 ||| Stepping ~*~*~tactically~*~*~ (outnumbered).
 29293 | D:7      | 29293 ||| Stepping ~*~*~tactically~*~*~ (outnumbered).
 29295 | D:7      | 29295 ||| Stepping ~*~*~tactically~*~*~ (outnumbered).
 29297 | D:7      | 29297 ||| Stepping ~*~*~tactically~*~*~ (outnumbered).
 29299 | D:7      | 29299 ||| Stepping ~*~*~tactically~*~*~ (outnumbered).
 29301 | D:7      | 29301 ||| Stepping ~*~*~tactically~*~*~ (outnumbered).
 29303 | D:7      | 29303 ||| Stepping ~*~*~tactically~*~*~ (outnumbered).
 29305 | D:7      | 29305 ||| Stepping ~*~*~tactically~*~*~ (outnumbered).
 29307 | D:7      | 29307 ||| Stepping ~*~*~tactically~*~*~ (outnumbered).
 29309 | D:7      | 29309 ||| Stepping ~*~*~tactically~*~*~ (outnumbered).
 29311 | D:7      | 29311 ||| Stepping ~*~*~tactically~*~*~ (outnumbered).
 29313 | D:7      | 29313 ||| Stepping ~*~*~tactically~*~*~ (outnumbered).
 29315 | D:7      | 29315 ||| Stepping ~*~*~tactically~*~*~ (outnumbered).
 29317 | D:7      | 29317 ||| Stepping ~*~*~tactically~*~*~ (outnumbered).
 29319 | D:7      | 29319 ||| Stepping ~*~*~tactically~*~*~ (outnumbered).
 29321 | D:7      | 29321 ||| Stepping ~*~*~tactically~*~*~ (outnumbered).
 29323 | D:7      | 29323 ||| Stepping ~*~*~tactically~*~*~ (outnumbered).
 29325 | D:7      | 29325 ||| Stepping ~*~*~tactically~*~*~ (outnumbered).
 29327 | D:7      | 29327 ||| Stepping ~*~*~tactically~*~*~ (outnumbered).
 29329 | D:7      | 29329 ||| Stepping ~*~*~tactically~*~*~ (outnumbered).
 29331 | D:7      | 29331 ||| Stepping ~*~*~tactically~*~*~ (outnumbered).
 29333 | D:7      | 29333 ||| Stepping ~*~*~tactically~*~*~ (outnumbered).
 29335 | D:7      | 29335 ||| Stepping ~*~*~tactically~*~*~ (outnumbered).
 29337 | D:7      | 29337 ||| Stepping ~*~*~tactically~*~*~ (outnumbered).
 29339 | D:7      | 29339 ||| Stepping ~*~*~tactically~*~*~ (outnumbered).
 29341 | D:7      | 29341 ||| Stepping ~*~*~tactically~*~*~ (outnumbered).
 29343 | D:7      | 29343 ||| Stepping ~*~*~tactically~*~*~ (outnumbered).
 29345 | D:7      | 29345 ||| Stepping ~*~*~tactically~*~*~ (outnumbered).
 29347 | D:7      | 29347 ||| Stepping ~*~*~tactically~*~*~ (outnumbered).
 29349 | D:7      | 29349 ||| Stepping ~*~*~tactically~*~*~ (outnumbered).
 29351 | D:7      | 29351 ||| Stepping ~*~*~tactically~*~*~ (outnumbered).
 29353 | D:7      | 29353 ||| Stepping ~*~*~tactically~*~*~ (outnumbered).
 29355 | D:7      | 29355 ||| Stepping ~*~*~tactically~*~*~ (outnumbered).
 29357 | D:7      | 29357 ||| Stepping ~*~*~tactically~*~*~ (outnumbered).
 29359 | D:7      | 29359 ||| Stepping ~*~*~tactically~*~*~ (outnumbered).
 29361 | D:7      | 29361 ||| Stepping ~*~*~tactically~*~*~ (outnumbered).
 29363 | D:7      | 29363 ||| Stepping ~*~*~tactically~*~*~ (outnumbered).
 29365 | D:7      | 29365 ||| Stepping ~*~*~tactically~*~*~ (outnumbered).
 29367 | D:7      | 29367 ||| Stepping ~*~*~tactically~*~*~ (outnumbered).
 29369 | D:7      | 29369 ||| Stepping ~*~*~tactically~*~*~ (outnumbered).
 29371 | D:7      | 29371 ||| Stepping ~*~*~tactically~*~*~ (outnumbered).
 29373 | D:7      | 29373 ||| Stepping ~*~*~tactically~*~*~ (outnumbered).
 29375 | D:7      | 29375 ||| Stepping ~*~*~tactically~*~*~ (outnumbered).
 29377 | D:7      | 29377 ||| Stepping ~*~*~tactically~*~*~ (outnumbered).
 29379 | D:7      | 29379 ||| Stepping ~*~*~tactically~*~*~ (outnumbered).
 29381 | D:7      | 29381 ||| Stepping ~*~*~tactically~*~*~ (outnumbered).
 29383 | D:7      | 29383 ||| Stepping ~*~*~tactically~*~*~ (outnumbered).
 29385 | D:7      | 29385 ||| Stepping ~*~*~tactically~*~*~ (outnumbered).
 29387 | D:7      | 29387 ||| Stepping ~*~*~tactically~*~*~ (outnumbered).
 29389 | D:7      | 29389 ||| Stepping ~*~*~tactically~*~*~ (outnumbered).
 29391 | D:7      | 29391 ||| Stepping ~*~*~tactically~*~*~ (outnumbered).
 29393 | D:7      | 29393 ||| Stepping ~*~*~tactically~*~*~ (outnumbered).
 29395 | D:7      | 29395 ||| Stepping ~*~*~tactically~*~*~ (outnumbered).
 29397 | D:7      | 29397 ||| Stepping ~*~*~tactically~*~*~ (outnumbered).
 29399 | D:7      | 29399 ||| Stepping ~*~*~tactically~*~*~ (outnumbered).
 29401 | D:7      | 29401 ||| Stepping ~*~*~tactically~*~*~ (outnumbered).
 29403 | D:7      | 29403 ||| Stepping ~*~*~tactically~*~*~ (outnumbered).
 29405 | D:7      | 29405 ||| Stepping ~*~*~tactically~*~*~ (outnumbered).
 29407 | D:7      | 29407 ||| Stepping ~*~*~tactically~*~*~ (outnumbered).
 29409 | D:7      | 29409 ||| Stepping ~*~*~tactically~*~*~ (outnumbered).
 29411 | D:7      | 29411 ||| Stepping ~*~*~tactically~*~*~ (outnumbered).
 29413 | D:7      | 29413 ||| Stepping ~*~*~tactically~*~*~ (outnumbered).
 29415 | D:7      | 29415 ||| Stepping ~*~*~tactically~*~*~ (outnumbered).
 29417 | D:7      | 29417 ||| Stepping ~*~*~tactically~*~*~ (outnumbered).
 29419 | D:7      | 29419 ||| Stepping ~*~*~tactically~*~*~ (outnumbered).
 29421 | D:7      | 29421 ||| Stepping ~*~*~tactically~*~*~ (outnumbered).
 29423 | D:7      | 29423 ||| Stepping ~*~*~tactically~*~*~ (outnumbered).
 29425 | D:7      | 29425 ||| Stepping ~*~*~tactically~*~*~ (outnumbered).
 29427 | D:7      | 29427 ||| Stepping ~*~*~tactically~*~*~ (outnumbered).
 29429 | D:7      | 29429 ||| Stepping ~*~*~tactically~*~*~ (outnumbered).
 29431 | D:7      | 29431 ||| Stepping ~*~*~tactically~*~*~ (outnumbered).
 29433 | D:7      | 29433 ||| Stepping ~*~*~tactically~*~*~ (outnumbered).
 29435 | D:7      | 29435 ||| Stepping ~*~*~tactically~*~*~ (outnumbered).
 29437 | D:7      | 29437 ||| Stepping ~*~*~tactically~*~*~ (outnumbered).
 29439 | D:7      | 29439 ||| Stepping ~*~*~tactically~*~*~ (outnumbered).
 29441 | D:7      | 29441 ||| Stepping ~*~*~tactically~*~*~ (outnumbered).
 29443 | D:7      | 29443 ||| Stepping ~*~*~tactically~*~*~ (outnumbered).
 29445 | D:7      | 29445 ||| Stepping ~*~*~tactically~*~*~ (outnumbered).
 29447 | D:7      | 29447 ||| Stepping ~*~*~tactically~*~*~ (outnumbered).
 29449 | D:7      | 29449 ||| Stepping ~*~*~tactically~*~*~ (outnumbered).
 29451 | D:7      | 29451 ||| Stepping ~*~*~tactically~*~*~ (outnumbered).
 29453 | D:7      | 29453 ||| Stepping ~*~*~tactically~*~*~ (outnumbered).
 29455 | D:7      | 29455 ||| Stepping ~*~*~tactically~*~*~ (outnumbered).
 29457 | D:7      | 29457 ||| Stepping ~*~*~tactically~*~*~ (outnumbered).
 29459 | D:7      | 29459 ||| Stepping ~*~*~tactically~*~*~ (outnumbered).
 29461 | D:7      | 29461 ||| Stepping ~*~*~tactically~*~*~ (outnumbered).
 29463 | D:7      | 29463 ||| Stepping ~*~*~tactically~*~*~ (outnumbered).
 29465 | D:7      | 29465 ||| Stepping ~*~*~tactically~*~*~ (outnumbered).
 29467 | D:7      | 29467 ||| Stepping ~*~*~tactically~*~*~ (outnumbered).
 29469 | D:7      | 29469 ||| Stepping ~*~*~tactically~*~*~ (outnumbered).
 29471 | D:7      | 29471 ||| Stepping ~*~*~tactically~*~*~ (outnumbered).
 29473 | D:7      | 29473 ||| Stepping ~*~*~tactically~*~*~ (outnumbered).
 29475 | D:7      | 29475 ||| Stepping ~*~*~tactically~*~*~ (outnumbered).
 29477 | D:7      | 29477 ||| Stepping ~*~*~tactically~*~*~ (outnumbered).
 29479 | D:7      | 29479 ||| Stepping ~*~*~tactically~*~*~ (outnumbered).
 29481 | D:7      | 29481 ||| Stepping ~*~*~tactically~*~*~ (outnumbered).
 29483 | D:7      | 29483 ||| Stepping ~*~*~tactically~*~*~ (outnumbered).
 29485 | D:7      | 29485 ||| Stepping ~*~*~tactically~*~*~ (outnumbered).
 29487 | D:7      | 29487 ||| Stepping ~*~*~tactically~*~*~ (outnumbered).
 29489 | D:7      | 29489 ||| Stepping ~*~*~tactically~*~*~ (outnumbered).
 29491 | D:7      | 29491 ||| Stepping ~*~*~tactically~*~*~ (outnumbered).
 29493 | D:7      | 29493 ||| Stepping ~*~*~tactically~*~*~ (outnumbered).
 29495 | D:7      | 29495 ||| Stepping ~*~*~tactically~*~*~ (outnumbered).
 29497 | D:7      | 29497 ||| Stepping ~*~*~tactically~*~*~ (outnumbered).
 29499 | D:7      | 29499 ||| Stepping ~*~*~tactically~*~*~ (outnumbered).
 29501 | D:7      | 29501 ||| Stepping ~*~*~tactically~*~*~ (outnumbered).
 29503 | D:7      | 29503 ||| Stepping ~*~*~tactically~*~*~ (outnumbered).
 29505 | D:7      | 29505 ||| Stepping ~*~*~tactically~*~*~ (outnumbered).
 29507 | D:7      | 29507 ||| Stepping ~*~*~tactically~*~*~ (outnumbered).
 29509 | D:7      | 29509 ||| Stepping ~*~*~tactically~*~*~ (outnumbered).
 29511 | D:7      | 29511 ||| Stepping ~*~*~tactically~*~*~ (outnumbered).
 29513 | D:7      | 29513 ||| Stepping ~*~*~tactically~*~*~ (outnumbered).
 29515 | D:7      | 29515 ||| Stepping ~*~*~tactically~*~*~ (outnumbered).
 29517 | D:7      | 29517 ||| Stepping ~*~*~tactically~*~*~ (outnumbered).
 29519 | D:7      | 29519 ||| Stepping ~*~*~tactically~*~*~ (outnumbered).
 29521 | D:7      | 29521 ||| Stepping ~*~*~tactically~*~*~ (outnumbered).
 29523 | D:7      | 29523 ||| Stepping ~*~*~tactically~*~*~ (outnumbered).
 29525 | D:7      | 29525 ||| Stepping ~*~*~tactically~*~*~ (outnumbered).
 29527 | D:7      | 29527 ||| Stepping ~*~*~tactically~*~*~ (outnumbered).
 29529 | D:7      | 29529 ||| Stepping ~*~*~tactically~*~*~ (outnumbered).
 29531 | D:7      | 29531 ||| Stepping ~*~*~tactically~*~*~ (outnumbered).
 29533 | D:7      | 29533 ||| Stepping ~*~*~tactically~*~*~ (outnumbered).
 29535 | D:7      | 29535 ||| Stepping ~*~*~tactically~*~*~ (outnumbered).
 29537 | D:7      | 29537 ||| Stepping ~*~*~tactically~*~*~ (outnumbered).
 29539 | D:7      | 29539 ||| Stepping ~*~*~tactically~*~*~ (outnumbered).
 29541 | D:7      | 29541 ||| Stepping ~*~*~tactically~*~*~ (outnumbered).
 29543 | D:7      | 29543 ||| Stepping ~*~*~tactically~*~*~ (outnumbered).
 29545 | D:7      | 29545 ||| Stepping ~*~*~tactically~*~*~ (outnumbered).
 29547 | D:7      | 29547 ||| Stepping ~*~*~tactically~*~*~ (outnumbered).
 29549 | D:7      | 29549 ||| Stepping ~*~*~tactically~*~*~ (outnumbered).
 29551 | D:7      | 29551 ||| Stepping ~*~*~tactically~*~*~ (outnumbered).
 29553 | D:7      | 29553 ||| Stepping ~*~*~tactically~*~*~ (outnumbered).
 29555 | D:7      | 29555 ||| Stepping ~*~*~tactically~*~*~ (outnumbered).
 29557 | D:7      | 29557 ||| Stepping ~*~*~tactically~*~*~ (outnumbered).
 29559 | D:7      | 29559 ||| Stepping ~*~*~tactically~*~*~ (outnumbered).
 29561 | D:7      | 29561 ||| Stepping ~*~*~tactically~*~*~ (outnumbered).
 29563 | D:7      | 29563 ||| Stepping ~*~*~tactically~*~*~ (outnumbered).
 29565 | D:7      | 29565 ||| Stepping ~*~*~tactically~*~*~ (outnumbered).
 29567 | D:7      | 29567 ||| Stepping ~*~*~tactically~*~*~ (outnumbered).
 29569 | D:7      | 29569 ||| Stepping ~*~*~tactically~*~*~ (outnumbered).
 29571 | D:7      | 29571 ||| Stepping ~*~*~tactically~*~*~ (outnumbered).
 29573 | D:7      | 29573 ||| Stepping ~*~*~tactically~*~*~ (outnumbered).
 29575 | D:7      | 29575 ||| Stepping ~*~*~tactically~*~*~ (outnumbered).
 29577 | D:7      | 29577 ||| Stepping ~*~*~tactically~*~*~ (outnumbered).
 29579 | D:7      | 29579 ||| Stepping ~*~*~tactically~*~*~ (outnumbered).
 29581 | D:7      | 29581 ||| Stepping ~*~*~tactically~*~*~ (outnumbered).
 29583 | D:7      | 29583 ||| Stepping ~*~*~tactically~*~*~ (outnumbered).
 29585 | D:7      | 29585 ||| Stepping ~*~*~tactically~*~*~ (outnumbered).
 29587 | D:7      | 29587 ||| Stepping ~*~*~tactically~*~*~ (outnumbered).
 29589 | D:7      | 29589 ||| Stepping ~*~*~tactically~*~*~ (outnumbered).
 29591 | D:7      | 29591 ||| Stepping ~*~*~tactically~*~*~ (outnumbered).
 29593 | D:7      | 29593 ||| Stepping ~*~*~tactically~*~*~ (outnumbered).
 29595 | D:7      | 29595 ||| Stepping ~*~*~tactically~*~*~ (outnumbered).
 29597 | D:7      | 29597 ||| Stepping ~*~*~tactically~*~*~ (outnumbered).
 29599 | D:7      | 29599 ||| Stepping ~*~*~tactically~*~*~ (outnumbered).
 29601 | D:7      | 29601 ||| Stepping ~*~*~tactically~*~*~ (outnumbered).
 29603 | D:7      | 29603 ||| Stepping ~*~*~tactically~*~*~ (outnumbered).
 29605 | D:7      | 29605 ||| Stepping ~*~*~tactically~*~*~ (outnumbered).
 29607 | D:7      | 29607 ||| Stepping ~*~*~tactically~*~*~ (outnumbered).
 29609 | D:7      | 29609 ||| Stepping ~*~*~tactically~*~*~ (outnumbered).
 29611 | D:7      | 29611 ||| Stepping ~*~*~tactically~*~*~ (outnumbered).
 29613 | D:7      | 29613 ||| Stepping ~*~*~tactically~*~*~ (outnumbered).
 29615 | D:7      | 29615 ||| Stepping ~*~*~tactically~*~*~ (outnumbered).
 29617 | D:7      | 29617 ||| Stepping ~*~*~tactically~*~*~ (outnumbered).
 29619 | D:7      | 29619 ||| Stepping ~*~*~tactically~*~*~ (outnumbered).
 29621 | D:7      | 29621 ||| Stepping ~*~*~tactically~*~*~ (outnumbered).
 29623 | D:7      | 29623 ||| Stepping ~*~*~tactically~*~*~ (outnumbered).
 29625 | D:7      | 29625 ||| Stepping ~*~*~tactically~*~*~ (outnumbered).
 29627 | D:7      | 29627 ||| Stepping ~*~*~tactically~*~*~ (outnumbered).
 29629 | D:7      | 29629 ||| Stepping ~*~*~tactically~*~*~ (outnumbered).
 29631 | D:7      | 29631 ||| Stepping ~*~*~tactically~*~*~ (outnumbered).
 29633 | D:7      | 29633 ||| Stepping ~*~*~tactically~*~*~ (outnumbered).
 29635 | D:7      | 29635 ||| Stepping ~*~*~tactically~*~*~ (outnumbered).
 29637 | D:7      | 29637 ||| Stepping ~*~*~tactically~*~*~ (outnumbered).
 29639 | D:7      | 29639 ||| Stepping ~*~*~tactically~*~*~ (outnumbered).
 29641 | D:7      | 29641 ||| Stepping ~*~*~tactically~*~*~ (outnumbered).
 29643 | D:7      | 29643 ||| Stepping ~*~*~tactically~*~*~ (outnumbered).
 29645 | D:7      | 29645 ||| Stepping ~*~*~tactically~*~*~ (outnumbered).
 29647 | D:7      | 29647 ||| Stepping ~*~*~tactically~*~*~ (outnumbered).
 29649 | D:7      | 29649 ||| Stepping ~*~*~tactically~*~*~ (outnumbered).
 29651 | D:7      | 29651 ||| Stepping ~*~*~tactically~*~*~ (outnumbered).
 29653 | D:7      | 29653 ||| Stepping ~*~*~tactically~*~*~ (outnumbered).
 29655 | D:7      | 29655 ||| Stepping ~*~*~tactically~*~*~ (outnumbered).
 29657 | D:7      | 29657 ||| Stepping ~*~*~tactically~*~*~ (outnumbered).
 29659 | D:7      | 29659 ||| Stepping ~*~*~tactically~*~*~ (outnumbered).
 29661 | D:7      | 29661 ||| Stepping ~*~*~tactically~*~*~ (outnumbered).
 29663 | D:7      | 29663 ||| Stepping ~*~*~tactically~*~*~ (outnumbered).
 29665 | D:7      | 29665 ||| Stepping ~*~*~tactically~*~*~ (outnumbered).
 29667 | D:7      | 29667 ||| Stepping ~*~*~tactically~*~*~ (outnumbered).
 29669 | D:7      | 29669 ||| Stepping ~*~*~tactically~*~*~ (outnumbered).
 29671 | D:7      | 29671 ||| Stepping ~*~*~tactically~*~*~ (outnumbered).
 29673 | D:7      | 29673 ||| Stepping ~*~*~tactically~*~*~ (outnumbered).
 29675 | D:7      | 29675 ||| Stepping ~*~*~tactically~*~*~ (outnumbered).
 29677 | D:7      | 29677 ||| Stepping ~*~*~tactically~*~*~ (outnumbered).
 29679 | D:7      | 29679 ||| Stepping ~*~*~tactically~*~*~ (outnumbered).
 29681 | D:7      | 29681 ||| Stepping ~*~*~tactically~*~*~ (outnumbered).
 29683 | D:7      | 29683 ||| Stepping ~*~*~tactically~*~*~ (outnumbered).
 29685 | D:7      | 29685 ||| Stepping ~*~*~tactically~*~*~ (outnumbered).
 29687 | D:7      | 29687 ||| Stepping ~*~*~tactically~*~*~ (outnumbered).
 29689 | D:7      | 29689 ||| Stepping ~*~*~tactically~*~*~ (outnumbered).
 29691 | D:7      | 29691 ||| Stepping ~*~*~tactically~*~*~ (outnumbered).
 29693 | D:7      | 29693 ||| Stepping ~*~*~tactically~*~*~ (outnumbered).
 29695 | D:7      | 29695 ||| Stepping ~*~*~tactically~*~*~ (outnumbered).
 29697 | D:7      | 29697 ||| Stepping ~*~*~tactically~*~*~ (outnumbered).
 29699 | D:7      | 29699 ||| Stepping ~*~*~tactically~*~*~ (outnumbered).
 29701 | D:7      | 29701 ||| Stepping ~*~*~tactically~*~*~ (outnumbered).
 29703 | D:7      | 29703 ||| Stepping ~*~*~tactically~*~*~ (outnumbered).
 29705 | D:7      | 29705 ||| Stepping ~*~*~tactically~*~*~ (outnumbered).
 29707 | D:7      | 29707 ||| Stepping ~*~*~tactically~*~*~ (outnumbered).
 29709 | D:7      | 29709 ||| Stepping ~*~*~tactically~*~*~ (outnumbered).
 29711 | D:7      | 29711 ||| Stepping ~*~*~tactically~*~*~ (outnumbered).
 29713 | D:7      | 29713 ||| Stepping ~*~*~tactically~*~*~ (outnumbered).
 29715 | D:7      | 29715 ||| Stepping ~*~*~tactically~*~*~ (outnumbered).
 29717 | D:7      | 29717 ||| Stepping ~*~*~tactically~*~*~ (outnumbered).
 29719 | D:7      | 29719 ||| Stepping ~*~*~tactically~*~*~ (outnumbered).
 29721 | D:7      | 29721 ||| Stepping ~*~*~tactically~*~*~ (outnumbered).
 29723 | D:7      | 29723 ||| Stepping ~*~*~tactically~*~*~ (outnumbered).
 29725 | D:7      | 29725 ||| Stepping ~*~*~tactically~*~*~ (outnumbered).
 29727 | D:7      | 29727 ||| Stepping ~*~*~tactically~*~*~ (outnumbered).
 29729 | D:7      | 29729 ||| Stepping ~*~*~tactically~*~*~ (outnumbered).
 29731 | D:7      | 29731 ||| Stepping ~*~*~tactically~*~*~ (outnumbered).
 29733 | D:7      | 29733 ||| Stepping ~*~*~tactically~*~*~ (outnumbered).
 29735 | D:7      | 29735 ||| Stepping ~*~*~tactically~*~*~ (outnumbered).
 29737 | D:7      | 29737 ||| Stepping ~*~*~tactically~*~*~ (outnumbered).
 29739 | D:7      | 29739 ||| Stepping ~*~*~tactically~*~*~ (outnumbered).
 29741 | D:7      | 29741 ||| Stepping ~*~*~tactically~*~*~ (outnumbered).
 29743 | D:7      | 29743 ||| Stepping ~*~*~tactically~*~*~ (outnumbered).
 29745 | D:7      | 29745 ||| Stepping ~*~*~tactically~*~*~ (outnumbered).
 29747 | D:7      | 29747 ||| Stepping ~*~*~tactically~*~*~ (outnumbered).
 29749 | D:7      | 29749 ||| Stepping ~*~*~tactically~*~*~ (outnumbered).
 29751 | D:7      | 29751 ||| Stepping ~*~*~tactically~*~*~ (outnumbered).
 29753 | D:7      | 29753 ||| Stepping ~*~*~tactically~*~*~ (outnumbered).
 29755 | D:7      | 29755 ||| Stepping ~*~*~tactically~*~*~ (outnumbered).
 29757 | D:7      | 29757 ||| Stepping ~*~*~tactically~*~*~ (outnumbered).
 29759 | D:7      | 29759 ||| Stepping ~*~*~tactically~*~*~ (outnumbered).
 29761 | D:7      | 29761 ||| Stepping ~*~*~tactically~*~*~ (outnumbered).
 29763 | D:7      | 29763 ||| Stepping ~*~*~tactically~*~*~ (outnumbered).
 29765 | D:7      | 29765 ||| Stepping ~*~*~tactically~*~*~ (outnumbered).
 29767 | D:7      | 29767 ||| Stepping ~*~*~tactically~*~*~ (outnumbered).
 29769 | D:7      | 29769 ||| Stepping ~*~*~tactically~*~*~ (outnumbered).
 29771 | D:7      | 29771 ||| Stepping ~*~*~tactically~*~*~ (outnumbered).
 29773 | D:7      | 29773 ||| Stepping ~*~*~tactically~*~*~ (outnumbered).
 29775 | D:7      | 29775 ||| Stepping ~*~*~tactically~*~*~ (outnumbered).
 29777 | D:7      | 29777 ||| Stepping ~*~*~tactically~*~*~ (outnumbered).
 29779 | D:7      | 29779 ||| Stepping ~*~*~tactically~*~*~ (outnumbered).
 29781 | D:7      | 29781 ||| Stepping ~*~*~tactically~*~*~ (outnumbered).
 29783 | D:7      | 29783 ||| Stepping ~*~*~tactically~*~*~ (outnumbered).
 29785 | D:7      | 29785 ||| Stepping ~*~*~tactically~*~*~ (outnumbered).
 29787 | D:7      | 29787 ||| Stepping ~*~*~tactically~*~*~ (outnumbered).
 29789 | D:7      | 29789 ||| Stepping ~*~*~tactically~*~*~ (outnumbered).
 29791 | D:7      | 29791 ||| Stepping ~*~*~tactically~*~*~ (outnumbered).
 29793 | D:7      | 29793 ||| Stepping ~*~*~tactically~*~*~ (outnumbered).
 29795 | D:7      | 29795 ||| Stepping ~*~*~tactically~*~*~ (outnumbered).
 29797 | D:7      | 29797 ||| Stepping ~*~*~tactically~*~*~ (outnumbered).
 29799 | D:7      | 29799 ||| Stepping ~*~*~tactically~*~*~ (outnumbered).
 29801 | D:7      | 29801 ||| Stepping ~*~*~tactically~*~*~ (outnumbered).
 29803 | D:7      | 29803 ||| Stepping ~*~*~tactically~*~*~ (outnumbered).
 29805 | D:7      | 29805 ||| Stepping ~*~*~tactically~*~*~ (outnumbered).
 29807 | D:7      | 29807 ||| Stepping ~*~*~tactically~*~*~ (outnumbered).
 29809 | D:7      | 29809 ||| Stepping ~*~*~tactically~*~*~ (outnumbered).
 29811 | D:7      | 29811 ||| Stepping ~*~*~tactically~*~*~ (outnumbered).
 29813 | D:7      | 29813 ||| Stepping ~*~*~tactically~*~*~ (outnumbered).
 29815 | D:7      | 29815 ||| Stepping ~*~*~tactically~*~*~ (outnumbered).
 29817 | D:7      | 29817 ||| Stepping ~*~*~tactically~*~*~ (outnumbered).
 29819 | D:7      | 29819 ||| Stepping ~*~*~tactically~*~*~ (outnumbered).
 29821 | D:7      | 29821 ||| Stepping ~*~*~tactically~*~*~ (outnumbered).
 29823 | D:7      | 29823 ||| Stepping ~*~*~tactically~*~*~ (outnumbered).
 29825 | D:7      | 29825 ||| Stepping ~*~*~tactically~*~*~ (outnumbered).
 29827 | D:7      | 29827 ||| Stepping ~*~*~tactically~*~*~ (outnumbered).
 29829 | D:7      | 29829 ||| Stepping ~*~*~tactically~*~*~ (outnumbered).
 29831 | D:7      | 29831 ||| Stepping ~*~*~tactically~*~*~ (outnumbered).
 29833 | D:7      | 29833 ||| Stepping ~*~*~tactically~*~*~ (outnumbered).
 29835 | D:7      | 29835 ||| Stepping ~*~*~tactically~*~*~ (outnumbered).
 29837 | D:7      | 29837 ||| Stepping ~*~*~tactically~*~*~ (outnumbered).
 29839 | D:7      | 29839 ||| Stepping ~*~*~tactically~*~*~ (outnumbered).
 29841 | D:7      | 29841 ||| Stepping ~*~*~tactically~*~*~ (outnumbered).
 29843 | D:7      | 29843 ||| Stepping ~*~*~tactically~*~*~ (outnumbered).
 29845 | D:7      | 29845 ||| Stepping ~*~*~tactically~*~*~ (outnumbered).
 29847 | D:7      | 29847 ||| Stepping ~*~*~tactically~*~*~ (outnumbered).
 29849 | D:7      | 29849 ||| Stepping ~*~*~tactically~*~*~ (outnumbered).
 29851 | D:7      | 29851 ||| Stepping ~*~*~tactically~*~*~ (outnumbered).
 29853 | D:7      | 29853 ||| Stepping ~*~*~tactically~*~*~ (outnumbered).
 29855 | D:7      | 29855 ||| Stepping ~*~*~tactically~*~*~ (outnumbered).
 29857 | D:7      | 29857 ||| Stepping ~*~*~tactically~*~*~ (outnumbered).
 29859 | D:7      | 29859 ||| Stepping ~*~*~tactically~*~*~ (outnumbered).
 29861 | D:7      | 29861 ||| Stepping ~*~*~tactically~*~*~ (outnumbered).
 29863 | D:7      | 29863 ||| Stepping ~*~*~tactically~*~*~ (outnumbered).
 29865 | D:7      | 29865 ||| Stepping ~*~*~tactically~*~*~ (outnumbered).
 29867 | D:7      | 29867 ||| Stepping ~*~*~tactically~*~*~ (outnumbered).
 29869 | D:7      | 29869 ||| Stepping ~*~*~tactically~*~*~ (outnumbered).
 29871 | D:7      | 29871 ||| Stepping ~*~*~tactically~*~*~ (outnumbered).
 29873 | D:7      | 29873 ||| Stepping ~*~*~tactically~*~*~ (outnumbered).
 29875 | D:7      | 29875 ||| Stepping ~*~*~tactically~*~*~ (outnumbered).
 29877 | D:7      | 29877 ||| Stepping ~*~*~tactically~*~*~ (outnumbered).
 29879 | D:7      | 29879 ||| Stepping ~*~*~tactically~*~*~ (outnumbered).
 29881 | D:7      | 29881 ||| Stepping ~*~*~tactically~*~*~ (outnumbered).
 29883 | D:7      | 29883 ||| Stepping ~*~*~tactically~*~*~ (outnumbered).
 29885 | D:7      | 29885 ||| Stepping ~*~*~tactically~*~*~ (outnumbered).
 29887 | D:7      | 29887 ||| Stepping ~*~*~tactically~*~*~ (outnumbered).
 29889 | D:7      | 29889 ||| Stepping ~*~*~tactically~*~*~ (outnumbered).
 29891 | D:7      | 29891 ||| Stepping ~*~*~tactically~*~*~ (outnumbered).
 29893 | D:7      | 29893 ||| Stepping ~*~*~tactically~*~*~ (outnumbered).
 29895 | D:7      | 29895 ||| Stepping ~*~*~tactically~*~*~ (outnumbered).
 29897 | D:7      | 29897 ||| Stepping ~*~*~tactically~*~*~ (outnumbered).
 29899 | D:7      | 29899 ||| Stepping ~*~*~tactically~*~*~ (outnumbered).
 29901 | D:7      | 29901 ||| Stepping ~*~*~tactically~*~*~ (outnumbered).
 29903 | D:7      | 29903 ||| Stepping ~*~*~tactically~*~*~ (outnumbered).
 29905 | D:7      | 29905 ||| Stepping ~*~*~tactically~*~*~ (outnumbered).
 29907 | D:7      | 29907 ||| Stepping ~*~*~tactically~*~*~ (outnumbered).
 29909 | D:7      | 29909 ||| Stepping ~*~*~tactically~*~*~ (outnumbered).
 29911 | D:7      | 29911 ||| Stepping ~*~*~tactically~*~*~ (outnumbered).
 29913 | D:7      | 29913 ||| Stepping ~*~*~tactically~*~*~ (outnumbered).
 29915 | D:7      | 29915 ||| Stepping ~*~*~tactically~*~*~ (outnumbered).
 29917 | D:7      | 29917 ||| Stepping ~*~*~tactically~*~*~ (outnumbered).
 29919 | D:7      | 29919 ||| Stepping ~*~*~tactically~*~*~ (outnumbered).
 29921 | D:7      | 29921 ||| Stepping ~*~*~tactically~*~*~ (outnumbered).
 29923 | D:7      | 29923 ||| Stepping ~*~*~tactically~*~*~ (outnumbered).
 29925 | D:7      | 29925 ||| Stepping ~*~*~tactically~*~*~ (outnumbered).
 29927 | D:7      | 29927 ||| Stepping ~*~*~tactically~*~*~ (outnumbered).
 29929 | D:7      | 29929 ||| Stepping ~*~*~tactically~*~*~ (outnumbered).
 29931 | D:7      | 29931 ||| Stepping ~*~*~tactically~*~*~ (outnumbered).
 29933 | D:7      | 29933 ||| Stepping ~*~*~tactically~*~*~ (outnumbered).
 29935 | D:7      | 29935 ||| Stepping ~*~*~tactically~*~*~ (outnumbered).
 29937 | D:7      | 29937 ||| Stepping ~*~*~tactically~*~*~ (outnumbered).
 29939 | D:7      | 29939 ||| Stepping ~*~*~tactically~*~*~ (outnumbered).
 29941 | D:7      | 29941 ||| Stepping ~*~*~tactically~*~*~ (outnumbered).
 29943 | D:7      | 29943 ||| Stepping ~*~*~tactically~*~*~ (outnumbered).
 29945 | D:7      | 29945 ||| Stepping ~*~*~tactically~*~*~ (outnumbered).
 29947 | D:7      | 29947 ||| Stepping ~*~*~tactically~*~*~ (outnumbered).
 29949 | D:7      | 29949 ||| Stepping ~*~*~tactically~*~*~ (outnumbered).
 29951 | D:7      | 29951 ||| Stepping ~*~*~tactically~*~*~ (outnumbered).
 29953 | D:7      | 29953 ||| Stepping ~*~*~tactically~*~*~ (outnumbered).
 29955 | D:7      | 29955 ||| Stepping ~*~*~tactically~*~*~ (outnumbered).
 29957 | D:7      | 29957 ||| Stepping ~*~*~tactically~*~*~ (outnumbered).
 29959 | D:7      | 29959 ||| Stepping ~*~*~tactically~*~*~ (outnumbered).
 29961 | D:7      | 29961 ||| Stepping ~*~*~tactically~*~*~ (outnumbered).
 29963 | D:7      | 29963 ||| Stepping ~*~*~tactically~*~*~ (outnumbered).
 29965 | D:7      | 29965 ||| Stepping ~*~*~tactically~*~*~ (outnumbered).
 29967 | D:7      | 29967 ||| Stepping ~*~*~tactically~*~*~ (outnumbered).
 29969 | D:7      | 29969 ||| Stepping ~*~*~tactically~*~*~ (outnumbered).
 29971 | D:7      | 29971 ||| Stepping ~*~*~tactically~*~*~ (outnumbered).
 29973 | D:7      | 29973 ||| Stepping ~*~*~tactically~*~*~ (outnumbered).
 29975 | D:7      | 29975 ||| Stepping ~*~*~tactically~*~*~ (outnumbered).
 29977 | D:7      | 29977 ||| Stepping ~*~*~tactically~*~*~ (outnumbered).
 29979 | D:7      | 29979 ||| Stepping ~*~*~tactically~*~*~ (outnumbered).
 29981 | D:7      | 29981 ||| Stepping ~*~*~tactically~*~*~ (outnumbered).
 29983 | D:7      | 29983 ||| Stepping ~*~*~tactically~*~*~ (outnumbered).
 29985 | D:7      | 29985 ||| Stepping ~*~*~tactically~*~*~ (outnumbered).
 29987 | D:7      | 29987 ||| Stepping ~*~*~tactically~*~*~ (outnumbered).
 29989 | D:7      | 29989 ||| Stepping ~*~*~tactically~*~*~ (outnumbered).
 29991 | D:7      | 29991 ||| Stepping ~*~*~tactically~*~*~ (outnumbered).
 29993 | D:7      | 29993 ||| Stepping ~*~*~tactically~*~*~ (outnumbered).
 29995 | D:7      | 29995 ||| Stepping ~*~*~tactically~*~*~ (outnumbered).
 29997 | D:7      | 29997 ||| Stepping ~*~*~tactically~*~*~ (outnumbered).
 29999 | D:7      | 29999 ||| Stepping ~*~*~tactically~*~*~ (outnumbered).
 30001 | D:7      | 30001 ||| Stepping ~*~*~tactically~*~*~ (outnumbered).
 30003 | D:7      | 30003 ||| Stepping ~*~*~tactically~*~*~ (outnumbered).
 30005 | D:7      | 30005 ||| Stepping ~*~*~tactically~*~*~ (outnumbered).
 30007 | D:7      | 30007 ||| Stepping ~*~*~tactically~*~*~ (outnumbered).
 30009 | D:7      | 30009 ||| Stepping ~*~*~tactically~*~*~ (outnumbered).
 30011 | D:7      | 30011 ||| Stepping ~*~*~tactically~*~*~ (outnumbered).
 30013 | D:7      | 30013 ||| Stepping ~*~*~tactically~*~*~ (outnumbered).
 30015 | D:7      | 30015 ||| Stepping ~*~*~tactically~*~*~ (outnumbered).
 30017 | D:7      | 30017 ||| Stepping ~*~*~tactically~*~*~ (outnumbered).
 30019 | D:7      | 30019 ||| Stepping ~*~*~tactically~*~*~ (outnumbered).
 30021 | D:7      | 30021 ||| Stepping ~*~*~tactically~*~*~ (outnumbered).
 30023 | D:7      | 30023 ||| Stepping ~*~*~tactically~*~*~ (outnumbered).
 30025 | D:7      | 30025 ||| Stepping ~*~*~tactically~*~*~ (outnumbered).
 30027 | D:7      | 30027 ||| Stepping ~*~*~tactically~*~*~ (outnumbered).
 30029 | D:7      | 30029 ||| Stepping ~*~*~tactically~*~*~ (outnumbered).
 30031 | D:7      | 30031 ||| Stepping ~*~*~tactically~*~*~ (outnumbered).
 30033 | D:7      | 30033 ||| Stepping ~*~*~tactically~*~*~ (outnumbered).
 30035 | D:7      | 30035 ||| Stepping ~*~*~tactically~*~*~ (outnumbered).
 30037 | D:7      | 30037 ||| Stepping ~*~*~tactically~*~*~ (outnumbered).
 30039 | D:7      | 30039 ||| Stepping ~*~*~tactically~*~*~ (outnumbered).
 30041 | D:7      | 30041 ||| Stepping ~*~*~tactically~*~*~ (outnumbered).
 30043 | D:7      | 30043 ||| Stepping ~*~*~tactically~*~*~ (outnumbered).
 30045 | D:7      | 30045 ||| Stepping ~*~*~tactically~*~*~ (outnumbered).
 30047 | D:7      | 30047 ||| Stepping ~*~*~tactically~*~*~ (outnumbered).
 30049 | D:7      | 30049 ||| Stepping ~*~*~tactically~*~*~ (outnumbered).
 30051 | D:7      | 30051 ||| Stepping ~*~*~tactically~*~*~ (outnumbered).
 30053 | D:7      | 30053 ||| Stepping ~*~*~tactically~*~*~ (outnumbered).
 30055 | D:7      | 30055 ||| Stepping ~*~*~tactically~*~*~ (outnumbered).
 30057 | D:7      | 30057 ||| Stepping ~*~*~tactically~*~*~ (outnumbered).
 30059 | D:7      | 30059 ||| Stepping ~*~*~tactically~*~*~ (outnumbered).
 30061 | D:7      | 30061 ||| Stepping ~*~*~tactically~*~*~ (outnumbered).
 30063 | D:7      | 30063 ||| Stepping ~*~*~tactically~*~*~ (outnumbered).
 30065 | D:7      | 30065 ||| Stepping ~*~*~tactically~*~*~ (outnumbered).
 30067 | D:7      | 30067 ||| Stepping ~*~*~tactically~*~*~ (outnumbered).
 30069 | D:7      | 30069 ||| Stepping ~*~*~tactically~*~*~ (outnumbered).
 30071 | D:7      | 30071 ||| Stepping ~*~*~tactically~*~*~ (outnumbered).
 30073 | D:7      | 30073 ||| Stepping ~*~*~tactically~*~*~ (outnumbered).
 30075 | D:7      | 30075 ||| Stepping ~*~*~tactically~*~*~ (outnumbered).
 30077 | D:7      | 30077 ||| Stepping ~*~*~tactically~*~*~ (outnumbered).
 30079 | D:7      | 30079 ||| Stepping ~*~*~tactically~*~*~ (outnumbered).
 30081 | D:7      | 30081 ||| Stepping ~*~*~tactically~*~*~ (outnumbered).
 30083 | D:7      | 30083 ||| Stepping ~*~*~tactically~*~*~ (outnumbered).
 30085 | D:7      | 30085 ||| Stepping ~*~*~tactically~*~*~ (outnumbered).
 30087 | D:7      | 30087 ||| Stepping ~*~*~tactically~*~*~ (outnumbered).
 30089 | D:7      | 30089 ||| Stepping ~*~*~tactically~*~*~ (outnumbered).
 30091 | D:7      | 30091 ||| Stepping ~*~*~tactically~*~*~ (outnumbered).
 30093 | D:7      | 30093 ||| Stepping ~*~*~tactically~*~*~ (outnumbered).
 30095 | D:7      | 30095 ||| Stepping ~*~*~tactically~*~*~ (outnumbered).
 30097 | D:7      | 30097 ||| Stepping ~*~*~tactically~*~*~ (outnumbered).
 30099 | D:7      | 30099 ||| Stepping ~*~*~tactically~*~*~ (outnumbered).
 30101 | D:7      | 30101 ||| Stepping ~*~*~tactically~*~*~ (outnumbered).
 30103 | D:7      | 30103 ||| Stepping ~*~*~tactically~*~*~ (outnumbered).
 30105 | D:7      | 30105 ||| Stepping ~*~*~tactically~*~*~ (outnumbered).
 30107 | D:7      | 30107 ||| Stepping ~*~*~tactically~*~*~ (outnumbered).
 30109 | D:7      | 30109 ||| Stepping ~*~*~tactically~*~*~ (outnumbered).
 30111 | D:7      | 30111 ||| Stepping ~*~*~tactically~*~*~ (outnumbered).
 30113 | D:7      | 30113 ||| Stepping ~*~*~tactically~*~*~ (outnumbered).
 30115 | D:7      | 30115 ||| Stepping ~*~*~tactically~*~*~ (outnumbered).
 30117 | D:7      | 30117 ||| Stepping ~*~*~tactically~*~*~ (outnumbered).
 30119 | D:7      | 30119 ||| Stepping ~*~*~tactically~*~*~ (outnumbered).
 30121 | D:7      | 30121 ||| Stepping ~*~*~tactically~*~*~ (outnumbered).
 30123 | D:7      | 30123 ||| Stepping ~*~*~tactically~*~*~ (outnumbered).
 30125 | D:7      | 30125 ||| Stepping ~*~*~tactically~*~*~ (outnumbered).
 30127 | D:7      | 30127 ||| Stepping ~*~*~tactically~*~*~ (outnumbered).
 30129 | D:7      | 30129 ||| Stepping ~*~*~tactically~*~*~ (outnumbered).
 30131 | D:7      | 30131 ||| Stepping ~*~*~tactically~*~*~ (outnumbered).
 30133 | D:7      | 30133 ||| Stepping ~*~*~tactically~*~*~ (outnumbered).
 30135 | D:7      | 30135 ||| Stepping ~*~*~tactically~*~*~ (outnumbered).
 30137 | D:7      | 30137 ||| Stepping ~*~*~tactically~*~*~ (outnumbered).
 30139 | D:7      | 30139 ||| Stepping ~*~*~tactically~*~*~ (outnumbered).
 30141 | D:7      | 30141 ||| Stepping ~*~*~tactically~*~*~ (outnumbered).
 30143 | D:7      | 30143 ||| Stepping ~*~*~tactically~*~*~ (outnumbered).
 30145 | D:7      | 30145 ||| Stepping ~*~*~tactically~*~*~ (outnumbered).
 30147 | D:7      | 30147 ||| Stepping ~*~*~tactically~*~*~ (outnumbered).
 30149 | D:7      | 30149 ||| Stepping ~*~*~tactically~*~*~ (outnumbered).
 30151 | D:7      | 30151 ||| Stepping ~*~*~tactically~*~*~ (outnumbered).
 30153 | D:7      | 30153 ||| Stepping ~*~*~tactically~*~*~ (outnumbered).
 30155 | D:7      | 30155 ||| Stepping ~*~*~tactically~*~*~ (outnumbered).
 30157 | D:7      | 30157 ||| Stepping ~*~*~tactically~*~*~ (outnumbered).
 30159 | D:7      | 30159 ||| Stepping ~*~*~tactically~*~*~ (outnumbered).
 30161 | D:7      | 30161 ||| Stepping ~*~*~tactically~*~*~ (outnumbered).
 30163 | D:7      | 30163 ||| Stepping ~*~*~tactically~*~*~ (outnumbered).
 30165 | D:7      | 30165 ||| Stepping ~*~*~tactically~*~*~ (outnumbered).
 30167 | D:7      | 30167 ||| Stepping ~*~*~tactically~*~*~ (outnumbered).
 30169 | D:7      | 30169 ||| Stepping ~*~*~tactically~*~*~ (outnumbered).
 30171 | D:7      | 30171 ||| Stepping ~*~*~tactically~*~*~ (outnumbered).
 30173 | D:7      | 30173 ||| Stepping ~*~*~tactically~*~*~ (outnumbered).
 30175 | D:7      | 30175 ||| Stepping ~*~*~tactically~*~*~ (outnumbered).
 30177 | D:7      | 30177 ||| Stepping ~*~*~tactically~*~*~ (outnumbered).
 30179 | D:7      | 30179 ||| Stepping ~*~*~tactically~*~*~ (outnumbered).
 30181 | D:7      | 30181 ||| Stepping ~*~*~tactically~*~*~ (outnumbered).
 30183 | D:7      | 30183 ||| Stepping ~*~*~tactically~*~*~ (outnumbered).
 30185 | D:7      | 30185 ||| Stepping ~*~*~tactically~*~*~ (outnumbered).
 30187 | D:7      | 30187 ||| Stepping ~*~*~tactically~*~*~ (outnumbered).
 30189 | D:7      | 30189 ||| Stepping ~*~*~tactically~*~*~ (outnumbered).
 30191 | D:7      | 30191 ||| Stepping ~*~*~tactically~*~*~ (outnumbered).
 30193 | D:7      | 30193 ||| Stepping ~*~*~tactically~*~*~ (outnumbered).
 30195 | D:7      | 30195 ||| Stepping ~*~*~tactically~*~*~ (outnumbered).
 30197 | D:7      | 30197 ||| Stepping ~*~*~tactically~*~*~ (outnumbered).
 30199 | D:7      | 30199 ||| Stepping ~*~*~tactically~*~*~ (outnumbered).
 30201 | D:7      | 30201 ||| Stepping ~*~*~tactically~*~*~ (outnumbered).
 30203 | D:7      | 30203 ||| Stepping ~*~*~tactically~*~*~ (outnumbered).
 30205 | D:7      | 30205 ||| Stepping ~*~*~tactically~*~*~ (outnumbered).
 30207 | D:7      | 30207 ||| Stepping ~*~*~tactically~*~*~ (outnumbered).
 30209 | D:7      | 30209 ||| Stepping ~*~*~tactically~*~*~ (outnumbered).
 30211 | D:7      | 30211 ||| Stepping ~*~*~tactically~*~*~ (outnumbered).
 30213 | D:7      | 30213 ||| Stepping ~*~*~tactically~*~*~ (outnumbered).
 30215 | D:7      | 30215 ||| Stepping ~*~*~tactically~*~*~ (outnumbered).
 30217 | D:7      | 30217 ||| Stepping ~*~*~tactically~*~*~ (outnumbered).
 30219 | D:7      | 30219 ||| Stepping ~*~*~tactically~*~*~ (outnumbered).
 30221 | D:7      | 30221 ||| Stepping ~*~*~tactically~*~*~ (outnumbered).
 30223 | D:7      | 30223 ||| Stepping ~*~*~tactically~*~*~ (outnumbered).
 30225 | D:7      | 30225 ||| Stepping ~*~*~tactically~*~*~ (outnumbered).
 30227 | D:7      | 30227 ||| Stepping ~*~*~tactically~*~*~ (outnumbered).
 30229 | D:7      | 30229 ||| Stepping ~*~*~tactically~*~*~ (outnumbered).
 30231 | D:7      | 30231 ||| Stepping ~*~*~tactically~*~*~ (outnumbered).
 30233 | D:7      | 30233 ||| Stepping ~*~*~tactically~*~*~ (outnumbered).
 30235 | D:7      | 30235 ||| Stepping ~*~*~tactically~*~*~ (outnumbered).
 30237 | D:7      | 30237 ||| Stepping ~*~*~tactically~*~*~ (outnumbered).
 30239 | D:7      | 30239 ||| Stepping ~*~*~tactically~*~*~ (outnumbered).
 30241 | D:7      | 30241 ||| Stepping ~*~*~tactically~*~*~ (outnumbered).
 30243 | D:7      | 30243 ||| Stepping ~*~*~tactically~*~*~ (outnumbered).
 30245 | D:7      | 30245 ||| Stepping ~*~*~tactically~*~*~ (outnumbered).
 30247 | D:7      | 30247 ||| Stepping ~*~*~tactically~*~*~ (outnumbered).
 30249 | D:7      | 30249 ||| Stepping ~*~*~tactically~*~*~ (outnumbered).
 30251 | D:7      | 30251 ||| Stepping ~*~*~tactically~*~*~ (outnumbered).
 30253 | D:7      | 30253 ||| Stepping ~*~*~tactically~*~*~ (outnumbered).
 30255 | D:7      | 30255 ||| Stepping ~*~*~tactically~*~*~ (outnumbered).
 30257 | D:7      | 30257 ||| Stepping ~*~*~tactically~*~*~ (outnumbered).
 30259 | D:7      | 30259 ||| Stepping ~*~*~tactically~*~*~ (outnumbered).
 30261 | D:7      | 30261 ||| Stepping ~*~*~tactically~*~*~ (outnumbered).
 30263 | D:7      | 30263 ||| Stepping ~*~*~tactically~*~*~ (outnumbered).
 30265 | D:7      | 30265 ||| Stepping ~*~*~tactically~*~*~ (outnumbered).
 30267 | D:7      | 30267 ||| Stepping ~*~*~tactically~*~*~ (outnumbered).
 30269 | D:7      | 30269 ||| Stepping ~*~*~tactically~*~*~ (outnumbered).
 30271 | D:7      | 30271 ||| Stepping ~*~*~tactically~*~*~ (outnumbered).
 30273 | D:7      | 30273 ||| Stepping ~*~*~tactically~*~*~ (outnumbered).
 30275 | D:7      | 30275 ||| Stepping ~*~*~tactically~*~*~ (outnumbered).
 30277 | D:7      | 30277 ||| Stepping ~*~*~tactically~*~*~ (outnumbered).
 30279 | D:7      | 30279 ||| Stepping ~*~*~tactically~*~*~ (outnumbered).
 30281 | D:7      | 30281 ||| Stepping ~*~*~tactically~*~*~ (outnumbered).
 30283 | D:7      | 30283 ||| Stepping ~*~*~tactically~*~*~ (outnumbered).
 30285 | D:7      | 30285 ||| Stepping ~*~*~tactically~*~*~ (outnumbered).
 30287 | D:7      | 30287 ||| Stepping ~*~*~tactically~*~*~ (outnumbered).
 30289 | D:7      | 30289 ||| Stepping ~*~*~tactically~*~*~ (outnumbered).
 30291 | D:7      | 30291 ||| Stepping ~*~*~tactically~*~*~ (outnumbered).
 30293 | D:7      | 30293 ||| Stepping ~*~*~tactically~*~*~ (outnumbered).
 30295 | D:7      | 30295 ||| Stepping ~*~*~tactically~*~*~ (outnumbered).
 30297 | D:7      | 30297 ||| Stepping ~*~*~tactically~*~*~ (outnumbered).
 30299 | D:7      | 30299 ||| Stepping ~*~*~tactically~*~*~ (outnumbered).
 30301 | D:7      | 30301 ||| Stepping ~*~*~tactically~*~*~ (outnumbered).
 30303 | D:7      | 30303 ||| Stepping ~*~*~tactically~*~*~ (outnumbered).
 30305 | D:7      | 30305 ||| Stepping ~*~*~tactically~*~*~ (outnumbered).
 30307 | D:7      | 30307 ||| Stepping ~*~*~tactically~*~*~ (outnumbered).
 30309 | D:7      | 30309 ||| Stepping ~*~*~tactically~*~*~ (outnumbered).
 30311 | D:7      | 30311 ||| Stepping ~*~*~tactically~*~*~ (outnumbered).
 30313 | D:7      | 30313 ||| Stepping ~*~*~tactically~*~*~ (outnumbered).
 30315 | D:7      | 30315 ||| Stepping ~*~*~tactically~*~*~ (outnumbered).
 30317 | D:7      | 30317 ||| Stepping ~*~*~tactically~*~*~ (outnumbered).
 30319 | D:7      | 30319 ||| Stepping ~*~*~tactically~*~*~ (outnumbered).
 30321 | D:7      | 30321 ||| Stepping ~*~*~tactically~*~*~ (outnumbered).
 30323 | D:7      | 30323 ||| Stepping ~*~*~tactically~*~*~ (outnumbered).
 30325 | D:7      | 30325 ||| Stepping ~*~*~tactically~*~*~ (outnumbered).
 30327 | D:7      | 30327 ||| Stepping ~*~*~tactically~*~*~ (outnumbered).
 30329 | D:7      | 30329 ||| Stepping ~*~*~tactically~*~*~ (outnumbered).
 30331 | D:7      | 30331 ||| Stepping ~*~*~tactically~*~*~ (outnumbered).
 30333 | D:7      | 30333 ||| Stepping ~*~*~tactically~*~*~ (outnumbered).
 30335 | D:7      | 30335 ||| Stepping ~*~*~tactically~*~*~ (outnumbered).
 30337 | D:7      | 30337 ||| Stepping ~*~*~tactically~*~*~ (outnumbered).
 30339 | D:7      | 30339 ||| Stepping ~*~*~tactically~*~*~ (outnumbered).
 30341 | D:7      | 30341 ||| Stepping ~*~*~tactically~*~*~ (outnumbered).
 30343 | D:7      | 30343 ||| Stepping ~*~*~tactically~*~*~ (outnumbered).
 30345 | D:7      | 30345 ||| Stepping ~*~*~tactically~*~*~ (outnumbered).
 30347 | D:7      | 30347 ||| Stepping ~*~*~tactically~*~*~ (outnumbered).
 30349 | D:7      | 30349 ||| Stepping ~*~*~tactically~*~*~ (outnumbered).
 30351 | D:7      | 30351 ||| Stepping ~*~*~tactically~*~*~ (outnumbered).
 30353 | D:7      | 30353 ||| Stepping ~*~*~tactically~*~*~ (outnumbered).
 30355 | D:7      | 30355 ||| Stepping ~*~*~tactically~*~*~ (outnumbered).
 30357 | D:7      | 30357 ||| Stepping ~*~*~tactically~*~*~ (outnumbered).
 30359 | D:7      | 30359 ||| Stepping ~*~*~tactically~*~*~ (outnumbered).
 30361 | D:7      | 30361 ||| Stepping ~*~*~tactically~*~*~ (outnumbered).
 30363 | D:7      | 30363 ||| Stepping ~*~*~tactically~*~*~ (outnumbered).
 30365 | D:7      | 30365 ||| Stepping ~*~*~tactically~*~*~ (outnumbered).
 30367 | D:7      | 30367 ||| Stepping ~*~*~tactically~*~*~ (outnumbered).
 30369 | D:7      | 30369 ||| Stepping ~*~*~tactically~*~*~ (outnumbered).
 30371 | D:7      | 30371 ||| Stepping ~*~*~tactically~*~*~ (outnumbered).
 30373 | D:7      | 30373 ||| Stepping ~*~*~tactically~*~*~ (outnumbered).
 30375 | D:7      | 30375 ||| Stepping ~*~*~tactically~*~*~ (outnumbered).
 30377 | D:7      | 30377 ||| Stepping ~*~*~tactically~*~*~ (outnumbered).
 30379 | D:7      | 30379 ||| Stepping ~*~*~tactically~*~*~ (outnumbered).
 30381 | D:7      | 30381 ||| Stepping ~*~*~tactically~*~*~ (outnumbered).
 30383 | D:7      | 30383 ||| Stepping ~*~*~tactically~*~*~ (outnumbered).
 30385 | D:7      | 30385 ||| Stepping ~*~*~tactically~*~*~ (outnumbered).
 30387 | D:7      | 30387 ||| Stepping ~*~*~tactically~*~*~ (outnumbered).
 30389 | D:7      | 30389 ||| Stepping ~*~*~tactically~*~*~ (outnumbered).
 30391 | D:7      | 30391 ||| Stepping ~*~*~tactically~*~*~ (outnumbered).
 30393 | D:7      | 30393 ||| Stepping ~*~*~tactically~*~*~ (outnumbered).
 30395 | D:7      | 30395 ||| Stepping ~*~*~tactically~*~*~ (outnumbered).
 30397 | D:7      | 30397 ||| Stepping ~*~*~tactically~*~*~ (outnumbered).
 30399 | D:7      | 30399 ||| Stepping ~*~*~tactically~*~*~ (outnumbered).
 30401 | D:7      | 30401 ||| Stepping ~*~*~tactically~*~*~ (outnumbered).
 30403 | D:7      | 30403 ||| Stepping ~*~*~tactically~*~*~ (outnumbered).
 30405 | D:7      | 30405 ||| Stepping ~*~*~tactically~*~*~ (outnumbered).
 30407 | D:7      | 30407 ||| Stepping ~*~*~tactically~*~*~ (outnumbered).
 30409 | D:7      | 30409 ||| Stepping ~*~*~tactically~*~*~ (outnumbered).
 30411 | D:7      | 30411 ||| Stepping ~*~*~tactically~*~*~ (outnumbered).
 30413 | D:7      | 30413 ||| Stepping ~*~*~tactically~*~*~ (outnumbered).
 30415 | D:7      | 30415 ||| Stepping ~*~*~tactically~*~*~ (outnumbered).
 30417 | D:7      | 30417 ||| Stepping ~*~*~tactically~*~*~ (outnumbered).
 30419 | D:7      | 30419 ||| Stepping ~*~*~tactically~*~*~ (outnumbered).
 30421 | D:7      | 30421 ||| Stepping ~*~*~tactically~*~*~ (outnumbered).
 30423 | D:7      | 30423 ||| Stepping ~*~*~tactically~*~*~ (outnumbered).
 30425 | D:7      | 30425 ||| Stepping ~*~*~tactically~*~*~ (outnumbered).
 30427 | D:7      | 30427 ||| Stepping ~*~*~tactically~*~*~ (outnumbered).
 30429 | D:7      | 30429 ||| Stepping ~*~*~tactically~*~*~ (outnumbered).
 30431 | D:7      | 30431 ||| Stepping ~*~*~tactically~*~*~ (outnumbered).
 30433 | D:7      | 30433 ||| Stepping ~*~*~tactically~*~*~ (outnumbered).
 30435 | D:7      | 30435 ||| Stepping ~*~*~tactically~*~*~ (outnumbered).
 30437 | D:7      | 30437 ||| Stepping ~*~*~tactically~*~*~ (outnumbered).
 30439 | D:7      | 30439 ||| Stepping ~*~*~tactically~*~*~ (outnumbered).
 30441 | D:7      | 30441 ||| Stepping ~*~*~tactically~*~*~ (outnumbered).
 30443 | D:7      | 30443 ||| Stepping ~*~*~tactically~*~*~ (outnumbered).
 30445 | D:7      | 30445 ||| Stepping ~*~*~tactically~*~*~ (outnumbered).
 30447 | D:7      | 30447 ||| Stepping ~*~*~tactically~*~*~ (outnumbered).
 30449 | D:7      | 30449 ||| Stepping ~*~*~tactically~*~*~ (outnumbered).
 30451 | D:7      | 30451 ||| Stepping ~*~*~tactically~*~*~ (outnumbered).
 30453 | D:7      | 30453 ||| Stepping ~*~*~tactically~*~*~ (outnumbered).
 30455 | D:7      | 30455 ||| Stepping ~*~*~tactically~*~*~ (outnumbered).
 30457 | D:7      | 30457 ||| Stepping ~*~*~tactically~*~*~ (outnumbered).
 30459 | D:7      | 30459 ||| Stepping ~*~*~tactically~*~*~ (outnumbered).
 30461 | D:7      | 30461 ||| Stepping ~*~*~tactically~*~*~ (outnumbered).
 30463 | D:7      | 30463 ||| Stepping ~*~*~tactically~*~*~ (outnumbered).
 30465 | D:7      | 30465 ||| Stepping ~*~*~tactically~*~*~ (outnumbered).
 30467 | D:7      | 30467 ||| Stepping ~*~*~tactically~*~*~ (outnumbered).
 30469 | D:7      | 30469 ||| Stepping ~*~*~tactically~*~*~ (outnumbered).
 30471 | D:7      | 30471 ||| Stepping ~*~*~tactically~*~*~ (outnumbered).
 30473 | D:7      | 30473 ||| Stepping ~*~*~tactically~*~*~ (outnumbered).
 30475 | D:7      | 30475 ||| Stepping ~*~*~tactically~*~*~ (outnumbered).
 30477 | D:7      | 30477 ||| Stepping ~*~*~tactically~*~*~ (outnumbered).
 30479 | D:7      | 30479 ||| Stepping ~*~*~tactically~*~*~ (outnumbered).
 30481 | D:7      | 30481 ||| Stepping ~*~*~tactically~*~*~ (outnumbered).
 30483 | D:7      | 30483 ||| Stepping ~*~*~tactically~*~*~ (outnumbered).
 30485 | D:7      | 30485 ||| Stepping ~*~*~tactically~*~*~ (outnumbered).
 30487 | D:7      | 30487 ||| Stepping ~*~*~tactically~*~*~ (outnumbered).
 30489 | D:7      | 30489 ||| Stepping ~*~*~tactically~*~*~ (outnumbered).
 30491 | D:7      | 30491 ||| Stepping ~*~*~tactically~*~*~ (outnumbered).
 30493 | D:7      | 30493 ||| Stepping ~*~*~tactically~*~*~ (outnumbered).
 30495 | D:7      | 30495 ||| Stepping ~*~*~tactically~*~*~ (outnumbered).
 30497 | D:7      | 30497 ||| Stepping ~*~*~tactically~*~*~ (outnumbered).
 30499 | D:7      | 30499 ||| Stepping ~*~*~tactically~*~*~ (outnumbered).
 30501 | D:7      | 30501 ||| Stepping ~*~*~tactically~*~*~ (outnumbered).
 30503 | D:7      | 30503 ||| Stepping ~*~*~tactically~*~*~ (outnumbered).
 30505 | D:7      | 30505 ||| Stepping ~*~*~tactically~*~*~ (outnumbered).
 30507 | D:7      | 30507 ||| Stepping ~*~*~tactically~*~*~ (outnumbered).
 30509 | D:7      | 30509 ||| Stepping ~*~*~tactically~*~*~ (outnumbered).
 30511 | D:7      | 30511 ||| Stepping ~*~*~tactically~*~*~ (outnumbered).
 30513 | D:7      | 30513 ||| Stepping ~*~*~tactically~*~*~ (outnumbered).
 30515 | D:7      | 30515 ||| Stepping ~*~*~tactically~*~*~ (outnumbered).
 30517 | D:7      | 30517 ||| Stepping ~*~*~tactically~*~*~ (outnumbered).
 30519 | D:7      | 30519 ||| Stepping ~*~*~tactically~*~*~ (outnumbered).
 30521 | D:7      | 30521 ||| Stepping ~*~*~tactically~*~*~ (outnumbered).
 30523 | D:7      | 30523 ||| Stepping ~*~*~tactically~*~*~ (outnumbered).
 30525 | D:7      | 30525 ||| Stepping ~*~*~tactically~*~*~ (outnumbered).
 30527 | D:7      | 30527 ||| Stepping ~*~*~tactically~*~*~ (outnumbered).
 30529 | D:7      | 30529 ||| Stepping ~*~*~tactically~*~*~ (outnumbered).
 30531 | D:7      | 30531 ||| Stepping ~*~*~tactically~*~*~ (outnumbered).
 30533 | D:7      | 30533 ||| Stepping ~*~*~tactically~*~*~ (outnumbered).
 30535 | D:7      | 30535 ||| Stepping ~*~*~tactically~*~*~ (outnumbered).
 30537 | D:7      | 30537 ||| Stepping ~*~*~tactically~*~*~ (outnumbered).
 30539 | D:7      | 30539 ||| Stepping ~*~*~tactically~*~*~ (outnumbered).
 30541 | D:7      | 30541 ||| Stepping ~*~*~tactically~*~*~ (outnumbered).
 30543 | D:7      | 30543 ||| Stepping ~*~*~tactically~*~*~ (outnumbered).
 30545 | D:7      | 30545 ||| Stepping ~*~*~tactically~*~*~ (outnumbered).
 30547 | D:7      | 30547 ||| Stepping ~*~*~tactically~*~*~ (outnumbered).
 30549 | D:7      | 30549 ||| Stepping ~*~*~tactically~*~*~ (outnumbered).
 30551 | D:7      | 30551 ||| Stepping ~*~*~tactically~*~*~ (outnumbered).
 30553 | D:7      | 30553 ||| Stepping ~*~*~tactically~*~*~ (outnumbered).
 30555 | D:7      | 30555 ||| Stepping ~*~*~tactically~*~*~ (outnumbered).
 30557 | D:7      | 30557 ||| Stepping ~*~*~tactically~*~*~ (outnumbered).
 30559 | D:7      | 30559 ||| Stepping ~*~*~tactically~*~*~ (outnumbered).
 30561 | D:7      | 30561 ||| Stepping ~*~*~tactically~*~*~ (outnumbered).
 30563 | D:7      | 30563 ||| Stepping ~*~*~tactically~*~*~ (outnumbered).
 30565 | D:7      | 30565 ||| Stepping ~*~*~tactically~*~*~ (outnumbered).
 30567 | D:7      | 30567 ||| Stepping ~*~*~tactically~*~*~ (outnumbered).
 30569 | D:7      | 30569 ||| Stepping ~*~*~tactically~*~*~ (outnumbered).
 30571 | D:7      | 30571 ||| Stepping ~*~*~tactically~*~*~ (outnumbered).
 30573 | D:7      | 30573 ||| Stepping ~*~*~tactically~*~*~ (outnumbered).
 30575 | D:7      | 30575 ||| Stepping ~*~*~tactically~*~*~ (outnumbered).
 30577 | D:7      | 30577 ||| Stepping ~*~*~tactically~*~*~ (outnumbered).
 30579 | D:7      | 30579 ||| Stepping ~*~*~tactically~*~*~ (outnumbered).
 30581 | D:7      | 30581 ||| Stepping ~*~*~tactically~*~*~ (outnumbered).
 30583 | D:7      | 30583 ||| Stepping ~*~*~tactically~*~*~ (outnumbered).
 30585 | D:7      | 30585 ||| Stepping ~*~*~tactically~*~*~ (outnumbered).
 30587 | D:7      | 30587 ||| Stepping ~*~*~tactically~*~*~ (outnumbered).
 30589 | D:7      | 30589 ||| Stepping ~*~*~tactically~*~*~ (outnumbered).
 30591 | D:7      | 30591 ||| Stepping ~*~*~tactically~*~*~ (outnumbered).
 30593 | D:7      | 30593 ||| Stepping ~*~*~tactically~*~*~ (outnumbered).
 30595 | D:7      | 30595 ||| Stepping ~*~*~tactically~*~*~ (outnumbered).
 30597 | D:7      | 30597 ||| Stepping ~*~*~tactically~*~*~ (outnumbered).
 30599 | D:7      | 30599 ||| Stepping ~*~*~tactically~*~*~ (outnumbered).
 30601 | D:7      | 30601 ||| Stepping ~*~*~tactically~*~*~ (outnumbered).
 30603 | D:7      | 30603 ||| Stepping ~*~*~tactically~*~*~ (outnumbered).
 30605 | D:7      | 30605 ||| Stepping ~*~*~tactically~*~*~ (outnumbered).
 30607 | D:7      | 30607 ||| Stepping ~*~*~tactically~*~*~ (outnumbered).
 30609 | D:7      | 30609 ||| Stepping ~*~*~tactically~*~*~ (outnumbered).
 30611 | D:7      | 30611 ||| Stepping ~*~*~tactically~*~*~ (outnumbered).
 30613 | D:7      | 30613 ||| Stepping ~*~*~tactically~*~*~ (outnumbered).
 30615 | D:7      | 30615 ||| Stepping ~*~*~tactically~*~*~ (outnumbered).
 30617 | D:7      | 30617 ||| Stepping ~*~*~tactically~*~*~ (outnumbered).
 30619 | D:7      | 30619 ||| Stepping ~*~*~tactically~*~*~ (outnumbered).
 30621 | D:7      | 30621 ||| Stepping ~*~*~tactically~*~*~ (outnumbered).
 30623 | D:7      | 30623 ||| Stepping ~*~*~tactically~*~*~ (outnumbered).
 30625 | D:7      | 30625 ||| Stepping ~*~*~tactically~*~*~ (outnumbered).
 30627 | D:7      | 30627 ||| Stepping ~*~*~tactically~*~*~ (outnumbered).
 30629 | D:7      | 30629 ||| Stepping ~*~*~tactically~*~*~ (outnumbered).
 30631 | D:7      | 30631 ||| Stepping ~*~*~tactically~*~*~ (outnumbered).
 30633 | D:7      | 30633 ||| Stepping ~*~*~tactically~*~*~ (outnumbered).
 30635 | D:7      | 30635 ||| Stepping ~*~*~tactically~*~*~ (outnumbered).
 30637 | D:7      | 30637 ||| Stepping ~*~*~tactically~*~*~ (outnumbered).
 30639 | D:7      | 30639 ||| Stepping ~*~*~tactically~*~*~ (outnumbered).
 30641 | D:7      | 30641 ||| Stepping ~*~*~tactically~*~*~ (outnumbered).
 30643 | D:7      | 30643 ||| Stepping ~*~*~tactically~*~*~ (outnumbered).
 30645 | D:7      | 30645 ||| Stepping ~*~*~tactically~*~*~ (outnumbered).
 30647 | D:7      | 30647 ||| Stepping ~*~*~tactically~*~*~ (outnumbered).
 30649 | D:7      | 30649 ||| Stepping ~*~*~tactically~*~*~ (outnumbered).
 30651 | D:7      | 30651 ||| Stepping ~*~*~tactically~*~*~ (outnumbered).
 30653 | D:7      | 30653 ||| Stepping ~*~*~tactically~*~*~ (outnumbered).
 30655 | D:7      | 30655 ||| Stepping ~*~*~tactically~*~*~ (outnumbered).
 30657 | D:7      | 30657 ||| Stepping ~*~*~tactically~*~*~ (outnumbered).
 30659 | D:7      | 30659 ||| Stepping ~*~*~tactically~*~*~ (outnumbered).
 30661 | D:7      | 30661 ||| Stepping ~*~*~tactically~*~*~ (outnumbered).
 30663 | D:7      | 30663 ||| Stepping ~*~*~tactically~*~*~ (outnumbered).
 30665 | D:7      | 30665 ||| Stepping ~*~*~tactically~*~*~ (outnumbered).
 30667 | D:7      | 30667 ||| Stepping ~*~*~tactically~*~*~ (outnumbered).
 30669 | D:7      | 30669 ||| Stepping ~*~*~tactically~*~*~ (outnumbered).
 30671 | D:7      | 30671 ||| Stepping ~*~*~tactically~*~*~ (outnumbered).
 30673 | D:7      | 30673 ||| Stepping ~*~*~tactically~*~*~ (outnumbered).
 30675 | D:7      | 30675 ||| Stepping ~*~*~tactically~*~*~ (outnumbered).
 30677 | D:7      | 30677 ||| Stepping ~*~*~tactically~*~*~ (outnumbered).
 30679 | D:7      | 30679 ||| Stepping ~*~*~tactically~*~*~ (outnumbered).
 30681 | D:7      | 30681 ||| Stepping ~*~*~tactically~*~*~ (outnumbered).
 30683 | D:7      | 30683 ||| Stepping ~*~*~tactically~*~*~ (outnumbered).
 30685 | D:7      | 30685 ||| Stepping ~*~*~tactically~*~*~ (outnumbered).
 30687 | D:7      | 30687 ||| Stepping ~*~*~tactically~*~*~ (outnumbered).
 30689 | D:7      | 30689 ||| Stepping ~*~*~tactically~*~*~ (outnumbered).
 30691 | D:7      | 30691 ||| Stepping ~*~*~tactically~*~*~ (outnumbered).
 30693 | D:7      | 30693 ||| Stepping ~*~*~tactically~*~*~ (outnumbered).
 30695 | D:7      | 30695 ||| Stepping ~*~*~tactically~*~*~ (outnumbered).
 30697 | D:7      | 30697 ||| Stepping ~*~*~tactically~*~*~ (outnumbered).
 30699 | D:7      | 30699 ||| Stepping ~*~*~tactically~*~*~ (outnumbered).
 30701 | D:7      | 30701 ||| Stepping ~*~*~tactically~*~*~ (outnumbered).
 30703 | D:7      | 30703 ||| Stepping ~*~*~tactically~*~*~ (outnumbered).
 30705 | D:7      | 30705 ||| Stepping ~*~*~tactically~*~*~ (outnumbered).
 30707 | D:7      | 30707 ||| Stepping ~*~*~tactically~*~*~ (outnumbered).
 30709 | D:7      | 30709 ||| Stepping ~*~*~tactically~*~*~ (outnumbered).
 30711 | D:7      | 30711 ||| Stepping ~*~*~tactically~*~*~ (outnumbered).
 30713 | D:7      | 30713 ||| Stepping ~*~*~tactically~*~*~ (outnumbered).
 30715 | D:7      | 30715 ||| Stepping ~*~*~tactically~*~*~ (outnumbered).
 30717 | D:7      | 30717 ||| Stepping ~*~*~tactically~*~*~ (outnumbered).
 30719 | D:7      | 30719 ||| Stepping ~*~*~tactically~*~*~ (outnumbered).
 30721 | D:7      | 30721 ||| Stepping ~*~*~tactically~*~*~ (outnumbered).
 30723 | D:7      | 30723 ||| Stepping ~*~*~tactically~*~*~ (outnumbered).
 30725 | D:7      | 30725 ||| Stepping ~*~*~tactically~*~*~ (outnumbered).
 30727 | D:7      | 30727 ||| Stepping ~*~*~tactically~*~*~ (outnumbered).
 30729 | D:7      | 30729 ||| Stepping ~*~*~tactically~*~*~ (outnumbered).
 30731 | D:7      | 30731 ||| Stepping ~*~*~tactically~*~*~ (outnumbered).
 30733 | D:7      | 30733 ||| Stepping ~*~*~tactically~*~*~ (outnumbered).
 30735 | D:7      | 30735 ||| Stepping ~*~*~tactically~*~*~ (outnumbered).
 30737 | D:7      | 30737 ||| Stepping ~*~*~tactically~*~*~ (outnumbered).
 30739 | D:7      | 30739 ||| Stepping ~*~*~tactically~*~*~ (outnumbered).
 30741 | D:7      | 30741 ||| Stepping ~*~*~tactically~*~*~ (outnumbered).
 30743 | D:7      | 30743 ||| Stepping ~*~*~tactically~*~*~ (outnumbered).
 30745 | D:7      | 30745 ||| Stepping ~*~*~tactically~*~*~ (outnumbered).
 30747 | D:7      | 30747 ||| Stepping ~*~*~tactically~*~*~ (outnumbered).
 30749 | D:7      | 30749 ||| Stepping ~*~*~tactically~*~*~ (outnumbered).
 30751 | D:7      | 30751 ||| Stepping ~*~*~tactically~*~*~ (outnumbered).
 30753 | D:7      | 30753 ||| Stepping ~*~*~tactically~*~*~ (outnumbered).
 30755 | D:7      | 30755 ||| Stepping ~*~*~tactically~*~*~ (outnumbered).
 30757 | D:7      | 30757 ||| Stepping ~*~*~tactically~*~*~ (outnumbered).
 30759 | D:7      | 30759 ||| Stepping ~*~*~tactically~*~*~ (outnumbered).
 30761 | D:7      | 30761 ||| Stepping ~*~*~tactically~*~*~ (outnumbered).
 30763 | D:7      | 30763 ||| Stepping ~*~*~tactically~*~*~ (outnumbered).
 30765 | D:7      | 30765 ||| Stepping ~*~*~tactically~*~*~ (outnumbered).
 30767 | D:7      | 30767 ||| Stepping ~*~*~tactically~*~*~ (outnumbered).
 30769 | D:7      | 30769 ||| Stepping ~*~*~tactically~*~*~ (outnumbered).
 30771 | D:7      | 30771 ||| Stepping ~*~*~tactically~*~*~ (outnumbered).
 30773 | D:7      | 30773 ||| Stepping ~*~*~tactically~*~*~ (outnumbered).
 30775 | D:7      | 30775 ||| Stepping ~*~*~tactically~*~*~ (outnumbered).
 30777 | D:7      | 30777 ||| Stepping ~*~*~tactically~*~*~ (outnumbered).
 30779 | D:7      | 30779 ||| Stepping ~*~*~tactically~*~*~ (outnumbered).
 30781 | D:7      | 30781 ||| Stepping ~*~*~tactically~*~*~ (outnumbered).
 30783 | D:7      | 30783 ||| Stepping ~*~*~tactically~*~*~ (outnumbered).
 30785 | D:7      | 30785 ||| Stepping ~*~*~tactically~*~*~ (outnumbered).
 30787 | D:7      | 30787 ||| Stepping ~*~*~tactically~*~*~ (outnumbered).
 30789 | D:7      | 30789 ||| Stepping ~*~*~tactically~*~*~ (outnumbered).
 30791 | D:7      | 30791 ||| Stepping ~*~*~tactically~*~*~ (outnumbered).
 30793 | D:7      | 30793 ||| Stepping ~*~*~tactically~*~*~ (outnumbered).
 30795 | D:7      | 30795 ||| Stepping ~*~*~tactically~*~*~ (outnumbered).
 30797 | D:7      | 30797 ||| Stepping ~*~*~tactically~*~*~ (outnumbered).
 30799 | D:7      | 30799 ||| Stepping ~*~*~tactically~*~*~ (outnumbered).
 30801 | D:7      | 30801 ||| Stepping ~*~*~tactically~*~*~ (outnumbered).
 30803 | D:7      | 30803 ||| Stepping ~*~*~tactically~*~*~ (outnumbered).
 30805 | D:7      | 30805 ||| Stepping ~*~*~tactically~*~*~ (outnumbered).
 30807 | D:7      | 30807 ||| Stepping ~*~*~tactically~*~*~ (outnumbered).
 30809 | D:7      | 30809 ||| Stepping ~*~*~tactically~*~*~ (outnumbered).
 30811 | D:7      | 30811 ||| Stepping ~*~*~tactically~*~*~ (outnumbered).
 30813 | D:7      | 30813 ||| Stepping ~*~*~tactically~*~*~ (outnumbered).
 30815 | D:7      | 30815 ||| Stepping ~*~*~tactically~*~*~ (outnumbered).
 30817 | D:7      | 30817 ||| Stepping ~*~*~tactically~*~*~ (outnumbered).
 30819 | D:7      | 30819 ||| Stepping ~*~*~tactically~*~*~ (outnumbered).
 30821 | D:7      | 30821 ||| Stepping ~*~*~tactically~*~*~ (outnumbered).
 30823 | D:7      | 30823 ||| Stepping ~*~*~tactically~*~*~ (outnumbered).
 30825 | D:7      | 30825 ||| Stepping ~*~*~tactically~*~*~ (outnumbered).
 30827 | D:7      | 30827 ||| Stepping ~*~*~tactically~*~*~ (outnumbered).
 30829 | D:7      | 30829 ||| Stepping ~*~*~tactically~*~*~ (outnumbered).
 30831 | D:7      | 30831 ||| Stepping ~*~*~tactically~*~*~ (outnumbered).
 30833 | D:7      | 30833 ||| Stepping ~*~*~tactically~*~*~ (outnumbered).
 30835 | D:7      | 30835 ||| Stepping ~*~*~tactically~*~*~ (outnumbered).
 30837 | D:7      | 30837 ||| Stepping ~*~*~tactically~*~*~ (outnumbered).
 30839 | D:7      | 30839 ||| Stepping ~*~*~tactically~*~*~ (outnumbered).
 30841 | D:7      | 30841 ||| Stepping ~*~*~tactically~*~*~ (outnumbered).
 30843 | D:7      | 30843 ||| Stepping ~*~*~tactically~*~*~ (outnumbered).
 30845 | D:7      | 30845 ||| Stepping ~*~*~tactically~*~*~ (outnumbered).
 30847 | D:7      | 30847 ||| Stepping ~*~*~tactically~*~*~ (outnumbered).
 30849 | D:7      | 30849 ||| Stepping ~*~*~tactically~*~*~ (outnumbered).
 30851 | D:7      | 30851 ||| Stepping ~*~*~tactically~*~*~ (outnumbered).
 30853 | D:7      | 30853 ||| Stepping ~*~*~tactically~*~*~ (outnumbered).
 30855 | D:7      | 30855 ||| Stepping ~*~*~tactically~*~*~ (outnumbered).
 30857 | D:7      | 30857 ||| Stepping ~*~*~tactically~*~*~ (outnumbered).
 30859 | D:7      | 30859 ||| Stepping ~*~*~tactically~*~*~ (outnumbered).
 30861 | D:7      | 30861 ||| Stepping ~*~*~tactically~*~*~ (outnumbered).
 30863 | D:7      | 30863 ||| Stepping ~*~*~tactically~*~*~ (outnumbered).
 30865 | D:7      | 30865 ||| Stepping ~*~*~tactically~*~*~ (outnumbered).
 30867 | D:7      | 30867 ||| Stepping ~*~*~tactically~*~*~ (outnumbered).
 30869 | D:7      | 30869 ||| Stepping ~*~*~tactically~*~*~ (outnumbered).
 30871 | D:7      | 30871 ||| Stepping ~*~*~tactically~*~*~ (outnumbered).
 30873 | D:7      | 30873 ||| Stepping ~*~*~tactically~*~*~ (outnumbered).
 30875 | D:7      | 30875 ||| Stepping ~*~*~tactically~*~*~ (outnumbered).
 30877 | D:7      | 30877 ||| Stepping ~*~*~tactically~*~*~ (outnumbered).
 30879 | D:7      | 30879 ||| Stepping ~*~*~tactically~*~*~ (outnumbered).
 30881 | D:7      | 30881 ||| Stepping ~*~*~tactically~*~*~ (outnumbered).
 30883 | D:7      | 30883 ||| Stepping ~*~*~tactically~*~*~ (outnumbered).
 30885 | D:7      | 30885 ||| Stepping ~*~*~tactically~*~*~ (outnumbered).
 30887 | D:7      | 30887 ||| Stepping ~*~*~tactically~*~*~ (outnumbered).
 30889 | D:7      | 30889 ||| Stepping ~*~*~tactically~*~*~ (outnumbered).
 30891 | D:7      | 30891 ||| Stepping ~*~*~tactically~*~*~ (outnumbered).
 30893 | D:7      | 30893 ||| Stepping ~*~*~tactically~*~*~ (outnumbered).
 30895 | D:7      | 30895 ||| Stepping ~*~*~tactically~*~*~ (outnumbered).
 30897 | D:7      | 30897 ||| Stepping ~*~*~tactically~*~*~ (outnumbered).
 30899 | D:7      | 30899 ||| Stepping ~*~*~tactically~*~*~ (outnumbered).
 30901 | D:7      | 30901 ||| Stepping ~*~*~tactically~*~*~ (outnumbered).
 30903 | D:7      | 30903 ||| Stepping ~*~*~tactically~*~*~ (outnumbered).
 30905 | D:7      | 30905 ||| Stepping ~*~*~tactically~*~*~ (outnumbered).
 30907 | D:7      | 30907 ||| Stepping ~*~*~tactically~*~*~ (outnumbered).
 30909 | D:7      | 30909 ||| Stepping ~*~*~tactically~*~*~ (outnumbered).
 30911 | D:7      | 30911 ||| Stepping ~*~*~tactically~*~*~ (outnumbered).
 30913 | D:7      | 30913 ||| Stepping ~*~*~tactically~*~*~ (outnumbered).
 30915 | D:7      | 30915 ||| Stepping ~*~*~tactically~*~*~ (outnumbered).
 30917 | D:7      | 30917 ||| Stepping ~*~*~tactically~*~*~ (outnumbered).
 30919 | D:7      | 30919 ||| Stepping ~*~*~tactically~*~*~ (outnumbered).
 30921 | D:7      | 30921 ||| Stepping ~*~*~tactically~*~*~ (outnumbered).
 30923 | D:7      | 30923 ||| Stepping ~*~*~tactically~*~*~ (outnumbered).
 30925 | D:7      | 30925 ||| Stepping ~*~*~tactically~*~*~ (outnumbered).
 30927 | D:7      | 30927 ||| Stepping ~*~*~tactically~*~*~ (outnumbered).
 30929 | D:7      | 30929 ||| Stepping ~*~*~tactically~*~*~ (outnumbered).
 30931 | D:7      | 30931 ||| Stepping ~*~*~tactically~*~*~ (outnumbered).
 30933 | D:7      | 30933 ||| Stepping ~*~*~tactically~*~*~ (outnumbered).
 30935 | D:7      | 30935 ||| Stepping ~*~*~tactically~*~*~ (outnumbered).
 30937 | D:7      | 30937 ||| Stepping ~*~*~tactically~*~*~ (outnumbered).
 30939 | D:7      | 30939 ||| Stepping ~*~*~tactically~*~*~ (outnumbered).
 30941 | D:7      | 30941 ||| Stepping ~*~*~tactically~*~*~ (outnumbered).
 30943 | D:7      | 30943 ||| Stepping ~*~*~tactically~*~*~ (outnumbered).
 30945 | D:7      | 30945 ||| Stepping ~*~*~tactically~*~*~ (outnumbered).
 30947 | D:7      | 30947 ||| Stepping ~*~*~tactically~*~*~ (outnumbered).
 30949 | D:7      | 30949 ||| Stepping ~*~*~tactically~*~*~ (outnumbered).
 30951 | D:7      | 30951 ||| Stepping ~*~*~tactically~*~*~ (outnumbered).
 30953 | D:7      | 30953 ||| Stepping ~*~*~tactically~*~*~ (outnumbered).
 30955 | D:7      | 30955 ||| Stepping ~*~*~tactically~*~*~ (outnumbered).
 30957 | D:7      | 30957 ||| Stepping ~*~*~tactically~*~*~ (outnumbered).
 30959 | D:7      | 30959 ||| Stepping ~*~*~tactically~*~*~ (outnumbered).
 30961 | D:7      | 30961 ||| Stepping ~*~*~tactically~*~*~ (outnumbered).
 30963 | D:7      | 30963 ||| Stepping ~*~*~tactically~*~*~ (outnumbered).
 30965 | D:7      | 30965 ||| Stepping ~*~*~tactically~*~*~ (outnumbered).
 30967 | D:7      | 30967 ||| Stepping ~*~*~tactically~*~*~ (outnumbered).
 30969 | D:7      | 30969 ||| Stepping ~*~*~tactically~*~*~ (outnumbered).
 30971 | D:7      | 30971 ||| Stepping ~*~*~tactically~*~*~ (outnumbered).
 30973 | D:7      | 30973 ||| Stepping ~*~*~tactically~*~*~ (outnumbered).
 30975 | D:7      | 30975 ||| Stepping ~*~*~tactically~*~*~ (outnumbered).
 30977 | D:7      | 30977 ||| Stepping ~*~*~tactically~*~*~ (outnumbered).
 30979 | D:7      | 30979 ||| Stepping ~*~*~tactically~*~*~ (outnumbered).
 30981 | D:7      | 30981 ||| Stepping ~*~*~tactically~*~*~ (outnumbered).
 30983 | D:7      | 30983 ||| Stepping ~*~*~tactically~*~*~ (outnumbered).
 30985 | D:7      | 30985 ||| Stepping ~*~*~tactically~*~*~ (outnumbered).
 30987 | D:7      | 30987 ||| Stepping ~*~*~tactically~*~*~ (outnumbered).
 30989 | D:7      | 30989 ||| Stepping ~*~*~tactically~*~*~ (outnumbered).
 30991 | D:7      | 30991 ||| Stepping ~*~*~tactically~*~*~ (outnumbered).
 30993 | D:7      | 30993 ||| Stepping ~*~*~tactically~*~*~ (outnumbered).
 30995 | D:7      | 30995 ||| Stepping ~*~*~tactically~*~*~ (outnumbered).
 30997 | D:7      | 30997 ||| Stepping ~*~*~tactically~*~*~ (outnumbered).
 30999 | D:7      | 30999 ||| Stepping ~*~*~tactically~*~*~ (outnumbered).
 31001 | D:7      | 31001 ||| Stepping ~*~*~tactically~*~*~ (outnumbered).
 31003 | D:7      | 31003 ||| Stepping ~*~*~tactically~*~*~ (outnumbered).
 31005 | D:7      | 31005 ||| Stepping ~*~*~tactically~*~*~ (outnumbered).
 31007 | D:7      | 31007 ||| Stepping ~*~*~tactically~*~*~ (outnumbered).
 31009 | D:7      | 31009 ||| Stepping ~*~*~tactically~*~*~ (outnumbered).
 31011 | D:7      | 31011 ||| Stepping ~*~*~tactically~*~*~ (outnumbered).
 31013 | D:7      | 31013 ||| Stepping ~*~*~tactically~*~*~ (outnumbered).
 31015 | D:7      | 31015 ||| Stepping ~*~*~tactically~*~*~ (outnumbered).
 31017 | D:7      | 31017 ||| Stepping ~*~*~tactically~*~*~ (outnumbered).
 31019 | D:7      | 31019 ||| Stepping ~*~*~tactically~*~*~ (outnumbered).
 31019 | D:7      | Glimpsed the power of Zot.
 31021 | D:7      | 31021 ||| Stepping ~*~*~tactically~*~*~ (outnumbered).
 31023 | D:7      | 31023 ||| Stepping ~*~*~tactically~*~*~ (outnumbered).
 31025 | D:7      | 31025 ||| Stepping ~*~*~tactically~*~*~ (outnumbered).
 31027 | D:7      | 31027 ||| Stepping ~*~*~tactically~*~*~ (outnumbered).
 31029 | D:7      | 31029 ||| Stepping ~*~*~tactically~*~*~ (outnumbered).
 31031 | D:7      | 31031 ||| Stepping ~*~*~tactically~*~*~ (outnumbered).
 31033 | D:7      | 31033 ||| Stepping ~*~*~tactically~*~*~ (outnumbered).
 31035 | D:7      | 31035 ||| Stepping ~*~*~tactically~*~*~ (outnumbered).
 31037 | D:7      | 31037 ||| Stepping ~*~*~tactically~*~*~ (outnumbered).
 31039 | D:7      | 31039 ||| Stepping ~*~*~tactically~*~*~ (outnumbered).
 31041 | D:7      | 31041 ||| Stepping ~*~*~tactically~*~*~ (outnumbered).
 31043 | D:7      | 31043 ||| Stepping ~*~*~tactically~*~*~ (outnumbered).
 31045 | D:7      | 31045 ||| Stepping ~*~*~tactically~*~*~ (outnumbered).
 31047 | D:7      | 31047 ||| Stepping ~*~*~tactically~*~*~ (outnumbered).
 31049 | D:7      | 31049 ||| Stepping ~*~*~tactically~*~*~ (outnumbered).
 31051 | D:7      | 31051 ||| Stepping ~*~*~tactically~*~*~ (outnumbered).
 31053 | D:7      | 31053 ||| Stepping ~*~*~tactically~*~*~ (outnumbered).
 31055 | D:7      | 31055 ||| Stepping ~*~*~tactically~*~*~ (outnumbered).
 31057 | D:7      | 31057 ||| Stepping ~*~*~tactically~*~*~ (outnumbered).
 31059 | D:7      | 31059 ||| Stepping ~*~*~tactically~*~*~ (outnumbered).
 31061 | D:7      | 31061 ||| Stepping ~*~*~tactically~*~*~ (outnumbered).
 31063 | D:7      | 31063 ||| Stepping ~*~*~tactically~*~*~ (outnumbered).
 31065 | D:7      | 31065 ||| Stepping ~*~*~tactically~*~*~ (outnumbered).
 31067 | D:7      | 31067 ||| Stepping ~*~*~tactically~*~*~ (outnumbered).
 31069 | D:7      | 31069 ||| Stepping ~*~*~tactically~*~*~ (outnumbered).
 31071 | D:7      | 31071 ||| Stepping ~*~*~tactically~*~*~ (outnumbered).
 31073 | D:7      | 31073 ||| Stepping ~*~*~tactically~*~*~ (outnumbered).
 31075 | D:7      | 31075 ||| Stepping ~*~*~tactically~*~*~ (outnumbered).
 31077 | D:7      | 31077 ||| Stepping ~*~*~tactically~*~*~ (outnumbered).
 31079 | D:7      | 31079 ||| Stepping ~*~*~tactically~*~*~ (outnumbered).
 31081 | D:7      | 31081 ||| Stepping ~*~*~tactically~*~*~ (outnumbered).
 31083 | D:7      | 31083 ||| Stepping ~*~*~tactically~*~*~ (outnumbered).
 31085 | D:7      | 31085 ||| Stepping ~*~*~tactically~*~*~ (outnumbered).
 31087 | D:7      | 31087 ||| Stepping ~*~*~tactically~*~*~ (outnumbered).
 31089 | D:7      | 31089 ||| Stepping ~*~*~tactically~*~*~ (outnumbered).
 31091 | D:7      | 31091 ||| Stepping ~*~*~tactically~*~*~ (outnumbered).
 31093 | D:7      | 31093 ||| Stepping ~*~*~tactically~*~*~ (outnumbered).
 31095 | D:7      | 31095 ||| Stepping ~*~*~tactically~*~*~ (outnumbered).
 31097 | D:7      | 31097 ||| Stepping ~*~*~tactically~*~*~ (outnumbered).
 31099 | D:7      | 31099 ||| Stepping ~*~*~tactically~*~*~ (outnumbered).
 31101 | D:7      | 31101 ||| Stepping ~*~*~tactically~*~*~ (outnumbered).
 31103 | D:7      | 31103 ||| Stepping ~*~*~tactically~*~*~ (outnumbered).
 31105 | D:7      | 31105 ||| Stepping ~*~*~tactically~*~*~ (outnumbered).
 31107 | D:7      | 31107 ||| Stepping ~*~*~tactically~*~*~ (outnumbered).
 31109 | D:7      | 31109 ||| Stepping ~*~*~tactically~*~*~ (outnumbered).
 31111 | D:7      | 31111 ||| Stepping ~*~*~tactically~*~*~ (outnumbered).
 31113 | D:7      | 31113 ||| Stepping ~*~*~tactically~*~*~ (outnumbered).
 31115 | D:7      | 31115 ||| Stepping ~*~*~tactically~*~*~ (outnumbered).
 31117 | D:7      | 31117 ||| Stepping ~*~*~tactically~*~*~ (outnumbered).
 31119 | D:7      | 31119 ||| Stepping ~*~*~tactically~*~*~ (outnumbered).
 31121 | D:7      | 31121 ||| Stepping ~*~*~tactically~*~*~ (outnumbered).
 31123 | D:7      | 31123 ||| Stepping ~*~*~tactically~*~*~ (outnumbered).
 31125 | D:7      | 31125 ||| Stepping ~*~*~tactically~*~*~ (outnumbered).
 31127 | D:7      | 31127 ||| Stepping ~*~*~tactically~*~*~ (outnumbered).
 31129 | D:7      | 31129 ||| Stepping ~*~*~tactically~*~*~ (outnumbered).
 31131 | D:7      | 31131 ||| Stepping ~*~*~tactically~*~*~ (outnumbered).
 31133 | D:7      | 31133 ||| Stepping ~*~*~tactically~*~*~ (outnumbered).
 31135 | D:7      | 31135 ||| Stepping ~*~*~tactically~*~*~ (outnumbered).
 31137 | D:7      | 31137 ||| Stepping ~*~*~tactically~*~*~ (outnumbered).
 31139 | D:7      | 31139 ||| Stepping ~*~*~tactically~*~*~ (outnumbered).
 31141 | D:7      | 31141 ||| Stepping ~*~*~tactically~*~*~ (outnumbered).
 31143 | D:7      | 31143 ||| Stepping ~*~*~tactically~*~*~ (outnumbered).
 31145 | D:7      | 31145 ||| Stepping ~*~*~tactically~*~*~ (outnumbered).
 31147 | D:7      | 31147 ||| Stepping ~*~*~tactically~*~*~ (outnumbered).
 31149 | D:7      | 31149 ||| Stepping ~*~*~tactically~*~*~ (outnumbered).
 31151 | D:7      | 31151 ||| Stepping ~*~*~tactically~*~*~ (outnumbered).
 31153 | D:7      | 31153 ||| Stepping ~*~*~tactically~*~*~ (outnumbered).
 31155 | D:7      | 31155 ||| Stepping ~*~*~tactically~*~*~ (outnumbered).
 31157 | D:7      | 31157 ||| Stepping ~*~*~tactically~*~*~ (outnumbered).
 31159 | D:7      | 31159 ||| Stepping ~*~*~tactically~*~*~ (outnumbered).
 31161 | D:7      | 31161 ||| Stepping ~*~*~tactically~*~*~ (outnumbered).
 31163 | D:7      | 31163 ||| Stepping ~*~*~tactically~*~*~ (outnumbered).
 31165 | D:7      | 31165 ||| Stepping ~*~*~tactically~*~*~ (outnumbered).
 31167 | D:7      | 31167 ||| Stepping ~*~*~tactically~*~*~ (outnumbered).
 31169 | D:7      | 31169 ||| Stepping ~*~*~tactically~*~*~ (outnumbered).
 31171 | D:7      | 31171 ||| Stepping ~*~*~tactically~*~*~ (outnumbered).
 31173 | D:7      | 31173 ||| Stepping ~*~*~tactically~*~*~ (outnumbered).
 31175 | D:7      | 31175 ||| Stepping ~*~*~tactically~*~*~ (outnumbered).
 31177 | D:7      | 31177 ||| Stepping ~*~*~tactically~*~*~ (outnumbered).
 31179 | D:7      | 31179 ||| Stepping ~*~*~tactically~*~*~ (outnumbered).
 31181 | D:7      | 31181 ||| Stepping ~*~*~tactically~*~*~ (outnumbered).
 31183 | D:7      | 31183 ||| Stepping ~*~*~tactically~*~*~ (outnumbered).
 31185 | D:7      | 31185 ||| Stepping ~*~*~tactically~*~*~ (outnumbered).
 31187 | D:7      | 31187 ||| Stepping ~*~*~tactically~*~*~ (outnumbered).
 31189 | D:7      | 31189 ||| Stepping ~*~*~tactically~*~*~ (outnumbered).
 31191 | D:7      | 31191 ||| Stepping ~*~*~tactically~*~*~ (outnumbered).
 31193 | D:7      | 31193 ||| Stepping ~*~*~tactically~*~*~ (outnumbered).
 31195 | D:7      | 31195 ||| Stepping ~*~*~tactically~*~*~ (outnumbered).
 31197 | D:7      | 31197 ||| Stepping ~*~*~tactically~*~*~ (outnumbered).
 31199 | D:7      | 31199 ||| Stepping ~*~*~tactically~*~*~ (outnumbered).
 31201 | D:7      | 31201 ||| Stepping ~*~*~tactically~*~*~ (outnumbered).
 31203 | D:7      | 31203 ||| Stepping ~*~*~tactically~*~*~ (outnumbered).
 31205 | D:7      | 31205 ||| Stepping ~*~*~tactically~*~*~ (outnumbered).
 31207 | D:7      | 31207 ||| Stepping ~*~*~tactically~*~*~ (outnumbered).
 31209 | D:7      | 31209 ||| Stepping ~*~*~tactically~*~*~ (outnumbered).
 31211 | D:7      | 31211 ||| Stepping ~*~*~tactically~*~*~ (outnumbered).
 31213 | D:7      | 31213 ||| Stepping ~*~*~tactically~*~*~ (outnumbered).
 31215 | D:7      | 31215 ||| Stepping ~*~*~tactically~*~*~ (outnumbered).
 31217 | D:7      | 31217 ||| Stepping ~*~*~tactically~*~*~ (outnumbered).
 31219 | D:7      | 31219 ||| Stepping ~*~*~tactically~*~*~ (outnumbered).
 31221 | D:7      | 31221 ||| Stepping ~*~*~tactically~*~*~ (outnumbered).
 31223 | D:7      | 31223 ||| Stepping ~*~*~tactically~*~*~ (outnumbered).
 31225 | D:7      | 31225 ||| Stepping ~*~*~tactically~*~*~ (outnumbered).
 31227 | D:7      | 31227 ||| Stepping ~*~*~tactically~*~*~ (outnumbered).
 31229 | D:7      | 31229 ||| Stepping ~*~*~tactically~*~*~ (outnumbered).
 31231 | D:7      | 31231 ||| Stepping ~*~*~tactically~*~*~ (outnumbered).
 31233 | D:7      | 31233 ||| Stepping ~*~*~tactically~*~*~ (outnumbered).
 31235 | D:7      | 31235 ||| Stepping ~*~*~tactically~*~*~ (outnumbered).
 31237 | D:7      | 31237 ||| Stepping ~*~*~tactically~*~*~ (outnumbered).
 31239 | D:7      | 31239 ||| Stepping ~*~*~tactically~*~*~ (outnumbered).
 31241 | D:7      | 31241 ||| Stepping ~*~*~tactically~*~*~ (outnumbered).
 31243 | D:7      | 31243 ||| Stepping ~*~*~tactically~*~*~ (outnumbered).
 31245 | D:7      | 31245 ||| Stepping ~*~*~tactically~*~*~ (outnumbered).
 31247 | D:7      | 31247 ||| Stepping ~*~*~tactically~*~*~ (outnumbered).
 31249 | D:7      | 31249 ||| Stepping ~*~*~tactically~*~*~ (outnumbered).
 31251 | D:7      | 31251 ||| Stepping ~*~*~tactically~*~*~ (outnumbered).
 31253 | D:7      | 31253 ||| Stepping ~*~*~tactically~*~*~ (outnumbered).
 31255 | D:7      | 31255 ||| Stepping ~*~*~tactically~*~*~ (outnumbered).
 31257 | D:7      | 31257 ||| Stepping ~*~*~tactically~*~*~ (outnumbered).
 31259 | D:7      | 31259 ||| Stepping ~*~*~tactically~*~*~ (outnumbered).
 31261 | D:7      | 31261 ||| Stepping ~*~*~tactically~*~*~ (outnumbered).
 31263 | D:7      | 31263 ||| Stepping ~*~*~tactically~*~*~ (outnumbered).
 31265 | D:7      | 31265 ||| Stepping ~*~*~tactically~*~*~ (outnumbered).
 31267 | D:7      | 31267 ||| Stepping ~*~*~tactically~*~*~ (outnumbered).
 31269 | D:7      | 31269 ||| Stepping ~*~*~tactically~*~*~ (outnumbered).
 31271 | D:7      | 31271 ||| Stepping ~*~*~tactically~*~*~ (outnumbered).
 31273 | D:7      | 31273 ||| Stepping ~*~*~tactically~*~*~ (outnumbered).
 31275 | D:7      | 31275 ||| Stepping ~*~*~tactically~*~*~ (outnumbered).
 31277 | D:7      | 31277 ||| Stepping ~*~*~tactically~*~*~ (outnumbered).
 31279 | D:7      | 31279 ||| Stepping ~*~*~tactically~*~*~ (outnumbered).
 31281 | D:7      | 31281 ||| Stepping ~*~*~tactically~*~*~ (outnumbered).
 31283 | D:7      | 31283 ||| Stepping ~*~*~tactically~*~*~ (outnumbered).
 31285 | D:7      | 31285 ||| Stepping ~*~*~tactically~*~*~ (outnumbered).
 31287 | D:7      | 31287 ||| Stepping ~*~*~tactically~*~*~ (outnumbered).
 31289 | D:7      | 31289 ||| Stepping ~*~*~tactically~*~*~ (outnumbered).
 31291 | D:7      | 31291 ||| Stepping ~*~*~tactically~*~*~ (outnumbered).
 31293 | D:7      | 31293 ||| Stepping ~*~*~tactically~*~*~ (outnumbered).
 31295 | D:7      | 31295 ||| Stepping ~*~*~tactically~*~*~ (outnumbered).
 31297 | D:7      | 31297 ||| Stepping ~*~*~tactically~*~*~ (outnumbered).
 31299 | D:7      | 31299 ||| Stepping ~*~*~tactically~*~*~ (outnumbered).
 31301 | D:7      | 31301 ||| Stepping ~*~*~tactically~*~*~ (outnumbered).
 31303 | D:7      | 31303 ||| Stepping ~*~*~tactically~*~*~ (outnumbered).
 31305 | D:7      | 31305 ||| Stepping ~*~*~tactically~*~*~ (outnumbered).
 31307 | D:7      | 31307 ||| Stepping ~*~*~tactically~*~*~ (outnumbered).
 31309 | D:7      | 31309 ||| Stepping ~*~*~tactically~*~*~ (outnumbered).
 31311 | D:7      | 31311 ||| Stepping ~*~*~tactically~*~*~ (outnumbered).
 31313 | D:7      | 31313 ||| Stepping ~*~*~tactically~*~*~ (outnumbered).
 31315 | D:7      | 31315 ||| Stepping ~*~*~tactically~*~*~ (outnumbered).
 31317 | D:7      | 31317 ||| Stepping ~*~*~tactically~*~*~ (outnumbered).
 31319 | D:7      | 31319 ||| Stepping ~*~*~tactically~*~*~ (outnumbered).
 31321 | D:7      | 31321 ||| Stepping ~*~*~tactically~*~*~ (outnumbered).
 31323 | D:7      | 31323 ||| Stepping ~*~*~tactically~*~*~ (outnumbered).
 31325 | D:7      | 31325 ||| Stepping ~*~*~tactically~*~*~ (outnumbered).
 31327 | D:7      | 31327 ||| Stepping ~*~*~tactically~*~*~ (outnumbered).
 31329 | D:7      | 31329 ||| Stepping ~*~*~tactically~*~*~ (outnumbered).
 31331 | D:7      | 31331 ||| Stepping ~*~*~tactically~*~*~ (outnumbered).
 31333 | D:7      | 31333 ||| Stepping ~*~*~tactically~*~*~ (outnumbered).
 31335 | D:7      | 31335 ||| Stepping ~*~*~tactically~*~*~ (outnumbered).
 31337 | D:7      | 31337 ||| Stepping ~*~*~tactically~*~*~ (outnumbered).
 31339 | D:7      | 31339 ||| Stepping ~*~*~tactically~*~*~ (outnumbered).
 31341 | D:7      | 31341 ||| Stepping ~*~*~tactically~*~*~ (outnumbered).
 31343 | D:7      | 31343 ||| Stepping ~*~*~tactically~*~*~ (outnumbered).
 31345 | D:7      | 31345 ||| Stepping ~*~*~tactically~*~*~ (outnumbered).
 31347 | D:7      | 31347 ||| Stepping ~*~*~tactically~*~*~ (outnumbered).
 31349 | D:7      | 31349 ||| Stepping ~*~*~tactically~*~*~ (outnumbered).
 31351 | D:7      | 31351 ||| Stepping ~*~*~tactically~*~*~ (outnumbered).
 31353 | D:7      | 31353 ||| Stepping ~*~*~tactically~*~*~ (outnumbered).
 31355 | D:7      | 31355 ||| Stepping ~*~*~tactically~*~*~ (outnumbered).
 31357 | D:7      | 31357 ||| Stepping ~*~*~tactically~*~*~ (outnumbered).
 31359 | D:7      | 31359 ||| Stepping ~*~*~tactically~*~*~ (outnumbered).
 31361 | D:7      | 31361 ||| Stepping ~*~*~tactically~*~*~ (outnumbered).
 31363 | D:7      | 31363 ||| Stepping ~*~*~tactically~*~*~ (outnumbered).
 31365 | D:7      | 31365 ||| Stepping ~*~*~tactically~*~*~ (outnumbered).
 31367 | D:7      | 31367 ||| Stepping ~*~*~tactically~*~*~ (outnumbered).
 31369 | D:7      | 31369 ||| Stepping ~*~*~tactically~*~*~ (outnumbered).
 31371 | D:7      | 31371 ||| Stepping ~*~*~tactically~*~*~ (outnumbered).
 31373 | D:7      | 31373 ||| Stepping ~*~*~tactically~*~*~ (outnumbered).
 31375 | D:7      | 31375 ||| Stepping ~*~*~tactically~*~*~ (outnumbered).
 31377 | D:7      | 31377 ||| Stepping ~*~*~tactically~*~*~ (outnumbered).
 31379 | D:7      | 31379 ||| Stepping ~*~*~tactically~*~*~ (outnumbered).
 31381 | D:7      | 31381 ||| Stepping ~*~*~tactically~*~*~ (outnumbered).
 31383 | D:7      | 31383 ||| Stepping ~*~*~tactically~*~*~ (outnumbered).
 31385 | D:7      | 31385 ||| Stepping ~*~*~tactically~*~*~ (outnumbered).
 31387 | D:7      | 31387 ||| Stepping ~*~*~tactically~*~*~ (outnumbered).
 31389 | D:7      | 31389 ||| Stepping ~*~*~tactically~*~*~ (outnumbered).
 31391 | D:7      | 31391 ||| Stepping ~*~*~tactically~*~*~ (outnumbered).
 31393 | D:7      | 31393 ||| Stepping ~*~*~tactically~*~*~ (outnumbered).
 31395 | D:7      | 31395 ||| Stepping ~*~*~tactically~*~*~ (outnumbered).
 31397 | D:7      | 31397 ||| Stepping ~*~*~tactically~*~*~ (outnumbered).
 31399 | D:7      | 31399 ||| Stepping ~*~*~tactically~*~*~ (outnumbered).
 31401 | D:7      | 31401 ||| Stepping ~*~*~tactically~*~*~ (outnumbered).
 31403 | D:7      | 31403 ||| Stepping ~*~*~tactically~*~*~ (outnumbered).
 31405 | D:7      | 31405 ||| Stepping ~*~*~tactically~*~*~ (outnumbered).
 31407 | D:7      | 31407 ||| Stepping ~*~*~tactically~*~*~ (outnumbered).
 31409 | D:7      | 31409 ||| Stepping ~*~*~tactically~*~*~ (outnumbered).
 31411 | D:7      | 31411 ||| Stepping ~*~*~tactically~*~*~ (outnumbered).
 31413 | D:7      | 31413 ||| Stepping ~*~*~tactically~*~*~ (outnumbered).
 31415 | D:7      | 31415 ||| Stepping ~*~*~tactically~*~*~ (outnumbered).
 31417 | D:7      | 31417 ||| Stepping ~*~*~tactically~*~*~ (outnumbered).
 31419 | D:7      | 31419 ||| Stepping ~*~*~tactically~*~*~ (outnumbered).
 31421 | D:7      | 31421 ||| Stepping ~*~*~tactically~*~*~ (outnumbered).
 31423 | D:7      | 31423 ||| Stepping ~*~*~tactically~*~*~ (outnumbered).
 31425 | D:7      | 31425 ||| Stepping ~*~*~tactically~*~*~ (outnumbered).
 31427 | D:7      | 31427 ||| Stepping ~*~*~tactically~*~*~ (outnumbered).
 31429 | D:7      | 31429 ||| Stepping ~*~*~tactically~*~*~ (outnumbered).
 31431 | D:7      | 31431 ||| Stepping ~*~*~tactically~*~*~ (outnumbered).
 31433 | D:7      | 31433 ||| Stepping ~*~*~tactically~*~*~ (outnumbered).
 31435 | D:7      | 31435 ||| Stepping ~*~*~tactically~*~*~ (outnumbered).
 31437 | D:7      | 31437 ||| Stepping ~*~*~tactically~*~*~ (outnumbered).
 31439 | D:7      | 31439 ||| Stepping ~*~*~tactically~*~*~ (outnumbered).
 31441 | D:7      | 31441 ||| Stepping ~*~*~tactically~*~*~ (outnumbered).
 31443 | D:7      | 31443 ||| Stepping ~*~*~tactically~*~*~ (outnumbered).
 31445 | D:7      | 31445 ||| Stepping ~*~*~tactically~*~*~ (outnumbered).
 31447 | D:7      | 31447 ||| Stepping ~*~*~tactically~*~*~ (outnumbered).
 31449 | D:7      | 31449 ||| Stepping ~*~*~tactically~*~*~ (outnumbered).
 31451 | D:7      | 31451 ||| Stepping ~*~*~tactically~*~*~ (outnumbered).
 31453 | D:7      | 31453 ||| Stepping ~*~*~tactically~*~*~ (outnumbered).
 31455 | D:7      | 31455 ||| Stepping ~*~*~tactically~*~*~ (outnumbered).
 31457 | D:7      | 31457 ||| Stepping ~*~*~tactically~*~*~ (outnumbered).
 31459 | D:7      | 31459 ||| Stepping ~*~*~tactically~*~*~ (outnumbered).
 31461 | D:7      | 31461 ||| Stepping ~*~*~tactically~*~*~ (outnumbered).
 31463 | D:7      | 31463 ||| Stepping ~*~*~tactically~*~*~ (outnumbered).
 31465 | D:7      | 31465 ||| Stepping ~*~*~tactically~*~*~ (outnumbered).
 31467 | D:7      | 31467 ||| Stepping ~*~*~tactically~*~*~ (outnumbered).
 31469 | D:7      | 31469 ||| Stepping ~*~*~tactically~*~*~ (outnumbered).
 31471 | D:7      | 31471 ||| Stepping ~*~*~tactically~*~*~ (outnumbered).
 31473 | D:7      | 31473 ||| Stepping ~*~*~tactically~*~*~ (outnumbered).
 31475 | D:7      | 31475 ||| Stepping ~*~*~tactically~*~*~ (outnumbered).
 31477 | D:7      | 31477 ||| Stepping ~*~*~tactically~*~*~ (outnumbered).
 31479 | D:7      | 31479 ||| Stepping ~*~*~tactically~*~*~ (outnumbered).
 31481 | D:7      | 31481 ||| Stepping ~*~*~tactically~*~*~ (outnumbered).
 31483 | D:7      | 31483 ||| Stepping ~*~*~tactically~*~*~ (outnumbered).
 31485 | D:7      | 31485 ||| Stepping ~*~*~tactically~*~*~ (outnumbered).
 31487 | D:7      | 31487 ||| Stepping ~*~*~tactically~*~*~ (outnumbered).
 31489 | D:7      | 31489 ||| Stepping ~*~*~tactically~*~*~ (outnumbered).
 31491 | D:7      | 31491 ||| Stepping ~*~*~tactically~*~*~ (outnumbered).
 31493 | D:7      | 31493 ||| Stepping ~*~*~tactically~*~*~ (outnumbered).
 31495 | D:7      | 31495 ||| Stepping ~*~*~tactically~*~*~ (outnumbered).
 31497 | D:7      | 31497 ||| Stepping ~*~*~tactically~*~*~ (outnumbered).
 31499 | D:7      | 31499 ||| Stepping ~*~*~tactically~*~*~ (outnumbered).
 31501 | D:7      | 31501 ||| Stepping ~*~*~tactically~*~*~ (outnumbered).
 31503 | D:7      | 31503 ||| Stepping ~*~*~tactically~*~*~ (outnumbered).
 31505 | D:7      | 31505 ||| Stepping ~*~*~tactically~*~*~ (outnumbered).
 31507 | D:7      | 31507 ||| Stepping ~*~*~tactically~*~*~ (outnumbered).
 31509 | D:7      | 31509 ||| Stepping ~*~*~tactically~*~*~ (outnumbered).
 31511 | D:7      | 31511 ||| Stepping ~*~*~tactically~*~*~ (outnumbered).
 31513 | D:7      | 31513 ||| Stepping ~*~*~tactically~*~*~ (outnumbered).
 31515 | D:7      | 31515 ||| Stepping ~*~*~tactically~*~*~ (outnumbered).
 31517 | D:7      | 31517 ||| Stepping ~*~*~tactically~*~*~ (outnumbered).
 31519 | D:7      | 31519 ||| Stepping ~*~*~tactically~*~*~ (outnumbered).
 31519 | D:7      | Glimpsed the power of Zot.
 31521 | D:7      | 31521 ||| Stepping ~*~*~tactically~*~*~ (outnumbered).
 31523 | D:7      | 31523 ||| Stepping ~*~*~tactically~*~*~ (outnumbered).
 31525 | D:7      | 31525 ||| Stepping ~*~*~tactically~*~*~ (outnumbered).
 31527 | D:7      | 31527 ||| Stepping ~*~*~tactically~*~*~ (outnumbered).
 31529 | D:7      | 31529 ||| Stepping ~*~*~tactically~*~*~ (outnumbered).
 31531 | D:7      | 31531 ||| Stepping ~*~*~tactically~*~*~ (outnumbered).
 31533 | D:7      | 31533 ||| Stepping ~*~*~tactically~*~*~ (outnumbered).
 31535 | D:7      | 31535 ||| Stepping ~*~*~tactically~*~*~ (outnumbered).
 31537 | D:7      | 31537 ||| Stepping ~*~*~tactically~*~*~ (outnumbered).
 31539 | D:7      | 31539 ||| Stepping ~*~*~tactically~*~*~ (outnumbered).
 31541 | D:7      | 31541 ||| Stepping ~*~*~tactically~*~*~ (outnumbered).
 31543 | D:7      | 31543 ||| Stepping ~*~*~tactically~*~*~ (outnumbered).
 31545 | D:7      | 31545 ||| Stepping ~*~*~tactically~*~*~ (outnumbered).
 31547 | D:7      | 31547 ||| Stepping ~*~*~tactically~*~*~ (outnumbered).
 31549 | D:7      | 31549 ||| Stepping ~*~*~tactically~*~*~ (outnumbered).
 31551 | D:7      | 31551 ||| Stepping ~*~*~tactically~*~*~ (outnumbered).
 31553 | D:7      | 31553 ||| Stepping ~*~*~tactically~*~*~ (outnumbered).
 31555 | D:7      | 31555 ||| Stepping ~*~*~tactically~*~*~ (outnumbered).
 31557 | D:7      | 31557 ||| Stepping ~*~*~tactically~*~*~ (outnumbered).
 31559 | D:7      | 31559 ||| Stepping ~*~*~tactically~*~*~ (outnumbered).
 31561 | D:7      | 31561 ||| Stepping ~*~*~tactically~*~*~ (outnumbered).
 31563 | D:7      | 31563 ||| Stepping ~*~*~tactically~*~*~ (outnumbered).
 31565 | D:7      | 31565 ||| Stepping ~*~*~tactically~*~*~ (outnumbered).
 31567 | D:7      | 31567 ||| Stepping ~*~*~tactically~*~*~ (outnumbered).
 31569 | D:7      | 31569 ||| Stepping ~*~*~tactically~*~*~ (outnumbered).
 31571 | D:7      | 31571 ||| Stepping ~*~*~tactically~*~*~ (outnumbered).
 31573 | D:7      | 31573 ||| Stepping ~*~*~tactically~*~*~ (outnumbered).
 31575 | D:7      | 31575 ||| Stepping ~*~*~tactically~*~*~ (outnumbered).
 31577 | D:7      | 31577 ||| Stepping ~*~*~tactically~*~*~ (outnumbered).
 31579 | D:7      | 31579 ||| Stepping ~*~*~tactically~*~*~ (outnumbered).
 31581 | D:7      | 31581 ||| Stepping ~*~*~tactically~*~*~ (outnumbered).
 31583 | D:7      | 31583 ||| Stepping ~*~*~tactically~*~*~ (outnumbered).
 31585 | D:7      | 31585 ||| Stepping ~*~*~tactically~*~*~ (outnumbered).
 31587 | D:7      | 31587 ||| Stepping ~*~*~tactically~*~*~ (outnumbered).
 31589 | D:7      | 31589 ||| Stepping ~*~*~tactically~*~*~ (outnumbered).
 31591 | D:7      | 31591 ||| Stepping ~*~*~tactically~*~*~ (outnumbered).
 31593 | D:7      | 31593 ||| Stepping ~*~*~tactically~*~*~ (outnumbered).
 31595 | D:7      | 31595 ||| Stepping ~*~*~tactically~*~*~ (outnumbered).
 31597 | D:7      | 31597 ||| Stepping ~*~*~tactically~*~*~ (outnumbered).
 31599 | D:7      | 31599 ||| Stepping ~*~*~tactically~*~*~ (outnumbered).
 31601 | D:7      | 31601 ||| Stepping ~*~*~tactically~*~*~ (outnumbered).
 31603 | D:7      | 31603 ||| Stepping ~*~*~tactically~*~*~ (outnumbered).
 31605 | D:7      | 31605 ||| Stepping ~*~*~tactically~*~*~ (outnumbered).
 31607 | D:7      | 31607 ||| Stepping ~*~*~tactically~*~*~ (outnumbered).
 31609 | D:7      | 31609 ||| Stepping ~*~*~tactically~*~*~ (outnumbered).
 31611 | D:7      | 31611 ||| Stepping ~*~*~tactically~*~*~ (outnumbered).
 31613 | D:7      | 31613 ||| Stepping ~*~*~tactically~*~*~ (outnumbered).
 31615 | D:7      | 31615 ||| Stepping ~*~*~tactically~*~*~ (outnumbered).
 31617 | D:7      | 31617 ||| Stepping ~*~*~tactically~*~*~ (outnumbered).
 31619 | D:7      | 31619 ||| Stepping ~*~*~tactically~*~*~ (outnumbered).
 31621 | D:7      | 31621 ||| Stepping ~*~*~tactically~*~*~ (outnumbered).
 31623 | D:7      | 31623 ||| Stepping ~*~*~tactically~*~*~ (outnumbered).
 31625 | D:7      | 31625 ||| Stepping ~*~*~tactically~*~*~ (outnumbered).
 31627 | D:7      | 31627 ||| Stepping ~*~*~tactically~*~*~ (outnumbered).
 31629 | D:7      | 31629 ||| Stepping ~*~*~tactically~*~*~ (outnumbered).
 31631 | D:7      | 31631 ||| Stepping ~*~*~tactically~*~*~ (outnumbered).
 31633 | D:7      | 31633 ||| Stepping ~*~*~tactically~*~*~ (outnumbered).
 31635 | D:7      | 31635 ||| Stepping ~*~*~tactically~*~*~ (outnumbered).
 31637 | D:7      | 31637 ||| Stepping ~*~*~tactically~*~*~ (outnumbered).
 31639 | D:7      | 31639 ||| Stepping ~*~*~tactically~*~*~ (outnumbered).
 31641 | D:7      | 31641 ||| Stepping ~*~*~tactically~*~*~ (outnumbered).
 31643 | D:7      | 31643 ||| Stepping ~*~*~tactically~*~*~ (outnumbered).
 31645 | D:7      | 31645 ||| Stepping ~*~*~tactically~*~*~ (outnumbered).
 31647 | D:7      | 31647 ||| Stepping ~*~*~tactically~*~*~ (outnumbered).
 31649 | D:7      | 31649 ||| Stepping ~*~*~tactically~*~*~ (outnumbered).
 31651 | D:7      | 31651 ||| Stepping ~*~*~tactically~*~*~ (outnumbered).
 31653 | D:7      | 31653 ||| Stepping ~*~*~tactically~*~*~ (outnumbered).
 31655 | D:7      | 31655 ||| Stepping ~*~*~tactically~*~*~ (outnumbered).
 31657 | D:7      | 31657 ||| Stepping ~*~*~tactically~*~*~ (outnumbered).
 31659 | D:7      | 31659 ||| Stepping ~*~*~tactically~*~*~ (outnumbered).
 31661 | D:7      | 31661 ||| Stepping ~*~*~tactically~*~*~ (outnumbered).
 31663 | D:7      | 31663 ||| Stepping ~*~*~tactically~*~*~ (outnumbered).
 31665 | D:7      | 31665 ||| Stepping ~*~*~tactically~*~*~ (outnumbered).
 31667 | D:7      | 31667 ||| Stepping ~*~*~tactically~*~*~ (outnumbered).
 31669 | D:7      | 31669 ||| Stepping ~*~*~tactically~*~*~ (outnumbered).
 31671 | D:7      | 31671 ||| Stepping ~*~*~tactically~*~*~ (outnumbered).
 31673 | D:7      | 31673 ||| Stepping ~*~*~tactically~*~*~ (outnumbered).
 31675 | D:7      | 31675 ||| Stepping ~*~*~tactically~*~*~ (outnumbered).
 31677 | D:7      | 31677 ||| Stepping ~*~*~tactically~*~*~ (outnumbered).
 31679 | D:7      | 31679 ||| Stepping ~*~*~tactically~*~*~ (outnumbered).
 31681 | D:7      | 31681 ||| Stepping ~*~*~tactically~*~*~ (outnumbered).
 31683 | D:7      | 31683 ||| Stepping ~*~*~tactically~*~*~ (outnumbered).
 31685 | D:7      | 31685 ||| Stepping ~*~*~tactically~*~*~ (outnumbered).
 31687 | D:7      | 31687 ||| Stepping ~*~*~tactically~*~*~ (outnumbered).
 31689 | D:7      | 31689 ||| Stepping ~*~*~tactically~*~*~ (outnumbered).
 31691 | D:7      | 31691 ||| Stepping ~*~*~tactically~*~*~ (outnumbered).
 31693 | D:7      | 31693 ||| Stepping ~*~*~tactically~*~*~ (outnumbered).
 31695 | D:7      | 31695 ||| Stepping ~*~*~tactically~*~*~ (outnumbered).
 31697 | D:7      | 31697 ||| Stepping ~*~*~tactically~*~*~ (outnumbered).
 31699 | D:7      | 31699 ||| Stepping ~*~*~tactically~*~*~ (outnumbered).
 31701 | D:7      | 31701 ||| Stepping ~*~*~tactically~*~*~ (outnumbered).
 31703 | D:7      | 31703 ||| Stepping ~*~*~tactically~*~*~ (outnumbered).
 31705 | D:7      | 31705 ||| Stepping ~*~*~tactically~*~*~ (outnumbered).
 31707 | D:7      | 31707 ||| Stepping ~*~*~tactically~*~*~ (outnumbered).
 31709 | D:7      | 31709 ||| Stepping ~*~*~tactically~*~*~ (outnumbered).
 31711 | D:7      | 31711 ||| Stepping ~*~*~tactically~*~*~ (outnumbered).
 31713 | D:7      | 31713 ||| Stepping ~*~*~tactically~*~*~ (outnumbered).
 31715 | D:7      | 31715 ||| Stepping ~*~*~tactically~*~*~ (outnumbered).
 31717 | D:7      | 31717 ||| Stepping ~*~*~tactically~*~*~ (outnumbered).
 31719 | D:7      | 31719 ||| Stepping ~*~*~tactically~*~*~ (outnumbered).
 31721 | D:7      | 31721 ||| Stepping ~*~*~tactically~*~*~ (outnumbered).
 31723 | D:7      | 31723 ||| Stepping ~*~*~tactically~*~*~ (outnumbered).
 31725 | D:7      | 31725 ||| Stepping ~*~*~tactically~*~*~ (outnumbered).
 31727 | D:7      | 31727 ||| Stepping ~*~*~tactically~*~*~ (outnumbered).
 31729 | D:7      | 31729 ||| Stepping ~*~*~tactically~*~*~ (outnumbered).
 31731 | D:7      | 31731 ||| Stepping ~*~*~tactically~*~*~ (outnumbered).
 31733 | D:7      | 31733 ||| Stepping ~*~*~tactically~*~*~ (outnumbered).
 31735 | D:7      | 31735 ||| Stepping ~*~*~tactically~*~*~ (outnumbered).
 31737 | D:7      | 31737 ||| Stepping ~*~*~tactically~*~*~ (outnumbered).
 31739 | D:7      | 31739 ||| Stepping ~*~*~tactically~*~*~ (outnumbered).
 31741 | D:7      | 31741 ||| Stepping ~*~*~tactically~*~*~ (outnumbered).
 31743 | D:7      | 31743 ||| Stepping ~*~*~tactically~*~*~ (outnumbered).
 31745 | D:7      | 31745 ||| Stepping ~*~*~tactically~*~*~ (outnumbered).
 31747 | D:7      | 31747 ||| Stepping ~*~*~tactically~*~*~ (outnumbered).
 31749 | D:7      | 31749 ||| Stepping ~*~*~tactically~*~*~ (outnumbered).
 31751 | D:7      | 31751 ||| Stepping ~*~*~tactically~*~*~ (outnumbered).
 31753 | D:7      | 31753 ||| Stepping ~*~*~tactically~*~*~ (outnumbered).
 31755 | D:7      | 31755 ||| Stepping ~*~*~tactically~*~*~ (outnumbered).
 31757 | D:7      | 31757 ||| Stepping ~*~*~tactically~*~*~ (outnumbered).
 31759 | D:7      | 31759 ||| Stepping ~*~*~tactically~*~*~ (outnumbered).
 31761 | D:7      | 31761 ||| Stepping ~*~*~tactically~*~*~ (outnumbered).
 31763 | D:7      | 31763 ||| Stepping ~*~*~tactically~*~*~ (outnumbered).
 31765 | D:7      | 31765 ||| Stepping ~*~*~tactically~*~*~ (outnumbered).
 31767 | D:7      | 31767 ||| Stepping ~*~*~tactically~*~*~ (outnumbered).
 31769 | D:7      | 31769 ||| Stepping ~*~*~tactically~*~*~ (outnumbered).
 31771 | D:7      | 31771 ||| Stepping ~*~*~tactically~*~*~ (outnumbered).
 31773 | D:7      | 31773 ||| Stepping ~*~*~tactically~*~*~ (outnumbered).
 31775 | D:7      | 31775 ||| Stepping ~*~*~tactically~*~*~ (outnumbered).
 31777 | D:7      | 31777 ||| Stepping ~*~*~tactically~*~*~ (outnumbered).
 31779 | D:7      | 31779 ||| Stepping ~*~*~tactically~*~*~ (outnumbered).
 31781 | D:7      | 31781 ||| Stepping ~*~*~tactically~*~*~ (outnumbered).
 31783 | D:7      | 31783 ||| Stepping ~*~*~tactically~*~*~ (outnumbered).
 31785 | D:7      | 31785 ||| Stepping ~*~*~tactically~*~*~ (outnumbered).
 31787 | D:7      | 31787 ||| Stepping ~*~*~tactically~*~*~ (outnumbered).
 31789 | D:7      | 31789 ||| Stepping ~*~*~tactically~*~*~ (outnumbered).
 31791 | D:7      | 31791 ||| Stepping ~*~*~tactically~*~*~ (outnumbered).
 31793 | D:7      | 31793 ||| Stepping ~*~*~tactically~*~*~ (outnumbered).
 31795 | D:7      | 31795 ||| Stepping ~*~*~tactically~*~*~ (outnumbered).
 31797 | D:7      | 31797 ||| Stepping ~*~*~tactically~*~*~ (outnumbered).
 31799 | D:7      | 31799 ||| Stepping ~*~*~tactically~*~*~ (outnumbered).
 31801 | D:7      | 31801 ||| Stepping ~*~*~tactically~*~*~ (outnumbered).
 31803 | D:7      | 31803 ||| Stepping ~*~*~tactically~*~*~ (outnumbered).
 31805 | D:7      | 31805 ||| Stepping ~*~*~tactically~*~*~ (outnumbered).
 31807 | D:7      | 31807 ||| Stepping ~*~*~tactically~*~*~ (outnumbered).
 31809 | D:7      | 31809 ||| Stepping ~*~*~tactically~*~*~ (outnumbered).
 31811 | D:7      | 31811 ||| Stepping ~*~*~tactically~*~*~ (outnumbered).
 31813 | D:7      | 31813 ||| Stepping ~*~*~tactically~*~*~ (outnumbered).
 31815 | D:7      | 31815 ||| Stepping ~*~*~tactically~*~*~ (outnumbered).
 31817 | D:7      | 31817 ||| Stepping ~*~*~tactically~*~*~ (outnumbered).
 31819 | D:7      | 31819 ||| Stepping ~*~*~tactically~*~*~ (outnumbered).
 31821 | D:7      | 31821 ||| Stepping ~*~*~tactically~*~*~ (outnumbered).
 31823 | D:7      | 31823 ||| Stepping ~*~*~tactically~*~*~ (outnumbered).
 31825 | D:7      | 31825 ||| Stepping ~*~*~tactically~*~*~ (outnumbered).
 31827 | D:7      | 31827 ||| Stepping ~*~*~tactically~*~*~ (outnumbered).
 31829 | D:7      | 31829 ||| Stepping ~*~*~tactically~*~*~ (outnumbered).
 31831 | D:7      | 31831 ||| Stepping ~*~*~tactically~*~*~ (outnumbered).
 31833 | D:7      | 31833 ||| Stepping ~*~*~tactically~*~*~ (outnumbered).
 31835 | D:7      | 31835 ||| Stepping ~*~*~tactically~*~*~ (outnumbered).
 31837 | D:7      | 31837 ||| Stepping ~*~*~tactically~*~*~ (outnumbered).
 31839 | D:7      | 31839 ||| Stepping ~*~*~tactically~*~*~ (outnumbered).
 31841 | D:7      | 31841 ||| Stepping ~*~*~tactically~*~*~ (outnumbered).
 31843 | D:7      | 31843 ||| Stepping ~*~*~tactically~*~*~ (outnumbered).
 31845 | D:7      | 31845 ||| Stepping ~*~*~tactically~*~*~ (outnumbered).
 31847 | D:7      | 31847 ||| Stepping ~*~*~tactically~*~*~ (outnumbered).
 31849 | D:7      | 31849 ||| Stepping ~*~*~tactically~*~*~ (outnumbered).
 31851 | D:7      | 31851 ||| Stepping ~*~*~tactically~*~*~ (outnumbered).
 31853 | D:7      | 31853 ||| Stepping ~*~*~tactically~*~*~ (outnumbered).
 31855 | D:7      | 31855 ||| Stepping ~*~*~tactically~*~*~ (outnumbered).
 31857 | D:7      | 31857 ||| Stepping ~*~*~tactically~*~*~ (outnumbered).
 31859 | D:7      | 31859 ||| Stepping ~*~*~tactically~*~*~ (outnumbered).
 31861 | D:7      | 31861 ||| Stepping ~*~*~tactically~*~*~ (outnumbered).
 31863 | D:7      | 31863 ||| Stepping ~*~*~tactically~*~*~ (outnumbered).
 31865 | D:7      | 31865 ||| Stepping ~*~*~tactically~*~*~ (outnumbered).
 31867 | D:7      | 31867 ||| Stepping ~*~*~tactically~*~*~ (outnumbered).
 31869 | D:7      | 31869 ||| Stepping ~*~*~tactically~*~*~ (outnumbered).
 31871 | D:7      | 31871 ||| Stepping ~*~*~tactically~*~*~ (outnumbered).
 31873 | D:7      | 31873 ||| Stepping ~*~*~tactically~*~*~ (outnumbered).
 31875 | D:7      | 31875 ||| Stepping ~*~*~tactically~*~*~ (outnumbered).
 31877 | D:7      | 31877 ||| Stepping ~*~*~tactically~*~*~ (outnumbered).
 31879 | D:7      | 31879 ||| Stepping ~*~*~tactically~*~*~ (outnumbered).
 31881 | D:7      | 31881 ||| Stepping ~*~*~tactically~*~*~ (outnumbered).
 31883 | D:7      | 31883 ||| Stepping ~*~*~tactically~*~*~ (outnumbered).
 31885 | D:7      | 31885 ||| Stepping ~*~*~tactically~*~*~ (outnumbered).
 31887 | D:7      | 31887 ||| Stepping ~*~*~tactically~*~*~ (outnumbered).
 31889 | D:7      | 31889 ||| Stepping ~*~*~tactically~*~*~ (outnumbered).
 31891 | D:7      | 31891 ||| Stepping ~*~*~tactically~*~*~ (outnumbered).
 31893 | D:7      | 31893 ||| Stepping ~*~*~tactically~*~*~ (outnumbered).
 31895 | D:7      | 31895 ||| Stepping ~*~*~tactically~*~*~ (outnumbered).
 31897 | D:7      | 31897 ||| Stepping ~*~*~tactically~*~*~ (outnumbered).
 31899 | D:7      | 31899 ||| Stepping ~*~*~tactically~*~*~ (outnumbered).
 31901 | D:7      | 31901 ||| Stepping ~*~*~tactically~*~*~ (outnumbered).
 31903 | D:7      | 31903 ||| Stepping ~*~*~tactically~*~*~ (outnumbered).
 31905 | D:7      | 31905 ||| Stepping ~*~*~tactically~*~*~ (outnumbered).
 31907 | D:7      | 31907 ||| Stepping ~*~*~tactically~*~*~ (outnumbered).
 31909 | D:7      | 31909 ||| Stepping ~*~*~tactically~*~*~ (outnumbered).
 31911 | D:7      | 31911 ||| Stepping ~*~*~tactically~*~*~ (outnumbered).
 31913 | D:7      | 31913 ||| Stepping ~*~*~tactically~*~*~ (outnumbered).
 31915 | D:7      | 31915 ||| Stepping ~*~*~tactically~*~*~ (outnumbered).
 31917 | D:7      | 31917 ||| Stepping ~*~*~tactically~*~*~ (outnumbered).
 31919 | D:7      | 31919 ||| Stepping ~*~*~tactically~*~*~ (outnumbered).
 31919 | D:7      | Glimpsed the power of Zot.
 31921 | D:7      | 31921 ||| Stepping ~*~*~tactically~*~*~ (outnumbered).
 31923 | D:7      | 31923 ||| Stepping ~*~*~tactically~*~*~ (outnumbered).
 31925 | D:7      | 31925 ||| Stepping ~*~*~tactically~*~*~ (outnumbered).
 31927 | D:7      | 31927 ||| Stepping ~*~*~tactically~*~*~ (outnumbered).
 31929 | D:7      | 31929 ||| Stepping ~*~*~tactically~*~*~ (outnumbered).
 31931 | D:7      | 31931 ||| Stepping ~*~*~tactically~*~*~ (outnumbered).
 31933 | D:7      | 31933 ||| Stepping ~*~*~tactically~*~*~ (outnumbered).
 31935 | D:7      | 31935 ||| Stepping ~*~*~tactically~*~*~ (outnumbered).
 31937 | D:7      | 31937 ||| Stepping ~*~*~tactically~*~*~ (outnumbered).
 31939 | D:7      | 31939 ||| Stepping ~*~*~tactically~*~*~ (outnumbered).
 31941 | D:7      | 31941 ||| Stepping ~*~*~tactically~*~*~ (outnumbered).
 31943 | D:7      | 31943 ||| Stepping ~*~*~tactically~*~*~ (outnumbered).
 31945 | D:7      | 31945 ||| Stepping ~*~*~tactically~*~*~ (outnumbered).
 31947 | D:7      | 31947 ||| Stepping ~*~*~tactically~*~*~ (outnumbered).
 31949 | D:7      | 31949 ||| Stepping ~*~*~tactically~*~*~ (outnumbered).
 31951 | D:7      | 31951 ||| Stepping ~*~*~tactically~*~*~ (outnumbered).
 31953 | D:7      | 31953 ||| Stepping ~*~*~tactically~*~*~ (outnumbered).
 31955 | D:7      | 31955 ||| Stepping ~*~*~tactically~*~*~ (outnumbered).
 31957 | D:7      | 31957 ||| Stepping ~*~*~tactically~*~*~ (outnumbered).
 31959 | D:7      | 31959 ||| Stepping ~*~*~tactically~*~*~ (outnumbered).
 31961 | D:7      | 31961 ||| Stepping ~*~*~tactically~*~*~ (outnumbered).
 31963 | D:7      | 31963 ||| Stepping ~*~*~tactically~*~*~ (outnumbered).
 31965 | D:7      | 31965 ||| Stepping ~*~*~tactically~*~*~ (outnumbered).
 31967 | D:7      | 31967 ||| Stepping ~*~*~tactically~*~*~ (outnumbered).
 31969 | D:7      | 31969 ||| Stepping ~*~*~tactically~*~*~ (outnumbered).
 31971 | D:7      | 31971 ||| Stepping ~*~*~tactically~*~*~ (outnumbered).
 31973 | D:7      | 31973 ||| Stepping ~*~*~tactically~*~*~ (outnumbered).
 31975 | D:7      | 31975 ||| Stepping ~*~*~tactically~*~*~ (outnumbered).
 31977 | D:7      | 31977 ||| Stepping ~*~*~tactically~*~*~ (outnumbered).
 31979 | D:7      | 31979 ||| Stepping ~*~*~tactically~*~*~ (outnumbered).
 31981 | D:7      | 31981 ||| Stepping ~*~*~tactically~*~*~ (outnumbered).
 31983 | D:7      | 31983 ||| Stepping ~*~*~tactically~*~*~ (outnumbered).
 31985 | D:7      | 31985 ||| Stepping ~*~*~tactically~*~*~ (outnumbered).
 31987 | D:7      | 31987 ||| Stepping ~*~*~tactically~*~*~ (outnumbered).
 31989 | D:7      | 31989 ||| Stepping ~*~*~tactically~*~*~ (outnumbered).
 31991 | D:7      | 31991 ||| Stepping ~*~*~tactically~*~*~ (outnumbered).
 31993 | D:7      | 31993 ||| Stepping ~*~*~tactically~*~*~ (outnumbered).
 31995 | D:7      | 31995 ||| Stepping ~*~*~tactically~*~*~ (outnumbered).
 31997 | D:7      | 31997 ||| Stepping ~*~*~tactically~*~*~ (outnumbered).
 31999 | D:7      | 31999 ||| Stepping ~*~*~tactically~*~*~ (outnumbered).
 32001 | D:7      | 32001 ||| Stepping ~*~*~tactically~*~*~ (outnumbered).
 32003 | D:7      | 32003 ||| Stepping ~*~*~tactically~*~*~ (outnumbered).
 32005 | D:7      | 32005 ||| Stepping ~*~*~tactically~*~*~ (outnumbered).
 32007 | D:7      | 32007 ||| Stepping ~*~*~tactically~*~*~ (outnumbered).
 32009 | D:7      | 32009 ||| Stepping ~*~*~tactically~*~*~ (outnumbered).
 32011 | D:7      | 32011 ||| Stepping ~*~*~tactically~*~*~ (outnumbered).
 32013 | D:7      | 32013 ||| Stepping ~*~*~tactically~*~*~ (outnumbered).
 32015 | D:7      | 32015 ||| Stepping ~*~*~tactically~*~*~ (outnumbered).
 32017 | D:7      | 32017 ||| Stepping ~*~*~tactically~*~*~ (outnumbered).
 32019 | D:7      | 32019 ||| Stepping ~*~*~tactically~*~*~ (outnumbered).
 32019 | D:7      | Touched by the power of Zot.
 32020 | D:7      | Glimpsed the power of Zot.
 32021 | D:7      | 32021 ||| Stepping ~*~*~tactically~*~*~ (outnumbered).
 32023 | D:7      | 32023 ||| Stepping ~*~*~tactically~*~*~ (outnumbered).
 32025 | D:7      | 32025 ||| Stepping ~*~*~tactically~*~*~ (outnumbered).
 32027 | D:7      | 32027 ||| Stepping ~*~*~tactically~*~*~ (outnumbered).
 32029 | D:7      | 32029 ||| Stepping ~*~*~tactically~*~*~ (outnumbered).
 32031 | D:7      | 32031 ||| Stepping ~*~*~tactically~*~*~ (outnumbered).
 32033 | D:7      | 32033 ||| Stepping ~*~*~tactically~*~*~ (outnumbered).
 32035 | D:7      | 32035 ||| Stepping ~*~*~tactically~*~*~ (outnumbered).
 32037 | D:7      | 32037 ||| Stepping ~*~*~tactically~*~*~ (outnumbered).
 32039 | D:7      | 32039 ||| Stepping ~*~*~tactically~*~*~ (outnumbered).
 32041 | D:7      | 32041 ||| Stepping ~*~*~tactically~*~*~ (outnumbered).
 32043 | D:7      | 32043 ||| Stepping ~*~*~tactically~*~*~ (outnumbered).
 32045 | D:7      | 32045 ||| Stepping ~*~*~tactically~*~*~ (outnumbered).
 32047 | D:7      | 32047 ||| Stepping ~*~*~tactically~*~*~ (outnumbered).
 32049 | D:7      | 32049 ||| Stepping ~*~*~tactically~*~*~ (outnumbered).
 32051 | D:7      | 32051 ||| Stepping ~*~*~tactically~*~*~ (outnumbered).
 32053 | D:7      | 32053 ||| Stepping ~*~*~tactically~*~*~ (outnumbered).
 32055 | D:7      | 32055 ||| Stepping ~*~*~tactically~*~*~ (outnumbered).
 32057 | D:7      | 32057 ||| Stepping ~*~*~tactically~*~*~ (outnumbered).
 32059 | D:7      | 32059 ||| Stepping ~*~*~tactically~*~*~ (outnumbered).
 32061 | D:7      | 32061 ||| Stepping ~*~*~tactically~*~*~ (outnumbered).
 32063 | D:7      | 32063 ||| Stepping ~*~*~tactically~*~*~ (outnumbered).
 32065 | D:7      | 32065 ||| Stepping ~*~*~tactically~*~*~ (outnumbered).
 32067 | D:7      | 32067 ||| Stepping ~*~*~tactically~*~*~ (outnumbered).
 32069 | D:7      | 32069 ||| Stepping ~*~*~tactically~*~*~ (outnumbered).
 32071 | D:7      | 32071 ||| Stepping ~*~*~tactically~*~*~ (outnumbered).
 32073 | D:7      | 32073 ||| Stepping ~*~*~tactically~*~*~ (outnumbered).
 32075 | D:7      | 32075 ||| Stepping ~*~*~tactically~*~*~ (outnumbered).
 32077 | D:7      | 32077 ||| Stepping ~*~*~tactically~*~*~ (outnumbered).
 32079 | D:7      | 32079 ||| Stepping ~*~*~tactically~*~*~ (outnumbered).
 32081 | D:7      | 32081 ||| Stepping ~*~*~tactically~*~*~ (outnumbered).
 32083 | D:7      | 32083 ||| Stepping ~*~*~tactically~*~*~ (outnumbered).
 32085 | D:7      | 32085 ||| Stepping ~*~*~tactically~*~*~ (outnumbered).
 32087 | D:7      | 32087 ||| Stepping ~*~*~tactically~*~*~ (outnumbered).
 32089 | D:7      | 32089 ||| Stepping ~*~*~tactically~*~*~ (outnumbered).
 32091 | D:7      | 32091 ||| Stepping ~*~*~tactically~*~*~ (outnumbered).
 32093 | D:7      | 32093 ||| Stepping ~*~*~tactically~*~*~ (outnumbered).
 32095 | D:7      | 32095 ||| Stepping ~*~*~tactically~*~*~ (outnumbered).
 32097 | D:7      | 32097 ||| Stepping ~*~*~tactically~*~*~ (outnumbered).
 32099 | D:7      | 32099 ||| Stepping ~*~*~tactically~*~*~ (outnumbered).
 32101 | D:7      | 32101 ||| Stepping ~*~*~tactically~*~*~ (outnumbered).
 32103 | D:7      | 32103 ||| Stepping ~*~*~tactically~*~*~ (outnumbered).
 32105 | D:7      | 32105 ||| Stepping ~*~*~tactically~*~*~ (outnumbered).
 32107 | D:7      | 32107 ||| Stepping ~*~*~tactically~*~*~ (outnumbered).
 32109 | D:7      | 32109 ||| Stepping ~*~*~tactically~*~*~ (outnumbered).
 32111 | D:7      | 32111 ||| Stepping ~*~*~tactically~*~*~ (outnumbered).
 32113 | D:7      | 32113 ||| Stepping ~*~*~tactically~*~*~ (outnumbered).
 32115 | D:7      | 32115 ||| Stepping ~*~*~tactically~*~*~ (outnumbered).
 32117 | D:7      | 32117 ||| Stepping ~*~*~tactically~*~*~ (outnumbered).
 32119 | D:7      | 32119 ||| Stepping ~*~*~tactically~*~*~ (outnumbered).
 32121 | D:7      | 32121 ||| Stepping ~*~*~tactically~*~*~ (outnumbered).
 32123 | D:7      | 32123 ||| Stepping ~*~*~tactically~*~*~ (outnumbered).
 32125 | D:7      | 32125 ||| Stepping ~*~*~tactically~*~*~ (outnumbered).
 32127 | D:7      | 32127 ||| Stepping ~*~*~tactically~*~*~ (outnumbered).
 32129 | D:7      | 32129 ||| Stepping ~*~*~tactically~*~*~ (outnumbered).
 32131 | D:7      | 32131 ||| Stepping ~*~*~tactically~*~*~ (outnumbered).
 32133 | D:7      | 32133 ||| Stepping ~*~*~tactically~*~*~ (outnumbered).
 32135 | D:7      | 32135 ||| Stepping ~*~*~tactically~*~*~ (outnumbered).
 32137 | D:7      | 32137 ||| Stepping ~*~*~tactically~*~*~ (outnumbered).
 32139 | D:7      | 32139 ||| Stepping ~*~*~tactically~*~*~ (outnumbered).
 32141 | D:7      | 32141 ||| Stepping ~*~*~tactically~*~*~ (outnumbered).
 32143 | D:7      | 32143 ||| Stepping ~*~*~tactically~*~*~ (outnumbered).
 32145 | D:7      | 32145 ||| Stepping ~*~*~tactically~*~*~ (outnumbered).
 32147 | D:7      | 32147 ||| Stepping ~*~*~tactically~*~*~ (outnumbered).
 32149 | D:7      | 32149 ||| Stepping ~*~*~tactically~*~*~ (outnumbered).
 32151 | D:7      | 32151 ||| Stepping ~*~*~tactically~*~*~ (outnumbered).
 32153 | D:7      | 32153 ||| Stepping ~*~*~tactically~*~*~ (outnumbered).
 32155 | D:7      | 32155 ||| Stepping ~*~*~tactically~*~*~ (outnumbered).
 32157 | D:7      | 32157 ||| Stepping ~*~*~tactically~*~*~ (outnumbered).
 32159 | D:7      | 32159 ||| Stepping ~*~*~tactically~*~*~ (outnumbered).
 32161 | D:7      | 32161 ||| Stepping ~*~*~tactically~*~*~ (outnumbered).
 32163 | D:7      | 32163 ||| Stepping ~*~*~tactically~*~*~ (outnumbered).
 32165 | D:7      | 32165 ||| Stepping ~*~*~tactically~*~*~ (outnumbered).
 32167 | D:7      | 32167 ||| Stepping ~*~*~tactically~*~*~ (outnumbered).
 32169 | D:7      | 32169 ||| Stepping ~*~*~tactically~*~*~ (outnumbered).
 32171 | D:7      | 32171 ||| Stepping ~*~*~tactically~*~*~ (outnumbered).
 32173 | D:7      | 32173 ||| Stepping ~*~*~tactically~*~*~ (outnumbered).
 32175 | D:7      | 32175 ||| Stepping ~*~*~tactically~*~*~ (outnumbered).
 32177 | D:7      | 32177 ||| Stepping ~*~*~tactically~*~*~ (outnumbered).
 32179 | D:7      | 32179 ||| Stepping ~*~*~tactically~*~*~ (outnumbered).
 32181 | D:7      | 32181 ||| Stepping ~*~*~tactically~*~*~ (outnumbered).
 32183 | D:7      | 32183 ||| Stepping ~*~*~tactically~*~*~ (outnumbered).
 32185 | D:7      | 32185 ||| Stepping ~*~*~tactically~*~*~ (outnumbered).
 32187 | D:7      | 32187 ||| Stepping ~*~*~tactically~*~*~ (outnumbered).
 32189 | D:7      | 32189 ||| Stepping ~*~*~tactically~*~*~ (outnumbered).
 32191 | D:7      | 32191 ||| Stepping ~*~*~tactically~*~*~ (outnumbered).
 32193 | D:7      | 32193 ||| Stepping ~*~*~tactically~*~*~ (outnumbered).
 32195 | D:7      | 32195 ||| Stepping ~*~*~tactically~*~*~ (outnumbered).
 32197 | D:7      | 32197 ||| Stepping ~*~*~tactically~*~*~ (outnumbered).
 32199 | D:7      | 32199 ||| Stepping ~*~*~tactically~*~*~ (outnumbered).
 32201 | D:7      | 32201 ||| Stepping ~*~*~tactically~*~*~ (outnumbered).
 32203 | D:7      | 32203 ||| Stepping ~*~*~tactically~*~*~ (outnumbered).
 32205 | D:7      | 32205 ||| Stepping ~*~*~tactically~*~*~ (outnumbered).
 32207 | D:7      | 32207 ||| Stepping ~*~*~tactically~*~*~ (outnumbered).
 32209 | D:7      | 32209 ||| Stepping ~*~*~tactically~*~*~ (outnumbered).
 32211 | D:7      | 32211 ||| Stepping ~*~*~tactically~*~*~ (outnumbered).
 32213 | D:7      | 32213 ||| Stepping ~*~*~tactically~*~*~ (outnumbered).
 32215 | D:7      | 32215 ||| Stepping ~*~*~tactically~*~*~ (outnumbered).
 32217 | D:7      | 32217 ||| Stepping ~*~*~tactically~*~*~ (outnumbered).
 32219 | D:7      | 32219 ||| Stepping ~*~*~tactically~*~*~ (outnumbered).
 32221 | D:7      | 32221 ||| Stepping ~*~*~tactically~*~*~ (outnumbered).
 32223 | D:7      | 32223 ||| Stepping ~*~*~tactically~*~*~ (outnumbered).
 32225 | D:7      | 32225 ||| Stepping ~*~*~tactically~*~*~ (outnumbered).
 32227 | D:7      | 32227 ||| Stepping ~*~*~tactically~*~*~ (outnumbered).
 32229 | D:7      | 32229 ||| Stepping ~*~*~tactically~*~*~ (outnumbered).
 32231 | D:7      | 32231 ||| Stepping ~*~*~tactically~*~*~ (outnumbered).
 32233 | D:7      | 32233 ||| Stepping ~*~*~tactically~*~*~ (outnumbered).
 32235 | D:7      | 32235 ||| Stepping ~*~*~tactically~*~*~ (outnumbered).
 32237 | D:7      | 32237 ||| Stepping ~*~*~tactically~*~*~ (outnumbered).
 32239 | D:7      | 32239 ||| Stepping ~*~*~tactically~*~*~ (outnumbered).
 32241 | D:7      | 32241 ||| Stepping ~*~*~tactically~*~*~ (outnumbered).
 32243 | D:7      | 32243 ||| Stepping ~*~*~tactically~*~*~ (outnumbered).
 32245 | D:7      | 32245 ||| Stepping ~*~*~tactically~*~*~ (outnumbered).
 32247 | D:7      | 32247 ||| Stepping ~*~*~tactically~*~*~ (outnumbered).
 32249 | D:7      | 32249 ||| Stepping ~*~*~tactically~*~*~ (outnumbered).
 32251 | D:7      | 32251 ||| Stepping ~*~*~tactically~*~*~ (outnumbered).
 32253 | D:7      | 32253 ||| Stepping ~*~*~tactically~*~*~ (outnumbered).
 32255 | D:7      | 32255 ||| Stepping ~*~*~tactically~*~*~ (outnumbered).
 32257 | D:7      | 32257 ||| Stepping ~*~*~tactically~*~*~ (outnumbered).
 32259 | D:7      | 32259 ||| Stepping ~*~*~tactically~*~*~ (outnumbered).
 32261 | D:7      | 32261 ||| Stepping ~*~*~tactically~*~*~ (outnumbered).
 32263 | D:7      | 32263 ||| Stepping ~*~*~tactically~*~*~ (outnumbered).
 32265 | D:7      | 32265 ||| Stepping ~*~*~tactically~*~*~ (outnumbered).
 32267 | D:7      | 32267 ||| Stepping ~*~*~tactically~*~*~ (outnumbered).
 32269 | D:7      | 32269 ||| Stepping ~*~*~tactically~*~*~ (outnumbered).
 32271 | D:7      | 32271 ||| Stepping ~*~*~tactically~*~*~ (outnumbered).
 32273 | D:7      | 32273 ||| Stepping ~*~*~tactically~*~*~ (outnumbered).
 32275 | D:7      | 32275 ||| Stepping ~*~*~tactically~*~*~ (outnumbered).
 32277 | D:7      | 32277 ||| Stepping ~*~*~tactically~*~*~ (outnumbered).
 32279 | D:7      | 32279 ||| Stepping ~*~*~tactically~*~*~ (outnumbered).
 32281 | D:7      | 32281 ||| Stepping ~*~*~tactically~*~*~ (outnumbered).
 32283 | D:7      | 32283 ||| Stepping ~*~*~tactically~*~*~ (outnumbered).
 32285 | D:7      | 32285 ||| Stepping ~*~*~tactically~*~*~ (outnumbered).
 32287 | D:7      | 32287 ||| Stepping ~*~*~tactically~*~*~ (outnumbered).
 32289 | D:7      | 32289 ||| Stepping ~*~*~tactically~*~*~ (outnumbered).
 32291 | D:7      | 32291 ||| Stepping ~*~*~tactically~*~*~ (outnumbered).
 32293 | D:7      | 32293 ||| Stepping ~*~*~tactically~*~*~ (outnumbered).
 32295 | D:7      | 32295 ||| Stepping ~*~*~tactically~*~*~ (outnumbered).
 32297 | D:7      | 32297 ||| Stepping ~*~*~tactically~*~*~ (outnumbered).
 32299 | D:7      | 32299 ||| Stepping ~*~*~tactically~*~*~ (outnumbered).
 32301 | D:7      | 32301 ||| Stepping ~*~*~tactically~*~*~ (outnumbered).
 32303 | D:7      | 32303 ||| Stepping ~*~*~tactically~*~*~ (outnumbered).
 32305 | D:7      | 32305 ||| Stepping ~*~*~tactically~*~*~ (outnumbered).
 32307 | D:7      | 32307 ||| Stepping ~*~*~tactically~*~*~ (outnumbered).
 32309 | D:7      | 32309 ||| Stepping ~*~*~tactically~*~*~ (outnumbered).
 32311 | D:7      | 32311 ||| Stepping ~*~*~tactically~*~*~ (outnumbered).
 32313 | D:7      | 32313 ||| Stepping ~*~*~tactically~*~*~ (outnumbered).
 32315 | D:7      | 32315 ||| Stepping ~*~*~tactically~*~*~ (outnumbered).
 32317 | D:7      | 32317 ||| Stepping ~*~*~tactically~*~*~ (outnumbered).
 32319 | D:7      | 32319 ||| Stepping ~*~*~tactically~*~*~ (outnumbered).
 32321 | D:7      | 32321 ||| Stepping ~*~*~tactically~*~*~ (outnumbered).
 32323 | D:7      | 32323 ||| Stepping ~*~*~tactically~*~*~ (outnumbered).
 32325 | D:7      | 32325 ||| Stepping ~*~*~tactically~*~*~ (outnumbered).
 32327 | D:7      | 32327 ||| Stepping ~*~*~tactically~*~*~ (outnumbered).
 32329 | D:7      | 32329 ||| Stepping ~*~*~tactically~*~*~ (outnumbered).
 32331 | D:7      | 32331 ||| Stepping ~*~*~tactically~*~*~ (outnumbered).
 32333 | D:7      | 32333 ||| Stepping ~*~*~tactically~*~*~ (outnumbered).
 32335 | D:7      | 32335 ||| Stepping ~*~*~tactically~*~*~ (outnumbered).
 32337 | D:7      | 32337 ||| Stepping ~*~*~tactically~*~*~ (outnumbered).
 32339 | D:7      | 32339 ||| Stepping ~*~*~tactically~*~*~ (outnumbered).
 32341 | D:7      | 32341 ||| Stepping ~*~*~tactically~*~*~ (outnumbered).
 32343 | D:7      | 32343 ||| Stepping ~*~*~tactically~*~*~ (outnumbered).
 32345 | D:7      | 32345 ||| Stepping ~*~*~tactically~*~*~ (outnumbered).
 32347 | D:7      | 32347 ||| Stepping ~*~*~tactically~*~*~ (outnumbered).
 32349 | D:7      | 32349 ||| Stepping ~*~*~tactically~*~*~ (outnumbered).
 32351 | D:7      | 32351 ||| Stepping ~*~*~tactically~*~*~ (outnumbered).
 32353 | D:7      | 32353 ||| Stepping ~*~*~tactically~*~*~ (outnumbered).
 32355 | D:7      | 32355 ||| Stepping ~*~*~tactically~*~*~ (outnumbered).
 32357 | D:7      | 32357 ||| Stepping ~*~*~tactically~*~*~ (outnumbered).
 32359 | D:7      | 32359 ||| Stepping ~*~*~tactically~*~*~ (outnumbered).
 32361 | D:7      | 32361 ||| Stepping ~*~*~tactically~*~*~ (outnumbered).
 32363 | D:7      | 32363 ||| Stepping ~*~*~tactically~*~*~ (outnumbered).
 32365 | D:7      | 32365 ||| Stepping ~*~*~tactically~*~*~ (outnumbered).
 32367 | D:7      | 32367 ||| Stepping ~*~*~tactically~*~*~ (outnumbered).
 32369 | D:7      | 32369 ||| Stepping ~*~*~tactically~*~*~ (outnumbered).
 32371 | D:7      | 32371 ||| Stepping ~*~*~tactically~*~*~ (outnumbered).
 32373 | D:7      | 32373 ||| Stepping ~*~*~tactically~*~*~ (outnumbered).
 32375 | D:7      | 32375 ||| Stepping ~*~*~tactically~*~*~ (outnumbered).
 32377 | D:7      | 32377 ||| Stepping ~*~*~tactically~*~*~ (outnumbered).
 32379 | D:7      | 32379 ||| Stepping ~*~*~tactically~*~*~ (outnumbered).
 32381 | D:7      | 32381 ||| Stepping ~*~*~tactically~*~*~ (outnumbered).
 32383 | D:7      | 32383 ||| Stepping ~*~*~tactically~*~*~ (outnumbered).
 32385 | D:7      | 32385 ||| Stepping ~*~*~tactically~*~*~ (outnumbered).
 32387 | D:7      | 32387 ||| Stepping ~*~*~tactically~*~*~ (outnumbered).
 32389 | D:7      | 32389 ||| Stepping ~*~*~tactically~*~*~ (outnumbered).
 32391 | D:7      | 32391 ||| Stepping ~*~*~tactically~*~*~ (outnumbered).
 32393 | D:7      | 32393 ||| Stepping ~*~*~tactically~*~*~ (outnumbered).
 32395 | D:7      | 32395 ||| Stepping ~*~*~tactically~*~*~ (outnumbered).
 32397 | D:7      | 32397 ||| Stepping ~*~*~tactically~*~*~ (outnumbered).
 32399 | D:7      | 32399 ||| Stepping ~*~*~tactically~*~*~ (outnumbered).
 32401 | D:7      | 32401 ||| Stepping ~*~*~tactically~*~*~ (outnumbered).
 32403 | D:7      | 32403 ||| Stepping ~*~*~tactically~*~*~ (outnumbered).
 32405 | D:7      | 32405 ||| Stepping ~*~*~tactically~*~*~ (outnumbered).
 32407 | D:7      | 32407 ||| Stepping ~*~*~tactically~*~*~ (outnumbered).
 32409 | D:7      | 32409 ||| Stepping ~*~*~tactically~*~*~ (outnumbered).
 32411 | D:7      | 32411 ||| Stepping ~*~*~tactically~*~*~ (outnumbered).
 32413 | D:7      | 32413 ||| Stepping ~*~*~tactically~*~*~ (outnumbered).
 32415 | D:7      | 32415 ||| Stepping ~*~*~tactically~*~*~ (outnumbered).
 32417 | D:7      | 32417 ||| Stepping ~*~*~tactically~*~*~ (outnumbered).
 32419 | D:7      | 32419 ||| Stepping ~*~*~tactically~*~*~ (outnumbered).
 32421 | D:7      | 32421 ||| Stepping ~*~*~tactically~*~*~ (outnumbered).
 32423 | D:7      | 32423 ||| Stepping ~*~*~tactically~*~*~ (outnumbered).
 32425 | D:7      | 32425 ||| Stepping ~*~*~tactically~*~*~ (outnumbered).
 32427 | D:7      | 32427 ||| Stepping ~*~*~tactically~*~*~ (outnumbered).
 32429 | D:7      | 32429 ||| Stepping ~*~*~tactically~*~*~ (outnumbered).
 32431 | D:7      | 32431 ||| Stepping ~*~*~tactically~*~*~ (outnumbered).
 32433 | D:7      | 32433 ||| Stepping ~*~*~tactically~*~*~ (outnumbered).
 32435 | D:7      | 32435 ||| Stepping ~*~*~tactically~*~*~ (outnumbered).
 32437 | D:7      | 32437 ||| Stepping ~*~*~tactically~*~*~ (outnumbered).
 32439 | D:7      | 32439 ||| Stepping ~*~*~tactically~*~*~ (outnumbered).
 32441 | D:7      | 32441 ||| Stepping ~*~*~tactically~*~*~ (outnumbered).
 32443 | D:7      | 32443 ||| Stepping ~*~*~tactically~*~*~ (outnumbered).
 32445 | D:7      | 32445 ||| Stepping ~*~*~tactically~*~*~ (outnumbered).
 32447 | D:7      | 32447 ||| Stepping ~*~*~tactically~*~*~ (outnumbered).
 32449 | D:7      | 32449 ||| Stepping ~*~*~tactically~*~*~ (outnumbered).
 32451 | D:7      | 32451 ||| Stepping ~*~*~tactically~*~*~ (outnumbered).
 32453 | D:7      | 32453 ||| Stepping ~*~*~tactically~*~*~ (outnumbered).
 32455 | D:7      | 32455 ||| Stepping ~*~*~tactically~*~*~ (outnumbered).
 32457 | D:7      | 32457 ||| Stepping ~*~*~tactically~*~*~ (outnumbered).
 32459 | D:7      | 32459 ||| Stepping ~*~*~tactically~*~*~ (outnumbered).
 32461 | D:7      | 32461 ||| Stepping ~*~*~tactically~*~*~ (outnumbered).
 32463 | D:7      | 32463 ||| Stepping ~*~*~tactically~*~*~ (outnumbered).
 32465 | D:7      | 32465 ||| Stepping ~*~*~tactically~*~*~ (outnumbered).
 32467 | D:7      | 32467 ||| Stepping ~*~*~tactically~*~*~ (outnumbered).
 32469 | D:7      | 32469 ||| Stepping ~*~*~tactically~*~*~ (outnumbered).
 32471 | D:7      | 32471 ||| Stepping ~*~*~tactically~*~*~ (outnumbered).
 32473 | D:7      | 32473 ||| Stepping ~*~*~tactically~*~*~ (outnumbered).
 32475 | D:7      | 32475 ||| Stepping ~*~*~tactically~*~*~ (outnumbered).
 32477 | D:7      | 32477 ||| Stepping ~*~*~tactically~*~*~ (outnumbered).
 32479 | D:7      | 32479 ||| Stepping ~*~*~tactically~*~*~ (outnumbered).
 32481 | D:7      | 32481 ||| Stepping ~*~*~tactically~*~*~ (outnumbered).
 32483 | D:7      | 32483 ||| Stepping ~*~*~tactically~*~*~ (outnumbered).
 32485 | D:7      | 32485 ||| Stepping ~*~*~tactically~*~*~ (outnumbered).
 32487 | D:7      | 32487 ||| Stepping ~*~*~tactically~*~*~ (outnumbered).
 32489 | D:7      | 32489 ||| Stepping ~*~*~tactically~*~*~ (outnumbered).
 32491 | D:7      | 32491 ||| Stepping ~*~*~tactically~*~*~ (outnumbered).
 32493 | D:7      | 32493 ||| Stepping ~*~*~tactically~*~*~ (outnumbered).
 32495 | D:7      | 32495 ||| Stepping ~*~*~tactically~*~*~ (outnumbered).
 32497 | D:7      | 32497 ||| Stepping ~*~*~tactically~*~*~ (outnumbered).
 32499 | D:7      | 32499 ||| Stepping ~*~*~tactically~*~*~ (outnumbered).
 32501 | D:7      | 32501 ||| Stepping ~*~*~tactically~*~*~ (outnumbered).
 32503 | D:7      | 32503 ||| Stepping ~*~*~tactically~*~*~ (outnumbered).
 32505 | D:7      | 32505 ||| Stepping ~*~*~tactically~*~*~ (outnumbered).
 32507 | D:7      | 32507 ||| Stepping ~*~*~tactically~*~*~ (outnumbered).
 32509 | D:7      | 32509 ||| Stepping ~*~*~tactically~*~*~ (outnumbered).
 32511 | D:7      | 32511 ||| Stepping ~*~*~tactically~*~*~ (outnumbered).
 32513 | D:7      | 32513 ||| Stepping ~*~*~tactically~*~*~ (outnumbered).
 32515 | D:7      | 32515 ||| Stepping ~*~*~tactically~*~*~ (outnumbered).
 32517 | D:7      | 32517 ||| Stepping ~*~*~tactically~*~*~ (outnumbered).
 32519 | D:7      | 32519 ||| Stepping ~*~*~tactically~*~*~ (outnumbered).
 32520 | D:7      | Glimpsed the power of Zot.
 32521 | D:7      | 32521 ||| Stepping ~*~*~tactically~*~*~ (outnumbered).
 32523 | D:7      | 32523 ||| Stepping ~*~*~tactically~*~*~ (outnumbered).
 32525 | D:7      | 32525 ||| Stepping ~*~*~tactically~*~*~ (outnumbered).
 32527 | D:7      | 32527 ||| Stepping ~*~*~tactically~*~*~ (outnumbered).
 32529 | D:7      | 32529 ||| Stepping ~*~*~tactically~*~*~ (outnumbered).
 32531 | D:7      | 32531 ||| Stepping ~*~*~tactically~*~*~ (outnumbered).
 32533 | D:7      | 32533 ||| Stepping ~*~*~tactically~*~*~ (outnumbered).
 32535 | D:7      | 32535 ||| Stepping ~*~*~tactically~*~*~ (outnumbered).
 32537 | D:7      | 32537 ||| Stepping ~*~*~tactically~*~*~ (outnumbered).
 32539 | D:7      | 32539 ||| Stepping ~*~*~tactically~*~*~ (outnumbered).
 32541 | D:7      | 32541 ||| Stepping ~*~*~tactically~*~*~ (outnumbered).
 32543 | D:7      | 32543 ||| Stepping ~*~*~tactically~*~*~ (outnumbered).
 32545 | D:7      | 32545 ||| Stepping ~*~*~tactically~*~*~ (outnumbered).
 32547 | D:7      | 32547 ||| Stepping ~*~*~tactically~*~*~ (outnumbered).
 32549 | D:7      | 32549 ||| Stepping ~*~*~tactically~*~*~ (outnumbered).
 32551 | D:7      | 32551 ||| Stepping ~*~*~tactically~*~*~ (outnumbered).
 32553 | D:7      | 32553 ||| Stepping ~*~*~tactically~*~*~ (outnumbered).
 32555 | D:7      | 32555 ||| Stepping ~*~*~tactically~*~*~ (outnumbered).
 32557 | D:7      | 32557 ||| Stepping ~*~*~tactically~*~*~ (outnumbered).
 32559 | D:7      | 32559 ||| Stepping ~*~*~tactically~*~*~ (outnumbered).
 32561 | D:7      | 32561 ||| Stepping ~*~*~tactically~*~*~ (outnumbered).
 32563 | D:7      | 32563 ||| Stepping ~*~*~tactically~*~*~ (outnumbered).
 32565 | D:7      | 32565 ||| Stepping ~*~*~tactically~*~*~ (outnumbered).
 32567 | D:7      | 32567 ||| Stepping ~*~*~tactically~*~*~ (outnumbered).
 32569 | D:7      | 32569 ||| Stepping ~*~*~tactically~*~*~ (outnumbered).
 32571 | D:7      | 32571 ||| Stepping ~*~*~tactically~*~*~ (outnumbered).
 32573 | D:7      | 32573 ||| Stepping ~*~*~tactically~*~*~ (outnumbered).
 32575 | D:7      | 32575 ||| Stepping ~*~*~tactically~*~*~ (outnumbered).
 32577 | D:7      | 32577 ||| Stepping ~*~*~tactically~*~*~ (outnumbered).
 32579 | D:7      | 32579 ||| Stepping ~*~*~tactically~*~*~ (outnumbered).
 32581 | D:7      | 32581 ||| Stepping ~*~*~tactically~*~*~ (outnumbered).
 32583 | D:7      | 32583 ||| Stepping ~*~*~tactically~*~*~ (outnumbered).
 32585 | D:7      | 32585 ||| Stepping ~*~*~tactically~*~*~ (outnumbered).
 32587 | D:7      | 32587 ||| Stepping ~*~*~tactically~*~*~ (outnumbered).
 32589 | D:7      | 32589 ||| Stepping ~*~*~tactically~*~*~ (outnumbered).
 32591 | D:7      | 32591 ||| Stepping ~*~*~tactically~*~*~ (outnumbered).
 32593 | D:7      | 32593 ||| Stepping ~*~*~tactically~*~*~ (outnumbered).
 32595 | D:7      | 32595 ||| Stepping ~*~*~tactically~*~*~ (outnumbered).
 32597 | D:7      | 32597 ||| Stepping ~*~*~tactically~*~*~ (outnumbered).
 32599 | D:7      | 32599 ||| Stepping ~*~*~tactically~*~*~ (outnumbered).
 32601 | D:7      | 32601 ||| Stepping ~*~*~tactically~*~*~ (outnumbered).
 32603 | D:7      | 32603 ||| Stepping ~*~*~tactically~*~*~ (outnumbered).
 32605 | D:7      | 32605 ||| Stepping ~*~*~tactically~*~*~ (outnumbered).
 32607 | D:7      | 32607 ||| Stepping ~*~*~tactically~*~*~ (outnumbered).
 32609 | D:7      | 32609 ||| Stepping ~*~*~tactically~*~*~ (outnumbered).
 32611 | D:7      | 32611 ||| Stepping ~*~*~tactically~*~*~ (outnumbered).
 32613 | D:7      | 32613 ||| Stepping ~*~*~tactically~*~*~ (outnumbered).
 32615 | D:7      | 32615 ||| Stepping ~*~*~tactically~*~*~ (outnumbered).
 32617 | D:7      | 32617 ||| Stepping ~*~*~tactically~*~*~ (outnumbered).
 32619 | D:7      | 32619 ||| Stepping ~*~*~tactically~*~*~ (outnumbered).
 32621 | D:7      | 32621 ||| Stepping ~*~*~tactically~*~*~ (outnumbered).
 32623 | D:7      | 32623 ||| Stepping ~*~*~tactically~*~*~ (outnumbered).
 32625 | D:7      | 32625 ||| Stepping ~*~*~tactically~*~*~ (outnumbered).
 32627 | D:7      | 32627 ||| Stepping ~*~*~tactically~*~*~ (outnumbered).
 32629 | D:7      | 32629 ||| Stepping ~*~*~tactically~*~*~ (outnumbered).
 32631 | D:7      | 32631 ||| Stepping ~*~*~tactically~*~*~ (outnumbered).
 32633 | D:7      | 32633 ||| Stepping ~*~*~tactically~*~*~ (outnumbered).
 32635 | D:7      | 32635 ||| Stepping ~*~*~tactically~*~*~ (outnumbered).
 32637 | D:7      | 32637 ||| Stepping ~*~*~tactically~*~*~ (outnumbered).
 32639 | D:7      | 32639 ||| Stepping ~*~*~tactically~*~*~ (outnumbered).
 32641 | D:7      | 32641 ||| Stepping ~*~*~tactically~*~*~ (outnumbered).
 32643 | D:7      | 32643 ||| Stepping ~*~*~tactically~*~*~ (outnumbered).
 32645 | D:7      | 32645 ||| Stepping ~*~*~tactically~*~*~ (outnumbered).
 32647 | D:7      | 32647 ||| Stepping ~*~*~tactically~*~*~ (outnumbered).
 32649 | D:7      | 32649 ||| Stepping ~*~*~tactically~*~*~ (outnumbered).
 32651 | D:7      | 32651 ||| Stepping ~*~*~tactically~*~*~ (outnumbered).
 32653 | D:7      | 32653 ||| Stepping ~*~*~tactically~*~*~ (outnumbered).
 32655 | D:7      | 32655 ||| Stepping ~*~*~tactically~*~*~ (outnumbered).
 32657 | D:7      | 32657 ||| Stepping ~*~*~tactically~*~*~ (outnumbered).
 32659 | D:7      | 32659 ||| Stepping ~*~*~tactically~*~*~ (outnumbered).
 32661 | D:7      | 32661 ||| Stepping ~*~*~tactically~*~*~ (outnumbered).
 32663 | D:7      | 32663 ||| Stepping ~*~*~tactically~*~*~ (outnumbered).
 32665 | D:7      | 32665 ||| Stepping ~*~*~tactically~*~*~ (outnumbered).
 32667 | D:7      | 32667 ||| Stepping ~*~*~tactically~*~*~ (outnumbered).
 32669 | D:7      | 32669 ||| Stepping ~*~*~tactically~*~*~ (outnumbered).
 32671 | D:7      | 32671 ||| Stepping ~*~*~tactically~*~*~ (outnumbered).
 32673 | D:7      | 32673 ||| Stepping ~*~*~tactically~*~*~ (outnumbered).
 32675 | D:7      | 32675 ||| Stepping ~*~*~tactically~*~*~ (outnumbered).
 32677 | D:7      | 32677 ||| Stepping ~*~*~tactically~*~*~ (outnumbered).
 32679 | D:7      | 32679 ||| Stepping ~*~*~tactically~*~*~ (outnumbered).
 32681 | D:7      | 32681 ||| Stepping ~*~*~tactically~*~*~ (outnumbered).
 32683 | D:7      | 32683 ||| Stepping ~*~*~tactically~*~*~ (outnumbered).
 32685 | D:7      | 32685 ||| Stepping ~*~*~tactically~*~*~ (outnumbered).
 32687 | D:7      | 32687 ||| Stepping ~*~*~tactically~*~*~ (outnumbered).
 32689 | D:7      | 32689 ||| Stepping ~*~*~tactically~*~*~ (outnumbered).
 32691 | D:7      | 32691 ||| Stepping ~*~*~tactically~*~*~ (outnumbered).
 32693 | D:7      | 32693 ||| Stepping ~*~*~tactically~*~*~ (outnumbered).
 32695 | D:7      | 32695 ||| Stepping ~*~*~tactically~*~*~ (outnumbered).
 32697 | D:7      | 32697 ||| Stepping ~*~*~tactically~*~*~ (outnumbered).
 32699 | D:7      | 32699 ||| Stepping ~*~*~tactically~*~*~ (outnumbered).
 32701 | D:7      | 32701 ||| Stepping ~*~*~tactically~*~*~ (outnumbered).
 32703 | D:7      | 32703 ||| Stepping ~*~*~tactically~*~*~ (outnumbered).
 32705 | D:7      | 32705 ||| Stepping ~*~*~tactically~*~*~ (outnumbered).
 32707 | D:7      | 32707 ||| Stepping ~*~*~tactically~*~*~ (outnumbered).
 32709 | D:7      | 32709 ||| Stepping ~*~*~tactically~*~*~ (outnumbered).
 32711 | D:7      | 32711 ||| Stepping ~*~*~tactically~*~*~ (outnumbered).
 32713 | D:7      | 32713 ||| Stepping ~*~*~tactically~*~*~ (outnumbered).
 32715 | D:7      | 32715 ||| Stepping ~*~*~tactically~*~*~ (outnumbered).
 32717 | D:7      | 32717 ||| Stepping ~*~*~tactically~*~*~ (outnumbered).
 32719 | D:7      | 32719 ||| Stepping ~*~*~tactically~*~*~ (outnumbered).
 32721 | D:7      | 32721 ||| Stepping ~*~*~tactically~*~*~ (outnumbered).
 32723 | D:7      | 32723 ||| Stepping ~*~*~tactically~*~*~ (outnumbered).
 32725 | D:7      | 32725 ||| Stepping ~*~*~tactically~*~*~ (outnumbered).
 32727 | D:7      | 32727 ||| Stepping ~*~*~tactically~*~*~ (outnumbered).
 32729 | D:7      | 32729 ||| Stepping ~*~*~tactically~*~*~ (outnumbered).
 32731 | D:7      | 32731 ||| Stepping ~*~*~tactically~*~*~ (outnumbered).
 32733 | D:7      | 32733 ||| Stepping ~*~*~tactically~*~*~ (outnumbered).
 32735 | D:7      | 32735 ||| Stepping ~*~*~tactically~*~*~ (outnumbered).
 32737 | D:7      | 32737 ||| Stepping ~*~*~tactically~*~*~ (outnumbered).
 32739 | D:7      | 32739 ||| Stepping ~*~*~tactically~*~*~ (outnumbered).
 32741 | D:7      | 32741 ||| Stepping ~*~*~tactically~*~*~ (outnumbered).
 32743 | D:7      | 32743 ||| Stepping ~*~*~tactically~*~*~ (outnumbered).
 32745 | D:7      | 32745 ||| Stepping ~*~*~tactically~*~*~ (outnumbered).
 32747 | D:7      | 32747 ||| Stepping ~*~*~tactically~*~*~ (outnumbered).
 32749 | D:7      | 32749 ||| Stepping ~*~*~tactically~*~*~ (outnumbered).
 32751 | D:7      | 32751 ||| Stepping ~*~*~tactically~*~*~ (outnumbered).
 32753 | D:7      | 32753 ||| Stepping ~*~*~tactically~*~*~ (outnumbered).
 32755 | D:7      | 32755 ||| Stepping ~*~*~tactically~*~*~ (outnumbered).
 32757 | D:7      | 32757 ||| Stepping ~*~*~tactically~*~*~ (outnumbered).
 32759 | D:7      | 32759 ||| Stepping ~*~*~tactically~*~*~ (outnumbered).
 32761 | D:7      | 32761 ||| Stepping ~*~*~tactically~*~*~ (outnumbered).
 32763 | D:7      | 32763 ||| Stepping ~*~*~tactically~*~*~ (outnumbered).
 32765 | D:7      | 32765 ||| Stepping ~*~*~tactically~*~*~ (outnumbered).
 32767 | D:7      | 32767 ||| Stepping ~*~*~tactically~*~*~ (outnumbered).
 32769 | D:7      | 32769 ||| Stepping ~*~*~tactically~*~*~ (outnumbered).
 32771 | D:7      | 32771 ||| Stepping ~*~*~tactically~*~*~ (outnumbered).
 32773 | D:7      | 32773 ||| Stepping ~*~*~tactically~*~*~ (outnumbered).
 32775 | D:7      | 32775 ||| Stepping ~*~*~tactically~*~*~ (outnumbered).
 32777 | D:7      | 32777 ||| Stepping ~*~*~tactically~*~*~ (outnumbered).
 32779 | D:7      | 32779 ||| Stepping ~*~*~tactically~*~*~ (outnumbered).
 32781 | D:7      | 32781 ||| Stepping ~*~*~tactically~*~*~ (outnumbered).
 32783 | D:7      | 32783 ||| Stepping ~*~*~tactically~*~*~ (outnumbered).
 32785 | D:7      | 32785 ||| Stepping ~*~*~tactically~*~*~ (outnumbered).
 32787 | D:7      | 32787 ||| Stepping ~*~*~tactically~*~*~ (outnumbered).
 32789 | D:7      | 32789 ||| Stepping ~*~*~tactically~*~*~ (outnumbered).
 32791 | D:7      | 32791 ||| Stepping ~*~*~tactically~*~*~ (outnumbered).
 32793 | D:7      | 32793 ||| Stepping ~*~*~tactically~*~*~ (outnumbered).
 32795 | D:7      | 32795 ||| Stepping ~*~*~tactically~*~*~ (outnumbered).
 32797 | D:7      | 32797 ||| Stepping ~*~*~tactically~*~*~ (outnumbered).
 32799 | D:7      | 32799 ||| Stepping ~*~*~tactically~*~*~ (outnumbered).
 32801 | D:7      | 32801 ||| Stepping ~*~*~tactically~*~*~ (outnumbered).
 32803 | D:7      | 32803 ||| Stepping ~*~*~tactically~*~*~ (outnumbered).
 32805 | D:7      | 32805 ||| Stepping ~*~*~tactically~*~*~ (outnumbered).
 32807 | D:7      | 32807 ||| Stepping ~*~*~tactically~*~*~ (outnumbered).
 32809 | D:7      | 32809 ||| Stepping ~*~*~tactically~*~*~ (outnumbered).
 32811 | D:7      | 32811 ||| Stepping ~*~*~tactically~*~*~ (outnumbered).
 32813 | D:7      | 32813 ||| Stepping ~*~*~tactically~*~*~ (outnumbered).
 32815 | D:7      | 32815 ||| Stepping ~*~*~tactically~*~*~ (outnumbered).
 32817 | D:7      | 32817 ||| Stepping ~*~*~tactically~*~*~ (outnumbered).
 32819 | D:7      | 32819 ||| Stepping ~*~*~tactically~*~*~ (outnumbered).
 32821 | D:7      | 32821 ||| Stepping ~*~*~tactically~*~*~ (outnumbered).
 32823 | D:7      | 32823 ||| Stepping ~*~*~tactically~*~*~ (outnumbered).
 32825 | D:7      | 32825 ||| Stepping ~*~*~tactically~*~*~ (outnumbered).
 32827 | D:7      | 32827 ||| Stepping ~*~*~tactically~*~*~ (outnumbered).
 32829 | D:7      | 32829 ||| Stepping ~*~*~tactically~*~*~ (outnumbered).
 32831 | D:7      | 32831 ||| Stepping ~*~*~tactically~*~*~ (outnumbered).
 32833 | D:7      | 32833 ||| Stepping ~*~*~tactically~*~*~ (outnumbered).
 32835 | D:7      | 32835 ||| Stepping ~*~*~tactically~*~*~ (outnumbered).
 32837 | D:7      | 32837 ||| Stepping ~*~*~tactically~*~*~ (outnumbered).
 32839 | D:7      | 32839 ||| Stepping ~*~*~tactically~*~*~ (outnumbered).
 32841 | D:7      | 32841 ||| Stepping ~*~*~tactically~*~*~ (outnumbered).
 32843 | D:7      | 32843 ||| Stepping ~*~*~tactically~*~*~ (outnumbered).
 32845 | D:7      | 32845 ||| Stepping ~*~*~tactically~*~*~ (outnumbered).
 32847 | D:7      | 32847 ||| Stepping ~*~*~tactically~*~*~ (outnumbered).
 32849 | D:7      | 32849 ||| Stepping ~*~*~tactically~*~*~ (outnumbered).
 32851 | D:7      | 32851 ||| Stepping ~*~*~tactically~*~*~ (outnumbered).
 32853 | D:7      | 32853 ||| Stepping ~*~*~tactically~*~*~ (outnumbered).
 32855 | D:7      | 32855 ||| Stepping ~*~*~tactically~*~*~ (outnumbered).
 32857 | D:7      | 32857 ||| Stepping ~*~*~tactically~*~*~ (outnumbered).
 32859 | D:7      | 32859 ||| Stepping ~*~*~tactically~*~*~ (outnumbered).
 32861 | D:7      | 32861 ||| Stepping ~*~*~tactically~*~*~ (outnumbered).
 32863 | D:7      | 32863 ||| Stepping ~*~*~tactically~*~*~ (outnumbered).
 32865 | D:7      | 32865 ||| Stepping ~*~*~tactically~*~*~ (outnumbered).
 32867 | D:7      | 32867 ||| Stepping ~*~*~tactically~*~*~ (outnumbered).
 32869 | D:7      | 32869 ||| Stepping ~*~*~tactically~*~*~ (outnumbered).
 32871 | D:7      | 32871 ||| Stepping ~*~*~tactically~*~*~ (outnumbered).
 32873 | D:7      | 32873 ||| Stepping ~*~*~tactically~*~*~ (outnumbered).
 32875 | D:7      | 32875 ||| Stepping ~*~*~tactically~*~*~ (outnumbered).
 32877 | D:7      | 32877 ||| Stepping ~*~*~tactically~*~*~ (outnumbered).
 32879 | D:7      | 32879 ||| Stepping ~*~*~tactically~*~*~ (outnumbered).
 32881 | D:7      | 32881 ||| Stepping ~*~*~tactically~*~*~ (outnumbered).
 32883 | D:7      | 32883 ||| Stepping ~*~*~tactically~*~*~ (outnumbered).
 32885 | D:7      | 32885 ||| Stepping ~*~*~tactically~*~*~ (outnumbered).
 32887 | D:7      | 32887 ||| Stepping ~*~*~tactically~*~*~ (outnumbered).
 32889 | D:7      | 32889 ||| Stepping ~*~*~tactically~*~*~ (outnumbered).
 32891 | D:7      | 32891 ||| Stepping ~*~*~tactically~*~*~ (outnumbered).
 32893 | D:7      | 32893 ||| Stepping ~*~*~tactically~*~*~ (outnumbered).
 32895 | D:7      | 32895 ||| Stepping ~*~*~tactically~*~*~ (outnumbered).
 32897 | D:7      | 32897 ||| Stepping ~*~*~tactically~*~*~ (outnumbered).
 32899 | D:7      | 32899 ||| Stepping ~*~*~tactically~*~*~ (outnumbered).
 32901 | D:7      | 32901 ||| Stepping ~*~*~tactically~*~*~ (outnumbered).
 32903 | D:7      | 32903 ||| Stepping ~*~*~tactically~*~*~ (outnumbered).
 32905 | D:7      | 32905 ||| Stepping ~*~*~tactically~*~*~ (outnumbered).
 32907 | D:7      | 32907 ||| Stepping ~*~*~tactically~*~*~ (outnumbered).
 32909 | D:7      | 32909 ||| Stepping ~*~*~tactically~*~*~ (outnumbered).
 32911 | D:7      | 32911 ||| Stepping ~*~*~tactically~*~*~ (outnumbered).
 32913 | D:7      | 32913 ||| Stepping ~*~*~tactically~*~*~ (outnumbered).
 32915 | D:7      | 32915 ||| Stepping ~*~*~tactically~*~*~ (outnumbered).
 32917 | D:7      | 32917 ||| Stepping ~*~*~tactically~*~*~ (outnumbered).
 32919 | D:7      | 32919 ||| Stepping ~*~*~tactically~*~*~ (outnumbered).
 32920 | D:7      | Glimpsed the power of Zot.
 32921 | D:7      | 32921 ||| Stepping ~*~*~tactically~*~*~ (outnumbered).
 32923 | D:7      | 32923 ||| Stepping ~*~*~tactically~*~*~ (outnumbered).
 32925 | D:7      | 32925 ||| Stepping ~*~*~tactically~*~*~ (outnumbered).
 32927 | D:7      | 32927 ||| Stepping ~*~*~tactically~*~*~ (outnumbered).
 32929 | D:7      | 32929 ||| Stepping ~*~*~tactically~*~*~ (outnumbered).
 32931 | D:7      | 32931 ||| Stepping ~*~*~tactically~*~*~ (outnumbered).
 32933 | D:7      | 32933 ||| Stepping ~*~*~tactically~*~*~ (outnumbered).
 32935 | D:7      | 32935 ||| Stepping ~*~*~tactically~*~*~ (outnumbered).
 32937 | D:7      | 32937 ||| Stepping ~*~*~tactically~*~*~ (outnumbered).
 32939 | D:7      | 32939 ||| Stepping ~*~*~tactically~*~*~ (outnumbered).
 32941 | D:7      | 32941 ||| Stepping ~*~*~tactically~*~*~ (outnumbered).
 32943 | D:7      | 32943 ||| Stepping ~*~*~tactically~*~*~ (outnumbered).
 32945 | D:7      | 32945 ||| Stepping ~*~*~tactically~*~*~ (outnumbered).
 32947 | D:7      | 32947 ||| Stepping ~*~*~tactically~*~*~ (outnumbered).
 32949 | D:7      | 32949 ||| Stepping ~*~*~tactically~*~*~ (outnumbered).
 32951 | D:7      | 32951 ||| Stepping ~*~*~tactically~*~*~ (outnumbered).
 32953 | D:7      | 32953 ||| Stepping ~*~*~tactically~*~*~ (outnumbered).
 32955 | D:7      | 32955 ||| Stepping ~*~*~tactically~*~*~ (outnumbered).
 32957 | D:7      | 32957 ||| Stepping ~*~*~tactically~*~*~ (outnumbered).
 32959 | D:7      | 32959 ||| Stepping ~*~*~tactically~*~*~ (outnumbered).
 32961 | D:7      | 32961 ||| Stepping ~*~*~tactically~*~*~ (outnumbered).
 32963 | D:7      | 32963 ||| Stepping ~*~*~tactically~*~*~ (outnumbered).
 32965 | D:7      | 32965 ||| Stepping ~*~*~tactically~*~*~ (outnumbered).
 32967 | D:7      | 32967 ||| Stepping ~*~*~tactically~*~*~ (outnumbered).
 32969 | D:7      | 32969 ||| Stepping ~*~*~tactically~*~*~ (outnumbered).
 32971 | D:7      | 32971 ||| Stepping ~*~*~tactically~*~*~ (outnumbered).
 32973 | D:7      | 32973 ||| Stepping ~*~*~tactically~*~*~ (outnumbered).
 32975 | D:7      | 32975 ||| Stepping ~*~*~tactically~*~*~ (outnumbered).
 32977 | D:7      | 32977 ||| Stepping ~*~*~tactically~*~*~ (outnumbered).
 32979 | D:7      | 32979 ||| Stepping ~*~*~tactically~*~*~ (outnumbered).
 32981 | D:7      | 32981 ||| Stepping ~*~*~tactically~*~*~ (outnumbered).
 32983 | D:7      | 32983 ||| Stepping ~*~*~tactically~*~*~ (outnumbered).
 32985 | D:7      | 32985 ||| Stepping ~*~*~tactically~*~*~ (outnumbered).
 32987 | D:7      | 32987 ||| Stepping ~*~*~tactically~*~*~ (outnumbered).
 32989 | D:7      | 32989 ||| Stepping ~*~*~tactically~*~*~ (outnumbered).
 32991 | D:7      | 32991 ||| Stepping ~*~*~tactically~*~*~ (outnumbered).
 32993 | D:7      | 32993 ||| Stepping ~*~*~tactically~*~*~ (outnumbered).
 32995 | D:7      | 32995 ||| Stepping ~*~*~tactically~*~*~ (outnumbered).
 32997 | D:7      | 32997 ||| Stepping ~*~*~tactically~*~*~ (outnumbered).
 32999 | D:7      | 32999 ||| Stepping ~*~*~tactically~*~*~ (outnumbered).
 33001 | D:7      | 33001 ||| Stepping ~*~*~tactically~*~*~ (outnumbered).
 33003 | D:7      | 33003 ||| Stepping ~*~*~tactically~*~*~ (outnumbered).
 33005 | D:7      | 33005 ||| Stepping ~*~*~tactically~*~*~ (outnumbered).
 33007 | D:7      | 33007 ||| Stepping ~*~*~tactically~*~*~ (outnumbered).
 33009 | D:7      | 33009 ||| Stepping ~*~*~tactically~*~*~ (outnumbered).
 33011 | D:7      | 33011 ||| Stepping ~*~*~tactically~*~*~ (outnumbered).
 33013 | D:7      | 33013 ||| Stepping ~*~*~tactically~*~*~ (outnumbered).
 33015 | D:7      | 33015 ||| Stepping ~*~*~tactically~*~*~ (outnumbered).
 33017 | D:7      | 33017 ||| Stepping ~*~*~tactically~*~*~ (outnumbered).
 33019 | D:7      | 33019 ||| Stepping ~*~*~tactically~*~*~ (outnumbered).
 33019 | D:7      | Touched by the power of Zot.
 33020 | D:7      | Glimpsed the power of Zot.
 33021 | D:7      | 33021 ||| Stepping ~*~*~tactically~*~*~ (outnumbered).
 33023 | D:7      | 33023 ||| Stepping ~*~*~tactically~*~*~ (outnumbered).
 33025 | D:7      | 33025 ||| Stepping ~*~*~tactically~*~*~ (outnumbered).
 33027 | D:7      | 33027 ||| Stepping ~*~*~tactically~*~*~ (outnumbered).
 33029 | D:7      | 33029 ||| Stepping ~*~*~tactically~*~*~ (outnumbered).
 33031 | D:7      | 33031 ||| Stepping ~*~*~tactically~*~*~ (outnumbered).
 33033 | D:7      | 33033 ||| Stepping ~*~*~tactically~*~*~ (outnumbered).
 33035 | D:7      | 33035 ||| Stepping ~*~*~tactically~*~*~ (outnumbered).
 33037 | D:7      | 33037 ||| Stepping ~*~*~tactically~*~*~ (outnumbered).
 33039 | D:7      | 33039 ||| Stepping ~*~*~tactically~*~*~ (outnumbered).
 33041 | D:7      | 33041 ||| Stepping ~*~*~tactically~*~*~ (outnumbered).
 33043 | D:7      | 33043 ||| Stepping ~*~*~tactically~*~*~ (outnumbered).
 33045 | D:7      | 33045 ||| Stepping ~*~*~tactically~*~*~ (outnumbered).
 33047 | D:7      | 33047 ||| Stepping ~*~*~tactically~*~*~ (outnumbered).
 33049 | D:7      | 33049 ||| Stepping ~*~*~tactically~*~*~ (outnumbered).
 33051 | D:7      | 33051 ||| Stepping ~*~*~tactically~*~*~ (outnumbered).
 33053 | D:7      | 33053 ||| Stepping ~*~*~tactically~*~*~ (outnumbered).
 33055 | D:7      | 33055 ||| Stepping ~*~*~tactically~*~*~ (outnumbered).
 33057 | D:7      | 33057 ||| Stepping ~*~*~tactically~*~*~ (outnumbered).
 33059 | D:7      | 33059 ||| Stepping ~*~*~tactically~*~*~ (outnumbered).
 33061 | D:7      | 33061 ||| Stepping ~*~*~tactically~*~*~ (outnumbered).
 33063 | D:7      | 33063 ||| Stepping ~*~*~tactically~*~*~ (outnumbered).
 33065 | D:7      | 33065 ||| Stepping ~*~*~tactically~*~*~ (outnumbered).
 33067 | D:7      | 33067 ||| Stepping ~*~*~tactically~*~*~ (outnumbered).
 33069 | D:7      | 33069 ||| Stepping ~*~*~tactically~*~*~ (outnumbered).
 33071 | D:7      | 33071 ||| Stepping ~*~*~tactically~*~*~ (outnumbered).
 33073 | D:7      | 33073 ||| Stepping ~*~*~tactically~*~*~ (outnumbered).
 33075 | D:7      | 33075 ||| Stepping ~*~*~tactically~*~*~ (outnumbered).
 33077 | D:7      | 33077 ||| Stepping ~*~*~tactically~*~*~ (outnumbered).
 33079 | D:7      | 33079 ||| Stepping ~*~*~tactically~*~*~ (outnumbered).
 33081 | D:7      | 33081 ||| Stepping ~*~*~tactically~*~*~ (outnumbered).
 33083 | D:7      | 33083 ||| Stepping ~*~*~tactically~*~*~ (outnumbered).
 33085 | D:7      | 33085 ||| Stepping ~*~*~tactically~*~*~ (outnumbered).
 33087 | D:7      | 33087 ||| Stepping ~*~*~tactically~*~*~ (outnumbered).
 33089 | D:7      | 33089 ||| Stepping ~*~*~tactically~*~*~ (outnumbered).
 33091 | D:7      | 33091 ||| Stepping ~*~*~tactically~*~*~ (outnumbered).
 33093 | D:7      | 33093 ||| Stepping ~*~*~tactically~*~*~ (outnumbered).
 33095 | D:7      | 33095 ||| Stepping ~*~*~tactically~*~*~ (outnumbered).
 33097 | D:7      | 33097 ||| Stepping ~*~*~tactically~*~*~ (outnumbered).
 33099 | D:7      | 33099 ||| Stepping ~*~*~tactically~*~*~ (outnumbered).
 33101 | D:7      | 33101 ||| Stepping ~*~*~tactically~*~*~ (outnumbered).
 33103 | D:7      | 33103 ||| Stepping ~*~*~tactically~*~*~ (outnumbered).
 33105 | D:7      | 33105 ||| Stepping ~*~*~tactically~*~*~ (outnumbered).
 33107 | D:7      | 33107 ||| Stepping ~*~*~tactically~*~*~ (outnumbered).
 33109 | D:7      | 33109 ||| Stepping ~*~*~tactically~*~*~ (outnumbered).
 33111 | D:7      | 33111 ||| Stepping ~*~*~tactically~*~*~ (outnumbered).
 33113 | D:7      | 33113 ||| Stepping ~*~*~tactically~*~*~ (outnumbered).
 33115 | D:7      | 33115 ||| Stepping ~*~*~tactically~*~*~ (outnumbered).
 33117 | D:7      | 33117 ||| Stepping ~*~*~tactically~*~*~ (outnumbered).
 33119 | D:7      | 33119 ||| Stepping ~*~*~tactically~*~*~ (outnumbered).
 33121 | D:7      | 33121 ||| Stepping ~*~*~tactically~*~*~ (outnumbered).
 33123 | D:7      | 33123 ||| Stepping ~*~*~tactically~*~*~ (outnumbered).
 33125 | D:7      | 33125 ||| Stepping ~*~*~tactically~*~*~ (outnumbered).
 33127 | D:7      | 33127 ||| Stepping ~*~*~tactically~*~*~ (outnumbered).
 33129 | D:7      | 33129 ||| Stepping ~*~*~tactically~*~*~ (outnumbered).
 33131 | D:7      | 33131 ||| Stepping ~*~*~tactically~*~*~ (outnumbered).
 33133 | D:7      | 33133 ||| Stepping ~*~*~tactically~*~*~ (outnumbered).
 33135 | D:7      | 33135 ||| Stepping ~*~*~tactically~*~*~ (outnumbered).
 33137 | D:7      | 33137 ||| Stepping ~*~*~tactically~*~*~ (outnumbered).
 33139 | D:7      | 33139 ||| Stepping ~*~*~tactically~*~*~ (outnumbered).
 33141 | D:7      | 33141 ||| Stepping ~*~*~tactically~*~*~ (outnumbered).
 33143 | D:7      | 33143 ||| Stepping ~*~*~tactically~*~*~ (outnumbered).
 33145 | D:7      | 33145 ||| Stepping ~*~*~tactically~*~*~ (outnumbered).
 33147 | D:7      | 33147 ||| Stepping ~*~*~tactically~*~*~ (outnumbered).
 33149 | D:7      | 33149 ||| Stepping ~*~*~tactically~*~*~ (outnumbered).
 33151 | D:7      | 33151 ||| Stepping ~*~*~tactically~*~*~ (outnumbered).
 33153 | D:7      | 33153 ||| Stepping ~*~*~tactically~*~*~ (outnumbered).
 33155 | D:7      | 33155 ||| Stepping ~*~*~tactically~*~*~ (outnumbered).
 33157 | D:7      | 33157 ||| Stepping ~*~*~tactically~*~*~ (outnumbered).
 33159 | D:7      | 33159 ||| Stepping ~*~*~tactically~*~*~ (outnumbered).
 33161 | D:7      | 33161 ||| Stepping ~*~*~tactically~*~*~ (outnumbered).
 33163 | D:7      | 33163 ||| Stepping ~*~*~tactically~*~*~ (outnumbered).
 33165 | D:7      | 33165 ||| Stepping ~*~*~tactically~*~*~ (outnumbered).
 33167 | D:7      | 33167 ||| Stepping ~*~*~tactically~*~*~ (outnumbered).
 33169 | D:7      | 33169 ||| Stepping ~*~*~tactically~*~*~ (outnumbered).
 33171 | D:7      | 33171 ||| Stepping ~*~*~tactically~*~*~ (outnumbered).
 33173 | D:7      | 33173 ||| Stepping ~*~*~tactically~*~*~ (outnumbered).
 33175 | D:7      | 33175 ||| Stepping ~*~*~tactically~*~*~ (outnumbered).
 33177 | D:7      | 33177 ||| Stepping ~*~*~tactically~*~*~ (outnumbered).
 33179 | D:7      | 33179 ||| Stepping ~*~*~tactically~*~*~ (outnumbered).
 33181 | D:7      | 33181 ||| Stepping ~*~*~tactically~*~*~ (outnumbered).
 33183 | D:7      | 33183 ||| Stepping ~*~*~tactically~*~*~ (outnumbered).
 33185 | D:7      | 33185 ||| Stepping ~*~*~tactically~*~*~ (outnumbered).
 33187 | D:7      | 33187 ||| Stepping ~*~*~tactically~*~*~ (outnumbered).
 33189 | D:7      | 33189 ||| Stepping ~*~*~tactically~*~*~ (outnumbered).
 33191 | D:7      | 33191 ||| Stepping ~*~*~tactically~*~*~ (outnumbered).
 33193 | D:7      | 33193 ||| Stepping ~*~*~tactically~*~*~ (outnumbered).
 33195 | D:7      | 33195 ||| Stepping ~*~*~tactically~*~*~ (outnumbered).
 33197 | D:7      | 33197 ||| Stepping ~*~*~tactically~*~*~ (outnumbered).
 33199 | D:7      | 33199 ||| Stepping ~*~*~tactically~*~*~ (outnumbered).
 33201 | D:7      | 33201 ||| Stepping ~*~*~tactically~*~*~ (outnumbered).
 33203 | D:7      | 33203 ||| Stepping ~*~*~tactically~*~*~ (outnumbered).
 33205 | D:7      | 33205 ||| Stepping ~*~*~tactically~*~*~ (outnumbered).
 33207 | D:7      | 33207 ||| Stepping ~*~*~tactically~*~*~ (outnumbered).
 33209 | D:7      | 33209 ||| Stepping ~*~*~tactically~*~*~ (outnumbered).
 33211 | D:7      | 33211 ||| Stepping ~*~*~tactically~*~*~ (outnumbered).
 33213 | D:7      | 33213 ||| Stepping ~*~*~tactically~*~*~ (outnumbered).
 33215 | D:7      | 33215 ||| Stepping ~*~*~tactically~*~*~ (outnumbered).
 33217 | D:7      | 33217 ||| Stepping ~*~*~tactically~*~*~ (outnumbered).
 33219 | D:7      | 33219 ||| Stepping ~*~*~tactically~*~*~ (outnumbered).
 33221 | D:7      | 33221 ||| Stepping ~*~*~tactically~*~*~ (outnumbered).
 33223 | D:7      | 33223 ||| Stepping ~*~*~tactically~*~*~ (outnumbered).
 33225 | D:7      | 33225 ||| Stepping ~*~*~tactically~*~*~ (outnumbered).
 33227 | D:7      | 33227 ||| Stepping ~*~*~tactically~*~*~ (outnumbered).
 33229 | D:7      | 33229 ||| Stepping ~*~*~tactically~*~*~ (outnumbered).
 33231 | D:7      | 33231 ||| Stepping ~*~*~tactically~*~*~ (outnumbered).
 33233 | D:7      | 33233 ||| Stepping ~*~*~tactically~*~*~ (outnumbered).
 33235 | D:7      | 33235 ||| Stepping ~*~*~tactically~*~*~ (outnumbered).
 33237 | D:7      | 33237 ||| Stepping ~*~*~tactically~*~*~ (outnumbered).
 33239 | D:7      | 33239 ||| Stepping ~*~*~tactically~*~*~ (outnumbered).
 33241 | D:7      | 33241 ||| Stepping ~*~*~tactically~*~*~ (outnumbered).
 33243 | D:7      | 33243 ||| Stepping ~*~*~tactically~*~*~ (outnumbered).
 33245 | D:7      | 33245 ||| Stepping ~*~*~tactically~*~*~ (outnumbered).
 33247 | D:7      | 33247 ||| Stepping ~*~*~tactically~*~*~ (outnumbered).
 33249 | D:7      | 33249 ||| Stepping ~*~*~tactically~*~*~ (outnumbered).
 33251 | D:7      | 33251 ||| Stepping ~*~*~tactically~*~*~ (outnumbered).
 33253 | D:7      | 33253 ||| Stepping ~*~*~tactically~*~*~ (outnumbered).
 33255 | D:7      | 33255 ||| Stepping ~*~*~tactically~*~*~ (outnumbered).
 33257 | D:7      | 33257 ||| Stepping ~*~*~tactically~*~*~ (outnumbered).
 33259 | D:7      | 33259 ||| Stepping ~*~*~tactically~*~*~ (outnumbered).
 33261 | D:7      | 33261 ||| Stepping ~*~*~tactically~*~*~ (outnumbered).
 33263 | D:7      | 33263 ||| Stepping ~*~*~tactically~*~*~ (outnumbered).
 33265 | D:7      | 33265 ||| Stepping ~*~*~tactically~*~*~ (outnumbered).
 33267 | D:7      | 33267 ||| Stepping ~*~*~tactically~*~*~ (outnumbered).
 33269 | D:7      | 33269 ||| Stepping ~*~*~tactically~*~*~ (outnumbered).
 33271 | D:7      | 33271 ||| Stepping ~*~*~tactically~*~*~ (outnumbered).
 33273 | D:7      | 33273 ||| Stepping ~*~*~tactically~*~*~ (outnumbered).
 33275 | D:7      | 33275 ||| Stepping ~*~*~tactically~*~*~ (outnumbered).
 33277 | D:7      | 33277 ||| Stepping ~*~*~tactically~*~*~ (outnumbered).
 33279 | D:7      | 33279 ||| Stepping ~*~*~tactically~*~*~ (outnumbered).
 33281 | D:7      | 33281 ||| Stepping ~*~*~tactically~*~*~ (outnumbered).
 33283 | D:7      | 33283 ||| Stepping ~*~*~tactically~*~*~ (outnumbered).
 33285 | D:7      | 33285 ||| Stepping ~*~*~tactically~*~*~ (outnumbered).
 33287 | D:7      | 33287 ||| Stepping ~*~*~tactically~*~*~ (outnumbered).
 33289 | D:7      | 33289 ||| Stepping ~*~*~tactically~*~*~ (outnumbered).
 33291 | D:7      | 33291 ||| Stepping ~*~*~tactically~*~*~ (outnumbered).
 33293 | D:7      | 33293 ||| Stepping ~*~*~tactically~*~*~ (outnumbered).
 33295 | D:7      | 33295 ||| Stepping ~*~*~tactically~*~*~ (outnumbered).
 33297 | D:7      | 33297 ||| Stepping ~*~*~tactically~*~*~ (outnumbered).
 33299 | D:7      | 33299 ||| Stepping ~*~*~tactically~*~*~ (outnumbered).
 33301 | D:7      | 33301 ||| Stepping ~*~*~tactically~*~*~ (outnumbered).
 33303 | D:7      | 33303 ||| Stepping ~*~*~tactically~*~*~ (outnumbered).
 33305 | D:7      | 33305 ||| Stepping ~*~*~tactically~*~*~ (outnumbered).
 33307 | D:7      | 33307 ||| Stepping ~*~*~tactically~*~*~ (outnumbered).
 33309 | D:7      | 33309 ||| Stepping ~*~*~tactically~*~*~ (outnumbered).
 33311 | D:7      | 33311 ||| Stepping ~*~*~tactically~*~*~ (outnumbered).
 33313 | D:7      | 33313 ||| Stepping ~*~*~tactically~*~*~ (outnumbered).
 33315 | D:7      | 33315 ||| Stepping ~*~*~tactically~*~*~ (outnumbered).
 33317 | D:7      | 33317 ||| Stepping ~*~*~tactically~*~*~ (outnumbered).
 33319 | D:7      | 33319 ||| Stepping ~*~*~tactically~*~*~ (outnumbered).
 33321 | D:7      | 33321 ||| Stepping ~*~*~tactically~*~*~ (outnumbered).
 33323 | D:7      | 33323 ||| Stepping ~*~*~tactically~*~*~ (outnumbered).
 33325 | D:7      | 33325 ||| Stepping ~*~*~tactically~*~*~ (outnumbered).
 33327 | D:7      | 33327 ||| Stepping ~*~*~tactically~*~*~ (outnumbered).
 33329 | D:7      | 33329 ||| Stepping ~*~*~tactically~*~*~ (outnumbered).
 33331 | D:7      | 33331 ||| Stepping ~*~*~tactically~*~*~ (outnumbered).
 33333 | D:7      | 33333 ||| Stepping ~*~*~tactically~*~*~ (outnumbered).
 33335 | D:7      | 33335 ||| Stepping ~*~*~tactically~*~*~ (outnumbered).
 33337 | D:7      | 33337 ||| Stepping ~*~*~tactically~*~*~ (outnumbered).
 33339 | D:7      | 33339 ||| Stepping ~*~*~tactically~*~*~ (outnumbered).
 33341 | D:7      | 33341 ||| Stepping ~*~*~tactically~*~*~ (outnumbered).
 33343 | D:7      | 33343 ||| Stepping ~*~*~tactically~*~*~ (outnumbered).
 33345 | D:7      | 33345 ||| Stepping ~*~*~tactically~*~*~ (outnumbered).
 33347 | D:7      | 33347 ||| Stepping ~*~*~tactically~*~*~ (outnumbered).
 33349 | D:7      | 33349 ||| Stepping ~*~*~tactically~*~*~ (outnumbered).
 33351 | D:7      | 33351 ||| Stepping ~*~*~tactically~*~*~ (outnumbered).
 33353 | D:7      | 33353 ||| Stepping ~*~*~tactically~*~*~ (outnumbered).
 33355 | D:7      | 33355 ||| Stepping ~*~*~tactically~*~*~ (outnumbered).
 33357 | D:7      | 33357 ||| Stepping ~*~*~tactically~*~*~ (outnumbered).
 33359 | D:7      | 33359 ||| Stepping ~*~*~tactically~*~*~ (outnumbered).
 33361 | D:7      | 33361 ||| Stepping ~*~*~tactically~*~*~ (outnumbered).
 33363 | D:7      | 33363 ||| Stepping ~*~*~tactically~*~*~ (outnumbered).
 33365 | D:7      | 33365 ||| Stepping ~*~*~tactically~*~*~ (outnumbered).
 33367 | D:7      | 33367 ||| Stepping ~*~*~tactically~*~*~ (outnumbered).
 33369 | D:7      | 33369 ||| Stepping ~*~*~tactically~*~*~ (outnumbered).
 33371 | D:7      | 33371 ||| Stepping ~*~*~tactically~*~*~ (outnumbered).
 33373 | D:7      | 33373 ||| Stepping ~*~*~tactically~*~*~ (outnumbered).
 33375 | D:7      | 33375 ||| Stepping ~*~*~tactically~*~*~ (outnumbered).
 33377 | D:7      | 33377 ||| Stepping ~*~*~tactically~*~*~ (outnumbered).
 33379 | D:7      | 33379 ||| Stepping ~*~*~tactically~*~*~ (outnumbered).
 33381 | D:7      | 33381 ||| Stepping ~*~*~tactically~*~*~ (outnumbered).
 33383 | D:7      | 33383 ||| Stepping ~*~*~tactically~*~*~ (outnumbered).
 33385 | D:7      | 33385 ||| Stepping ~*~*~tactically~*~*~ (outnumbered).
 33387 | D:7      | 33387 ||| Stepping ~*~*~tactically~*~*~ (outnumbered).
 33389 | D:7      | 33389 ||| Stepping ~*~*~tactically~*~*~ (outnumbered).
 33391 | D:7      | 33391 ||| Stepping ~*~*~tactically~*~*~ (outnumbered).
 33393 | D:7      | 33393 ||| Stepping ~*~*~tactically~*~*~ (outnumbered).
 33395 | D:7      | 33395 ||| Stepping ~*~*~tactically~*~*~ (outnumbered).
 33397 | D:7      | 33397 ||| Stepping ~*~*~tactically~*~*~ (outnumbered).
 33399 | D:7      | 33399 ||| Stepping ~*~*~tactically~*~*~ (outnumbered).
 33401 | D:7      | 33401 ||| Stepping ~*~*~tactically~*~*~ (outnumbered).
 33403 | D:7      | 33403 ||| Stepping ~*~*~tactically~*~*~ (outnumbered).
 33405 | D:7      | 33405 ||| Stepping ~*~*~tactically~*~*~ (outnumbered).
 33407 | D:7      | 33407 ||| Stepping ~*~*~tactically~*~*~ (outnumbered).
 33409 | D:7      | 33409 ||| Stepping ~*~*~tactically~*~*~ (outnumbered).
 33411 | D:7      | 33411 ||| Stepping ~*~*~tactically~*~*~ (outnumbered).
 33413 | D:7      | 33413 ||| Stepping ~*~*~tactically~*~*~ (outnumbered).
 33415 | D:7      | 33415 ||| Stepping ~*~*~tactically~*~*~ (outnumbered).
 33417 | D:7      | 33417 ||| Stepping ~*~*~tactically~*~*~ (outnumbered).
 33419 | D:7      | 33419 ||| Stepping ~*~*~tactically~*~*~ (outnumbered).
 33421 | D:7      | 33421 ||| Stepping ~*~*~tactically~*~*~ (outnumbered).
 33423 | D:7      | 33423 ||| Stepping ~*~*~tactically~*~*~ (outnumbered).
 33425 | D:7      | 33425 ||| Stepping ~*~*~tactically~*~*~ (outnumbered).
 33427 | D:7      | 33427 ||| Stepping ~*~*~tactically~*~*~ (outnumbered).
 33429 | D:7      | 33429 ||| Stepping ~*~*~tactically~*~*~ (outnumbered).
 33431 | D:7      | 33431 ||| Stepping ~*~*~tactically~*~*~ (outnumbered).
 33433 | D:7      | 33433 ||| Stepping ~*~*~tactically~*~*~ (outnumbered).
 33435 | D:7      | 33435 ||| Stepping ~*~*~tactically~*~*~ (outnumbered).
 33437 | D:7      | 33437 ||| Stepping ~*~*~tactically~*~*~ (outnumbered).
 33439 | D:7      | 33439 ||| Stepping ~*~*~tactically~*~*~ (outnumbered).
 33441 | D:7      | 33441 ||| Stepping ~*~*~tactically~*~*~ (outnumbered).
 33443 | D:7      | 33443 ||| Stepping ~*~*~tactically~*~*~ (outnumbered).
 33445 | D:7      | 33445 ||| Stepping ~*~*~tactically~*~*~ (outnumbered).
 33447 | D:7      | 33447 ||| Stepping ~*~*~tactically~*~*~ (outnumbered).
 33449 | D:7      | 33449 ||| Stepping ~*~*~tactically~*~*~ (outnumbered).
 33451 | D:7      | 33451 ||| Stepping ~*~*~tactically~*~*~ (outnumbered).
 33453 | D:7      | 33453 ||| Stepping ~*~*~tactically~*~*~ (outnumbered).
 33455 | D:7      | 33455 ||| Stepping ~*~*~tactically~*~*~ (outnumbered).
 33457 | D:7      | 33457 ||| Stepping ~*~*~tactically~*~*~ (outnumbered).
 33459 | D:7      | 33459 ||| Stepping ~*~*~tactically~*~*~ (outnumbered).
 33461 | D:7      | 33461 ||| Stepping ~*~*~tactically~*~*~ (outnumbered).
 33463 | D:7      | 33463 ||| Stepping ~*~*~tactically~*~*~ (outnumbered).
 33465 | D:7      | 33465 ||| Stepping ~*~*~tactically~*~*~ (outnumbered).
 33467 | D:7      | 33467 ||| Stepping ~*~*~tactically~*~*~ (outnumbered).
 33469 | D:7      | 33469 ||| Stepping ~*~*~tactically~*~*~ (outnumbered).
 33471 | D:7      | 33471 ||| Stepping ~*~*~tactically~*~*~ (outnumbered).
 33473 | D:7      | 33473 ||| Stepping ~*~*~tactically~*~*~ (outnumbered).
 33475 | D:7      | 33475 ||| Stepping ~*~*~tactically~*~*~ (outnumbered).
 33477 | D:7      | 33477 ||| Stepping ~*~*~tactically~*~*~ (outnumbered).
 33479 | D:7      | 33479 ||| Stepping ~*~*~tactically~*~*~ (outnumbered).
 33481 | D:7      | 33481 ||| Stepping ~*~*~tactically~*~*~ (outnumbered).
 33483 | D:7      | 33483 ||| Stepping ~*~*~tactically~*~*~ (outnumbered).
 33485 | D:7      | 33485 ||| Stepping ~*~*~tactically~*~*~ (outnumbered).
 33487 | D:7      | 33487 ||| Stepping ~*~*~tactically~*~*~ (outnumbered).
 33489 | D:7      | 33489 ||| Stepping ~*~*~tactically~*~*~ (outnumbered).
 33491 | D:7      | 33491 ||| Stepping ~*~*~tactically~*~*~ (outnumbered).
 33493 | D:7      | 33493 ||| Stepping ~*~*~tactically~*~*~ (outnumbered).
 33495 | D:7      | 33495 ||| Stepping ~*~*~tactically~*~*~ (outnumbered).
 33497 | D:7      | 33497 ||| Stepping ~*~*~tactically~*~*~ (outnumbered).
 33499 | D:7      | 33499 ||| Stepping ~*~*~tactically~*~*~ (outnumbered).
 33501 | D:7      | 33501 ||| Stepping ~*~*~tactically~*~*~ (outnumbered).
 33503 | D:7      | 33503 ||| Stepping ~*~*~tactically~*~*~ (outnumbered).
 33505 | D:7      | 33505 ||| Stepping ~*~*~tactically~*~*~ (outnumbered).
 33507 | D:7      | 33507 ||| Stepping ~*~*~tactically~*~*~ (outnumbered).
 33509 | D:7      | 33509 ||| Stepping ~*~*~tactically~*~*~ (outnumbered).
 33511 | D:7      | 33511 ||| Stepping ~*~*~tactically~*~*~ (outnumbered).
 33513 | D:7      | 33513 ||| Stepping ~*~*~tactically~*~*~ (outnumbered).
 33515 | D:7      | 33515 ||| Stepping ~*~*~tactically~*~*~ (outnumbered).
 33517 | D:7      | 33517 ||| Stepping ~*~*~tactically~*~*~ (outnumbered).
 33519 | D:7      | 33519 ||| Stepping ~*~*~tactically~*~*~ (outnumbered).
 33520 | D:7      | Glimpsed the power of Zot.
 33521 | D:7      | 33521 ||| Stepping ~*~*~tactically~*~*~ (outnumbered).
 33523 | D:7      | 33523 ||| Stepping ~*~*~tactically~*~*~ (outnumbered).
 33525 | D:7      | 33525 ||| Stepping ~*~*~tactically~*~*~ (outnumbered).
 33527 | D:7      | 33527 ||| Stepping ~*~*~tactically~*~*~ (outnumbered).
 33529 | D:7      | 33529 ||| Stepping ~*~*~tactically~*~*~ (outnumbered).
 33531 | D:7      | 33531 ||| Stepping ~*~*~tactically~*~*~ (outnumbered).
 33533 | D:7      | 33533 ||| Stepping ~*~*~tactically~*~*~ (outnumbered).
 33535 | D:7      | 33535 ||| Stepping ~*~*~tactically~*~*~ (outnumbered).
 33537 | D:7      | 33537 ||| Stepping ~*~*~tactically~*~*~ (outnumbered).
 33539 | D:7      | 33539 ||| Stepping ~*~*~tactically~*~*~ (outnumbered).
 33541 | D:7      | 33541 ||| Stepping ~*~*~tactically~*~*~ (outnumbered).
 33543 | D:7      | 33543 ||| Stepping ~*~*~tactically~*~*~ (outnumbered).
 33545 | D:7      | 33545 ||| Stepping ~*~*~tactically~*~*~ (outnumbered).
 33547 | D:7      | 33547 ||| Stepping ~*~*~tactically~*~*~ (outnumbered).
 33549 | D:7      | 33549 ||| Stepping ~*~*~tactically~*~*~ (outnumbered).
 33551 | D:7      | 33551 ||| Stepping ~*~*~tactically~*~*~ (outnumbered).
 33553 | D:7      | 33553 ||| Stepping ~*~*~tactically~*~*~ (outnumbered).
 33555 | D:7      | 33555 ||| Stepping ~*~*~tactically~*~*~ (outnumbered).
 33557 | D:7      | 33557 ||| Stepping ~*~*~tactically~*~*~ (outnumbered).
 33559 | D:7      | 33559 ||| Stepping ~*~*~tactically~*~*~ (outnumbered).
 33561 | D:7      | 33561 ||| Stepping ~*~*~tactically~*~*~ (outnumbered).
 33563 | D:7      | 33563 ||| Stepping ~*~*~tactically~*~*~ (outnumbered).
 33565 | D:7      | 33565 ||| Stepping ~*~*~tactically~*~*~ (outnumbered).
 33567 | D:7      | 33567 ||| Stepping ~*~*~tactically~*~*~ (outnumbered).
 33569 | D:7      | 33569 ||| Stepping ~*~*~tactically~*~*~ (outnumbered).
 33571 | D:7      | 33571 ||| Stepping ~*~*~tactically~*~*~ (outnumbered).
 33573 | D:7      | 33573 ||| Stepping ~*~*~tactically~*~*~ (outnumbered).
 33575 | D:7      | 33575 ||| Stepping ~*~*~tactically~*~*~ (outnumbered).
 33577 | D:7      | 33577 ||| Stepping ~*~*~tactically~*~*~ (outnumbered).
 33579 | D:7      | 33579 ||| Stepping ~*~*~tactically~*~*~ (outnumbered).
 33581 | D:7      | 33581 ||| Stepping ~*~*~tactically~*~*~ (outnumbered).
 33583 | D:7      | 33583 ||| Stepping ~*~*~tactically~*~*~ (outnumbered).
 33585 | D:7      | 33585 ||| Stepping ~*~*~tactically~*~*~ (outnumbered).
 33587 | D:7      | 33587 ||| Stepping ~*~*~tactically~*~*~ (outnumbered).
 33589 | D:7      | 33589 ||| Stepping ~*~*~tactically~*~*~ (outnumbered).
 33591 | D:7      | 33591 ||| Stepping ~*~*~tactically~*~*~ (outnumbered).
 33593 | D:7      | 33593 ||| Stepping ~*~*~tactically~*~*~ (outnumbered).
 33595 | D:7      | 33595 ||| Stepping ~*~*~tactically~*~*~ (outnumbered).
 33597 | D:7      | 33597 ||| Stepping ~*~*~tactically~*~*~ (outnumbered).
 33599 | D:7      | 33599 ||| Stepping ~*~*~tactically~*~*~ (outnumbered).
 33601 | D:7      | 33601 ||| Stepping ~*~*~tactically~*~*~ (outnumbered).
 33603 | D:7      | 33603 ||| Stepping ~*~*~tactically~*~*~ (outnumbered).
 33605 | D:7      | 33605 ||| Stepping ~*~*~tactically~*~*~ (outnumbered).
 33607 | D:7      | 33607 ||| Stepping ~*~*~tactically~*~*~ (outnumbered).
 33609 | D:7      | 33609 ||| Stepping ~*~*~tactically~*~*~ (outnumbered).
 33611 | D:7      | 33611 ||| Stepping ~*~*~tactically~*~*~ (outnumbered).
 33613 | D:7      | 33613 ||| Stepping ~*~*~tactically~*~*~ (outnumbered).
 33615 | D:7      | 33615 ||| Stepping ~*~*~tactically~*~*~ (outnumbered).
 33617 | D:7      | 33617 ||| Stepping ~*~*~tactically~*~*~ (outnumbered).
 33619 | D:7      | 33619 ||| Stepping ~*~*~tactically~*~*~ (outnumbered).
 33621 | D:7      | 33621 ||| Stepping ~*~*~tactically~*~*~ (outnumbered).
 33623 | D:7      | 33623 ||| Stepping ~*~*~tactically~*~*~ (outnumbered).
 33625 | D:7      | 33625 ||| Stepping ~*~*~tactically~*~*~ (outnumbered).
 33627 | D:7      | 33627 ||| Stepping ~*~*~tactically~*~*~ (outnumbered).
 33629 | D:7      | 33629 ||| Stepping ~*~*~tactically~*~*~ (outnumbered).
 33631 | D:7      | 33631 ||| Stepping ~*~*~tactically~*~*~ (outnumbered).
 33633 | D:7      | 33633 ||| Stepping ~*~*~tactically~*~*~ (outnumbered).
 33635 | D:7      | 33635 ||| Stepping ~*~*~tactically~*~*~ (outnumbered).
 33637 | D:7      | 33637 ||| Stepping ~*~*~tactically~*~*~ (outnumbered).
 33639 | D:7      | 33639 ||| Stepping ~*~*~tactically~*~*~ (outnumbered).
 33641 | D:7      | 33641 ||| Stepping ~*~*~tactically~*~*~ (outnumbered).
 33643 | D:7      | 33643 ||| Stepping ~*~*~tactically~*~*~ (outnumbered).
 33645 | D:7      | 33645 ||| Stepping ~*~*~tactically~*~*~ (outnumbered).
 33647 | D:7      | 33647 ||| Stepping ~*~*~tactically~*~*~ (outnumbered).
 33649 | D:7      | 33649 ||| Stepping ~*~*~tactically~*~*~ (outnumbered).
 33651 | D:7      | 33651 ||| Stepping ~*~*~tactically~*~*~ (outnumbered).
 33653 | D:7      | 33653 ||| Stepping ~*~*~tactically~*~*~ (outnumbered).
 33655 | D:7      | 33655 ||| Stepping ~*~*~tactically~*~*~ (outnumbered).
 33657 | D:7      | 33657 ||| Stepping ~*~*~tactically~*~*~ (outnumbered).
 33659 | D:7      | 33659 ||| Stepping ~*~*~tactically~*~*~ (outnumbered).
 33661 | D:7      | 33661 ||| Stepping ~*~*~tactically~*~*~ (outnumbered).
 33663 | D:7      | 33663 ||| Stepping ~*~*~tactically~*~*~ (outnumbered).
 33665 | D:7      | 33665 ||| Stepping ~*~*~tactically~*~*~ (outnumbered).
 33667 | D:7      | 33667 ||| Stepping ~*~*~tactically~*~*~ (outnumbered).
 33669 | D:7      | 33669 ||| Stepping ~*~*~tactically~*~*~ (outnumbered).
 33671 | D:7      | 33671 ||| Stepping ~*~*~tactically~*~*~ (outnumbered).
 33673 | D:7      | 33673 ||| Stepping ~*~*~tactically~*~*~ (outnumbered).
 33675 | D:7      | 33675 ||| Stepping ~*~*~tactically~*~*~ (outnumbered).
 33677 | D:7      | 33677 ||| Stepping ~*~*~tactically~*~*~ (outnumbered).
 33679 | D:7      | 33679 ||| Stepping ~*~*~tactically~*~*~ (outnumbered).
 33681 | D:7      | 33681 ||| Stepping ~*~*~tactically~*~*~ (outnumbered).
 33683 | D:7      | 33683 ||| Stepping ~*~*~tactically~*~*~ (outnumbered).
 33685 | D:7      | 33685 ||| Stepping ~*~*~tactically~*~*~ (outnumbered).
 33687 | D:7      | 33687 ||| Stepping ~*~*~tactically~*~*~ (outnumbered).
 33689 | D:7      | 33689 ||| Stepping ~*~*~tactically~*~*~ (outnumbered).
 33691 | D:7      | 33691 ||| Stepping ~*~*~tactically~*~*~ (outnumbered).
 33693 | D:7      | 33693 ||| Stepping ~*~*~tactically~*~*~ (outnumbered).
 33695 | D:7      | 33695 ||| Stepping ~*~*~tactically~*~*~ (outnumbered).
 33697 | D:7      | 33697 ||| Stepping ~*~*~tactically~*~*~ (outnumbered).
 33699 | D:7      | 33699 ||| Stepping ~*~*~tactically~*~*~ (outnumbered).
 33701 | D:7      | 33701 ||| Stepping ~*~*~tactically~*~*~ (outnumbered).
 33703 | D:7      | 33703 ||| Stepping ~*~*~tactically~*~*~ (outnumbered).
 33705 | D:7      | 33705 ||| Stepping ~*~*~tactically~*~*~ (outnumbered).
 33707 | D:7      | 33707 ||| Stepping ~*~*~tactically~*~*~ (outnumbered).
 33709 | D:7      | 33709 ||| Stepping ~*~*~tactically~*~*~ (outnumbered).
 33711 | D:7      | 33711 ||| Stepping ~*~*~tactically~*~*~ (outnumbered).
 33713 | D:7      | 33713 ||| Stepping ~*~*~tactically~*~*~ (outnumbered).
 33715 | D:7      | 33715 ||| Stepping ~*~*~tactically~*~*~ (outnumbered).
 33717 | D:7      | 33717 ||| Stepping ~*~*~tactically~*~*~ (outnumbered).
 33719 | D:7      | 33719 ||| Stepping ~*~*~tactically~*~*~ (outnumbered).
 33721 | D:7      | 33721 ||| Stepping ~*~*~tactically~*~*~ (outnumbered).
 33723 | D:7      | 33723 ||| Stepping ~*~*~tactically~*~*~ (outnumbered).
 33725 | D:7      | 33725 ||| Stepping ~*~*~tactically~*~*~ (outnumbered).
 33727 | D:7      | 33727 ||| Stepping ~*~*~tactically~*~*~ (outnumbered).
 33729 | D:7      | 33729 ||| Stepping ~*~*~tactically~*~*~ (outnumbered).
 33731 | D:7      | 33731 ||| Stepping ~*~*~tactically~*~*~ (outnumbered).
 33733 | D:7      | 33733 ||| Stepping ~*~*~tactically~*~*~ (outnumbered).
 33735 | D:7      | 33735 ||| Stepping ~*~*~tactically~*~*~ (outnumbered).
 33737 | D:7      | 33737 ||| Stepping ~*~*~tactically~*~*~ (outnumbered).
 33739 | D:7      | 33739 ||| Stepping ~*~*~tactically~*~*~ (outnumbered).
 33741 | D:7      | 33741 ||| Stepping ~*~*~tactically~*~*~ (outnumbered).
 33743 | D:7      | 33743 ||| Stepping ~*~*~tactically~*~*~ (outnumbered).
 33745 | D:7      | 33745 ||| Stepping ~*~*~tactically~*~*~ (outnumbered).
 33747 | D:7      | 33747 ||| Stepping ~*~*~tactically~*~*~ (outnumbered).
 33749 | D:7      | 33749 ||| Stepping ~*~*~tactically~*~*~ (outnumbered).
 33751 | D:7      | 33751 ||| Stepping ~*~*~tactically~*~*~ (outnumbered).
 33753 | D:7      | 33753 ||| Stepping ~*~*~tactically~*~*~ (outnumbered).
 33755 | D:7      | 33755 ||| Stepping ~*~*~tactically~*~*~ (outnumbered).
 33757 | D:7      | 33757 ||| Stepping ~*~*~tactically~*~*~ (outnumbered).
 33759 | D:7      | 33759 ||| Stepping ~*~*~tactically~*~*~ (outnumbered).
 33761 | D:7      | 33761 ||| Stepping ~*~*~tactically~*~*~ (outnumbered).
 33763 | D:7      | 33763 ||| Stepping ~*~*~tactically~*~*~ (outnumbered).
 33765 | D:7      | 33765 ||| Stepping ~*~*~tactically~*~*~ (outnumbered).
 33767 | D:7      | 33767 ||| Stepping ~*~*~tactically~*~*~ (outnumbered).
 33769 | D:7      | 33769 ||| Stepping ~*~*~tactically~*~*~ (outnumbered).
 33771 | D:7      | 33771 ||| Stepping ~*~*~tactically~*~*~ (outnumbered).
 33773 | D:7      | 33773 ||| Stepping ~*~*~tactically~*~*~ (outnumbered).
 33775 | D:7      | 33775 ||| Stepping ~*~*~tactically~*~*~ (outnumbered).
 33777 | D:7      | 33777 ||| Stepping ~*~*~tactically~*~*~ (outnumbered).
 33779 | D:7      | 33779 ||| Stepping ~*~*~tactically~*~*~ (outnumbered).
 33781 | D:7      | 33781 ||| Stepping ~*~*~tactically~*~*~ (outnumbered).
 33783 | D:7      | 33783 ||| Stepping ~*~*~tactically~*~*~ (outnumbered).
 33785 | D:7      | 33785 ||| Stepping ~*~*~tactically~*~*~ (outnumbered).
 33787 | D:7      | 33787 ||| Stepping ~*~*~tactically~*~*~ (outnumbered).
 33789 | D:7      | 33789 ||| Stepping ~*~*~tactically~*~*~ (outnumbered).
 33791 | D:7      | 33791 ||| Stepping ~*~*~tactically~*~*~ (outnumbered).
 33793 | D:7      | 33793 ||| Stepping ~*~*~tactically~*~*~ (outnumbered).
 33795 | D:7      | 33795 ||| Stepping ~*~*~tactically~*~*~ (outnumbered).
 33797 | D:7      | 33797 ||| Stepping ~*~*~tactically~*~*~ (outnumbered).
 33799 | D:7      | 33799 ||| Stepping ~*~*~tactically~*~*~ (outnumbered).
 33801 | D:7      | 33801 ||| Stepping ~*~*~tactically~*~*~ (outnumbered).
 33803 | D:7      | 33803 ||| Stepping ~*~*~tactically~*~*~ (outnumbered).
 33805 | D:7      | 33805 ||| Stepping ~*~*~tactically~*~*~ (outnumbered).
 33807 | D:7      | 33807 ||| Stepping ~*~*~tactically~*~*~ (outnumbered).
 33809 | D:7      | 33809 ||| Stepping ~*~*~tactically~*~*~ (outnumbered).
 33811 | D:7      | 33811 ||| Stepping ~*~*~tactically~*~*~ (outnumbered).
 33813 | D:7      | 33813 ||| Stepping ~*~*~tactically~*~*~ (outnumbered).
 33815 | D:7      | 33815 ||| Stepping ~*~*~tactically~*~*~ (outnumbered).
 33817 | D:7      | 33817 ||| Stepping ~*~*~tactically~*~*~ (outnumbered).
 33819 | D:7      | 33819 ||| Stepping ~*~*~tactically~*~*~ (outnumbered).
 33821 | D:7      | 33821 ||| Stepping ~*~*~tactically~*~*~ (outnumbered).
 33823 | D:7      | 33823 ||| Stepping ~*~*~tactically~*~*~ (outnumbered).
 33825 | D:7      | 33825 ||| Stepping ~*~*~tactically~*~*~ (outnumbered).
 33827 | D:7      | 33827 ||| Stepping ~*~*~tactically~*~*~ (outnumbered).
 33829 | D:7      | 33829 ||| Stepping ~*~*~tactically~*~*~ (outnumbered).
 33831 | D:7      | 33831 ||| Stepping ~*~*~tactically~*~*~ (outnumbered).
 33833 | D:7      | 33833 ||| Stepping ~*~*~tactically~*~*~ (outnumbered).
 33835 | D:7      | 33835 ||| Stepping ~*~*~tactically~*~*~ (outnumbered).
 33837 | D:7      | 33837 ||| Stepping ~*~*~tactically~*~*~ (outnumbered).
 33839 | D:7      | 33839 ||| Stepping ~*~*~tactically~*~*~ (outnumbered).
 33841 | D:7      | 33841 ||| Stepping ~*~*~tactically~*~*~ (outnumbered).
 33843 | D:7      | 33843 ||| Stepping ~*~*~tactically~*~*~ (outnumbered).
 33845 | D:7      | 33845 ||| Stepping ~*~*~tactically~*~*~ (outnumbered).
 33847 | D:7      | 33847 ||| Stepping ~*~*~tactically~*~*~ (outnumbered).
 33849 | D:7      | 33849 ||| Stepping ~*~*~tactically~*~*~ (outnumbered).
 33851 | D:7      | 33851 ||| Stepping ~*~*~tactically~*~*~ (outnumbered).
 33853 | D:7      | 33853 ||| Stepping ~*~*~tactically~*~*~ (outnumbered).
 33855 | D:7      | 33855 ||| Stepping ~*~*~tactically~*~*~ (outnumbered).
 33857 | D:7      | 33857 ||| Stepping ~*~*~tactically~*~*~ (outnumbered).
 33859 | D:7      | 33859 ||| Stepping ~*~*~tactically~*~*~ (outnumbered).
 33861 | D:7      | 33861 ||| Stepping ~*~*~tactically~*~*~ (outnumbered).
 33863 | D:7      | 33863 ||| Stepping ~*~*~tactically~*~*~ (outnumbered).
 33865 | D:7      | 33865 ||| Stepping ~*~*~tactically~*~*~ (outnumbered).
 33867 | D:7      | 33867 ||| Stepping ~*~*~tactically~*~*~ (outnumbered).
 33869 | D:7      | 33869 ||| Stepping ~*~*~tactically~*~*~ (outnumbered).
 33871 | D:7      | 33871 ||| Stepping ~*~*~tactically~*~*~ (outnumbered).
 33873 | D:7      | 33873 ||| Stepping ~*~*~tactically~*~*~ (outnumbered).
 33875 | D:7      | 33875 ||| Stepping ~*~*~tactically~*~*~ (outnumbered).
 33877 | D:7      | 33877 ||| Stepping ~*~*~tactically~*~*~ (outnumbered).
 33879 | D:7      | 33879 ||| Stepping ~*~*~tactically~*~*~ (outnumbered).
 33881 | D:7      | 33881 ||| Stepping ~*~*~tactically~*~*~ (outnumbered).
 33883 | D:7      | 33883 ||| Stepping ~*~*~tactically~*~*~ (outnumbered).
 33885 | D:7      | 33885 ||| Stepping ~*~*~tactically~*~*~ (outnumbered).
 33887 | D:7      | 33887 ||| Stepping ~*~*~tactically~*~*~ (outnumbered).
 33889 | D:7      | 33889 ||| Stepping ~*~*~tactically~*~*~ (outnumbered).
 33891 | D:7      | 33891 ||| Stepping ~*~*~tactically~*~*~ (outnumbered).
 33893 | D:7      | 33893 ||| Stepping ~*~*~tactically~*~*~ (outnumbered).
 33895 | D:7      | 33895 ||| Stepping ~*~*~tactically~*~*~ (outnumbered).
 33897 | D:7      | 33897 ||| Stepping ~*~*~tactically~*~*~ (outnumbered).
 33899 | D:7      | 33899 ||| Stepping ~*~*~tactically~*~*~ (outnumbered).
 33901 | D:7      | 33901 ||| Stepping ~*~*~tactically~*~*~ (outnumbered).
 33903 | D:7      | 33903 ||| Stepping ~*~*~tactically~*~*~ (outnumbered).
 33905 | D:7      | 33905 ||| Stepping ~*~*~tactically~*~*~ (outnumbered).
 33907 | D:7      | 33907 ||| Stepping ~*~*~tactically~*~*~ (outnumbered).
 33909 | D:7      | 33909 ||| Stepping ~*~*~tactically~*~*~ (outnumbered).
 33911 | D:7      | 33911 ||| Stepping ~*~*~tactically~*~*~ (outnumbered).
 33913 | D:7      | 33913 ||| Stepping ~*~*~tactically~*~*~ (outnumbered).
 33915 | D:7      | 33915 ||| Stepping ~*~*~tactically~*~*~ (outnumbered).
 33917 | D:7      | 33917 ||| Stepping ~*~*~tactically~*~*~ (outnumbered).
 33919 | D:7      | 33919 ||| Stepping ~*~*~tactically~*~*~ (outnumbered).
 33920 | D:7      | Glimpsed the power of Zot.
 33921 | D:7      | 33921 ||| Stepping ~*~*~tactically~*~*~ (outnumbered).
 33923 | D:7      | 33923 ||| Stepping ~*~*~tactically~*~*~ (outnumbered).
 33925 | D:7      | 33925 ||| Stepping ~*~*~tactically~*~*~ (outnumbered).
 33927 | D:7      | 33927 ||| Stepping ~*~*~tactically~*~*~ (outnumbered).
 33929 | D:7      | 33929 ||| Stepping ~*~*~tactically~*~*~ (outnumbered).
 33931 | D:7      | 33931 ||| Stepping ~*~*~tactically~*~*~ (outnumbered).
 33933 | D:7      | 33933 ||| Stepping ~*~*~tactically~*~*~ (outnumbered).
 33935 | D:7      | 33935 ||| Stepping ~*~*~tactically~*~*~ (outnumbered).
 33937 | D:7      | 33937 ||| Stepping ~*~*~tactically~*~*~ (outnumbered).
 33939 | D:7      | 33939 ||| Stepping ~*~*~tactically~*~*~ (outnumbered).
 33941 | D:7      | 33941 ||| Stepping ~*~*~tactically~*~*~ (outnumbered).
 33943 | D:7      | 33943 ||| Stepping ~*~*~tactically~*~*~ (outnumbered).
 33945 | D:7      | 33945 ||| Stepping ~*~*~tactically~*~*~ (outnumbered).
 33947 | D:7      | 33947 ||| Stepping ~*~*~tactically~*~*~ (outnumbered).
 33949 | D:7      | 33949 ||| Stepping ~*~*~tactically~*~*~ (outnumbered).
 33951 | D:7      | 33951 ||| Stepping ~*~*~tactically~*~*~ (outnumbered).
 33953 | D:7      | 33953 ||| Stepping ~*~*~tactically~*~*~ (outnumbered).
 33955 | D:7      | 33955 ||| Stepping ~*~*~tactically~*~*~ (outnumbered).
 33957 | D:7      | 33957 ||| Stepping ~*~*~tactically~*~*~ (outnumbered).
 33959 | D:7      | 33959 ||| Stepping ~*~*~tactically~*~*~ (outnumbered).
 33961 | D:7      | 33961 ||| Stepping ~*~*~tactically~*~*~ (outnumbered).
 33963 | D:7      | 33963 ||| Stepping ~*~*~tactically~*~*~ (outnumbered).
 33965 | D:7      | 33965 ||| Stepping ~*~*~tactically~*~*~ (outnumbered).
 33967 | D:7      | 33967 ||| Stepping ~*~*~tactically~*~*~ (outnumbered).
 33969 | D:7      | 33969 ||| Stepping ~*~*~tactically~*~*~ (outnumbered).
 33971 | D:7      | 33971 ||| Stepping ~*~*~tactically~*~*~ (outnumbered).
 33973 | D:7      | 33973 ||| Stepping ~*~*~tactically~*~*~ (outnumbered).
 33975 | D:7      | 33975 ||| Stepping ~*~*~tactically~*~*~ (outnumbered).
 33977 | D:7      | 33977 ||| Stepping ~*~*~tactically~*~*~ (outnumbered).
 33979 | D:7      | 33979 ||| Stepping ~*~*~tactically~*~*~ (outnumbered).
 33981 | D:7      | 33981 ||| Stepping ~*~*~tactically~*~*~ (outnumbered).
 33983 | D:7      | 33983 ||| Stepping ~*~*~tactically~*~*~ (outnumbered).
 33985 | D:7      | 33985 ||| Stepping ~*~*~tactically~*~*~ (outnumbered).
 33987 | D:7      | 33987 ||| Stepping ~*~*~tactically~*~*~ (outnumbered).
 33989 | D:7      | 33989 ||| Stepping ~*~*~tactically~*~*~ (outnumbered).
 33991 | D:7      | 33991 ||| Stepping ~*~*~tactically~*~*~ (outnumbered).
 33993 | D:7      | 33993 ||| Stepping ~*~*~tactically~*~*~ (outnumbered).
 33995 | D:7      | 33995 ||| Stepping ~*~*~tactically~*~*~ (outnumbered).
 33997 | D:7      | 33997 ||| Stepping ~*~*~tactically~*~*~ (outnumbered).
 33999 | D:7      | 33999 ||| Stepping ~*~*~tactically~*~*~ (outnumbered).
 34001 | D:7      | 34001 ||| Stepping ~*~*~tactically~*~*~ (outnumbered).
 34003 | D:7      | 34003 ||| Stepping ~*~*~tactically~*~*~ (outnumbered).
 34005 | D:7      | 34005 ||| Stepping ~*~*~tactically~*~*~ (outnumbered).
 34007 | D:7      | 34007 ||| Stepping ~*~*~tactically~*~*~ (outnumbered).
 34009 | D:7      | 34009 ||| Stepping ~*~*~tactically~*~*~ (outnumbered).
 34011 | D:7      | 34011 ||| Stepping ~*~*~tactically~*~*~ (outnumbered).
 34013 | D:7      | 34013 ||| Stepping ~*~*~tactically~*~*~ (outnumbered).
 34015 | D:7      | 34015 ||| Stepping ~*~*~tactically~*~*~ (outnumbered).
 34017 | D:7      | 34017 ||| Stepping ~*~*~tactically~*~*~ (outnumbered).
 34019 | D:7      | 34019 ||| Stepping ~*~*~tactically~*~*~ (outnumbered).
 34019 | D:7      | Touched by the power of Zot.
 34020 | D:7      | Glimpsed the power of Zot.
 34021 | D:7      | 34021 ||| Stepping ~*~*~tactically~*~*~ (outnumbered).
 34023 | D:7      | 34023 ||| Stepping ~*~*~tactically~*~*~ (outnumbered).
 34025 | D:7      | 34025 ||| Stepping ~*~*~tactically~*~*~ (outnumbered).
 34027 | D:7      | 34027 ||| Stepping ~*~*~tactically~*~*~ (outnumbered).
 34029 | D:7      | 34029 ||| Stepping ~*~*~tactically~*~*~ (outnumbered).
 34031 | D:7      | 34031 ||| Stepping ~*~*~tactically~*~*~ (outnumbered).
 34033 | D:7      | 34033 ||| Stepping ~*~*~tactically~*~*~ (outnumbered).
 34035 | D:7      | 34035 ||| Stepping ~*~*~tactically~*~*~ (outnumbered).
 34037 | D:7      | 34037 ||| Stepping ~*~*~tactically~*~*~ (outnumbered).
 34039 | D:7      | 34039 ||| Stepping ~*~*~tactically~*~*~ (outnumbered).
 34041 | D:7      | 34041 ||| Stepping ~*~*~tactically~*~*~ (outnumbered).
 34043 | D:7      | 34043 ||| Stepping ~*~*~tactically~*~*~ (outnumbered).
 34045 | D:7      | 34045 ||| Stepping ~*~*~tactically~*~*~ (outnumbered).
 34047 | D:7      | 34047 ||| Stepping ~*~*~tactically~*~*~ (outnumbered).
 34049 | D:7      | 34049 ||| Stepping ~*~*~tactically~*~*~ (outnumbered).
 34051 | D:7      | 34051 ||| Stepping ~*~*~tactically~*~*~ (outnumbered).
 34053 | D:7      | 34053 ||| Stepping ~*~*~tactically~*~*~ (outnumbered).
 34055 | D:7      | 34055 ||| Stepping ~*~*~tactically~*~*~ (outnumbered).
 34057 | D:7      | 34057 ||| Stepping ~*~*~tactically~*~*~ (outnumbered).
 34059 | D:7      | 34059 ||| Stepping ~*~*~tactically~*~*~ (outnumbered).
 34061 | D:7      | 34061 ||| Stepping ~*~*~tactically~*~*~ (outnumbered).
 34063 | D:7      | 34063 ||| Stepping ~*~*~tactically~*~*~ (outnumbered).
 34065 | D:7      | 34065 ||| Stepping ~*~*~tactically~*~*~ (outnumbered).
 34067 | D:7      | 34067 ||| Stepping ~*~*~tactically~*~*~ (outnumbered).
 34069 | D:7      | 34069 ||| Stepping ~*~*~tactically~*~*~ (outnumbered).
 34071 | D:7      | 34071 ||| Stepping ~*~*~tactically~*~*~ (outnumbered).
 34073 | D:7      | 34073 ||| Stepping ~*~*~tactically~*~*~ (outnumbered).
 34075 | D:7      | 34075 ||| Stepping ~*~*~tactically~*~*~ (outnumbered).
 34077 | D:7      | 34077 ||| Stepping ~*~*~tactically~*~*~ (outnumbered).
 34079 | D:7      | 34079 ||| Stepping ~*~*~tactically~*~*~ (outnumbered).
 34081 | D:7      | 34081 ||| Stepping ~*~*~tactically~*~*~ (outnumbered).
 34083 | D:7      | 34083 ||| Stepping ~*~*~tactically~*~*~ (outnumbered).
 34085 | D:7      | 34085 ||| Stepping ~*~*~tactically~*~*~ (outnumbered).
 34087 | D:7      | 34087 ||| Stepping ~*~*~tactically~*~*~ (outnumbered).
 34089 | D:7      | 34089 ||| Stepping ~*~*~tactically~*~*~ (outnumbered).
 34091 | D:7      | 34091 ||| Stepping ~*~*~tactically~*~*~ (outnumbered).
 34093 | D:7      | 34093 ||| Stepping ~*~*~tactically~*~*~ (outnumbered).
 34095 | D:7      | 34095 ||| Stepping ~*~*~tactically~*~*~ (outnumbered).
 34097 | D:7      | 34097 ||| Stepping ~*~*~tactically~*~*~ (outnumbered).
 34099 | D:7      | 34099 ||| Stepping ~*~*~tactically~*~*~ (outnumbered).
 34101 | D:7      | 34101 ||| Stepping ~*~*~tactically~*~*~ (outnumbered).
 34103 | D:7      | 34103 ||| Stepping ~*~*~tactically~*~*~ (outnumbered).
 34105 | D:7      | 34105 ||| Stepping ~*~*~tactically~*~*~ (outnumbered).
 34107 | D:7      | 34107 ||| Stepping ~*~*~tactically~*~*~ (outnumbered).
 34109 | D:7      | 34109 ||| Stepping ~*~*~tactically~*~*~ (outnumbered).
 34111 | D:7      | 34111 ||| Stepping ~*~*~tactically~*~*~ (outnumbered).
 34113 | D:7      | 34113 ||| Stepping ~*~*~tactically~*~*~ (outnumbered).
 34115 | D:7      | 34115 ||| Stepping ~*~*~tactically~*~*~ (outnumbered).
 34117 | D:7      | 34117 ||| Stepping ~*~*~tactically~*~*~ (outnumbered).
 34119 | D:7      | 34119 ||| Stepping ~*~*~tactically~*~*~ (outnumbered).
 34121 | D:7      | 34121 ||| Stepping ~*~*~tactically~*~*~ (outnumbered).
 34123 | D:7      | 34123 ||| Stepping ~*~*~tactically~*~*~ (outnumbered).
 34125 | D:7      | 34125 ||| Stepping ~*~*~tactically~*~*~ (outnumbered).
 34127 | D:7      | 34127 ||| Stepping ~*~*~tactically~*~*~ (outnumbered).
 34129 | D:7      | 34129 ||| Stepping ~*~*~tactically~*~*~ (outnumbered).
 34131 | D:7      | 34131 ||| Stepping ~*~*~tactically~*~*~ (outnumbered).
 34133 | D:7      | 34133 ||| Stepping ~*~*~tactically~*~*~ (outnumbered).
 34135 | D:7      | 34135 ||| Stepping ~*~*~tactically~*~*~ (outnumbered).
 34137 | D:7      | 34137 ||| Stepping ~*~*~tactically~*~*~ (outnumbered).
 34139 | D:7      | 34139 ||| Stepping ~*~*~tactically~*~*~ (outnumbered).
 34141 | D:7      | 34141 ||| Stepping ~*~*~tactically~*~*~ (outnumbered).
 34143 | D:7      | 34143 ||| Stepping ~*~*~tactically~*~*~ (outnumbered).
 34145 | D:7      | 34145 ||| Stepping ~*~*~tactically~*~*~ (outnumbered).
 34147 | D:7      | 34147 ||| Stepping ~*~*~tactically~*~*~ (outnumbered).
 34149 | D:7      | 34149 ||| Stepping ~*~*~tactically~*~*~ (outnumbered).
 34151 | D:7      | 34151 ||| Stepping ~*~*~tactically~*~*~ (outnumbered).
 34153 | D:7      | 34153 ||| Stepping ~*~*~tactically~*~*~ (outnumbered).
 34155 | D:7      | 34155 ||| Stepping ~*~*~tactically~*~*~ (outnumbered).
 34157 | D:7      | 34157 ||| Stepping ~*~*~tactically~*~*~ (outnumbered).
 34159 | D:7      | 34159 ||| Stepping ~*~*~tactically~*~*~ (outnumbered).
 34161 | D:7      | 34161 ||| Stepping ~*~*~tactically~*~*~ (outnumbered).
 34163 | D:7      | 34163 ||| Stepping ~*~*~tactically~*~*~ (outnumbered).
 34165 | D:7      | 34165 ||| Stepping ~*~*~tactically~*~*~ (outnumbered).
 34167 | D:7      | 34167 ||| Stepping ~*~*~tactically~*~*~ (outnumbered).
 34169 | D:7      | 34169 ||| Stepping ~*~*~tactically~*~*~ (outnumbered).
 34171 | D:7      | 34171 ||| Stepping ~*~*~tactically~*~*~ (outnumbered).
 34173 | D:7      | 34173 ||| Stepping ~*~*~tactically~*~*~ (outnumbered).
 34175 | D:7      | 34175 ||| Stepping ~*~*~tactically~*~*~ (outnumbered).
 34177 | D:7      | 34177 ||| Stepping ~*~*~tactically~*~*~ (outnumbered).
 34179 | D:7      | 34179 ||| Stepping ~*~*~tactically~*~*~ (outnumbered).
 34181 | D:7      | 34181 ||| Stepping ~*~*~tactically~*~*~ (outnumbered).
 34183 | D:7      | 34183 ||| Stepping ~*~*~tactically~*~*~ (outnumbered).
 34185 | D:7      | 34185 ||| Stepping ~*~*~tactically~*~*~ (outnumbered).
 34187 | D:7      | 34187 ||| Stepping ~*~*~tactically~*~*~ (outnumbered).
 34189 | D:7      | 34189 ||| Stepping ~*~*~tactically~*~*~ (outnumbered).
 34191 | D:7      | 34191 ||| Stepping ~*~*~tactically~*~*~ (outnumbered).
 34193 | D:7      | 34193 ||| Stepping ~*~*~tactically~*~*~ (outnumbered).
 34195 | D:7      | 34195 ||| Stepping ~*~*~tactically~*~*~ (outnumbered).
 34197 | D:7      | 34197 ||| Stepping ~*~*~tactically~*~*~ (outnumbered).
 34199 | D:7      | 34199 ||| Stepping ~*~*~tactically~*~*~ (outnumbered).
 34201 | D:7      | 34201 ||| Stepping ~*~*~tactically~*~*~ (outnumbered).
 34203 | D:7      | 34203 ||| Stepping ~*~*~tactically~*~*~ (outnumbered).
 34205 | D:7      | 34205 ||| Stepping ~*~*~tactically~*~*~ (outnumbered).
 34207 | D:7      | 34207 ||| Stepping ~*~*~tactically~*~*~ (outnumbered).
 34209 | D:7      | 34209 ||| Stepping ~*~*~tactically~*~*~ (outnumbered).
 34211 | D:7      | 34211 ||| Stepping ~*~*~tactically~*~*~ (outnumbered).
 34213 | D:7      | 34213 ||| Stepping ~*~*~tactically~*~*~ (outnumbered).
 34215 | D:7      | 34215 ||| Stepping ~*~*~tactically~*~*~ (outnumbered).
 34217 | D:7      | 34217 ||| Stepping ~*~*~tactically~*~*~ (outnumbered).
 34219 | D:7      | 34219 ||| Stepping ~*~*~tactically~*~*~ (outnumbered).
 34221 | D:7      | 34221 ||| Stepping ~*~*~tactically~*~*~ (outnumbered).
 34223 | D:7      | 34223 ||| Stepping ~*~*~tactically~*~*~ (outnumbered).
 34225 | D:7      | 34225 ||| Stepping ~*~*~tactically~*~*~ (outnumbered).
 34227 | D:7      | 34227 ||| Stepping ~*~*~tactically~*~*~ (outnumbered).
 34229 | D:7      | 34229 ||| Stepping ~*~*~tactically~*~*~ (outnumbered).
 34231 | D:7      | 34231 ||| Stepping ~*~*~tactically~*~*~ (outnumbered).
 34233 | D:7      | 34233 ||| Stepping ~*~*~tactically~*~*~ (outnumbered).
 34235 | D:7      | 34235 ||| Stepping ~*~*~tactically~*~*~ (outnumbered).
 34237 | D:7      | 34237 ||| Stepping ~*~*~tactically~*~*~ (outnumbered).
 34239 | D:7      | 34239 ||| Stepping ~*~*~tactically~*~*~ (outnumbered).
 34241 | D:7      | 34241 ||| Stepping ~*~*~tactically~*~*~ (outnumbered).
 34243 | D:7      | 34243 ||| Stepping ~*~*~tactically~*~*~ (outnumbered).
 34245 | D:7      | 34245 ||| Stepping ~*~*~tactically~*~*~ (outnumbered).
 34247 | D:7      | 34247 ||| Stepping ~*~*~tactically~*~*~ (outnumbered).
 34249 | D:7      | 34249 ||| Stepping ~*~*~tactically~*~*~ (outnumbered).
 34251 | D:7      | 34251 ||| Stepping ~*~*~tactically~*~*~ (outnumbered).
 34253 | D:7      | 34253 ||| Stepping ~*~*~tactically~*~*~ (outnumbered).
 34255 | D:7      | 34255 ||| Stepping ~*~*~tactically~*~*~ (outnumbered).
 34257 | D:7      | 34257 ||| Stepping ~*~*~tactically~*~*~ (outnumbered).
 34259 | D:7      | 34259 ||| Stepping ~*~*~tactically~*~*~ (outnumbered).
 34261 | D:7      | 34261 ||| Stepping ~*~*~tactically~*~*~ (outnumbered).
 34263 | D:7      | 34263 ||| Stepping ~*~*~tactically~*~*~ (outnumbered).
 34265 | D:7      | 34265 ||| Stepping ~*~*~tactically~*~*~ (outnumbered).
 34267 | D:7      | 34267 ||| Stepping ~*~*~tactically~*~*~ (outnumbered).
 34269 | D:7      | 34269 ||| Stepping ~*~*~tactically~*~*~ (outnumbered).
 34271 | D:7      | 34271 ||| Stepping ~*~*~tactically~*~*~ (outnumbered).
 34273 | D:7      | 34273 ||| Stepping ~*~*~tactically~*~*~ (outnumbered).
 34275 | D:7      | 34275 ||| Stepping ~*~*~tactically~*~*~ (outnumbered).
 34277 | D:7      | 34277 ||| Stepping ~*~*~tactically~*~*~ (outnumbered).
 34279 | D:7      | 34279 ||| Stepping ~*~*~tactically~*~*~ (outnumbered).
 34281 | D:7      | 34281 ||| Stepping ~*~*~tactically~*~*~ (outnumbered).
 34283 | D:7      | 34283 ||| Stepping ~*~*~tactically~*~*~ (outnumbered).
 34285 | D:7      | 34285 ||| Stepping ~*~*~tactically~*~*~ (outnumbered).
 34287 | D:7      | 34287 ||| Stepping ~*~*~tactically~*~*~ (outnumbered).
 34289 | D:7      | 34289 ||| Stepping ~*~*~tactically~*~*~ (outnumbered).
 34291 | D:7      | 34291 ||| Stepping ~*~*~tactically~*~*~ (outnumbered).
 34293 | D:7      | 34293 ||| Stepping ~*~*~tactically~*~*~ (outnumbered).
 34295 | D:7      | 34295 ||| Stepping ~*~*~tactically~*~*~ (outnumbered).
 34297 | D:7      | 34297 ||| Stepping ~*~*~tactically~*~*~ (outnumbered).
 34299 | D:7      | 34299 ||| Stepping ~*~*~tactically~*~*~ (outnumbered).
 34301 | D:7      | 34301 ||| Stepping ~*~*~tactically~*~*~ (outnumbered).
 34303 | D:7      | 34303 ||| Stepping ~*~*~tactically~*~*~ (outnumbered).
 34305 | D:7      | 34305 ||| Stepping ~*~*~tactically~*~*~ (outnumbered).
 34307 | D:7      | 34307 ||| Stepping ~*~*~tactically~*~*~ (outnumbered).
 34309 | D:7      | 34309 ||| Stepping ~*~*~tactically~*~*~ (outnumbered).
 34311 | D:7      | 34311 ||| Stepping ~*~*~tactically~*~*~ (outnumbered).
 34313 | D:7      | 34313 ||| Stepping ~*~*~tactically~*~*~ (outnumbered).
 34315 | D:7      | 34315 ||| Stepping ~*~*~tactically~*~*~ (outnumbered).
 34317 | D:7      | 34317 ||| Stepping ~*~*~tactically~*~*~ (outnumbered).
 34319 | D:7      | 34319 ||| Stepping ~*~*~tactically~*~*~ (outnumbered).
 34321 | D:7      | 34321 ||| Stepping ~*~*~tactically~*~*~ (outnumbered).
 34323 | D:7      | 34323 ||| Stepping ~*~*~tactically~*~*~ (outnumbered).
 34325 | D:7      | 34325 ||| Stepping ~*~*~tactically~*~*~ (outnumbered).
 34327 | D:7      | 34327 ||| Stepping ~*~*~tactically~*~*~ (outnumbered).
 34329 | D:7      | 34329 ||| Stepping ~*~*~tactically~*~*~ (outnumbered).
 34331 | D:7      | 34331 ||| Stepping ~*~*~tactically~*~*~ (outnumbered).
 34333 | D:7      | 34333 ||| Stepping ~*~*~tactically~*~*~ (outnumbered).
 34335 | D:7      | 34335 ||| Stepping ~*~*~tactically~*~*~ (outnumbered).
 34337 | D:7      | 34337 ||| Stepping ~*~*~tactically~*~*~ (outnumbered).
 34339 | D:7      | 34339 ||| Stepping ~*~*~tactically~*~*~ (outnumbered).
 34341 | D:7      | 34341 ||| Stepping ~*~*~tactically~*~*~ (outnumbered).
 34343 | D:7      | 34343 ||| Stepping ~*~*~tactically~*~*~ (outnumbered).
 34345 | D:7      | 34345 ||| Stepping ~*~*~tactically~*~*~ (outnumbered).
 34347 | D:7      | 34347 ||| Stepping ~*~*~tactically~*~*~ (outnumbered).
 34349 | D:7      | 34349 ||| Stepping ~*~*~tactically~*~*~ (outnumbered).
 34351 | D:7      | 34351 ||| Stepping ~*~*~tactically~*~*~ (outnumbered).
 34353 | D:7      | 34353 ||| Stepping ~*~*~tactically~*~*~ (outnumbered).
 34355 | D:7      | 34355 ||| Stepping ~*~*~tactically~*~*~ (outnumbered).
 34357 | D:7      | 34357 ||| Stepping ~*~*~tactically~*~*~ (outnumbered).
 34359 | D:7      | 34359 ||| Stepping ~*~*~tactically~*~*~ (outnumbered).
 34361 | D:7      | 34361 ||| Stepping ~*~*~tactically~*~*~ (outnumbered).
 34363 | D:7      | 34363 ||| Stepping ~*~*~tactically~*~*~ (outnumbered).
 34365 | D:7      | 34365 ||| Stepping ~*~*~tactically~*~*~ (outnumbered).
 34367 | D:7      | 34367 ||| Stepping ~*~*~tactically~*~*~ (outnumbered).
 34369 | D:7      | 34369 ||| Stepping ~*~*~tactically~*~*~ (outnumbered).
 34371 | D:7      | 34371 ||| Stepping ~*~*~tactically~*~*~ (outnumbered).
 34373 | D:7      | 34373 ||| Stepping ~*~*~tactically~*~*~ (outnumbered).
 34375 | D:7      | 34375 ||| Stepping ~*~*~tactically~*~*~ (outnumbered).
 34377 | D:7      | 34377 ||| Stepping ~*~*~tactically~*~*~ (outnumbered).
 34379 | D:7      | 34379 ||| Stepping ~*~*~tactically~*~*~ (outnumbered).
 34381 | D:7      | 34381 ||| Stepping ~*~*~tactically~*~*~ (outnumbered).
 34383 | D:7      | 34383 ||| Stepping ~*~*~tactically~*~*~ (outnumbered).
 34385 | D:7      | 34385 ||| Stepping ~*~*~tactically~*~*~ (outnumbered).
 34387 | D:7      | 34387 ||| Stepping ~*~*~tactically~*~*~ (outnumbered).
 34389 | D:7      | 34389 ||| Stepping ~*~*~tactically~*~*~ (outnumbered).
 34391 | D:7      | 34391 ||| Stepping ~*~*~tactically~*~*~ (outnumbered).
 34393 | D:7      | 34393 ||| Stepping ~*~*~tactically~*~*~ (outnumbered).
 34395 | D:7      | 34395 ||| Stepping ~*~*~tactically~*~*~ (outnumbered).
 34397 | D:7      | 34397 ||| Stepping ~*~*~tactically~*~*~ (outnumbered).
 34399 | D:7      | 34399 ||| Stepping ~*~*~tactically~*~*~ (outnumbered).
 34401 | D:7      | 34401 ||| Stepping ~*~*~tactically~*~*~ (outnumbered).
 34403 | D:7      | 34403 ||| Stepping ~*~*~tactically~*~*~ (outnumbered).
 34405 | D:7      | 34405 ||| Stepping ~*~*~tactically~*~*~ (outnumbered).
 34407 | D:7      | 34407 ||| Stepping ~*~*~tactically~*~*~ (outnumbered).
 34409 | D:7      | 34409 ||| Stepping ~*~*~tactically~*~*~ (outnumbered).
 34411 | D:7      | 34411 ||| Stepping ~*~*~tactically~*~*~ (outnumbered).
 34413 | D:7      | 34413 ||| Stepping ~*~*~tactically~*~*~ (outnumbered).
 34415 | D:7      | 34415 ||| Stepping ~*~*~tactically~*~*~ (outnumbered).
 34417 | D:7      | 34417 ||| Stepping ~*~*~tactically~*~*~ (outnumbered).
 34419 | D:7      | 34419 ||| Stepping ~*~*~tactically~*~*~ (outnumbered).
 34421 | D:7      | 34421 ||| Stepping ~*~*~tactically~*~*~ (outnumbered).
 34423 | D:7      | 34423 ||| Stepping ~*~*~tactically~*~*~ (outnumbered).
 34425 | D:7      | 34425 ||| Stepping ~*~*~tactically~*~*~ (outnumbered).
 34427 | D:7      | 34427 ||| Stepping ~*~*~tactically~*~*~ (outnumbered).
 34429 | D:7      | 34429 ||| Stepping ~*~*~tactically~*~*~ (outnumbered).
 34431 | D:7      | 34431 ||| Stepping ~*~*~tactically~*~*~ (outnumbered).
 34433 | D:7      | 34433 ||| Stepping ~*~*~tactically~*~*~ (outnumbered).
 34435 | D:7      | 34435 ||| Stepping ~*~*~tactically~*~*~ (outnumbered).
 34437 | D:7      | 34437 ||| Stepping ~*~*~tactically~*~*~ (outnumbered).
 34439 | D:7      | 34439 ||| Stepping ~*~*~tactically~*~*~ (outnumbered).
 34441 | D:7      | 34441 ||| Stepping ~*~*~tactically~*~*~ (outnumbered).
 34443 | D:7      | 34443 ||| Stepping ~*~*~tactically~*~*~ (outnumbered).
 34445 | D:7      | 34445 ||| Stepping ~*~*~tactically~*~*~ (outnumbered).
 34447 | D:7      | 34447 ||| Stepping ~*~*~tactically~*~*~ (outnumbered).
 34449 | D:7      | 34449 ||| Stepping ~*~*~tactically~*~*~ (outnumbered).
 34451 | D:7      | 34451 ||| Stepping ~*~*~tactically~*~*~ (outnumbered).
 34453 | D:7      | 34453 ||| Stepping ~*~*~tactically~*~*~ (outnumbered).
 34455 | D:7      | 34455 ||| Stepping ~*~*~tactically~*~*~ (outnumbered).
 34457 | D:7      | 34457 ||| Stepping ~*~*~tactically~*~*~ (outnumbered).
 34459 | D:7      | 34459 ||| Stepping ~*~*~tactically~*~*~ (outnumbered).
 34461 | D:7      | 34461 ||| Stepping ~*~*~tactically~*~*~ (outnumbered).
 34463 | D:7      | 34463 ||| Stepping ~*~*~tactically~*~*~ (outnumbered).
 34465 | D:7      | 34465 ||| Stepping ~*~*~tactically~*~*~ (outnumbered).
 34467 | D:7      | 34467 ||| Stepping ~*~*~tactically~*~*~ (outnumbered).
 34469 | D:7      | 34469 ||| Stepping ~*~*~tactically~*~*~ (outnumbered).
 34471 | D:7      | 34471 ||| Stepping ~*~*~tactically~*~*~ (outnumbered).
 34473 | D:7      | 34473 ||| Stepping ~*~*~tactically~*~*~ (outnumbered).
 34475 | D:7      | 34475 ||| Stepping ~*~*~tactically~*~*~ (outnumbered).
 34477 | D:7      | 34477 ||| Stepping ~*~*~tactically~*~*~ (outnumbered).
 34479 | D:7      | 34479 ||| Stepping ~*~*~tactically~*~*~ (outnumbered).
 34481 | D:7      | 34481 ||| Stepping ~*~*~tactically~*~*~ (outnumbered).
 34483 | D:7      | 34483 ||| Stepping ~*~*~tactically~*~*~ (outnumbered).
 34485 | D:7      | 34485 ||| Stepping ~*~*~tactically~*~*~ (outnumbered).
 34487 | D:7      | 34487 ||| Stepping ~*~*~tactically~*~*~ (outnumbered).
 34489 | D:7      | 34489 ||| Stepping ~*~*~tactically~*~*~ (outnumbered).
 34491 | D:7      | 34491 ||| Stepping ~*~*~tactically~*~*~ (outnumbered).
 34493 | D:7      | 34493 ||| Stepping ~*~*~tactically~*~*~ (outnumbered).
 34495 | D:7      | 34495 ||| Stepping ~*~*~tactically~*~*~ (outnumbered).
 34497 | D:7      | 34497 ||| Stepping ~*~*~tactically~*~*~ (outnumbered).
 34499 | D:7      | 34499 ||| Stepping ~*~*~tactically~*~*~ (outnumbered).
 34501 | D:7      | 34501 ||| Stepping ~*~*~tactically~*~*~ (outnumbered).
 34503 | D:7      | 34503 ||| Stepping ~*~*~tactically~*~*~ (outnumbered).
 34505 | D:7      | 34505 ||| Stepping ~*~*~tactically~*~*~ (outnumbered).
 34507 | D:7      | 34507 ||| Stepping ~*~*~tactically~*~*~ (outnumbered).
 34509 | D:7      | 34509 ||| Stepping ~*~*~tactically~*~*~ (outnumbered).
 34511 | D:7      | 34511 ||| Stepping ~*~*~tactically~*~*~ (outnumbered).
 34513 | D:7      | 34513 ||| Stepping ~*~*~tactically~*~*~ (outnumbered).
 34515 | D:7      | 34515 ||| Stepping ~*~*~tactically~*~*~ (outnumbered).
 34517 | D:7      | 34517 ||| Stepping ~*~*~tactically~*~*~ (outnumbered).
 34519 | D:7      | 34519 ||| Stepping ~*~*~tactically~*~*~ (outnumbered).
 34520 | D:7      | Glimpsed the power of Zot.
 34521 | D:7      | 34521 ||| Stepping ~*~*~tactically~*~*~ (outnumbered).
 34523 | D:7      | 34523 ||| Stepping ~*~*~tactically~*~*~ (outnumbered).
 34525 | D:7      | 34525 ||| Stepping ~*~*~tactically~*~*~ (outnumbered).
 34527 | D:7      | 34527 ||| Stepping ~*~*~tactically~*~*~ (outnumbered).
 34529 | D:7      | 34529 ||| Stepping ~*~*~tactically~*~*~ (outnumbered).
 34531 | D:7      | 34531 ||| Stepping ~*~*~tactically~*~*~ (outnumbered).
 34533 | D:7      | 34533 ||| Stepping ~*~*~tactically~*~*~ (outnumbered).
 34535 | D:7      | 34535 ||| Stepping ~*~*~tactically~*~*~ (outnumbered).
 34537 | D:7      | 34537 ||| Stepping ~*~*~tactically~*~*~ (outnumbered).
 34539 | D:7      | 34539 ||| Stepping ~*~*~tactically~*~*~ (outnumbered).
 34541 | D:7      | 34541 ||| Stepping ~*~*~tactically~*~*~ (outnumbered).
 34543 | D:7      | 34543 ||| Stepping ~*~*~tactically~*~*~ (outnumbered).
 34545 | D:7      | 34545 ||| Stepping ~*~*~tactically~*~*~ (outnumbered).
 34547 | D:7      | 34547 ||| Stepping ~*~*~tactically~*~*~ (outnumbered).
 34549 | D:7      | 34549 ||| Stepping ~*~*~tactically~*~*~ (outnumbered).
 34551 | D:7      | 34551 ||| Stepping ~*~*~tactically~*~*~ (outnumbered).
 34553 | D:7      | 34553 ||| Stepping ~*~*~tactically~*~*~ (outnumbered).
 34555 | D:7      | 34555 ||| Stepping ~*~*~tactically~*~*~ (outnumbered).
 34557 | D:7      | 34557 ||| Stepping ~*~*~tactically~*~*~ (outnumbered).
 34559 | D:7      | 34559 ||| Stepping ~*~*~tactically~*~*~ (outnumbered).
 34561 | D:7      | 34561 ||| Stepping ~*~*~tactically~*~*~ (outnumbered).
 34563 | D:7      | 34563 ||| Stepping ~*~*~tactically~*~*~ (outnumbered).
 34565 | D:7      | 34565 ||| Stepping ~*~*~tactically~*~*~ (outnumbered).
 34567 | D:7      | 34567 ||| Stepping ~*~*~tactically~*~*~ (outnumbered).
 34569 | D:7      | 34569 ||| Stepping ~*~*~tactically~*~*~ (outnumbered).
 34571 | D:7      | 34571 ||| Stepping ~*~*~tactically~*~*~ (outnumbered).
 34573 | D:7      | 34573 ||| Stepping ~*~*~tactically~*~*~ (outnumbered).
 34575 | D:7      | 34575 ||| Stepping ~*~*~tactically~*~*~ (outnumbered).
 34577 | D:7      | 34577 ||| Stepping ~*~*~tactically~*~*~ (outnumbered).
 34579 | D:7      | 34579 ||| Stepping ~*~*~tactically~*~*~ (outnumbered).
 34581 | D:7      | 34581 ||| Stepping ~*~*~tactically~*~*~ (outnumbered).
 34583 | D:7      | 34583 ||| Stepping ~*~*~tactically~*~*~ (outnumbered).
 34585 | D:7      | 34585 ||| Stepping ~*~*~tactically~*~*~ (outnumbered).
 34587 | D:7      | 34587 ||| Stepping ~*~*~tactically~*~*~ (outnumbered).
 34589 | D:7      | 34589 ||| Stepping ~*~*~tactically~*~*~ (outnumbered).
 34591 | D:7      | 34591 ||| Stepping ~*~*~tactically~*~*~ (outnumbered).
 34593 | D:7      | 34593 ||| Stepping ~*~*~tactically~*~*~ (outnumbered).
 34595 | D:7      | 34595 ||| Stepping ~*~*~tactically~*~*~ (outnumbered).
 34597 | D:7      | 34597 ||| Stepping ~*~*~tactically~*~*~ (outnumbered).
 34599 | D:7      | 34599 ||| Stepping ~*~*~tactically~*~*~ (outnumbered).
 34601 | D:7      | 34601 ||| Stepping ~*~*~tactically~*~*~ (outnumbered).
 34603 | D:7      | 34603 ||| Stepping ~*~*~tactically~*~*~ (outnumbered).
 34605 | D:7      | 34605 ||| Stepping ~*~*~tactically~*~*~ (outnumbered).
 34607 | D:7      | 34607 ||| Stepping ~*~*~tactically~*~*~ (outnumbered).
 34609 | D:7      | 34609 ||| Stepping ~*~*~tactically~*~*~ (outnumbered).
 34611 | D:7      | 34611 ||| Stepping ~*~*~tactically~*~*~ (outnumbered).
 34613 | D:7      | 34613 ||| Stepping ~*~*~tactically~*~*~ (outnumbered).
 34615 | D:7      | 34615 ||| Stepping ~*~*~tactically~*~*~ (outnumbered).
 34617 | D:7      | 34617 ||| Stepping ~*~*~tactically~*~*~ (outnumbered).
 34619 | D:7      | 34619 ||| Stepping ~*~*~tactically~*~*~ (outnumbered).
 34621 | D:7      | 34621 ||| Stepping ~*~*~tactically~*~*~ (outnumbered).
 34623 | D:7      | 34623 ||| Stepping ~*~*~tactically~*~*~ (outnumbered).
 34625 | D:7      | 34625 ||| Stepping ~*~*~tactically~*~*~ (outnumbered).
 34627 | D:7      | 34627 ||| Stepping ~*~*~tactically~*~*~ (outnumbered).
 34629 | D:7      | 34629 ||| Stepping ~*~*~tactically~*~*~ (outnumbered).
 34631 | D:7      | 34631 ||| Stepping ~*~*~tactically~*~*~ (outnumbered).
 34633 | D:7      | 34633 ||| Stepping ~*~*~tactically~*~*~ (outnumbered).
 34635 | D:7      | 34635 ||| Stepping ~*~*~tactically~*~*~ (outnumbered).
 34637 | D:7      | 34637 ||| Stepping ~*~*~tactically~*~*~ (outnumbered).
 34639 | D:7      | 34639 ||| Stepping ~*~*~tactically~*~*~ (outnumbered).
 34641 | D:7      | 34641 ||| Stepping ~*~*~tactically~*~*~ (outnumbered).
 34643 | D:7      | 34643 ||| Stepping ~*~*~tactically~*~*~ (outnumbered).
 34645 | D:7      | 34645 ||| Stepping ~*~*~tactically~*~*~ (outnumbered).
 34647 | D:7      | 34647 ||| Stepping ~*~*~tactically~*~*~ (outnumbered).
 34649 | D:7      | 34649 ||| Stepping ~*~*~tactically~*~*~ (outnumbered).
 34651 | D:7      | 34651 ||| Stepping ~*~*~tactically~*~*~ (outnumbered).
 34653 | D:7      | 34653 ||| Stepping ~*~*~tactically~*~*~ (outnumbered).
 34655 | D:7      | 34655 ||| Stepping ~*~*~tactically~*~*~ (outnumbered).
 34657 | D:7      | 34657 ||| Stepping ~*~*~tactically~*~*~ (outnumbered).
 34659 | D:7      | 34659 ||| Stepping ~*~*~tactically~*~*~ (outnumbered).
 34661 | D:7      | 34661 ||| Stepping ~*~*~tactically~*~*~ (outnumbered).
 34663 | D:7      | 34663 ||| Stepping ~*~*~tactically~*~*~ (outnumbered).
 34665 | D:7      | 34665 ||| Stepping ~*~*~tactically~*~*~ (outnumbered).
 34667 | D:7      | 34667 ||| Stepping ~*~*~tactically~*~*~ (outnumbered).
 34669 | D:7      | 34669 ||| Stepping ~*~*~tactically~*~*~ (outnumbered).
 34671 | D:7      | 34671 ||| Stepping ~*~*~tactically~*~*~ (outnumbered).
 34673 | D:7      | 34673 ||| Stepping ~*~*~tactically~*~*~ (outnumbered).
 34675 | D:7      | 34675 ||| Stepping ~*~*~tactically~*~*~ (outnumbered).
 34677 | D:7      | 34677 ||| Stepping ~*~*~tactically~*~*~ (outnumbered).
 34679 | D:7      | 34679 ||| Stepping ~*~*~tactically~*~*~ (outnumbered).
 34681 | D:7      | 34681 ||| Stepping ~*~*~tactically~*~*~ (outnumbered).
 34683 | D:7      | 34683 ||| Stepping ~*~*~tactically~*~*~ (outnumbered).
 34685 | D:7      | 34685 ||| Stepping ~*~*~tactically~*~*~ (outnumbered).
 34687 | D:7      | 34687 ||| Stepping ~*~*~tactically~*~*~ (outnumbered).
 34689 | D:7      | 34689 ||| Stepping ~*~*~tactically~*~*~ (outnumbered).
 34691 | D:7      | 34691 ||| Stepping ~*~*~tactically~*~*~ (outnumbered).
 34693 | D:7      | 34693 ||| Stepping ~*~*~tactically~*~*~ (outnumbered).
 34695 | D:7      | 34695 ||| Stepping ~*~*~tactically~*~*~ (outnumbered).
 34697 | D:7      | 34697 ||| Stepping ~*~*~tactically~*~*~ (outnumbered).
 34699 | D:7      | 34699 ||| Stepping ~*~*~tactically~*~*~ (outnumbered).
 34701 | D:7      | 34701 ||| Stepping ~*~*~tactically~*~*~ (outnumbered).
 34703 | D:7      | 34703 ||| Stepping ~*~*~tactically~*~*~ (outnumbered).
 34705 | D:7      | 34705 ||| Stepping ~*~*~tactically~*~*~ (outnumbered).
 34707 | D:7      | 34707 ||| Stepping ~*~*~tactically~*~*~ (outnumbered).
 34709 | D:7      | 34709 ||| Stepping ~*~*~tactically~*~*~ (outnumbered).
 34711 | D:7      | 34711 ||| Stepping ~*~*~tactically~*~*~ (outnumbered).
 34713 | D:7      | 34713 ||| Stepping ~*~*~tactically~*~*~ (outnumbered).
 34715 | D:7      | 34715 ||| Stepping ~*~*~tactically~*~*~ (outnumbered).
 34717 | D:7      | 34717 ||| Stepping ~*~*~tactically~*~*~ (outnumbered).
 34719 | D:7      | 34719 ||| Stepping ~*~*~tactically~*~*~ (outnumbered).
 34721 | D:7      | 34721 ||| Stepping ~*~*~tactically~*~*~ (outnumbered).
 34723 | D:7      | 34723 ||| Stepping ~*~*~tactically~*~*~ (outnumbered).
 34725 | D:7      | 34725 ||| Stepping ~*~*~tactically~*~*~ (outnumbered).
 34727 | D:7      | 34727 ||| Stepping ~*~*~tactically~*~*~ (outnumbered).
 34729 | D:7      | 34729 ||| Stepping ~*~*~tactically~*~*~ (outnumbered).
 34731 | D:7      | 34731 ||| Stepping ~*~*~tactically~*~*~ (outnumbered).
 34733 | D:7      | 34733 ||| Stepping ~*~*~tactically~*~*~ (outnumbered).
 34735 | D:7      | 34735 ||| Stepping ~*~*~tactically~*~*~ (outnumbered).
 34737 | D:7      | 34737 ||| Stepping ~*~*~tactically~*~*~ (outnumbered).
 34739 | D:7      | 34739 ||| Stepping ~*~*~tactically~*~*~ (outnumbered).
 34741 | D:7      | 34741 ||| Stepping ~*~*~tactically~*~*~ (outnumbered).
 34743 | D:7      | 34743 ||| Stepping ~*~*~tactically~*~*~ (outnumbered).
 34745 | D:7      | 34745 ||| Stepping ~*~*~tactically~*~*~ (outnumbered).
 34747 | D:7      | 34747 ||| Stepping ~*~*~tactically~*~*~ (outnumbered).
 34749 | D:7      | 34749 ||| Stepping ~*~*~tactically~*~*~ (outnumbered).
 34751 | D:7      | 34751 ||| Stepping ~*~*~tactically~*~*~ (outnumbered).
 34753 | D:7      | 34753 ||| Stepping ~*~*~tactically~*~*~ (outnumbered).
 34755 | D:7      | 34755 ||| Stepping ~*~*~tactically~*~*~ (outnumbered).
 34757 | D:7      | 34757 ||| Stepping ~*~*~tactically~*~*~ (outnumbered).
 34759 | D:7      | 34759 ||| Stepping ~*~*~tactically~*~*~ (outnumbered).
 34761 | D:7      | 34761 ||| Stepping ~*~*~tactically~*~*~ (outnumbered).
 34763 | D:7      | 34763 ||| Stepping ~*~*~tactically~*~*~ (outnumbered).
 34765 | D:7      | 34765 ||| Stepping ~*~*~tactically~*~*~ (outnumbered).
 34767 | D:7      | 34767 ||| Stepping ~*~*~tactically~*~*~ (outnumbered).
 34769 | D:7      | 34769 ||| Stepping ~*~*~tactically~*~*~ (outnumbered).
 34771 | D:7      | 34771 ||| Stepping ~*~*~tactically~*~*~ (outnumbered).
 34773 | D:7      | 34773 ||| Stepping ~*~*~tactically~*~*~ (outnumbered).
 34775 | D:7      | 34775 ||| Stepping ~*~*~tactically~*~*~ (outnumbered).
 34777 | D:7      | 34777 ||| Stepping ~*~*~tactically~*~*~ (outnumbered).
 34779 | D:7      | 34779 ||| Stepping ~*~*~tactically~*~*~ (outnumbered).
 34781 | D:7      | 34781 ||| Stepping ~*~*~tactically~*~*~ (outnumbered).
 34783 | D:7      | 34783 ||| Stepping ~*~*~tactically~*~*~ (outnumbered).
 34785 | D:7      | 34785 ||| Stepping ~*~*~tactically~*~*~ (outnumbered).
 34787 | D:7      | 34787 ||| Stepping ~*~*~tactically~*~*~ (outnumbered).
 34789 | D:7      | 34789 ||| Stepping ~*~*~tactically~*~*~ (outnumbered).
 34791 | D:7      | 34791 ||| Stepping ~*~*~tactically~*~*~ (outnumbered).
 34793 | D:7      | 34793 ||| Stepping ~*~*~tactically~*~*~ (outnumbered).
 34795 | D:7      | 34795 ||| Stepping ~*~*~tactically~*~*~ (outnumbered).
 34797 | D:7      | 34797 ||| Stepping ~*~*~tactically~*~*~ (outnumbered).
 34799 | D:7      | 34799 ||| Stepping ~*~*~tactically~*~*~ (outnumbered).
 34801 | D:7      | 34801 ||| Stepping ~*~*~tactically~*~*~ (outnumbered).
 34803 | D:7      | 34803 ||| Stepping ~*~*~tactically~*~*~ (outnumbered).
 34805 | D:7      | 34805 ||| Stepping ~*~*~tactically~*~*~ (outnumbered).
 34807 | D:7      | 34807 ||| Stepping ~*~*~tactically~*~*~ (outnumbered).
 34809 | D:7      | 34809 ||| Stepping ~*~*~tactically~*~*~ (outnumbered).
 34811 | D:7      | 34811 ||| Stepping ~*~*~tactically~*~*~ (outnumbered).
 34813 | D:7      | 34813 ||| Stepping ~*~*~tactically~*~*~ (outnumbered).
 34815 | D:7      | 34815 ||| Stepping ~*~*~tactically~*~*~ (outnumbered).
 34817 | D:7      | 34817 ||| Stepping ~*~*~tactically~*~*~ (outnumbered).
 34819 | D:7      | 34819 ||| Stepping ~*~*~tactically~*~*~ (outnumbered).
 34821 | D:7      | 34821 ||| Stepping ~*~*~tactically~*~*~ (outnumbered).
 34823 | D:7      | 34823 ||| Stepping ~*~*~tactically~*~*~ (outnumbered).
 34825 | D:7      | 34825 ||| Stepping ~*~*~tactically~*~*~ (outnumbered).
 34827 | D:7      | 34827 ||| Stepping ~*~*~tactically~*~*~ (outnumbered).
 34829 | D:7      | 34829 ||| Stepping ~*~*~tactically~*~*~ (outnumbered).
 34831 | D:7      | 34831 ||| Stepping ~*~*~tactically~*~*~ (outnumbered).
 34833 | D:7      | 34833 ||| Stepping ~*~*~tactically~*~*~ (outnumbered).
 34835 | D:7      | 34835 ||| Stepping ~*~*~tactically~*~*~ (outnumbered).
 34837 | D:7      | 34837 ||| Stepping ~*~*~tactically~*~*~ (outnumbered).
 34839 | D:7      | 34839 ||| Stepping ~*~*~tactically~*~*~ (outnumbered).
 34841 | D:7      | 34841 ||| Stepping ~*~*~tactically~*~*~ (outnumbered).
 34843 | D:7      | 34843 ||| Stepping ~*~*~tactically~*~*~ (outnumbered).
 34845 | D:7      | 34845 ||| Stepping ~*~*~tactically~*~*~ (outnumbered).
 34847 | D:7      | 34847 ||| Stepping ~*~*~tactically~*~*~ (outnumbered).
 34849 | D:7      | 34849 ||| Stepping ~*~*~tactically~*~*~ (outnumbered).
 34851 | D:7      | 34851 ||| Stepping ~*~*~tactically~*~*~ (outnumbered).
 34853 | D:7      | 34853 ||| Stepping ~*~*~tactically~*~*~ (outnumbered).
 34855 | D:7      | 34855 ||| Stepping ~*~*~tactically~*~*~ (outnumbered).
 34857 | D:7      | 34857 ||| Stepping ~*~*~tactically~*~*~ (outnumbered).
 34859 | D:7      | 34859 ||| Stepping ~*~*~tactically~*~*~ (outnumbered).
 34861 | D:7      | 34861 ||| Stepping ~*~*~tactically~*~*~ (outnumbered).
 34863 | D:7      | 34863 ||| Stepping ~*~*~tactically~*~*~ (outnumbered).
 34865 | D:7      | 34865 ||| Stepping ~*~*~tactically~*~*~ (outnumbered).
 34867 | D:7      | 34867 ||| Stepping ~*~*~tactically~*~*~ (outnumbered).
 34869 | D:7      | 34869 ||| Stepping ~*~*~tactically~*~*~ (outnumbered).
 34871 | D:7      | 34871 ||| Stepping ~*~*~tactically~*~*~ (outnumbered).
 34873 | D:7      | 34873 ||| Stepping ~*~*~tactically~*~*~ (outnumbered).
 34875 | D:7      | 34875 ||| Stepping ~*~*~tactically~*~*~ (outnumbered).
 34877 | D:7      | 34877 ||| Stepping ~*~*~tactically~*~*~ (outnumbered).
 34879 | D:7      | 34879 ||| Stepping ~*~*~tactically~*~*~ (outnumbered).
 34881 | D:7      | 34881 ||| Stepping ~*~*~tactically~*~*~ (outnumbered).
 34883 | D:7      | 34883 ||| Stepping ~*~*~tactically~*~*~ (outnumbered).
 34885 | D:7      | 34885 ||| Stepping ~*~*~tactically~*~*~ (outnumbered).
 34887 | D:7      | 34887 ||| Stepping ~*~*~tactically~*~*~ (outnumbered).
 34889 | D:7      | 34889 ||| Stepping ~*~*~tactically~*~*~ (outnumbered).
 34891 | D:7      | 34891 ||| Stepping ~*~*~tactically~*~*~ (outnumbered).
 34893 | D:7      | 34893 ||| Stepping ~*~*~tactically~*~*~ (outnumbered).
 34895 | D:7      | 34895 ||| Stepping ~*~*~tactically~*~*~ (outnumbered).
 34897 | D:7      | 34897 ||| Stepping ~*~*~tactically~*~*~ (outnumbered).
 34899 | D:7      | 34899 ||| Stepping ~*~*~tactically~*~*~ (outnumbered).
 34901 | D:7      | 34901 ||| Stepping ~*~*~tactically~*~*~ (outnumbered).
 34903 | D:7      | 34903 ||| Stepping ~*~*~tactically~*~*~ (outnumbered).
 34905 | D:7      | 34905 ||| Stepping ~*~*~tactically~*~*~ (outnumbered).
 34907 | D:7      | 34907 ||| Stepping ~*~*~tactically~*~*~ (outnumbered).
 34909 | D:7      | 34909 ||| Stepping ~*~*~tactically~*~*~ (outnumbered).
 34911 | D:7      | 34911 ||| Stepping ~*~*~tactically~*~*~ (outnumbered).
 34913 | D:7      | 34913 ||| Stepping ~*~*~tactically~*~*~ (outnumbered).
 34915 | D:7      | 34915 ||| Stepping ~*~*~tactically~*~*~ (outnumbered).
 34917 | D:7      | 34917 ||| Stepping ~*~*~tactically~*~*~ (outnumbered).
 34919 | D:7      | 34919 ||| Stepping ~*~*~tactically~*~*~ (outnumbered).
 34920 | D:7      | Glimpsed the power of Zot.
 34921 | D:7      | 34921 ||| Stepping ~*~*~tactically~*~*~ (outnumbered).
 34923 | D:7      | 34923 ||| Stepping ~*~*~tactically~*~*~ (outnumbered).
 34925 | D:7      | 34925 ||| Stepping ~*~*~tactically~*~*~ (outnumbered).
 34927 | D:7      | 34927 ||| Stepping ~*~*~tactically~*~*~ (outnumbered).
 34929 | D:7      | 34929 ||| Stepping ~*~*~tactically~*~*~ (outnumbered).
 34931 | D:7      | 34931 ||| Stepping ~*~*~tactically~*~*~ (outnumbered).
 34933 | D:7      | 34933 ||| Stepping ~*~*~tactically~*~*~ (outnumbered).
 34935 | D:7      | 34935 ||| Stepping ~*~*~tactically~*~*~ (outnumbered).
 34937 | D:7      | 34937 ||| Stepping ~*~*~tactically~*~*~ (outnumbered).
 34939 | D:7      | 34939 ||| Stepping ~*~*~tactically~*~*~ (outnumbered).
 34941 | D:7      | 34941 ||| Stepping ~*~*~tactically~*~*~ (outnumbered).
 34943 | D:7      | 34943 ||| Stepping ~*~*~tactically~*~*~ (outnumbered).
 34945 | D:7      | 34945 ||| Stepping ~*~*~tactically~*~*~ (outnumbered).
 34947 | D:7      | 34947 ||| Stepping ~*~*~tactically~*~*~ (outnumbered).
 34949 | D:7      | 34949 ||| Stepping ~*~*~tactically~*~*~ (outnumbered).
 34951 | D:7      | 34951 ||| Stepping ~*~*~tactically~*~*~ (outnumbered).
 34953 | D:7      | 34953 ||| Stepping ~*~*~tactically~*~*~ (outnumbered).
 34955 | D:7      | 34955 ||| Stepping ~*~*~tactically~*~*~ (outnumbered).
 34957 | D:7      | 34957 ||| Stepping ~*~*~tactically~*~*~ (outnumbered).
 34959 | D:7      | 34959 ||| Stepping ~*~*~tactically~*~*~ (outnumbered).
 34961 | D:7      | 34961 ||| Stepping ~*~*~tactically~*~*~ (outnumbered).
 34963 | D:7      | 34963 ||| Stepping ~*~*~tactically~*~*~ (outnumbered).
 34965 | D:7      | 34965 ||| Stepping ~*~*~tactically~*~*~ (outnumbered).
 34967 | D:7      | 34967 ||| Stepping ~*~*~tactically~*~*~ (outnumbered).
 34969 | D:7      | 34969 ||| Stepping ~*~*~tactically~*~*~ (outnumbered).
 34971 | D:7      | 34971 ||| Stepping ~*~*~tactically~*~*~ (outnumbered).
 34973 | D:7      | 34973 ||| Stepping ~*~*~tactically~*~*~ (outnumbered).
 34975 | D:7      | 34975 ||| Stepping ~*~*~tactically~*~*~ (outnumbered).
 34977 | D:7      | 34977 ||| Stepping ~*~*~tactically~*~*~ (outnumbered).
 34979 | D:7      | 34979 ||| Stepping ~*~*~tactically~*~*~ (outnumbered).
 34981 | D:7      | 34981 ||| Stepping ~*~*~tactically~*~*~ (outnumbered).
 34983 | D:7      | 34983 ||| Stepping ~*~*~tactically~*~*~ (outnumbered).
 34985 | D:7      | 34985 ||| Stepping ~*~*~tactically~*~*~ (outnumbered).
 34987 | D:7      | 34987 ||| Stepping ~*~*~tactically~*~*~ (outnumbered).
 34989 | D:7      | 34989 ||| Stepping ~*~*~tactically~*~*~ (outnumbered).
 34991 | D:7      | 34991 ||| Stepping ~*~*~tactically~*~*~ (outnumbered).
 34993 | D:7      | 34993 ||| Stepping ~*~*~tactically~*~*~ (outnumbered).
 34995 | D:7      | 34995 ||| Stepping ~*~*~tactically~*~*~ (outnumbered).
 34997 | D:7      | 34997 ||| Stepping ~*~*~tactically~*~*~ (outnumbered).
 34999 | D:7      | 34999 ||| Stepping ~*~*~tactically~*~*~ (outnumbered).
 35001 | D:7      | 35001 ||| Stepping ~*~*~tactically~*~*~ (outnumbered).
 35003 | D:7      | 35003 ||| Stepping ~*~*~tactically~*~*~ (outnumbered).
 35005 | D:7      | 35005 ||| Stepping ~*~*~tactically~*~*~ (outnumbered).
 35007 | D:7      | 35007 ||| Stepping ~*~*~tactically~*~*~ (outnumbered).
 35009 | D:7      | 35009 ||| Stepping ~*~*~tactically~*~*~ (outnumbered).
 35011 | D:7      | 35011 ||| Stepping ~*~*~tactically~*~*~ (outnumbered).
 35013 | D:7      | 35013 ||| Stepping ~*~*~tactically~*~*~ (outnumbered).
 35015 | D:7      | 35015 ||| Stepping ~*~*~tactically~*~*~ (outnumbered).
 35017 | D:7      | 35017 ||| Stepping ~*~*~tactically~*~*~ (outnumbered).
 35019 | D:7      | 35019 ||| Stepping ~*~*~tactically~*~*~ (outnumbered).
 35019 | D:7      | Tarried too long and was consumed by Zot

Levels and vault maps discovered:
D:1:      minmay_arrival_five_plusses, layout_loops_ring,
          chequers_ecumenical_altar_simple_redux,
          amcnicky_mini_corridor_feature, st_stairs_12
D:2:      layout_basic, basic_altar
D:3:      layout_loops_ring, minitemple, mainiacjoe_overflow_divided_tiny
D:4:      layout_loops_ring, kennysheep_cross_bottleneck,
          hangedman_feature_mirror
D:5:      layout_loops_ring
D:6:      layout_layer_cave, minmay_temple_entry_from_below_a,
          nicolae_wooded_promenade, uniq_grinder, uniq_blork_the_orc
D:7:      layout_basic, kennysheep_ying_yang, kennysheep_okawaru_gauntlet,
          overflow_temple_1_default, kennysheep_generic_room_5

Skill      XL: |  1  2  3  4  5  6  7  8 |
---------------+-------------------------+-----
Unarmed Combat | 4 5 6 8 10 | 10.0
Throwing       | 2 |  2.5
Armour         | 2 3 |  3.1
Fighting       | 3 |  3.4
Spellcasting   | |  1.0
Fire Magic     | |  2.1

Action                   |  1- 3 |  4- 6 |  7- 9 || total
-------------------------+-------+-------+-------++-------
Melee: Unarmed           |   105 |    65 |   110 ||   280
       Punch             |     1 |     1 |     2 ||     4
Throw: Javelin           |       |     6 |    14 ||    20
       Boomerang         |       |       |    16 ||    16
Invok: Fiery Armour      |       |     1 |     3 ||     4
  Use: Scroll            |     8 |     5 |     4 ||    17
       Potion            |     2 |       |     2 ||     4
Armor: Robe              |    31 |    15 |       ||    46
       Gold dragon scale |       |    24 |    80 ||   104
Dodge: Dodged            |    37 |     9 |     4 ||    50

Table legend:
 A = Non-vault XP
 B = Vault XP
 C = Vault XP percentage of total XP
 D = Non-vault monster count
 E = Vault monster count
 F = Vault count percentage of total count
                 A         B        C        D         E       F
            +---------+---------+-------+---------+---------+-------
      Total |    2055 |     367 |  15.2 |     109 |       6 |   5.2
            +---------+---------+-------+---------+---------+-------
        D:1 |      25 |       3 |  10.7 |      17 |       2 |  10.5
        D:2 |      65 |       0 |   0.0 |      23 |       0 |   0.0
        D:3 |      17 |       0 |   0.0 |       9 |       0 |   0.0
        D:4 |     418 |       3 |   0.7 |      18 |       2 |  10.0
        D:5 |     663 |       0 |   0.0 |      18 |       0 |   0.0
        D:6 |     717 |     361 |  33.5 |      22 |       2 |   8.3
        D:7 |     150 |       0 |   0.0 |       2 |       0 |   0.0
            +---------+---------+-------+---------+---------+-------
